 Dungeon Crawl Stone Soup version 0.32-a0-818-gb728d0252e (webtiles) character file.

Game seed: 4889009249955560151

1879999 oldriver the Conqueror (level 27, -5/249 HPs)
             Began as a Demonspawn Earth Elementalist on Feb 22, 2024.
             Was an Initiate of Gozag.
             Killed by dispel undead
             ... invoked by a Tzitzimitl
              (39 damage)
             ... on level 18 of a ziggurat on Mar 23, 2024.
             The game lasted 21:34:59 (317872 turns).

oldriver the Conqueror (DsEE)                     Turns: 317872, Time: 21:35:00

Health: -5/249     AC: 53    Str: 21    XL:     27
Magic:  0/72       EV: 24    Int: 30    God:    Gozag
Gold:   197803     SH: 33    Dex: 15    Spells: 11/80 levels left

rFire   + + .        d - +3 Elemental Staff {ele, rElec rF+ rC+ AC+3}
rCold   + + +        m - +8 tower shield of Geicewk {rElec rF+ Str+3}
rNeg    + + +        J - +11 shadow dragon scales of Kicve {^Contam Rampage rC+ Int+3 Stlth++++}
rPois   ∞            t - +1 helmet of Mutualism {^Drain rCorr MP+9 Stlth+}
rElec   +            T - +3 cloak "Lorapna" {rN++ MP+9}
rCorr   +            (gloves unavailable)
SInv    +            X - +2 pair of slick slippers {slick, slippery, EV+4}
Will    +++++        L - amulet of Vitality {Regen++ RegenMP++} Stlth *+++++++++
                     u - ring of the Mage {Wiz Archmagi}
HPRegen 2.21/turn    K - ring of New Discoveries {Fly rPois rF- Str+8 SInv}
MPRegen 1.66/turn

%: clarity, guardian spirit, rampage, wizardry (x1), archmagi
@: brilliant, about to teleport, death-form, enlightened, flying, hasted,
wreathed by umbra, silenced, very quick
A: vile attack, torment immunity, no potions, molten scales 3, hurl damnation,
foul stench 3, torment resistance 1, magic shield, magic regeneration, magic
link, demonic willpower, demonic touch 3, clarity, strong-willed 1, shaggy fur 1
}: 15/15 runes: serpentine, barnacled, slimy, silver, golden, iron, obsidian,
icy, bone, abyssal, demonic, glowing, magical, fiery, dark
a: Hurl Damnation, Siphon Essence, Begin Untransformation, Renounce Religion


You were on level 18 of a ziggurat.
You worshipped Gozag.
Gozag was exalted by your worship.
You were an undying horror.
You visited 18 branches of the dungeon, and saw 88 of its levels.
You visited Pandemonium 7 times, and saw 33 of its levels.
You visited the Abyss 1 time.
You visited 12 ziggurats (completing 11), and saw 315 of their levels.
You also visited: Sewer, Bailey and Wizlab.

You collected 842050 gold pieces.
You spent 35622 gold pieces at shops.
You paid 608625 gold pieces to Gozag.

Inventory:

Hand Weapons
 c - a +0 scimitar of distortion
 d - the +3 Elemental Staff (weapon) {ele, rElec rF+ rC+ AC+3}
   (You found it on level 25 of a ziggurat)

   AC+3:      It affects your AC (+3).
   rF+:       It protects you from fire.
   rC+:       It protects you from cold.
   rElec:     It insulates you from electricity.
Missiles
 F - 373 silver javelins
Armour
 m - the +8 tower shield of Geicewk (worn) {rElec rF+ Str+3}
   (You took it off a daeva in Pandemonium)

   Str+3:     It affects your strength (+3).
   rF+:       It protects you from fire.
   rElec:     It insulates you from electricity.
 t - the +1 helmet of Mutualism (worn) {^Drain rCorr MP+9 Stlth+}
   (You found it on level 21 of a ziggurat)

   MP+9:      It affects your magic capacity (+9).
   rCorr:     It protects you from acid and corrosion.
   ^Drain:    It drains your maximum health when unequipped.
   Stlth+:    It makes you more stealthy.
 J - the +11 shadow dragon scales of Kicve (worn) {^Contam Rampage rC+ Int+3 Stlth++++}
   (You found it on level 14 of a ziggurat)

   Int+3:     It affects your intelligence (+3).
   rC+:       It protects you from cold.
   ^Contam:   It causes magical contamination when unequipped.
   Rampage:   It bestows one free step when moving towards enemies.
   Stlth++++: It makes you much more stealthy.
 T - the +3 cloak "Lorapna" (worn) {rN++ MP+9}
   (You acquired it in Pandemonium)

   rN++:      It greatly protects you from negative energy.
   MP+9:      It affects your magic capacity (+9).
 X - the +2 pair of slick slippers (worn) {slick, slippery, EV+4}
   (You found it on level 19 of a ziggurat)

   Slick:     Its wearer cannot be constricted, engulfed, netted, webbed, or
   stopped by binding sigils.
   Slippery:  Its wearer slips away from damaging melee attacks, pulling the
   attacker onward.
   EV+4:      It affects your evasion (+4).
Jewellery
 i - the ring "Letaun" {rCorr MP+9 EV+5 Dex+3 Stlth+}
   (You acquired it on level 9 of a ziggurat)

   [ring of evasion]

   EV+5:      It affects your evasion (+5).
   Dex+3:     It affects your dexterity (+3).
   MP+9:      It affects your magic capacity (+9).
   rCorr:     It protects you from acid and corrosion.
   Stlth+:    It makes you more stealthy.
 n - the ring of Lilacs {+Blink rC+ Will+ Int+6}
   (You found it on level 25 of a ziggurat)

   [ring of intelligence]

   Int+6:     It affects your intelligence (+6).
   rC+:       It protects you from cold.
   Will+:     It increases your willpower.
   +Blink:    It lets you blink.
 s - the ring "Reunkuer" {Will+ rCorr Int+6 Dex-5 Stlth+}
   (You found it on level 4 of a ziggurat)

   [ring of intelligence]

   Int+6:     It affects your intelligence (+6).
   Dex-5:     It affects your dexterity (-5).
   Will+:     It increases your willpower.
   rCorr:     It protects you from acid and corrosion.
   Stlth+:    It makes you more stealthy.
 u - the ring of the Mage (left hand) {Wiz Archmagi}
   (You found it on level 4 of a ziggurat)

   [ring of wizardry]

   Wiz:       It improves your spell success rate.
   Archmagi:  It increases the power of your magical spells.
 z - the amulet of Bigiziu {rElec rN+ Regen+ Str-3}
   (You found it on level 10 of a ziggurat)

   [amulet of regeneration]

   Str-3:     It affects your strength (-3).
   rElec:     It insulates you from electricity.
   rN+:       It protects you from negative energy.
   Regen+:    It increases your rate of health regeneration.
 A - the ring of Intux {rPois Will- Int+3 Dex+3 SInv}
   (You found it on level 6 of a ziggurat)

   [ring of see invisible]

   Int+3:     It affects your intelligence (+3).
   Dex+3:     It affects your dexterity (+3).
   rPois:     It protects you from poison.
   Will-:     It decreases your willpower.
   SInv:      It lets you see invisible.
 C - the amulet "Pyojaz" {rElec Regen+ Int+3}
   (You found it on level 11 of a ziggurat)

   [amulet of regeneration]

   Int+3:     It affects your intelligence (+3).
   rElec:     It insulates you from electricity.
   Regen+:    It increases your rate of health regeneration.
 E - the ring of the Blushing Gods {rPois rC+ rCorr}
   (You found it on level 9 of a ziggurat)

   [ring of poison resistance]

   rC+:       It protects you from cold.
   rPois:     It protects you from poison.
   rCorr:     It protects you from acid and corrosion.
 H - the ring "Eniad" {rC- rN+ Will+ Str+6 Int+5}
   (You found it on level 13 of a ziggurat)

   [ring of strength]

   Str+6:     It affects your strength (+6).
   Int+5:     It affects your intelligence (+5).
   rC-:       It makes you vulnerable to cold.
   rN+:       It protects you from negative energy.
   Will+:     It increases your willpower.
 K - the ring of New Discoveries (right hand) {Fly rPois rF- Str+8 SInv}
   (You took it off an ancient champion on level 3 of the Crypt)

   [ring of see invisible]

   Str+8:     It affects your strength (+8).
   rF-:       It makes you vulnerable to fire.
   rPois:     It protects you from poison.
   SInv:      It lets you see invisible.
   Fly:       It grants you flight.
 L - the amulet of Vitality (around neck) {Regen++ RegenMP++}
   (You found it on level 9 of a ziggurat)

   [amulet of nothing]

   Regen++:   It increases your rate of health regeneration.
   RegenMP++: It increases your rate of magic regeneration.
 P - the amulet of the Rose {-Tele rF+++ RegenMP+ Dex+3}
   (You found it on level 16 of a ziggurat)

   [amulet of magic regeneration]

   It increases your rate of magic regeneration.
   Dex+3:     It affects your dexterity (+3).
   rF+++:     It renders you almost immune to fire.
   -Tele:     It prevents most forms of teleportation.
   RegenMP+:  It increases your rate of magic regeneration.
 U - the ring of Loco {Wiz *Slow Int+6 Slay+5}
   (You found it on level 16 of a ziggurat)

   [ring of wizardry]

   Wiz:       It improves your spell success rate.
   Int+6:     It affects your intelligence (+6).
   Slay+5:    It affects your accuracy & damage with ranged weapons and melee
   (+5).
   *Slow:     It may slow you when you take damage.
 W - the amulet of Sif Muna's Whim {Reflect Str+3 SH+5 Stlth+}
   (You found it on level 16 of a ziggurat)

   [amulet of reflection]

   Reflect:   It reflects blocked missile attacks.
   Str+3:     It affects your strength (+3).
   SH+5:      It affects your SH (+5).
   Stlth+:    It makes you more stealthy.
 Y - the ring "Boczat" {rC+++ Will+ Str-4 Int-3 SInv}
   (You found it on level 16 of a ziggurat)

   [ring of willpower]

   Str-4:     It affects your strength (-4).
   Int-3:     It affects your intelligence (-3).
   rC+++:     It renders you almost immune to cold.
   Will+:     It increases your willpower.
   SInv:      It lets you see invisible.
Talismans
 Q - the death talisman of Resilience (active) {Will+ Slay+3}
   (You found it on level 18 of a ziggurat)

   [talisman of death]

   Slay+3:    It affects your accuracy & damage with ranged weapons and melee
   (+3).
   Will+:     It increases your willpower.
Wands
 k - a wand of roots (946)
 y - a wand of light (568)
 R - a wand of digging (195)
Scrolls
 j - 27 scrolls of fear
 v - 298 scrolls of teleportation
 I - a scroll of poison
 N - 12 scrolls of summoning
 O - 26 scrolls of silence
 V - 100 scrolls of blinking
 Z - 180 scrolls of fog
Potions
 b - 27 potions of magic
 e - 40 potions of haste
 f - 67 potions of cancellation
 g - 59 potions of heal wounds
 h - 92 potions of curing
 o - 3 potions of berserk rage
 q - 40 potions of mutation
 w - 8 potions of might
 B - 8 potions of enlightenment
 M - 3 potions of attraction
 S - 24 potions of brilliance
Miscellaneous
 a - a phantom mirror
 l - a condenser vane (inert)
 p - a lightning rod (4/4)
 r - a box of beasts
 x - a +11 figurine of a ziggurat
 D - a phial of floods


   Skills:
 O Level 27 Fighting
 O Level 27 Short Blades
 O Level 27 Long Blades
 O Level 27 Axes
 O Level 27 Maces & Flails
 O Level 27 Polearms
 O Level 27 Staves
 O Level 27 Ranged Weapons
 O Level 27 Throwing
 O Level 27 Armour
 O Level 27 Dodging
 O Level 27 Stealth
 O Level 27 Shields
 O Level 27 Unarmed Combat
 O Level 27 Spellcasting
 O Level 27 Conjurations
 O Level 27 Hexes
 O Level 27 Summonings
 O Level 27 Necromancy
 O Level 27 Translocations
 O Level 27 Fire Magic
 O Level 27 Ice Magic
 O Level 27 Air Magic
 O Level 27 Earth Magic
 O Level 27 Alchemy
 O Level 27 Invocations
 O Level 27 Evocations
 O Level 27 Shapeshifting


You had 11 spell levels left.
You knew the following spells:

 Your Spells              Type           Power      Damage    Failure   Level
b - Bombard               Conj/Erth      96%        9d15      0%          6
c - Chain Lightning       Conj/Air       96%        3d128     1%          9
d - Irradiate             Conj/Alch      83%        3d39      0%          5
f - Fire Storm            Conj/Fire      96%        8d24      1%          9
i - Ignition              Fire           96%        3d24      1%          8
p - Shatter               Erth           96%        3d69*     1%          9
s - Spellforged Servitor  Conj/Summ      83%        N/A       0%          7
w - Passwall              Erth           100%       N/A       0%          3
x - Iskenderun's Mystic   Conj/Tloc      100%       2d19      0%          4
z - Polar Vortex          Ice            96%        12d12*    1%          9

Your spell library contained the following spells:

 Spells                   Type           Power      Damage    Failure   Level
 Apportation              Tloc           100%       N/A       0%          1
 Foxfire                  Conj/Fire      100%       2x1d9     0%          1
 Freeze                   Ice            100%       1d10      0%          1
 Kiss of Death            Conj/Necr      100%       2d13      0%          1
 Magic Dart               Conj           100%       1d8       0%          1
 Necrotise                Necr           100%       1d9       0%          1
 Sandblast                Erth           100%       2d20      0%          1
 Shock                    Conj/Air       100%       1d9       0%          1
 Slow                     Hex            100%       N/A       0%          1
 Sting                    Conj/Alch      100%       1d9       0%          1
 Summon Small Mammal      Summ           100%       N/A       0%          1
 Blink                    Tloc           100%       N/A       0%          2
 Call Imp                 Summ           100%       N/A       0%          2
 Cigotuvi's Dreadful Rot  Necr/Alch/Air  100%       N/A       0%          2
 Ensorcelled Hibernation  Hex/Ice        100%       N/A       0%          2
 Jinxbite                 Hex            100%       N/A       0%          2
 Lesser Beckoning         Tloc           100%       N/A       0%          2
 Mercury Vapours          Alch/Air       100%       N/A       0%          2
 Momentum Strike          Conj/Tloc      100%       3d10      0%          2
 Scorch                   Fire           100%       2d9       0%          2
 Searing Ray              Conj           100%       2d8       0%          2
 Static Discharge         Conj/Air       100%       3-8/arc   0%          2
 Sublimation of Blood     Necr           100%       N/A       0%          2
 Call Canine Familiar     Summ           100%       N/A       0%          3
 Confusing Touch          Hex            100%       N/A       0%          3
 Dazzling Flash           Conj/Hex       100%       N/A       0%          3
 Frozen Ramparts          Ice            100%       1d16      0%          3
 Fugue of the Fallen      Necr           100%       N/A       0%          3
 Gell's Gravitas          Tloc           100%       N/A       0%          3
 Hailstorm                Conj/Ice       100%       3d16      0%          3
 Inner Flame              Hex/Fire       100%       N/A       0%          3
 Mephitic Cloud           Conj/Alch/Air  100%       N/A       0%          3
 Ozocubu's Armour         Ice            100%       N/A       0%          3
 Sigil of Binding         Hex            100%       N/A       0%          3
 Stone Arrow              Conj/Erth      100%       3d13      0%          3
 Summon Ice Beast         Ice/Summ       100%       N/A       0%          3
 Swiftness                Air            100%       N/A       0%          3
 Teleport Other           Tloc           100%       N/A       0%          3
 Tukima's Dance           Hex            100%       N/A       0%          3
 Vampiric Draining        Necr           100%       2d13      0%          3
 Volatile Blastmotes      Fire/Tloc      100%       2d18      0%          3
 Airstrike                Air            96%        2d(14-30) 0%          4
 Anguish                  Hex/Necr       83%        N/A       0%          4
 Animate Armour           Summ/Erth      100%       N/A       0%          4
 Brom's Barrelling Bould  Conj/Erth      100%       2d11      0%          4
 Cause Fear               Hex            83%        N/A       0%          4
 Dimensional Bullseye     Hex/Tloc       83%        N/A       0%          4
 Dispel Undead            Necr           100%       3d31      0%          4
 Flame Wave               Conj/Fire      100%       2d21      0%          4
 Fulminant Prism          Conj/Alch      83%        3d33      0%          4
 Ignite Poison            Fire/Alch      100%       N/A       0%          4
 Leda's Liquefaction      Alch/Erth      96%        N/A       0%          4
 Manifold Assault         Tloc           100%       N/A       0%          4
 Martyr's Knell           Necr/Summ      100%       N/A       0%          4
 Olgreb's Toxic Radiance  Alch           100%       N/A       0%          4
 Passage of Golubria      Tloc           100%       N/A       0%          4
 Petrify                  Alch/Erth      100%       N/A       0%          4
 Sticky Flame             Fire/Alch      100%       2d15      0%          4
 Summon Blazeheart Golem  Fire/Summ      100%       N/A       0%          4
 Summon Lightning Spire   Summ/Air       100%       N/A       0%          4
 Vhi's Electric Charge    Tloc/Air       100%       N/A       0%          4
 Alistair's Intoxication  Alch           100%       N/A       0%          5
 Arcjolt                  Conj/Air       96%        1d106     0%          5
 Borgnjor's Vile Clutch   Necr/Erth      96%        N/A       0%          5
 Curse of Agony           Necr           100%       N/A       0%          5
 Fireball                 Conj/Fire      96%        3d35      0%          5
 Freezing Cloud           Conj/Ice/Air   96%        6-21      0%          5
 Iskenderun's Battlesphe  Conj           100%       2d15      0%          5
 Lee's Rapid Deconstruct  Erth           96%        3d42*     0%          5
 Metabolic Englaciation   Hex/Ice        96%        N/A       0%          5
 Silence                  Hex/Air        96%        N/A       0%          5
 Summon Forest            Summ/Tloc      83%        N/A       0%          5
 Summon Mana Viper        Hex/Summ       100%       N/A       0%          5
 Yara's Violent Unravell  Hex/Alch       83%        3d30      0%          5
 Conjure Ball Lightning   Conj/Air       96%        3x3d37    0%          6
 Death Channel            Necr           83%        N/A       0%          6
 Dispersal                Tloc           83%        N/A       0%          6
 Eringya's Noxious Bog    Alch           83%        4d6       0%          6
 Permafrost Eruption      Ice/Erth       96%        2x4d26    0%          6
 Plasma Beam              Fire/Air       96%        2x1d116   0%          6
 Sculpt Simulacrum        Ice/Alch       96%        N/A       0%          6
 Starburst                Conj/Fire      96%        6d24      0%          6
 Summon Cactus Giant      Summ           83%        N/A       0%          6
 Enfeeble                 Hex            83%        N/A       0%          7
 Haunt                    Necr/Summ      83%        N/A       0%          7
 Malign Gateway           Summ/Tloc      83%        N/A       0%          7
 Monstrous Menagerie      Summ           83%        N/A       0%          7
 Orb of Destruction       Conj           83%        9d18      0%          7
 Ozocubu's Refrigeration  Ice            96%        4d28      0%          7
 Summon Hydra             Summ           83%        N/A       0%          7
 Borgnjor's Revivificati  Necr           83%        N/A       1%          8
 Discord                  Hex            83%        N/A       1%          8
 Disjunction              Tloc           83%        N/A       1%          8
 Infestation              Necr           83%        N/A       1%          8
 Lehudib's Crystal Spear  Conj/Erth      96%        10d21     1%          8
 Maxwell's Capacitive Co  Air            96%        ∞         1%          8
 Summon Horrible Things   Summ           83%        N/A       1%          8
 Death's Door             Necr           83%        N/A       1%          9
 Dragon's Call            Summ           83%        N/A       1%          9


Dungeon Overview and Level Annotations

Branches:
Dungeon (15/15)            Temple (1/1) D:6            Lair (5/5) D:9
 Shoals (4/4) Lair:3        Snake (4/4) Lair:2        Slime (5/5) Lair:5
    Orc (2/2) D:12            Elf (3/3) Orc:2        Vaults (5/5) D:14
  Crypt (3/3) Vaults:2       Tomb (3/3) Crypt:3      Depths (4/4) D:15
   Hell (visited)             Dis (7/7) Hell            Geh (7/7) Hell
    Coc (7/7) Hell            Tar (7/7) Hell            Zot (5/5) Depths:4
  Sewer (visited)          Bailey (visited)          WizLab (visited)

Altars:
Ashenzari
Cheibriados
Dithmenos
Fedhas
Gozag
Hepliaklqana
Kikubaaqudgha
Makhleb
Nemelex Xobeh
Okawaru
Qazlal
Ru
Sif Muna
Trog
Uskayaw
Vehumet
Wu Jian
Xom
Yredelemnul
Beogh
Lugonu

Shops:
D:2 =   D:4 *   D:8 =:*   D:10 [[*   Orc:2 =?(=   Elf:1 (   Elf:2 !   Elf:3 :
Snake:3 [   Snake:4 (   Vaults:4 (   Vaults:5 *   Crypt:3 [
Depths:1 (=**(=*=[[[=?**=[=*[[*[**=*=[***[*(   Depths:2 **   Depths:4 :

Portals:
Hell: Depths:1 Depths:2 Depths:3 Depths:4
Abyss: Depths:1 Depths:3
Pandemonium: Depths:2

Annotations:
D:2 1 runed translucent door, Crazy Yiuf
D:4 2 transporters
D:9 1 runed translucent door
Lair:1 exclusion: oklob plant
Snake:4 1 runed translucent door, cforsyth's ghost, adept CoGl
Orc:1 Gastronok
Elf:2 2 transporters
Coc:7 exclusion: ice statue


Innate Abilities, Weirdness & Mutations

You are an undying horror.
Your melee and unarmed attacks drain, slow and weaken victims.
You are immune to unholy pain and torment.
You cannot drink.
You are immune to poison.
You are completely covered in molten scales. (AC +4, rF+)
You can hurl damnation.
You frequently emit foul miasma when damaged in melee.
You are resistant to unholy torment.
When hurt, damage is shared between your health and your magic reserves.
You regenerate magic rapidly.
When low on magic, you restore magic in place of health.
You punish those that try to bend your will. (Will+)
Your touch may irresistibly damage your foes and sap their willpower.
You possess an exceptional clarity of mind.
You are strong-willed. (Will+)
You are covered in fur. (AC +1)


Message History

The curse toe is engulfed in acidic fog.
The acid corrodes the curse toe!
The spectral caustic shrike is engulfed in a thunderstorm.
The Tzitzimitl is engulfed in a thunderstorm. x2
The Tzitzimitl gestures at you.
You convulse!
* * * LOW HITPOINT WARNING * * *
The Tzitzimitl is engulfed in acidic fog.
The acid corrodes the Tzitzimitl!
The Tzitzimitl completely misses you. You block the Tzitzimitl's attack.
A silent spectre comes into view.
The tainted leviathan is engulfed in acidic fog.
The acid corrodes the tainted leviathan!
Unknown command.
Unknown command.
Unknown command.
Unknown command.
Unknown command.
Unknown command.
Unknown command.
Unknown command.
Unknown command.
Magic scrolls do not work when you're silenced!
The spectral caustic shrike is no longer distracted by gold.
The tormentor is no longer distracted by gold.
The spectral caustic shrike is engulfed in a thunderstorm.
The doom hound is engulfed in a thunderstorm.
The doom hound unleashes a silent howl, but you resist with almost no effort.
Things that are here:
37 gold pieces; a +2 demon whip of draining The Tzitzimitl is engulfed in acidic fog.
The Tzitzimitl is engulfed in a thunderstorm.
The Tzitzimitl gestures at you.
You convulse!
* * * LOW HITPOINT WARNING * * *
The Tzitzimitl is engulfed in acidic fog.
The Tzitzimitl gestures at you.
You convulse!
You die...
Your body crumbles into a pile of gold.

.D2.☼h1§$$▓▓
☼.h$zC§§§$$▓▓
..°$☼§§§§.$$▓
.1Z°$☼2°1h$.$▓
...°°$°C○$$$$▓
..$☼W2C§☼§A§$▓▓
.W.$°☼☼§§h1$$$▓
°.$$$§§$.§§§$▓▓
○.$$$§§§§§$$z▓
$°☼A.§§§1§$$$▓
°C1°$§§§§§$§.▓
1☼°$(§§1§$$$▓▓
..$$$§§§§.$▓▓
.°.$$§§§$$$▓
°$$.$D...$▓▓
h1..$(..▓▓▓
.$.....▓▓


You could see a bone dragon (wandering), a profane servitor (corroded), 3
tainted leviathans, 2 doom hounds, 4 Tzitzimimeh, a curse toe (unsilenced,
corroded), a hellion (wandering, unsilenced) and a tormentor (unsilenced).

Vanquished Creatures
  Cerebov (Pan)
  Antaeus (Coc:7)
  Asmodeus (Geh:7)
  the Royal Jelly (Slime:5)
  Ereshkigal (Tar:7)
  The ghost of Biggs the Conqueror, a legendary DjCj of Makhleb (Zig:16)
  The ghost of Suwusiqo the Wishgranter, a legendary DjCj of Jiyva (Zig:15)
  The ghost of Suwusiqo the Wishgranter, a legendary DjCj of Jiyva (Zig:16)
  The ghost of Suwusiqo the Wishgranter, a legendary DjCj of Jiyva (Zig:16)
  The ghost of Tejiel the Englaciator, a legendary GrFi of Fedhas (Zig:16)
  The ghost of Tejiel the Englaciator, a legendary GrFi of Fedhas (Zig:15)
  The ghost of Tejiel the Englaciator, a legendary GrFi of Fedhas (Zig:15)
  The ghost of Tejiel the Englaciator, a legendary GrFi of Fedhas (Zig:5)
  The ghost of Tejiel the Englaciator, a legendary GrFi of Fedhas (Zig:5)
  The ghost of Tejiel the Englaciator, a legendary GrFi of Fedhas (Zig:11)
  The ghost of Tejiel the Englaciator, a legendary GrFi of Fedhas (Zig:12)
  The ghost of Tejiel the Englaciator, a legendary GrFi of Fedhas (Zig:16)
  The ghost of Tejiel the Englaciator, a legendary GrFi of Fedhas (Zig:12)
  The ghost of Tejiel the Englaciator, a legendary GrFi of Fedhas (Zig:16)
  The ghost of Tejiel the Englaciator, a legendary GrFi of Fedhas (Zig:12)
  The ghost of Tejiel the Englaciator, a legendary GrFi of Fedhas (Zig:12)
  The ghost of Tejiel the Englaciator, a legendary GrFi of Fedhas (Zig:16)
  The ghost of Tejiel the Englaciator, a legendary GrFi of Fedhas (Zig:16)
  The ghost of Tejiel the Englaciator, a legendary GrFi of Fedhas (Zig:16)
  Mnoleg (Pan)
  Gloorx Vloq (Pan)
  The ghost of Bines the Petrodigitator, a legendary OpSh of Gozag (Zig:5)
  The ghost of Bines the Petrodigitator, a legendary OpSh of Gozag (Zig:16)
  The ghost of Bines the Petrodigitator, a legendary OpSh of Gozag (Zig:16)
  The ghost of Bines the Petrodigitator, a legendary OpSh of Gozag (Zig:12)
  The ghost of Bines the Petrodigitator, a legendary OpSh of Gozag (Zig:12)
  The ghost of Bines the Petrodigitator, a legendary OpSh of Gozag (Zig:11)
  The ghost of Bines the Petrodigitator, a legendary OpSh of Gozag (Zig:15)
  147 seraphim
  The ghost of Ini Deriu the Infernalist, a legendary DECj of Vehumet (Zig:16)
  The ghost of Ini Deriu the Infernalist, a legendary DECj of Vehumet (Zig:12)
  The ghost of Ini Deriu the Infernalist, a legendary DECj of Vehumet (Zig:12)
  The ghost of Ini Deriu the Infernalist, a legendary DECj of Vehumet (Zig:15)
  The ghost of Ini Deriu the Infernalist, a legendary DECj of Vehumet (Zig:5)
  The ghost of Ini Deriu the Infernalist, a legendary DECj of Vehumet (Zig:16)
  Lom Lobon (Pan)
  The ghost of Pixogrep the Metallomancer, a legendary OpCj of Gozag (Zig:12)
  The ghost of Pixogrep the Metallomancer, a legendary OpCj of Gozag (Zig:12)
  The ghost of Pixogrep the Metallomancer, a legendary OpCj of Gozag (Zig:15)
  The ghost of Asceticacid the Shapeless Vine Stalker, a legendary VSFi of Gozag (Zig:16)
  Ignacio (Pan)
  Tiamat (Zot:2)
  The ghost of Mibih the Annihilator, a legendary DjAE of the Shining One (Zig:16)
  The ghost of Mibih the Annihilator, a legendary DjAE of the Shining One (Zig:15)
  The ghost of Mibih the Annihilator, a legendary DjAE of the Shining One (Zig:15)
  The ghost of Mibih the Annihilator, a legendary DjAE of the Shining One (Zig:15)
  The ghost of Mibih the Annihilator, a legendary DjAE of the Shining One (Zig:16)
  The ghost of Mibih the Annihilator, a legendary DjAE of the Shining One (Zig:15)
  The ghost of Mibih the Annihilator, a legendary DjAE of the Shining One (Zig:16)
  The ghost of Mibih the Annihilator, a legendary DjAE of the Shining One (Zig:16)
  The ghost of Mibih the Annihilator, a legendary DjAE of the Shining One (Zig:16)
  The ghost of Mibih the Annihilator, a legendary DjAE of the Shining One (Zig:16)
  The ghost of Mibih the Annihilator, a legendary DjAE of the Shining One (Zig:15)
  The ghost of Mibih the Annihilator, a legendary DjAE of the Shining One (Zig:12)
  The ghost of Mibih the Annihilator, a legendary DjAE of the Shining One (Zig:16)
  The ghost of Mibih the Annihilator, a legendary DjAE of the Shining One (Zig:15)
  843 dread liches
  the Serpent of Hell (Geh:7)
  The ghost of Ometuamn the Heavyweight Champion, a legendary OnSh of Ru (Zig:11)
  The ghost of Ometuamn the Heavyweight Champion, a legendary OnSh of Ru (Zig:15)
  The ghost of Ometuamn the Heavyweight Champion, a legendary OnSh of Ru (Zig:15)
  The ghost of Ometuamn the Heavyweight Champion, a legendary OnSh of Ru (Zig:12)
  The ghost of Ging the Conqueror, a legendary OnFi of Jiyva (Zig:12)
  The ghost of Ging the Conqueror, a legendary OnFi of Jiyva (Zig:12)
  The ghost of Ometuamn the Heavyweight Champion, a legendary OnSh of Ru (Zig:15)
  The ghost of Ging the Conqueror, a legendary OnFi of Jiyva (Zig:16)
  The ghost of Ometuamn the Heavyweight Champion, a legendary OnSh of Ru (Zig:15)
  The ghost of Ging the Conqueror, a legendary OnFi of Jiyva (Zig:15)
  The ghost of Ometuamn the Heavyweight Champion, a legendary OnSh of Ru (Zig:16)
  The ghost of Oxtuo the Archmage, a legendary DECj of Gozag (Zig:15)
  The ghost of Oxtuo the Archmage, a legendary DECj of Gozag (Zig:15)
  The ghost of Oxtuo the Archmage, a legendary DECj of Gozag (Zig:12)
  The ghost of Oxtuo the Archmage, a legendary DECj of Gozag (Zig:12)
  The ghost of Oxtuo the Archmage, a legendary DECj of Gozag (Zig:15)
  The ghost of Oxtuo the Archmage, a legendary DECj of Gozag (Zig:15)
  The ghost of Oxtuo the Archmage, a legendary DECj of Gozag (Zig:15)
  Frederick (Vaults:5)
  113 orbs of fire
  Khufu (Tomb:3)
  Dispater (Dis:7)
  The ghost of Nalaklye the Slayer, a legendary DjCA of Cheibriados (Zig:12)
  The ghost of Nalaklye the Slayer, a legendary DjCA of Cheibriados (Zig:12)
  The ghost of Nalaklye the Slayer, a legendary DjCA of Cheibriados (Zig:15)
  The ghost of Nalaklye the Slayer, a legendary DjCA of Cheibriados (Zig:12)
  The ghost of Nalaklye the Slayer, a legendary DjCA of Cheibriados (Zig:15)
  The ghost of Nalaklye the Slayer, a legendary DjCA of Cheibriados (Zig:5)
  The ghost of Nalaklye the Slayer, a legendary DjCA of Cheibriados (Zig:15)
  The ghost of Nalaklye the Slayer, a legendary DjCA of Cheibriados (Zig:15)
  The ghost of Nalaklye the Slayer, a legendary DjCA of Cheibriados (Zig:16)
  864 ancient liches
  The ghost of Quogoet the Shapeless Octopus, a legendary OpSh of Cheibriados (Zig:15)
  The ghost of Quogoet the Shapeless Octopus, a legendary OpSh of Cheibriados (Zig:12)
  The ghost of Quogoet the Shapeless Octopus, a legendary OpSh of Cheibriados (Zig:5)
  The ghost of Quogoet the Shapeless Octopus, a legendary OpSh of Cheibriados (Zig:5)
  The ghost of Quogoet the Shapeless Octopus, a legendary OpSh of Cheibriados (Zig:12)
  The ghost of Quogoet the Shapeless Octopus, a legendary OpSh of Cheibriados (Zig:12)
  The ghost of Quogoet the Shapeless Octopus, a legendary OpSh of Cheibriados (Zig:15)
  The ghost of Quogoet the Shapeless Octopus, a legendary OpSh of Cheibriados (Zig:11)
  656 juggernauts
  The ghost of Omay the Minotaur Barricade, a master MiFi of Okawaru (Zig:12)
  The ghost of Omay the Minotaur Barricade, a master MiFi of Okawaru (Zig:16)
  The ghost of Omay the Minotaur Barricade, a master MiFi of Okawaru (Zig:15)
  The ghost of Omay the Minotaur Barricade, a master MiFi of Okawaru (Zig:12)
  The ghost of Omay the Minotaur Barricade, a master MiFi of Okawaru (Zig:16)
  The ghost of Omay the Minotaur Barricade, a master MiFi of Okawaru (Zig:16)
  The ghost of Omay the Minotaur Barricade, a master MiFi of Okawaru (Zig:12)
  The ghost of Omay the Minotaur Barricade, a master MiFi of Okawaru (Zig:5)
  The ghost of Ussulutyn the Demonic Barricade, a legendary DsFi of Qazlal (Zig:16)
  The ghost of Ussulutyn the Demonic Barricade, a legendary DsFi of Qazlal (Zig:15)
  The ghost of Ussulutyn the Demonic Barricade, a legendary DsFi of Qazlal (Zig:12)
  The ghost of Ussulutyn the Demonic Barricade, a legendary DsFi of Qazlal (Zig:5)
  The ghost of Ussulutyn the Demonic Barricade, a legendary DsFi of Qazlal (Zig:15)
  The ghost of Ussulutyn the Demonic Barricade, a legendary DsFi of Qazlal (Zig:12)
  The ghost of Ussulutyn the Demonic Barricade, a legendary DsFi of Qazlal (Zig:15)
  The ghost of Ussulutyn the Demonic Barricade, a legendary DsFi of Qazlal (Zig:15)
  The ghost of Coyd the Hill Orc Mishap, a legendary HOMo of Qazlal (Zig:16)
  The ghost of Coyd the Hill Orc Mishap, a legendary HOMo of Qazlal (Zig:16)
  The ghost of Coyd the Hill Orc Mishap, a legendary HOMo of Qazlal (Zig:12)
  The ghost of Coyd the Hill Orc Mishap, a legendary HOMo of Qazlal (Zig:15)
  The ghost of Coyd the Hill Orc Mishap, a legendary HOMo of Qazlal (Zig:15)
  The ghost of Coyd the Hill Orc Mishap, a legendary HOMo of Qazlal (Zig:15)
  The ghost of Coyd the Hill Orc Mishap, a legendary HOMo of Qazlal (Zig:12)
  The ghost of Coyd the Hill Orc Mishap, a legendary HOMo of Qazlal (Zig:12)
  The ghost of Coyd the Hill Orc Mishap, a legendary HOMo of Qazlal (Zig:12)
  The ghost of Duta the Crack Shot, a legendary FoHu of Okawaru (Zig:12)
  The ghost of Duta the Crack Shot, a legendary FoHu of Okawaru (Zig:15)
  The ghost of Duta the Crack Shot, a legendary FoHu of Okawaru (Zig:15)
  The ghost of Duta the Crack Shot, a legendary FoHu of Okawaru (Zig:15)
  The ghost of Duta the Crack Shot, a legendary FoHu of Okawaru (Zig:12)
  The ghost of Lagif the Conqueror, a legendary MiFi of Zin (Zig:16)
  The ghost of Lagif the Conqueror, a legendary MiFi of Zin (Zig:16)
  The ghost of Lagif the Conqueror, a legendary MiFi of Zin (Zig:12)
  The ghost of Lagif the Conqueror, a legendary MiFi of Zin (Zig:12)
  The ghost of Lagif the Conqueror, a legendary MiFi of Zin (Zig:15)
  The ghost of Lagif the Conqueror, a legendary MiFi of Zin (Zig:15)
  The ghost of Lagif the Conqueror, a legendary MiFi of Zin (Zig:12)
  The ghost of Lagif the Conqueror, a legendary MiFi of Zin (Zig:16)
  The ghost of Lagif the Conqueror, a legendary MiFi of Zin (Zig:12)
  The ghost of Lagif the Conqueror, a legendary MiFi of Zin (Zig:16)
  The ghost of Lagif the Conqueror, a legendary MiFi of Zin (Zig:16)
  The ghost of Feuw the Executioner, a veteran MiBe of Trog (Zig:12)
  The ghost of Feuw the Executioner, a veteran MiBe of Trog (Zig:12)
  The ghost of Feuw the Executioner, a veteran MiBe of Trog (Zig:16)
  The ghost of Feuw the Executioner, a veteran MiBe of Trog (Zig:16)
  The ghost of Feuw the Executioner, a veteran MiBe of Trog (Zig:16)
  The ghost of Feuw the Executioner, a veteran MiBe of Trog (Zig:16)
  The ghost of Feuw the Executioner, a veteran MiBe of Trog (Zig:15)
  The ghost of Feuw the Executioner, a veteran MiBe of Trog (Zig:12)
  The ghost of Feuw the Executioner, a veteran MiBe of Trog (Zig:16)
  The ghost of Feuw the Executioner, a veteran MiBe of Trog (Zig:15)
  983 royal mummies
  The ghost of Hoiham the Axe Maniac, a legendary MiFi of Okawaru (Zig:16)
  The ghost of Hoiham the Axe Maniac, a legendary MiFi of Okawaru (Zig:11)
  The ghost of Hoiham the Axe Maniac, a legendary MiFi of Okawaru (Zig:16)
  The ghost of Hoiham the Axe Maniac, a legendary MiFi of Okawaru (Zig:16)
  The ghost of Hoiham the Axe Maniac, a legendary MiFi of Okawaru (Zig:15)
  The ghost of Hoiham the Axe Maniac, a legendary MiFi of Okawaru (Zig:15)
  The ghost of Hoiham the Axe Maniac, a legendary MiFi of Okawaru (Zig:15)
  The ghost of Hoiham the Axe Maniac, a legendary MiFi of Okawaru (Zig:5)
  The ghost of Hoiham the Axe Maniac, a legendary MiFi of Okawaru (Zig:5)
  The ghost of Hoiham the Axe Maniac, a legendary MiFi of Okawaru (Zig:15)
  The ghost of Hoiham the Axe Maniac, a legendary MiFi of Okawaru (Zig:15)
  The ghost of Ysol the Archmage, a legendary OpHW of Jiyva (Zig:15)
  The ghost of Ysol the Archmage, a legendary OpHW of Jiyva (Zig:15)
  The ghost of Ysol the Archmage, a legendary OpHW of Jiyva (Zig:15)
  The ghost of Ysol the Archmage, a legendary OpHW of Jiyva (Zig:5)
  The ghost of Ysol the Archmage, a legendary OpHW of Jiyva (Zig:12)
  The ghost of Ysol the Archmage, a legendary OpHW of Jiyva (Zig:15)
  The ghost of Ysol the Archmage, a legendary OpHW of Jiyva (Zig:12)
  The ghost of Ysol the Archmage, a legendary OpHW of Jiyva (Zig:5)
  The ghost of Ysol the Archmage, a legendary OpHW of Jiyva (Zig:5)
  The ghost of Canwutygu the Executioner, a veteran MiFi of Okawaru (Zig:12)
  The ghost of Canwutygu the Executioner, a veteran MiFi of Okawaru (Zig:15)
  The ghost of Canwutygu the Executioner, a veteran MiFi of Okawaru (Zig:15)
  The ghost of Canwutygu the Executioner, a veteran MiFi of Okawaru (Zig:12)
  The ghost of Canwutygu the Executioner, a veteran MiFi of Okawaru (Zig:7)
  The ghost of Canwutygu the Executioner, a veteran MiFi of Okawaru (Zig:5)
  361 shard shrikes
  523 Killer Klowns
  497 caustic shrikes
  43 curse toes
  3 caustic shrikes (shapeshifter)
  1357 golden dragons
  1611 pandemonium lords
  3 golden dragons (shapeshifter)
  59 profane servitors
  262 pearl dragons
  Geryon (Hell)
  387 bone dragons
  Norris (Elf:3)
  226 Tzitzimimeh
  628 iron giants
  647 Brimstone Fiends
  3 iron giants (shapeshifter)
  146 electric golems
  123 doom hounds
  768 hellephants
  1449 tentacled monstrosities
  567 Ice Fiends
  5 walking crystal tomes
  Zenata (Elf:2)
  118 tainted leviathans
  780 Hell Sentinels
  A moon troll (WizLab)
  4 walking earthen tomes
  Grunn (Depths:1)
  480 liches
  3 spectral shard shrikes
  274 deep elf blademasters
  25 Orb Guardians (Zot:5)
  23 quicksilver dragons (shapeshifter)
  1234 titans
  386 deep elf master archers
  A kraken (Zig:22)
  1183 acid blobs
  144 quicksilver dragons
  4 walking divine tomes
  141 walking frostbound tomes
  A titan (shapeshifter) (Zig:25)
  3 acid blobs (shapeshifter)
  235 ancient champions
  6 eldritch tentacles
  211 tentacled starspawn
  9 death cobs
  348 searing wretches
  205 sphinxes
  The ghost of Konionua the Bewitcher, an adept KoEn of Dithmenos (Vaults:4)
  30 sphinxes (shapeshifter)
  176 Executioners
  9 shadow dragons (shapeshifter)
  175 tengu reavers
  Agnes (D:14)
  76 shadow dragons
  24 fenstrider witches (shapeshifter)
  8 storm dragons (shapeshifter)
  168 storm dragons
  12 thorn hunters
  583 revenants
  Donald (Elf:3)
  Aizul (Shoals:1)
  The ghost of zenocrate the Unseen, an adept VSDe of Gozag (Elf:2)
  121 fire giants
  353 fenstrider witches
  206 azure jellies
  309 rockslimes
  750 nagarajas
  14 azure jellies (shapeshifter)
  313 draconian monks
  155 narguns
  114 demonspawn warmongers
  423 emperor scorpions
  27 fire giants (shapeshifter)
  700 draconian knights
  447 protean progenitors
  254 daevas
  126 deep elf sorcerers
  116 vault wardens
  324 draconian shifters
  4 ghost moths (shapeshifter)
  1000 ghost moths
  Louise (D:14)
  180 quicksilver elementals
  32 deep elf elementalists
  210 iron dragons
  30 frost giants (shapeshifter)
  4 emperor scorpions (shapeshifter)
  229 frost giants
  45 caustic shrike zombies
  8 spectral caustic shrikes
  117 angels
  An iron dragon (shapeshifter) (Zig:3)
  2 spectral juggernauts
  566 balrugs
  1308 draconian scorchers
  436 curse skulls
  879 orc warlords
  466 draconian annihilators
  13 shard shrike simulacra
  1155 draconian stormcallers
  38 juggernaut zombies
  656 demonspawn corrupters
  135 cacodemons
  50 caustic shrike skeletons
  46 broodmothers
  66 ghouls
  3 quicksilver oozes (shapeshifter)
  A very ugly thing (shapeshifter) (Zig:10)
  4 broodmothers (shapeshifter)
  2 spriggan defenders (Depths:3)
  259 very ugly things
  77 ironbound preservers
  108 ophanim
  181 quicksilver oozes
  55 juggernaut skeletons
  213 demonspawn blood saints
  34 formless jellyfish
  185 reapers
  23 stone giants (shapeshifter)
  518 stone giants
  15 formless jellyfish (shapeshifter)
  161 vampire knights
  34 eleionomae (shapeshifter)
  131 green draconians
  Nessos (D:15)
  112 ironbound thunderhulks
  107 putrid mouths
  197 demonspawn black suns
  A purple draconian (shapeshifter) (Zig:24)
  171 deep elf demonologists
  136 dire elephants
  7 minotaurs (shapeshifter)
  A white draconian (shapeshifter) (Zig:16)
  4 spectral titans
  46 eleionomae
  134 lorocyprocas
  190 war gargoyles
  119 apis
  12 dire elephants (shapeshifter)
  631 bennus
  5 bunyips (shapeshifter)
  128 purple draconians
  122 wendigos
  112 black draconians
  41 bunyips
  31 elemental wellsprings
  127 spark wasps
  125 white draconians
  2 minotaurs
  233 deep elf annihilators
  141 deep elf death magi
  A black draconian (shapeshifter) (Zig:15)
  3 spark wasps (shapeshifter)
  145 red draconians
  137 yellow draconians
  170 crystal guardians
  Snorg (Orc:2)
  229 eidola
  5 spectral quicksilver dragons
  10 shapeshifters
  2 ettins (shapeshifter)
  618 green deaths
  185 merfolk javelineers
  217 iron golems
  639 mummy priests
  328 deep elf high priests
  25 fire dragons
  169 yaktaur captains
  112 ettins
  4 spectral golden dragons
  315 blizzard demons
  51 jiangshi
  13 quicksilver dragon zombies
  A spectral kraken (Tar:7)
  Erolcha (D:9)
  522 entropy weavers
  3 fire dragons (shapeshifter)
  69 merfolk impalers
  A spectral iron giant (Tar:6)
  8 spectral spriggans
  53 vault guards
  Josephine (D:12)
  2 entropy weavers (shapeshifter)
  16 quicksilver dragon skeletons
  83 hell beasts
  90 hydras
  5 great orbs of eyes (shapeshifter)
  Fannar (Orc:1)
  28 ice dragons
  10 rakshasas
  1065 shambling mangroves
  2 spectral sphinxes (Zig:7)
  An ice dragon (shapeshifter) (Zig:16)
  8 hydras (shapeshifter)
  38 jorogumos
  29 caustic shrike simulacra
  3 spectral tengu (Zig:7)
  6 servants of whispers
  38 juggernaut simulacra
  64 ghost crabs
  397 salamander tyrants
  43 alligators
  13 ironbound frosthearts
  3 spectral shadow dragons
  36 ogre magi
  7 merfolk avatars
  48 radroaches
  79 boulder beetles
  242 spriggan air magi
  54 great orbs of eyes
  3 alligators (shapeshifter)
  47 two-headed ogres
  102 catoblepae
  3 death knights
  A fenstrider witch skeleton (Hell)
  97 satyrs
  59 anacondas
  5 peacekeepers
  4 jorogumos (shapeshifter)
  5 radroaches (shapeshifter)
  3 satyrs (shapeshifter)
  Erica (D:11)
  A catoblepas (shapeshifter) (Zig:2)
  160 merfolk aquamancers
  23 sphinx zombies
  14 alligator snapping turtles
  416 dancing weapons
  2 spectral stone giants (Zig:4)
  20 two-headed ogres (shapeshifter)
  4 boulder beetles (shapeshifter)
  22 centaur warriors
  39 stokers
  7 anacondas (shapeshifter)
  17 death yaks
  3 deep troll shamans
  2 spectral fire giants (Zig:4)
  4 death yaks (shapeshifter)
  39 alligator snapping turtles (shapeshifter)
  31 sphinx skeletons
  7 tengu warriors
  Urug (D:11)
  133 demonic crawlers
  108 hell hogs
  2 spectral frost giants (Zig:7)
  The ghost of jasper the Carver, a novice CoWr of Ashenzari (D:11)
  315 death scarabs
  969 orc high priests
  7 spriggan berserkers
  224 vampire magi
  205 naga sharpshooters
  3 spectral storm dragons
  69 naga warriors
  16 occultists
  15 deep troll earth magi
  38 titan zombies
  192 shock serpents
  2 spectral dire elephants (Crypt:2)
  29 shock serpents (shapeshifter)
  189 thrashing horrors
  22 hell knights
  41 titan skeletons
  250 soul eaters
  73 crystal echidnas
  271 deep elf knights
  159 skysharks
  Amaemon (D:9)
  35 skeletal warriors
  272 sun demons
  4 hellephant skeletons (Pan)
  9 fire crabs
  29 iron trolls (shapeshifter)
  69 spatial maelstroms
  A spectral spark wasp (Zig:4)
  692 wretched stars
  10 quicksilver dragon simulacra
  33 salamander mystics
  82 pharaoh ants
  24 storm dragon zombies
  198 iron trolls
  103 shadow wraiths
  116 sixfirhies
  An anaconda zombie (Tomb:1)
  A bunyip zombie (Hell)
  18 skysharks (shapeshifter)
  2 fire crabs (shapeshifter)
  51 sea snakes
  105 cherubim
  74 deep trolls
  29 storm dragon skeletons
  6 spark wasp zombies
  131 flayed ghosts
  4 goliath frogs (shapeshifter)
  21 sea snakes (shapeshifter)
  18 mana vipers (shapeshifter)
  37 sun moths
  20 deep trolls (shapeshifter)
  23 orange crystal statues
  9 sun moths (shapeshifter)
  9 death drakes
  45 swamp dragons
  42 goliath frogs
  12 swamp dragons (shapeshifter)
  43 naga ritualists
  18 orb spiders (shapeshifter)
  144 spriggan druids
  Pikel (D:6)
  2 spectral anacondas
  403 large abominations
  3 kraken simulacra (Zig:22)
  15 bog bodies
  33 golden dragon zombies
  A spectral hydra (Crypt:2)
  74 steelbarb worms
  26 obsidian statues
  48 mana vipers
  62 glowing orange brains
  24 glowing orange brains (shapeshifter)
  56 golden dragon skeletons
  2 bunyip skeletons
  4 harpies (shapeshifter)
  8 lindwurms (shapeshifter)
  40 necromancers
  59 orb spiders
  17 arcanists
  123 shadow demons
  38 tengu zombies
  An anaconda skeleton (Hell)
  27 spriggan simulacra
  270 deep elf archers
  48 harpies
  A spectral iron dragon (Zig:18)
  91 thermic dynamos
  65 ironbound convokers
  21 shadow dragon zombies
  21 steelbarb worms (shapeshifter)
  11 death drakes (shapeshifter)
  10 lindwurms
  3 stone giant zombies (Zig:6)
  443 deep elf zephyrmancers
  7 wolf spiders (shapeshifter)
  29 fauns (shapeshifter)
  4 lightning spires (Zig:23)
  43 tengu skeletons
  44 shadow dragon skeletons
  7 obsidian bats (Zig:7)
  28 iron dragon zombies
  312 orc sorcerers
  123 wolf spiders
  160 orc knights
  4 sphinx simulacra
  145 phantasmal warriors
  9 fire giant zombies
  8 frost giant zombies
  90 shining eyes
  14 cyclopes (shapeshifter)
  A glowing shapeshifter (Zig:27)
  380 deep elf pyromancers
  50 manticores
  Maurice (D:8)
  48 ugly things
  93 oklob plants
  A salamander (shapeshifter) (Zig:17)
  64 cyclopes
  A jorogumo skeleton (Crypt:2)
  4 ugly things (shapeshifter)
  7 moths of wrath (shapeshifter)
  86 fauns
  15 manticores (shapeshifter)
  27 salamanders
  23 shining eyes (shapeshifter)
  647 moths of wrath
  11 elephants (shapeshifter)
  17 worldbinders
  24 elephants
  19 merfolk sirens
  35 iron dragon skeletons
  55 will-o-the-wisps
  A toenail golem (Zig:17)
  6 meliai (shapeshifter)
  16 meliai
  2 naga zombies
  2 black mambas (shapeshifter)
  1099 water nymphs
  8 stone giant skeletons
  2 fire giant skeletons
  A centaur zombie (Hell)
  213 kobold blastminers
  55 eyes of devastation
  27 ice statues
  144 guardian serpents
  16 molten gargoyles
  8 guardian serpents (shapeshifter)
  139 naga magi
  18 water nymphs (shapeshifter)
  838 torpor snails
  15 torpor snails (shapeshifter)
  11 spectral swamp worms (Tar:7)
  16 eyes of devastation (shapeshifter)
  273 apocalypse crabs
  36 rust devils
  9 titan simulacra
  249 black mambas
  80 orange demons
  57 vault sentinels
  7 frost giant skeletons
  32 gargoyles
  A mana viper zombie (Crypt:2)
  48 cane toads
  A cane toad (shapeshifter) (Zig:22)
  4 storm dragon simulacra
  An orb spider zombie (Crypt:3)
  305 smoke demons
  38 rime drakes
  A purple draconian zombie (Crypt:3)
  A pale draconian zombie (Crypt:2)
  A centaur skeleton (Crypt:2)
  5 unseen horrors (shapeshifter)
  38 komodo dragons
  71 yaktaurs
  An alligator snapping turtle skeleton (Crypt:2)
  382 hellions
  37 freezing wraiths
  3 kobold demonologists
  26 efreet
  A yellow draconian zombie (Crypt:2)
  2 komodo dragons (shapeshifter)
  7 yaktaurs (shapeshifter)
  A catoblepas zombie (Crypt:3)
  2 tengu conjurers
  250 tormentors
  3 anaconda simulacra
  33 spriggan zombies
  4 spectral glowing shapeshifters
  45 ice devils
  5 iron giant simulacra
  An unseen horror (D:11)
  46 red devils
  216 ancient zymes
  9 golden dragon simulacra
  A spectral naga (Tar:1)
  4 queen bees (shapeshifter)
  A spark wasp simulacrum (Zig:11)
  60 spriggan skeletons
  4 polar bears (shapeshifter)
  23 merfolk (shapeshifter)
  3 hornets (shapeshifter)
  174 trolls
  2 harpy zombies
  88 merfolk
  29 silent spectres
  2 spectral harpies
  37 tyrant leeches
  5 tarantellas (shapeshifter)
  13 bloated husks
  1011 guardian mummies
  70 hellwings
  9 glass eyes (shapeshifter)
  7 shadow dragon simulacra
  20 polar bears
  2 tyrant leeches (shapeshifter)
  145 glass eyes
  13 dream sheep (shapeshifter)
  24 dream sheep
  A fire dragon zombie (Crypt:1)
  7 wind drakes (shapeshifter)
  4 trolls (shapeshifter)
  A hydra skeleton (Crypt:2)
  12 tengu simulacra
  45 wind drakes
  1575 hornets
  16 snapping turtles (shapeshifter)
  63 tarantellas
  An ettin zombie (Zig:6)
  4 harpy skeletons
  7 raiju (shapeshifter)
  123 raiju
  3 blink frogs (shapeshifter)
  29 blink frogs
  4 fire giant simulacra
  3 frost giant simulacra
  10 iron dragon simulacra
  14 jumping spiders (shapeshifter)
  34 snapping turtles
  5 stone giant simulacra
  A slime creature (shapeshifter) (Zig:15)
  8 culicivoras (shapeshifter)
  354 slime creatures
  80 jumping spiders
  17 wyverns
  2 ettin skeletons
  5 yaks (shapeshifter)
  3 shadows
  2 black mamba zombies
  3 centaur simulacra
  4 hogs (shapeshifter)
  55 culicivoras
  A wyvern (shapeshifter) (Zig:22)
  4 vampires
  456 ushabtiu
  226 ynoxinuls
  121 air elementals
  72 yaks
  A fire bat (shapeshifter) (Zig:22)
  35 spriggans
  111 water elementals
  3 naga simulacra
  4 spriggans (shapeshifter)
  A basilisk (shapeshifter) (Zig:10)
  A fire bat (Abyss:3)
  23 wraiths
  12 dire elephant simulacra
  2 golden eyes (shapeshifter)
  74 fire elementals
  2 alligator snapping turtle simulacra (Coc:2)
  67 golden eyes
  3 steam dragons
  23 basilisks
  185 neqoxecs
  A warg (shapeshifter) (Zig:6)
  117 redbacks
  Menkaure (D:7)
  717 starcursed masses
  177 wargs
  2 humans (D:14)
  A human zombie (Zig:3)
  17 vampire mosquitoes
  302 chaos spawn
  22 swamp worms (shapeshifter)
  12 spatial vortices
  10 redbacks (shapeshifter)
  20 small abominations
  18 harpy simulacra
  36 glowing shapeshifter zombies
  2 nagas (shapeshifter)
  115 nagas
  4 swamp worms
  A demonspawn zombie (Crypt:2)
  An acid dragon (shapeshifter) (Zig:16)
  4 acid dragons
  2 hydra simulacra
  9 hell hounds
  39 glowing shapeshifter skeletons
  A water moccasin (shapeshifter) (Zig:19)
  76 water moccasins
  2 sky beasts
  850 orc warriors
  2 human skeletons
  A swamp drake (shapeshifter) (Zig:22)
  9 swamp drakes
  3 black bears
  9 ettin simulacra
  2 ice beasts
  An ice beast (shapeshifter) (Zig:27)
  An ice dragon simulacrum (Coc:1)
  93 laughing skulls
  A merfolk simulacrum (Coc:1)
  A crocodile (shapeshifter) (Zig:27)
  A swamp dragon zombie (Tomb:2)
  2 black bears (shapeshifter)
  37 wolves
  3 sky beasts (shapeshifter)
  A wolf (shapeshifter) (Zig:16)
  411 ogres
  3 boggarts (D:14)
  36 centaurs
  A centaur (shapeshifter) (Zig:3)
  A phantom (D:4)
  2 lemures
  A brain worm (shapeshifter) (Zig:10)
  A draconian zombie (Crypt:3)
  2 gnoll sergeants
  A brain worm (Abyss:1)
  7 kobold brigands
  A weeping skull (Abyss:3)
  21 bullfrogs
  117 earth elementals
  4 scorpions
  11 glowing shapeshifter simulacra
  A human simulacrum (Zig:3)
  A salamander skeleton (Crypt:3)
  16 wights
  4 killer bees (D:9)
  5 howler monkeys
  9 electric eels
  A nameless horror (Slime:5)
  A polar bear skeleton (Crypt:2)
  A bombardier beetle (D:6)
  8 crimson imps
  3 hounds
  6 jellies
  A quasit (Abyss:1)
  123 orc priests
  2 iron imps
  A basilisk skeleton (Crypt:3)
  4 sleepcaps
  6 iguanas
  143 orc wizards
  8 hell rats
  2 crocodile zombies (Crypt:3)
  1782 mummies
  Robin (D:2)
  16 adders
  11 gnolls
  An adder (shapeshifter) (Zig:22)
  A steam dragon zombie (Crypt:3)
  A shadow imp (Abyss:3)
  2 white imps (Abyss:1)
  15 ufetubi
  A lava snake skeleton (Crypt:3)
  A ribbon worm (shapeshifter) (Zig:6)
  16 dart slugs
  3 ribbon worms
  84 orcs
  12 ball pythons
  2 bats
  A bat skeleton (Crypt:1)
  30 endoplasms
  6 giant cockroaches
  17 goblins
  9 hobgoblins
  5 jackals
  A quokka (D:3)
  A bombardier beetle zombie (Crypt:2)
  A frilled lizard (shapeshifter) (Zig:22)
  6 frilled lizards
  A gnoll skeleton (Crypt:1)
  29 kobolds
  5 rats
  732 aspiring fleshes
  27 ball lightnings
  2 butterflies (Zig:14)
  3 creeping infernos
  136 fire vortices
  56 starspawn tentacles
  9 tentacles
73416 creatures vanquished.

Vanquished Creatures (collateral kills)
  A dread lich (Coc:7)
  An ancient lich (Dis:7)
  The ghost of Feuw the Executioner, a veteran MiBe of Trog (Zig:12)
  The ghost of Feuw the Executioner, a veteran MiBe of Trog (Zig:7)
  2 royal mummies (Zig:27)
  3 pandemonium lords
  2 shard shrikes (Zig:23)
  A caustic shrike (Zig:16)
  3 bone dragons
  2 profane servitors (Tar:7)
  An iron giant (Dis:7)
  An electric golem (Zig:24)
  3 Brimstone Fiends
  3 Ice Fiends (Pan)
  A hellephant (Geh:7)
  A titan (Zig:24)
  3 searing wretches
  2 tainted leviathans
  A tentacled starspawn (Zig:20)
  4 acid blobs (Slime:5)
  An ancient champion (Dis:7)
  An Executioner (Pan)
  A storm dragon (Zig:24)
  2 rockslimes (Slime:5)
  7 demonspawn warmongers (Pan)
  A fire giant (Geh:7)
  A draconian knight (Zig:15)
  A spectral caustic shrike (Tar:6)
  6 balrugs
  A broodmother (Zig:27)
  2 draconian annihilators (Pan)
  5 demonspawn blood saints (Pan)
  2 formless jellyfish
  A cacodemon (Pan)
  A quicksilver ooze (Slime:5)
  A green draconian (Zig:25)
  A putrid mouth (Tar:7)
  A wendigo (Coc:6)
  A demonspawn black sun (Pan)
  A white draconian (Zig:25)
  A quicksilver dragon zombie (Abyss:2)
  An iron golem (Dis:1)
  4 blizzard demons (Pan)
  3 green deaths
  A rakshasa (Pan)
  A merfolk aquamancer (Pan)
  4 hell hogs
  A thrashing horror (Abyss:2)
  8 sun demons
  5 soul eaters
  A wretched star (Zig:19)
  3 sixfirhies
  A golden dragon zombie (Zig:16)
  6 large abominations
  A glowing orange brain (Pan)
  A shadow demon (Pan)
  2 manticores (Shoals:4)
  A merfolk siren (Shoals:4)
  A worldbinder (Abyss:2)
  3 orange demons (Pan)
  3 apocalypse crabs
  11 smoke demons
  A hellion (Pan)
  2 tormentors (Pan)
  An ancient zyme (Abyss:3)
  3 hellwings (Pan)
  3 slime creatures (Slime:5)
  5 ynoxinuls (Pan)
  2 golden eyes
  A chaos spawn (Zig:10)
  A harpy simulacrum (Coc:2)
  2 hell hounds (Abyss:2)
  3 laughing skulls (Abyss:2)
  A weeping skull (Abyss:3)
  A small abomination (Abyss:2)
  An earth elemental (Zig:24)
  4 mummies
  A starspawn tentacle (Abyss:2)
170 creatures vanquished.

Vanquished Creatures (others)
  116 pandemonium lords
  The ghost of Suwusiqo the Wishgranter, a legendary DjCj of Jiyva (Zig:16)
  The ghost of Suwusiqo the Wishgranter, a legendary DjCj of Jiyva (Zig:5)
  The ghost of Suwusiqo the Wishgranter, a legendary DjCj of Jiyva (Zig:15)
  The ghost of Bines the Petrodigitator, a legendary OpSh of Gozag (Zig:15)
  The ghost of Bines the Petrodigitator, a legendary OpSh of Gozag (Zig:16)
  The ghost of Bines the Petrodigitator, a legendary OpSh of Gozag (Zig:15)
  The ghost of Ini Deriu the Infernalist, a legendary DECj of Vehumet (Zig:16)
  The ghost of Pixogrep the Metallomancer, a legendary OpCj of Gozag (Zig:15)
  The ghost of Pixogrep the Metallomancer, a legendary OpCj of Gozag (Zig:16)
  The ghost of Mibih the Annihilator, a legendary DjAE of the Shining One (Zig:16)
  The ghost of Mibih the Annihilator, a legendary DjAE of the Shining One (Zig:12)
  The ghost of Ging the Conqueror, a legendary OnFi of Jiyva (Zig:15)
  The ghost of Ging the Conqueror, a legendary OnFi of Jiyva (Zig:12)
  The ghost of Ging the Conqueror, a legendary OnFi of Jiyva (Zig:16)
  The ghost of Ging the Conqueror, a legendary OnFi of Jiyva (Zig:16)
  The ghost of Oxtuo the Archmage, a legendary DECj of Gozag (Zig:16)
  The ghost of Oxtuo the Archmage, a legendary DECj of Gozag (Zig:16)
  The ghost of Oxtuo the Archmage, a legendary DECj of Gozag (Zig:16)
  An ancient lich (Zig:26)
  The ghost of Nalaklye the Slayer, a legendary DjCA of Cheibriados (Zig:15)
  The ghost of Quogoet the Shapeless Octopus, a legendary OpSh of Cheibriados (Zig:11)
  The ghost of Quogoet the Shapeless Octopus, a legendary OpSh of Cheibriados (Zig:16)
  The ghost of Omay the Minotaur Barricade, a master MiFi of Okawaru (Zig:15)
  The ghost of Omay the Minotaur Barricade, a master MiFi of Okawaru (Zig:16)
  The ghost of Omay the Minotaur Barricade, a master MiFi of Okawaru (Zig:16)
  The ghost of Omay the Minotaur Barricade, a master MiFi of Okawaru (Zig:15)
  The ghost of Ussulutyn the Demonic Barricade, a legendary DsFi of Qazlal (Zig:16)
  The ghost of Ussulutyn the Demonic Barricade, a legendary DsFi of Qazlal (Zig:16)
  The ghost of Coyd the Hill Orc Mishap, a legendary HOMo of Qazlal (Zig:15)
  The ghost of Duta the Crack Shot, a legendary FoHu of Okawaru (Zig:16)
  The ghost of Duta the Crack Shot, a legendary FoHu of Okawaru (Zig:16)
  The ghost of Lagif the Conqueror, a legendary MiFi of Zin (Zig:16)
  The ghost of Feuw the Executioner, a veteran MiBe of Trog (Zig:16)
  The ghost of Feuw the Executioner, a veteran MiBe of Trog (Zig:15)
  The ghost of Hoiham the Axe Maniac, a legendary MiFi of Okawaru (Zig:12)
  The ghost of Hoiham the Axe Maniac, a legendary MiFi of Okawaru (Zig:16)
  The ghost of Hoiham the Axe Maniac, a legendary MiFi of Okawaru (Zig:15)
  The ghost of Hoiham the Axe Maniac, a legendary MiFi of Okawaru (Zig:15)
  The ghost of Hoiham the Axe Maniac, a legendary MiFi of Okawaru (Zig:16)
  The ghost of Canwutygu the Executioner, a veteran MiFi of Okawaru (Zig:12)
  The ghost of Canwutygu the Executioner, a veteran MiFi of Okawaru (Zig:15)
  The ghost of Canwutygu the Executioner, a veteran MiFi of Okawaru (Zig:16)
  22 Killer Klowns
  5 curse toes
  8 golden dragons
  2 Brimstone Fiends
  An iron giant (Zig:27)
  5 tentacled monstrosities
  2 Ice Fiends (Pan)
  2 Executioners
  A quicksilver dragon (shapeshifter) (Zig:17)
  A quicksilver dragon (Zig:25)
  A titan (Zig:26)
  2 sphinxes (shapeshifter) (Zig:16)
  5 eldritch tentacles
  4 shadow dragons
  A death cob (Zot:4)
  2 nagarajas
  A tengu reaver (Zig:23)
  5 revenants
  2 draconian knights
  A fire giant (shapeshifter) (Zig:16)
  12 protean progenitors
  3 deep elf sorcerers
  3 fenstrider witches (shapeshifter)
  2 azure jellies (shapeshifter)
  8 curse skulls
  5 balrugs
  2 cacodemons
  A ghost moth (Zig:26)
  A broodmother (Zig:16)
  A quicksilver ooze (shapeshifter) (Zig:16)
  A draconian annihilator (Zig:24)
  A demonspawn blood saint (Zig:19)
  4 reapers
  18 very ugly things
  A formless jellyfish (shapeshifter) (Zig:25)
  5 stone giants (shapeshifter)
  3 eleionomae (shapeshifter)
  A lorocyproca (Hell)
  A demonspawn black sun (Zig:16)
  A bennu (Tomb:3)
  2 dire elephants (shapeshifter)
  A bunyip (Zig:6)
  9 eidola
  3 blizzard demons
  A fire dragon (shapeshifter) (Zig:16)
  A green death (Zig:10)
  2 deep elf high priests
  2 fire dragons
  A great orb of eyes (shapeshifter) (Zig:25)
  A rakshasa (Pan)
  2 shambling mangroves
  A caustic shrike simulacrum (Zig:14)
  A radroach (Zig:27)
  2 anacondas (Zig:17)
  A hydra (Zig:24)
  3 ghost crabs
  An alligator (shapeshifter) (Zig:16)
  A jorogumo (Zig:16)
  A satyr (shapeshifter) (Zig:16)
  3 alligator snapping turtles (shapeshifter)
  A two-headed ogre (Zig:16)
  A satyr (Zig:8)
  A death yak (Zig:25)
  A two-headed ogre (shapeshifter) (Zig:17)
  2 dancing weapons
  An occultist (Zig:23)
  A demonic crawler (Pan)
  A sun demon (Pan)
  2 wretched stars (Zig:25)
  5 soul eaters
  A deep elf knight (Zig:22)
  2 sixfirhies (Pan)
  2 sea snakes (shapeshifter)
  A fire crab (shapeshifter) (Zig:17)
  A goliath frog (shapeshifter) (Zig:17)
  A sea snake (Zig:16)
  A glowing orange brain (shapeshifter) (Zig:16)
  A death drake (Zig:16)
  2 goliath frogs (Zig:25)
  A skyshark (shapeshifter) (Zig:24)
  A mana viper (shapeshifter) (Zig:24)
  2 shadow demons (Zig:17)
  2 orb spiders (shapeshifter)
  A swamp dragon (shapeshifter) (Zig:15)
  2 spriggan druids
  An eye of devastation (shapeshifter) (Zig:16)
  5 phantasmal warriors
  An obsidian statue (Zig:11)
  An orange crystal statue (Zig:17)
  A lindwurm (shapeshifter) (Zig:16)
  3 steelbarb worms (shapeshifter)
  3 steelbarb worms
  2 ugly things (shapeshifter)
  An ugly thing (Zig:16)
  A shining eye (shapeshifter) (Zig:17)
  2 oklob plants (Zig:24)
  2 manticores (shapeshifter)
  A shining eye (Zig:16)
  A meliai (Zig:27)
  2 wolf spiders (Zig:17)
  A faun (Zig:27)
  A cyclops (shapeshifter) (Zig:26)
  2 moths of wrath (shapeshifter)
  An elephant (shapeshifter) (Zig:24)
  A glowing shapeshifter (Zig:24)
  2 water nymphs (shapeshifter)
  A guardian serpent (Zig:16)
  43 apocalypse crabs
  2 black mambas
  2 water nymphs
  An eye of devastation (Zig:17)
  A smoke demon (Pan)
  4 tormentors
  2 large abominations (Pan)
  A yaktaur (shapeshifter) (Zig:16)
  A hellion (Zig:27)
  A queen bee (shapeshifter) (Zig:17)
  A bloated husk (Zig:22)
  A wind drake (shapeshifter) (Zig:25)
  A polar bear (shapeshifter) (Zig:27)
  13 hornets
  A glass eye (Zig:26)
  2 tarantellas (shapeshifter)
  A glass eye (shapeshifter) (Zig:24)
  2 snapping turtles (shapeshifter) (Zig:17)
  A tyrant leech (Zig:25)
  6 dream sheep (shapeshifter)
  A jumping spider (shapeshifter) (Zig:16)
  2 air elementals
  A ynoxinul (Pan)
  A shapeshifter (Zig:24)
  A culicivora (shapeshifter) (Zig:27)
  A wyvern (Zig:16)
  3 water elementals (Zig:19)
  3 neqoxecs (Pan)
  40 chaos spawn
  2 swamp worms (shapeshifter) (Zig:17)
  A laughing skull (Zig:20)
  An orc (Bailey)
  22 aspiring fleshes
  41 ball lightnings
  A creeping inferno (Geh:7)
  774 fire vortices
  10 foxfires
  A spectral weapon (Zig:22)
  40 starspawn tentacles
  3 tentacles (Zig:22)
1453 creatures vanquished.

Grand Total: 75039 creatures vanquished

Notes
Turn   | Place    | Note
-------+----------+-------------------------------------------
     0 | D:1      | oldriver the Demonspawn Earth Elementalist began the quest
                  | for the Orb.
     0 | D:1      | Reached XP level 1. HP: 13/13 MP: 3/3
   262 | D:1      | Gained mutation: You are partially covered in molten
                  | scales. (AC +2) [demonic ancestry]
   262 | D:1      | Reached XP level 2. HP: 20/20 MP: 1/5
   798 | D:1      | Reached skill level 1 in Fighting
  1032 | D:2      | Gained mutation: You may rarely emit foul miasma when
                  | damaged in melee. [demonic ancestry]
  1032 | D:2      | Reached XP level 3. HP: 26/26 MP: 3/6
  1297 | D:2      | Found a faded altar of an unknown god.
  1332 | D:2      | Found Fautsoca's One-of-a-Kind Rings.
  1938 | D:2      | Noticed Robin
  1944 | D:2      | Gained mutation: Your touch may inflict minor irresistible
                  | damage on your foes. [demonic ancestry]
  1944 | D:2      | Reached XP level 4. HP: 32/32 MP: 5/7
  2031 | D:2      | Killed Robin
  2091 | D:2      | Found a runed translucent door.
  2092 | D:2      | Noticed Crazy Yiuf
  2437 | D:3      | Found a hide-covered altar of Uskayaw.
  2491 | D:3      | Learned a level 3 spell: Passwall
  2495 | D:3      | Learned a level 3 spell: Stone Arrow
  2537 | D:3      | Found a bloodstained altar of Trog.
  2564 | D:3      | Noticed a water moccasin
  2569 | D:3      | Killed a water moccasin
  2570 | D:3      | Gained mutation: You are mostly covered in molten scales.
                  | (AC +3) [demonic ancestry]
  2570 | D:3      | Reached XP level 5. HP: 37/38 MP: 4/9
  3000 | D:3      | Gained mutation: You regenerate magic rapidly. [demonic
                  | ancestry]
  3000 | D:3      | Reached XP level 6. HP: 44/44 MP: 6/10
  3643 | D:4      | Found Nyuloluf's General Store.
  3742 | D:4      | Identified the +0 buckler of Submission {rN+ Int+5}
  3751 | D:4      | Found a stormy altar of Qazlal.
  3970 | D:4      | Found a transporter.
  4079 | D:4      | Found a transporter.
  4143 | D:4      | Noticed an ice beast
  4158 | D:5      | Entered Level 5 of the Dungeon
  4200 | D:5      | Gained mutation: When hurt, damage is shared between your
                  | health and your magic reserves. [demonic ancestry]
  4200 | D:5      | Reached XP level 7. HP: 40/51 MP: 7/11
  4267 | D:5      | Reached skill level 1 in Shields
  4281 | D:5      | Learned a level 4 spell: Iskenderun's Mystic Blast
  4313 | D:5      | Noticed a hornet
  4317 | D:5      | Paralysed by a hornet for 1 turns
  4322 | D:5      | Killed a hornet
  4528 | D:5      | Found a blossoming altar of Fedhas.
  4588 | D:5      | Reached skill level 5 in Conjurations
  4588 | D:5      | Reached XP level 8. HP: 57/58 MP: 10/13
  5004 | D:6      | Found a glowing drain.
  5019 | Sewer    | Entered a sewer
  5549 | D:6      | Found a staircase to the Ecumenical Temple.
  5639 | Temple   | Entered the Ecumenical Temple
  5658 | Temple   | Became a worshipper of Gozag Ym Sagoz the Greedy
  5786 | D:6      | Found a broken altar of Ashenzari.
  6033 | D:6      | Gained mutation: You sometimes emit foul miasma when
                  | damaged in melee. [demonic ancestry]
  6033 | D:6      | Reached XP level 9. HP: 35/66 MP: 2/15
  6224 | D:6      | Found a sparkling altar of Nemelex Xobeh.
  6429 | D:6      | Reached skill level 5 in Stealth
  6429 | D:6      | Reached skill level 5 in Earth Magic
  6611 | D:7      | Noticed Pikel
  6658 | D:6      | Killed Pikel
  7032 | D:7      | Reached skill level 5 in Fighting
  7234 | D:7      | Reached skill level 5 in Spellcasting
  7485 | D:7      | Found a snail-covered altar of Cheibriados.
  7535 | D:7      | Noticed Menkaure
  7537 | D:7      | Killed Menkaure
  7882 | D:8      | Noticed Maurice
  7891 | D:8      | Killed Maurice
  7892 | D:8      | Reached XP level 10. HP: 76/76 MP: 1/18
  8013 | D:8      | Found a shadowy altar of Dithmenos.
  8225 | D:8      | Found a flagged portal.
  8234 | Bailey   | Entered a bailey
 10317 | Bailey   | Got Kunykuq's Information on Conflagrant Command
 10447 | Bailey   | Acquired the ring of the Messenger {AC+4 Str+4}
 10753 | D:8      | Found a burning altar of Makhleb.
 11027 | D:9      | Noticed Erolcha
 11036 | D:9      | Killed Erolcha
 11037 | D:9      | Reached skill level 1 in Armour
 11167 | D:9      | Reached skill level 1 in Translocations
 11217 | D:9      | Found a staircase to the Lair.
 11357 | D:9      | Gained mutation: Your touch may inflict irresistible damage
                  | on your foes. [demonic ancestry]
 11357 | D:9      | Reached XP level 11. HP: 72/83 MP: 9/21
 11657 | D:9      | Noticed a wolf spider
 11657 | D:9      | Noticed a wolf spider
 11658 | D:9      | Noticed a wolf spider
 11662 | D:9      | Found a runed translucent door.
 11666 | D:9      | Found a runed translucent gate.
 11667 | D:9      | Found a runed translucent gate.
 11711 | D:9      | Noticed Amaemon
 11813 | D:9      | Killed Amaemon
 12094 | D:9      | Found the +9 staff of Olgreb {rPois∞}
 12162 | D:9      | Found a runed translucent gate.
 12163 | D:9      | Found a runed translucent door.
 12314 | D:9      | Found a burning altar of Makhleb.
 12824 | D:10     | Entered Level 10 of the Dungeon
 13574 | D:10     | Got Qauhuc's Thoughts on the Vapourous Throng
 13786 | Lair:1   | Entered Level 1 of the Lair of Beasts
 13839 | Lair:1   | Reached skill level 5 in Armour
 14230 | Lair:1   | Noticed a boulder beetle
 14246 | Lair:1   | Killed a boulder beetle
 14400 | Lair:1   | Noticed an oklob plant
 14434 | Lair:1   | Reached XP level 12. HP: 92/92 MP: 14/23
 14993 | D:9      | Reached skill level 10 in Conjurations
 16903 | Lair:2   | Found a staircase to the Snake Pit.
 16943 | Lair:2   | You fall into a shaft and drop 2 floors!
 16945 | Lair:4   | Noticed a catoblepas
 16994 | Lair:4   | Noticed an eight-headed hydra
 17000 | Lair:4   | Killed an eight-headed hydra
 17093 | Lair:4   | Killed a catoblepas
 17465 | Lair:3   | Found a staircase to the Shoals.
 17968 | Lair:3   | Gained mutation: Your touch may irresistibly damage your
                  | foes and sap their willpower. [demonic ancestry]
 17968 | Lair:3   | Reached XP level 13. HP: 69/101 MP: 5/25
 18624 | Lair:3   | Reached skill level 5 in Translocations
 19720 | Lair:5   | Entered Level 5 of the Lair of Beasts
 19877 | Lair:5   | Found a staircase to the Slime Pits.
 20419 | Lair:5   | Reached skill level 10 in Fighting
 21814 | Lair:4   | Reached skill level 10 in Earth Magic
 21957 | Lair:5   | Reached skill level 10 in Armour
 22125 | Lair:5   | Reached skill level 10 in Spellcasting
 23038 | Lair:5   | Reached XP level 14. HP: 93/111 MP: 5/28
 23438 | Lair:5   | Identified the staff of the Iron City of Dis {rElec rC- rN+
                  | Dex+6 Conj Necro}
 23838 | D:2      | Bought the ring of Atufinn {rElec rC+ Str+6 Dex-4} for 534
                  | gold pieces
 23981 | D:8      | Bought the Papyrus of Charged Destruction for 418 gold
                  | pieces
 23987 | D:8      | Learned a level 5 spell: Fireball
 24089 | D:11     | Noticed Erica
 24092 | D:11     | Killed Erica
 24247 | D:11     | Reached skill level 1 in Fire Magic
 25133 | D:11     | Noticed Urug
 25161 | D:11     | Killed Urug
 25334 | D:11     | Found a runed translucent gate.
 25334 | D:11     | Identified the +0 plate armour "Fametu" {Rampage Regen+
                  | Str-2 SInv}
 25335 | D:11     | Found a runed translucent gate.
 25335 | D:11     | Noticed jasper's ghost (novice CoWr)
 25336 | D:11     | Found a runed translucent gate.
 25532 | D:11     | Found a roughly hewn altar of Beogh.
 25719 | D:12     | Noticed Josephine
 25725 | D:12     | Killed Josephine
 25964 | D:12     | Identified the ring of the Princeling {Fire rElec rN+ Str+2
                  | Stlth-}
 27026 | D:12     | Found a staircase to the Orcish Mines.
 28465 | Orc:1    | Entered Level 1 of the Orcish Mines
 28466 | Orc:1    | Noticed Fannar
 28469 | Orc:1    | Killed Fannar
 28633 | Orc:1    | Found a radiant altar of Vehumet.
 28783 | Orc:2    | Entered Level 2 of the Orcish Mines
 29276 | Orc:2    | Noticed Snorg
 29294 | Orc:2    | Killed Snorg
 29372 | Orc:2    | Found a staircase to the Elven Halls.
 29664 | Orc:1    | Noticed Gastronok
 30082 | Orc:2    | Found Kabbinytt's Jewellery Shoppe.
 30262 | Orc:2    | Found a radiant altar of Vehumet.
 30336 | Orc:2    | Found Taokimp's Magic Scroll Shoppe.
 30484 | Orc:2    | Reached skill level 5 in Fire Magic
 30561 | Orc:2    | Reached XP level 15. HP: 120/120 MP: 2/30
 30673 | Orc:2    | Found a roughly hewn altar of Beogh.
 30673 | Orc:2    | Found Vympuy's Jewellery Shoppe.
 30700 | Orc:2    | Found Geufona's Antique Weapon Emporium.
 30728 | Orc:2    | Found an ancient bone altar of Kikubaaqudgha.
 30742 | Orc:2    | Bought a scroll of acquirement for 572 gold pieces
 30742 | Orc:2    | Bought a scroll of fog for 44 gold pieces
 30742 | Orc:2    | Bought a scroll of teleportation for 33 gold pieces
 30742 | Orc:2    | Bought a scroll of teleportation for 33 gold pieces
 31236 | D:11     | Killed jasper's ghost
 31324 | D:11     | Identified the +0 cloak "Ijuhaune" {Regen+ Str-2 Dex+4}
 31326 | D:11     | Identified the +2 helmet "Lasibeub" {rCorr}
 31344 | D:11     | Acquired 765 gold pieces
 32113 | D:14     | Noticed Agnes
 32424 | D:14     | Killed Agnes
 32538 | D:14     | Found a gate to the Vaults.
 32598 | D:14     | Noticed Louise
 33653 | D:9      | Learned a level 6 spell: Bombard
 33732 | Snake:1  | Entered Level 1 of the Snake Pit
 34645 | Snake:1  | Reached skill level 1 in Evocations
 36241 | Snake:2  | Noticed a nagaraja
 36303 | Snake:2  | Killed a nagaraja
 36400 | Snake:2  | Found a broken altar of Ashenzari.
 36475 | Snake:2  | Identified the -1 pair of gloves of Beogh's Supremacy {rC-
                  | Str+5 Stlth+}
 37717 | Snake:2  | Gained mutation: You frequently emit foul miasma when
                  | damaged in melee. [demonic ancestry]
 37717 | Snake:2  | Reached XP level 16. HP: 55/130 MP: 3/32
 37940 | Snake:2  | Reached skill level 1 in Staves
 39460 | D:15     | Entered Level 15 of the Dungeon
 39496 | D:15     | Noticed Nessos
 39508 | D:15     | Killed Nessos
 39613 | D:15     | Found an iron altar of Okawaru.
 39861 | D:15     | Found a staircase to the Depths.
 40850 | Shoals:1 | Entered Level 1 of the Shoals
 41374 | Shoals:1 | Identified the serpent talisman of Uruhadum {rC+ Dex+2}
 41374 | Shoals:1 | Noticed Aizul
 41380 | Shoals:1 | Reached skill level 5 in Evocations
 41380 | Shoals:1 | Killed Aizul
 43553 | Shoals:2 | Reached XP level 17. HP: 138/138 MP: 16/33
 45244 | Shoals:3 | Identified the +4 scale mail of the Hippogriff {rElec
                  | Slay+3}
 45263 | Shoals:3 | Got the Tractate on the Geodesic and Spooky Ceremonies
 46164 | Shoals:4 | Entered Level 4 of the Shoals
 46326 | Shoals:4 | Reached skill level 5 in Staves
 49705 | Snake:3  | Reached skill level 5 in Dodging
 50380 | Snake:3  | Found Qaugh's Armour Shop.
 50660 | Snake:3  | Acquired the +3 kite shield "Yclez" {*Corrode +Blink Int+9}
 50811 | D:10     | Bought a scroll of teleportation for 93 gold pieces
 50811 | D:10     | Bought a scroll of teleportation for 93 gold pieces
 50813 | D:10     | Bought a pair of embroidered boots for 195 gold pieces
 50836 | D:10     | Learned a level 6 spell: Starburst
 50845 | D:10     | Learned a level 8 spell: Ignition
 50966 | Snake:4  | Entered Level 4 of the Snake Pit
 51759 | Snake:4  | Found a runed translucent door.
 51760 | Snake:4  | Noticed cforsyth's ghost (adept CoGl)
 51772 | Snake:4  | Found Limuidoh's Weapon Shoppe.
 51794 | Snake:4  | Found a blossoming altar of Fedhas.
 51902 | Snake:4  | Gained mutation: When low on magic, you restore magic in
                  | place of health. [demonic ancestry]
 51902 | Snake:4  | Reached XP level 18. HP: 147/147 MP: 23/35
 53471 | Snake:4  | Got a serpentine rune of Zot
 54420 | Shoals:3 | Reached skill level 15 in Fighting
 55680 | Shoals:4 | Got a barnacled rune of Zot
 56396 | D:8      | Bought a ring of the Octopus King {Wiz HP+2 AC+2 EV+2 SH+2}
                  | for 996 gold pieces
 56396 | D:8      | Found the ring of the Octopus King {Wiz HP+2 AC+2 EV+2
                  | SH+2}
 56412 | D:8      | Bought an amulet of regeneration for 450 gold pieces
 56596 | Vaults:1 | Entered Level 1 of the Vaults
 57926 | Vaults:1 | Reached XP level 19. HP: 157/157 MP: 27/37
 58289 | Vaults:1 | Reached skill level 10 in Fire Magic
 58569 | Vaults:2 | Learned a level 5 spell: Irradiate
 58577 | Vaults:2 | Reached skill level 10 in Dodging
 60532 | Vaults:2 | Found a staircase to the Crypt.
 60532 | Vaults:2 | Found an ancient bone altar of Kikubaaqudgha.
 60532 | Vaults:2 | Found a basalt altar of Yredelemnul.
 61074 | Vaults:3 | Reached skill level 15 in Spellcasting
 62830 | Vaults:3 | Gained mutation: You are completely covered in molten
                  | scales. (AC +4, rF+) [demonic ancestry]
 62830 | Vaults:3 | Reached XP level 20. HP: 166/166 MP: 21/39
 64348 | Vaults:4 | Found Gicus's Antique Weapon Boutique.
 65189 | Vaults:4 | Found a runed translucent door.
 65190 | Vaults:4 | Noticed Konionua's ghost (adept KoEn)
 65707 | Vaults:4 | Identified the +1 arbalest "Ziff" {speed, Dex+2}
 66149 | Depths:1 | Entered Level 1 of the Depths
 66208 | Depths:1 | Found a bloodstained altar of Trog.
 66227 | Depths:1 | Found Olodufan's Assorted Antiques.
 66686 | Depths:1 | Found a one-way gateway to a ziggurat.
 67286 | Depths:1 | Found a gateway to Hell.
 67835 | Depths:1 | Found a one-way gate to the infinite horrors of the Abyss.
 68840 | Depths:2 | Found a one-way gate leading to the halls of Pandemonium.
 68849 | Depths:2 | Reached XP level 21. HP: 175/175 MP: 27/41
 69154 | Depths:2 | Noticed Grunn
 69326 | Depths:1 | Killed Grunn
 69964 | Depths:2 | Reached skill level 15 in Fire Magic
 70781 | Depths:3 | Noticed a golden dragon
 70795 | Depths:3 | Killed a golden dragon
 72256 | Depths:3 | Found a corrupted altar of Lugonu.
 72322 | Depths:3 | Noticed a juggernaut
 72537 | Depths:3 | Identified the +4 chain mail "Xokyuw" {rElec rN+++ Will-
                  | Str-3}
 73421 | Depths:3 | Noticed a caustic shrike
 73429 | Depths:3 | Killed a caustic shrike
 73558 | Depths:3 | Noticed a juggernaut
 73836 | Depths:3 | Killed a juggernaut
 74115 | Depths:3 | Killed a juggernaut
 74493 | Depths:4 | Entered Level 4 of the Depths
 74784 | Depths:4 | Noticed a caustic shrike
 74802 | Depths:4 | Noticed a caustic shrike
 74805 | Depths:3 | Killed a caustic shrike
 74959 | Depths:4 | Noticed a caustic shrike
 74974 | Depths:3 | Killed a caustic shrike
 74975 | Depths:3 | Gained mutation: You punish those that try to bend your
                  | will. (Will+) [demonic ancestry]
 74975 | Depths:3 | Reached XP level 22. HP: 165/185 MP: 7/43
 75223 | Depths:4 | Found a shimmering altar of Xom.
 75283 | Depths:4 | Killed a caustic shrike
 75564 | Depths:4 | Found Faihaxaf's Tiny Tomes.
 76134 | Depths:4 | Found a gate to the Realm of Zot.
 76676 | Crypt:1  | Entered Level 1 of the Crypt
 77738 | Crypt:1  | Identified the +9 chain mail "Koych" {+Inv rPois Int-2
                  | Dex+2}
 79860 | Crypt:3  | Entered Level 3 of the Crypt
 80050 | Crypt:3  | Identified the +5 hand axe of Sunlight {flame, Will+ Dex+3}
 81641 | Crypt:3  | Reached XP level 23. HP: 132/190 MP: 14/45
 81954 | Crypt:3  | Noticed a curse toe
 81968 | Crypt:3  | Found an ancient bone altar of Kikubaaqudgha.
 81968 | Crypt:3  | Found a basalt altar of Yredelemnul.
 81973 | Crypt:3  | Identified the +0 orcbow of Qivik {drain, rC+ rN++ rCorr
                  | Int-4}
 82181 | Crypt:3  | Identified the ring "Mutucu" {rElec rN+ rCorr Dex-5 Stlth+}
 82181 | Crypt:3  | Identified the ring of Naeraaca {+Blink rF+ rN+ Str+4}
 82181 | Crypt:3  | Identified the ring of Usuborr {rC- rN+ Slay+2 Stlth+}
 82184 | Crypt:3  | Identified the +5 spear of Recklessness {freeze, rN+ Will-
                  | Str+2 Dex+2}
 82195 | Crypt:3  | Got the Vademecum on Gloom
 82235 | Crypt:3  | Identified the ring of New Discoveries {Fly rPois rF- Str+8
                  | SInv}
 82440 | Crypt:3  | Killed a curse toe
 82848 | Crypt:3  | Found a staircase to the Tomb.
 83252 | Depths:1 | Bought a crude rapier for 270 gold pieces
 83252 | Depths:1 | Identified the +6 rapier "Wediacs" {heavy, rN++ Str+2} (You
                  | bought it in a shop on level 1 of the Depths)
 83252 | Depths:1 | Bought an ichor-stained falchion for 240 gold pieces
 83252 | Depths:1 | Identified the +1 falchion of Instant Death {protect,
                  | *Noise rPois rF+ Int+2} (You bought it in a shop on level 1
                  | of the Depths)
 83252 | Depths:1 | Bought a dazzling dagger for 210 gold pieces
 83252 | Depths:1 | Identified the +9 dagger of the Evil Eye {freeze, rF++ rC+
                  | Str-4 Dex+2} (You bought it in a shop on level 1 of the
                  | Depths)
 83403 | Elf:1    | Entered Level 1 of the Elven Halls
 83405 | Elf:1    | Paralysed by an air elemental for 1 turns
 84359 | Elf:2    | Found Heewes's Distillery.
 84362 | Elf:2    | Noticed Zenata
 84367 | Elf:2    | Bought a potion of curing for 48 gold pieces
 84367 | Elf:2    | Bought a potion of heal wounds for 80 gold pieces
 84367 | Elf:2    | Bought a potion of curing for 48 gold pieces
 84384 | Elf:2    | Found a magical portal.
 84393 | WizLab   | Entered Lehudib's Moon Base
 84644 | WizLab   | Found a transporter.
 84943 | WizLab   | Found a transporter.
 86281 | Elf:2    | Killed Zenata
 86415 | Elf:1    | Bought a twisted dagger for 301 gold pieces
 86415 | Elf:1    | Identified the +8 dagger "Cymnar" {vamp, Will+ Int+2 Dex+2
                  | Stlth+} (You bought it in a shop on level 1 of the Elven
                  | Halls)
 86415 | Elf:1    | Bought a polished rapier for 387 gold pieces
 86415 | Elf:1    | Identified the +4 rapier "Mubafeac" {flame, Str+5} (You
                  | bought it in a shop on level 1 of the Elven Halls)
 86630 | D:8      | Bought the amulet "Ligar" {Acrobat rElec Dex+2} for 723
                  | gold pieces
 87274 | Elf:2    | Found a runed translucent gate.
 87275 | Elf:2    | Found a runed translucent gate.
 87275 | Elf:2    | Found a runed translucent gate.
 87336 | Elf:2    | Found a bloodstained altar of Trog.
 87338 | Elf:2    | Noticed zenocrate's ghost (adept VSDe)
 87346 | Elf:2    | Found a transporter.
 87350 | Elf:2    | Found a transporter.
 87550 | Elf:3    | Entered Level 3 of the Elven Halls
 87577 | Elf:3    | Identified the +4 kite shield of Bad Feelings {+Inv rN+
                  | Str+3}
 87577 | Elf:3    | Noticed Donald
 87581 | Elf:3    | Killed Donald
 87587 | Elf:3    | Noticed Norris
 87598 | Elf:3    | Killed Norris
 88599 | Elf:3    | Gained mutation: You are resistant to unholy torment.
                  | [demonic ancestry]
 88599 | Elf:3    | Reached XP level 24. HP: 188/205 MP: 28/46
 88831 | Elf:3    | Identified the +5 ring mail "Juutatz" {Harm}
 88888 | Elf:3    | Identified the ring "Asagh" {rElec rF+ Int+2}
 88930 | Elf:3    | Identified the +0 scale mail "Lesulyowk" {rF+ rC+}
 89454 | Elf:3    | Bought a manual of Armour for 960 gold pieces
 90102 | Vaults:5 | Entered Level 5 of the Vaults
 90104 | Vaults:5 | Reached skill level 5 in Shields
 91121 | Vaults:4 | Killed Konionua's ghost
 91219 | Vaults:5 | Identified the +0 robe "Jesoeth" {rN+ Int+3}
 91663 | Vaults:5 | Identified the orb of Winter {*channel, rN+}
 91663 | Vaults:5 | Noticed Frederick
 91704 | Vaults:5 | Killed Frederick
 91898 | Vaults:5 | Identified the +1 scale mail of Fuph {+Blink rF+ Dex-4}
 92100 | Vaults:5 | Identified the +4 mace of the Glimmering Gods {spect,
                  | Dex+3}
 92212 | Vaults:5 | Reached skill level 15 in Conjurations
 92212 | Vaults:5 | Gained mutation: You can hurl damnation. [demonic ancestry]
 92212 | Vaults:5 | Reached XP level 25. HP: 198/212 MP: 21/46
 92348 | Vaults:5 | Got a silver rune of Zot
 92427 | Vaults:5 | Found the +18 shield of the Gong {Loud rN+ Will+ rCorr
                  | EV-5}
 92846 | Zot:1    | Entered Level 1 of the Realm of Zot
 94545 | Zot:2    | Noticed a Killer Klown
 94553 | Zot:2    | You are sucked into a shaft and drop 1 floor!
 94876 | Zot:3    | Found a basalt altar of Yredelemnul.
 94911 | Zot:3    | Reached skill level 15 in Armour
 95282 | Zot:2    | Found the +4 dragonskin cloak
 95282 | Zot:2    | Noticed Tiamat
 95329 | Zot:3    | Found a sacrificial altar of Ru.
 96882 | Zot:2    | Killed a Killer Klown
 97847 | Zot:2    | Killed Tiamat
 98200 | Zot:4    | Reached XP level 26. HP: 195/219 MP: 20/47
 99035 | Zot:5    | Entered Level 5 of the Realm of Zot
101302 | Zot:5    | Noticed a dread lich
101304 | Zot:5    | Noticed an orb of fire
101308 | Zot:5    | Noticed a dread lich
101314 | Zot:5    | Noticed an ancient lich
101685 | Zot:5    | Killed a dread lich
101686 | Zot:5    | Reached skill level 10 in Shields
101847 | Zot:5    | Killed an ancient lich
102318 | Zot:5    | Gained mutation: You are dopey. (Int -2) [an orb of fire]
102320 | Zot:5    | Killed an orb of fire
102419 | Zot:5    | Noticed an orb of fire
102432 | Zot:5    | Gained mutation: Your body sometimes deteriorates upon
                  | taking damage. [an orb of fire]
102719 | Zot:5    | Gained mutation: You are weak. (Str -2) [an orb of fire]
102724 | Zot:5    | Gained mutation: You are frail. (-10% HP) [an orb of fire]
102728 | Zot:5    | Killed an orb of fire
102797 | Zot:5    | Lost mutation: Your body sometimes deteriorates upon taking
                  | damage. [potion of mutation]
102797 | Zot:5    | Lost mutation: You are dopey. (Int -2) [potion of mutation]
102797 | Zot:5    | Gained mutation: Your spells are a little easier to cast,
                  | but a little less powerful. [potion of mutation]
102798 | Zot:5    | Lost mutation: Your spells are a little easier to cast, but
                  | a little less powerful. [potion of mutation]
102798 | Zot:5    | Lost mutation: You are weak. (Str -2) [potion of mutation]
102798 | Zot:5    | Gained mutation: Your spells are a little harder to cast,
                  | but a little more powerful. [potion of mutation]
102881 | Zot:5    | Noticed an ancient lich
102907 | Zot:5    | Killed an ancient lich
103076 | Zot:5    | Noticed a dread lich
103084 | Zot:5    | Killed a dread lich
103352 | Zot:5    | Noticed an orb of fire
103360 | Zot:5    | Gained mutation: Your body sometimes deteriorates upon
                  | taking damage. [an orb of fire]
103364 | Zot:5    | Gained mutation: Your magical capacity is low. (-10% MP)
                  | [an orb of fire]
103368 | Zot:5    | Gained mutation: You are weak. (Str -2) [an orb of fire]
103370 | Zot:5    | Killed an orb of fire
103420 | Zot:5    | Lost mutation: Your body sometimes deteriorates upon taking
                  | damage. [potion of mutation]
103420 | Zot:5    | Lost mutation: You are frail. (-10% HP) [potion of
                  | mutation]
103420 | Zot:5    | Lost mutation: You are weak. (Str -2) [potion of mutation]
103420 | Zot:5    | Gained mutation: A frigid envelope surrounds you and
                  | freezes all who hurt you. [potion of mutation]
103420 | Zot:5    | Lost mutation: A frigid envelope surrounds you and freezes
                  | all who hurt you. [potion of mutation]
104003 | Zot:5    | Killed a dread lich
104281 | Zot:5    | Noticed an ancient lich
104288 | Zot:5    | Killed an ancient lich
105466 | Zot:5    | Upgraded the game from 0.32-a0-433-g08bcfe7efd to
                  | 0.32-a0-468-g38b2580584
106146 | Pan      | Entered Pandemonium
106214 | Pan      | Reached XP level 27. HP: 226/226 MP: 38/43
107063 | Pan      | Found a runed translucent door.
107847 | Pan      | Noticed Hutogo Tino the pandemonium lord
107863 | Pan      | Killed Hutogo Tino the pandemonium lord
108153 | Pan      | Noticed Ignacio
108281 | Pan      | Killed Ignacio
109558 | Pan      | Found a runed translucent door.
109566 | Pan      | Found a runed translucent door.
109799 | Pan      | Found a runed translucent door.
109799 | Pan      | Found a runed translucent door.
110560 | Pan      | Noticed Watofrak the pandemonium lord
110574 | Pan      | Killed Watofrak the pandemonium lord
110716 | Depths:2 | Escaped Pandemonium
110944 | Vaults:5 | Bought a scroll of fog for 128 gold pieces
110944 | Vaults:5 | Bought a potion of heal wounds for 160 gold pieces
110944 | Vaults:5 | Bought a fading sling for 208 gold pieces
110944 | Vaults:5 | Identified the +1 sling "Buobbueg" {antimagic, rF++ Str+3}
                  | (You bought it in a shop on level 5 of the Vaults)
110944 | Vaults:5 | Bought a scroll of teleportation for 96 gold pieces
110944 | Vaults:5 | Bought a scorched ring mail for 288 gold pieces
110944 | Vaults:5 | Identified the +0 ring mail "Xeysaenu" {Harm rElec rF+
                  | Dex+5} (You bought it in a shop on level 5 of the Vaults)
110944 | Vaults:5 | Bought a potion of heal wounds for 160 gold pieces
111570 | Pan      | Entered Pandemonium
111872 | Pan      | Found a corrupted altar of Lugonu.
112921 | Pan      | Found an exit through the horrors of the Abyss.
113596 | Pan      | Noticed Nyiryl the pandemonium lord
113613 | Pan      | Killed Nyiryl the pandemonium lord
114882 | Pan      | Noticed Nedy the pandemonium lord
114905 | Pan      | Killed Nedy the pandemonium lord
115003 | Pan      | Got a demonic rune of Zot
115462 | Pan      | Gained mutation: Armour fits poorly on your strangely
                  | shaped body. [a cacodemon]
115897 | Pan      | Identified the +2 buckler "Ros Agassoir" {-Tele MP+9 Str+4
                  | Int+3}
116118 | Pan      | Identified the +8 tower shield of Geicewk {rElec rF+ Str+3}
117937 | Pan      | Entered the realm of Gloorx Vloq.
117942 | Pan      | Found an exit through the horrors of the Abyss.
119421 | Pan      | Noticed Gloorx Vloq
119546 | Pan      | Killed Gloorx Vloq
119551 | Pan      | Got a dark rune of Zot
120703 | Pan      | Killed Omapsiod the pandemonium lord
121100 | Pan      | Identified the +2 chain mail "Rifuf" {Str+4 Int+3}
121358 | Pan      | Entered the realm of Cerebov.
122004 | Pan      | Identified the amulet "Bapu Eju" {RegenMP rElec Str+2
                  | Slay+2}
122153 | Pan      | Identified the +1 arbalest "Otou" {drain, rPois rC- Will+
                  | Str+2 Int+5}
122198 | Pan      | Identified the ring "Sitoth" {Fly Will+ Int+6 Stlth+}
122426 | Pan      | Identified the ring "Foyb" {AC+4 Dex+4}
123005 | Pan      | Found an exit through the horrors of the Abyss.
123432 | Pan      | Found the +6 sword of Cerebov {flame}
123432 | Pan      | Noticed Cerebov
123459 | Pan      | Killed Cerebov
123597 | Pan      | Identified the +0 plate armour of Gehenna {Will+}
123616 | Pan      | Identified the +6 ring mail "Alom" {Fly rF- rC+ Str+4}
123634 | Pan      | Got a fiery rune of Zot
123792 | Pan      | Identified the +7 whip of Equilibrium {heavy, rPois rF-
                  | MP+9 Int-5}
123974 | Pan      | Learned a level 7 spell: Spellforged Servitor
124061 | Pan      | Reached skill level 1 in Summonings
124363 | Pan      | Found an exit through the horrors of the Abyss.
124628 | Pan      | Identified the +5 robe "Itoine" {Fly Will+}
124799 | Pan      | Noticed Ragibana the pandemonium lord
124820 | Pan      | Killed Ragibana the pandemonium lord
124823 | Pan      | Reached skill level 5 in Summonings
125389 | Pan      | Found an exit through the horrors of the Abyss.
125589 | Pan      | Found a runed translucent door.
125589 | Pan      | Found a runed translucent door.
125591 | Pan      | Noticed Jipha the pandemonium lord
125599 | Pan      | Killed Jipha the pandemonium lord
125644 | Pan      | Found a runed translucent door.
125646 | Pan      | Found a runed translucent door.
125660 | Pan      | Identified the +3 scale mail of Nihilism {Rampage *Corrode
                  | rN+}
125938 | Pan      | Found an exit through the horrors of the Abyss.
125948 | Pan      | Acquired the +3 cloak "Lorapna" {rN++ MP+9}
126731 | Pan      | Noticed Cogeps Huis the pandemonium lord
126763 | Pan      | Killed Cogeps Huis the pandemonium lord
127436 | Pan      | Found an exit through the horrors of the Abyss.
127745 | Pan      | Found a runed translucent door.
128213 | Pan      | Found an exit through the horrors of the Abyss.
128365 | Pan      | Identified the +2 quarterstaff of Tenacity {drain, rN++
                  | Str+2 Int-4 Stlth-}
128466 | Pan      | Acquired the ring "Gyarrim" {rElec rPois rF+ Int+2 SInv}
128528 | Pan      | Reached skill level 10 in Summonings
128835 | Pan      | Noticed Caostenaall the pandemonium lord
128848 | Pan      | Killed Caostenaall the pandemonium lord
129287 | Pan      | Entered the realm of Mnoleg.
129308 | Pan      | Lost mutation: Your spells are a little harder to cast, but
                  | a little more powerful. [a cacodemon]
129367 | Pan      | Gained mutation: You occasionally lose the ability to drink
                  | potions when taking damage. [a cacodemon]
129560 | Pan      | Gained mutation: Your spells are a little easier to cast,
                  | but a little less powerful. [a shining eye]
129561 | Pan      | Gained mutation: You sometimes lose the ability to drink
                  | potions when taking damage. [a shining eye]
129564 | Pan      | Gained mutation: You have hidden genetic defects. [a
                  | shining eye]
129592 | Pan      | Lost mutation: Armour fits poorly on your strangely shaped
                  | body. [potion of mutation]
129592 | Pan      | Lost mutation: Your magical capacity is low. (-10% MP)
                  | [potion of mutation]
129592 | Pan      | Lost mutation: Your spells are a little easier to cast, but
                  | a little less powerful. [potion of mutation]
129592 | Pan      | Gained mutation: Your spells are a little harder to cast,
                  | but a little more powerful. [potion of mutation]
129592 | Pan      | Gained mutation: Your magical capacity is low. (-10% MP)
                  | [potion of mutation]
129592 | Pan      | Gained mutation: You have supernaturally acute eyesight.
                  | (SInv) [potion of mutation]
129592 | Pan      | Gained mutation: You expend magic power (3 MP) to
                  | strengthen your wands. [potion of mutation]
129593 | Pan      | Lost mutation: Your spells are a little harder to cast, but
                  | a little more powerful. [potion of mutation]
129593 | Pan      | Lost mutation: You expend magic power (3 MP) to strengthen
                  | your wands. [potion of mutation]
129593 | Pan      | Lost mutation: You have supernaturally acute eyesight.
                  | (SInv) [potion of mutation]
129593 | Pan      | Gained mutation: Your system is resistant to poisons.
                  | (rPois) [potion of mutation]
129593 | Pan      | Gained mutation: You possess an exceptional clarity of
                  | mind. [potion of mutation]
129593 | Pan      | Gained mutation: Your mind is acute. (Int +4, Str/Dex -1)
                  | [potion of mutation]
129594 | Pan      | Lost mutation: You have hidden genetic defects. [potion of
                  | mutation]
129594 | Pan      | Lost mutation: Your magical capacity is low. (-10% MP)
                  | [potion of mutation]
129594 | Pan      | Gained mutation: You have sharp toenails. [potion of
                  | mutation]
129594 | Pan      | Lost mutation: Your mind is acute. (Int +4, Str/Dex -1)
                  | [potion of mutation]
129594 | Pan      | Lost mutation: You possess an exceptional clarity of mind.
                  | [potion of mutation]
129942 | Pan      | Noticed Mnoleg
129969 | Pan      | Killed Mnoleg
130220 | Pan      | Got a glowing rune of Zot
130314 | Pan      | Entered the realm of Lom Lobon.
130315 | Pan      | Found an exit through the horrors of the Abyss.
131344 | Pan      | Noticed Lom Lobon
131366 | Pan      | Killed Lom Lobon
131511 | Pan      | Got a magical rune of Zot
131806 | Pan      | Noticed Someu the pandemonium lord
131814 | Pan      | Killed Someu the pandemonium lord
131853 | Pan      | Reached skill level 27 in Fighting
132851 | Depths:2 | Escaped Pandemonium
132861 | Depths:2 | Bought a bloodstained robe for 216 gold pieces
132861 | Depths:2 | Identified the +1 robe "Earthly Heaven" {rC+ Str+4} (You
                  | bought it in a shop on level 2 of the Depths)
132861 | Depths:2 | Bought a pair of crude boots for 361 gold pieces
132861 | Depths:2 | Identified the +4 pair of boots of Inaction {rF- Will++
                  | Str+2 Dex+2} (You bought it in a shop on level 2 of the
                  | Depths)
133003 | Pan      | Entered Pandemonium
133015 | Pan      | Found an exit through the horrors of the Abyss.
133678 | Pan      | Noticed Ufocad the pandemonium lord
133684 | Pan      | Killed Ufocad the pandemonium lord
134186 | Pan      | Upgraded the game from 0.32-a0-468-g38b2580584 to
                  | 0.32-a0-520-g344ed53f66
134219 | Pan      | Reached skill level 27 in Spellcasting
134587 | Pan      | Found a huge runed translucent gate.
134588 | Pan      | Found a huge runed translucent gate.
134590 | Pan      | Found a huge runed translucent gate.
134622 | Pan      | Found a huge runed translucent gate.
134622 | Pan      | Found a huge runed translucent gate.
135040 | Pan      | Found an exit through the horrors of the Abyss.
135158 | Pan      | Found a huge runed translucent gate.
135158 | Pan      | Found a huge runed translucent gate.
135184 | Pan      | Noticed Koept the pandemonium lord
135187 | Pan      | Killed Koept the pandemonium lord
135259 | Depths:2 | Escaped Pandemonium
135272 | Pan      | Entered Pandemonium
135288 | Pan      | Found a burning altar of Makhleb.
135487 | Pan      | Gained mutation: Armour fits poorly on your strangely
                  | shaped body. [a neqoxec]
135489 | Pan      | Gained mutation: You are occasionally teleported next to
                  | monsters. [a neqoxec]
135762 | Pan      | Noticed Kiss the pandemonium lord
135770 | Pan      | Killed Kiss the pandemonium lord
136085 | Pan      | Lost mutation: You sometimes lose the ability to drink
                  | potions when taking damage. [potion of mutation]
136085 | Pan      | Lost mutation: Armour fits poorly on your strangely shaped
                  | body. [potion of mutation]
136085 | Pan      | Gained mutation: Your spells are a little easier to cast,
                  | but a little less powerful. [potion of mutation]
136085 | Pan      | Gained mutation: You have a pair of small horns on your
                  | head. [potion of mutation]
136086 | Pan      | Lost mutation: You are occasionally teleported next to
                  | monsters. [potion of mutation]
136086 | Pan      | Lost mutation: Your system is resistant to poisons. (rPois)
                  | [potion of mutation]
136086 | Pan      | Gained mutation: Your flesh is cold resistant. (rC+)
                  | [potion of mutation]
136087 | Pan      | Lost mutation: You have sharp toenails. [potion of
                  | mutation]
136087 | Pan      | Lost mutation: Your spells are a little easier to cast, but
                  | a little less powerful. [potion of mutation]
136087 | Pan      | Lost mutation: You have a pair of small horns on your head.
                  | [potion of mutation]
136087 | Pan      | Gained mutation: You are weak. (Str -2) [potion of
                  | mutation]
136087 | Pan      | Gained mutation: You are resistant to electric shocks.
                  | (rElec) [potion of mutation]
136087 | Pan      | Gained mutation: You have large cloven feet. [potion of
                  | mutation]
136365 | Pan      | Noticed Egheux the pandemonium lord
136375 | Pan      | Killed Egheux the pandemonium lord
136391 | Pan      | Reached skill level 15 in Dodging
136579 | Pan      | Found an exit through the horrors of the Abyss.
137451 | Pan      | Found an exit through the horrors of the Abyss.
138024 | Pan      | Identified the amulet of the Lizard {RegenMP rN+ Str+2}
138035 | Pan      | Identified the +2 battleaxe of Isodeapp {freeze, rC- rN+
                  | Int+5}
138534 | Pan      | Gained mutation: You sometimes lose your temper in combat.
                  | [a neqoxec]
138968 | Depths:2 | Escaped Pandemonium
139262 | Slime:1  | Entered Level 1 of the Pits of Slime
140539 | Slime:3  | Gained mutation: Your body sometimes deteriorates upon
                  | taking damage. [a shining eye]
141191 | Slime:5  | Entered Level 5 of the Pits of Slime
141206 | Slime:5  | Gained mutation: You are very weak. (Str -4) [a shining
                  | eye]
141207 | Slime:5  | Lost mutation: You occasionally lose the ability to drink
                  | potions when taking damage. [a shining eye]
141358 | Slime:5  | Noticed the Royal Jelly
141378 | Slime:5  | Killed the Royal Jelly
141480 | Slime:5  | Identified the +6 orcbow "Herug" {freeze, *Corrode rElec
                  | rF++ Stlth-}
141481 | Slime:5  | Identified the +6 battleaxe "Cearr" {drain, Fly Dex+2}
141698 | Slime:5  | Identified the +1 scale mail "Seadas" {rC+++ MP-9}
141830 | Slime:5  | Identified the amulet "Rofikasi" {Reflect Will- Regen+
                  | Dex+3 SH+5}
141839 | Slime:5  | Identified the +1 halberd "Dulun" {freeze, rF+ rC+ rN+
                  | rCorr}
141856 | Slime:5  | Gained mutation: You have an uncontrollable temper. [a
                  | shining eye]
141857 | Slime:5  | Gained mutation: You are dopey. (Int -2) [a shining eye]
141925 | Slime:5  | Got a slimy rune of Zot
142309 | Slime:5  | Lost mutation: Your flesh is cold resistant. (rC+) [potion
                  | of mutation]
142309 | Slime:5  | Lost mutation: You are very weak. (Str -4) [potion of
                  | mutation]
142309 | Slime:5  | Lost mutation: You are dopey. (Int -2) [potion of mutation]
142309 | Slime:5  | Gained mutation: You are vulnerable to cold. (rC-) [potion
                  | of mutation]
142309 | Slime:5  | Gained mutation: Your flesh is heat resistant. (rF+)
                  | [potion of mutation]
142310 | Slime:5  | Lost mutation: Your flesh is heat resistant. (rF+) [potion
                  | of mutation]
142310 | Slime:5  | Lost mutation: You are vulnerable to cold. (rC-) [potion of
                  | mutation]
142310 | Slime:5  | Gained mutation: You occasionally lose the ability to drink
                  | potions when taking damage. [potion of mutation]
142311 | Slime:5  | Lost mutation: You are resistant to electric shocks.
                  | (rElec) [potion of mutation]
142311 | Slime:5  | Lost mutation: You are weak. (Str -2) [potion of mutation]
142311 | Slime:5  | Lost mutation: You occasionally lose the ability to drink
                  | potions when taking damage. [potion of mutation]
142311 | Slime:5  | Gained mutation: You occasionally lose the ability to read
                  | scrolls when taking damage. [potion of mutation]
142311 | Slime:5  | Lost mutation: You occasionally lose the ability to read
                  | scrolls when taking damage. [potion of mutation]
142311 | Slime:5  | Gained mutation: You have hoof-like feet. [potion of
                  | mutation]
142312 | Slime:5  | Lost mutation: You have hoof-like feet. [potion of
                  | mutation]
142312 | Slime:5  | Lost mutation: You have an uncontrollable temper. [potion
                  | of mutation]
142312 | Slime:5  | Lost mutation: You have large cloven feet. [potion of
                  | mutation]
142312 | Slime:5  | Gained mutation: You passively map a small area around you.
                  | [potion of mutation]
142312 | Slime:5  | Gained mutation: You are frail. (-10% HP) [potion of
                  | mutation]
142313 | Slime:5  | Lost mutation: You passively map a small area around you.
                  | [potion of mutation]
142313 | Slime:5  | Lost mutation: You are frail. (-10% HP) [potion of
                  | mutation]
142313 | Slime:5  | Gained mutation: You are partially covered in large bone
                  | plates. (SH +4) [potion of mutation]
142314 | Slime:5  | Lost mutation: You sometimes lose your temper in combat.
                  | [potion of mutation]
142314 | Slime:5  | Lost mutation: Your body sometimes deteriorates upon taking
                  | damage. [potion of mutation]
142314 | Slime:5  | Lost mutation: You are partially covered in large bone
                  | plates. (SH +4) [potion of mutation]
142314 | Slime:5  | Gained mutation: Your body sometimes deteriorates upon
                  | taking damage. [potion of mutation]
142314 | Slime:5  | Gained mutation: You possess an exceptional clarity of
                  | mind. [potion of mutation]
142314 | Slime:5  | Gained mutation: Armour fits poorly on your strangely
                  | shaped body. [potion of mutation]
142315 | Slime:5  | Lost mutation: You possess an exceptional clarity of mind.
                  | [potion of mutation]
142315 | Slime:5  | Lost mutation: Your body sometimes deteriorates upon taking
                  | damage. [potion of mutation]
142315 | Slime:5  | Lost mutation: Armour fits poorly on your strangely shaped
                  | body. [potion of mutation]
142315 | Slime:5  | Gained mutation: You have a beak for a mouth. [potion of
                  | mutation]
142323 | Slime:5  | Lost mutation: You have a beak for a mouth. [potion of
                  | mutation]
142323 | Slime:5  | Gained mutation: You have sharp toenails. [potion of
                  | mutation]
142323 | Slime:5  | Gained mutation: Your mind is acute. (Int +4, Str/Dex -1)
                  | [potion of mutation]
142323 | Slime:5  | Gained mutation: You have very sharp teeth. [potion of
                  | mutation]
142683 | Depths:1 | Voluntarily entered the Abyss.
142683 | Abyss:1  | Found a corrupted altar of Lugonu.
142693 | Abyss:1  | Found a corrupted altar of Lugonu.
143359 | Abyss:1  | Found a corrupted altar of Lugonu.
143390 | Abyss:2  | Found a corrupted altar of Lugonu.
143395 | Abyss:2  | Found a corrupted altar of Lugonu.
143429 | Abyss:2  | Found a corrupted altar of Lugonu.
143450 | Abyss:2  | Noticed an ancient lich
143457 | Abyss:2  | Killed an ancient lich
143467 | Abyss:2  | Found a corrupted altar of Lugonu.
143580 | Abyss:2  | Noticed a dread lich
143586 | Abyss:2  | Killed a dread lich
143765 | Abyss:3  | Found a corrupted altar of Lugonu.
143799 | Abyss:3  | Found a corrupted altar of Lugonu.
143907 | Abyss:3  | Found a corrupted altar of Lugonu.
144011 | Abyss:3  | Found a corrupted altar of Lugonu.
144014 | Abyss:3  | Found a corrupted altar of Lugonu.
144031 | Abyss:3  | Found a corrupted altar of Lugonu.
144163 | Abyss:3  | Found a corrupted altar of Lugonu.
144209 | Abyss:3  | Got an abyssal rune of Zot
144439 | Abyss:3  | Found a corrupted altar of Lugonu.
144538 | Abyss:3  | Found a corrupted altar of Lugonu.
144551 | Abyss:3  | Found an opulent altar of Gozag.
144784 | Abyss:3  | Reached skill level 15 in Earth Magic
144789 | Abyss:3  | Found an opulent altar of Gozag.
144960 | Depths:1 | Escaped the Abyss
144966 | Depths:1 | Bought a potion of heal wounds for 245 gold pieces
144966 | Depths:1 | Bought a potion of curing for 147 gold pieces
144966 | Depths:1 | Bought a fine staff for 833 gold pieces
144966 | Depths:1 | Identified the staff of Instinct {rF+ Stlth+ Fire} (You
                  | bought it in a shop on level 1 of the Depths)
144972 | Depths:1 | Bought an iridescent mace for 288 gold pieces
144972 | Depths:1 | Identified the +7 mace "Qaneanly" {vamp, Will+} (You bought
                  | it in a shop on level 1 of the Depths)
144972 | Depths:1 | Bought a warped scimitar for 324 gold pieces
144972 | Depths:1 | Identified the +10 scimitar "Stringbean" {holy, rElec} (You
                  | bought it in a shop on level 1 of the Depths)
145006 | Pan      | Entered Pandemonium
145190 | Pan      | Found an exit through the horrors of the Abyss.
146022 | Pan      | Noticed Linkimn the pandemonium lord
146044 | Pan      | Killed Linkimn the pandemonium lord
146967 | Pan      | Noticed Ciroz the pandemonium lord
147111 | Pan      | Killed Ciroz the pandemonium lord
147255 | Pan      | Reached skill level 15 in Shields
147582 | Pan      | Identified the +1 helmet of Death's Door {rN+ Will- Int+3
                  | Slay+2}
148017 | Pan      | Found an exit through the horrors of the Abyss.
148406 | Pan      | Found an exit through the horrors of the Abyss.
148457 | Pan      | Reached skill level 1 in Shapeshifting
148664 | Pan      | Identified the +0 long sword "Dinynt" {freeze, *Noise rPois
                  | rCorr Int+5}
149028 | Pan      | Noticed Zivu the pandemonium lord
149037 | Pan      | Killed Zivu the pandemonium lord
149038 | Pan      | Identified the staff of the Volcano {rPois rCorr SInv
                  | Alchemy}
149154 | Pan      | Got Hofug's Anthology of Compounds
149555 | Depths:2 | Escaped Pandemonium
149582 | Pan      | Entered Pandemonium
149748 | Pan      | Found an exit through the horrors of the Abyss.
149900 | Pan      | Identified the +1 pair of gloves "Raep" {rF++ Dex+4}
150276 | Pan      | Noticed Syiliher the pandemonium lord
150285 | Pan      | Killed Syiliher the pandemonium lord
150909 | Pan      | Found an exit through the horrors of the Abyss.
151395 | Pan      | Gained mutation: Potions are less effective at restoring
                  | your health. [a cacodemon]
151397 | Pan      | Noticed Qyucsu Learch the pandemonium lord
151641 | Pan      | Reached skill level 5 in Shapeshifting
151643 | Pan      | Killed Qyucsu Learch the pandemonium lord
152603 | Pan      | Noticed Nemops the pandemonium lord
152633 | Pan      | Killed Nemops the pandemonium lord
152898 | Pan      | Identified the maw talisman of the Skies Above {rF- rCorr
                  | MP+9 Dex+4 Stlth+}
153275 | Pan      | Found an exit through the horrors of the Abyss.
153478 | Depths:2 | Escaped Pandemonium
153492 | Depths:2 | Upgraded the game from 0.32-a0-520-g344ed53f66 to
                  | 0.32-a0-540-g866d13106e
153494 | Pan      | Entered Pandemonium
153532 | Pan      | Gained mutation: You are clumsy. (Dex -2) [a cacodemon]
153777 | Pan      | Noticed Seepoj the pandemonium lord
153792 | Pan      | Killed Seepoj the pandemonium lord
153892 | Pan      | Found an exit through the horrors of the Abyss.
154723 | Pan      | Learned a level 9 spell: Fire Storm
154733 | Pan      | Learned a level 9 spell: Shatter
154898 | Depths:2 | Escaped Pandemonium
154946 | Hell     | Entered the Vestibule of Hell
154946 | Hell     | Noticed Geryon
154964 | Hell     | Killed Geryon
155455 | Hell     | Found a gateway to the freezing wastes of Cocytus.
155581 | Hell     | Found a gateway to the ashen valley of Gehenna.
155665 | Hell     | Found a gateway to the decaying netherworld of Tartarus.
155783 | Hell     | Found a gateway to the Iron City of Dis.
155870 | Tar:1    | Entered Level 1 of Tartarus
155870 | Tar:1    | Noticed an ancient lich
155873 | Tar:1    | Killed an ancient lich
156132 | Tar:1    | You fall into a shaft and drop 1 floor!
158285 | Tar:7    | Entered Level 7 of Tartarus
159677 | Tar:7    | Identified the +5 orcbow of Disintegration {flame, +Blink
                  | rN+ Will+}
159678 | Tar:7    | Identified the +4 robe of the Nexus {rC+ Slay+2}
159684 | Tar:7    | Identified the ring of Jitorire {^Drain rF++ MP+9 Str+3
                  | Int-4 Stlth+}
159686 | Tar:7    | Identified the staff "Doja" {rF- rN+ Earth Alchemy}
161509 | Tar:7    | Identified the +8 great sword of the Breathing Goat {elec,
                  | rN+ Dex+3}
161512 | Tar:7    | Identified the ring "Onodweto" {rElec Will+ rCorr Int+3
                  | Dex-5}
162262 | Tar:7    | Noticed Ereshkigal
162274 | Tar:7    | Killed Ereshkigal
162330 | Tar:7    | Found the +8 demon blade "Leech" {evervamp, Harm ^Drain
                  | rN+}
162331 | Tar:7    | Identified the staff of Calamity {rElec Int+2 Dex-2 Stlth+
                  | Air}
162335 | Tar:7    | Identified the amulet of Lies {Reflect +Inv Str+2 Int+2
                  | SH+5 SInv}
162340 | Tar:7    | Got a bone rune of Zot
162355 | Tar:7    | Identified the staff "Juthraez" {rElec Will+ Air}
162745 | Geh:1    | Entered Level 1 of Gehenna
164868 | Geh:5    | You fall into a shaft and drop 1 floor!
165139 | Geh:7    | Entered Level 7 of Gehenna
165279 | Geh:7    | Noticed the Serpent of Hell
165293 | Geh:7    | Killed the Serpent of Hell
166808 | Geh:7    | Identified the +8 flail "Tierphuho" {drain, *Rage rPois
                  | Str+4}
167168 | Geh:7    | Found the +13 sceptre of Asmodeus
167168 | Geh:7    | Noticed Asmodeus
167188 | Geh:7    | Killed Asmodeus
167227 | Geh:7    | Found the +2 cloak of the Thief {*Fog Slay-2 SInv Stlth+}
167239 | Geh:7    | Got an obsidian rune of Zot
167914 | Dis:1    | Entered Level 1 of the Iron City of Dis
168491 | Dis:3    | Noticed an ancient lich
168494 | Dis:3    | Killed an ancient lich
168495 | Dis:3    | Reached skill level 27 in Earth Magic
168509 | Dis:3    | Reached skill level 1 in Throwing
169111 | Dis:5    | You fall into a shaft and drop 1 floor!
169144 | Dis:6    | Reached skill level 5 in Throwing
169146 | Dis:6    | Reached skill level 10 in Evocations
169444 | Dis:7    | Entered Level 7 of the Iron City of Dis
170340 | Dis:7    | Noticed an ancient lich
170346 | Dis:7    | Killed an ancient lich
170779 | Dis:7    | Noticed a juggernaut
170784 | Dis:7    | Killed a juggernaut
171521 | Dis:7    | Noticed a juggernaut
171586 | Dis:7    | Killed a juggernaut
171919 | Dis:7    | Noticed a juggernaut
171929 | Dis:7    | Killed a juggernaut
172045 | Dis:7    | Identified the amulet of the Duke {RegenMP -Tele rF++ rN+
                  | Will-}
172045 | Dis:7    | Noticed Dispater
172230 | Dis:7    | Identified the +6 great sword of Valiance {drain, rC++
                  | Stlth+}
172664 | Dis:7    | Killed Dispater
172794 | Dis:7    | Got the Discourse on Accompaniment and the Wendigo
172812 | Dis:7    | Got an iron rune of Zot
172815 | Dis:7    | Identified the +3 spear of Linearity {freeze, *Corrode
                  | ^Drain +Blink rPois}
174015 | Coc:1    | Entered Level 1 of Cocytus
174251 | Coc:2    | Reached skill level 10 in Throwing
174554 | Coc:3    | Paralysed by a wendigo for 1 turns
175253 | Coc:5    | Reached skill level 10 in Stealth
175489 | Coc:6    | Paralysed by a wendigo for 1 turns
175878 | Coc:7    | Entered Level 7 of Cocytus
175891 | Coc:7    | Noticed a dread lich
175897 | Coc:7    | Killed a dread lich
176220 | Coc:7    | Noticed an ancient lich
176227 | Coc:7    | Killed an ancient lich
178494 | Coc:7    | Noticed Antaeus
178506 | Coc:7    | Killed Antaeus
178585 | Coc:7    | Got an icy rune of Zot
178689 | Coc:7    | Identified the +2 rapier of Fimbulwinter {speed, rElec
                  | Will+ Int-3 Stlth+}
178731 | Coc:7    | Found the +8 autumn katana {manifold assault}
178744 | Coc:7    | Identified the +0 robe "Tihebrel" {SInv}
178832 | Coc:7    | Identified the staff "Kopitso" {Dex+2 Earth}
179213 | Zig:1    | Entered Level 1 of a ziggurat
179240 | Zig:2    | Entered Level 2 of a ziggurat
179284 | Zig:3    | Entered Level 3 of a ziggurat
179364 | Zig:4    | Entered Level 4 of a ziggurat
179402 | Zig:5    | Entered Level 5 of a ziggurat
179407 | Zig:5    | Noticed Eripaiha the pandemonium lord
179413 | Zig:5    | Killed Eripaiha the pandemonium lord
179466 | Zig:6    | Entered Level 6 of a ziggurat
179491 | Zig:6    | Identified the +6 scale mail of Lilacs {rPois rF+}
179493 | Zig:6    | Identified the +0 flail "Duacap" {freeze, rElec rCorr Int+4
                  | Dex+2}
179500 | Zig:6    | Identified the +6 mace "Oxosch" {flame, rN+ Int+5}
179502 | Zig:6    | Identified the ring of Olusatu {Wiz rPois Will+ rCorr}
179519 | Zig:7    | Entered Level 7 of a ziggurat
179525 | Zig:7    | Found the ring of the Tortoise {AC+8}
179526 | Zig:7    | Noticed Feuw's ghost (veteran MiBe)
179526 | Zig:7    | Noticed Canwutygu's ghost (veteran MiFi)
179535 | Zig:7    | Killed Canwutygu's ghost
179550 | Zig:7    | Killed Feuw's ghost
179592 | Zig:7    | Got the Reference Book on Undead Calefaction
179613 | Zig:8    | Entered Level 8 of a ziggurat
179710 | Zig:9    | Entered Level 9 of a ziggurat
179786 | Zig:9    | Identified the staff of the Unstoppable Olives {rF+ SInv
                  | Fire}
179846 | Zig:10   | Entered Level 10 of a ziggurat
179909 | Zig:10   | Identified the +9 scimitar of Innocence {antimagic, rF+
                  | rC+}
179937 | Zig:10   | Identified the ring "Tuarang" {EV+5 Str+5 Int+2}
179968 | Zig:11   | Entered Level 11 of a ziggurat
179980 | Zig:11   | Noticed Geahuquq the pandemonium lord
179981 | Zig:11   | Killed Geahuquq the pandemonium lord
180024 | Zig:11   | Identified the ring of Vod Rawn {rPois Dex+3}
180031 | Zig:11   | Got Ipiffaxa's Catalogue of Gritty Hexes
180036 | Zig:11   | Identified the staff "Kociose" {Will+ Str+3 Dex+3 Earth
                  | Alchemy}
180038 | Zig:11   | Identified the +1 shortbow "Juvupue" {freeze, rElec rC+
                  | Dex+3}
180039 | Zig:11   | Identified the +0 dagger of Fragile Peace {antimagic,
                  | ^Fragile rPois Str+5}
180075 | Zig:12   | Entered Level 12 of a ziggurat
180086 | Zig:12   | Reached skill level 27 in Fire Magic
180138 | Zig:12   | Identified the granite talisman "Zaewuit" {rF+ rN+ Int+2
                  | Dex-2}
180204 | Zig:13   | Entered Level 13 of a ziggurat
180346 | Zig:13   | Identified the +1 rapier "Pauffudd" {venom, Str+4 Stlth+}
180362 | Zig:13   | Identified the ring of the Raven {rN++ Str+6}
180369 | Zig:14   | Entered Level 14 of a ziggurat
180434 | Zig:14   | Got Nybriots's Omnibus of Adjuration
180437 | Zig:14   | Identified the staff "Iclats" {rPois Int+4 Dex+3 Fire
                  | Alchemy}
180547 | Zig:15   | Entered Level 15 of a ziggurat
180564 | Zig:15   | Noticed a dread lich
180567 | Zig:15   | Killed a dread lich
180607 | Zig:15   | Identified the +7 war axe "Vuhunex" {freeze, Will+ Int+2}
180615 | Zig:15   | Identified the +1 troll leather armour "Wuxito Hunun"
                  | {Regen+ Dex+3}
180639 | Zig:15   | Identified the +6 falchion of Karma {flame, Dex+4}
180704 | Zig:16   | Entered Level 16 of a ziggurat
180715 | Zig:16   | Noticed a royal mummy
180715 | Zig:16   | Noticed a royal mummy
180715 | Zig:16   | Noticed a royal mummy
180716 | Zig:16   | Noticed a royal mummy
180717 | Zig:16   | Killed a royal mummy
180718 | Zig:16   | Noticed a royal mummy
180719 | Zig:16   | Killed a royal mummy
180720 | Zig:16   | Reached skill level 27 in Conjurations
180723 | Zig:16   | Killed a royal mummy
180723 | Zig:16   | Killed a royal mummy
180723 | Zig:16   | Killed a royal mummy
180724 | Zig:16   | Reached skill level 10 in Staves
180860 | Zig:16   | Found the macabre finger necklace {Finger+ rN+}
180906 | Zig:16   | Identified the ring "Fisagaw" {Fire rElec Dex-3 Slay+3}
180916 | Zig:16   | Identified the staff of Armageddon {rPois Will+ Alchemy}
180919 | Zig:16   | Identified the ring "Weiq" {+Blink MP+9 Str+3}
180923 | Zig:16   | Reached skill level 10 in Shapeshifting
180937 | Zig:16   | Identified the +9 quarterstaff "Transmigrator" {elec,
                  | Dex+3}
180980 | Zig:17   | Entered Level 17 of a ziggurat
181001 | Zig:17   | Noticed Pisetev the pandemonium lord
181005 | Zig:17   | Killed Pisetev the pandemonium lord
181167 | Zig:18   | Entered Level 18 of a ziggurat
181351 | Zig:19   | Entered Level 19 of a ziggurat
181410 | Zig:19   | Reached skill level 15 in Shapeshifting
181539 | Zig:19   | Found the +2 hood of the Assassin {Detect Stab+ Stlth++}
181545 | Zig:19   | Identified the +1 trident "Tixiu" {drain, Fly Stlth+}
181547 | Zig:19   | Identified the +2 helmet of Ashenzari's Generosity {Str+4
                  | Int+4 Dex-5}
181612 | Zig:20   | Entered Level 20 of a ziggurat
181852 | Zig:20   | Identified the staff of Eternity {rF+ Dex+2 Earth}
181864 | Zig:20   | Identified the +8 spear "Etwahy" {heavy, Int+2 Dex+2}
181947 | Zig:21   | Entered Level 21 of a ziggurat
181952 | Zig:21   | Noticed a dread lich
181969 | Zig:21   | Noticed a royal mummy
181971 | Zig:21   | Noticed a royal mummy
181972 | Zig:21   | Killed a dread lich
181974 | Zig:21   | Killed a royal mummy
181977 | Zig:21   | Killed a royal mummy
181977 | Zig:21   | Noticed a royal mummy
181977 | Zig:21   | Noticed a royal mummy
181977 | Zig:21   | Noticed a royal mummy
181978 | Zig:21   | Noticed a royal mummy
181983 | Zig:21   | Killed a royal mummy
181983 | Zig:21   | Noticed a royal mummy
181986 | Zig:21   | Killed a royal mummy
182002 | Zig:21   | Identified the staff of Calculation {rElec rF- rCorr Str+6
                  | Air}
182025 | Zig:21   | Noticed a royal mummy
182031 | Zig:21   | Killed a royal mummy
182048 | Zig:21   | Killed a royal mummy
182052 | Zig:21   | Noticed a royal mummy
182057 | Zig:21   | Killed a royal mummy
182057 | Zig:21   | Noticed a royal mummy
182057 | Zig:21   | Noticed a royal mummy
182059 | Zig:21   | Killed a royal mummy
182067 | Zig:21   | Killed a royal mummy
182070 | Zig:21   | Killed a royal mummy
182070 | Zig:21   | Killed a royal mummy
182185 | Zig:21   | Identified the +6 chain mail "Fide Piu" {*Slow rF++ rCorr
                  | Slay+3}
182466 | Zig:22   | Entered Level 22 of a ziggurat
182478 | Zig:22   | Noticed a royal mummy
182481 | Zig:22   | Noticed a royal mummy
182485 | Zig:22   | Killed a royal mummy
182485 | Zig:22   | Killed a royal mummy
182485 | Zig:22   | Noticed a royal mummy
182488 | Zig:22   | Noticed a royal mummy
182489 | Zig:22   | Noticed a royal mummy
182492 | Zig:22   | Killed a royal mummy
182492 | Zig:22   | Killed a royal mummy
182493 | Zig:22   | Killed a royal mummy
182542 | Zig:22   | Noticed a royal mummy
182546 | Zig:22   | Killed a royal mummy
182840 | Zig:22   | Found the +3 giant club "Skullcrusher" {speed, Str+7}
182841 | Zig:22   | Found the +2 Maxwell's thermic engine {flame, freeze, rev}
182848 | Zig:22   | Identified the +8 fire dragon scales of Summertime {-Tele
                  | +Inv rF++ rC- Slay-2 SInv}
182852 | Zig:22   | Identified the staff of the Moth {rPois Int+3 Alchemy}
182853 | Zig:22   | Identified the +6 orcbow of the Thieving Tiger {speed,
                  | rElec Will+ Str+2 Int-4 Dex+3}
182854 | Zig:22   | Identified the ring "Asozxot" {Fly rC+}
182885 | Zig:22   | Identified the orb "Jicw" {*Rage, Int+4 Conj}
182940 | Zig:23   | Entered Level 23 of a ziggurat
182972 | Zig:23   | Paralysed by a wendigo for 1 turns
183170 | Zig:23   | Identified the +7 dagger of Domination {venom, rC++ rN+
                  | Int-4 Dex+2}
183196 | Zig:23   | Acquired 967 gold pieces
183198 | Zig:23   | Acquired 653 gold pieces
183217 | Zig:23   | Identified the +1 helmet of Eternal Night {Will+ Dex+2}
183223 | Zig:23   | Identified the staff "Rixemez" {rElec rC+ Dex+4 Stlth+ Ice}
183228 | Zig:23   | Identified the +5 great sword of the Visionary {freeze,
                  | rElec rC+++ Int-5 SInv}
183274 | Zig:24   | Entered Level 24 of a ziggurat
183507 | Zig:24   | Identified the +4 great mace "Ril Vis" {pain, Dex+6}
183519 | Zig:24   | Identified the amulet "Riakligh" {Faith rF+ Will+ Str+2
                  | Slay+3}
183593 | Zig:24   | Acquired 1203 gold pieces
183607 | Zig:25   | Entered Level 25 of a ziggurat
183627 | Zig:25   | Gained mutation: You sometimes lose your temper in combat.
                  | [a shining eye]
183881 | Zig:25   | Identified the +10 crystal plate armour "Rov Xouz" {Rampage
                  | rC+ Int+4}
183888 | Zig:25   | Identified the +4 scimitar "Nawiqonux" {antimagic, rN+
                  | Dex+4}
183986 | Zig:26   | Entered Level 26 of a ziggurat
184022 | Zig:26   | Reached skill level 15 in Stealth
184348 | Zig:26   | Identified the +7 quarterstaff "Feuhixox" {freeze, rF+}
184350 | Zig:26   | Identified the +7 hand axe "Dybbyt" {spect, Int+2 Stlth+}
184352 | Zig:26   | Identified the +7 morningstar of Tovush {venom, rN+ Int-3
                  | Dex+4}
184353 | Zig:26   | Identified the +9 ring mail "Bausk" {Harm}
184356 | Zig:26   | Identified the amulet "Jysewe" {Faith rF+ rC++}
184368 | Zig:26   | Identified the amulet "Oguczank" {Acrobat +Inv Str-4 Int+7
                  | Stlth+}
184472 | Zig:27   | Entered Level 27 of a ziggurat
184493 | Zig:27   | Noticed Achil the pandemonium lord
184493 | Zig:27   | Noticed Peeteaf the pandemonium lord
184495 | Zig:27   | Killed Peeteaf the pandemonium lord
184497 | Zig:27   | Killed Achil the pandemonium lord
184499 | Zig:27   | Noticed Oraf the pandemonium lord
184501 | Zig:27   | Noticed Xehep the pandemonium lord
184504 | Zig:27   | Killed Xehep the pandemonium lord
184505 | Zig:27   | Noticed Ummiysum the pandemonium lord
184506 | Zig:27   | Noticed Suef the pandemonium lord
184508 | Zig:27   | Noticed Cibe the pandemonium lord
184509 | Zig:27   | Noticed Ifip the pandemonium lord
184509 | Zig:27   | Noticed Focucarr the pandemonium lord
184511 | Zig:27   | Killed Cibe the pandemonium lord
184511 | Zig:27   | Killed Ifip the pandemonium lord
184511 | Zig:27   | Noticed Ygoseco the pandemonium lord
184511 | Zig:27   | Noticed Isao the pandemonium lord
184511 | Zig:27   | Noticed Ifopn the pandemonium lord
184511 | Zig:27   | Noticed Ipixa the pandemonium lord
184513 | Zig:27   | Killed Oraf the pandemonium lord
184515 | Zig:27   | Noticed Pouwyumi the pandemonium lord
184515 | Zig:27   | Killed Ipixa the pandemonium lord
184515 | Zig:27   | Killed Suef the pandemonium lord
184517 | Zig:27   | Noticed Lymyajad the pandemonium lord
184517 | Zig:27   | Killed Pouwyumi the pandemonium lord
184517 | Zig:27   | Killed Lymyajad the pandemonium lord
184517 | Zig:27   | Killed Ygoseco the pandemonium lord
184548 | Zig:27   | Killed Ifopn the pandemonium lord
184560 | Zig:27   | Killed Focucarr the pandemonium lord
184564 | Zig:27   | Killed Ummiysum the pandemonium lord
184564 | Zig:27   | Noticed Myinlumn the pandemonium lord
184567 | Zig:27   | Killed Isao the pandemonium lord
184578 | Zig:27   | Noticed Koiquud the pandemonium lord
184581 | Zig:27   | Killed Myinlumn the pandemonium lord
184593 | Zig:27   | Killed Koiquud the pandemonium lord
184672 | Zig:27   | Noticed Meqe Dusm the pandemonium lord
184679 | Zig:27   | Killed Meqe Dusm the pandemonium lord
185042 | Zig:27   | Identified the +0 plate armour of Dagyfo {rElec}
185051 | Zig:27   | Identified the +0 plate armour of Uskayaw's Supremacy
                  | {Int+4 Dex+3}
185055 | Zig:27   | Identified the +10 great mace of Doom {flame, Str+9}
185071 | Zig:27   | Identified the ring "Luinopho" {rN++ MP+9 Str+3 Int+4
                  | Dex+3}
185254 | Depths:1 | Bought a glittering wooden ring for 160 gold pieces
185254 | Depths:1 | Identified the ring of Eczing {rF+ Int+4} (You bought it in
                  | a shop on level 1 of the Depths)
185256 | Depths:1 | Lost mutation: You are clumsy. (Dex -2) [potion of
                  | mutation]
185256 | Depths:1 | Lost mutation: You sometimes lose your temper in combat.
                  | [potion of mutation]
185256 | Depths:1 | Gained mutation: You have a pair of small horns on your
                  | head. [potion of mutation]
185256 | Depths:1 | Gained mutation: Your natural rate of healing is unusually
                  | fast. [potion of mutation]
185256 | Depths:1 | Gained mutation: You have supernaturally acute eyesight.
                  | (SInv) [potion of mutation]
185256 | Depths:1 | Gained mutation: You have an increased reservoir of magic.
                  | (+10% MP) [potion of mutation]
185257 | Depths:1 | Lost mutation: You have very sharp teeth. [potion of
                  | mutation]
185257 | Depths:1 | Lost mutation: You have supernaturally acute eyesight.
                  | (SInv) [potion of mutation]
185257 | Depths:1 | Gained mutation: You have a pair of horns on your head.
                  | [potion of mutation]
185257 | Depths:1 | Gained mutation: You have a pair of large horns on your
                  | head. [potion of mutation]
185258 | Depths:1 | Lost mutation: You have an increased reservoir of magic.
                  | (+10% MP) [potion of mutation]
185258 | Depths:1 | Lost mutation: You have sharp toenails. [potion of
                  | mutation]
185258 | Depths:1 | Gained mutation: You are partially covered in large bone
                  | plates. (SH +4) [potion of mutation]
185258 | Depths:1 | Gained mutation: You are mostly covered in large bone
                  | plates. (SH +6) [potion of mutation]
185258 | Depths:1 | Gained mutation: You are somewhat resistant to further
                  | mutation. [potion of mutation]
185259 | Depths:1 | Lost mutation: You are mostly covered in large bone plates.
                  | (SH +6) [potion of mutation]
185259 | Depths:1 | Lost mutation: Your natural rate of healing is unusually
                  | fast. [potion of mutation]
185259 | Depths:1 | Lost mutation: You are partially covered in large bone
                  | plates. (SH +4) [potion of mutation]
185260 | Depths:1 | Lost mutation: Potions are less effective at restoring your
                  | health. [potion of mutation]
185260 | Depths:1 | Lost mutation: Your mind is acute. (Int +4, Str/Dex -1)
                  | [potion of mutation]
185261 | Depths:1 | Lost mutation: You have a pair of large horns on your head.
                  | [potion of mutation]
185261 | Depths:1 | Lost mutation: You have a pair of horns on your head.
                  | [potion of mutation]
185261 | Depths:1 | Gained mutation: You possess an exceptional clarity of
                  | mind. [potion of mutation]
185262 | Depths:1 | Lost mutation: You have a pair of small horns on your head.
                  | [potion of mutation]
185262 | Depths:1 | Lost mutation: You are somewhat resistant to further
                  | mutation. [potion of mutation]
185262 | Depths:1 | Gained mutation: You have hidden genetic potential. [potion
                  | of mutation]
185262 | Depths:1 | Gained mutation: You are weak. (Str -2) [potion of
                  | mutation]
185274 | Zig:1    | Entered Level 1 of a ziggurat
185296 | Zig:2    | Entered Level 2 of a ziggurat
185348 | Zig:3    | Entered Level 3 of a ziggurat
185394 | Zig:4    | Entered Level 4 of a ziggurat
185455 | Zig:5    | Entered Level 5 of a ziggurat
185458 | Zig:5    | Noticed a juggernaut
185462 | Zig:5    | Killed a juggernaut
185504 | Zig:5    | Identified the ring "Xampeit" {Fire rElec Will+ Str-4
                  | Dex+3}
185508 | Zig:5    | Identified the +6 dagger "Bophivi" {venom, *Slow Str+2
                  | Int+3 Dex+6}
185542 | Zig:6    | Entered Level 6 of a ziggurat
185605 | Zig:6    | Identified the +0 leather armour of Devotion {Regen+ Str+4}
185618 | Zig:7    | Entered Level 7 of a ziggurat
185677 | Zig:7    | Identified the +1 longbow "Fomainkiu" {speed, rElec Str+6
                  | Stlth+}
185693 | Zig:7    | Identified the +1 double sword of Might {holy, ^Contam rF+
                  | Int+3 SInv}
185711 | Zig:8    | Entered Level 8 of a ziggurat
185800 | Zig:9    | Entered Level 9 of a ziggurat
185809 | Zig:9    | Found the amulet of Vitality {RegenMP++ Regen++}
185905 | Zig:10   | Entered Level 10 of a ziggurat
185913 | Zig:10   | Noticed Miaffiym the pandemonium lord
185914 | Zig:10   | Noticed Niod the pandemonium lord
185915 | Zig:10   | Noticed Norigg the pandemonium lord
185916 | Zig:10   | Killed Norigg the pandemonium lord
185916 | Zig:10   | Killed Miaffiym the pandemonium lord
185924 | Zig:10   | Killed Niod the pandemonium lord
186036 | Zig:10   | Found the +9 sword of Power {lifebolt}
186079 | Zig:10   | Identified the +8 rapier "Dragonslayer" {drain, Int+3}
186132 | Zig:10   | Acquired 933 gold pieces
186134 | Zig:10   | Acquired a manual of Shields
186156 | Zig:11   | Entered Level 11 of a ziggurat
186171 | Zig:11   | Gained mutation: You have an increased reservoir of magic.
                  | (+10% MP) [hidden potential]
186228 | Zig:11   | Identified the ring "Yqenneck" {EV+5 Int+3}
186232 | Zig:11   | Identified the ring "Lashilak" {Will+ AC+4 Int+2 Dex+3
                  | Slay-4}
186234 | Zig:11   | Identified the ring of Olihaec {Fire Str-2 Int+3 Dex+3}
186308 | Zig:12   | Entered Level 12 of a ziggurat
186324 | Zig:12   | Noticed Rukytec the pandemonium lord
186327 | Zig:12   | Killed Rukytec the pandemonium lord
186441 | Zig:12   | Identified the ring "Bergh" {Fire Int+3 Dex-2 Stlth+}
186462 | Zig:12   | Identified the +5 ring mail of the Great Game {*Slow Regen+
                  | Stlth+}
186465 | Zig:12   | Identified the staff "Qov Ipo" {Will+ Dex+4 Conj}
186497 | Zig:13   | Entered Level 13 of a ziggurat
186606 | Zig:13   | Identified the +0 plate armour of the Guild-Master {Will+
                  | Dex+5}
186612 | Zig:13   | Identified the +2 chain mail of the Farrier {MP-9 Int+2
                  | SInv}
186674 | Zig:14   | Entered Level 14 of a ziggurat
186739 | Zig:14   | Found the ring of the Octopus King
186801 | Zig:14   | Identified the +11 shadow dragon scales of Kicve {^Contam
                  | Rampage rC+ Int+3 Stlth++++}
186802 | Zig:14   | Identified the +2 war axe "Owafymna" {speed, rF- Will+++
                  | rCorr}
186807 | Zig:14   | Identified a ring of the Octopus King {rC+ HP+2 AC+2 EV+2
                  | SH+2}
186816 | Zig:14   | Identified the +0 leather armour of Hedonism {rElec rF+
                  | Str-3 Dex+3}
186820 | Zig:14   | Identified the +10 hand axe of Popular Demand {freeze,
                  | Int+6}
186822 | Zig:14   | Identified the ring "Dequuxt" {rC+ rN+ Int+3}
186886 | Zig:15   | Entered Level 15 of a ziggurat
186922 | Zig:15   | Gained mutation: You have supernaturally acute eyesight.
                  | (SInv) [hidden potential]
186922 | Zig:15   | Lost mutation: You have hidden genetic potential. [hidden
                  | potential expressed]
187000 | Zig:15   | Identified the +7 scimitar "Vusoim" {speed, ^Contam rC+++
                  | Dex-5 SInv}
187002 | Zig:15   | Identified the staff "Heschuk" {rC+ rN+ Dex+2 Ice}
187007 | Zig:15   | Identified the ring "Xisteej" {MP+9 Str+4 Int-5 Dex+6}
187027 | Zig:16   | Entered Level 16 of a ziggurat
187055 | Zig:16   | Found the +8 arc blade {discharge, rElec}
187179 | Zig:16   | Identified the ring of Asomumek {rElec rPois rC+ Str+3}
187247 | Zig:16   | Identified the -1 pair of gloves of the Past {rC+}
187263 | Zig:17   | Entered Level 17 of a ziggurat
187278 | Zig:17   | Noticed an ancient lich
187279 | Zig:17   | Noticed a dread lich
187279 | Zig:17   | Noticed an ancient lich
187282 | Zig:17   | Killed an ancient lich
187282 | Zig:17   | Killed an ancient lich
187282 | Zig:17   | Killed a dread lich
187285 | Zig:17   | Reached skill level 27 in Armour
187297 | Zig:17   | Reached skill level 27 in Dodging
187353 | Zig:17   | Identified the +1 helmet of Gestures {rElec rN+++}
187355 | Zig:17   | Identified the +1 quarterstaff of Ysed {venom, rC+ Int+3}
187356 | Zig:17   | Identified the +1 ring mail of Hessog {rPois rC+ Str+3}
187357 | Zig:17   | Identified the +0 leather armour of Kurrol {Rampage Will+
                  | Str-4 Stlth+}
187362 | Zig:17   | Identified the +0 chain mail of Gallantry {Str+7}
187366 | Zig:17   | Identified the amulet "Heydex" {Reflect ^Fragile Str-2
                  | Dex+8 SH+5 SInv}
187370 | Zig:17   | Identified the +0 ring mail of the Stonemason {Rampage}
187372 | Zig:17   | Identified the +7 halberd of Sewkim {venom, MP+9 Dex+3}
187378 | Zig:17   | Identified the +4 longbow "Xuapsaots" {heavy, Int+4}
187480 | Zig:18   | Entered Level 18 of a ziggurat
187497 | Zig:18   | Noticed a dread lich
187498 | Zig:18   | Noticed a dread lich
187501 | Zig:18   | Killed a dread lich
187501 | Zig:18   | Killed a dread lich
187510 | Zig:18   | Found the +7 lajatang of Order {silver, rMut}
187597 | Zig:18   | Identified the +5 mace of Discretion {spect, Fly rElec
                  | Dex+3 Stlth+}
187598 | Zig:18   | Identified the +6 battleaxe "Suokia" {freeze, rC++}
187599 | Zig:18   | Identified the +2 hand axe "Jephoole" {heavy, *Corrode
                  | rElec Str+3 Int+3}
187614 | Zig:18   | Identified the +1 storm dragon scales of the Eight Boll
                  | Weevils {rElec rF+ Str-5 SInv}
187616 | Zig:18   | Identified the +1 scale mail "Baynuwn" {rElec Stlth+}
187620 | Zig:18   | Identified the +2 flail of Recklessness {spect, rPois SInv}
187683 | Zig:19   | Entered Level 19 of a ziggurat
187697 | Zig:19   | Noticed a juggernaut
187699 | Zig:19   | Noticed a juggernaut
187702 | Zig:19   | Killed a juggernaut
187703 | Zig:19   | Killed a juggernaut
187747 | Zig:19   | Identified the +2 robe of Soeqeiv {rC+}
187765 | Zig:19   | Identified the ring "Xionao Ysyr" {rF+ Str+6}
187937 | Zig:20   | Entered Level 20 of a ziggurat
188171 | Zig:20   | Identified the staff of Qaserah {rC+ rN++ rCorr Ice}
188172 | Zig:20   | Identified the staff of Idalitu {rF+ Str+8 Int-5 Fire Ice}
188204 | Zig:20   | Identified the +3 orcbow "Uhutz" {heavy, Fly Int-5 Dex+2
                  | Stlth+}
188224 | Zig:21   | Entered Level 21 of a ziggurat
188491 | Zig:21   | Identified the ring of Vosuex {rF+ rCorr Slay+4}
188511 | Zig:21   | Identified the +9 hand axe of Bloodstone {freeze, rPois rF-
                  | rN+ Dex+8}
188582 | Zig:22   | Entered Level 22 of a ziggurat
188603 | Zig:22   | Reached skill level 27 in Shields
188823 | Zig:22   | Identified the ring "Nuvanif" {Wiz rF+ MP+9 Int+3}
188831 | Zig:22   | Identified the ring of Bodily Harmony {rC+ Str+3 Int+6}
188838 | Zig:22   | Identified the ring of the Teaching King {Fire Will+++
                  | Str-4 Slay+4}
188872 | Zig:22   | Identified the +1 quarterstaff "Orb Guardian's Peril"
                  | {protect, rC+ Str+2 Dex+3 SInv}
188890 | Zig:22   | Reached skill level 15 in Evocations
188891 | Zig:22   | Reached skill level 15 in Staves
188909 | Zig:23   | Entered Level 23 of a ziggurat
188920 | Zig:23   | Noticed a dread lich
188937 | Zig:23   | Killed a dread lich
189387 | Zig:23   | Identified the orb "Qauma" {mayhem, Rampage Str+2 Int-5
                  | Air}
189397 | Zig:23   | Identified the staff of Nixaw {rC+++ rN+ Str+3 Dex-2 Necro
                  | Ice}
189399 | Zig:23   | Identified the +1 robe "Ufucen" {Int+2 SInv}
189420 | Zig:23   | Acquired a manual of Axes
189431 | Zig:23   | Identified the +4 ring mail of Hospitality {rElec rN+ Will+
                  | Slay-4}
189448 | Zig:24   | Entered Level 24 of a ziggurat
189464 | Zig:24   | Noticed an ancient lich
189471 | Zig:24   | Killed an ancient lich
189471 | Zig:24   | Noticed an ancient lich
189472 | Zig:24   | Noticed an ancient lich
189476 | Zig:24   | Killed an ancient lich
189477 | Zig:24   | Killed an ancient lich
189478 | Zig:24   | Noticed an ancient lich
189478 | Zig:24   | Noticed an ancient lich
189479 | Zig:24   | Noticed an ancient lich
189495 | Zig:24   | Killed an ancient lich
189497 | Zig:24   | Killed an ancient lich
189505 | Zig:24   | Killed an ancient lich
189738 | Zig:24   | Identified the ring of Life {Fly MP+9 Str+3}
189745 | Zig:24   | Identified the +3 leather armour of Urolewk {Fly rC+ rN++
                  | Str-5}
189752 | Zig:24   | Identified the amulet "Yphos" {Spirit Rampage Fly Will-
                  | Str+4}
189810 | Zig:25   | Entered Level 25 of a ziggurat
189820 | Zig:25   | Noticed a juggernaut
189824 | Zig:25   | Noticed a juggernaut
189825 | Zig:25   | Noticed a juggernaut
189827 | Zig:25   | Reached skill level 15 in Throwing
189829 | Zig:25   | Killed a juggernaut
189829 | Zig:25   | Killed a juggernaut
189830 | Zig:25   | Killed a juggernaut
189831 | Zig:25   | Noticed a juggernaut
189832 | Zig:25   | Noticed a juggernaut
189835 | Zig:25   | Noticed a juggernaut
189837 | Zig:25   | Killed a juggernaut
189839 | Zig:25   | Killed a juggernaut
189840 | Zig:25   | Killed a juggernaut
190086 | Zig:25   | Found the ring of Shadows {Umbra +Inv Stlth+}
190088 | Zig:25   | Found the +7 hand cannon "Mule" {flame, backblast, rF+}
190097 | Zig:25   | Identified the +5 war axe "Waosoud" {freeze, *Rage +Blink
                  | rElec SInv}
190102 | Zig:25   | Identified the ring "Roown" {Str+6 Int+5}
190104 | Zig:25   | Identified the ring "Lecyat" {MP+9 Str-3 Int+6 Dex+4}
190106 | Zig:25   | Identified the ring "Lacrog" {rElec rN+ rCorr Str-5 Int+3
                  | Dex+3}
190107 | Zig:25   | Identified the +0 pair of boots "Miusiter" {rF+ Str+3
                  | Dex+5}
190115 | Zig:25   | Identified the staff "Faisiz" {*Corrode rPois rN+ Int+5
                  | Necro}
190116 | Zig:25   | Identified the ring of Mashru {Will+ Str+5 Int+6}
190121 | Zig:25   | Identified the staff of Action {rN+ Str+4 Necro Alchemy}
190153 | Zig:26   | Entered Level 26 of a ziggurat
190186 | Zig:26   | Paralysed by an air elemental for 1 turns
190456 | Zig:26   | Found the +5 robe of Night {Dark Will+ SInv}
190460 | Zig:26   | Identified the +8 chain mail of Asius {rPois rCorr Int+2}
190468 | Zig:26   | Identified the +1 quick blade "Boiklon" {holy, rF+ Str-4
                  | Int+2 SInv}
190477 | Zig:26   | Identified the ring "Ycuabrey" {rPois Dex+4 Stlth+}
190484 | Zig:26   | Identified the +8 shortbow of the Many Brambles {speed,
                  | rN++}
190512 | Zig:26   | Identified the +0 robe of the Lute {rF+ Dex+3}
190621 | Zig:27   | Entered Level 27 of a ziggurat
190633 | Zig:27   | Noticed a royal mummy
190640 | Zig:27   | Noticed a royal mummy
190641 | Zig:27   | Killed a royal mummy
190647 | Zig:27   | Killed a royal mummy
190662 | Zig:27   | Noticed a royal mummy
190665 | Zig:27   | Killed a royal mummy
190666 | Zig:27   | Noticed a royal mummy
190671 | Zig:27   | Killed a royal mummy
190671 | Zig:27   | Noticed a royal mummy
190673 | Zig:27   | Noticed a royal mummy
190674 | Zig:27   | Killed a royal mummy
190675 | Zig:27   | Noticed a royal mummy
190675 | Zig:27   | Noticed a royal mummy
190676 | Zig:27   | Killed a royal mummy
190677 | Zig:27   | Killed a royal mummy
190680 | Zig:27   | Killed a royal mummy
190680 | Zig:27   | Noticed a royal mummy
190686 | Zig:27   | Killed a royal mummy
190686 | Zig:27   | Noticed a royal mummy
190686 | Zig:27   | Noticed a royal mummy
190689 | Zig:27   | Killed a royal mummy
190690 | Zig:27   | Noticed a royal mummy
190691 | Zig:27   | Killed a royal mummy
190692 | Zig:27   | Killed a royal mummy
190692 | Zig:27   | Noticed a royal mummy
190694 | Zig:27   | Noticed a royal mummy
190695 | Zig:27   | Killed a royal mummy
190696 | Zig:27   | Noticed a royal mummy
190698 | Zig:27   | Noticed a royal mummy
190698 | Zig:27   | Noticed a royal mummy
190701 | Zig:27   | Noticed a royal mummy
190701 | Zig:27   | Noticed a royal mummy
190701 | Zig:27   | Noticed a royal mummy
190703 | Zig:27   | Killed a royal mummy
190703 | Zig:27   | Killed a royal mummy
190703 | Zig:27   | Killed a royal mummy
190703 | Zig:27   | HP: 5/251 [something (13)]
190705 | Zig:27   | Noticed a royal mummy
190713 | Zig:27   | Noticed a royal mummy
190715 | Zig:27   | Killed a royal mummy
190717 | Zig:27   | Noticed a royal mummy
190721 | Zig:27   | Noticed a royal mummy
190726 | Zig:27   | Found the +8 longbow "Zephyr" {speed, Dex+3 SInv}
190728 | Zig:27   | Identified the +10 short sword "Opecoil" {spect, +Blink
                  | rPois rF- Str+3}
190730 | Zig:27   | Identified the staff of Dithmenos's Esteem {rElec rF+ rC+
                  | Int-4 Air}
190735 | Zig:27   | Identified the +5 broad axe "Vidoc" {venom, Int+3 Dex-5
                  | SInv}
190748 | Zig:27   | Killed a royal mummy
190750 | Zig:27   | Killed a royal mummy
190751 | Zig:27   | Noticed a royal mummy
190752 | Zig:27   | Noticed a royal mummy
190767 | Zig:27   | Noticed a royal mummy
190769 | Zig:27   | Killed a royal mummy
190775 | Zig:27   | Killed a royal mummy
190775 | Zig:27   | Killed a royal mummy
190781 | Zig:27   | Killed a royal mummy
190782 | Zig:27   | Killed a royal mummy
190783 | Zig:27   | Noticed a royal mummy
190786 | Zig:27   | Killed a royal mummy
190787 | Zig:27   | Killed a royal mummy
190868 | Zig:27   | Killed a royal mummy
190926 | Zig:27   | Killed a royal mummy
191240 | Zig:27   | Identified the +1 fire dragon scales of Azuossev {rElec
                  | rF++ rC-}
191250 | Zig:27   | Identified the +0 ring mail of the Slightly Bent {rF+ Will+
                  | SInv Stlth-}
191332 | Zig:27   | Identified the staff "Orb Guardian's Curse" {rC+ Dex+3
                  | Hexes Fire Ice}
191333 | Zig:27   | Identified the +4 ring mail of the Furies {Str-3 Int+9
                  | Dex-4}
191457 | Depths:1 | Acquired a manual of Throwing
191458 | Depths:1 | Acquired the +0 cloak of the Curupira {rC++ rN+}
191483 | Depths:1 | Lost mutation: You have an increased reservoir of magic.
                  | (+10% MP) [potion of mutation]
191483 | Depths:1 | Lost mutation: You have supernaturally acute eyesight.
                  | (SInv) [potion of mutation]
191483 | Depths:1 | Lost mutation: You possess an exceptional clarity of mind.
                  | [potion of mutation]
191483 | Depths:1 | Gained mutation: You occasionally shout uncontrollably at
                  | your foes. [potion of mutation]
191483 | Depths:1 | Gained mutation: You are very weak. (Str -4) [potion of
                  | mutation]
191483 | Depths:1 | Gained mutation: You have sharp toenails. [potion of
                  | mutation]
191483 | Depths:1 | Gained mutation: You have an increased reservoir of magic.
                  | (+10% MP) [potion of mutation]
191484 | Depths:1 | Lost mutation: You have an increased reservoir of magic.
                  | (+10% MP) [potion of mutation]
191484 | Depths:1 | Lost mutation: You have sharp toenails. [potion of
                  | mutation]
191484 | Depths:1 | Lost mutation: You occasionally shout uncontrollably at
                  | your foes. [potion of mutation]
191484 | Depths:1 | Gained mutation: Your flesh is heat resistant. (rF+)
                  | [potion of mutation]
191484 | Depths:1 | Gained mutation: You have hidden genetic defects. [potion
                  | of mutation]
191485 | Depths:1 | Lost mutation: Your flesh is heat resistant. (rF+) [potion
                  | of mutation]
191485 | Depths:1 | Lost mutation: You have hidden genetic defects. [potion of
                  | mutation]
191485 | Depths:1 | Lost mutation: You are very weak. (Str -4) [potion of
                  | mutation]
191486 | Depths:1 | Lost mutation: You are weak. (Str -2) [potion of mutation]
191486 | Depths:1 | Gained mutation: Your spells are a little harder to cast,
                  | but a little more powerful. [potion of mutation]
191487 | Depths:1 | Lost mutation: Your spells are a little harder to cast, but
                  | a little more powerful. [potion of mutation]
191487 | Depths:1 | Gained mutation: You have very sharp teeth. [potion of
                  | mutation]
191487 | Depths:1 | Gained mutation: Your muscles are strong. (Str +4, Int/Dex
                  | -1) [potion of mutation]
191488 | Depths:1 | Lost mutation: You have very sharp teeth. [potion of
                  | mutation]
191488 | Depths:1 | Lost mutation: Your muscles are strong. (Str +4, Int/Dex
                  | -1) [potion of mutation]
191488 | Depths:1 | Gained mutation: You are frail. (-10% HP) [potion of
                  | mutation]
191488 | Depths:1 | Gained mutation: You have an increased reservoir of magic.
                  | (+10% MP) [potion of mutation]
191488 | Depths:1 | Gained mutation: You have a pair of small antennae on your
                  | head. [potion of mutation]
191489 | Depths:1 | Lost mutation: You have an increased reservoir of magic.
                  | (+10% MP) [potion of mutation]
191489 | Depths:1 | Lost mutation: You have a pair of small antennae on your
                  | head. [potion of mutation]
191489 | Depths:1 | Gained mutation: You expend magic power (3 MP) to
                  | strengthen your wands. [potion of mutation]
191489 | Depths:1 | Gained mutation: You possess an exceptional clarity of
                  | mind. [potion of mutation]
191489 | Depths:1 | Gained mutation: Your magical capacity is low. (-10% MP)
                  | [potion of mutation]
191489 | Depths:1 | Gained mutation: Your flesh is heat resistant. (rF+)
                  | [potion of mutation]
191490 | Depths:1 | Lost mutation: You are frail. (-10% HP) [potion of
                  | mutation]
191490 | Depths:1 | Lost mutation: You expend magic power (3 MP) to strengthen
                  | your wands. [potion of mutation]
191490 | Depths:1 | Gained mutation: You are strong-willed. (Will+) [potion of
                  | mutation]
191490 | Depths:1 | Gained mutation: Your flesh is cold resistant. (rC+)
                  | [potion of mutation]
191490 | Depths:1 | Gained mutation: You have large cloven feet. [potion of
                  | mutation]
191491 | Depths:1 | Lost mutation: You have large cloven feet. [potion of
                  | mutation]
191491 | Depths:1 | Lost mutation: Your magical capacity is low. (-10% MP)
                  | [potion of mutation]
191491 | Depths:1 | Lost mutation: You are strong-willed. (Will+) [potion of
                  | mutation]
191491 | Depths:1 | Gained mutation: A frigid envelope surrounds you and
                  | freezes all who hurt you. [potion of mutation]
191491 | Depths:1 | Gained mutation: You have an increased reservoir of magic.
                  | (+10% MP) [potion of mutation]
191527 | Depths:1 | Bought a scroll of teleportation for 153 gold pieces
191527 | Depths:1 | Bought a scroll of fear for 204 gold pieces
191534 | Zig:1    | Entered Level 1 of a ziggurat
191568 | Zig:2    | Entered Level 2 of a ziggurat
191628 | Zig:3    | Entered Level 3 of a ziggurat
191701 | Zig:4    | Entered Level 4 of a ziggurat
191701 | Zig:4    | Noticed a juggernaut
191702 | Zig:4    | Noticed a juggernaut
191703 | Zig:4    | Noticed a juggernaut
191704 | Zig:4    | Killed a juggernaut
191706 | Zig:4    | Killed a juggernaut
191707 | Zig:4    | Killed a juggernaut
191794 | Zig:4    | Identified the +4 fire dragon scales of Fun and Games {+Inv
                  | rF++ rC-}
191804 | Zig:5    | Entered Level 5 of a ziggurat
191805 | Zig:5    | Noticed a dread lich
191806 | Zig:5    | Noticed a dread lich
191806 | Zig:5    | Noticed an ancient lich
191810 | Zig:5    | Killed a dread lich
191811 | Zig:5    | Killed a dread lich
191811 | Zig:5    | Killed an ancient lich
191841 | Zig:5    | Identified the +1 pair of gloves of Gozag's Felicitations
                  | {Dex+3}
191871 | Zig:6    | Entered Level 6 of a ziggurat
191954 | Zig:6    | Identified the +5 sling of Disgust {drain, rElec}
191964 | Zig:7    | Entered Level 7 of a ziggurat
192026 | Zig:7    | Identified the staff of Owna {rF+ rC+ Int+2 Fire Ice}
192095 | Zig:7    | Learned a level 9 spell: Polar Vortex
192108 | Zig:8    | Entered Level 8 of a ziggurat
192179 | Zig:8    | Identified the +2 flail of Superiority {flame, *Slow Will++
                  | rCorr SInv}
192187 | Zig:8    | Identified the +10 quarterstaff "Nirgh" {drain, ^Contam
                  | rN+++ Will+}
192227 | Zig:9    | Entered Level 9 of a ziggurat
192240 | Zig:9    | Found the +5 Lochaber axe {reach-cleave, Poleaxe ^Drain}
192287 | Zig:9    | Identified the ring of the Flying Gods {rElec rC+ rN+ MP+9}
192356 | Zig:10   | Entered Level 10 of a ziggurat
192532 | Zig:11   | Entered Level 11 of a ziggurat
192537 | Zig:11   | Noticed Quogoet's ghost (legendary OpSh)
192537 | Zig:11   | Noticed Hoiham's ghost (legendary MiFi)
192538 | Zig:11   | Noticed Ometuamn's ghost (legendary OnSh)
192539 | Zig:11   | Noticed Tejiel's ghost (legendary GrFi)
192541 | Zig:11   | Noticed Quogoet's ghost (legendary OpSh)
192544 | Zig:11   | Killed Tejiel's ghost
192545 | Zig:11   | Killed Hoiham's ghost
192548 | Zig:11   | Killed Quogoet's ghost
192548 | Zig:11   | Noticed Bines's ghost (legendary OpSh)
192550 | Zig:11   | Killed Ometuamn's ghost
192551 | Zig:11   | Killed Quogoet's ghost
192558 | Zig:11   | Killed Bines's ghost
192677 | Zig:11   | Identified the +1 leather armour "Rugeism" {MP+9}
192720 | Zig:12   | Entered Level 12 of a ziggurat
192723 | Zig:12   | Noticed Feuw's ghost (veteran MiBe)
192724 | Zig:12   | Noticed Canwutygu's ghost (veteran MiFi)
192724 | Zig:12   | Noticed Quogoet's ghost (legendary OpSh)
192724 | Zig:12   | Noticed Nalaklye's ghost (legendary DjCA)
192725 | Zig:12   | Noticed Oxtuo's ghost (legendary DECj)
192726 | Zig:12   | Reached skill level 1 in Ice Magic
192726 | Zig:12   | Noticed Mibih's ghost (legendary DjAE)
192728 | Zig:12   | Noticed Tejiel's ghost (legendary GrFi)
192733 | Zig:12   | Noticed Feuw's ghost (veteran MiBe)
192736 | Zig:12   | Killed Tejiel's ghost
192737 | Zig:12   | Reached skill level 5 in Ice Magic
192737 | Zig:12   | Noticed Pixogrep's ghost (legendary OpCj)
192739 | Zig:12   | Killed Quogoet's ghost
192742 | Zig:12   | Killed Mibih's ghost
192743 | Zig:12   | Noticed Feuw's ghost (veteran MiBe)
192745 | Zig:12   | Noticed Ometuamn's ghost (legendary OnSh)
192761 | Zig:12   | Killed Canwutygu's ghost
192761 | Zig:12   | Killed Nalaklye's ghost
192764 | Zig:12   | Killed Pixogrep's ghost
192765 | Zig:12   | Killed Oxtuo's ghost
192767 | Zig:12   | Killed Feuw's ghost
192767 | Zig:12   | Killed Ometuamn's ghost
192784 | Zig:12   | Killed Feuw's ghost
192787 | Zig:12   | Killed Feuw's ghost
192875 | Zig:12   | Identified the +7 great mace "Abeonn" {venom, *Corrode rC+
                  | Will+ Str+7}
192882 | Zig:12   | Identified the +3 chain mail of Bogyskupy {Fly rF+ rN+
                  | Str-2}
192884 | Zig:12   | Identified the +5 longbow of Eclorayrch {drain, SInv}
192932 | Zig:13   | Entered Level 13 of a ziggurat
192940 | Zig:13   | Reached skill level 10 in Ice Magic
193110 | Zig:13   | Identified the +2 battleaxe of Sirinoi {speed, rF+ Dex+4}
193113 | Zig:13   | Identified the +9 rapier of the Decaying God {freeze, MP-9
                  | Int+5 SInv}
193129 | Zig:14   | Entered Level 14 of a ziggurat
193147 | Zig:14   | Reached skill level 15 in Ice Magic
193223 | Zig:14   | Found the +0 mask of the Dragon {Will+ Slay+3 SInv}
193245 | Zig:14   | Found the +4 skin of Zhor {*Englaciate rC+++ SInv}
193311 | Zig:14   | Identified the +1 battleaxe "Pafihi" {antimagic, rC+ Will+
                  | Int-4 Stlth+}
193377 | Zig:15   | Entered Level 15 of a ziggurat
193562 | Zig:16   | Entered Level 16 of a ziggurat
193760 | Zig:16   | Identified the ring "Melymy" {rC+ Str+6 Dex+2}
193806 | Zig:17   | Entered Level 17 of a ziggurat
193814 | Zig:17   | Noticed an ancient lich
193819 | Zig:17   | Killed an ancient lich
193922 | Zig:17   | Identified the +0 ring mail of Serendipity {Regen+ Dex+5}
193928 | Zig:17   | Identified the +2 dagger "Zanai" {spect, rElec Dex+4}
193949 | Zig:17   | Identified the staff of Revolt {Fly rPois rC++ Alchemy}
193978 | Zig:18   | Entered Level 18 of a ziggurat
193983 | Zig:18   | Noticed an ancient lich
193985 | Zig:18   | Noticed an ancient lich
193986 | Zig:18   | Noticed an ancient lich
193986 | Zig:18   | Noticed a dread lich
193987 | Zig:18   | Killed an ancient lich
193988 | Zig:18   | Killed an ancient lich
193988 | Zig:18   | Killed a dread lich
193988 | Zig:18   | Noticed an ancient lich
193989 | Zig:18   | Noticed a dread lich
193989 | Zig:18   | Killed an ancient lich
193990 | Zig:18   | Killed an ancient lich
193990 | Zig:18   | Noticed an ancient lich
193990 | Zig:18   | Noticed a dread lich
193990 | Zig:18   | Noticed a dread lich
193991 | Zig:18   | Noticed an ancient lich
193991 | Zig:18   | Killed a dread lich
193991 | Zig:18   | Noticed an ancient lich
193991 | Zig:18   | Noticed a dread lich
193992 | Zig:18   | Killed a dread lich
193992 | Zig:18   | Noticed a dread lich
193994 | Zig:18   | Killed an ancient lich
193994 | Zig:18   | Killed a dread lich
193994 | Zig:18   | Killed an ancient lich
193994 | Zig:18   | Noticed a dread lich
193996 | Zig:18   | Noticed a dread lich
193998 | Zig:18   | Killed an ancient lich
193998 | Zig:18   | Killed a dread lich
193998 | Zig:18   | Killed a dread lich
193998 | Zig:18   | Killed a dread lich
194001 | Zig:18   | Killed a dread lich
194158 | Zig:18   | Identified the +7 chain mail "Baamifex" {Dex+6}
194163 | Zig:18   | Identified the ring of Wihipt {Will+ Str+5}
194209 | Zig:19   | Entered Level 19 of a ziggurat
194218 | Zig:19   | Reached skill level 27 in Ice Magic
194219 | Zig:19   | Reached skill level 1 in Maces & Flails
194233 | Zig:19   | Reached skill level 5 in Axes
194233 | Zig:19   | Reached skill level 5 in Maces & Flails
194233 | Zig:19   | Reached skill level 5 in Polearms
194437 | Zig:19   | Identified the +0 sling "Xotoff" {freeze, rF+ Int+3}
194446 | Zig:19   | Identified the ring "Tusomal" {rElec rN+ Will+++ Str+3
                  | Dex-2}
194462 | Zig:19   | Identified the ring of Lijini {Wiz rF+++ rC+ Int+2 Slay-5}
194463 | Zig:19   | Identified the +2 cloak "Doevyrgh" {rPois Str+2}
194507 | Zig:20   | Entered Level 20 of a ziggurat
194570 | Zig:20   | HP: 10/251 [Brimstone Fiend/damnation (27)]
194756 | Zig:20   | Found the +8 lance "Wyrmbane" {slay drac, rPois rF+ rC+
                  | AC+3}
194779 | Zig:20   | Identified the +3 leather armour of Dogmatism {rF+ Str+2}
194787 | Zig:20   | Identified the amulet "Secenywk" {Spirit Str+5}
194811 | Zig:20   | Identified the staff "Tozo" {rF+ rC+ Str+3 Fire}
194812 | Zig:20   | Identified the +7 arbalest "Ilerph" {drain, rC+ rN+ Int-5}
194949 | Zig:21   | Entered Level 21 of a ziggurat
194972 | Zig:21   | Reached skill level 27 in Throwing
195216 | Zig:21   | Identified the ring "Puecibow" {rPois AC+4}
195222 | Zig:21   | Identified the scarf of Isemos {repulsion, rElec Will+
                  | Str+3}
195228 | Zig:21   | Identified the +0 mace "Jeoquun" {distort, rF+}
195229 | Zig:21   | Identified the +12 flail "Waicinni" {drain, rPois rC+
                  | Dex+2}
195230 | Zig:21   | Identified the +6 orcbow of Nant {flame, Int+2 Dex+4
                  | Stlth-}
195251 | Zig:21   | Identified the ring of Rurchyeqi {MP+9 Dex+3}
195264 | Zig:21   | Reached skill level 27 in Evocations
195275 | Zig:22   | Entered Level 22 of a ziggurat
195285 | Zig:22   | Noticed a dread lich
195285 | Zig:22   | Noticed an ancient lich
195285 | Zig:22   | Noticed a dread lich
195286 | Zig:22   | Noticed a dread lich
195286 | Zig:22   | Noticed a dread lich
195287 | Zig:22   | Noticed an ancient lich
195287 | Zig:22   | Noticed an ancient lich
195288 | Zig:22   | Noticed an ancient lich
195288 | Zig:22   | Noticed an ancient lich
195289 | Zig:22   | Killed a dread lich
195289 | Zig:22   | Killed a dread lich
195290 | Zig:22   | Killed an ancient lich
195290 | Zig:22   | Killed an ancient lich
195290 | Zig:22   | Killed a dread lich
195290 | Zig:22   | Killed a dread lich
195290 | Zig:22   | Killed an ancient lich
195290 | Zig:22   | Killed an ancient lich
195292 | Zig:22   | Noticed a dread lich
195292 | Zig:22   | Killed an ancient lich
195292 | Zig:22   | Killed a dread lich
195292 | Zig:22   | Noticed an ancient lich
195292 | Zig:22   | Noticed an ancient lich
195293 | Zig:22   | Noticed a dread lich
195293 | Zig:22   | Noticed an ancient lich
195293 | Zig:22   | Noticed an ancient lich
195294 | Zig:22   | Noticed a dread lich
195294 | Zig:22   | Noticed an ancient lich
195294 | Zig:22   | Noticed a dread lich
195295 | Zig:22   | Noticed an ancient lich
195296 | Zig:22   | Reached skill level 27 in Stealth
195296 | Zig:22   | Noticed a dread lich
195296 | Zig:22   | Noticed an ancient lich
195297 | Zig:22   | Killed an ancient lich
195297 | Zig:22   | Killed an ancient lich
195297 | Zig:22   | Killed an ancient lich
195297 | Zig:22   | Killed a dread lich
195297 | Zig:22   | Killed an ancient lich
195297 | Zig:22   | Killed an ancient lich
195298 | Zig:22   | Killed an ancient lich
195298 | Zig:22   | Killed a dread lich
195298 | Zig:22   | Killed a dread lich
195298 | Zig:22   | Killed a dread lich
195298 | Zig:22   | Killed an ancient lich
195300 | Zig:22   | Noticed an ancient lich
195301 | Zig:22   | Noticed a dread lich
195302 | Zig:22   | Killed an ancient lich
195303 | Zig:22   | Killed a dread lich
195364 | Zig:22   | Found the +18 Lear's hauberk
195511 | Zig:22   | Identified the +0 robe "Wuabuolef" {rC+ Str+3}
195520 | Zig:22   | Identified the +0 robe "Xoeges" {rN+}
195591 | Zig:22   | Reached skill level 5 in Short Blades
195591 | Zig:22   | Reached skill level 5 in Long Blades
195591 | Zig:22   | Reached skill level 5 in Unarmed Combat
195592 | Zig:22   | Reached skill level 10 in Axes
195592 | Zig:22   | Reached skill level 10 in Maces & Flails
195592 | Zig:22   | Reached skill level 10 in Polearms
195594 | Zig:23   | Entered Level 23 of a ziggurat
195601 | Zig:23   | Paralysed by an air elemental for 1 turns
195603 | Zig:23   | Reached skill level 5 in Alchemy
195607 | Zig:23   | Reached skill level 5 in Air Magic
195629 | Zig:23   | Found the dreamshard necklace {Acrobat *Dream}
195762 | Zig:23   | Identified the ring of Truth {^Drain rF+ rC+ Int+5}
195768 | Zig:23   | Identified the staff of Instant Death {rF+ Dex+5 Stlth+
                  | Fire}
195774 | Zig:23   | Identified the +7 halberd "Xudedgh" {antimagic, rC+ Str+2}
195957 | Zig:24   | Entered Level 24 of a ziggurat
195968 | Zig:24   | Reached skill level 15 in Polearms
195969 | Zig:24   | Reached skill level 10 in Air Magic
195975 | Zig:24   | Reached skill level 15 in Summonings
195986 | Zig:24   | Reached skill level 10 in Alchemy
196287 | Zig:24   | Found the +8 Vampire's Tooth {megavamp}
196294 | Zig:24   | Identified the -2 cloak of Amorality {Dex+4}
196302 | Zig:24   | Identified the +6 war axe of Zeokh {pain, rF+}
196311 | Zig:24   | Identified the +8 quarterstaff "Nish" {freeze, rC- rCorr
                  | SInv}
196316 | Zig:24   | Identified the ring "Meawuhocw" {Ice Will+ rCorr Str+3}
196320 | Zig:24   | Identified the +3 halberd "Nedy" {flame, Will+ Dex+3 SInv}
196348 | Zig:24   | Identified the ring of the Chupacabra {rN+ Str+5 Int+5}
196361 | Zig:24   | Identified the staff of Moral Flaws {rC+ Earth}
196410 | Zig:25   | Entered Level 25 of a ziggurat
196512 | Zig:25   | Paralysed by an apocalypse crab for 1 turns
196523 | Zig:25   | Killed a starcursed mass
196758 | Zig:25   | Found the +3 salamander hide armour {Flames, rFlCloud rF++
                  | rC--}
196758 | Zig:25   | Found the +4 consecrated labrys {holy, Valiant ^Fragile Fly
                  | SInv}
196770 | Zig:25   | Identified the +2 war axe "Keodaugo" {heavy, rElec rF+
                  | Will+ Dex+7}
196777 | Zig:25   | Identified the ring "Onyheptusu" {*Corrode rC+ rN++ Dex+4
                  | Slay+4}
196800 | Zig:25   | Identified the +1 pair of gloves of the Changing Gods {Harm
                  | rF+ Int+2}
196814 | Zig:25   | Identified the ring of the Bull {Str+2 Dex+6}
196842 | Zig:26   | Entered Level 26 of a ziggurat
196856 | Zig:26   | Reached skill level 15 in Air Magic
196867 | Zig:26   | Reached skill level 15 in Alchemy
197213 | Zig:27   | Entered Level 27 of a ziggurat
197253 | Zig:27   | Found the +1 eveningstar "Brilliance" {foul flame, Umbra}
197383 | Zig:27   | Identified the ring "Qophaf" {Int+7 Dex+6}
197395 | Zig:27   | Identified the +0 ring mail of Entitlement {^Contam rF+ rN+
                  | Dex+2}
197398 | Zig:27   | Identified the +5 morningstar "Velesij" {freeze, rC+ Str+2
                  | Dex+4}
197409 | Zig:27   | Identified the +1 rapier "Taaclyto" {flame, Int+3}
197423 | Zig:27   | Identified the ring "Feellody" {rElec rN+ Str+6 Slay+3}
197816 | Depths:1 | Learned a level 9 spell: Chain Lightning
197821 | Depths:1 | Bought a potion of cancellation for 160 gold pieces
197837 | Depths:1 | Upgraded the game from 0.32-a0-540-g866d13106e to
                  | 0.32-a0-576-g706899e69d
198192 | Zig:1    | Entered Level 1 of a ziggurat
198227 | Zig:2    | Entered Level 2 of a ziggurat
198227 | Zig:2    | Noticed a juggernaut
198231 | Zig:2    | Killed a juggernaut
198261 | Zig:2    | Identified the +11 plate armour "Anlyll" {Str+5 Dex-3}
198292 | Zig:2    | Identified the +8 quarterstaff of Qedghacli {drain, rN+
                  | Will++ Int-4}
198304 | Zig:3    | Entered Level 3 of a ziggurat
198376 | Zig:4    | Entered Level 4 of a ziggurat
198377 | Zig:4    | Noticed a dread lich
198378 | Zig:4    | Noticed an ancient lich
198379 | Zig:4    | Killed an ancient lich
198380 | Zig:4    | Killed a dread lich
198382 | Zig:4    | Noticed an ancient lich
198387 | Zig:4    | Killed an ancient lich
198430 | Zig:4    | Identified the staff of Disharmony {rC+ rN+ Str+4 Necro}
198446 | Zig:5    | Entered Level 5 of a ziggurat
198448 | Zig:5    | Noticed a dread lich
198449 | Zig:5    | Noticed a dread lich
198453 | Zig:5    | Noticed an ancient lich
198453 | Zig:5    | Noticed an ancient lich
198454 | Zig:5    | Noticed an ancient lich
198455 | Zig:5    | Noticed an ancient lich
198456 | Zig:5    | Killed an ancient lich
198456 | Zig:5    | Killed an ancient lich
198456 | Zig:5    | Killed an ancient lich
198457 | Zig:5    | Killed a dread lich
198457 | Zig:5    | Killed a dread lich
198457 | Zig:5    | Killed an ancient lich
198525 | Zig:6    | Entered Level 6 of a ziggurat
198580 | Zig:6    | Identified the ring of Beasup {rPois rF+ Will+ rCorr Int+3}
198613 | Zig:6    | Identified the +1 robe "Jasuamp" {rC+ Int+3}
198616 | Zig:6    | Identified the +1 robe of the Spheres {Will+}
198632 | Zig:7    | Entered Level 7 of a ziggurat
198635 | Zig:7    | Noticed an ancient lich
198635 | Zig:7    | Noticed an ancient lich
198635 | Zig:7    | Noticed an ancient lich
198637 | Zig:7    | Noticed an ancient lich
198638 | Zig:7    | Noticed an ancient lich
198640 | Zig:7    | Killed an ancient lich
198640 | Zig:7    | Killed an ancient lich
198640 | Zig:7    | Killed an ancient lich
198641 | Zig:7    | Noticed a dread lich
198643 | Zig:7    | Killed an ancient lich
198643 | Zig:7    | Killed an ancient lich
198645 | Zig:7    | Killed a dread lich
198682 | Zig:7    | Identified the +0 gold dragon scales "Zomnez" {rPois rF+
                  | rC+ Slay+3}
198718 | Zig:7    | Identified the +4 hand axe of Contention {heavy, Fly SInv}
198719 | Zig:7    | Identified the +4 broad axe of the Revolution {chaos, rN+}
198754 | Zig:8    | Entered Level 8 of a ziggurat
198847 | Zig:8    | Identified the +7 glaive of Efeas {elec, *Slow rElec Int+4
                  | Dex+4}
198867 | Zig:8    | Identified the +7 battleaxe of Ystryras {venom, +Blink rN+
                  | Will+ Dex-2}
198885 | Zig:9    | Entered Level 9 of a ziggurat
199004 | Zig:10   | Entered Level 10 of a ziggurat
199019 | Zig:10   | Noticed a dread lich
199023 | Zig:10   | Killed a dread lich
199025 | Zig:10   | Found the ring of the Octopus King
199171 | Zig:10   | Identified a ring of the Octopus King {HP+2 MP+9 AC+2 EV+2
                  | SH+2}
199211 | Zig:11   | Entered Level 11 of a ziggurat
199216 | Zig:11   | Noticed Keraeg the pandemonium lord
199216 | Zig:11   | Noticed Jefekk the pandemonium lord
199218 | Zig:11   | Noticed Suimmy the pandemonium lord
199218 | Zig:11   | Noticed Saroc the pandemonium lord
199218 | Zig:11   | Noticed Zeybowuxe the pandemonium lord
199219 | Zig:11   | Noticed Leckisu the pandemonium lord
199219 | Zig:11   | Noticed Ewebob the pandemonium lord
199219 | Zig:11   | Noticed Roxtom the pandemonium lord
199222 | Zig:11   | Killed Roxtom the pandemonium lord
199223 | Zig:11   | Killed Leckisu the pandemonium lord
199223 | Zig:11   | Killed Jefekk the pandemonium lord
199223 | Zig:11   | Killed Saroc the pandemonium lord
199224 | Zig:11   | Killed Suimmy the pandemonium lord
199225 | Zig:11   | Noticed Utam the pandemonium lord
199225 | Zig:11   | Noticed Tizearph the pandemonium lord
199225 | Zig:11   | Killed Keraeg the pandemonium lord
199225 | Zig:11   | Killed Zeybowuxe the pandemonium lord
199225 | Zig:11   | Noticed Mouhuifi the pandemonium lord
199225 | Zig:11   | Noticed Juir the pandemonium lord
199226 | Zig:11   | Killed Ewebob the pandemonium lord
199227 | Zig:11   | Killed Nuzebbid the pandemonium lord
199227 | Zig:11   | Killed Juir the pandemonium lord
199227 | Zig:11   | Noticed Agy Yciv the pandemonium lord
199227 | Zig:11   | Noticed Zurialyx the pandemonium lord
199227 | Zig:11   | Noticed Xaotac the pandemonium lord
199227 | Zig:11   | Noticed Qecwezer the pandemonium lord
199227 | Zig:11   | Noticed Bihoih the pandemonium lord
199227 | Zig:11   | Found the +3 crown of Dyrovepreva {rElec Int+2 SInv}
199228 | Zig:11   | Reached skill level 27 in Staves
199228 | Zig:11   | Killed Qecwezer the pandemonium lord
199230 | Zig:11   | Killed Xaotac the pandemonium lord
199230 | Zig:11   | Killed Mouhuifi the pandemonium lord
199234 | Zig:11   | Killed Tizearph the pandemonium lord
199234 | Zig:11   | Killed Utam the pandemonium lord
199235 | Zig:11   | Killed Zurialyx the pandemonium lord
199237 | Zig:11   | Killed Bihoih the pandemonium lord
199240 | Zig:11   | Killed Agy Yciv the pandemonium lord
199312 | Zig:11   | Identified the +0 chain mail "Buoryaf" {Harm Str+2}
199336 | Zig:11   | Identified the +1 shortbow "Oddeebb" {heavy, rC- rCorr
                  | Str+6 Int-5}
199451 | Zig:12   | Entered Level 12 of a ziggurat
199687 | Zig:13   | Entered Level 13 of a ziggurat
199690 | Zig:13   | Noticed a royal mummy
199690 | Zig:13   | Noticed a royal mummy
199692 | Zig:13   | Killed a royal mummy
199693 | Zig:13   | Noticed a royal mummy
199694 | Zig:13   | Killed a royal mummy
199694 | Zig:13   | Noticed a royal mummy
199694 | Zig:13   | Noticed a royal mummy
199695 | Zig:13   | Killed a royal mummy
199695 | Zig:13   | Noticed a royal mummy
199697 | Zig:13   | Noticed a royal mummy
199697 | Zig:13   | Noticed a royal mummy
199699 | Zig:13   | Killed a royal mummy
199699 | Zig:13   | Killed a royal mummy
199699 | Zig:13   | Killed a royal mummy
199699 | Zig:13   | Killed a royal mummy
199699 | Zig:13   | Noticed a royal mummy
199700 | Zig:13   | Noticed a royal mummy
199700 | Zig:13   | Killed a royal mummy
199700 | Zig:13   | Noticed a royal mummy
199700 | Zig:13   | Noticed a royal mummy
199702 | Zig:13   | Noticed a royal mummy
199703 | Zig:13   | Killed a royal mummy
199703 | Zig:13   | Killed a royal mummy
199703 | Zig:13   | Killed a royal mummy
199703 | Zig:13   | Killed a royal mummy
199704 | Zig:13   | Noticed a royal mummy
199704 | Zig:13   | Noticed a royal mummy
199705 | Zig:13   | Killed a royal mummy
199706 | Zig:13   | Killed a royal mummy
199707 | Zig:13   | Reached skill level 27 in Summonings
199707 | Zig:13   | Noticed a royal mummy
199707 | Zig:13   | Noticed a royal mummy
199708 | Zig:13   | Noticed a royal mummy
199708 | Zig:13   | Killed a royal mummy
199710 | Zig:13   | Killed a royal mummy
199711 | Zig:13   | Killed a royal mummy
199712 | Zig:13   | Killed a royal mummy
199951 | Zig:14   | Entered Level 14 of a ziggurat
200162 | Zig:14   | Identified the +6 chain mail "Qithretibb" {^Contam rC+++
                  | Will- SInv}
200221 | Zig:15   | Entered Level 15 of a ziggurat
200230 | Zig:15   | Reached skill level 27 in Air Magic
200248 | Zig:15   | Reached skill level 5 in Ranged Weapons
200299 | Zig:15   | Identified the staff of Melee {rElec rN+ Will- Dex+4 Air}
200306 | Zig:15   | Identified the ring of Putotyi {rF+ Will+ Dex+3 SInv}
200309 | Zig:15   | Identified the +9 trident "Cewa" {flame, *Rage rC+ Str+2
                  | Int+2}
200322 | Zig:15   | Identified the amulet of Kueple {Harm rElec Regen+ MP+9
                  | Str-5}
200326 | Zig:15   | Identified the +0 helmet of the Kraken {^Drain Fly rPois
                  | Str+3}
200520 | Zig:16   | Entered Level 16 of a ziggurat
200529 | Zig:16   | Reached skill level 10 in Translocations
200560 | Zig:16   | Reached skill level 10 in Unarmed Combat
200746 | Zig:16   | Found the +7 mace of Variability {chaos, chaos arc}
200759 | Zig:16   | Identified the +8 shortbow of Cheibriados's Hope {drain,
                  | *Corrode rF+ Int+3 SInv}
200760 | Zig:16   | Identified the +2 orcbow "Murmur" {freeze, rElec Will+}
200775 | Zig:16   | Identified the +10 plate armour "Itsoz" {rN+ Dex+3}
200776 | Zig:16   | Identified the +3 halberd of Xaehu {freeze, rPois SInv}
200780 | Zig:16   | Identified the +4 lajatang of the Hills {protect, ^Contam
                  | rF++ Str+4}
200785 | Zig:16   | Identified the ring "Vearesih" {Wiz Str+6}
200835 | Zig:17   | Entered Level 17 of a ziggurat
200839 | Zig:17   | Noticed Azoen the pandemonium lord
200841 | Zig:17   | Noticed Dilebbau the pandemonium lord
200842 | Zig:17   | Noticed Jiadduby the pandemonium lord
200845 | Zig:17   | Killed Azoen the pandemonium lord
200845 | Zig:17   | Noticed Leborosi the pandemonium lord
200846 | Zig:17   | Noticed Ameut the pandemonium lord
200847 | Zig:17   | Killed Jiadduby the pandemonium lord
200848 | Zig:17   | Noticed Goos the pandemonium lord
200850 | Zig:17   | Killed Ameut the pandemonium lord
200853 | Zig:17   | Noticed Qomenk the pandemonium lord
200853 | Zig:17   | Noticed Atwa the pandemonium lord
200853 | Zig:17   | Noticed Ogigoiga the pandemonium lord
200853 | Zig:17   | Noticed Wuakur the pandemonium lord
200854 | Zig:17   | Killed Leborosi the pandemonium lord
200854 | Zig:17   | Killed Goos the pandemonium lord
200855 | Zig:17   | Noticed Tuafiecram the pandemonium lord
200855 | Zig:17   | Noticed Pocaocej the pandemonium lord
200855 | Zig:17   | Noticed Imec the pandemonium lord
200856 | Zig:17   | Killed Ogigoiga the pandemonium lord
200856 | Zig:17   | Killed Wuakur the pandemonium lord
200856 | Zig:17   | Noticed Digul the pandemonium lord
200856 | Zig:17   | Noticed Kedal the pandemonium lord
200857 | Zig:17   | Killed Dilebbau the pandemonium lord
200857 | Zig:17   | Killed Atwa the pandemonium lord
200857 | Zig:17   | Noticed Duahin the pandemonium lord
200858 | Zig:17   | Killed Pocaocej the pandemonium lord
200858 | Zig:17   | Killed Qomenk the pandemonium lord
200859 | Zig:17   | Reached skill level 10 in Ranged Weapons
200859 | Zig:17   | Killed Tuafiecram the pandemonium lord
200859 | Zig:17   | Noticed Nojy the pandemonium lord
200859 | Zig:17   | Noticed Baan the pandemonium lord
200860 | Zig:17   | Killed Kedal the pandemonium lord
200861 | Zig:17   | Killed Imec the pandemonium lord
200861 | Zig:17   | Killed Duahin the pandemonium lord
200861 | Zig:17   | Noticed Esusoy the pandemonium lord
200861 | Zig:17   | Noticed Udaq the pandemonium lord
200862 | Zig:17   | Noticed Itotoi the pandemonium lord
200863 | Zig:17   | Noticed Somoel the pandemonium lord
200863 | Zig:17   | Noticed Qexzer the pandemonium lord
200863 | Zig:17   | Noticed Riosen the pandemonium lord
200866 | Zig:17   | Killed Udaq the pandemonium lord
200866 | Zig:17   | Killed Riosen the pandemonium lord
200868 | Zig:17   | Killed Nojy the pandemonium lord
200871 | Zig:17   | Killed Baan the pandemonium lord
200871 | Zig:17   | Killed Digul the pandemonium lord
200872 | Zig:17   | Noticed Ceng the pandemonium lord
200872 | Zig:17   | Noticed Qashri the pandemonium lord
200874 | Zig:17   | Killed Qexzer the pandemonium lord
200876 | Zig:17   | Noticed Lyofosh the pandemonium lord
200877 | Zig:17   | Noticed Xeci the pandemonium lord
200877 | Zig:17   | Noticed Kidisess the pandemonium lord
200877 | Zig:17   | Killed Xeci the pandemonium lord
200880 | Zig:18   | Entered Level 18 of a ziggurat
200905 | Zig:18   | Reached skill level 15 in Axes
200905 | Zig:18   | Reached skill level 15 in Maces & Flails
200936 | Zig:18   | Found the +2 hat of the Bear Spirit {Spirit, Bear, *Rage
                  | Will++}
201221 | Zig:18   | Identified the +7 chain mail of Broken Taboos {rN++ Int+2}
201254 | Zig:18   | Identified the ring "Jiset" {^Contam rF+ rC++ Dex+6}
201313 | Zig:19   | Entered Level 19 of a ziggurat
201325 | Zig:19   | Noticed an ancient lich
201325 | Zig:19   | Noticed an ancient lich
201326 | Zig:19   | Noticed an ancient lich
201327 | Zig:19   | Noticed an ancient lich
201330 | Zig:19   | Killed an ancient lich
201330 | Zig:19   | Killed an ancient lich
201332 | Zig:19   | Killed an ancient lich
201332 | Zig:19   | Killed an ancient lich
201332 | Zig:19   | Noticed an ancient lich
201332 | Zig:19   | Noticed an ancient lich
201332 | Zig:19   | Noticed an ancient lich
201334 | Zig:19   | Noticed an ancient lich
201335 | Zig:19   | Noticed an ancient lich
201335 | Zig:19   | Noticed an ancient lich
201337 | Zig:19   | Killed an ancient lich
201337 | Zig:19   | Killed an ancient lich
201337 | Zig:19   | Killed an ancient lich
201337 | Zig:19   | Killed an ancient lich
201338 | Zig:19   | Killed an ancient lich
201342 | Zig:19   | Killed an ancient lich
201345 | Zig:19   | Noticed an ancient lich
201347 | Zig:19   | Killed an ancient lich
201365 | Zig:19   | Noticed an ancient lich
201369 | Zig:19   | Killed an ancient lich
201393 | Zig:19   | Noticed an ancient lich
201398 | Zig:19   | Killed an ancient lich
201514 | Zig:19   | Found the ring of the Hare {EV+10}
201518 | Zig:19   | Found the +2 pair of slick slippers {slick, slippery, EV+4}
201627 | Zig:19   | Identified the amulet "Kaepros" {^Drain Fly rElec RegenMP+}
201726 | Zig:20   | Entered Level 20 of a ziggurat
201740 | Zig:20   | Noticed a dread lich
201741 | Zig:20   | Noticed a dread lich
201741 | Zig:20   | Noticed an ancient lich
201742 | Zig:20   | Noticed a dread lich
201744 | Zig:20   | Noticed an ancient lich
201744 | Zig:20   | Noticed a dread lich
201744 | Zig:20   | Noticed a dread lich
201744 | Zig:20   | Noticed an ancient lich
201744 | Zig:20   | Noticed an ancient lich
201745 | Zig:20   | Killed a dread lich
201745 | Zig:20   | Killed a dread lich
201745 | Zig:20   | Killed an ancient lich
201745 | Zig:20   | Killed a dread lich
201746 | Zig:20   | Killed an ancient lich
201746 | Zig:20   | Noticed a dread lich
201746 | Zig:20   | Noticed a dread lich
201747 | Zig:20   | Killed an ancient lich
201747 | Zig:20   | Killed a dread lich
201747 | Zig:20   | Killed an ancient lich
201747 | Zig:20   | Killed a dread lich
201747 | Zig:20   | Noticed an ancient lich
201747 | Zig:20   | Noticed an ancient lich
201748 | Zig:20   | Reached skill level 15 in Translocations
201748 | Zig:20   | Killed a dread lich
201748 | Zig:20   | Killed a dread lich
201749 | Zig:20   | Noticed a dread lich
201749 | Zig:20   | Noticed a dread lich
201749 | Zig:20   | Noticed an ancient lich
201750 | Zig:20   | Killed an ancient lich
201750 | Zig:20   | Killed an ancient lich
201750 | Zig:20   | Killed an ancient lich
201751 | Zig:20   | Killed a dread lich
201751 | Zig:20   | Killed a dread lich
201751 | Zig:20   | Noticed an ancient lich
201752 | Zig:20   | Noticed an ancient lich
201755 | Zig:20   | Noticed an ancient lich
201755 | Zig:20   | Noticed an ancient lich
201756 | Zig:20   | Noticed an ancient lich
201756 | Zig:20   | Noticed a dread lich
201757 | Zig:20   | Killed an ancient lich
201757 | Zig:20   | Killed an ancient lich
201757 | Zig:20   | Killed an ancient lich
201760 | Zig:20   | Killed a dread lich
201761 | Zig:20   | Killed an ancient lich
201763 | Zig:20   | Killed an ancient lich
201763 | Zig:20   | Noticed a dread lich
201770 | Zig:20   | Killed a dread lich
201774 | Zig:20   | Noticed a dread lich
201778 | Zig:20   | Killed a dread lich
201995 | Zig:20   | Identified the +4 steam dragon scales of the Thunderstorm
                  | {Harm Will+ Regen+ Str+3}
202004 | Zig:20   | Identified the +1 short sword of Qusiuff {flame, *Slow
                  | rElec rPois Stlth+}
202008 | Zig:20   | Identified the +4 bardiche of Ignis {drain, Int+3 SInv}
202032 | Zig:20   | Identified the +3 scimitar of Peracoargh {flame, rF+ rN+}
202135 | Zig:21   | Entered Level 21 of a ziggurat
202147 | Zig:21   | Reached skill level 15 in Unarmed Combat
202152 | Zig:21   | Reached skill level 10 in Short Blades
202152 | Zig:21   | Reached skill level 10 in Long Blades
202157 | Zig:21   | Paralysed by a wendigo for 1 turns
202405 | Zig:21   | Identified the amulet "Aroumm" {Reflect rF- rN+ Int+3 SH+5}
202415 | Zig:21   | Identified the ring of Fotomm {*Slow rC+ Int+4 Dex+4}
202417 | Zig:21   | Identified the staff of Gofij {rPois SInv Fire Alchemy}
202419 | Zig:21   | Identified the +5 chain mail of a Gauntlet {rElec rF+ Will-
                  | Dex+2}
202423 | Zig:21   | Identified the +1 helmet of Mutualism {^Drain rCorr MP+9
                  | Stlth+}
202426 | Zig:21   | Identified the +2 sling of Verdant Guile {speed, rC+ Str+2
                  | Int-4}
202429 | Zig:21   | Identified the +9 broad axe of Ulowug {protect, rPois rN+}
202502 | Zig:22   | Entered Level 22 of a ziggurat
202526 | Zig:22   | Noticed an ancient lich
202528 | Zig:22   | Killed an ancient lich
202529 | Zig:22   | Reached skill level 15 in Ranged Weapons
202530 | Zig:22   | Noticed an ancient lich
202533 | Zig:22   | Noticed an ancient lich
202534 | Zig:22   | Noticed an ancient lich
202535 | Zig:22   | Killed an ancient lich
202543 | Zig:22   | Killed an ancient lich
202543 | Zig:22   | Killed an ancient lich
202544 | Zig:22   | Noticed an ancient lich
202546 | Zig:22   | Noticed an ancient lich
202548 | Zig:22   | Noticed an ancient lich
202551 | Zig:22   | Killed an ancient lich
202552 | Zig:22   | Killed an ancient lich
202558 | Zig:22   | Killed an ancient lich
202807 | Zig:22   | Identified the +2 quarterstaff of Vanity {heavy, rC+ Str+3}
202822 | Zig:22   | Identified the +2 broad axe of Cehiamack {drain, rCorr
                  | Str+4}
202831 | Zig:22   | Identified the staff of the Onslaught {rPois rN+ MP+9 Int+5
                  | Alchemy}
202929 | Zig:23   | Entered Level 23 of a ziggurat
202937 | Zig:23   | Noticed an orb of fire
202938 | Zig:23   | Noticed an orb of fire
202938 | Zig:23   | Noticed an orb of fire
202939 | Zig:23   | Noticed an orb of fire
202941 | Zig:23   | Noticed an orb of fire
202944 | Zig:23   | Killed an orb of fire
202944 | Zig:23   | Killed an orb of fire
202944 | Zig:23   | Noticed an orb of fire
202945 | Zig:23   | Killed an orb of fire
202945 | Zig:23   | Noticed an orb of fire
202946 | Zig:23   | Noticed an orb of fire
202946 | Zig:23   | Killed an orb of fire
202948 | Zig:23   | Noticed an orb of fire
202948 | Zig:23   | Noticed an orb of fire
202949 | Zig:23   | Killed an orb of fire
202949 | Zig:23   | Noticed an orb of fire
202949 | Zig:23   | Noticed an orb of fire
202950 | Zig:23   | Killed an orb of fire
202950 | Zig:23   | Killed an orb of fire
202950 | Zig:23   | Killed an orb of fire
202950 | Zig:23   | Noticed an orb of fire
202952 | Zig:23   | Noticed an orb of fire
202953 | Zig:23   | Noticed an orb of fire
202953 | Zig:23   | Noticed an orb of fire
202955 | Zig:23   | Noticed an orb of fire
202955 | Zig:23   | Noticed an orb of fire
202955 | Zig:23   | Noticed an orb of fire
202955 | Zig:23   | Noticed an orb of fire
202955 | Zig:23   | Noticed an orb of fire
202955 | Zig:23   | Noticed an orb of fire
202955 | Zig:23   | Noticed an orb of fire
202955 | Zig:23   | Noticed an orb of fire
202955 | Zig:23   | Noticed an orb of fire
202955 | Zig:23   | Noticed an orb of fire
202955 | Zig:23   | Noticed an orb of fire
202955 | Zig:23   | Noticed an orb of fire
202955 | Zig:23   | Noticed an orb of fire
202956 | Zig:23   | Noticed an orb of fire
202956 | Zig:23   | Noticed an orb of fire
202956 | Zig:23   | Noticed an orb of fire
202956 | Zig:23   | Noticed an orb of fire
202956 | Zig:23   | Noticed an orb of fire
202957 | Zig:23   | Noticed an orb of fire
202959 | Zig:23   | Noticed an orb of fire
202959 | Zig:23   | Noticed an orb of fire
202959 | Zig:23   | Noticed an orb of fire
202959 | Zig:23   | Noticed an orb of fire
202959 | Zig:23   | Noticed an orb of fire
202962 | Zig:24   | Entered Level 24 of a ziggurat
203065 | Zig:24   | Reached skill level 15 in Short Blades
203065 | Zig:24   | Reached skill level 15 in Long Blades
203065 | Zig:24   | Reached skill level 27 in Polearms
203346 | Zig:24   | Identified the +4 pair of boots of Uwkoipp {-Cast rC+
                  | rCorr}
203362 | Zig:24   | Identified the +7 orcbow of the Ring {antimagic, rPois
                  | Str-4 Int+6 Stlth-}
203368 | Zig:24   | Identified the staff of Deflation {*Slow rElec rF+ rN+
                  | rCorr Fire}
203417 | Zig:24   | Identified the +10 rapier of Zuymisoa {elec, rElec rN+}
203419 | Zig:24   | Identified the ring "Ucatuig" {+Blink rPois rN+ Int-2 SInv}
203440 | Zig:24   | Identified the ring "Qetyngos" {rC+ Str+4}
203445 | Zig:24   | Identified the +5 shortbow of Disharmony {elec, rElec}
203449 | Zig:24   | Identified the +3 lajatang of the Undead {freeze, rN++
                  | Str+2}
203456 | Zig:24   | Identified the ring "Zesk" {rElec rC+ rCorr}
203540 | Zig:25   | Entered Level 25 of a ziggurat
203573 | Zig:25   | Noticed an ancient lich
203573 | Zig:25   | Killed an ancient lich
203679 | Zig:25   | Identified the ring of Lilacs {+Blink rC+ Will+ Int+6}
203709 | Zig:25   | Identified the ring of Deirer {Wiz ^Drain rElec rPois rN+}
204072 | Zig:25   | Identified the +4 quarterstaff of Usacw {spect, rF+ rC+
                  | SInv}
204141 | Zig:25   | Identified the +0 pair of gloves "Haocogid" {rCorr Int+3
                  | Slay-3}
204146 | Zig:26   | Entered Level 26 of a ziggurat
204175 | Zig:26   | Reached skill level 27 in Shapeshifting
204618 | Zig:26   | Found the +7 sceptre of Torment {pain, torment}
204627 | Zig:26   | Identified the +1 leather armour "Lamp" {Rampage SInv
                  | Stlth-}
204634 | Zig:26   | Identified the ring of Finality {rN++ Str+6}
204640 | Zig:26   | Identified the ring of Kibuthra Tui {rF+ Int+5}
204642 | Zig:26   | Identified the +10 great sword "Wizik" {vamp, rElec rF+}
204643 | Zig:26   | Identified the amulet "Archoop" {RegenMP+ Stlth+}
204644 | Zig:26   | Identified the ring of Cucioz {Will- Int+6 SInv Stlth+}
204649 | Zig:26   | Identified the ring "Cabimie" {rF+ EV+5 Int-3 Dex+5}
204691 | Zig:27   | Entered Level 27 of a ziggurat
204700 | Zig:27   | Noticed a juggernaut
204700 | Zig:27   | Noticed a juggernaut
204705 | Zig:27   | Noticed a juggernaut
204706 | Zig:27   | Noticed a juggernaut
204708 | Zig:27   | Killed a juggernaut
204708 | Zig:27   | Killed a juggernaut
204710 | Zig:27   | Killed a juggernaut
204710 | Zig:27   | Noticed a juggernaut
204711 | Zig:27   | Noticed a juggernaut
204711 | Zig:27   | Noticed a juggernaut
204712 | Zig:27   | Killed a juggernaut
204712 | Zig:27   | Killed a juggernaut
204712 | Zig:27   | Noticed a juggernaut
204713 | Zig:27   | Killed a juggernaut
204715 | Zig:27   | Killed a juggernaut
204715 | Zig:27   | Noticed a juggernaut
204717 | Zig:27   | Noticed a juggernaut
204719 | Zig:27   | Killed a juggernaut
204719 | Zig:27   | Killed a juggernaut
204719 | Zig:27   | Noticed a juggernaut
204719 | Zig:27   | Noticed a juggernaut
204720 | Zig:27   | Noticed a juggernaut
204721 | Zig:27   | Killed a juggernaut
204722 | Zig:27   | Noticed a juggernaut
204723 | Zig:27   | Noticed a juggernaut
204723 | Zig:27   | Noticed a juggernaut
204725 | Zig:27   | Killed a juggernaut
204725 | Zig:27   | Noticed a juggernaut
204726 | Zig:27   | Killed a juggernaut
204726 | Zig:27   | Killed a juggernaut
204726 | Zig:27   | Noticed a juggernaut
204727 | Zig:27   | Killed a juggernaut
204727 | Zig:27   | Killed a juggernaut
204727 | Zig:27   | Killed a juggernaut
204729 | Zig:27   | Killed a juggernaut
204730 | Zig:27   | Killed a juggernaut
204732 | Zig:27   | Killed a juggernaut
204733 | Zig:27   | Noticed a juggernaut
204735 | Zig:27   | Noticed a juggernaut
204735 | Zig:27   | Noticed a juggernaut
204736 | Zig:27   | Killed a juggernaut
204737 | Zig:27   | Killed a juggernaut
204737 | Zig:27   | Noticed a juggernaut
204740 | Zig:27   | Killed a juggernaut
204740 | Zig:27   | Killed a juggernaut
204767 | Zig:27   | Found the brooch of Shielding {Spirit SH+8}
204796 | Zig:27   | Identified the +3 short sword of Discomfort {antimagic,
                  | rF+}
204801 | Zig:27   | Identified the +4 long sword of Causality {holy, +Blink
                  | rElec MP-9 SInv}
204806 | Zig:27   | Identified the +4 long sword "Kavuwn" {freeze, rElec rPois
                  | rF+ MP-9}
204830 | Zig:27   | Identified the +10 shortbow of Sepluoc {speed, ^Fragile
                  | rElec Int+2 Dex+6}
204840 | Zig:27   | Identified the orb of Rotation {mayhem, Regen+ Stlth- Tloc}
204850 | Zig:27   | Acquired 1199 gold pieces
204856 | Zig:27   | Identified the amulet of Mogeumn {Spirit Harm rPois rCorr}
205549 | Depths:1 | Lost mutation: A frigid envelope surrounds you and freezes
                  | all who hurt you. [potion of mutation]
205549 | Depths:1 | Lost mutation: Your flesh is heat resistant. (rF+) [potion
                  | of mutation]
205549 | Depths:1 | Gained mutation: Your spells are a little harder to cast,
                  | but a little more powerful. [potion of mutation]
205588 | Zig:1    | Entered Level 1 of a ziggurat
205588 | Zig:1    | Noticed Qyresm the pandemonium lord
205593 | Zig:1    | Killed Qyresm the pandemonium lord
205625 | Zig:2    | Entered Level 2 of a ziggurat
205625 | Zig:2    | Noticed an ancient lich
205625 | Zig:2    | Noticed a dread lich
205625 | Zig:2    | Noticed a dread lich
205625 | Zig:2    | Noticed a dread lich
205625 | Zig:2    | Noticed an ancient lich
205628 | Zig:2    | Killed a dread lich
205628 | Zig:2    | Killed a dread lich
205628 | Zig:2    | Killed an ancient lich
205628 | Zig:2    | Killed an ancient lich
205628 | Zig:2    | Killed a dread lich
205671 | Zig:3    | Entered Level 3 of a ziggurat
205763 | Zig:4    | Entered Level 4 of a ziggurat
205764 | Zig:4    | Found the ring of the Mage {Wiz Archmagi}
205835 | Zig:4    | Identified the -1 tower shield of the Harp {Dex+4}
205906 | Zig:5    | Entered Level 5 of a ziggurat
205906 | Zig:5    | Noticed Jeji the pandemonium lord
205906 | Zig:5    | Noticed Gimagiuf the pandemonium lord
205906 | Zig:5    | Noticed Mesuzul the pandemonium lord
205906 | Zig:5    | Noticed Qaagiv the pandemonium lord
205907 | Zig:5    | Noticed Umnephaji the pandemonium lord
205907 | Zig:5    | Noticed Feut Fe Izue the pandemonium lord
205907 | Zig:5    | Noticed Hayrru the pandemonium lord
205907 | Zig:5    | Noticed Jarghosh the pandemonium lord
205908 | Zig:5    | Killed Jeji the pandemonium lord
205908 | Zig:5    | Killed Umnephaji the pandemonium lord
205908 | Zig:5    | Killed Feut Fe Izue the pandemonium lord
205910 | Zig:5    | Killed Qaagiv the pandemonium lord
205910 | Zig:5    | Killed Mesuzul the pandemonium lord
205911 | Zig:5    | Killed Hayrru the pandemonium lord
205912 | Zig:5    | Killed Gimagiuf the pandemonium lord
205913 | Zig:5    | Killed Jarghosh the pandemonium lord
206036 | Zig:6    | Entered Level 6 of a ziggurat
206181 | Zig:6    | Identified the +1 longbow "Beastslayer" {heavy, *Corrode
                  | rElec rC+ rN+}
206223 | Zig:7    | Entered Level 7 of a ziggurat
206310 | Zig:7    | Identified the ring "Hiewireb" {rPois rN+ Will+ Int+3}
206314 | Zig:7    | Identified the +1 rapier of the First Nightingales {freeze,
                  | rPois Str+4}
206392 | Zig:8    | Entered Level 8 of a ziggurat
206557 | Zig:8    | Identified the +3 rapier "Gopuna Seytu" {freeze, rF+ Int+3
                  | Dex+2}
206583 | Zig:9    | Entered Level 9 of a ziggurat
206584 | Zig:9    | Noticed a dread lich
206585 | Zig:9    | Noticed a dread lich
206586 | Zig:9    | Noticed a dread lich
206586 | Zig:9    | Noticed an ancient lich
206586 | Zig:9    | Noticed an ancient lich
206586 | Zig:9    | Noticed an ancient lich
206586 | Zig:9    | Noticed a dread lich
206587 | Zig:9    | Noticed a dread lich
206588 | Zig:9    | Killed a dread lich
206588 | Zig:9    | Killed an ancient lich
206588 | Zig:9    | Killed a dread lich
206588 | Zig:9    | Killed an ancient lich
206588 | Zig:9    | Noticed an ancient lich
206590 | Zig:9    | Noticed an ancient lich
206590 | Zig:9    | Noticed an ancient lich
206590 | Zig:9    | Killed a dread lich
206590 | Zig:9    | Killed a dread lich
206590 | Zig:9    | Noticed a dread lich
206591 | Zig:9    | Killed a dread lich
206591 | Zig:9    | Killed an ancient lich
206591 | Zig:9    | Killed an ancient lich
206591 | Zig:9    | Killed a dread lich
206591 | Zig:9    | Killed an ancient lich
206591 | Zig:9    | Killed an ancient lich
206591 | Zig:9    | Noticed an ancient lich
206592 | Zig:9    | Noticed a dread lich
206592 | Zig:9    | Noticed a dread lich
206593 | Zig:9    | Noticed an ancient lich
206594 | Zig:9    | Killed a dread lich
206594 | Zig:9    | Killed a dread lich
206596 | Zig:9    | Killed an ancient lich
206596 | Zig:9    | Killed an ancient lich
206663 | Zig:9    | Identified the ring of Guqaycykk {rN+ Str-2 Dex+3 Slay+6}
206668 | Zig:9    | Identified the +4 bardiche of Dung {spect, ^Fragile rPois
                  | rCorr Dex+3}
206767 | Zig:10   | Entered Level 10 of a ziggurat
206768 | Zig:10   | Noticed a dread lich
206768 | Zig:10   | Noticed an ancient lich
206768 | Zig:10   | Noticed an ancient lich
206770 | Zig:10   | Noticed an ancient lich
206770 | Zig:10   | Noticed a dread lich
206772 | Zig:10   | Killed an ancient lich
206772 | Zig:10   | Killed an ancient lich
206772 | Zig:10   | Killed a dread lich
206772 | Zig:10   | Noticed an ancient lich
206773 | Zig:10   | Noticed an ancient lich
206773 | Zig:10   | Noticed a dread lich
206773 | Zig:10   | Noticed a dread lich
206773 | Zig:10   | Killed an ancient lich
206774 | Zig:10   | Killed a dread lich
206775 | Zig:10   | Killed an ancient lich
206775 | Zig:10   | Killed a dread lich
206776 | Zig:10   | Killed an ancient lich
206776 | Zig:10   | Killed a dread lich
206777 | Zig:10   | Noticed an ancient lich
206777 | Zig:10   | Noticed a dread lich
206777 | Zig:10   | Noticed an ancient lich
206778 | Zig:10   | Killed an ancient lich
206780 | Zig:10   | Killed an ancient lich
206781 | Zig:10   | Killed a dread lich
206866 | Zig:10   | Identified the ring "Janui" {Ice MP-9 Str+8 Dex-4 SInv}
206940 | Zig:10   | Identified the +7 dire flail "Cattoeth" {vamp, Will+ Int+4}
206969 | Zig:11   | Entered Level 11 of a ziggurat
207041 | Zig:11   | Identified the ring "Ekhlytan" {rElec Int+2 SInv}
207046 | Zig:11   | Identified the amulet "Kuumu" {Reflect rN+ Dex+7 SH+5}
207064 | Zig:11   | Identified the +7 spear of Circularity {heavy, Stlth+}
207236 | Zig:12   | Entered Level 12 of a ziggurat
207510 | Zig:12   | Identified the ring of Nies {Fly Int+8}
207513 | Zig:12   | Identified the +11 orcbow "Wittoh" {flame, rN+ Str-5 Int+2}
207514 | Zig:12   | Identified the ring "Olyonnim" {Will+ Str+2 Int+4}
207573 | Zig:13   | Entered Level 13 of a ziggurat
207574 | Zig:13   | Noticed a royal mummy
207574 | Zig:13   | Noticed a royal mummy
207575 | Zig:13   | Noticed a royal mummy
207575 | Zig:13   | Noticed a royal mummy
207576 | Zig:13   | Noticed a royal mummy
207576 | Zig:13   | Noticed a royal mummy
207576 | Zig:13   | Noticed a royal mummy
207576 | Zig:13   | Noticed a royal mummy
207576 | Zig:13   | Noticed a royal mummy
207577 | Zig:13   | Noticed a royal mummy
207578 | Zig:13   | Killed a royal mummy
207578 | Zig:13   | Killed a royal mummy
207578 | Zig:13   | Killed a royal mummy
207578 | Zig:13   | Killed a royal mummy
207578 | Zig:13   | Killed a royal mummy
207578 | Zig:13   | Killed a royal mummy
207578 | Zig:13   | Killed a royal mummy
207578 | Zig:13   | Noticed a royal mummy
207579 | Zig:13   | Killed a royal mummy
207579 | Zig:13   | Killed a royal mummy
207579 | Zig:13   | Noticed a royal mummy
207579 | Zig:13   | Noticed a dread lich
207580 | Zig:13   | Killed a royal mummy
207580 | Zig:13   | Killed a royal mummy
207580 | Zig:13   | Killed a dread lich
207580 | Zig:13   | Noticed a royal mummy
207580 | Zig:13   | Noticed a royal mummy
207580 | Zig:13   | Noticed a royal mummy
207580 | Zig:13   | Noticed a royal mummy
207580 | Zig:13   | Noticed a royal mummy
207580 | Zig:13   | Noticed a royal mummy
207581 | Zig:13   | Reached skill level 27 in Alchemy
207581 | Zig:13   | Killed a royal mummy
207581 | Zig:13   | Noticed a royal mummy
207582 | Zig:13   | Noticed a royal mummy
207582 | Zig:13   | Noticed a royal mummy
207582 | Zig:13   | Noticed a royal mummy
207582 | Zig:13   | Noticed a royal mummy
207582 | Zig:13   | Noticed a royal mummy
207583 | Zig:13   | Killed a royal mummy
207583 | Zig:13   | Killed a royal mummy
207583 | Zig:13   | Killed a royal mummy
207584 | Zig:13   | Killed a royal mummy
207584 | Zig:13   | Killed a royal mummy
207584 | Zig:13   | Killed a royal mummy
207584 | Zig:13   | Killed a royal mummy
207584 | Zig:13   | Killed a royal mummy
207584 | Zig:13   | Killed a royal mummy
207584 | Zig:13   | Killed a royal mummy
207584 | Zig:13   | Noticed a royal mummy
207585 | Zig:13   | Killed a royal mummy
207585 | Zig:13   | Noticed a royal mummy
207586 | Zig:13   | Killed a royal mummy
207586 | Zig:13   | Noticed a royal mummy
207587 | Zig:13   | Noticed a royal mummy
207589 | Zig:13   | Killed a royal mummy
207589 | Zig:13   | Killed a royal mummy
207589 | Zig:13   | Killed a royal mummy
207591 | Zig:13   | Killed a royal mummy
207898 | Zig:14   | Entered Level 14 of a ziggurat
207911 | Zig:14   | Noticed Bugihoc the pandemonium lord
207921 | Zig:14   | Killed Bugihoc the pandemonium lord
208198 | Zig:14   | Identified the +0 quarterstaff of Tumiom {vamp, Int+2
                  | Stlth+}
208217 | Zig:14   | Identified the +1 robe of Pathos {rC+ rN+ MP+9 Dex+2}
208288 | Zig:15   | Entered Level 15 of a ziggurat
208294 | Zig:15   | Reached skill level 27 in Long Blades
208523 | Zig:15   | Identified the +5 mace "Nibbeh" {freeze, Int+3 Stlth+}
208530 | Zig:15   | Identified the ring "Vopt" {Fly Will+ Int+6 Dex+3}
208534 | Zig:15   | Identified the +0 broad axe of the Crypt {drain, rCorr}
208616 | Zig:16   | Entered Level 16 of a ziggurat
208621 | Zig:16   | Noticed Mibih's ghost (legendary DjAE)
208621 | Zig:16   | Noticed Tejiel's ghost (legendary GrFi)
208622 | Zig:16   | Noticed Omay's ghost (master MiFi)
208622 | Zig:16   | Noticed Lagif's ghost (legendary MiFi)
208622 | Zig:16   | Noticed Mibih's ghost (legendary DjAE)
208623 | Zig:16   | Noticed Feuw's ghost (veteran MiBe)
208623 | Zig:16   | Noticed Omay's ghost (master MiFi)
208625 | Zig:16   | Noticed Tejiel's ghost (legendary GrFi)
208626 | Zig:16   | Killed Tejiel's ghost
208626 | Zig:16   | Noticed Omay's ghost (master MiFi)
208627 | Zig:16   | Noticed Feuw's ghost (veteran MiBe)
208628 | Zig:16   | Killed Lagif's ghost
208628 | Zig:16   | Noticed Pixogrep's ghost (legendary OpCj)
208628 | Zig:16   | Noticed Tejiel's ghost (legendary GrFi)
208628 | Zig:16   | Noticed Bines's ghost (legendary OpSh)
208629 | Zig:16   | Noticed Feuw's ghost (veteran MiBe)
208629 | Zig:16   | Noticed Hoiham's ghost (legendary MiFi)
208630 | Zig:16   | Killed Tejiel's ghost
208630 | Zig:16   | Killed Tejiel's ghost
208630 | Zig:16   | Noticed Bines's ghost (legendary OpSh)
208630 | Zig:16   | Noticed Ging's ghost (legendary OnFi)
208630 | Zig:16   | Noticed Tejiel's ghost (legendary GrFi)
208630 | Zig:16   | Noticed Oxtuo's ghost (legendary DECj)
208631 | Zig:16   | Killed Hoiham's ghost
208631 | Zig:16   | Noticed Ini Deriu's ghost (legendary DECj)
208631 | Zig:16   | Noticed Quogoet's ghost (legendary OpSh)
208631 | Zig:16   | Noticed Lagif's ghost (legendary MiFi)
208631 | Zig:16   | Killed Mibih's ghost
208631 | Zig:16   | Noticed Feuw's ghost (veteran MiBe)
208632 | Zig:16   | Noticed Ini Deriu's ghost (legendary DECj)
208632 | Zig:16   | Killed Mibih's ghost
208632 | Zig:16   | Killed Tejiel's ghost
208632 | Zig:16   | Noticed Ging's ghost (legendary OnFi)
208632 | Zig:16   | Noticed Suwusiqo's ghost (legendary DjCj)
208632 | Zig:16   | Noticed Feuw's ghost (veteran MiBe)
208632 | Zig:16   | Noticed Hoiham's ghost (legendary MiFi)
208632 | Zig:16   | Noticed Canwutygu's ghost (veteran MiFi)
208634 | Zig:16   | Killed Ini Deriu's ghost
208634 | Zig:16   | Killed Hoiham's ghost
208634 | Zig:16   | Killed Quogoet's ghost
208634 | Zig:16   | Killed Pixogrep's ghost
208635 | Zig:16   | Noticed Duta's ghost (legendary FoHu)
208635 | Zig:16   | Killed Omay's ghost
208635 | Zig:16   | Noticed Bines's ghost (legendary OpSh)
208635 | Zig:16   | Noticed Nalaklye's ghost (legendary DjCA)
208635 | Zig:16   | Noticed Tejiel's ghost (legendary GrFi)
208635 | Zig:16   | Noticed Hoiham's ghost (legendary MiFi)
208635 | Zig:16   | Noticed Ussulutyn's ghost (legendary DsFi)
208635 | Zig:16   | Noticed Lagif's ghost (legendary MiFi)
208635 | Zig:16   | Noticed Tejiel's ghost (legendary GrFi)
208636 | Zig:16   | Noticed Ometuamn's ghost (legendary OnSh)
208636 | Zig:16   | Noticed Ussulutyn's ghost (legendary DsFi)
208636 | Zig:16   | Killed Tejiel's ghost
208636 | Zig:16   | Killed Tejiel's ghost
208636 | Zig:16   | Killed Feuw's ghost
208636 | Zig:16   | Killed Ging's ghost
208636 | Zig:16   | Killed Oxtuo's ghost
208636 | Zig:16   | Killed Omay's ghost
208636 | Zig:16   | Killed Hoiham's ghost
208636 | Zig:16   | Killed Feuw's ghost
208637 | Zig:16   | Killed Ini Deriu's ghost
208637 | Zig:16   | Killed Lagif's ghost
208637 | Zig:16   | Killed Ussulutyn's ghost
208637 | Zig:16   | Killed Duta's ghost
208638 | Zig:16   | Killed Ometuamn's ghost
208638 | Zig:16   | Killed Suwusiqo's ghost
208638 | Zig:16   | Killed Ging's ghost
208638 | Zig:16   | Killed Feuw's ghost
208638 | Zig:16   | Killed Canwutygu's ghost
208638 | Zig:16   | Killed Ussulutyn's ghost
208639 | Zig:16   | Killed Feuw's ghost
208639 | Zig:16   | Killed Feuw's ghost
208640 | Zig:16   | Noticed Asceticacid's ghost (legendary VSFi)
208641 | Zig:16   | Killed Bines's ghost
208641 | Zig:16   | Killed Omay's ghost
208642 | Zig:16   | Noticed Omay's ghost (master MiFi)
208643 | Zig:16   | Killed Nalaklye's ghost
208644 | Zig:16   | Killed Bines's ghost
208645 | Zig:16   | Killed Bines's ghost
208645 | Zig:16   | Noticed Biggs's ghost (legendary DjCj)
208645 | Zig:16   | Noticed Suwusiqo's ghost (legendary DjCj)
208647 | Zig:16   | Killed Lagif's ghost
208676 | Zig:16   | Killed Suwusiqo's ghost
208677 | Zig:16   | Killed Omay's ghost
208678 | Zig:16   | Killed Asceticacid's ghost
208691 | Zig:16   | Killed Biggs's ghost
208988 | Zig:16   | Identified the +2 scale mail "Irutuow" {rN+ rCorr Str+3
                  | Int-4}
208989 | Zig:16   | Identified the +4 orcbow of Conscience {freeze, rF+}
208993 | Zig:16   | Identified the blade talisman "Vounoah" {rElec rN+}
208995 | Zig:16   | Identified the +0 robe of Boredom {rElec Int+3}
209001 | Zig:16   | Identified the ring "Moezylegh" {rF+ rC+ Will+}
209009 | Zig:16   | Identified the amulet "Waruapiph" {Faith rF+++ rC- Will-
                  | Stlth+}
209036 | Zig:17   | Entered Level 17 of a ziggurat
209206 | Zig:17   | Found the +27 heavy crossbow "Sniper" {heavy, Acc+∞ SInv}
209279 | Zig:17   | Identified the +1 cloak of Perpetual Drought {Harm ^Drain
                  | Regen+ Dex+3}
209281 | Zig:17   | Identified the +0 helmet of Kikubaaqudgha's Scorn {+Blink}
209284 | Zig:17   | Identified the amulet of Bydymur {rN+ Will+ Regen+}
209517 | Zig:17   | Identified the +1 bardiche "Zogalluyc" {flame, Str+3 SInv}
209610 | Zig:18   | Entered Level 18 of a ziggurat
209617 | Zig:18   | Noticed a dread lich
209620 | Zig:18   | Killed a dread lich
209623 | Zig:18   | Noticed an ancient lich
209623 | Zig:18   | Noticed a dread lich
209623 | Zig:18   | Noticed an ancient lich
209623 | Zig:18   | Noticed a dread lich
209623 | Zig:18   | Noticed an ancient lich
209623 | Zig:18   | Noticed an ancient lich
209623 | Zig:18   | Noticed an ancient lich
209623 | Zig:18   | Noticed a dread lich
209624 | Zig:18   | Killed a dread lich
209625 | Zig:18   | Reached skill level 27 in Maces & Flails
209625 | Zig:18   | Killed a dread lich
209625 | Zig:18   | Killed an ancient lich
209625 | Zig:18   | Killed an ancient lich
209625 | Zig:18   | Killed a dread lich
209625 | Zig:18   | Killed an ancient lich
209625 | Zig:18   | Killed an ancient lich
209625 | Zig:18   | Noticed an ancient lich
209626 | Zig:18   | Killed an ancient lich
209626 | Zig:18   | Killed an ancient lich
209626 | Zig:18   | Noticed an ancient lich
209627 | Zig:18   | Noticed a dread lich
209627 | Zig:18   | Noticed a dread lich
209627 | Zig:18   | Noticed a dread lich
209628 | Zig:18   | Killed a dread lich
209629 | Zig:18   | Killed an ancient lich
209629 | Zig:18   | Killed a dread lich
209629 | Zig:18   | Killed a dread lich
209629 | Zig:18   | Noticed a dread lich
209629 | Zig:18   | Noticed a dread lich
209630 | Zig:18   | Reached skill level 27 in Axes
209630 | Zig:18   | Noticed an ancient lich
209631 | Zig:18   | Killed a dread lich
209632 | Zig:18   | Killed a dread lich
209632 | Zig:18   | Killed an ancient lich
209639 | Zig:18   | Noticed a dread lich
209641 | Zig:18   | Reached skill level 27 in Short Blades
209642 | Zig:18   | Noticed an ancient lich
209644 | Zig:18   | Killed a dread lich
209644 | Zig:18   | Killed an ancient lich
209646 | Zig:18   | Noticed a dread lich
209646 | Zig:18   | Noticed a dread lich
209648 | Zig:18   | Reached skill level 27 in Unarmed Combat
209648 | Zig:18   | Killed a dread lich
209648 | Zig:18   | Killed a dread lich
209900 | Zig:18   | Identified the amulet "Hotofes" {Reflect Str+3 Dex+5 SH+5}
209904 | Zig:18   | Identified the +6 fire dragon scales of Ruricsato {rF++ rC-
                  | Int+2 Stlth+}
209916 | Zig:18   | Identified the staff of Beogh's Brutal Revenge {^Contam
                  | rPois rN+ Dex+3 Earth}
209993 | Zig:19   | Entered Level 19 of a ziggurat
210009 | Zig:19   | Reached skill level 27 in Translocations
210012 | Zig:19   | Reached skill level 27 in Ranged Weapons
210012 | Zig:19   | Paralysed by an air elemental for 1 turns
210014 | Zig:19   | Reached skill level 5 in Invocations
210016 | Zig:19   | Reached skill level 5 in Necromancy
210029 | Zig:19   | Reached skill level 5 in Hexes
210095 | Zig:19   | Found the +1 cloak of Starlight {*Dazzle EV+4 Stlth--}
210407 | Zig:19   | Identified the +2 scale mail of Too Many Cooks {Str+2}
210417 | Zig:19   | Identified the +0 ring mail of Jebaahy {rF+ Dex-2 Slay+2}
210418 | Zig:19   | Identified the ring "Jaept" {+Blink rElec Str+6 Int-4
                  | Dex+5}
210493 | Zig:20   | Entered Level 20 of a ziggurat
210504 | Zig:20   | Noticed a dread lich
210506 | Zig:20   | Killed a dread lich
210507 | Zig:20   | Noticed a dread lich
210509 | Zig:20   | Reached skill level 10 in Invocations
210509 | Zig:20   | Killed a dread lich
210518 | Zig:20   | Reached skill level 10 in Necromancy
210518 | Zig:20   | Killed an ancient lich
210520 | Zig:20   | Reached skill level 10 in Hexes
210531 | Zig:20   | Reached skill level 15 in Invocations
210799 | Zig:20   | Identified the +1 hand axe of the Solemn God {chaos, rPois
                  | rF++ Int-5}
210803 | Zig:20   | Identified the ring "Ponneidi" {Wiz rElec rF+ rCorr}
210829 | Zig:20   | Identified the +5 spear "Royroco" {flame, Int+6}
210837 | Zig:20   | Identified the +2 sling of Resumed Hostilities {freeze,
                  | Str+3 Int+2 Dex+3}
210938 | Zig:21   | Entered Level 21 of a ziggurat
210944 | Zig:21   | Noticed a royal mummy
210944 | Zig:21   | Noticed a royal mummy
210948 | Zig:21   | Noticed a royal mummy
210948 | Zig:21   | Noticed a royal mummy
210948 | Zig:21   | Noticed a royal mummy
210948 | Zig:21   | Noticed a royal mummy
210948 | Zig:21   | Noticed a royal mummy
210949 | Zig:21   | Killed a royal mummy
210949 | Zig:21   | Killed a royal mummy
210949 | Zig:21   | Noticed a royal mummy
210950 | Zig:21   | Killed a royal mummy
210950 | Zig:21   | Killed a royal mummy
210950 | Zig:21   | Killed a royal mummy
210951 | Zig:21   | Killed a royal mummy
210952 | Zig:21   | Killed a royal mummy
210952 | Zig:21   | Noticed a royal mummy
210953 | Zig:21   | Killed a royal mummy
210953 | Zig:21   | Noticed a royal mummy
210953 | Zig:21   | Noticed a royal mummy
210954 | Zig:21   | Killed a royal mummy
210954 | Zig:21   | Noticed a royal mummy
210955 | Zig:21   | Killed a royal mummy
210955 | Zig:21   | Killed a royal mummy
210955 | Zig:21   | Noticed a royal mummy
210955 | Zig:21   | Noticed a royal mummy
210955 | Zig:21   | Noticed a royal mummy
210956 | Zig:21   | Reached skill level 15 in Necromancy
210956 | Zig:21   | Killed a royal mummy
210956 | Zig:21   | Noticed a royal mummy
210956 | Zig:21   | Noticed a royal mummy
210957 | Zig:21   | Killed a royal mummy
210957 | Zig:21   | Killed a royal mummy
210957 | Zig:21   | Noticed a royal mummy
210957 | Zig:21   | Noticed a royal mummy
210958 | Zig:21   | Killed a royal mummy
210958 | Zig:21   | Noticed a royal mummy
210959 | Zig:21   | Killed a royal mummy
210961 | Zig:21   | Killed a royal mummy
210961 | Zig:21   | Killed a royal mummy
210961 | Zig:21   | Killed a royal mummy
210961 | Zig:21   | Killed a royal mummy
210961 | Zig:21   | Noticed a royal mummy
210961 | Zig:21   | Noticed a royal mummy
210961 | Zig:21   | Noticed a royal mummy
210962 | Zig:21   | Noticed a royal mummy
210962 | Zig:21   | Noticed a royal mummy
210962 | Zig:21   | Noticed a royal mummy
210963 | Zig:21   | Reached skill level 15 in Hexes
210963 | Zig:21   | Noticed a royal mummy
210964 | Zig:21   | Killed a royal mummy
210964 | Zig:21   | Killed a royal mummy
210964 | Zig:21   | Killed a royal mummy
210964 | Zig:21   | Killed a royal mummy
210965 | Zig:21   | Killed a royal mummy
210965 | Zig:21   | Noticed a royal mummy
210965 | Zig:21   | Noticed a royal mummy
210965 | Zig:21   | Noticed a royal mummy
210966 | Zig:21   | Killed a royal mummy
210966 | Zig:21   | Killed a royal mummy
210966 | Zig:21   | Killed a royal mummy
210966 | Zig:21   | Noticed a royal mummy
210967 | Zig:21   | Noticed a royal mummy
210967 | Zig:21   | Noticed a royal mummy
210967 | Zig:21   | Noticed a royal mummy
210967 | Zig:21   | Noticed a royal mummy
210969 | Zig:21   | Killed a royal mummy
210971 | Zig:21   | Killed a royal mummy
210971 | Zig:21   | Killed a royal mummy
210972 | Zig:21   | Killed a royal mummy
210972 | Zig:21   | Killed a royal mummy
210974 | Zig:21   | Killed a royal mummy
210975 | Zig:21   | Killed a royal mummy
210975 | Zig:21   | Noticed a royal mummy
210975 | Zig:21   | Noticed a royal mummy
210975 | Zig:21   | Noticed a royal mummy
210975 | Zig:21   | Noticed a royal mummy
210986 | Zig:21   | Noticed a royal mummy
210986 | Zig:21   | Noticed a royal mummy
210987 | Zig:21   | Killed a royal mummy
210987 | Zig:21   | Killed a royal mummy
210987 | Zig:21   | Killed a royal mummy
210988 | Zig:21   | Killed a royal mummy
210989 | Zig:21   | Killed a royal mummy
210989 | Zig:21   | Killed a royal mummy
210989 | Zig:21   | Noticed a royal mummy
210990 | Zig:21   | Noticed a royal mummy
210990 | Zig:21   | Noticed a royal mummy
210991 | Zig:21   | Noticed a royal mummy
210992 | Zig:21   | Killed a royal mummy
210992 | Zig:21   | Killed a royal mummy
210996 | Zig:21   | Killed a royal mummy
210996 | Zig:21   | Noticed a royal mummy
210997 | Zig:21   | Killed a royal mummy
210998 | Zig:21   | Noticed a royal mummy
210999 | Zig:21   | Killed a royal mummy
211001 | Zig:21   | Killed a royal mummy
211001 | Zig:21   | Noticed a royal mummy
211003 | Zig:21   | Noticed a royal mummy
211004 | Zig:21   | Killed a royal mummy
211006 | Zig:21   | Killed a royal mummy
211010 | Zig:21   | Noticed a royal mummy
211014 | Zig:21   | Killed a royal mummy
211342 | Zig:21   | Identified the ring "Wenk" {Will- EV+5 Int+3 SInv}
211349 | Zig:21   | Identified the +6 flail of the Desert {flame, Str+5 Int-2}
211404 | Zig:22   | Entered Level 22 of a ziggurat
211415 | Zig:22   | Noticed a dread lich
211416 | Zig:22   | Noticed an ancient lich
211417 | Zig:22   | Noticed an ancient lich
211417 | Zig:22   | Noticed a dread lich
211417 | Zig:22   | Noticed an ancient lich
211417 | Zig:22   | Noticed an ancient lich
211417 | Zig:22   | Noticed a dread lich
211418 | Zig:22   | Noticed an ancient lich
211418 | Zig:22   | Noticed a dread lich
211419 | Zig:22   | Killed a dread lich
211419 | Zig:22   | Killed a dread lich
211419 | Zig:22   | Killed a dread lich
211419 | Zig:22   | Killed an ancient lich
211420 | Zig:22   | Noticed a dread lich
211420 | Zig:22   | Noticed an ancient lich
211420 | Zig:22   | Noticed a dread lich
211420 | Zig:22   | Noticed an ancient lich
211421 | Zig:22   | Killed an ancient lich
211421 | Zig:22   | Killed an ancient lich
211421 | Zig:22   | Killed a dread lich
211421 | Zig:22   | Noticed a dread lich
211422 | Zig:22   | Noticed an ancient lich
211422 | Zig:22   | Noticed a dread lich
211422 | Zig:22   | Noticed an ancient lich
211422 | Zig:22   | Noticed a dread lich
211422 | Zig:22   | Noticed an ancient lich
211422 | Zig:22   | Noticed a dread lich
211422 | Zig:22   | Killed an ancient lich
211423 | Zig:22   | Killed a dread lich
211423 | Zig:22   | Killed a dread lich
211423 | Zig:22   | Killed an ancient lich
211423 | Zig:22   | Noticed a dread lich
211424 | Zig:22   | Noticed a dread lich
211424 | Zig:22   | Noticed a dread lich
211424 | Zig:22   | Killed a dread lich
211424 | Zig:22   | Killed an ancient lich
211424 | Zig:22   | Killed an ancient lich
211424 | Zig:22   | Killed a dread lich
211424 | Zig:22   | Noticed an ancient lich
211425 | Zig:22   | Killed a dread lich
211425 | Zig:22   | Killed an ancient lich
211425 | Zig:22   | Killed a dread lich
211425 | Zig:22   | Killed a dread lich
211425 | Zig:22   | Killed an ancient lich
211425 | Zig:22   | Killed an ancient lich
211426 | Zig:22   | Killed a dread lich
211426 | Zig:22   | Noticed a dread lich
211426 | Zig:22   | Noticed an ancient lich
211426 | Zig:22   | Noticed an ancient lich
211427 | Zig:22   | Noticed a dread lich
211427 | Zig:22   | Killed an ancient lich
211427 | Zig:22   | Noticed a dread lich
211427 | Zig:22   | Noticed a dread lich
211428 | Zig:22   | Killed an ancient lich
211428 | Zig:22   | Killed a dread lich
211429 | Zig:22   | Killed a dread lich
211429 | Zig:22   | Noticed a dread lich
211429 | Zig:22   | Noticed an ancient lich
211430 | Zig:22   | Noticed a dread lich
211430 | Zig:22   | Noticed a dread lich
211430 | Zig:22   | Noticed an ancient lich
211430 | Zig:22   | Noticed a dread lich
211430 | Zig:22   | Noticed an ancient lich
211431 | Zig:22   | Noticed a dread lich
211432 | Zig:22   | Killed a dread lich
211432 | Zig:22   | Killed a dread lich
211432 | Zig:22   | Killed an ancient lich
211432 | Zig:22   | Killed a dread lich
211432 | Zig:22   | Killed a dread lich
211433 | Zig:22   | Killed a dread lich
211433 | Zig:22   | Killed a dread lich
211433 | Zig:22   | Killed an ancient lich
211433 | Zig:22   | Killed an ancient lich
211433 | Zig:22   | Killed a dread lich
211435 | Zig:22   | Killed an ancient lich
211437 | Zig:22   | Killed a dread lich
211651 | Zig:22   | Identified the +3 leather armour of Negligence {rN+ Int-2
                  | Dex+3}
211657 | Zig:22   | Identified the +2 orcbow of Tenacity {flame, Str+2 Dex+3
                  | SInv}
211695 | Zig:22   | Identified the +4 halberd of Victory {venom, +Blink rElec
                  | MP+9}
211696 | Zig:22   | Identified the ring "Nafevoog" {rPois rF+ Str-4 Dex+3}
211710 | Zig:22   | Identified the +4 flail of Superiority {distort, Str+3}
211728 | Zig:22   | Identified the +3 glaive of Pestilence {venom, rC+ MP+9
                  | Int+4 Stlth+}
211729 | Zig:22   | Identified the +0 scale mail of Vudill {Will+ rCorr Int-3}
211730 | Zig:22   | Identified the +0 scale mail "Voostrolo" {rF++ rN+ Dex-4}
211845 | Zig:23   | Entered Level 23 of a ziggurat
211857 | Zig:23   | Reached skill level 27 in Invocations
211885 | Zig:23   | Identified the ring of Zyroum {Fly Str+6 Int+3}
211966 | Zig:23   | Identified the +4 long sword "Mowor" {freeze, Int+6 Dex+2}
211982 | Zig:23   | Identified the +4 glaive of Zimuneos {vamp, ^Contam rF+ rN+
                  | Stlth+}
212005 | Zig:23   | Identified the granite talisman "Qaemana" {Str+3}
212448 | Zig:24   | Entered Level 24 of a ziggurat
212466 | Zig:24   | Reached skill level 27 in Necromancy
212467 | Zig:24   | Reached skill level 27 in Hexes
212468 | Zig:24   | Found the +11 Singing Sword {sonic wave}
212761 | Zig:24   | Identified the +6 quarterstaff of Doqacwyc {spect, *Noise
                  | rElec Will+ Str+2}
212814 | Zig:24   | Identified the ring "Duczoreb" {rN++ Str+6}
212852 | Zig:24   | Identified the +7 great sword of the End {spect, Will+
                  | MP+9}
212894 | Zig:24   | Identified the +8 demon trident of Fioshrop {venom, rElec
                  | rF- Str+2}
213042 | Zig:25   | Entered Level 25 of a ziggurat
213051 | Zig:25   | Noticed a dread lich
213051 | Zig:25   | Noticed an ancient lich
213051 | Zig:25   | Noticed an ancient lich
213052 | Zig:25   | Noticed an ancient lich
213053 | Zig:25   | Noticed an ancient lich
213053 | Zig:25   | Noticed a dread lich
213054 | Zig:25   | Noticed a dread lich
213054 | Zig:25   | Noticed an ancient lich
213054 | Zig:25   | Noticed an ancient lich
213056 | Zig:25   | Noticed an ancient lich
213057 | Zig:25   | Killed an ancient lich
213057 | Zig:25   | Killed a dread lich
213057 | Zig:25   | Killed an ancient lich
213057 | Zig:25   | Killed an ancient lich
213057 | Zig:25   | Killed a dread lich
213057 | Zig:25   | Killed a dread lich
213057 | Zig:25   | Killed an ancient lich
213057 | Zig:25   | Killed an ancient lich
213057 | Zig:25   | Noticed a dread lich
213058 | Zig:25   | Killed an ancient lich
213058 | Zig:25   | Killed an ancient lich
213058 | Zig:25   | Noticed a dread lich
213059 | Zig:25   | Noticed an ancient lich
213059 | Zig:25   | Noticed a dread lich
213059 | Zig:25   | Noticed a dread lich
213060 | Zig:25   | Noticed a dread lich
213060 | Zig:25   | Noticed a dread lich
213060 | Zig:25   | Noticed an ancient lich
213060 | Zig:25   | Noticed a dread lich
213060 | Zig:25   | Noticed an ancient lich
213061 | Zig:25   | Killed a dread lich
213061 | Zig:25   | Killed a dread lich
213061 | Zig:25   | Killed a dread lich
213062 | Zig:25   | Killed an ancient lich
213062 | Zig:25   | Killed an ancient lich
213062 | Zig:25   | Killed a dread lich
213062 | Zig:25   | Killed a dread lich
213062 | Zig:25   | Noticed a dread lich
213063 | Zig:25   | Killed a dread lich
213063 | Zig:25   | Killed a dread lich
213063 | Zig:25   | Killed a dread lich
213063 | Zig:25   | Noticed a dread lich
213063 | Zig:25   | Noticed a dread lich
213063 | Zig:25   | Noticed a dread lich
213064 | Zig:25   | Noticed an ancient lich
213064 | Zig:25   | Noticed a dread lich
213064 | Zig:25   | Killed a dread lich
213064 | Zig:25   | Killed a dread lich
213064 | Zig:25   | Killed a dread lich
213065 | Zig:25   | Killed a dread lich
213065 | Zig:25   | Killed an ancient lich
213065 | Zig:25   | Noticed an ancient lich
213065 | Zig:25   | Noticed an ancient lich
213066 | Zig:25   | Noticed a dread lich
213066 | Zig:25   | Noticed a dread lich
213066 | Zig:25   | Noticed a dread lich
213066 | Zig:25   | Noticed a dread lich
213066 | Zig:25   | Noticed an ancient lich
213066 | Zig:25   | Noticed a dread lich
213066 | Zig:25   | Noticed an ancient lich
213067 | Zig:25   | Noticed an ancient lich
213067 | Zig:25   | Noticed an ancient lich
213067 | Zig:25   | Noticed a dread lich
213069 | Zig:25   | Killed an ancient lich
213069 | Zig:25   | Killed a dread lich
213069 | Zig:25   | Killed an ancient lich
213069 | Zig:25   | Killed an ancient lich
213069 | Zig:25   | Noticed a dread lich
213070 | Zig:25   | Killed a dread lich
213070 | Zig:25   | Killed a dread lich
213070 | Zig:25   | Killed a dread lich
213070 | Zig:25   | Killed a dread lich
213070 | Zig:25   | Killed an ancient lich
213070 | Zig:25   | Killed an ancient lich
213070 | Zig:25   | Killed a dread lich
213070 | Zig:25   | Killed an ancient lich
213070 | Zig:25   | Killed an ancient lich
213070 | Zig:25   | Noticed a dread lich
213071 | Zig:25   | Killed a dread lich
213072 | Zig:25   | Killed a dread lich
213073 | Zig:25   | Noticed an ancient lich
213074 | Zig:25   | Killed an ancient lich
213112 | Zig:25   | Found the +10 dark maul {heavy}
213155 | Zig:25   | Identified the +5 arbalest "Cealuts" {drain, rPois Will+
                  | Str+3}
213157 | Zig:25   | Identified the +3 halberd "Wumumimn" {flame, Fly rPois rN+}
213159 | Zig:25   | Identified the +1 trident "Sucum" {heavy, rC+ rCorr Dex+2}
213259 | Zig:25   | Identified the +0 scale mail of the Gusle {rN+++ Will-
                  | rCorr}
213571 | Zig:26   | Entered Level 26 of a ziggurat
213580 | Zig:26   | Noticed a juggernaut
213581 | Zig:26   | Noticed a juggernaut
213582 | Zig:26   | Noticed a juggernaut
213583 | Zig:26   | Noticed a juggernaut
213585 | Zig:26   | Killed a juggernaut
213585 | Zig:26   | Killed a juggernaut
213585 | Zig:26   | Killed a juggernaut
213585 | Zig:26   | Killed a juggernaut
213586 | Zig:26   | Noticed a juggernaut
213587 | Zig:26   | Noticed a juggernaut
213587 | Zig:26   | Noticed a juggernaut
213587 | Zig:26   | Noticed a juggernaut
213587 | Zig:26   | Noticed a juggernaut
213588 | Zig:26   | Noticed a juggernaut
213588 | Zig:26   | Noticed a juggernaut
213588 | Zig:26   | Noticed a juggernaut
213588 | Zig:26   | Noticed a juggernaut
213588 | Zig:26   | Noticed a juggernaut
213588 | Zig:26   | Noticed a juggernaut
213589 | Zig:26   | Killed a juggernaut
213589 | Zig:26   | Killed a juggernaut
213589 | Zig:26   | Killed a juggernaut
213589 | Zig:26   | Killed a juggernaut
213589 | Zig:26   | Killed a juggernaut
213589 | Zig:26   | Killed a juggernaut
213589 | Zig:26   | Killed a juggernaut
213589 | Zig:26   | Noticed a juggernaut
213590 | Zig:26   | Noticed a juggernaut
213590 | Zig:26   | Noticed a juggernaut
213590 | Zig:26   | Noticed a juggernaut
213590 | Zig:26   | Noticed a juggernaut
213591 | Zig:26   | Killed a juggernaut
213591 | Zig:26   | Killed a juggernaut
213591 | Zig:26   | Killed a juggernaut
213591 | Zig:26   | Noticed a juggernaut
213592 | Zig:26   | Killed a juggernaut
213592 | Zig:26   | Killed a juggernaut
213592 | Zig:26   | Killed a juggernaut
213592 | Zig:26   | Killed a juggernaut
213592 | Zig:26   | Noticed a juggernaut
213592 | Zig:26   | Noticed a juggernaut
213592 | Zig:26   | Noticed a juggernaut
213592 | Zig:26   | Noticed a juggernaut
213593 | Zig:26   | Noticed a juggernaut
213593 | Zig:26   | Noticed a juggernaut
213593 | Zig:26   | Noticed a juggernaut
213593 | Zig:26   | Noticed a juggernaut
213594 | Zig:26   | Noticed a juggernaut
213594 | Zig:26   | Killed a juggernaut
213594 | Zig:26   | Noticed a juggernaut
213595 | Zig:26   | Killed a juggernaut
213595 | Zig:26   | Killed a juggernaut
213595 | Zig:26   | Killed a juggernaut
213595 | Zig:26   | Killed a juggernaut
213595 | Zig:26   | Noticed a juggernaut
213596 | Zig:26   | Killed a juggernaut
213596 | Zig:26   | Killed a juggernaut
213596 | Zig:26   | Killed a juggernaut
213596 | Zig:26   | Killed a juggernaut
213596 | Zig:26   | Killed a juggernaut
213597 | Zig:26   | Killed a juggernaut
213597 | Zig:26   | Killed a juggernaut
213597 | Zig:26   | Killed a juggernaut
213597 | Zig:26   | Killed a juggernaut
213597 | Zig:26   | Noticed a juggernaut
213597 | Zig:26   | Noticed a juggernaut
213597 | Zig:26   | Noticed a juggernaut
213598 | Zig:26   | Noticed a juggernaut
213598 | Zig:26   | Noticed a juggernaut
213598 | Zig:26   | Noticed a juggernaut
213599 | Zig:26   | Noticed a juggernaut
213599 | Zig:26   | Noticed a juggernaut
213599 | Zig:26   | Noticed a juggernaut
213599 | Zig:26   | Noticed a juggernaut
213600 | Zig:26   | Noticed a juggernaut
213600 | Zig:26   | Noticed a juggernaut
213601 | Zig:26   | Killed a juggernaut
213601 | Zig:26   | Killed a juggernaut
213601 | Zig:26   | Killed a juggernaut
213601 | Zig:26   | Killed a juggernaut
213601 | Zig:26   | Killed a juggernaut
213602 | Zig:26   | Killed a juggernaut
213602 | Zig:26   | Killed a juggernaut
213602 | Zig:26   | Killed a juggernaut
213603 | Zig:26   | Killed a juggernaut
213603 | Zig:26   | Killed a juggernaut
213603 | Zig:26   | Killed a juggernaut
213604 | Zig:26   | Killed a juggernaut
213604 | Zig:26   | Noticed a juggernaut
213608 | Zig:26   | Killed a juggernaut
214046 | Zig:26   | Identified the staff of Spores {rF+ Dex+2 Conj}
214073 | Zig:26   | Identified the amulet of Peace {Faith Slay+2}
214086 | Zig:26   | Identified the ring of the Aged Wishes {rCorr Dex+4}
214098 | Zig:26   | Identified the amulet "Muloor" {Reflect rCorr SH+5}
214129 | Zig:26   | Identified the ring of Immorality {rPois rF+ Will+ Int+3}
214314 | Zig:27   | Entered Level 27 of a ziggurat
214785 | Zig:27   | Identified the staff of Imbalance {rF+ Dex+4 Tloc Fire}
214797 | Zig:27   | Identified the +5 longbow of the Brewing Gods {flame, rF-
                  | rCorr Str+3 Int+2}
214829 | Zig:27   | Identified the ring "Lut Hyoh" {^Contam rPois rN+ Int+3
                  | Stlth+}
215052 | Depths:1 | Bought a fading helmet for 323 gold pieces
215052 | Depths:1 | Identified the +5 helmet "Otwiunoz" {Rampage} (You bought
                  | it in a shop on level 1 of the Depths)
215055 | Depths:1 | Bought a scroll of blinking for 75 gold pieces
215055 | Depths:1 | Bought a scroll of blinking for 75 gold pieces
215055 | Depths:1 | Bought a scroll of acquirement for 520 gold pieces
215060 | Depths:1 | Acquired 915 gold pieces
215125 | Zig:1    | Entered Level 1 of a ziggurat
215178 | Zig:2    | Entered Level 2 of a ziggurat
215259 | Zig:3    | Entered Level 3 of a ziggurat
215259 | Zig:3    | Noticed a royal mummy
215259 | Zig:3    | Noticed a royal mummy
215260 | Zig:3    | Killed a royal mummy
215260 | Zig:3    | Killed a royal mummy
215263 | Zig:3    | Noticed a royal mummy
215265 | Zig:3    | Killed a royal mummy
215293 | Zig:3    | Found the +8 trishula "Condemnation" {holy, anguish, *Noise
                  | Fly rN+}
215412 | Zig:4    | Entered Level 4 of a ziggurat
215417 | Zig:4    | Noticed a dread lich
215419 | Zig:4    | Killed a dread lich
215555 | Zig:5    | Entered Level 5 of a ziggurat
215763 | Zig:6    | Entered Level 6 of a ziggurat
215763 | Zig:6    | Noticed a juggernaut
215763 | Zig:6    | Noticed a juggernaut
215764 | Zig:6    | Killed a juggernaut
215764 | Zig:6    | Killed a juggernaut
215767 | Zig:6    | Noticed a juggernaut
215768 | Zig:6    | Killed a juggernaut
215769 | Zig:6    | Noticed a juggernaut
215770 | Zig:6    | Found the necklace of Bloodlust {Fury *Rage Will++ Int-3
                  | Slay+6}
215773 | Zig:6    | Killed a juggernaut
215960 | Zig:6    | Identified the +1 robe "Pog Mey" {rF+ rCorr Str+4}
215962 | Zig:6    | Identified the +8 shortbow "Plog" {flame, Will+ Str+2}
215997 | Zig:7    | Entered Level 7 of a ziggurat
215997 | Zig:7    | Noticed a dread lich
215997 | Zig:7    | Noticed an ancient lich
215997 | Zig:7    | Noticed an ancient lich
215997 | Zig:7    | Noticed a dread lich
215998 | Zig:7    | Noticed a dread lich
215998 | Zig:7    | Noticed a dread lich
215998 | Zig:7    | Noticed an ancient lich
215998 | Zig:7    | Noticed an ancient lich
215998 | Zig:7    | Noticed an ancient lich
215999 | Zig:7    | Killed a dread lich
215999 | Zig:7    | Killed an ancient lich
215999 | Zig:7    | Killed an ancient lich
215999 | Zig:7    | Noticed a dread lich
216000 | Zig:7    | Noticed a dread lich
216001 | Zig:7    | Killed a dread lich
216001 | Zig:7    | Killed an ancient lich
216001 | Zig:7    | Killed an ancient lich
216001 | Zig:7    | Killed a dread lich
216001 | Zig:7    | Killed an ancient lich
216002 | Zig:7    | Killed a dread lich
216002 | Zig:7    | Killed a dread lich
216002 | Zig:7    | Killed a dread lich
216002 | Zig:7    | Noticed an ancient lich
216003 | Zig:7    | Noticed an ancient lich
216003 | Zig:7    | Noticed a dread lich
216003 | Zig:7    | Noticed a dread lich
216004 | Zig:7    | Killed an ancient lich
216004 | Zig:7    | Killed a dread lich
216005 | Zig:7    | Killed an ancient lich
216005 | Zig:7    | Killed a dread lich
216005 | Zig:7    | Noticed a dread lich
216007 | Zig:7    | Killed a dread lich
216163 | Zig:8    | Entered Level 8 of a ziggurat
216163 | Zig:8    | Noticed a juggernaut
216163 | Zig:8    | Noticed a juggernaut
216163 | Zig:8    | Noticed a juggernaut
216164 | Zig:8    | Killed a juggernaut
216164 | Zig:8    | Killed a juggernaut
216164 | Zig:8    | Killed a juggernaut
216164 | Zig:8    | Noticed a juggernaut
216165 | Zig:8    | Noticed a juggernaut
216166 | Zig:8    | Noticed a juggernaut
216166 | Zig:8    | Noticed a juggernaut
216166 | Zig:8    | Noticed a juggernaut
216167 | Zig:8    | Killed a juggernaut
216167 | Zig:8    | Killed a juggernaut
216167 | Zig:8    | Killed a juggernaut
216168 | Zig:8    | Noticed a juggernaut
216170 | Zig:8    | Killed a juggernaut
216170 | Zig:8    | Killed a juggernaut
216171 | Zig:8    | Killed a juggernaut
216360 | Zig:8    | Identified the +7 chain mail "Icoylux" {Dex+3}
216368 | Zig:8    | Identified the +4 long sword of Makhleb's Approval {flame,
                  | rElec rF- rCorr}
216374 | Zig:8    | Identified the +7 orcbow of Ubimp {freeze, rPois Str+4
                  | Int+3}
216390 | Zig:9    | Entered Level 9 of a ziggurat
216403 | Zig:9    | Noticed Sogremic the pandemonium lord
216411 | Zig:9    | Killed Sogremic the pandemonium lord
216516 | Zig:9    | Identified the +7 rapier "Goore" {venom, rF+ Will- Int+4}
216517 | Zig:9    | Identified the +10 orcbow "Ocva" {flame, ^Drain Dex+4}
216686 | Zig:10   | Entered Level 10 of a ziggurat
216696 | Zig:10   | Found the +3 hat of Pondering {ponderous, Will+ MP+10
                  | Int+5}
216932 | Zig:10   | Identified the +1 flail of the Middle {flame, Dex+5}
216955 | Zig:10   | Identified the +3 leather armour of Indecent Exposure
                  | {rPois Str+7 Dex-3}
217003 | Zig:11   | Entered Level 11 of a ziggurat
217003 | Zig:11   | Noticed a royal mummy
217003 | Zig:11   | Noticed a royal mummy
217003 | Zig:11   | Noticed a royal mummy
217003 | Zig:11   | Noticed a royal mummy
217003 | Zig:11   | Noticed a royal mummy
217004 | Zig:11   | Killed a royal mummy
217004 | Zig:11   | Killed a royal mummy
217004 | Zig:11   | Killed a royal mummy
217004 | Zig:11   | Killed a royal mummy
217004 | Zig:11   | Killed a royal mummy
217006 | Zig:11   | Noticed a royal mummy
217006 | Zig:11   | Noticed a royal mummy
217008 | Zig:11   | Killed a royal mummy
217008 | Zig:11   | Noticed a royal mummy
217009 | Zig:11   | Noticed a royal mummy
217009 | Zig:11   | Noticed a royal mummy
217009 | Zig:11   | Noticed a royal mummy
217009 | Zig:11   | Noticed a royal mummy
217009 | Zig:11   | Killed a royal mummy
217010 | Zig:11   | Killed a royal mummy
217010 | Zig:11   | Killed a royal mummy
217010 | Zig:11   | Killed a royal mummy
217010 | Zig:11   | Noticed a royal mummy
217011 | Zig:11   | Killed a royal mummy
217011 | Zig:11   | Killed a royal mummy
217011 | Zig:11   | Noticed a royal mummy
217012 | Zig:11   | Killed a royal mummy
217013 | Zig:11   | Noticed a royal mummy
217013 | Zig:11   | Noticed a royal mummy
217014 | Zig:11   | Killed a royal mummy
217015 | Zig:11   | Killed a royal mummy
217015 | Zig:11   | Killed a royal mummy
217046 | Zig:11   | Identified the +2 rapier "Glorpo" {distort, rF+ rC- Dex+3}
217325 | Zig:12   | Entered Level 12 of a ziggurat
217325 | Zig:12   | Noticed Quogoet's ghost (legendary OpSh)
217325 | Zig:12   | Noticed Omay's ghost (master MiFi)
217325 | Zig:12   | Noticed Ysol's ghost (legendary OpHW)
217326 | Zig:12   | Noticed Mibih's ghost (legendary DjAE)
217326 | Zig:12   | Noticed Oxtuo's ghost (legendary DECj)
217326 | Zig:12   | Noticed Tejiel's ghost (legendary GrFi)
217326 | Zig:12   | Noticed Lagif's ghost (legendary MiFi)
217326 | Zig:12   | Noticed Tejiel's ghost (legendary GrFi)
217326 | Zig:12   | Noticed Lagif's ghost (legendary MiFi)
217326 | Zig:12   | Noticed Ussulutyn's ghost (legendary DsFi)
217326 | Zig:12   | Noticed Ging's ghost (legendary OnFi)
217327 | Zig:12   | Noticed Lagif's ghost (legendary MiFi)
217327 | Zig:12   | Noticed Duta's ghost (legendary FoHu)
217327 | Zig:12   | Noticed Coyd's ghost (legendary HOMo)
217327 | Zig:12   | Noticed Duta's ghost (legendary FoHu)
217327 | Zig:12   | Noticed Ging's ghost (legendary OnFi)
217327 | Zig:12   | Noticed Quogoet's ghost (legendary OpSh)
217327 | Zig:12   | Noticed Coyd's ghost (legendary HOMo)
217328 | Zig:12   | Noticed Coyd's ghost (legendary HOMo)
217328 | Zig:12   | Killed Tejiel's ghost
217328 | Zig:12   | Killed Tejiel's ghost
217328 | Zig:12   | Noticed Bines's ghost (legendary OpSh)
217330 | Zig:12   | Killed Lagif's ghost
217330 | Zig:12   | Killed Lagif's ghost
217330 | Zig:12   | Killed Lagif's ghost
217331 | Zig:12   | Killed Duta's ghost
217331 | Zig:12   | Killed Ysol's ghost
217331 | Zig:12   | Noticed Feuw's ghost (veteran MiBe)
217333 | Zig:12   | Killed Quogoet's ghost
217333 | Zig:12   | Noticed Tejiel's ghost (legendary GrFi)
217333 | Zig:12   | Noticed Nalaklye's ghost (legendary DjCA)
217333 | Zig:12   | Noticed Omay's ghost (master MiFi)
217333 | Zig:12   | Noticed Lagif's ghost (legendary MiFi)
217334 | Zig:12   | Killed Duta's ghost
217334 | Zig:12   | Killed Mibih's ghost
217335 | Zig:12   | Killed Coyd's ghost
217335 | Zig:12   | Killed Quogoet's ghost
217336 | Zig:12   | Noticed Ussulutyn's ghost (legendary DsFi)
217336 | Zig:12   | Noticed Coyd's ghost (legendary HOMo)
217337 | Zig:12   | Killed Coyd's ghost
217337 | Zig:12   | Killed Tejiel's ghost
217337 | Zig:12   | Killed Oxtuo's ghost
217337 | Zig:12   | Noticed Ini Deriu's ghost (legendary DECj)
217337 | Zig:12   | Noticed Ysol's ghost (legendary OpHW)
217339 | Zig:12   | Killed Coyd's ghost
217339 | Zig:12   | Noticed Bines's ghost (legendary OpSh)
217340 | Zig:12   | Killed Nalaklye's ghost
217340 | Zig:12   | Noticed Canwutygu's ghost (veteran MiFi)
217341 | Zig:12   | Killed Ging's ghost
217342 | Zig:12   | Killed Ging's ghost
217342 | Zig:12   | Killed Ysol's ghost
217342 | Zig:12   | Noticed Pixogrep's ghost (legendary OpCj)
217342 | Zig:12   | Noticed Nalaklye's ghost (legendary DjCA)
217342 | Zig:12   | Noticed Hoiham's ghost (legendary MiFi)
217343 | Zig:12   | Killed Omay's ghost
217343 | Zig:12   | Noticed Ini Deriu's ghost (legendary DECj)
217343 | Zig:12   | Noticed Ging's ghost (legendary OnFi)
217344 | Zig:12   | Killed Lagif's ghost
217344 | Zig:12   | Killed Ussulutyn's ghost
217345 | Zig:12   | Noticed Canwutygu's ghost (veteran MiFi)
217345 | Zig:12   | Killed Hoiham's ghost
217345 | Zig:12   | Noticed Omay's ghost (master MiFi)
217346 | Zig:12   | Killed Feuw's ghost
217346 | Zig:12   | Killed Bines's ghost
217347 | Zig:12   | Killed Ini Deriu's ghost
217348 | Zig:12   | Killed Coyd's ghost
217348 | Zig:12   | Killed Ussulutyn's ghost
217349 | Zig:12   | Killed Pixogrep's ghost
217352 | Zig:12   | Killed Omay's ghost
217356 | Zig:12   | Killed Canwutygu's ghost
217361 | Zig:12   | Killed Ging's ghost
217362 | Zig:12   | Killed Bines's ghost
217362 | Zig:12   | Killed Ini Deriu's ghost
217363 | Zig:12   | Killed Nalaklye's ghost
217369 | Zig:12   | Killed Omay's ghost
217382 | Zig:12   | Killed Canwutygu's ghost
217571 | Zig:12   | Identified the +5 mace of the Incandescent {flame, rF++}
217577 | Zig:12   | Identified the +7 shortbow of Ru {flame, rN+ Dex+3}
217578 | Zig:12   | Identified the +6 glaive of Indomitability {venom, Int+4
                  | Stlth+}
217647 | Zig:13   | Entered Level 13 of a ziggurat
217705 | Zig:13   | Identified the +8 hand axe "Demonbane" {heavy, Int+3 Dex+5}
217707 | Zig:13   | Identified the +7 double sword of Irritation {freeze,
                  | rPois}
217735 | Zig:13   | Identified the amulet "Torintysk" {Reflect +Inv rC- rCorr
                  | SH+5}
217774 | Zig:13   | Identified the +2 halberd "Gram" {venom, ^Contam rCorr
                  | Str+3}
217975 | Zig:14   | Entered Level 14 of a ziggurat
217975 | Zig:14   | Noticed a seraph
217975 | Zig:14   | Noticed a seraph
217975 | Zig:14   | Noticed a seraph
217975 | Zig:14   | Noticed a seraph
217975 | Zig:14   | Noticed a seraph
217975 | Zig:14   | Identified the +0 tower shield of the Morning {Rampage
                  | Dex-4 SInv Stlth-}
217977 | Zig:14   | Killed a seraph
217978 | Zig:14   | Killed a seraph
217978 | Zig:14   | Noticed a seraph
217979 | Zig:14   | Killed a seraph
217979 | Zig:14   | Noticed a seraph
217983 | Zig:14   | Killed a seraph
217984 | Zig:14   | Killed a seraph
217985 | Zig:14   | Killed a seraph
217985 | Zig:14   | Noticed a seraph
217986 | Zig:14   | Noticed a seraph
217986 | Zig:14   | Noticed a seraph
217986 | Zig:14   | Noticed a seraph
217987 | Zig:14   | Noticed a seraph
217987 | Zig:14   | Noticed a seraph
217987 | Zig:14   | Killed a seraph
217988 | Zig:14   | Killed a seraph
217989 | Zig:14   | Killed a seraph
217989 | Zig:14   | Killed a seraph
217999 | Zig:14   | Killed a seraph
217999 | Zig:14   | Killed a seraph
218000 | Zig:14   | Killed a seraph
218004 | Zig:14   | Noticed a seraph
218007 | Zig:14   | Noticed a seraph
218008 | Zig:14   | Noticed a seraph
218010 | Zig:14   | Killed a seraph
218012 | Zig:14   | Noticed a seraph
218013 | Zig:14   | Noticed a seraph
218014 | Zig:14   | Killed a seraph
218015 | Zig:14   | Killed a seraph
218017 | Zig:14   | Killed a seraph
218019 | Zig:14   | Killed a seraph
218023 | Zig:14   | Identified the +2 tower shield of Obexof {rElec Slay+2}
218032 | Zig:14   | Identified the +3 tower shield of Panentheism {Slay+2}
218276 | Zig:14   | Found the +3 robe of Clouds {*Thunder rCloud rElec}
218284 | Zig:14   | Identified the +5 hand axe of the Howling Messenger {spect,
                  | ^Fragile rElec rC+}
218286 | Zig:14   | Identified the +2 robe "Untat" {Int+2}
218288 | Zig:14   | Identified the ring of Zin's Favour {rC+++ Will- rCorr AC+4
                  | Dex+2}
218293 | Zig:14   | Identified the +0 scale mail of Dramatic Exits {+Blink
                  | Str+3}
218294 | Zig:14   | Identified the ring "Worur" {rElec rCorr Str+2 Int-2}
218298 | Zig:14   | Identified the amulet of Midnight {Spirit Fly Regen+ Dex+3}
218309 | Zig:14   | Identified the staff of Zacol {Dex+4 Conj}
218330 | Zig:14   | Acquired the +5 Storm Queen's Shield {shock, Fly rElec}
218330 | Zig:14   | Found the +5 Storm Queen's Shield {shock, Fly rElec}
218334 | Zig:14   | Acquired 608 gold pieces
218349 | Zig:15   | Entered Level 15 of a ziggurat
218349 | Zig:15   | Noticed a juggernaut
218349 | Zig:15   | Noticed a juggernaut
218349 | Zig:15   | Noticed a juggernaut
218349 | Zig:15   | Noticed a juggernaut
218350 | Zig:15   | Killed a juggernaut
218350 | Zig:15   | Killed a juggernaut
218350 | Zig:15   | Killed a juggernaut
218352 | Zig:15   | Noticed a juggernaut
218357 | Zig:15   | Noticed a juggernaut
218358 | Zig:15   | Killed a juggernaut
218359 | Zig:15   | Noticed a juggernaut
218359 | Zig:15   | Noticed a juggernaut
218359 | Zig:15   | Noticed a juggernaut
218359 | Zig:15   | Noticed a juggernaut
218359 | Zig:15   | Killed a juggernaut
218360 | Zig:15   | Noticed a juggernaut
218361 | Zig:15   | Killed a juggernaut
218361 | Zig:15   | Killed a juggernaut
218361 | Zig:15   | Killed a juggernaut
218361 | Zig:15   | Killed a juggernaut
218361 | Zig:15   | Killed a juggernaut
218362 | Zig:15   | Killed a juggernaut
218363 | Zig:15   | Found the +13 scythe of Curses {drain, curses, ^Drain}
218413 | Zig:15   | Identified the ring of Saubec {rF+ MP+9 Str-5 Int+2 Stlth+}
218439 | Zig:15   | Identified the ring of Qico {+Blink rPois rCorr Dex+2}
218774 | Zig:16   | Entered Level 16 of a ziggurat
219121 | Zig:16   | Identified the ring of Lust {rElec rF+ rN+ Int+2 Stlth+}
219123 | Zig:16   | Identified the staff of the Moth {^Fragile rPois Will++
                  | SInv Hexes Alchemy}
219133 | Zig:16   | Identified the +0 robe "Pated" {Dex+3}
219205 | Zig:17   | Entered Level 17 of a ziggurat
219246 | Zig:17   | Noticed Pewejus the pandemonium lord
219252 | Zig:17   | Killed Pewejus the pandemonium lord
219305 | Zig:17   | Found the +2 shield of Resistance {rF++ rC++ Will++}
219598 | Zig:17   | Identified the +2 mace of Impatience {heavy, rF+ rN+}
219608 | Zig:17   | Identified the +5 war axe of Darkness {heavy, SInv}
219614 | Zig:17   | Identified the staff "Ifigim" {rC+ Stlth+ Conj}
219616 | Zig:17   | Identified the +4 hand axe "Qacvualu" {freeze, Int+3}
219625 | Zig:17   | Identified the staff of Gulidous {rElec Will++ Air Alchemy}
219675 | Zig:17   | Upgraded the game from 0.32-a0-576-g706899e69d to
                  | 0.32-a0-597-g8e3e136d6a
219681 | Zig:18   | Entered Level 18 of a ziggurat
219681 | Zig:18   | Noticed a juggernaut
219681 | Zig:18   | Noticed a juggernaut
219681 | Zig:18   | Noticed a juggernaut
219681 | Zig:18   | Noticed a juggernaut
219681 | Zig:18   | Noticed a juggernaut
219682 | Zig:18   | Killed a juggernaut
219682 | Zig:18   | Killed a juggernaut
219682 | Zig:18   | Killed a juggernaut
219682 | Zig:18   | Killed a juggernaut
219682 | Zig:18   | Killed a juggernaut
219682 | Zig:18   | Noticed a juggernaut
219683 | Zig:18   | Noticed a juggernaut
219683 | Zig:18   | Noticed a juggernaut
219685 | Zig:18   | Noticed a juggernaut
219686 | Zig:18   | Noticed a juggernaut
219686 | Zig:18   | Noticed a juggernaut
219686 | Zig:18   | Noticed a juggernaut
219687 | Zig:18   | Noticed a juggernaut
219687 | Zig:18   | Noticed a juggernaut
219687 | Zig:18   | Noticed a juggernaut
219688 | Zig:18   | Noticed a juggernaut
219689 | Zig:18   | Killed a juggernaut
219689 | Zig:18   | Killed a juggernaut
219689 | Zig:18   | Killed a juggernaut
219689 | Zig:18   | Killed a juggernaut
219689 | Zig:18   | Killed a juggernaut
219689 | Zig:18   | Killed a juggernaut
219689 | Zig:18   | Killed a juggernaut
219689 | Zig:18   | Killed a juggernaut
219689 | Zig:18   | Noticed a juggernaut
219690 | Zig:18   | Killed a juggernaut
219690 | Zig:18   | Killed a juggernaut
219690 | Zig:18   | Killed a juggernaut
219690 | Zig:18   | Noticed a juggernaut
219691 | Zig:18   | Noticed a juggernaut
219692 | Zig:18   | Noticed a juggernaut
219692 | Zig:18   | Found the amulet of the Air {Inacc Air Fly rElec RMsl}
219692 | Zig:18   | Killed a juggernaut
219695 | Zig:18   | Killed a juggernaut
219695 | Zig:18   | Killed a juggernaut
219698 | Zig:18   | Killed a juggernaut
220090 | Zig:18   | Identified the ring of Cedyhopn {rF- rC+ Will+ SInv Stlth+}
220092 | Zig:18   | Identified the ring of Starshine {Int+5 Dex+6 Stlth-}
220126 | Zig:18   | Identified the +8 triple crossbow of Mens Rea {penet, rElec
                  | Dex+3}
220161 | Zig:18   | Identified the +2 trident of Moderation {holy, rC+ MP+9}
220224 | Zig:19   | Entered Level 19 of a ziggurat
220275 | Zig:19   | Identified the +0 flail "Reiwacroda" {venom, Stlth+}
220290 | Zig:19   | Identified the +1 leather armour "Rogu" {rPois Will- Int+9
                  | Dex-5}
220639 | Zig:20   | Entered Level 20 of a ziggurat
220639 | Zig:20   | Noticed a royal mummy
220639 | Zig:20   | Noticed a royal mummy
220639 | Zig:20   | Noticed a royal mummy
220639 | Zig:20   | Noticed a royal mummy
220639 | Zig:20   | Noticed a royal mummy
220639 | Zig:20   | Noticed a royal mummy
220639 | Zig:20   | Noticed a royal mummy
220639 | Zig:20   | Noticed a royal mummy
220639 | Zig:20   | Noticed a royal mummy
220640 | Zig:20   | Killed a royal mummy
220640 | Zig:20   | Killed a royal mummy
220640 | Zig:20   | Killed a royal mummy
220640 | Zig:20   | Killed a royal mummy
220640 | Zig:20   | Killed a royal mummy
220640 | Zig:20   | Killed a royal mummy
220640 | Zig:20   | Killed a royal mummy
220642 | Zig:20   | Killed a royal mummy
220642 | Zig:20   | Killed a royal mummy
220643 | Zig:20   | Noticed a royal mummy
220644 | Zig:20   | Noticed a royal mummy
220644 | Zig:20   | Noticed a royal mummy
220644 | Zig:20   | Noticed a royal mummy
220645 | Zig:20   | Killed a royal mummy
220645 | Zig:20   | Killed a royal mummy
220645 | Zig:20   | Noticed a royal mummy
220645 | Zig:20   | Noticed a royal mummy
220646 | Zig:20   | Killed a royal mummy
220646 | Zig:20   | Killed a royal mummy
220646 | Zig:20   | Noticed a royal mummy
220646 | Zig:20   | Noticed a royal mummy
220647 | Zig:20   | Killed a royal mummy
220647 | Zig:20   | Killed a royal mummy
220647 | Zig:20   | Killed a royal mummy
220647 | Zig:20   | Killed a royal mummy
220647 | Zig:20   | Killed a royal mummy
220647 | Zig:20   | Noticed a royal mummy
220649 | Zig:20   | Noticed a royal mummy
220649 | Zig:20   | Noticed a royal mummy
220649 | Zig:20   | Noticed a royal mummy
220649 | Zig:20   | Noticed a royal mummy
220649 | Zig:20   | Noticed a royal mummy
220649 | Zig:20   | Noticed a royal mummy
220649 | Zig:20   | Noticed a royal mummy
220649 | Zig:20   | Noticed a royal mummy
220649 | Zig:20   | Noticed a royal mummy
220649 | Zig:20   | Noticed a royal mummy
220650 | Zig:20   | Killed a royal mummy
220650 | Zig:20   | Killed a royal mummy
220650 | Zig:20   | Killed a royal mummy
220650 | Zig:20   | Killed a royal mummy
220650 | Zig:20   | Killed a royal mummy
220650 | Zig:20   | Killed a royal mummy
220650 | Zig:20   | Killed a royal mummy
220651 | Zig:20   | Killed a royal mummy
220651 | Zig:20   | Killed a royal mummy
220651 | Zig:20   | Killed a royal mummy
220651 | Zig:20   | Killed a royal mummy
220651 | Zig:20   | Noticed a royal mummy
220655 | Zig:20   | Killed a royal mummy
220655 | Zig:20   | Noticed a royal mummy
220655 | Zig:20   | Noticed a royal mummy
220655 | Zig:20   | Noticed a royal mummy
220656 | Zig:20   | Killed a royal mummy
220657 | Zig:20   | Noticed a royal mummy
220657 | Zig:20   | Noticed a royal mummy
220657 | Zig:20   | Noticed a royal mummy
220657 | Zig:20   | Noticed a royal mummy
220658 | Zig:20   | Noticed a royal mummy
220659 | Zig:20   | Noticed a royal mummy
220659 | Zig:20   | Noticed a dread lich
220660 | Zig:20   | Killed a royal mummy
220660 | Zig:20   | Killed a royal mummy
220660 | Zig:20   | Killed a royal mummy
220660 | Zig:20   | Killed a dread lich
220660 | Zig:20   | Killed a royal mummy
220660 | Zig:20   | Killed a royal mummy
220660 | Zig:20   | Noticed a royal mummy
220660 | Zig:20   | Noticed a royal mummy
220661 | Zig:20   | Noticed a royal mummy
220661 | Zig:20   | Noticed a royal mummy
220661 | Zig:20   | Noticed a royal mummy
220661 | Zig:20   | Noticed a royal mummy
220661 | Zig:20   | Noticed a royal mummy
220661 | Zig:20   | Noticed a royal mummy
220663 | Zig:20   | Killed a royal mummy
220663 | Zig:20   | Killed a royal mummy
220663 | Zig:20   | Killed a royal mummy
220663 | Zig:20   | Killed a royal mummy
220663 | Zig:20   | Killed a royal mummy
220663 | Zig:20   | Killed a royal mummy
220663 | Zig:20   | Killed a royal mummy
220663 | Zig:20   | Killed a royal mummy
220663 | Zig:20   | Killed a royal mummy
220663 | Zig:20   | Killed a royal mummy
220663 | Zig:20   | Killed a royal mummy
220665 | Zig:20   | Noticed a royal mummy
220670 | Zig:20   | Killed a royal mummy
220909 | Zig:20   | Found the +3 pair of mountain boots {steadfast, rC+}
220923 | Zig:20   | Found the +9 sword of Zonguldrok {reap}
220996 | Zig:20   | Found the +6 Majin-Bo {spellvamp, MP+6 Int+6}
221066 | Zig:20   | Identified the ring "Umnawa" {^Drain rElec AC+4 Int+2
                  | Dex+2}
221068 | Zig:20   | Identified the +2 ring mail of Dyix {rN+ Will+ Dex+3}
221069 | Zig:20   | Identified the ring of Wishful Thinking {Ice Str+2 SInv}
221076 | Zig:20   | Identified the +0 battleaxe "Omipn" {venom, ^Fragile rN+
                  | Str+7 Stlth-}
221209 | Zig:21   | Entered Level 21 of a ziggurat
221231 | Zig:21   | Found the amulet of the Four Winds {rN+ Will+++ Clar}
221710 | Zig:21   | Identified the +4 pair of gloves of Zyacoes {rPois Str+2}
221731 | Zig:22   | Entered Level 22 of a ziggurat
222225 | Zig:22   | Identified the +1 pair of boots of the Everdark {MP+9
                  | Stlth+}
222239 | Zig:22   | Identified the +0 rapier "Bosoakh" {vamp, rElec rC+ rCorr}
222252 | Zig:22   | Identified the +5 dagger of In Flagrante Delicto {spect,
                  | rF+}
222261 | Zig:22   | Identified the ring "Huurchef" {Str+6 Int+4}
222265 | Zig:22   | Identified the +11 shadow dragon scales "Suqucaumo" {Dex+3
                  | Slay+3 Stlth++++}
222391 | Zig:23   | Entered Level 23 of a ziggurat
222779 | Zig:23   | Identified the ring "Agrumu" {Fire *Corrode rN+ Will+
                  | Dex+3}
222780 | Zig:23   | Identified the staff of Ixoaco {^Fragile rC+ Str+3 Dex+3
                  | Ice}
222781 | Zig:23   | Identified the ring "Sedofig" {EV+5 Int+5 Dex+2 Slay+2}
222784 | Zig:23   | Identified the +7 mace "Gibluic" {chaos, Int+6}
222785 | Zig:23   | Identified the staff "Akedwene" {rPois rCorr Summ Alchemy}
222803 | Zig:23   | Identified the staff of the Baking Weasel {rElec rF+ Int+3
                  | Fire}
222839 | Zig:24   | Entered Level 24 of a ziggurat
223315 | Zig:24   | Identified the ring of Tiasoleg {rF++ EV+5}
223361 | Zig:24   | Identified the orb "Orab" {*Rage, Rampage rCorr Str+4}
223376 | Zig:24   | Identified the +0 plate armour "Teysan" {rC++ rN+ Dex-2}
223398 | Zig:24   | Identified the +3 arbalest of the People {heavy, rPois rF-
                  | rN+++ Str-3}
223473 | Zig:25   | Entered Level 25 of a ziggurat
223474 | Zig:25   | Identified the +3 buckler of Baphihun {Slay+3}
223474 | Zig:25   | Noticed a seraph
223474 | Zig:25   | Noticed a seraph
223475 | Zig:25   | Killed a seraph
223479 | Zig:25   | Noticed a seraph
223480 | Zig:25   | Noticed a seraph
223481 | Zig:25   | Noticed a seraph
223481 | Zig:25   | Noticed a seraph
223481 | Zig:25   | Noticed a seraph
223481 | Zig:25   | Noticed a seraph
223481 | Zig:25   | Noticed a seraph
223481 | Zig:25   | Noticed a seraph
223481 | Zig:25   | Noticed a seraph
223481 | Zig:25   | Noticed a seraph
223483 | Zig:25   | Killed a seraph
223483 | Zig:25   | Killed a seraph
223483 | Zig:25   | Killed a seraph
223484 | Zig:25   | Noticed a seraph
223484 | Zig:25   | Killed a seraph
223486 | Zig:25   | Killed a seraph
223486 | Zig:25   | Killed a seraph
223486 | Zig:25   | Killed a seraph
223486 | Zig:25   | Killed a seraph
223486 | Zig:25   | Noticed a seraph
223487 | Zig:25   | Killed a seraph
223487 | Zig:25   | Killed a seraph
223489 | Zig:25   | Noticed a seraph
223490 | Zig:25   | Killed a seraph
223490 | Zig:25   | Noticed a seraph
223491 | Zig:25   | Identified the +2 buckler "Teavuaka" {Int+3 Dex+3 SInv}
223491 | Zig:25   | Killed a seraph
223492 | Zig:25   | Noticed a seraph
223492 | Zig:25   | Noticed a seraph
223493 | Zig:25   | Killed a seraph
223493 | Zig:25   | Noticed a seraph
223493 | Zig:25   | Noticed a seraph
223494 | Zig:25   | Noticed a seraph
223503 | Zig:25   | Killed a seraph
223506 | Zig:25   | Killed a seraph
223507 | Zig:25   | Killed a seraph
223507 | Zig:25   | Killed a seraph
223508 | Zig:25   | Noticed a seraph
223508 | Zig:25   | Noticed a seraph
223508 | Zig:25   | Noticed a seraph
223508 | Zig:25   | Noticed a seraph
223508 | Zig:25   | Noticed a seraph
223508 | Zig:25   | Noticed a seraph
223508 | Zig:25   | Noticed a seraph
223509 | Zig:25   | Killed a seraph
223509 | Zig:25   | Noticed a seraph
223510 | Zig:25   | Noticed a seraph
223510 | Zig:25   | Identified the +2 tower shield of the Evening Star {rPois
                  | Regen+}
223510 | Zig:25   | Killed a seraph
223511 | Zig:25   | Killed a seraph
223511 | Zig:25   | Killed a seraph
223511 | Zig:25   | Killed a seraph
223512 | Zig:25   | Killed a seraph
223513 | Zig:25   | Identified the +2 tower shield of Good Intentions {Str+3
                  | Int+4}
223513 | Zig:25   | Killed a seraph
223513 | Zig:25   | Killed a seraph
223513 | Zig:25   | Noticed a seraph
223514 | Zig:25   | Killed a seraph
223514 | Zig:25   | Killed a seraph
223516 | Zig:25   | Killed a seraph
223520 | Zig:25   | Noticed a seraph
223520 | Zig:25   | Noticed a seraph
223521 | Zig:25   | Noticed a seraph
223522 | Zig:25   | Noticed a seraph
223523 | Zig:25   | Killed a seraph
223525 | Zig:25   | Killed a seraph
223525 | Zig:25   | Killed a seraph
223528 | Zig:25   | Killed a seraph
223528 | Zig:25   | Killed a seraph
223531 | Zig:25   | Killed a seraph
223538 | Zig:25   | Noticed a seraph
223546 | Zig:25   | Killed a seraph
223554 | Zig:25   | Noticed a seraph
223562 | Zig:25   | Killed a seraph
223562 | Zig:25   | Noticed a seraph
223565 | Zig:25   | Killed a seraph
223926 | Zig:25   | Found the crystal ball of Wucad Mu {*channel}
223930 | Zig:25   | Found the +3 Elemental Staff {ele, rElec rF+ rC+ AC+3}
223937 | Zig:25   | Identified the staff of the Middle {rC+ Int+3 Ice Air}
223940 | Zig:25   | Identified the +5 long sword "Daux" {speed, rF+ rC+ Str-3
                  | Int+2}
223947 | Zig:25   | Identified the +3 mace of Insufficient Pleasure {vamp,
                  | +Blink MP+9 Stlth+}
223951 | Zig:25   | Identified the +4 ring mail "Iptaf" {rElec rC- Dex+4
                  | Stlth+}
223955 | Zig:25   | Identified the ring of Myutis {Ice Dex+2 Slay+2}
223956 | Zig:25   | Identified the +0 leather armour of Dust Devil {rElec
                  | rCorr}
224022 | Zig:26   | Entered Level 26 of a ziggurat
224576 | Zig:26   | Identified the +1 shortbow of Balance {freeze, ^Contam
                  | rElec rN+ Int+6}
224585 | Zig:26   | Identified the +0 leather armour of Kipob {Dex+6 Stlth-}
224588 | Zig:26   | Identified the +6 eveningstar of Friendship {speed, Fly
                  | rCorr Dex+3}
224589 | Zig:26   | Identified the +5 rapier "Kohiyjed" {vamp, rElec rF+ Dex+2}
224598 | Zig:26   | Identified the ring "Cytrus" {rElec rPois Int+3}
224600 | Zig:26   | Identified the +7 rapier of Naramixuc {protect, rN+ SInv}
224605 | Zig:26   | Identified the +4 halberd of Subjectivity {pain, Dex+2
                  | Stlth+}
224635 | Zig:27   | Entered Level 27 of a ziggurat
224635 | Zig:27   | Noticed Odghen the pandemonium lord
224635 | Zig:27   | Noticed Tegeiw the pandemonium lord
224635 | Zig:27   | Noticed Yjec the pandemonium lord
224635 | Zig:27   | Noticed Basily the pandemonium lord
224635 | Zig:27   | Noticed Voell the pandemonium lord
224635 | Zig:27   | Noticed Javippom the pandemonium lord
224636 | Zig:27   | Noticed Ameem the pandemonium lord
224636 | Zig:27   | Noticed Cuafig the pandemonium lord
224636 | Zig:27   | Noticed Zici Yru the pandemonium lord
224636 | Zig:27   | Noticed Diak Joa the pandemonium lord
224636 | Zig:27   | Noticed Tygezear the pandemonium lord
224636 | Zig:27   | Noticed Serpho the pandemonium lord
224636 | Zig:27   | Noticed Zyphesa the pandemonium lord
224636 | Zig:27   | Noticed Tylal the pandemonium lord
224637 | Zig:27   | Killed Diak Joa the pandemonium lord
224637 | Zig:27   | Killed Cuafig the pandemonium lord
224637 | Zig:27   | Killed Ameem the pandemonium lord
224637 | Zig:27   | Killed Basily the pandemonium lord
224637 | Zig:27   | Noticed Riddiv the pandemonium lord
224637 | Zig:27   | Noticed Ocvucimawk the pandemonium lord
224637 | Zig:27   | Noticed Danucoz the pandemonium lord
224637 | Zig:27   | Noticed Teozitt the pandemonium lord
224638 | Zig:27   | Noticed Ibremy the pandemonium lord
224639 | Zig:27   | Killed Odghen the pandemonium lord
224639 | Zig:27   | Killed Voell the pandemonium lord
224639 | Zig:27   | Noticed Vacly the pandemonium lord
224640 | Zig:27   | Killed Zyphesa the pandemonium lord
224640 | Zig:27   | Noticed Sawoodes the pandemonium lord
224641 | Zig:27   | Killed Tylal the pandemonium lord
224641 | Zig:27   | Killed Sawoodes the pandemonium lord
224642 | Zig:27   | Killed Javippom the pandemonium lord
224642 | Zig:27   | Killed Riddiv the pandemonium lord
224642 | Zig:27   | Killed Yjec the pandemonium lord
224642 | Zig:27   | Killed Tegeiw the pandemonium lord
224642 | Zig:27   | Noticed Owumudgh the pandemonium lord
224642 | Zig:27   | Noticed Fecs the pandemonium lord
224642 | Zig:27   | Noticed Awkimeu the pandemonium lord
224642 | Zig:27   | Noticed Nodghafa the pandemonium lord
224642 | Zig:27   | Noticed Opuclabrogg the pandemonium lord
224643 | Zig:27   | Noticed Okystr Macwu the pandemonium lord
224643 | Zig:27   | Noticed Cofo Mokh the pandemonium lord
224643 | Zig:27   | Noticed Uthibbouzo the pandemonium lord
224643 | Zig:27   | Noticed Etuqutza the pandemonium lord
224643 | Zig:27   | Noticed Zeuhilia the pandemonium lord
224643 | Zig:27   | Noticed Wiahaas the pandemonium lord
224643 | Zig:27   | Noticed Nuleasch the pandemonium lord
224644 | Zig:27   | Killed Tygezear the pandemonium lord
224644 | Zig:27   | Killed Teozitt the pandemonium lord
224644 | Zig:27   | Killed Zici Yru the pandemonium lord
224644 | Zig:27   | Killed Fecs the pandemonium lord
224644 | Zig:27   | Killed Ibremy the pandemonium lord
224644 | Zig:27   | Killed Danucoz the pandemonium lord
224644 | Zig:27   | Noticed Imeamado the pandemonium lord
224645 | Zig:27   | Killed Zeuhilia the pandemonium lord
224645 | Zig:27   | Killed Okystr Macwu the pandemonium lord
224645 | Zig:27   | Noticed Baqo the pandemonium lord
224645 | Zig:27   | Noticed Ikhu the pandemonium lord
224645 | Zig:27   | Killed Nodghafa the pandemonium lord
224646 | Zig:27   | Killed Awkimeu the pandemonium lord
224646 | Zig:27   | Killed Imeamado the pandemonium lord
224646 | Zig:27   | Killed Nuleasch the pandemonium lord
224646 | Zig:27   | Noticed Paso the pandemonium lord
224646 | Zig:27   | Noticed Fyoted the pandemonium lord
224647 | Zig:27   | Noticed Niwog the pandemonium lord
224647 | Zig:27   | Noticed Husisi the pandemonium lord
224647 | Zig:27   | Noticed Xear the pandemonium lord
224647 | Zig:27   | Noticed Nasungel the pandemonium lord
224647 | Zig:27   | Noticed Zeppesh the pandemonium lord
224647 | Zig:27   | Noticed Foabein the pandemonium lord
224647 | Zig:27   | Noticed Igiskimp the pandemonium lord
224647 | Zig:27   | Noticed Buingaos the pandemonium lord
224647 | Zig:27   | Noticed Deutuom the pandemonium lord
224647 | Zig:27   | Noticed Rufet the pandemonium lord
224647 | Zig:27   | Noticed Fiuh the pandemonium lord
224647 | Zig:27   | Noticed Fuicous the pandemonium lord
224647 | Zig:27   | Noticed Woggeqo the pandemonium lord
224647 | Zig:27   | Noticed Gemub the pandemonium lord
224647 | Zig:27   | Noticed Otema the pandemonium lord
224647 | Zig:27   | Noticed Gatseisi the pandemonium lord
224647 | Zig:27   | Noticed Debaoreutz the pandemonium lord
224647 | Zig:27   | Noticed Nodoe the pandemonium lord
224647 | Zig:27   | Noticed Koojeor the pandemonium lord
224648 | Zig:27   | Killed Zeppesh the pandemonium lord
224648 | Zig:27   | Killed Gemub the pandemonium lord
224648 | Zig:27   | Killed Wiahaas the pandemonium lord
224648 | Zig:27   | Killed Baqo the pandemonium lord
224648 | Zig:27   | Killed Foabein the pandemonium lord
224648 | Zig:27   | Killed Fiuh the pandemonium lord
224648 | Zig:27   | Killed Cofo Mokh the pandemonium lord
224648 | Zig:27   | Noticed Sosub the pandemonium lord
224648 | Zig:27   | Noticed Wuuxzid the pandemonium lord
224648 | Zig:27   | Noticed Uhiupoem the pandemonium lord
224648 | Zig:27   | Noticed Mujutaon the pandemonium lord
224648 | Zig:27   | Noticed Zufic the pandemonium lord
224649 | Zig:27   | Noticed Juumoh the pandemonium lord
224649 | Zig:27   | Killed Etuqutza the pandemonium lord
224649 | Zig:27   | Killed Opuclabrogg the pandemonium lord
224649 | Zig:27   | Killed Xear the pandemonium lord
224649 | Zig:27   | Killed Igiskimp the pandemonium lord
224649 | Zig:27   | Killed Fyoted the pandemonium lord
224649 | Zig:27   | Killed Koojeor the pandemonium lord
224649 | Zig:27   | Killed Deutuom the pandemonium lord
224649 | Zig:27   | Noticed Vytukh the pandemonium lord
224649 | Zig:27   | Noticed Ehuity Culli the pandemonium lord
224649 | Zig:27   | Killed Debaoreutz the pandemonium lord
224649 | Zig:27   | Noticed Xothru the pandemonium lord
224650 | Zig:27   | Killed Uthibbouzo the pandemonium lord
224650 | Zig:27   | Killed Nodoe the pandemonium lord
224650 | Zig:27   | Killed Niwog the pandemonium lord
224650 | Zig:27   | Killed Uhiupoem the pandemonium lord
224650 | Zig:27   | Killed Xothru the pandemonium lord
224650 | Zig:27   | Killed Rufet the pandemonium lord
224650 | Zig:27   | Killed Zufic the pandemonium lord
224650 | Zig:27   | Killed Vytukh the pandemonium lord
224650 | Zig:27   | Noticed Bialust the pandemonium lord
224650 | Zig:27   | Noticed Onnufean the pandemonium lord
224651 | Zig:27   | Killed Vacly the pandemonium lord
224651 | Zig:27   | Killed Owumudgh the pandemonium lord
224651 | Zig:27   | Killed Serpho the pandemonium lord
224651 | Zig:27   | Killed Husisi the pandemonium lord
224651 | Zig:27   | Killed Woggeqo the pandemonium lord
224651 | Zig:27   | Killed Ikhu the pandemonium lord
224651 | Zig:27   | Killed Buingaos the pandemonium lord
224651 | Zig:27   | Killed Bialust the pandemonium lord
224651 | Zig:27   | Noticed Zagicy the pandemonium lord
224651 | Zig:27   | Noticed Quckisuy the pandemonium lord
224651 | Zig:27   | Noticed Loigomox the pandemonium lord
224652 | Zig:27   | Noticed Dezo the pandemonium lord
224652 | Zig:27   | Noticed Unkiudgh the pandemonium lord
224652 | Zig:27   | Killed Sosub the pandemonium lord
224652 | Zig:27   | Killed Mujutaon the pandemonium lord
224652 | Zig:27   | Killed Wuuxzid the pandemonium lord
224652 | Zig:27   | Killed Onnufean the pandemonium lord
224652 | Zig:27   | Killed Qaha the pandemonium lord
224652 | Zig:27   | Killed Fuqeinel the pandemonium lord
224652 | Zig:27   | Killed Paso the pandemonium lord
224652 | Zig:27   | Noticed Moigal the pandemonium lord
224652 | Zig:27   | Noticed Ricewoat the pandemonium lord
224653 | Zig:27   | Killed Unkiudgh the pandemonium lord
224653 | Zig:27   | Killed Axaxzy the pandemonium lord
224653 | Zig:27   | Killed Ricewoat the pandemonium lord
224653 | Zig:27   | Noticed Oxzorph the pandemonium lord
224653 | Zig:27   | Noticed Lolan the pandemonium lord
224653 | Zig:27   | Noticed Gidoppar the pandemonium lord
224653 | Zig:27   | Noticed Rusell the pandemonium lord
224654 | Zig:27   | Killed Quckisuy the pandemonium lord
224654 | Zig:27   | Killed Oxzorph the pandemonium lord
224654 | Zig:27   | Killed Moigal the pandemonium lord
224654 | Zig:27   | Noticed Gekey the pandemonium lord
224655 | Zig:27   | Noticed Piamyopn the pandemonium lord
224655 | Zig:27   | Noticed Ruvvaguu the pandemonium lord
224656 | Zig:27   | Killed Nasungel the pandemonium lord
224656 | Zig:27   | Killed Juumoh the pandemonium lord
224656 | Zig:27   | Killed Dezo the pandemonium lord
224656 | Zig:27   | Killed Ocvucimawk the pandemonium lord
224656 | Zig:27   | Noticed Ympir the pandemonium lord
224656 | Zig:27   | Noticed Ruthump the pandemonium lord
224656 | Zig:27   | Noticed Qoheh the pandemonium lord
224656 | Zig:27   | Noticed Gaq Dynesm the pandemonium lord
224657 | Zig:27   | Killed Zagicy the pandemonium lord
224657 | Zig:27   | Killed Ehuity Culli the pandemonium lord
224657 | Zig:27   | Killed Loigomox the pandemonium lord
224657 | Zig:27   | Killed Otema the pandemonium lord
224657 | Zig:27   | Noticed Tafah the pandemonium lord
224657 | Zig:27   | Noticed Gokiato the pandemonium lord
224658 | Zig:27   | Killed Gatseisi the pandemonium lord
224658 | Zig:27   | Killed Ympir the pandemonium lord
224658 | Zig:27   | Noticed Ynuihas the pandemonium lord
224658 | Zig:27   | Noticed Muedaur the pandemonium lord
224659 | Zig:27   | Killed Rusell the pandemonium lord
224659 | Zig:27   | Killed Ruthump the pandemonium lord
224659 | Zig:27   | Noticed Guanwil the pandemonium lord
224659 | Zig:27   | Noticed Ficy the pandemonium lord
224660 | Zig:27   | Killed Gidoppar the pandemonium lord
224660 | Zig:27   | Killed Gaq Dynesm the pandemonium lord
224660 | Zig:27   | Killed Ficy the pandemonium lord
224660 | Zig:27   | Killed Gekey the pandemonium lord
224660 | Zig:27   | Killed Ruvvaguu the pandemonium lord
224660 | Zig:27   | Noticed Xuajich the pandemonium lord
224660 | Zig:27   | Noticed Oryneascho the pandemonium lord
224660 | Zig:27   | Noticed Cujomo Xugu the pandemonium lord
224661 | Zig:27   | Killed Ynuihas the pandemonium lord
224661 | Zig:27   | Killed Guanwil the pandemonium lord
224661 | Zig:27   | Killed Muedaur the pandemonium lord
224661 | Zig:27   | Killed Oryneascho the pandemonium lord
224661 | Zig:27   | Killed Fuicous the pandemonium lord
224661 | Zig:27   | Noticed Atihoera the pandemonium lord
224661 | Zig:27   | Noticed Qunwue the pandemonium lord
224661 | Zig:27   | Noticed Laiwk the pandemonium lord
224662 | Zig:27   | Killed Piamyopn the pandemonium lord
224662 | Zig:27   | Killed Lolan the pandemonium lord
224662 | Zig:27   | Noticed Hivi the pandemonium lord
224662 | Zig:27   | Noticed Keklezi the pandemonium lord
224662 | Zig:27   | Noticed Sexin the pandemonium lord
224663 | Zig:27   | Killed Tafah the pandemonium lord
224663 | Zig:27   | Killed Xuajich the pandemonium lord
224663 | Zig:27   | Killed Laiwk the pandemonium lord
224663 | Zig:27   | Noticed Kempy the pandemonium lord
224663 | Zig:27   | Noticed Ilotsupt the pandemonium lord
224664 | Zig:27   | Killed Kempy the pandemonium lord
224664 | Zig:27   | Killed Atihoera the pandemonium lord
224664 | Zig:27   | Noticed Yfikimm the pandemonium lord
224664 | Zig:27   | Noticed Isargh the pandemonium lord
224664 | Zig:27   | Noticed Joleroguss the pandemonium lord
224665 | Zig:27   | Noticed Affucoss the pandemonium lord
224665 | Zig:27   | Noticed Daunooma the pandemonium lord
224665 | Zig:27   | Noticed Tump the pandemonium lord
224665 | Zig:27   | Noticed Qeratho the pandemonium lord
224665 | Zig:27   | Noticed Resmuco the pandemonium lord
224666 | Zig:27   | Killed Ilotsupt the pandemonium lord
224666 | Zig:27   | Killed Gokiato the pandemonium lord
224666 | Zig:27   | Killed Isargh the pandemonium lord
224666 | Zig:27   | Killed Sexin the pandemonium lord
224666 | Zig:27   | Killed Daunooma the pandemonium lord
224667 | Zig:27   | Killed Cujomo Xugu the pandemonium lord
224667 | Zig:27   | Killed Qoheh the pandemonium lord
224667 | Zig:27   | Killed Qeratho the pandemonium lord
224667 | Zig:27   | Killed Resmuco the pandemonium lord
224667 | Zig:27   | Noticed Ledetex the pandemonium lord
224668 | Zig:27   | Noticed Givesu the pandemonium lord
224669 | Zig:27   | Killed Qunwue the pandemonium lord
224669 | Zig:27   | Killed Hivi the pandemonium lord
224669 | Zig:27   | Killed Yfikimm the pandemonium lord
224669 | Zig:27   | Noticed Itoesonk the pandemonium lord
224670 | Zig:27   | Killed Keklezi the pandemonium lord
224670 | Zig:27   | Killed Joleroguss the pandemonium lord
224670 | Zig:27   | Killed Yhin the pandemonium lord
224670 | Zig:27   | Noticed Rulagru the pandemonium lord
224671 | Zig:27   | Killed Tump the pandemonium lord
224671 | Zig:27   | Killed Givesu the pandemonium lord
224671 | Zig:27   | Noticed Soibbe the pandemonium lord
224672 | Zig:27   | Killed Itoesonk the pandemonium lord
224672 | Zig:27   | Killed Rulagru the pandemonium lord
224672 | Zig:27   | Noticed Wuikhlocs the pandemonium lord
224672 | Zig:27   | Noticed Qomm the pandemonium lord
224672 | Zig:27   | Noticed Etum the pandemonium lord
224675 | Zig:27   | Noticed Umimitix the pandemonium lord
224676 | Zig:27   | Killed Soibbe the pandemonium lord
224676 | Zig:27   | Killed Etum the pandemonium lord
224676 | Zig:27   | Killed Affucoss the pandemonium lord
224676 | Zig:27   | Noticed Buiculod the pandemonium lord
224676 | Zig:27   | Noticed Anoc the pandemonium lord
224676 | Zig:27   | Noticed Leruapso the pandemonium lord
224677 | Zig:27   | Noticed Empuywn the pandemonium lord
224679 | Zig:27   | Noticed Gaem the pandemonium lord
224680 | Zig:27   | Killed Umimitix the pandemonium lord
224680 | Zig:27   | Killed Nemaoharph the pandemonium lord
224680 | Zig:27   | Killed Vumneb the pandemonium lord
224680 | Zig:27   | Killed Buiculod the pandemonium lord
224680 | Zig:27   | Killed Empuywn the pandemonium lord
224680 | Zig:27   | Killed Cenaiva Olec the pandemonium lord
224681 | Zig:27   | Noticed Zedghaw the pandemonium lord
224682 | Zig:27   | Noticed Timm the pandemonium lord
224686 | Zig:27   | Killed Gaem the pandemonium lord
224686 | Zig:27   | Killed Ahuintol the pandemonium lord
224686 | Zig:27   | Killed Vaurr the pandemonium lord
224688 | Zig:27   | Noticed Luetuoj the pandemonium lord
224688 | Zig:27   | Killed Ledetex the pandemonium lord
224688 | Zig:27   | Killed Qomm the pandemonium lord
224688 | Zig:27   | Killed Luetuoj the pandemonium lord
224688 | Zig:27   | Killed Wuikhlocs the pandemonium lord
224689 | Zig:27   | Killed Zedghaw the pandemonium lord
224689 | Zig:27   | Killed Leruapso the pandemonium lord
224690 | Zig:27   | Noticed Astiym the pandemonium lord
224695 | Zig:27   | Killed Anoc the pandemonium lord
224696 | Zig:27   | Found the +8 pair of quick blades "Gyre" and "Gimble"
                  | {protect}
224703 | Zig:27   | Killed Astiym the pandemonium lord
224715 | Zig:27   | Killed Timm the pandemonium lord
224763 | Zig:27   | Identified the staff of Mossogue {Int+4 Conj}
224772 | Zig:27   | Identified the ring of Ohoigyk {^Drain Fly rF+ Str-3 Int+8}
224777 | Zig:27   | Identified the +2 dagger "Caosm" {freeze, rF+ Dex+3}
224791 | Zig:27   | Identified the +7 falchion "Jelly's Foe" {freeze, rN+}
225039 | Zig:27   | Identified the staff of Xaaraa {rC+ Necro Earth}
225045 | Zig:27   | Identified the +10 hand axe of the Lost Souls {protect,
                  | rPois rF++}
225049 | Zig:27   | Identified the +6 dagger "Fuese" {protect, Str+7}
225054 | Zig:27   | Identified the +0 plate armour of Tortelloni {rN++}
225197 | Depths:1 | Lost mutation: Your flesh is cold resistant. (rC+) [potion
                  | of mutation]
225197 | Depths:1 | Lost mutation: Your spells are a little harder to cast, but
                  | a little more powerful. [potion of mutation]
225197 | Depths:1 | Lost mutation: You have an increased reservoir of magic.
                  | (+10% MP) [potion of mutation]
225197 | Depths:1 | Gained mutation: You are vulnerable to heat. (rF-) [potion
                  | of mutation]
225198 | Depths:1 | Lost mutation: You are vulnerable to heat. (rF-) [potion of
                  | mutation]
225198 | Depths:1 | Lost mutation: You possess an exceptional clarity of mind.
                  | [potion of mutation]
225198 | Depths:1 | Gained mutation: Your muscles are strong. (Str +4, Int/Dex
                  | -1) [potion of mutation]
225198 | Depths:1 | Gained mutation: You have a somewhat thin skeletal
                  | structure. (Dex +2, Stealth+) [potion of mutation]
225199 | Depths:1 | Lost mutation: You have a somewhat thin skeletal structure.
                  | (Dex +2, Stealth+) [potion of mutation]
225199 | Depths:1 | Lost mutation: Your muscles are strong. (Str +4, Int/Dex
                  | -1) [potion of mutation]
225199 | Depths:1 | Gained mutation: You are vulnerable to cold. (rC-) [potion
                  | of mutation]
225200 | Depths:1 | Lost mutation: You are vulnerable to cold. (rC-) [potion of
                  | mutation]
225200 | Depths:1 | Gained mutation: Your flesh is cold resistant. (rC+)
                  | [potion of mutation]
225200 | Depths:1 | Gained mutation: You expend magic power (3 MP) to
                  | strengthen your wands. [potion of mutation]
225200 | Depths:1 | Gained mutation: You are somewhat resistant to further
                  | mutation. [potion of mutation]
225201 | Depths:1 | Lost mutation: Your flesh is cold resistant. (rC+) [potion
                  | of mutation]
225201 | Depths:1 | Lost mutation: You are somewhat resistant to further
                  | mutation. [potion of mutation]
225201 | Depths:1 | Gained mutation: You possess an exceptional clarity of
                  | mind. [potion of mutation]
225201 | Depths:1 | Gained mutation: You have large cloven feet. [potion of
                  | mutation]
225202 | Depths:1 | Lost mutation: You have large cloven feet. [potion of
                  | mutation]
225202 | Depths:1 | Lost mutation: You possess an exceptional clarity of mind.
                  | [potion of mutation]
225202 | Depths:1 | Gained mutation: You have a pair of small antennae on your
                  | head. [potion of mutation]
225203 | Depths:1 | Lost mutation: You expend magic power (3 MP) to strengthen
                  | your wands. [potion of mutation]
225203 | Depths:1 | Lost mutation: You have a pair of small antennae on your
                  | head. [potion of mutation]
225203 | Depths:1 | Gained mutation: Your spells are a little easier to cast,
                  | but a little less powerful. [potion of mutation]
225204 | Depths:1 | Lost mutation: Your spells are a little easier to cast, but
                  | a little less powerful. [potion of mutation]
225204 | Depths:1 | Gained mutation: Your system is resistant to poisons.
                  | (rPois) [potion of mutation]
225204 | Depths:1 | Gained mutation: Your muscles are strong. (Str +4, Int/Dex
                  | -1) [potion of mutation]
225204 | Depths:1 | Gained mutation: You are robust. (+10% HP) [potion of
                  | mutation]
225205 | Depths:1 | Lost mutation: You are robust. (+10% HP) [potion of
                  | mutation]
225205 | Depths:1 | Lost mutation: Your muscles are strong. (Str +4, Int/Dex
                  | -1) [potion of mutation]
225205 | Depths:1 | Lost mutation: Your system is resistant to poisons. (rPois)
                  | [potion of mutation]
225205 | Depths:1 | Gained mutation: You have a pair of small horns on your
                  | head. [potion of mutation]
225205 | Depths:1 | Gained mutation: You are strong-willed. (Will+) [potion of
                  | mutation]
225205 | Depths:1 | Gained mutation: You are dopey. (Int -2) [potion of
                  | mutation]
225206 | Depths:1 | Lost mutation: You have a pair of small horns on your head.
                  | [potion of mutation]
225206 | Depths:1 | Lost mutation: You are dopey. (Int -2) [potion of mutation]
225206 | Depths:1 | Lost mutation: You are strong-willed. (Will+) [potion of
                  | mutation]
225206 | Depths:1 | Gained mutation: Your body sometimes deteriorates upon
                  | taking damage. [potion of mutation]
225206 | Depths:1 | Gained mutation: You are agile. (Dex +4, Str/Int -1)
                  | [potion of mutation]
225206 | Depths:1 | Gained mutation: You are resistant to electric shocks.
                  | (rElec) [potion of mutation]
225207 | Depths:1 | Lost mutation: Your body sometimes deteriorates upon taking
                  | damage. [potion of mutation]
225207 | Depths:1 | Lost mutation: You are agile. (Dex +4, Str/Int -1) [potion
                  | of mutation]
225207 | Depths:1 | Lost mutation: You are resistant to electric shocks.
                  | (rElec) [potion of mutation]
225207 | Depths:1 | Gained mutation: You possess an exceptional clarity of
                  | mind. [potion of mutation]
225207 | Depths:1 | Gained mutation: You have sharp toenails. [potion of
                  | mutation]
225207 | Depths:1 | Gained mutation: Your spells are a little easier to cast,
                  | but a little less powerful. [potion of mutation]
225207 | Depths:1 | Gained mutation: You have supernaturally acute eyesight.
                  | (SInv) [potion of mutation]
225208 | Depths:1 | Lost mutation: You possess an exceptional clarity of mind.
                  | [potion of mutation]
225208 | Depths:1 | Lost mutation: You have sharp toenails. [potion of
                  | mutation]
225208 | Depths:1 | Gained mutation: You possess an exceptional clarity of
                  | mind. [potion of mutation]
225208 | Depths:1 | Gained mutation: A frigid envelope surrounds you and
                  | freezes all who hurt you. [potion of mutation]
225208 | Depths:1 | Gained mutation: You are agile. (Dex +4, Str/Int -1)
                  | [potion of mutation]
225209 | Depths:1 | Lost mutation: A frigid envelope surrounds you and freezes
                  | all who hurt you. [potion of mutation]
225209 | Depths:1 | Lost mutation: Your spells are a little easier to cast, but
                  | a little less powerful. [potion of mutation]
225210 | Depths:1 | Lost mutation: You have supernaturally acute eyesight.
                  | (SInv) [potion of mutation]
225210 | Depths:1 | Lost mutation: You are agile. (Dex +4, Str/Int -1) [potion
                  | of mutation]
225210 | Depths:1 | Gained mutation: You have sharp toenails. [potion of
                  | mutation]
225210 | Depths:1 | Gained mutation: You have a pair of small antennae on your
                  | head. [potion of mutation]
225211 | Depths:1 | Lost mutation: You have sharp toenails. [potion of
                  | mutation]
225211 | Depths:1 | Lost mutation: You possess an exceptional clarity of mind.
                  | [potion of mutation]
225211 | Depths:1 | Lost mutation: You have a pair of small antennae on your
                  | head. [potion of mutation]
225211 | Depths:1 | Gained mutation: You have large cloven feet. [potion of
                  | mutation]
225211 | Depths:1 | Gained mutation: Your muscles are strong. (Str +4, Int/Dex
                  | -1) [potion of mutation]
225211 | Depths:1 | Gained mutation: You have supernaturally acute eyesight.
                  | (SInv) [potion of mutation]
225212 | Depths:1 | Lost mutation: You have supernaturally acute eyesight.
                  | (SInv) [potion of mutation]
225212 | Depths:1 | Lost mutation: Your muscles are strong. (Str +4, Int/Dex
                  | -1) [potion of mutation]
225212 | Depths:1 | Lost mutation: You have large cloven feet. [potion of
                  | mutation]
225212 | Depths:1 | Gained mutation: You are clumsy. (Dex -2) [potion of
                  | mutation]
225212 | Depths:1 | Gained mutation: Your muscles are strong. (Str +4, Int/Dex
                  | -1) [potion of mutation]
225213 | Depths:1 | Lost mutation: You are clumsy. (Dex -2) [potion of
                  | mutation]
225213 | Depths:1 | Lost mutation: Your muscles are strong. (Str +4, Int/Dex
                  | -1) [potion of mutation]
225213 | Depths:1 | Gained mutation: You occasionally shout uncontrollably at
                  | your foes. [potion of mutation]
225213 | Depths:1 | Gained mutation: Your spells are a little harder to cast,
                  | but a little more powerful. [potion of mutation]
225214 | Depths:1 | Lost mutation: Your spells are a little harder to cast, but
                  | a little more powerful. [potion of mutation]
225214 | Depths:1 | Lost mutation: You occasionally shout uncontrollably at
                  | your foes. [potion of mutation]
225214 | Depths:1 | Gained mutation: You have large cloven feet. [potion of
                  | mutation]
225214 | Depths:1 | Gained mutation: You are robust. (+10% HP) [potion of
                  | mutation]
225214 | Depths:1 | Gained mutation: Your health recovers twice as slowly from
                  | being drained. [potion of mutation]
225215 | Depths:1 | Lost mutation: You have large cloven feet. [potion of
                  | mutation]
225215 | Depths:1 | Lost mutation: You are robust. (+10% HP) [potion of
                  | mutation]
225215 | Depths:1 | Lost mutation: Your health recovers twice as slowly from
                  | being drained. [potion of mutation]
225215 | Depths:1 | Gained mutation: You passively map a small area around you.
                  | [potion of mutation]
225215 | Depths:1 | Gained mutation: You have large cloven feet. [potion of
                  | mutation]
225216 | Depths:1 | Lost mutation: You passively map a small area around you.
                  | [potion of mutation]
225216 | Depths:1 | Lost mutation: You have large cloven feet. [potion of
                  | mutation]
225216 | Depths:1 | Gained mutation: You occasionally lose the ability to read
                  | scrolls when taking damage. [potion of mutation]
225216 | Depths:1 | Gained mutation: You are somewhat resistant to further
                  | mutation. [potion of mutation]
225217 | Depths:1 | Lost mutation: You are somewhat resistant to further
                  | mutation. [potion of mutation]
225217 | Depths:1 | Lost mutation: You occasionally lose the ability to read
                  | scrolls when taking damage. [potion of mutation]
225217 | Depths:1 | Gained mutation: Your body sometimes deteriorates upon
                  | taking damage. [potion of mutation]
225218 | Depths:1 | Lost mutation: Your body sometimes deteriorates upon taking
                  | damage. [potion of mutation]
225218 | Depths:1 | Gained mutation: You are strong-willed. (Will+) [potion of
                  | mutation]
225218 | Depths:1 | Gained mutation: You are vulnerable to cold. (rC-) [potion
                  | of mutation]
225219 | Depths:1 | Lost mutation: You are vulnerable to cold. (rC-) [potion of
                  | mutation]
225219 | Depths:1 | Lost mutation: You are strong-willed. (Will+) [potion of
                  | mutation]
225219 | Depths:1 | Gained mutation: Your mind is acute. (Int +4, Str/Dex -1)
                  | [potion of mutation]
225219 | Depths:1 | Gained mutation: You are frail. (-10% HP) [potion of
                  | mutation]
225220 | Depths:1 | Lost mutation: You are frail. (-10% HP) [potion of
                  | mutation]
225220 | Depths:1 | Lost mutation: Your mind is acute. (Int +4, Str/Dex -1)
                  | [potion of mutation]
225220 | Depths:1 | Gained mutation: You are frail. (-10% HP) [potion of
                  | mutation]
225220 | Depths:1 | Gained mutation: Your flesh is cold resistant. (rC+)
                  | [potion of mutation]
225221 | Depths:1 | Lost mutation: Your flesh is cold resistant. (rC+) [potion
                  | of mutation]
225221 | Depths:1 | Lost mutation: You are frail. (-10% HP) [potion of
                  | mutation]
225221 | Depths:1 | Gained mutation: You are weak. (Str -2) [potion of
                  | mutation]
225221 | Depths:1 | Gained mutation: You are occasionally teleported next to
                  | monsters. [potion of mutation]
225221 | Depths:1 | Gained mutation: You have hidden genetic potential. [potion
                  | of mutation]
225222 | Depths:1 | Lost mutation: You are weak. (Str -2) [potion of mutation]
225222 | Depths:1 | Lost mutation: You are occasionally teleported next to
                  | monsters. [potion of mutation]
225222 | Depths:1 | Gained mutation: Your spells are a little harder to cast,
                  | but a little more powerful. [potion of mutation]
225222 | Depths:1 | Gained mutation: You expend magic power (3 MP) to
                  | strengthen your wands. [potion of mutation]
225222 | Depths:1 | Gained mutation: You are agile. (Dex +4, Str/Int -1)
                  | [potion of mutation]
225223 | Depths:1 | Lost mutation: You are agile. (Dex +4, Str/Int -1) [potion
                  | of mutation]
225223 | Depths:1 | Lost mutation: You expend magic power (3 MP) to strengthen
                  | your wands. [potion of mutation]
225223 | Depths:1 | Gained mutation: You expend magic power (3 MP) to
                  | strengthen your wands. [potion of mutation]
225224 | Depths:1 | Lost mutation: Your spells are a little harder to cast, but
                  | a little more powerful. [potion of mutation]
225224 | Depths:1 | Lost mutation: You have hidden genetic potential. [potion
                  | of mutation]
225224 | Depths:1 | Gained mutation: You have a pair of small antennae on your
                  | head. [potion of mutation]
225224 | Depths:1 | Gained mutation: You are somewhat resistant to further
                  | mutation. [potion of mutation]
225225 | Depths:1 | Lost mutation: You expend magic power (3 MP) to strengthen
                  | your wands. [potion of mutation]
225225 | Depths:1 | Lost mutation: You are somewhat resistant to further
                  | mutation. [potion of mutation]
225225 | Depths:1 | Gained mutation: You are somewhat resistant to further
                  | mutation. [potion of mutation]
225225 | Depths:1 | Gained mutation: You occasionally shout uncontrollably at
                  | your foes. [potion of mutation]
225226 | Depths:1 | Lost mutation: You are somewhat resistant to further
                  | mutation. [potion of mutation]
225226 | Depths:1 | Lost mutation: You have a pair of small antennae on your
                  | head. [potion of mutation]
225226 | Depths:1 | Gained mutation: You passively map a small area around you.
                  | [potion of mutation]
225226 | Depths:1 | Gained mutation: Your movements are slightly less
                  | encumbered by armour. (ER -2) [potion of mutation]
225227 | Depths:1 | Lost mutation: Your movements are slightly less encumbered
                  | by armour. (ER -2) [potion of mutation]
225227 | Depths:1 | Lost mutation: You occasionally shout uncontrollably at
                  | your foes. [potion of mutation]
225227 | Depths:1 | Gained mutation: You have large cloven feet. [potion of
                  | mutation]
225228 | Depths:1 | Lost mutation: You have large cloven feet. [potion of
                  | mutation]
225228 | Depths:1 | Lost mutation: You passively map a small area around you.
                  | [potion of mutation]
225228 | Depths:1 | Gained mutation: Your system is resistant to poisons.
                  | (rPois) [potion of mutation]
225228 | Depths:1 | Gained mutation: Your flesh is cold resistant. (rC+)
                  | [potion of mutation]
225228 | Depths:1 | Gained mutation: You expend magic power (3 MP) to
                  | strengthen your wands. [potion of mutation]
225229 | Depths:1 | Lost mutation: You expend magic power (3 MP) to strengthen
                  | your wands. [potion of mutation]
225229 | Depths:1 | Lost mutation: Your flesh is cold resistant. (rC+) [potion
                  | of mutation]
225229 | Depths:1 | Lost mutation: Your system is resistant to poisons. (rPois)
                  | [potion of mutation]
225229 | Depths:1 | Gained mutation: You are dopey. (Int -2) [potion of
                  | mutation]
225230 | Depths:1 | Lost mutation: You are dopey. (Int -2) [potion of mutation]
225230 | Depths:1 | Gained mutation: You are frail. (-10% HP) [potion of
                  | mutation]
225230 | Depths:1 | Gained mutation: You are very frail. (-20% HP) [potion of
                  | mutation]
225231 | Depths:1 | Lost mutation: You are very frail. (-20% HP) [potion of
                  | mutation]
225231 | Depths:1 | Lost mutation: You are frail. (-10% HP) [potion of
                  | mutation]
225231 | Depths:1 | Gained mutation: You have hidden genetic defects. [potion
                  | of mutation]
225231 | Depths:1 | Gained mutation: You expend magic power (3 MP) to
                  | strengthen your wands. [potion of mutation]
225231 | Depths:1 | Gained mutation: You are agile. (Dex +4, Str/Int -1)
                  | [potion of mutation]
225232 | Depths:1 | Lost mutation: You expend magic power (3 MP) to strengthen
                  | your wands. [potion of mutation]
225232 | Depths:1 | Lost mutation: You have hidden genetic defects. [potion of
                  | mutation]
225232 | Depths:1 | Gained mutation: Your movements are slightly less
                  | encumbered by armour. (ER -2) [potion of mutation]
225232 | Depths:1 | Gained mutation: You expend magic power (3 MP) to
                  | strengthen your wands. [potion of mutation]
225232 | Depths:1 | Gained mutation: You are strong-willed. (Will+) [potion of
                  | mutation]
225233 | Depths:1 | Lost mutation: Your movements are slightly less encumbered
                  | by armour. (ER -2) [potion of mutation]
225233 | Depths:1 | Lost mutation: You are strong-willed. (Will+) [potion of
                  | mutation]
225233 | Depths:1 | Lost mutation: You expend magic power (3 MP) to strengthen
                  | your wands. [potion of mutation]
225233 | Depths:1 | Gained mutation: You are robust. (+10% HP) [potion of
                  | mutation]
225233 | Depths:1 | Gained mutation: Your magical capacity is low. (-10% MP)
                  | [potion of mutation]
225233 | Depths:1 | Gained mutation: You are very agile. (Dex +8, Str/Int -2)
                  | [potion of mutation]
225234 | Depths:1 | Lost mutation: Your magical capacity is low. (-10% MP)
                  | [potion of mutation]
225234 | Depths:1 | Lost mutation: You are robust. (+10% HP) [potion of
                  | mutation]
225234 | Depths:1 | Gained mutation: You have a somewhat thin skeletal
                  | structure. (Dex +2, Stealth+) [potion of mutation]
225234 | Depths:1 | Gained mutation: Armour fits poorly on your strangely
                  | shaped body. [potion of mutation]
225234 | Depths:1 | Gained mutation: You have a pair of small horns on your
                  | head. [potion of mutation]
225234 | Depths:1 | Gained mutation: You are robust. (+10% HP) [potion of
                  | mutation]
225235 | Depths:1 | Lost mutation: You have a pair of small horns on your head.
                  | [potion of mutation]
225235 | Depths:1 | Lost mutation: You are very agile. (Dex +8, Str/Int -2)
                  | [potion of mutation]
225235 | Depths:1 | Gained mutation: You are vulnerable to cold. (rC-) [potion
                  | of mutation]
225235 | Depths:1 | Lost mutation: You are robust. (+10% HP) [potion of
                  | mutation]
225236 | Depths:1 | Lost mutation: You have a somewhat thin skeletal structure.
                  | (Dex +2, Stealth+) [potion of mutation]
225236 | Depths:1 | Lost mutation: You are vulnerable to cold. (rC-) [potion of
                  | mutation]
225236 | Depths:1 | Gained mutation: You have a pair of small antennae on your
                  | head. [potion of mutation]
225236 | Depths:1 | Gained mutation: You expend magic power (3 MP) to
                  | strengthen your wands. [potion of mutation]
225237 | Depths:1 | Lost mutation: You are agile. (Dex +4, Str/Int -1) [potion
                  | of mutation]
225237 | Depths:1 | Lost mutation: You have a pair of small antennae on your
                  | head. [potion of mutation]
225237 | Depths:1 | Lost mutation: You expend magic power (3 MP) to strengthen
                  | your wands. [potion of mutation]
225237 | Depths:1 | Gained mutation: You are occasionally teleported next to
                  | monsters. [potion of mutation]
225237 | Depths:1 | Gained mutation: You have sharp toenails. [potion of
                  | mutation]
225238 | Depths:1 | Lost mutation: You are occasionally teleported next to
                  | monsters. [potion of mutation]
225238 | Depths:1 | Lost mutation: Armour fits poorly on your strangely shaped
                  | body. [potion of mutation]
225238 | Depths:1 | Lost mutation: You have sharp toenails. [potion of
                  | mutation]
225238 | Depths:1 | Gained mutation: Your muscles are strong. (Str +4, Int/Dex
                  | -1) [potion of mutation]
225238 | Depths:1 | Gained mutation: You have hidden genetic defects. [potion
                  | of mutation]
225238 | Depths:1 | Gained mutation: You have sharp toenails. [potion of
                  | mutation]
225239 | Depths:1 | Lost mutation: You have sharp toenails. [potion of
                  | mutation]
225239 | Depths:1 | Lost mutation: Your muscles are strong. (Str +4, Int/Dex
                  | -1) [potion of mutation]
225239 | Depths:1 | Lost mutation: You have hidden genetic defects. [potion of
                  | mutation]
225239 | Depths:1 | Gained mutation: You have sharp toenails. [potion of
                  | mutation]
225239 | Depths:1 | Gained mutation: Your mind is acute. (Int +4, Str/Dex -1)
                  | [potion of mutation]
225239 | Depths:1 | Lost mutation: Your mind is acute. (Int +4, Str/Dex -1)
                  | [potion of mutation]
225239 | Depths:1 | Gained mutation: You possess an exceptional clarity of
                  | mind. [potion of mutation]
225240 | Depths:1 | Lost mutation: You have sharp toenails. [potion of
                  | mutation]
225240 | Depths:1 | Lost mutation: You possess an exceptional clarity of mind.
                  | [potion of mutation]
225240 | Depths:1 | Gained mutation: You have hidden genetic defects. [potion
                  | of mutation]
225240 | Depths:1 | Gained mutation: Your spells are a little harder to cast,
                  | but a little more powerful. [potion of mutation]
225241 | Depths:1 | Lost mutation: You have hidden genetic defects. [potion of
                  | mutation]
225241 | Depths:1 | Lost mutation: Your spells are a little harder to cast, but
                  | a little more powerful. [potion of mutation]
225241 | Depths:1 | Gained mutation: You have hidden genetic defects. [potion
                  | of mutation]
225241 | Depths:1 | Gained mutation: You passively dampen the noise of your
                  | surroundings. [potion of mutation]
225241 | Depths:1 | Gained mutation: You expend magic power (3 MP) to
                  | strengthen your wands. [potion of mutation]
225242 | Depths:1 | Lost mutation: You passively dampen the noise of your
                  | surroundings. [potion of mutation]
225242 | Depths:1 | Lost mutation: You have hidden genetic defects. [potion of
                  | mutation]
225242 | Depths:1 | Lost mutation: You expend magic power (3 MP) to strengthen
                  | your wands. [potion of mutation]
225242 | Depths:1 | Gained mutation: You are occasionally teleported next to
                  | monsters. [potion of mutation]
225242 | Depths:1 | Gained mutation: You have hidden genetic potential. [potion
                  | of mutation]
225242 | Depths:1 | Gained mutation: Your body sometimes deteriorates upon
                  | taking damage. [potion of mutation]
225243 | Depths:1 | Lost mutation: You have hidden genetic potential. [potion
                  | of mutation]
225243 | Depths:1 | Lost mutation: Your body sometimes deteriorates upon taking
                  | damage. [potion of mutation]
225243 | Depths:1 | Lost mutation: You are occasionally teleported next to
                  | monsters. [potion of mutation]
225243 | Depths:1 | Gained mutation: You have very sharp teeth. [potion of
                  | mutation]
225243 | Depths:1 | Gained mutation: You are robust. (+10% HP) [potion of
                  | mutation]
225243 | Depths:1 | Gained mutation: You have a pair of small horns on your
                  | head. [potion of mutation]
225243 | Depths:1 | Gained mutation: You expend magic power (3 MP) to
                  | strengthen your wands. [potion of mutation]
225244 | Depths:1 | Lost mutation: You have a pair of small horns on your head.
                  | [potion of mutation]
225244 | Depths:1 | Lost mutation: You have very sharp teeth. [potion of
                  | mutation]
225244 | Depths:1 | Gained mutation: You possess an exceptional clarity of
                  | mind. [potion of mutation]
225244 | Depths:1 | Gained mutation: You are resistant to electric shocks.
                  | (rElec) [potion of mutation]
225245 | Depths:1 | Lost mutation: You are resistant to electric shocks.
                  | (rElec) [potion of mutation]
225245 | Depths:1 | Lost mutation: You are robust. (+10% HP) [potion of
                  | mutation]
225245 | Depths:1 | Lost mutation: You possess an exceptional clarity of mind.
                  | [potion of mutation]
225245 | Depths:1 | Gained mutation: Your spells are a little harder to cast,
                  | but a little more powerful. [potion of mutation]
225245 | Depths:1 | Gained mutation: You occasionally lose the ability to read
                  | scrolls when taking damage. [potion of mutation]
225245 | Depths:1 | Gained mutation: You have large cloven feet. [potion of
                  | mutation]
225245 | Depths:1 | Gained mutation: You are agile. (Dex +4, Str/Int -1)
                  | [potion of mutation]
225246 | Depths:1 | Lost mutation: Your spells are a little harder to cast, but
                  | a little more powerful. [potion of mutation]
225246 | Depths:1 | Lost mutation: You occasionally lose the ability to read
                  | scrolls when taking damage. [potion of mutation]
225246 | Depths:1 | Gained mutation: You are robust. (+10% HP) [potion of
                  | mutation]
225246 | Depths:1 | Gained mutation: You are dopey. (Int -2) [potion of
                  | mutation]
225246 | Depths:1 | Gained mutation: You are very dopey. (Int -4) [potion of
                  | mutation]
225247 | Depths:1 | Lost mutation: You have large cloven feet. [potion of
                  | mutation]
225247 | Depths:1 | Lost mutation: You expend magic power (3 MP) to strengthen
                  | your wands. [potion of mutation]
225247 | Depths:1 | Gained mutation: You have a pair of small horns on your
                  | head. [potion of mutation]
225247 | Depths:1 | Gained mutation: You have large cloven feet. [potion of
                  | mutation]
225247 | Depths:1 | Gained mutation: You are very robust. (+20% HP) [potion of
                  | mutation]
225248 | Depths:1 | Lost mutation: You have large cloven feet. [potion of
                  | mutation]
225248 | Depths:1 | Lost mutation: You have a pair of small horns on your head.
                  | [potion of mutation]
225248 | Depths:1 | Lost mutation: You are very robust. (+20% HP) [potion of
                  | mutation]
225248 | Depths:1 | Gained mutation: You are weak. (Str -2) [potion of
                  | mutation]
225248 | Depths:1 | Gained mutation: You occasionally shout uncontrollably at
                  | your foes. [potion of mutation]
225249 | Depths:1 | Lost mutation: You are robust. (+10% HP) [potion of
                  | mutation]
225249 | Depths:1 | Lost mutation: You are agile. (Dex +4, Str/Int -1) [potion
                  | of mutation]
225249 | Depths:1 | Gained mutation: You possess an exceptional clarity of
                  | mind. [potion of mutation]
225249 | Depths:1 | Gained mutation: You have an increased reservoir of magic.
                  | (+10% MP) [potion of mutation]
225250 | Depths:1 | Lost mutation: You are weak. (Str -2) [potion of mutation]
225250 | Depths:1 | Lost mutation: You are very dopey. (Int -4) [potion of
                  | mutation]
225250 | Depths:1 | Lost mutation: You have an increased reservoir of magic.
                  | (+10% MP) [potion of mutation]
225250 | Depths:1 | Gained mutation: Your muscles are strong. (Str +4, Int/Dex
                  | -1) [potion of mutation]
225250 | Depths:1 | Lost mutation: You are dopey. (Int -2) [potion of mutation]
225251 | Depths:1 | Lost mutation: Your muscles are strong. (Str +4, Int/Dex
                  | -1) [potion of mutation]
225251 | Depths:1 | Lost mutation: You possess an exceptional clarity of mind.
                  | [potion of mutation]
225251 | Depths:1 | Lost mutation: You occasionally shout uncontrollably at
                  | your foes. [potion of mutation]
225251 | Depths:1 | Gained mutation: Your health recovers twice as slowly from
                  | being drained. [potion of mutation]
225251 | Depths:1 | Gained mutation: Your natural rate of healing is unusually
                  | fast. [potion of mutation]
225252 | Depths:1 | Lost mutation: Your natural rate of healing is unusually
                  | fast. [potion of mutation]
225252 | Depths:1 | Lost mutation: Your health recovers twice as slowly from
                  | being drained. [potion of mutation]
225252 | Depths:1 | Gained mutation: You are robust. (+10% HP) [potion of
                  | mutation]
225253 | Depths:1 | Lost mutation: You are robust. (+10% HP) [potion of
                  | mutation]
225253 | Depths:1 | Gained mutation: You expend magic power (3 MP) to
                  | strengthen your wands. [potion of mutation]
225253 | Depths:1 | Gained mutation: Your spells are a little harder to cast,
                  | but a little more powerful. [potion of mutation]
225253 | Depths:1 | Gained mutation: Your natural rate of healing is unusually
                  | fast. [potion of mutation]
225254 | Depths:1 | Lost mutation: Your natural rate of healing is unusually
                  | fast. [potion of mutation]
225254 | Depths:1 | Lost mutation: You expend magic power (3 MP) to strengthen
                  | your wands. [potion of mutation]
225254 | Depths:1 | Gained mutation: You do not regenerate when monsters are
                  | visible. [potion of mutation]
225254 | Depths:1 | Gained mutation: You are robust. (+10% HP) [potion of
                  | mutation]
225254 | Depths:1 | Gained mutation: You possess an exceptional clarity of
                  | mind. [potion of mutation]
225254 | Depths:1 | Gained mutation: Your system is resistant to poisons.
                  | (rPois) [potion of mutation]
225255 | Depths:1 | Lost mutation: Your system is resistant to poisons. (rPois)
                  | [potion of mutation]
225255 | Depths:1 | Lost mutation: Your spells are a little harder to cast, but
                  | a little more powerful. [potion of mutation]
225255 | Depths:1 | Gained mutation: Your muscles are strong. (Str +4, Int/Dex
                  | -1) [potion of mutation]
225255 | Depths:1 | Lost mutation: You are robust. (+10% HP) [potion of
                  | mutation]
225255 | Depths:1 | Gained mutation: You are somewhat resistant to further
                  | mutation. [potion of mutation]
225256 | Depths:1 | Lost mutation: Your muscles are strong. (Str +4, Int/Dex
                  | -1) [potion of mutation]
225256 | Depths:1 | Lost mutation: You are somewhat resistant to further
                  | mutation. [potion of mutation]
225256 | Depths:1 | Gained mutation: You are occasionally teleported next to
                  | monsters. [potion of mutation]
225256 | Depths:1 | Gained mutation: Your muscles are strong. (Str +4, Int/Dex
                  | -1) [potion of mutation]
225256 | Depths:1 | Gained mutation: Your flesh is cold resistant. (rC+)
                  | [potion of mutation]
225256 | Depths:1 | Gained mutation: You are strong-willed. (Will+) [potion of
                  | mutation]
225257 | Depths:1 | Lost mutation: You are strong-willed. (Will+) [potion of
                  | mutation]
225257 | Depths:1 | Lost mutation: You do not regenerate when monsters are
                  | visible. [potion of mutation]
225257 | Depths:1 | Lost mutation: Your flesh is cold resistant. (rC+) [potion
                  | of mutation]
225257 | Depths:1 | Gained mutation: You occasionally shout uncontrollably at
                  | your foes. [potion of mutation]
225258 | Depths:1 | Lost mutation: You are occasionally teleported next to
                  | monsters. [potion of mutation]
225258 | Depths:1 | Lost mutation: You possess an exceptional clarity of mind.
                  | [potion of mutation]
225258 | Depths:1 | Gained mutation: Your magical capacity is low. (-10% MP)
                  | [potion of mutation]
225258 | Depths:1 | Gained mutation: You have hidden genetic potential. [potion
                  | of mutation]
225259 | Depths:1 | Lost mutation: Your magical capacity is low. (-10% MP)
                  | [potion of mutation]
225259 | Depths:1 | Lost mutation: You have hidden genetic potential. [potion
                  | of mutation]
225259 | Depths:1 | Lost mutation: Your muscles are strong. (Str +4, Int/Dex
                  | -1) [potion of mutation]
225259 | Depths:1 | Gained mutation: You are strong-willed. (Will+) [potion of
                  | mutation]
225260 | Depths:1 | Lost mutation: You are strong-willed. (Will+) [potion of
                  | mutation]
225260 | Depths:1 | Lost mutation: You occasionally shout uncontrollably at
                  | your foes. [potion of mutation]
225260 | Depths:1 | Gained mutation: You have hidden genetic defects. [potion
                  | of mutation]
225260 | Depths:1 | Gained mutation: You have supernaturally acute eyesight.
                  | (SInv) [potion of mutation]
225260 | Depths:1 | Gained mutation: You are frail. (-10% HP) [potion of
                  | mutation]
225261 | Depths:1 | Lost mutation: You have supernaturally acute eyesight.
                  | (SInv) [potion of mutation]
225261 | Depths:1 | Lost mutation: You have hidden genetic defects. [potion of
                  | mutation]
225261 | Depths:1 | Lost mutation: You are frail. (-10% HP) [potion of
                  | mutation]
225261 | Depths:1 | Gained mutation: You are resistant to electric shocks.
                  | (rElec) [potion of mutation]
225261 | Depths:1 | Gained mutation: You expend magic power (3 MP) to
                  | strengthen your wands. [potion of mutation]
225262 | Depths:1 | Lost mutation: You expend magic power (3 MP) to strengthen
                  | your wands. [potion of mutation]
225262 | Depths:1 | Lost mutation: You are resistant to electric shocks.
                  | (rElec) [potion of mutation]
225262 | Depths:1 | Gained mutation: You possess an exceptional clarity of
                  | mind. [potion of mutation]
225262 | Depths:1 | Gained mutation: You are agile. (Dex +4, Str/Int -1)
                  | [potion of mutation]
225263 | Depths:1 | Lost mutation: You possess an exceptional clarity of mind.
                  | [potion of mutation]
225263 | Depths:1 | Lost mutation: You are agile. (Dex +4, Str/Int -1) [potion
                  | of mutation]
225263 | Depths:1 | Gained mutation: You are dopey. (Int -2) [potion of
                  | mutation]
225263 | Depths:1 | Gained mutation: You passively map a small area around you.
                  | [potion of mutation]
225264 | Depths:1 | Lost mutation: You are dopey. (Int -2) [potion of mutation]
225264 | Depths:1 | Lost mutation: You passively map a small area around you.
                  | [potion of mutation]
225264 | Depths:1 | Gained mutation: Your flesh is heat resistant. (rF+)
                  | [potion of mutation]
225265 | Depths:1 | Lost mutation: Your flesh is heat resistant. (rF+) [potion
                  | of mutation]
225265 | Depths:1 | Gained mutation: You expend magic power (3 MP) to
                  | strengthen your wands. [potion of mutation]
225265 | Depths:1 | Gained mutation: You are agile. (Dex +4, Str/Int -1)
                  | [potion of mutation]
225266 | Depths:1 | Lost mutation: You are agile. (Dex +4, Str/Int -1) [potion
                  | of mutation]
225266 | Depths:1 | Lost mutation: You expend magic power (3 MP) to strengthen
                  | your wands. [potion of mutation]
225266 | Depths:1 | Gained mutation: Your flesh is heat resistant. (rF+)
                  | [potion of mutation]
225266 | Depths:1 | Gained mutation: You are clumsy. (Dex -2) [potion of
                  | mutation]
225267 | Depths:1 | Lost mutation: You are clumsy. (Dex -2) [potion of
                  | mutation]
225267 | Depths:1 | Lost mutation: Your flesh is heat resistant. (rF+) [potion
                  | of mutation]
225267 | Depths:1 | Gained mutation: You possess an exceptional clarity of
                  | mind. [potion of mutation]
225267 | Depths:1 | Gained mutation: Your body sometimes deteriorates upon
                  | taking damage. [potion of mutation]
225267 | Depths:1 | Gained mutation: Your flesh is heat resistant. (rF+)
                  | [potion of mutation]
225268 | Depths:1 | Lost mutation: Your flesh is heat resistant. (rF+) [potion
                  | of mutation]
225268 | Depths:1 | Lost mutation: You possess an exceptional clarity of mind.
                  | [potion of mutation]
225268 | Depths:1 | Gained mutation: You have a pair of small horns on your
                  | head. [potion of mutation]
225269 | Depths:1 | Lost mutation: Your body sometimes deteriorates upon taking
                  | damage. [potion of mutation]
225269 | Depths:1 | Lost mutation: You have a pair of small horns on your head.
                  | [potion of mutation]
225269 | Depths:1 | Gained mutation: Your system is resistant to poisons.
                  | (rPois) [potion of mutation]
225269 | Depths:1 | Gained mutation: Your magical capacity is low. (-10% MP)
                  | [potion of mutation]
225269 | Depths:1 | Gained mutation: Your natural rate of healing is unusually
                  | fast. [potion of mutation]
225270 | Depths:1 | Lost mutation: Your system is resistant to poisons. (rPois)
                  | [potion of mutation]
225270 | Depths:1 | Lost mutation: Your magical capacity is low. (-10% MP)
                  | [potion of mutation]
225270 | Depths:1 | Gained mutation: You occasionally lose the ability to read
                  | scrolls when taking damage. [potion of mutation]
225270 | Depths:1 | Gained mutation: You passively map a small area around you.
                  | [potion of mutation]
225271 | Depths:1 | Lost mutation: You occasionally lose the ability to read
                  | scrolls when taking damage. [potion of mutation]
225271 | Depths:1 | Lost mutation: Your natural rate of healing is unusually
                  | fast. [potion of mutation]
225271 | Depths:1 | Gained mutation: You are vulnerable to heat. (rF-) [potion
                  | of mutation]
225272 | Depths:1 | Lost mutation: You are vulnerable to heat. (rF-) [potion of
                  | mutation]
225272 | Depths:1 | Lost mutation: You passively map a small area around you.
                  | [potion of mutation]
225272 | Depths:1 | Gained mutation: You occasionally shout uncontrollably at
                  | your foes. [potion of mutation]
225272 | Depths:1 | Gained mutation: Your mind is acute. (Int +4, Str/Dex -1)
                  | [potion of mutation]
225273 | Depths:1 | Lost mutation: Your mind is acute. (Int +4, Str/Dex -1)
                  | [potion of mutation]
225273 | Depths:1 | Lost mutation: You occasionally shout uncontrollably at
                  | your foes. [potion of mutation]
225273 | Depths:1 | Gained mutation: You have a pair of small horns on your
                  | head. [potion of mutation]
225273 | Depths:1 | Gained mutation: You have a somewhat thin skeletal
                  | structure. (Dex +2, Stealth+) [potion of mutation]
225273 | Depths:1 | Gained mutation: You are agile. (Dex +4, Str/Int -1)
                  | [potion of mutation]
225274 | Depths:1 | Lost mutation: You have a pair of small horns on your head.
                  | [potion of mutation]
225274 | Depths:1 | Lost mutation: You are agile. (Dex +4, Str/Int -1) [potion
                  | of mutation]
225274 | Depths:1 | Gained mutation: Your spells are a little harder to cast,
                  | but a little more powerful. [potion of mutation]
225274 | Depths:1 | Gained mutation: Your health recovers twice as slowly from
                  | being drained. [potion of mutation]
225275 | Depths:1 | Lost mutation: You have a somewhat thin skeletal structure.
                  | (Dex +2, Stealth+) [potion of mutation]
225275 | Depths:1 | Lost mutation: Your health recovers twice as slowly from
                  | being drained. [potion of mutation]
225275 | Depths:1 | Gained mutation: You are frail. (-10% HP) [potion of
                  | mutation]
225275 | Depths:1 | Gained mutation: Your movements are slightly less
                  | encumbered by armour. (ER -2) [potion of mutation]
225276 | Depths:1 | Lost mutation: Your spells are a little harder to cast, but
                  | a little more powerful. [potion of mutation]
225276 | Depths:1 | Lost mutation: Your movements are slightly less encumbered
                  | by armour. (ER -2) [potion of mutation]
225276 | Depths:1 | Lost mutation: You are frail. (-10% HP) [potion of
                  | mutation]
225276 | Depths:1 | Gained mutation: You have a pair of small antennae on your
                  | head. [potion of mutation]
225277 | Depths:1 | Lost mutation: You have a pair of small antennae on your
                  | head. [potion of mutation]
225277 | Depths:1 | Gained mutation: Armour fits poorly on your strangely
                  | shaped body. [potion of mutation]
225277 | Depths:1 | Gained mutation: You are partially covered in large bone
                  | plates. (SH +4) [potion of mutation]
225278 | Depths:1 | Lost mutation: Armour fits poorly on your strangely shaped
                  | body. [potion of mutation]
225278 | Depths:1 | Lost mutation: You are partially covered in large bone
                  | plates. (SH +4) [potion of mutation]
225278 | Depths:1 | Gained mutation: You have hidden genetic defects. [potion
                  | of mutation]
225278 | Depths:1 | Gained mutation: You passively map a small area around you.
                  | [potion of mutation]
225278 | Depths:1 | Gained mutation: You expend magic power (3 MP) to
                  | strengthen your wands. [potion of mutation]
225279 | Depths:1 | Lost mutation: You expend magic power (3 MP) to strengthen
                  | your wands. [potion of mutation]
225279 | Depths:1 | Lost mutation: You have hidden genetic defects. [potion of
                  | mutation]
225279 | Depths:1 | Lost mutation: You passively map a small area around you.
                  | [potion of mutation]
225279 | Depths:1 | Gained mutation: You are weak. (Str -2) [potion of
                  | mutation]
225279 | Depths:1 | Gained mutation: You expend magic power (3 MP) to
                  | strengthen your wands. [potion of mutation]
225280 | Depths:1 | Lost mutation: You are weak. (Str -2) [potion of mutation]
225280 | Depths:1 | Lost mutation: You expend magic power (3 MP) to strengthen
                  | your wands. [potion of mutation]
225280 | Depths:1 | Gained mutation: Your mind is acute. (Int +4, Str/Dex -1)
                  | [potion of mutation]
225280 | Depths:1 | Gained mutation: Armour fits poorly on your strangely
                  | shaped body. [potion of mutation]
225280 | Depths:1 | Gained mutation: Your muscles are strong. (Str +4, Int/Dex
                  | -1) [potion of mutation]
225280 | Depths:1 | Gained mutation: You are somewhat resistant to further
                  | mutation. [potion of mutation]
225281 | Depths:1 | Lost mutation: You are somewhat resistant to further
                  | mutation. [potion of mutation]
225281 | Depths:1 | Lost mutation: Your muscles are strong. (Str +4, Int/Dex
                  | -1) [potion of mutation]
225281 | Depths:1 | Lost mutation: Your mind is acute. (Int +4, Str/Dex -1)
                  | [potion of mutation]
225281 | Depths:1 | Gained mutation: Your natural rate of healing is unusually
                  | fast. [potion of mutation]
225281 | Depths:1 | Gained mutation: Your mind is acute. (Int +4, Str/Dex -1)
                  | [potion of mutation]
225282 | Depths:1 | Lost mutation: Your natural rate of healing is unusually
                  | fast. [potion of mutation]
225282 | Depths:1 | Lost mutation: Armour fits poorly on your strangely shaped
                  | body. [potion of mutation]
225282 | Depths:1 | Lost mutation: Your mind is acute. (Int +4, Str/Dex -1)
                  | [potion of mutation]
225282 | Depths:1 | Gained mutation: Your spells are a little easier to cast,
                  | but a little less powerful. [potion of mutation]
225282 | Depths:1 | Gained mutation: You occasionally shout uncontrollably at
                  | your foes. [potion of mutation]
225283 | Depths:1 | Lost mutation: Your spells are a little easier to cast, but
                  | a little less powerful. [potion of mutation]
225283 | Depths:1 | Lost mutation: You occasionally shout uncontrollably at
                  | your foes. [potion of mutation]
225283 | Depths:1 | Gained mutation: You have sharp toenails. [potion of
                  | mutation]
225283 | Depths:1 | Gained mutation: You are weak. (Str -2) [potion of
                  | mutation]
225283 | Depths:1 | Gained mutation: You occasionally lose the ability to drink
                  | potions when taking damage. [potion of mutation]
225283 | Depths:1 | Gained mutation: You have a somewhat thin skeletal
                  | structure. (Dex +2, Stealth+) [potion of mutation]
225284 | Depths:1 | Lost mutation: You are weak. (Str -2) [potion of mutation]
225284 | Depths:1 | Lost mutation: You have sharp toenails. [potion of
                  | mutation]
225284 | Depths:1 | Lost mutation: You occasionally lose the ability to drink
                  | potions when taking damage. [potion of mutation]
225284 | Depths:1 | Gained mutation: Your health recovers twice as slowly from
                  | being drained. [potion of mutation]
225284 | Depths:1 | Gained mutation: You are somewhat resistant to further
                  | mutation. [potion of mutation]
225285 | Depths:1 | Lost mutation: You are somewhat resistant to further
                  | mutation. [potion of mutation]
225285 | Depths:1 | Lost mutation: You have a somewhat thin skeletal structure.
                  | (Dex +2, Stealth+) [potion of mutation]
225285 | Depths:1 | Lost mutation: Your health recovers twice as slowly from
                  | being drained. [potion of mutation]
225285 | Depths:1 | Gained mutation: You have a pair of small antennae on your
                  | head. [potion of mutation]
225285 | Depths:1 | Gained mutation: You have hidden genetic potential. [potion
                  | of mutation]
225285 | Depths:1 | Gained mutation: Your mind is acute. (Int +4, Str/Dex -1)
                  | [potion of mutation]
225285 | Depths:1 | Gained mutation: You passively map a small area around you.
                  | [potion of mutation]
225286 | Depths:1 | Lost mutation: You have hidden genetic potential. [potion
                  | of mutation]
225286 | Depths:1 | Lost mutation: You passively map a small area around you.
                  | [potion of mutation]
225286 | Depths:1 | Gained mutation: You have hidden genetic potential. [potion
                  | of mutation]
225287 | Depths:1 | Lost mutation: You have a pair of small antennae on your
                  | head. [potion of mutation]
225287 | Depths:1 | Lost mutation: Your mind is acute. (Int +4, Str/Dex -1)
                  | [potion of mutation]
225287 | Depths:1 | Gained mutation: You have sharp toenails. [potion of
                  | mutation]
225287 | Depths:1 | Gained mutation: You passively map a small area around you.
                  | [potion of mutation]
225287 | Depths:1 | Gained mutation: You are agile. (Dex +4, Str/Int -1)
                  | [potion of mutation]
225287 | Depths:1 | Gained mutation: Your flesh is heat resistant. (rF+)
                  | [potion of mutation]
225288 | Depths:1 | Lost mutation: You passively map a small area around you.
                  | [potion of mutation]
225288 | Depths:1 | Lost mutation: You have hidden genetic potential. [potion
                  | of mutation]
225288 | Depths:1 | Lost mutation: Your flesh is heat resistant. (rF+) [potion
                  | of mutation]
225289 | Depths:1 | Lost mutation: You have sharp toenails. [potion of
                  | mutation]
225289 | Depths:1 | Lost mutation: You are agile. (Dex +4, Str/Int -1) [potion
                  | of mutation]
225289 | Depths:1 | Gained mutation: Potions are less effective at restoring
                  | your health. [potion of mutation]
225290 | Depths:1 | Lost mutation: Potions are less effective at restoring your
                  | health. [potion of mutation]
225290 | Depths:1 | Gained mutation: You have sharp toenails. [potion of
                  | mutation]
225290 | Depths:1 | Gained mutation: You have an increased reservoir of magic.
                  | (+10% MP) [potion of mutation]
225290 | Depths:1 | Lost mutation: You have an increased reservoir of magic.
                  | (+10% MP) [potion of mutation]
225290 | Depths:1 | Gained mutation: You are strong-willed. (Will+) [potion of
                  | mutation]
225291 | Depths:1 | Lost mutation: You have sharp toenails. [potion of
                  | mutation]
225291 | Depths:1 | Lost mutation: You are strong-willed. (Will+) [potion of
                  | mutation]
225291 | Depths:1 | Gained mutation: Your flesh is cold resistant. (rC+)
                  | [potion of mutation]
225292 | Depths:1 | Lost mutation: Your flesh is cold resistant. (rC+) [potion
                  | of mutation]
225292 | Depths:1 | Gained mutation: Your flesh is heat resistant. (rF+)
                  | [potion of mutation]
225292 | Depths:1 | Gained mutation: Your mind is acute. (Int +4, Str/Dex -1)
                  | [potion of mutation]
225292 | Depths:1 | Gained mutation: You sometimes lose your temper in combat.
                  | [potion of mutation]
225293 | Depths:1 | Lost mutation: You sometimes lose your temper in combat.
                  | [potion of mutation]
225293 | Depths:1 | Lost mutation: Your flesh is heat resistant. (rF+) [potion
                  | of mutation]
225293 | Depths:1 | Gained mutation: You sometimes lose your temper in combat.
                  | [potion of mutation]
225294 | Depths:1 | Lost mutation: Your mind is acute. (Int +4, Str/Dex -1)
                  | [potion of mutation]
225294 | Depths:1 | Lost mutation: You sometimes lose your temper in combat.
                  | [potion of mutation]
225294 | Depths:1 | Gained mutation: You have hidden genetic defects. [potion
                  | of mutation]
225294 | Depths:1 | Gained mutation: Your magical capacity is low. (-10% MP)
                  | [potion of mutation]
225294 | Depths:1 | Gained mutation: You have large cloven feet. [potion of
                  | mutation]
225295 | Depths:1 | Lost mutation: You have hidden genetic defects. [potion of
                  | mutation]
225295 | Depths:1 | Lost mutation: Your magical capacity is low. (-10% MP)
                  | [potion of mutation]
225295 | Depths:1 | Lost mutation: You have large cloven feet. [potion of
                  | mutation]
225295 | Depths:1 | Gained mutation: Your spells are a little easier to cast,
                  | but a little less powerful. [potion of mutation]
225295 | Depths:1 | Gained mutation: You are somewhat resistant to further
                  | mutation. [potion of mutation]
225296 | Depths:1 | Lost mutation: You are somewhat resistant to further
                  | mutation. [potion of mutation]
225296 | Depths:1 | Lost mutation: Your spells are a little easier to cast, but
                  | a little less powerful. [potion of mutation]
225296 | Depths:1 | Gained mutation: Your muscles are strong. (Str +4, Int/Dex
                  | -1) [potion of mutation]
225296 | Depths:1 | Gained mutation: Your mind is acute. (Int +4, Str/Dex -1)
                  | [potion of mutation]
225296 | Depths:1 | Gained mutation: You have a beak for a mouth. [potion of
                  | mutation]
225296 | Depths:1 | Gained mutation: Your muscles are very strong. (Str +8,
                  | Int/Dex -2) [potion of mutation]
225297 | Depths:1 | Lost mutation: Your mind is acute. (Int +4, Str/Dex -1)
                  | [potion of mutation]
225297 | Depths:1 | Lost mutation: You have a beak for a mouth. [potion of
                  | mutation]
225297 | Depths:1 | Gained mutation: Your health recovers twice as slowly from
                  | being drained. [potion of mutation]
225297 | Depths:1 | Gained mutation: You expend magic power (3 MP) to
                  | strengthen your wands. [potion of mutation]
225298 | Depths:1 | Lost mutation: Your muscles are very strong. (Str +8,
                  | Int/Dex -2) [potion of mutation]
225298 | Depths:1 | Lost mutation: You expend magic power (3 MP) to strengthen
                  | your wands. [potion of mutation]
225298 | Depths:1 | Lost mutation: Your health recovers twice as slowly from
                  | being drained. [potion of mutation]
225298 | Depths:1 | Gained mutation: You are partially covered in large bone
                  | plates. (SH +4) [potion of mutation]
225298 | Depths:1 | Gained mutation: Your body sometimes deteriorates upon
                  | taking damage. [potion of mutation]
225298 | Depths:1 | Gained mutation: You do not regenerate when monsters are
                  | visible. [potion of mutation]
225299 | Depths:1 | Lost mutation: You do not regenerate when monsters are
                  | visible. [potion of mutation]
225299 | Depths:1 | Lost mutation: Your body sometimes deteriorates upon taking
                  | damage. [potion of mutation]
225299 | Depths:1 | Lost mutation: Your muscles are strong. (Str +4, Int/Dex
                  | -1) [potion of mutation]
225299 | Depths:1 | Gained mutation: Your flesh is heat resistant. (rF+)
                  | [potion of mutation]
225299 | Depths:1 | Gained mutation: You are occasionally teleported next to
                  | monsters. [potion of mutation]
225299 | Depths:1 | Gained mutation: You expend magic power (3 MP) to
                  | strengthen your wands. [potion of mutation]
225299 | Depths:1 | Gained mutation: You are strong-willed. (Will+) [potion of
                  | mutation]
225418 | Zig:1    | Entered Level 1 of a ziggurat
225492 | Zig:2    | Entered Level 2 of a ziggurat
225592 | Zig:3    | Entered Level 3 of a ziggurat
225592 | Zig:3    | Noticed Zeotisi the pandemonium lord
225592 | Zig:3    | Noticed Nepanet the pandemonium lord
225592 | Zig:3    | Noticed Luihej the pandemonium lord
225592 | Zig:3    | Noticed Fiogui Gume the pandemonium lord
225592 | Zig:3    | Noticed Vybal the pandemonium lord
225593 | Zig:3    | Killed Zeotisi the pandemonium lord
225594 | Zig:3    | Noticed Resh the pandemonium lord
225595 | Zig:3    | Killed Luihej the pandemonium lord
225595 | Zig:3    | Killed Fiogui Gume the pandemonium lord
225595 | Zig:3    | Killed Vybal the pandemonium lord
225596 | Zig:3    | Killed Nepanet the pandemonium lord
225599 | Zig:3    | Killed Resh the pandemonium lord
225732 | Zig:4    | Entered Level 4 of a ziggurat
225732 | Zig:4    | Found the +3 greatsling "Punk" {acid, rCorr}
225910 | Zig:5    | Entered Level 5 of a ziggurat
225910 | Zig:5    | Noticed Quogoet's ghost (legendary OpSh)
225910 | Zig:5    | Noticed Ysol's ghost (legendary OpHW)
225910 | Zig:5    | Noticed Canwutygu's ghost (veteran MiFi)
225910 | Zig:5    | Noticed Ysol's ghost (legendary OpHW)
225910 | Zig:5    | Noticed Ini Deriu's ghost (legendary DECj)
225910 | Zig:5    | Noticed Nalaklye's ghost (legendary DjCA)
225910 | Zig:5    | Noticed Omay's ghost (master MiFi)
225910 | Zig:5    | Noticed Ussulutyn's ghost (legendary DsFi)
225910 | Zig:5    | Noticed Tejiel's ghost (legendary GrFi)
225910 | Zig:5    | Noticed Quogoet's ghost (legendary OpSh)
225910 | Zig:5    | Noticed Tejiel's ghost (legendary GrFi)
225910 | Zig:5    | Noticed Bines's ghost (legendary OpSh)
225910 | Zig:5    | Noticed Hoiham's ghost (legendary MiFi)
225912 | Zig:5    | Noticed Ysol's ghost (legendary OpHW)
225913 | Zig:5    | Killed Hoiham's ghost
225913 | Zig:5    | Killed Ysol's ghost
225914 | Zig:5    | Killed Ysol's ghost
225914 | Zig:5    | Killed Ysol's ghost
225914 | Zig:5    | Killed Tejiel's ghost
225914 | Zig:5    | Killed Ini Deriu's ghost
225914 | Zig:5    | Killed Quogoet's ghost
225914 | Zig:5    | Noticed Hoiham's ghost (legendary MiFi)
225915 | Zig:5    | Killed Bines's ghost
225915 | Zig:5    | Killed Quogoet's ghost
225915 | Zig:5    | Killed Ussulutyn's ghost
225915 | Zig:5    | Killed Canwutygu's ghost
225916 | Zig:5    | Killed Omay's ghost
225918 | Zig:5    | Killed Hoiham's ghost
225920 | Zig:5    | Noticed Suwusiqo's ghost (legendary DjCj)
225922 | Zig:5    | Found the +8 frozen axe "Frostbite" {freeze, freezing
                  | cloud, *Noise Fly rC+}
225923 | Zig:5    | Killed Nalaklye's ghost
225923 | Zig:5    | Killed Tejiel's ghost
225925 | Zig:5    | Killed Suwusiqo's ghost
226135 | Zig:6    | Entered Level 6 of a ziggurat
226139 | Zig:6    | Found the +16 obsidian axe {drain, demonic, Mesm ^Drain Fly
                  | SInv}
226310 | Zig:7    | Entered Level 7 of a ziggurat
226383 | Zig:7    | Identified the +0 ring mail of the Comet {rElec Dex-2
                  | Slay+3}
226638 | Zig:8    | Entered Level 8 of a ziggurat
226638 | Zig:8    | Noticed an ancient lich
226638 | Zig:8    | Noticed an ancient lich
226639 | Zig:8    | Noticed an ancient lich
226639 | Zig:8    | Noticed an ancient lich
226640 | Zig:8    | Noticed an ancient lich
226641 | Zig:8    | Killed an ancient lich
226641 | Zig:8    | Killed an ancient lich
226641 | Zig:8    | Killed an ancient lich
226643 | Zig:8    | Killed an ancient lich
226644 | Zig:8    | Killed an ancient lich
226837 | Zig:8    | Identified the ring "Xodemif" {rElec rN+ Str-2 Int+7
                  | Stlth-}
226844 | Zig:8    | Identified the staff of Inconvenience {rN+ Int+3 Dex+3
                  | Earth}
226922 | Zig:9    | Entered Level 9 of a ziggurat
226932 | Zig:9    | Found the +7 captain's cutlass {speed, disarm}
227009 | Zig:9    | Identified the +0 robe "Jyfoboutz" {Rampage ^Drain rC+++
                  | Stlth+}
227014 | Zig:9    | Identified the +1 robe of the Lost Path {Will+ Int+7
                  | Archmagi}
227189 | Zig:10   | Entered Level 10 of a ziggurat
227412 | Zig:10   | Identified the +3 hand axe of Tokav {chaos, rPois}
227513 | Zig:11   | Entered Level 11 of a ziggurat
227514 | Zig:11   | Noticed an ancient lich
227514 | Zig:11   | Noticed an ancient lich
227514 | Zig:11   | Noticed a dread lich
227515 | Zig:11   | Noticed a dread lich
227515 | Zig:11   | Noticed a dread lich
227515 | Zig:11   | Noticed an ancient lich
227515 | Zig:11   | Noticed a dread lich
227515 | Zig:11   | Noticed a dread lich
227516 | Zig:11   | Noticed a dread lich
227516 | Zig:11   | Noticed a dread lich
227516 | Zig:11   | Noticed an ancient lich
227516 | Zig:11   | Noticed a dread lich
227516 | Zig:11   | Noticed a dread lich
227516 | Zig:11   | Noticed an ancient lich
227516 | Zig:11   | Noticed an ancient lich
227516 | Zig:11   | Noticed a dread lich
227517 | Zig:11   | Killed a dread lich
227517 | Zig:11   | Killed an ancient lich
227517 | Zig:11   | Killed a dread lich
227517 | Zig:11   | Killed a dread lich
227517 | Zig:11   | Killed an ancient lich
227517 | Zig:11   | Killed a dread lich
227517 | Zig:11   | Killed an ancient lich
227518 | Zig:11   | Killed an ancient lich
227518 | Zig:11   | Killed an ancient lich
227518 | Zig:11   | Killed a dread lich
227518 | Zig:11   | Killed a dread lich
227518 | Zig:11   | Killed a dread lich
227518 | Zig:11   | Killed a dread lich
227518 | Zig:11   | Killed a dread lich
227518 | Zig:11   | Killed a dread lich
227518 | Zig:11   | Killed an ancient lich
227519 | Zig:11   | Noticed an ancient lich
227519 | Zig:11   | Noticed an ancient lich
227521 | Zig:11   | Noticed an ancient lich
227522 | Zig:11   | Noticed an ancient lich
227522 | Zig:11   | Killed an ancient lich
227522 | Zig:11   | Killed an ancient lich
227522 | Zig:11   | Killed an ancient lich
227522 | Zig:11   | Killed an ancient lich
227523 | Zig:11   | Noticed an ancient lich
227523 | Zig:11   | Noticed an ancient lich
227523 | Zig:11   | Noticed a dread lich
227523 | Zig:11   | Noticed a dread lich
227523 | Zig:11   | Noticed a dread lich
227524 | Zig:11   | Noticed an ancient lich
227524 | Zig:11   | Noticed a dread lich
227524 | Zig:11   | Noticed a dread lich
227524 | Zig:11   | Noticed a dread lich
227524 | Zig:11   | Noticed an ancient lich
227524 | Zig:11   | Noticed an ancient lich
227525 | Zig:11   | Killed an ancient lich
227525 | Zig:11   | Killed a dread lich
227525 | Zig:11   | Killed an ancient lich
227525 | Zig:11   | Killed a dread lich
227525 | Zig:11   | Killed a dread lich
227526 | Zig:11   | Killed a dread lich
227526 | Zig:11   | Killed a dread lich
227526 | Zig:11   | Killed an ancient lich
227526 | Zig:11   | Killed an ancient lich
227526 | Zig:11   | Killed an ancient lich
227526 | Zig:11   | Killed a dread lich
227527 | Zig:11   | Noticed an ancient lich
227528 | Zig:11   | Noticed a dread lich
227529 | Zig:11   | Killed a dread lich
227531 | Zig:11   | Killed an ancient lich
227634 | Zig:11   | Identified the +4 orcbow "Wupp" {elec, rC+ Str+2}
227665 | Zig:11   | Identified the +5 orcbow of Saqiep {flame, Str+2 Dex+2}
227842 | Zig:12   | Entered Level 12 of a ziggurat
227842 | Zig:12   | Noticed a juggernaut
227842 | Zig:12   | Noticed a juggernaut
227842 | Zig:12   | Noticed a juggernaut
227842 | Zig:12   | Noticed a juggernaut
227842 | Zig:12   | Noticed a juggernaut
227842 | Zig:12   | Noticed a juggernaut
227843 | Zig:12   | Killed a juggernaut
227843 | Zig:12   | Killed a juggernaut
227843 | Zig:12   | Killed a juggernaut
227843 | Zig:12   | Killed a juggernaut
227843 | Zig:12   | Killed a juggernaut
227844 | Zig:12   | Noticed a juggernaut
227844 | Zig:12   | Noticed a juggernaut
227846 | Zig:12   | Noticed a juggernaut
227846 | Zig:12   | Noticed a juggernaut
227847 | Zig:12   | Noticed a juggernaut
227847 | Zig:12   | Noticed a juggernaut
227847 | Zig:12   | Killed a juggernaut
227848 | Zig:12   | Noticed a juggernaut
227848 | Zig:12   | Noticed a juggernaut
227848 | Zig:12   | Killed a juggernaut
227849 | Zig:12   | Noticed a juggernaut
227849 | Zig:12   | Noticed a juggernaut
227849 | Zig:12   | Found the +9 scales of the Dragon King {rPois rF+ rC+
                  | Will+}
227849 | Zig:12   | Noticed a juggernaut
227849 | Zig:12   | Noticed a juggernaut
227851 | Zig:12   | Noticed a juggernaut
227851 | Zig:12   | Noticed a juggernaut
227851 | Zig:12   | Killed a juggernaut
227851 | Zig:12   | Killed a juggernaut
227851 | Zig:12   | Killed a juggernaut
227851 | Zig:12   | Killed a juggernaut
227851 | Zig:12   | Killed a juggernaut
227851 | Zig:12   | Killed a juggernaut
227852 | Zig:12   | Killed a juggernaut
227852 | Zig:12   | Killed a juggernaut
227852 | Zig:12   | Killed a juggernaut
227852 | Zig:12   | Killed a juggernaut
227852 | Zig:12   | Killed a juggernaut
227852 | Zig:12   | Noticed a juggernaut
227852 | Zig:12   | Noticed a juggernaut
227857 | Zig:12   | Noticed a juggernaut
227859 | Zig:12   | Killed a juggernaut
227860 | Zig:12   | Killed a juggernaut
227860 | Zig:12   | Killed a juggernaut
227860 | Zig:12   | Killed a juggernaut
227861 | Zig:12   | Killed a juggernaut
228218 | Zig:12   | Identified the ring "Uclee" {Fire Str-2 Dex+7 Stlth-}
228264 | Zig:12   | Identified the ring of Imihoen {Fire ^Contam rCorr Str+2}
228328 | Zig:12   | Identified the ring "Jojozuot" {rElec MP+9 Dex+2}
228352 | Zig:12   | Identified the +1 ring mail "Sehit" {Str+3 Dex+3}
228435 | Zig:13   | Entered Level 13 of a ziggurat
228435 | Zig:13   | Noticed a juggernaut
228435 | Zig:13   | Noticed a juggernaut
228435 | Zig:13   | Noticed a juggernaut
228435 | Zig:13   | Noticed a juggernaut
228435 | Zig:13   | Noticed a juggernaut
228435 | Zig:13   | Noticed a juggernaut
228435 | Zig:13   | Noticed a juggernaut
228435 | Zig:13   | Noticed a juggernaut
228436 | Zig:13   | Killed a juggernaut
228436 | Zig:13   | Killed a juggernaut
228436 | Zig:13   | Killed a juggernaut
228436 | Zig:13   | Killed a juggernaut
228436 | Zig:13   | Killed a juggernaut
228437 | Zig:13   | Noticed a juggernaut
228437 | Zig:13   | Noticed a juggernaut
228438 | Zig:13   | Noticed a juggernaut
228439 | Zig:13   | Noticed a juggernaut
228439 | Zig:13   | Noticed a juggernaut
228439 | Zig:13   | Noticed a juggernaut
228439 | Zig:13   | Noticed a juggernaut
228440 | Zig:13   | Noticed a juggernaut
228440 | Zig:13   | Killed a juggernaut
228440 | Zig:13   | Killed a juggernaut
228440 | Zig:13   | Killed a juggernaut
228440 | Zig:13   | Killed a juggernaut
228440 | Zig:13   | Killed a juggernaut
228440 | Zig:13   | Killed a juggernaut
228441 | Zig:13   | Noticed a juggernaut
228442 | Zig:13   | Killed a juggernaut
228442 | Zig:13   | Killed a juggernaut
228442 | Zig:13   | Killed a juggernaut
228442 | Zig:13   | Noticed a juggernaut
228442 | Zig:13   | Noticed a juggernaut
228442 | Zig:13   | Noticed a juggernaut
228443 | Zig:13   | Noticed a juggernaut
228443 | Zig:13   | Noticed a juggernaut
228444 | Zig:13   | Noticed a juggernaut
228445 | Zig:13   | Noticed a juggernaut
228446 | Zig:13   | Killed a juggernaut
228446 | Zig:13   | Killed a juggernaut
228447 | Zig:13   | Killed a juggernaut
228447 | Zig:13   | Killed a juggernaut
228447 | Zig:13   | Killed a juggernaut
228447 | Zig:13   | Killed a juggernaut
228447 | Zig:13   | Killed a juggernaut
228448 | Zig:13   | Killed a juggernaut
228448 | Zig:13   | Killed a juggernaut
228449 | Zig:13   | Killed a juggernaut
228451 | Zig:13   | Found the +7 great mace "Firestarter" {flame, immolate,
                  | rFlCloud rF++}
229024 | Zig:14   | Entered Level 14 of a ziggurat
229026 | Zig:14   | Noticed an ancient lich
229026 | Zig:14   | Noticed a dread lich
229026 | Zig:14   | Noticed a dread lich
229026 | Zig:14   | Noticed an ancient lich
229026 | Zig:14   | Noticed an ancient lich
229026 | Zig:14   | Noticed an ancient lich
229026 | Zig:14   | Noticed a dread lich
229028 | Zig:14   | Killed an ancient lich
229028 | Zig:14   | Killed a dread lich
229028 | Zig:14   | Killed an ancient lich
229028 | Zig:14   | Killed an ancient lich
229028 | Zig:14   | Noticed an ancient lich
229029 | Zig:14   | Killed a dread lich
229029 | Zig:14   | Killed a dread lich
229029 | Zig:14   | Killed an ancient lich
229029 | Zig:14   | Killed an ancient lich
229029 | Zig:14   | Noticed a dread lich
229029 | Zig:14   | Noticed a dread lich
229029 | Zig:14   | Noticed a dread lich
229029 | Zig:14   | Noticed a dread lich
229031 | Zig:14   | Noticed an ancient lich
229031 | Zig:14   | Noticed an ancient lich
229031 | Zig:14   | Noticed an ancient lich
229031 | Zig:14   | Noticed an ancient lich
229031 | Zig:14   | Noticed a dread lich
229031 | Zig:14   | Noticed an ancient lich
229031 | Zig:14   | Noticed an ancient lich
229031 | Zig:14   | Noticed an ancient lich
229031 | Zig:14   | Noticed an ancient lich
229031 | Zig:14   | Noticed a dread lich
229031 | Zig:14   | Noticed a dread lich
229032 | Zig:14   | Killed a dread lich
229032 | Zig:14   | Killed an ancient lich
229032 | Zig:14   | Killed a dread lich
229032 | Zig:14   | Killed an ancient lich
229032 | Zig:14   | Killed an ancient lich
229032 | Zig:14   | Killed a dread lich
229032 | Zig:14   | Noticed an ancient lich
229032 | Zig:14   | Noticed a dread lich
229032 | Zig:14   | Noticed an ancient lich
229032 | Zig:14   | Noticed a dread lich
229032 | Zig:14   | Noticed a dread lich
229032 | Zig:14   | Noticed an ancient lich
229033 | Zig:14   | Noticed a dread lich
229033 | Zig:14   | Killed a dread lich
229033 | Zig:14   | Killed a dread lich
229033 | Zig:14   | Killed an ancient lich
229033 | Zig:14   | Killed an ancient lich
229033 | Zig:14   | Killed a dread lich
229033 | Zig:14   | Killed an ancient lich
229033 | Zig:14   | Killed an ancient lich
229033 | Zig:14   | Killed a dread lich
229033 | Zig:14   | Killed a dread lich
229033 | Zig:14   | Killed an ancient lich
229033 | Zig:14   | Killed an ancient lich
229033 | Zig:14   | Killed a dread lich
229034 | Zig:14   | Killed an ancient lich
229034 | Zig:14   | Killed a dread lich
229034 | Zig:14   | Killed a dread lich
229034 | Zig:14   | Killed an ancient lich
229034 | Zig:14   | Noticed a dread lich
229034 | Zig:14   | Noticed an ancient lich
229034 | Zig:14   | Noticed an ancient lich
229035 | Zig:14   | Noticed a dread lich
229035 | Zig:14   | Noticed an ancient lich
229035 | Zig:14   | Noticed an ancient lich
229035 | Zig:14   | Noticed a dread lich
229035 | Zig:14   | Noticed a dread lich
229036 | Zig:14   | Noticed a dread lich
229036 | Zig:14   | Noticed an ancient lich
229036 | Zig:14   | Noticed a dread lich
229036 | Zig:14   | Killed a dread lich
229036 | Zig:14   | Killed a dread lich
229036 | Zig:14   | Killed a dread lich
229037 | Zig:14   | Killed an ancient lich
229037 | Zig:14   | Killed an ancient lich
229037 | Zig:14   | Killed a dread lich
229037 | Zig:14   | Killed a dread lich
229037 | Zig:14   | Killed an ancient lich
229037 | Zig:14   | Noticed a dread lich
229037 | Zig:14   | Noticed an ancient lich
229037 | Zig:14   | Noticed an ancient lich
229038 | Zig:14   | Noticed an ancient lich
229038 | Zig:14   | Noticed a dread lich
229038 | Zig:14   | Noticed a dread lich
229038 | Zig:14   | Noticed an ancient lich
229038 | Zig:14   | Noticed a dread lich
229038 | Zig:14   | Noticed a dread lich
229038 | Zig:14   | Noticed a dread lich
229038 | Zig:14   | Killed an ancient lich
229039 | Zig:14   | Killed a dread lich
229039 | Zig:14   | Killed a dread lich
229039 | Zig:14   | Killed a dread lich
229040 | Zig:14   | Killed a dread lich
229040 | Zig:14   | Killed a dread lich
229040 | Zig:14   | Killed an ancient lich
229040 | Zig:14   | Killed a dread lich
229040 | Zig:14   | Killed an ancient lich
229040 | Zig:14   | Killed a dread lich
229040 | Zig:14   | Noticed a dread lich
229040 | Zig:14   | Noticed a dread lich
229041 | Zig:14   | Killed an ancient lich
229041 | Zig:14   | Killed an ancient lich
229041 | Zig:14   | Killed a dread lich
229041 | Zig:14   | Noticed a dread lich
229042 | Zig:14   | Killed a dread lich
229042 | Zig:14   | Killed a dread lich
229047 | Zig:14   | Killed an ancient lich
229075 | Zig:14   | Noticed an ancient lich
229077 | Zig:14   | Killed an ancient lich
229236 | Zig:14   | Found the +5 woodcutter's axe
229408 | Zig:15   | Entered Level 15 of a ziggurat
229412 | Zig:15   | Noticed Ometuamn's ghost (legendary OnSh)
229412 | Zig:15   | Noticed Coyd's ghost (legendary HOMo)
229412 | Zig:15   | Noticed Ussulutyn's ghost (legendary DsFi)
229413 | Zig:15   | Noticed Feuw's ghost (veteran MiBe)
229413 | Zig:15   | Noticed Bines's ghost (legendary OpSh)
229413 | Zig:15   | Noticed Mibih's ghost (legendary DjAE)
229413 | Zig:15   | Noticed Mibih's ghost (legendary DjAE)
229413 | Zig:15   | Noticed Ini Deriu's ghost (legendary DECj)
229413 | Zig:15   | Noticed Ussulutyn's ghost (legendary DsFi)
229413 | Zig:15   | Noticed Ging's ghost (legendary OnFi)
229413 | Zig:15   | Noticed Canwutygu's ghost (veteran MiFi)
229413 | Zig:15   | Noticed Coyd's ghost (legendary HOMo)
229413 | Zig:15   | Noticed Oxtuo's ghost (legendary DECj)
229414 | Zig:15   | Noticed Ysol's ghost (legendary OpHW)
229414 | Zig:15   | Noticed Mibih's ghost (legendary DjAE)
229414 | Zig:15   | Noticed Omay's ghost (master MiFi)
229414 | Zig:15   | Noticed Suwusiqo's ghost (legendary DjCj)
229414 | Zig:15   | Noticed Duta's ghost (legendary FoHu)
229416 | Zig:15   | Noticed Ometuamn's ghost (legendary OnSh)
229417 | Zig:15   | Noticed Ussulutyn's ghost (legendary DsFi)
229417 | Zig:15   | Killed Ysol's ghost
229417 | Zig:15   | Noticed Feuw's ghost (veteran MiBe)
229419 | Zig:15   | Noticed Mibih's ghost (legendary DjAE)
229419 | Zig:15   | Noticed Lagif's ghost (legendary MiFi)
229419 | Zig:15   | Noticed Oxtuo's ghost (legendary DECj)
229419 | Zig:15   | Noticed Nalaklye's ghost (legendary DjCA)
229419 | Zig:15   | Noticed Hoiham's ghost (legendary MiFi)
229419 | Zig:15   | Noticed Hoiham's ghost (legendary MiFi)
229419 | Zig:15   | Noticed Hoiham's ghost (legendary MiFi)
229419 | Zig:15   | Noticed Quogoet's ghost (legendary OpSh)
229420 | Zig:15   | Noticed Ussulutyn's ghost (legendary DsFi)
229420 | Zig:15   | Killed Ometuamn's ghost
229420 | Zig:15   | Killed Mibih's ghost
229420 | Zig:15   | Noticed Lagif's ghost (legendary MiFi)
229420 | Zig:15   | Noticed Duta's ghost (legendary FoHu)
229420 | Zig:15   | Noticed Tejiel's ghost (legendary GrFi)
229421 | Zig:15   | Killed Hoiham's ghost
229421 | Zig:15   | Killed Coyd's ghost
229421 | Zig:15   | Noticed Ometuamn's ghost (legendary OnSh)
229421 | Zig:15   | Noticed Nalaklye's ghost (legendary DjCA)
229421 | Zig:15   | Noticed Coyd's ghost (legendary HOMo)
229422 | Zig:15   | Killed Hoiham's ghost
229422 | Zig:15   | Killed Tejiel's ghost
229422 | Zig:15   | Killed Hoiham's ghost
229422 | Zig:15   | Killed Ussulutyn's ghost
229422 | Zig:15   | Killed Duta's ghost
229423 | Zig:15   | Killed Mibih's ghost
229423 | Zig:15   | Killed Lagif's ghost
229423 | Zig:15   | Noticed Ysol's ghost (legendary OpHW)
229423 | Zig:15   | Noticed Ysol's ghost (legendary OpHW)
229423 | Zig:15   | Killed Bines's ghost
229423 | Zig:15   | Noticed Hoiham's ghost (legendary MiFi)
229424 | Zig:15   | Killed Ussulutyn's ghost
229424 | Zig:15   | Killed Quogoet's ghost
229424 | Zig:15   | Killed Ini Deriu's ghost
229424 | Zig:15   | Killed Mibih's ghost
229425 | Zig:15   | Killed Lagif's ghost
229425 | Zig:15   | Noticed Mibih's ghost (legendary DjAE)
229425 | Zig:15   | Noticed Nalaklye's ghost (legendary DjCA)
229425 | Zig:15   | Noticed Duta's ghost (legendary FoHu)
229426 | Zig:15   | Killed Oxtuo's ghost
229426 | Zig:15   | Killed Ometuamn's ghost
229426 | Zig:15   | Killed Hoiham's ghost
229426 | Zig:15   | Noticed Oxtuo's ghost (legendary DECj)
229426 | Zig:15   | Noticed Hoiham's ghost (legendary MiFi)
229426 | Zig:15   | Noticed Pixogrep's ghost (legendary OpCj)
229427 | Zig:15   | Killed Duta's ghost
229427 | Zig:15   | Killed Ometuamn's ghost
229427 | Zig:15   | Killed Ysol's ghost
229427 | Zig:15   | Noticed Bines's ghost (legendary OpSh)
229427 | Zig:15   | Noticed Mibih's ghost (legendary DjAE)
229427 | Zig:15   | Noticed Ysol's ghost (legendary OpHW)
229428 | Zig:15   | Noticed Canwutygu's ghost (veteran MiFi)
229428 | Zig:15   | Killed Nalaklye's ghost
229428 | Zig:15   | Noticed Hoiham's ghost (legendary MiFi)
229429 | Zig:15   | Killed Ussulutyn's ghost
229429 | Zig:15   | Killed Nalaklye's ghost
229429 | Zig:15   | Killed Mibih's ghost
229429 | Zig:15   | Killed Ysol's ghost
229429 | Zig:15   | Noticed Suwusiqo's ghost (legendary DjCj)
229429 | Zig:15   | Noticed Tejiel's ghost (legendary GrFi)
229429 | Zig:15   | Noticed Hoiham's ghost (legendary MiFi)
229430 | Zig:15   | Killed Ysol's ghost
229430 | Zig:15   | Killed Tejiel's ghost
229431 | Zig:15   | Killed Nalaklye's ghost
229431 | Zig:15   | Killed Hoiham's ghost
229431 | Zig:15   | Killed Ging's ghost
229431 | Zig:15   | Killed Hoiham's ghost
229432 | Zig:15   | Killed Duta's ghost
229432 | Zig:15   | Killed Pixogrep's ghost
229432 | Zig:15   | Noticed Quogoet's ghost (legendary OpSh)
229433 | Zig:15   | Noticed Nalaklye's ghost (legendary DjCA)
229433 | Zig:15   | Noticed Feuw's ghost (veteran MiBe)
229433 | Zig:15   | Noticed Ging's ghost (legendary OnFi)
229433 | Zig:15   | Killed Feuw's ghost
229434 | Zig:15   | Killed Ussulutyn's ghost
229437 | Zig:15   | Killed Oxtuo's ghost
229437 | Zig:15   | Killed Oxtuo's ghost
229438 | Zig:15   | Killed Quogoet's ghost
229439 | Zig:15   | Noticed Nalaklye's ghost (legendary DjCA)
229439 | Zig:15   | Noticed Omay's ghost (master MiFi)
229440 | Zig:15   | Killed Suwusiqo's ghost
229441 | Zig:15   | Killed Hoiham's ghost
229441 | Zig:15   | Killed Mibih's ghost
229441 | Zig:15   | Killed Nalaklye's ghost
229441 | Zig:15   | Killed Mibih's ghost
229441 | Zig:15   | Killed Coyd's ghost
229441 | Zig:15   | Killed Canwutygu's ghost
229441 | Zig:15   | Noticed Canwutygu's ghost (veteran MiFi)
229441 | Zig:15   | Noticed Oxtuo's ghost (legendary DECj)
229442 | Zig:15   | Killed Ging's ghost
229442 | Zig:15   | Killed Feuw's ghost
229442 | Zig:15   | Killed Nalaklye's ghost
229442 | Zig:15   | Noticed Oxtuo's ghost (legendary DECj)
229442 | Zig:15   | Noticed Omay's ghost (master MiFi)
229444 | Zig:15   | Killed Coyd's ghost
229444 | Zig:15   | Noticed Pixogrep's ghost (legendary OpCj)
229445 | Zig:15   | Killed Omay's ghost
229448 | Zig:15   | Killed Canwutygu's ghost
229448 | Zig:15   | Killed Feuw's ghost
229448 | Zig:15   | Killed Omay's ghost
229448 | Zig:15   | Noticed Ometuamn's ghost (legendary OnSh)
229448 | Zig:15   | Noticed Coyd's ghost (legendary HOMo)
229448 | Zig:15   | Noticed Bines's ghost (legendary OpSh)
229450 | Zig:15   | Killed Oxtuo's ghost
229450 | Zig:15   | Killed Bines's ghost
229450 | Zig:15   | Killed Suwusiqo's ghost
229453 | Zig:15   | Killed Pixogrep's ghost
229453 | Zig:15   | Killed Canwutygu's ghost
229454 | Zig:15   | Killed Coyd's ghost
229454 | Zig:15   | Killed Ometuamn's ghost
229454 | Zig:15   | Killed Oxtuo's ghost
229457 | Zig:15   | Killed Omay's ghost
229501 | Zig:15   | Killed Bines's ghost
229599 | Zig:15   | Identified the +5 orcbow "Rur Hia" {speed, Int-3 Dex+5}
229621 | Zig:15   | Identified the +11 quarterstaff "Uwaiguer" {freeze, rN++
                  | Will-}
229814 | Zig:16   | Entered Level 16 of a ziggurat
230014 | Zig:16   | Found the +7 Throatcutter {drain, coup de grace}
230162 | Zig:16   | Identified the +8 whip of Narrow Defiance {pain, Int+4}
230186 | Zig:16   | Identified the +0 robe of Beyond {+Blink +Inv Dex+4 Stlth-}
230242 | Zig:16   | Identified the +7 rapier of the Sneaky Continents
                  | {antimagic, rC+ Stlth+}
230262 | Zig:16   | Identified the staff of Vinulego {rF+ rC+ rN+ SInv Fire}
230263 | Zig:16   | Identified the +0 fire dragon scales of Lemudwal {rF++ rC-
                  | Stlth+}
230352 | Zig:17   | Entered Level 17 of a ziggurat
230352 | Zig:17   | Noticed a royal mummy
230352 | Zig:17   | Noticed a royal mummy
230352 | Zig:17   | Noticed a royal mummy
230352 | Zig:17   | Noticed a royal mummy
230352 | Zig:17   | Noticed a royal mummy
230352 | Zig:17   | Noticed a royal mummy
230352 | Zig:17   | Noticed a royal mummy
230352 | Zig:17   | Noticed a royal mummy
230352 | Zig:17   | Noticed a royal mummy
230352 | Zig:17   | Noticed a royal mummy
230352 | Zig:17   | Noticed a royal mummy
230352 | Zig:17   | Noticed a royal mummy
230353 | Zig:17   | Killed a royal mummy
230353 | Zig:17   | Killed a royal mummy
230353 | Zig:17   | Killed a royal mummy
230353 | Zig:17   | Killed a royal mummy
230353 | Zig:17   | Killed a royal mummy
230353 | Zig:17   | Killed a royal mummy
230353 | Zig:17   | Killed a royal mummy
230353 | Zig:17   | Killed a royal mummy
230353 | Zig:17   | Killed a royal mummy
230353 | Zig:17   | Killed a royal mummy
230354 | Zig:17   | Noticed a royal mummy
230355 | Zig:17   | Killed a royal mummy
230355 | Zig:17   | Killed a royal mummy
230355 | Zig:17   | Noticed a royal mummy
230355 | Zig:17   | Noticed a royal mummy
230355 | Zig:17   | Noticed a royal mummy
230356 | Zig:17   | Noticed a royal mummy
230356 | Zig:17   | Noticed a royal mummy
230357 | Zig:17   | Killed a royal mummy
230357 | Zig:17   | Noticed a royal mummy
230357 | Zig:17   | Noticed a royal mummy
230358 | Zig:17   | Killed a royal mummy
230358 | Zig:17   | Killed a royal mummy
230358 | Zig:17   | Killed a royal mummy
230358 | Zig:17   | Noticed a royal mummy
230359 | Zig:17   | Killed a royal mummy
230359 | Zig:17   | Killed a royal mummy
230359 | Zig:17   | Noticed a royal mummy
230359 | Zig:17   | Noticed a royal mummy
230360 | Zig:17   | Killed a royal mummy
230360 | Zig:17   | Killed a royal mummy
230361 | Zig:17   | Killed a royal mummy
230361 | Zig:17   | Noticed a royal mummy
230362 | Zig:17   | Killed a royal mummy
230362 | Zig:17   | Noticed a royal mummy
230362 | Zig:17   | Noticed a royal mummy
230362 | Zig:17   | Noticed a royal mummy
230363 | Zig:17   | Noticed a royal mummy
230363 | Zig:17   | Noticed a royal mummy
230363 | Zig:17   | Noticed a royal mummy
230364 | Zig:17   | Killed a royal mummy
230364 | Zig:17   | Killed a royal mummy
230364 | Zig:17   | Killed a royal mummy
230364 | Zig:17   | Killed a royal mummy
230364 | Zig:17   | Noticed a royal mummy
230364 | Zig:17   | Noticed a royal mummy
230364 | Zig:17   | Noticed a royal mummy
230364 | Zig:17   | Noticed a royal mummy
230364 | Zig:17   | Noticed a royal mummy
230364 | Zig:17   | Noticed a royal mummy
230365 | Zig:17   | Killed a royal mummy
230365 | Zig:17   | Killed a royal mummy
230365 | Zig:17   | Killed a royal mummy
230365 | Zig:17   | Killed a royal mummy
230365 | Zig:17   | Killed a royal mummy
230365 | Zig:17   | Noticed a royal mummy
230366 | Zig:17   | Killed a royal mummy
230366 | Zig:17   | Killed a royal mummy
230366 | Zig:17   | Killed a royal mummy
230366 | Zig:17   | Killed a royal mummy
230366 | Zig:17   | Killed a royal mummy
230367 | Zig:17   | Noticed a royal mummy
230367 | Zig:17   | Noticed a royal mummy
230367 | Zig:17   | Noticed a royal mummy
230368 | Zig:17   | Killed a royal mummy
230368 | Zig:17   | Killed a royal mummy
230368 | Zig:17   | Noticed a royal mummy
230368 | Zig:17   | Noticed a royal mummy
230369 | Zig:17   | Killed a royal mummy
230371 | Zig:17   | Killed a royal mummy
230371 | Zig:17   | Killed a royal mummy
230371 | Zig:17   | Killed a royal mummy
230371 | Zig:17   | Killed a royal mummy
230372 | Zig:17   | Noticed a royal mummy
230373 | Zig:17   | Noticed a royal mummy
230374 | Zig:17   | Noticed a royal mummy
230374 | Zig:17   | Noticed a royal mummy
230375 | Zig:17   | Noticed a royal mummy
230376 | Zig:17   | Noticed a royal mummy
230376 | Zig:17   | Noticed a royal mummy
230376 | Zig:17   | Noticed a royal mummy
230377 | Zig:17   | Noticed a royal mummy
230377 | Zig:17   | Noticed a royal mummy
230377 | Zig:17   | Noticed a royal mummy
230377 | Zig:17   | Noticed a royal mummy
230377 | Zig:17   | Noticed a royal mummy
230377 | Zig:17   | Noticed a royal mummy
230378 | Zig:17   | Killed a royal mummy
230378 | Zig:17   | Killed a royal mummy
230378 | Zig:17   | Killed a royal mummy
230378 | Zig:17   | Killed a royal mummy
230378 | Zig:17   | Killed a royal mummy
230378 | Zig:17   | Killed a royal mummy
230378 | Zig:17   | Killed a royal mummy
230378 | Zig:17   | Killed a royal mummy
230378 | Zig:17   | Noticed a royal mummy
230378 | Zig:17   | Noticed a royal mummy
230379 | Zig:17   | Killed a royal mummy
230379 | Zig:17   | Killed a royal mummy
230379 | Zig:17   | Killed a royal mummy
230379 | Zig:17   | Killed a royal mummy
230380 | Zig:17   | Killed a royal mummy
230380 | Zig:17   | Killed a royal mummy
230380 | Zig:17   | Killed a royal mummy
230380 | Zig:17   | Killed a royal mummy
230380 | Zig:17   | Noticed a royal mummy
230380 | Zig:17   | Noticed a royal mummy
230382 | Zig:17   | Killed a royal mummy
230382 | Zig:17   | Killed a royal mummy
230383 | Zig:17   | Noticed a royal mummy
230384 | Zig:17   | Noticed a royal mummy
230385 | Zig:17   | Noticed a royal mummy
230386 | Zig:17   | Noticed a royal mummy
230387 | Zig:17   | Killed a royal mummy
230387 | Zig:17   | Killed a royal mummy
230388 | Zig:17   | Killed a royal mummy
230388 | Zig:17   | Noticed a royal mummy
230388 | Zig:17   | Noticed a royal mummy
230389 | Zig:17   | Killed a royal mummy
230391 | Zig:17   | Killed a royal mummy
230392 | Zig:17   | Killed a royal mummy
230480 | Zig:17   | Identified the staff of Bloody Death {Fly rPois rCorr Dex+9
                  | Alchemy}
230484 | Zig:17   | Identified the ring "Folofuag" {rC+ Int+2}
230488 | Zig:17   | Identified the +6 morningstar of Stickiness {freeze, rElec
                  | Str+3 Dex+3 Stlth+}
230493 | Zig:17   | Identified the +7 longbow of Xukkufieja {freeze, rElec rF+
                  | Str+5 Int+2}
230511 | Zig:17   | Identified the +6 arbalest "Zoewk" {drain, Str+4 Stlth-}
230520 | Zig:17   | Identified the +0 chain mail of the Louse {-Cast Rampage
                  | Dex+5}
230986 | Zig:18   | Entered Level 18 of a ziggurat
230987 | Zig:18   | Noticed a juggernaut
230988 | Zig:18   | Noticed a juggernaut
230988 | Zig:18   | Noticed a juggernaut
230989 | Zig:18   | Noticed a juggernaut
230989 | Zig:18   | Noticed a juggernaut
230990 | Zig:18   | Killed a juggernaut
230990 | Zig:18   | Killed a juggernaut
230990 | Zig:18   | Killed a juggernaut
230990 | Zig:18   | Noticed a juggernaut
230990 | Zig:18   | Noticed a juggernaut
230990 | Zig:18   | Noticed a juggernaut
230990 | Zig:18   | Noticed a juggernaut
230990 | Zig:18   | Noticed a juggernaut
230991 | Zig:18   | Noticed a juggernaut
230991 | Zig:18   | Noticed a juggernaut
230991 | Zig:18   | Noticed a juggernaut
230991 | Zig:18   | Noticed a juggernaut
230992 | Zig:18   | Noticed a juggernaut
230993 | Zig:18   | Killed a juggernaut
230993 | Zig:18   | Killed a juggernaut
230993 | Zig:18   | Killed a juggernaut
230993 | Zig:18   | Killed a juggernaut
230993 | Zig:18   | Killed a juggernaut
230994 | Zig:18   | Noticed a juggernaut
230995 | Zig:18   | Killed a juggernaut
230995 | Zig:18   | Killed a juggernaut
230995 | Zig:18   | Noticed a juggernaut
230995 | Zig:18   | Noticed a juggernaut
230996 | Zig:18   | Killed a juggernaut
230996 | Zig:18   | Killed a juggernaut
230996 | Zig:18   | Killed a juggernaut
230996 | Zig:18   | Killed a juggernaut
230996 | Zig:18   | Killed a juggernaut
230997 | Zig:18   | Noticed a juggernaut
230997 | Zig:18   | Noticed a juggernaut
230997 | Zig:18   | Noticed a juggernaut
230998 | Zig:18   | Noticed a juggernaut
230998 | Zig:18   | Killed a juggernaut
230998 | Zig:18   | Killed a juggernaut
230998 | Zig:18   | Noticed a juggernaut
230998 | Zig:18   | Noticed a juggernaut
230999 | Zig:18   | Killed a juggernaut
230999 | Zig:18   | Killed a juggernaut
230999 | Zig:18   | Noticed a juggernaut
230999 | Zig:18   | Noticed a juggernaut
231000 | Zig:18   | Killed a juggernaut
231000 | Zig:18   | Killed a juggernaut
231000 | Zig:18   | Killed a juggernaut
231000 | Zig:18   | Killed a juggernaut
231000 | Zig:18   | Killed a juggernaut
231000 | Zig:18   | Noticed a juggernaut
231000 | Zig:18   | Noticed a juggernaut
231000 | Zig:18   | Noticed a juggernaut
231001 | Zig:18   | Noticed a juggernaut
231001 | Zig:18   | Noticed a juggernaut
231001 | Zig:18   | Noticed a juggernaut
231001 | Zig:18   | Noticed a juggernaut
231002 | Zig:18   | Noticed a juggernaut
231002 | Zig:18   | Noticed a juggernaut
231002 | Zig:18   | Noticed a juggernaut
231002 | Zig:18   | Noticed a juggernaut
231002 | Zig:18   | Killed a juggernaut
231002 | Zig:18   | Noticed a juggernaut
231003 | Zig:18   | Noticed a juggernaut
231004 | Zig:18   | Killed a juggernaut
231004 | Zig:18   | Killed a juggernaut
231004 | Zig:18   | Killed a juggernaut
231004 | Zig:18   | Killed a juggernaut
231004 | Zig:18   | Killed a juggernaut
231004 | Zig:18   | Killed a juggernaut
231004 | Zig:18   | Killed a juggernaut
231004 | Zig:18   | Killed a juggernaut
231005 | Zig:18   | Killed a juggernaut
231005 | Zig:18   | Killed a juggernaut
231005 | Zig:18   | Killed a juggernaut
231005 | Zig:18   | Killed a juggernaut
231005 | Zig:18   | Killed a juggernaut
231005 | Zig:18   | Killed a juggernaut
231005 | Zig:18   | Noticed a juggernaut
231007 | Zig:18   | Noticed a juggernaut
231008 | Zig:18   | Killed a juggernaut
231010 | Zig:18   | Noticed a juggernaut
231010 | Zig:18   | Noticed a juggernaut
231011 | Zig:18   | Killed a juggernaut
231011 | Zig:18   | Killed a juggernaut
231011 | Zig:18   | Noticed a juggernaut
231013 | Zig:18   | Killed a juggernaut
231014 | Zig:18   | Killed a juggernaut
231014 | Zig:18   | Killed a juggernaut
231432 | Zig:18   | Identified the +7 halberd "Doumiq" {flame, Dex+2}
231495 | Zig:18   | Identified the +0 bardiche of Honaujics {elec, rF+ Will+
                  | Str+3}
231513 | Zig:18   | Identified the +6 whip of Okawaru's Reproof {drain, rN+
                  | MP+9 Dex+3}
231549 | Zig:18   | Identified the +1 battleaxe "Undertaker" {flame, Str+3}
231553 | Zig:18   | Identified the +8 short sword "Reteos" {speed, rC++}
231655 | Zig:19   | Entered Level 19 of a ziggurat
231660 | Zig:19   | Paralysed by an air elemental for 1 turns
231682 | Zig:19   | Found the ring of the Octopus King
231764 | Zig:19   | Identified a ring of the Octopus King {rN+ HP+2 AC+2 EV+2
                  | SH+2}
231773 | Zig:19   | Identified the staff "Newtbane" {rElec rN+ Fire Air}
231779 | Zig:19   | Identified the +5 ring mail of Gozag's Delight {Int+4}
231821 | Zig:19   | Identified the staff of the Slime-mould {SInv Conj Necro}
232222 | Zig:19   | Upgraded the game from 0.32-a0-597-g8e3e136d6a to
                  | 0.32-a0-599-gba8f9cf90e
232227 | Zig:20   | Entered Level 20 of a ziggurat
232227 | Zig:20   | Noticed a royal mummy
232227 | Zig:20   | Noticed a royal mummy
232227 | Zig:20   | Noticed a royal mummy
232228 | Zig:20   | Noticed a royal mummy
232228 | Zig:20   | Noticed a royal mummy
232228 | Zig:20   | Noticed a royal mummy
232228 | Zig:20   | Noticed a royal mummy
232228 | Zig:20   | Noticed a royal mummy
232228 | Zig:20   | Noticed a royal mummy
232228 | Zig:20   | Noticed a royal mummy
232228 | Zig:20   | Noticed a royal mummy
232229 | Zig:20   | Noticed a royal mummy
232229 | Zig:20   | Noticed a royal mummy
232229 | Zig:20   | Noticed a royal mummy
232229 | Zig:20   | Noticed a royal mummy
232229 | Zig:20   | Noticed a royal mummy
232229 | Zig:20   | Noticed a royal mummy
232229 | Zig:20   | Noticed a royal mummy
232230 | Zig:20   | Killed a royal mummy
232232 | Zig:20   | Killed a royal mummy
232232 | Zig:20   | Killed a royal mummy
232232 | Zig:20   | Killed a royal mummy
232232 | Zig:20   | Killed a royal mummy
232232 | Zig:20   | Noticed a royal mummy
232232 | Zig:20   | Noticed a royal mummy
232232 | Zig:20   | Noticed a royal mummy
232232 | Zig:20   | Noticed a royal mummy
232233 | Zig:20   | Killed a royal mummy
232233 | Zig:20   | Killed a royal mummy
232233 | Zig:20   | Killed a royal mummy
232233 | Zig:20   | Killed a royal mummy
232233 | Zig:20   | Killed a royal mummy
232233 | Zig:20   | Noticed a royal mummy
232233 | Zig:20   | Noticed a royal mummy
232235 | Zig:20   | Killed a royal mummy
232235 | Zig:20   | Killed a royal mummy
232235 | Zig:20   | Noticed a royal mummy
232236 | Zig:20   | Noticed a royal mummy
232236 | Zig:20   | Killed a royal mummy
232236 | Zig:20   | Noticed a royal mummy
232237 | Zig:20   | Noticed a royal mummy
232238 | Zig:20   | Killed a royal mummy
232238 | Zig:20   | Noticed a royal mummy
232238 | Zig:20   | Noticed a royal mummy
232239 | Zig:20   | Killed a royal mummy
232241 | Zig:20   | Killed a royal mummy
232241 | Zig:20   | Killed a royal mummy
232241 | Zig:20   | Killed a royal mummy
232241 | Zig:20   | Killed a royal mummy
232241 | Zig:20   | Killed a royal mummy
232241 | Zig:20   | Killed a royal mummy
232242 | Zig:20   | Killed a royal mummy
232242 | Zig:20   | Killed a royal mummy
232242 | Zig:20   | Killed a royal mummy
232243 | Zig:20   | Killed a royal mummy
232243 | Zig:20   | Noticed a royal mummy
232244 | Zig:20   | Noticed a royal mummy
232244 | Zig:20   | Noticed a royal mummy
232245 | Zig:20   | Noticed a royal mummy
232245 | Zig:20   | Noticed a royal mummy
232245 | Zig:20   | Noticed a royal mummy
232245 | Zig:20   | Noticed a royal mummy
232245 | Zig:20   | Killed a royal mummy
232245 | Zig:20   | Noticed a royal mummy
232246 | Zig:20   | Killed a royal mummy
232246 | Zig:20   | Noticed a royal mummy
232246 | Zig:20   | Noticed a royal mummy
232246 | Zig:20   | Noticed a royal mummy
232246 | Zig:20   | Noticed a royal mummy
232246 | Zig:20   | Noticed a royal mummy
232246 | Zig:20   | Noticed a royal mummy
232246 | Zig:20   | Noticed a royal mummy
232246 | Zig:20   | Noticed a royal mummy
232246 | Zig:20   | Noticed a royal mummy
232246 | Zig:20   | Noticed a royal mummy
232246 | Zig:20   | Noticed a royal mummy
232246 | Zig:20   | Noticed a royal mummy
232246 | Zig:20   | Noticed a royal mummy
232247 | Zig:20   | Noticed a royal mummy
232247 | Zig:20   | Killed a royal mummy
232247 | Zig:20   | Killed a royal mummy
232247 | Zig:20   | Killed a royal mummy
232247 | Zig:20   | Killed a royal mummy
232247 | Zig:20   | Killed a royal mummy
232247 | Zig:20   | Killed a royal mummy
232247 | Zig:20   | Killed a royal mummy
232247 | Zig:20   | Killed a royal mummy
232247 | Zig:20   | Killed a royal mummy
232247 | Zig:20   | Killed a royal mummy
232247 | Zig:20   | Killed a royal mummy
232247 | Zig:20   | Noticed a royal mummy
232247 | Zig:20   | Noticed a royal mummy
232247 | Zig:20   | Noticed a royal mummy
232247 | Zig:20   | Noticed a royal mummy
232247 | Zig:20   | Noticed a royal mummy
232247 | Zig:20   | Noticed a royal mummy
232247 | Zig:20   | Noticed a royal mummy
232247 | Zig:20   | Noticed a royal mummy
232247 | Zig:20   | Noticed a royal mummy
232247 | Zig:20   | Noticed a royal mummy
232248 | Zig:20   | Killed a royal mummy
232248 | Zig:20   | Killed a royal mummy
232248 | Zig:20   | Killed a royal mummy
232248 | Zig:20   | Killed a royal mummy
232248 | Zig:20   | Killed a royal mummy
232248 | Zig:20   | Killed a royal mummy
232248 | Zig:20   | Killed a royal mummy
232249 | Zig:20   | Noticed a royal mummy
232250 | Zig:20   | Killed a royal mummy
232250 | Zig:20   | Killed a royal mummy
232250 | Zig:20   | Noticed a royal mummy
232250 | Zig:20   | Noticed a royal mummy
232251 | Zig:20   | Killed a royal mummy
232252 | Zig:20   | Killed a royal mummy
232252 | Zig:20   | Noticed a royal mummy
232253 | Zig:20   | Killed a royal mummy
232254 | Zig:20   | Noticed a royal mummy
232254 | Zig:20   | Noticed a royal mummy
232254 | Zig:20   | Noticed a royal mummy
232254 | Zig:20   | Noticed a royal mummy
232254 | Zig:20   | Identified the +5 short sword "Kuan" {vamp, rPois Int-3
                  | Dex+3}
232254 | Zig:20   | Noticed a royal mummy
232254 | Zig:20   | Noticed a royal mummy
232254 | Zig:20   | Noticed a royal mummy
232254 | Zig:20   | Noticed a royal mummy
232254 | Zig:20   | Noticed a royal mummy
232254 | Zig:20   | Noticed a royal mummy
232254 | Zig:20   | Noticed a royal mummy
232254 | Zig:20   | Noticed a royal mummy
232254 | Zig:20   | Noticed a royal mummy
232254 | Zig:20   | Noticed a royal mummy
232254 | Zig:20   | Noticed a royal mummy
232254 | Zig:20   | Noticed a royal mummy
232254 | Zig:20   | Noticed a royal mummy
232254 | Zig:20   | Noticed a royal mummy
232254 | Zig:20   | Noticed a royal mummy
232254 | Zig:20   | Noticed a royal mummy
232254 | Zig:20   | Noticed a royal mummy
232255 | Zig:20   | Killed a royal mummy
232255 | Zig:20   | Killed a royal mummy
232255 | Zig:20   | Killed a royal mummy
232255 | Zig:20   | Killed a royal mummy
232255 | Zig:20   | Killed a royal mummy
232255 | Zig:20   | Killed a royal mummy
232255 | Zig:20   | Killed a royal mummy
232255 | Zig:20   | Killed a royal mummy
232255 | Zig:20   | Killed a royal mummy
232255 | Zig:20   | Killed a royal mummy
232255 | Zig:20   | Killed a royal mummy
232255 | Zig:20   | Killed a royal mummy
232255 | Zig:20   | Killed a royal mummy
232256 | Zig:20   | Killed a royal mummy
232256 | Zig:20   | Killed a royal mummy
232256 | Zig:20   | Killed a royal mummy
232256 | Zig:20   | Killed a royal mummy
232256 | Zig:20   | Killed a royal mummy
232256 | Zig:20   | Killed a royal mummy
232256 | Zig:20   | Killed a royal mummy
232256 | Zig:20   | Killed a royal mummy
232256 | Zig:20   | Killed a royal mummy
232256 | Zig:20   | Noticed a royal mummy
232257 | Zig:20   | Killed a royal mummy
232257 | Zig:20   | Killed a royal mummy
232257 | Zig:20   | Noticed a royal mummy
232259 | Zig:20   | Killed a royal mummy
232259 | Zig:20   | Noticed a royal mummy
232260 | Zig:20   | Killed a royal mummy
232260 | Zig:20   | Killed a royal mummy
232260 | Zig:20   | Killed a royal mummy
232260 | Zig:20   | Killed a royal mummy
232260 | Zig:20   | Killed a royal mummy
232260 | Zig:20   | Noticed a royal mummy
232260 | Zig:20   | Noticed a royal mummy
232261 | Zig:20   | Killed a royal mummy
232261 | Zig:20   | Killed a royal mummy
232261 | Zig:20   | Killed a royal mummy
232261 | Zig:20   | Killed a royal mummy
232262 | Zig:20   | Killed a royal mummy
232262 | Zig:20   | Killed a royal mummy
232263 | Zig:20   | Killed a royal mummy
232263 | Zig:20   | Killed a royal mummy
232263 | Zig:20   | Killed a royal mummy
232265 | Zig:20   | Killed a royal mummy
232267 | Zig:20   | Killed a royal mummy
232272 | Zig:20   | Killed a royal mummy
232782 | Zig:20   | Identified the +1 orcbow of Itoudon {elec, +Blink Int+8}
232821 | Zig:20   | Identified the +5 war axe of a sewer {protect, Str+2 SInv}
232843 | Zig:20   | Identified the +4 ring mail "Sedazynu" {-Tele rElec Str+2}
233029 | Zig:21   | Entered Level 21 of a ziggurat
233592 | Zig:21   | Identified the +6 scale mail of Ugebuyk {rElec rPois rC-
                  | Str-2}
233602 | Zig:21   | Identified the +3 flail "Keosk" {pain, ^Fragile Str+3
                  | Dex+3}
233605 | Zig:21   | Identified the +0 long sword "Neag" {pain, Str+2 Dex+3}
233608 | Zig:21   | Identified the +1 flail "Lifuzub" {pain, rC+}
233612 | Zig:21   | Identified the ring "Ojomit" {rElec Will+ MP+9 Str-5 Int+5}
233617 | Zig:21   | Identified the +1 robe of the Arcane {Str-4 Int+4}
233618 | Zig:21   | Identified the ring of Ypizor {AC+4 Str-2 Dex+8}
233693 | Zig:22   | Entered Level 22 of a ziggurat
233694 | Zig:22   | Noticed a royal mummy
233695 | Zig:22   | Noticed a royal mummy
233695 | Zig:22   | Noticed a royal mummy
233696 | Zig:22   | Killed a royal mummy
233696 | Zig:22   | Noticed a royal mummy
233696 | Zig:22   | Noticed a royal mummy
233698 | Zig:22   | Killed a royal mummy
233698 | Zig:22   | Killed a royal mummy
233698 | Zig:22   | Killed a royal mummy
233699 | Zig:22   | Noticed a royal mummy
233700 | Zig:22   | Noticed a royal mummy
233700 | Zig:22   | Noticed a royal mummy
233700 | Zig:22   | Noticed a royal mummy
233700 | Zig:22   | Noticed a royal mummy
233701 | Zig:22   | Killed a royal mummy
233701 | Zig:22   | Killed a royal mummy
233701 | Zig:22   | Killed a royal mummy
233701 | Zig:22   | Killed a royal mummy
233701 | Zig:22   | Killed a royal mummy
233702 | Zig:22   | Noticed a royal mummy
233702 | Zig:22   | Noticed a royal mummy
233702 | Zig:22   | Noticed a royal mummy
233702 | Zig:22   | Noticed a royal mummy
233702 | Zig:22   | Killed a royal mummy
233702 | Zig:22   | Noticed a royal mummy
233702 | Zig:22   | Noticed a royal mummy
233703 | Zig:22   | Killed a royal mummy
233703 | Zig:22   | Noticed a royal mummy
233703 | Zig:22   | Noticed a royal mummy
233704 | Zig:22   | Killed a royal mummy
233704 | Zig:22   | Killed a royal mummy
233704 | Zig:22   | Noticed a royal mummy
233705 | Zig:22   | Killed a royal mummy
233705 | Zig:22   | Noticed a royal mummy
233706 | Zig:22   | Killed a royal mummy
233706 | Zig:22   | Killed a royal mummy
233706 | Zig:22   | Killed a royal mummy
233706 | Zig:22   | Noticed a royal mummy
233706 | Zig:22   | Noticed a royal mummy
233706 | Zig:22   | Noticed a royal mummy
233707 | Zig:22   | Noticed a royal mummy
233707 | Zig:22   | Noticed a royal mummy
233707 | Zig:22   | Noticed a royal mummy
233707 | Zig:22   | Noticed a royal mummy
233707 | Zig:22   | Noticed a royal mummy
233708 | Zig:22   | Noticed a royal mummy
233708 | Zig:22   | Noticed a royal mummy
233709 | Zig:22   | Killed a royal mummy
233709 | Zig:22   | Killed a royal mummy
233709 | Zig:22   | Killed a royal mummy
233709 | Zig:22   | Killed a royal mummy
233709 | Zig:22   | Killed a royal mummy
233709 | Zig:22   | Killed a royal mummy
233709 | Zig:22   | Noticed a royal mummy
233710 | Zig:22   | Killed a royal mummy
233710 | Zig:22   | Killed a royal mummy
233710 | Zig:22   | Killed a royal mummy
233710 | Zig:22   | Killed a royal mummy
233710 | Zig:22   | Noticed a royal mummy
233711 | Zig:22   | Killed a royal mummy
233711 | Zig:22   | Noticed a royal mummy
233711 | Zig:22   | Noticed a royal mummy
233711 | Zig:22   | Noticed a royal mummy
233711 | Zig:22   | Noticed a royal mummy
233712 | Zig:22   | Killed a royal mummy
233712 | Zig:22   | Killed a royal mummy
233712 | Zig:22   | Killed a royal mummy
233712 | Zig:22   | Noticed a royal mummy
233712 | Zig:22   | Noticed a royal mummy
233712 | Zig:22   | Noticed a royal mummy
233713 | Zig:22   | Noticed a royal mummy
233713 | Zig:22   | Noticed a royal mummy
233713 | Zig:22   | Noticed a royal mummy
233713 | Zig:22   | Noticed a royal mummy
233713 | Zig:22   | Noticed a royal mummy
233713 | Zig:22   | Noticed a royal mummy
233714 | Zig:22   | Killed a royal mummy
233714 | Zig:22   | Killed a royal mummy
233714 | Zig:22   | Killed a royal mummy
233714 | Zig:22   | Killed a royal mummy
233714 | Zig:22   | Killed a royal mummy
233714 | Zig:22   | Noticed a royal mummy
233714 | Zig:22   | Noticed a royal mummy
233715 | Zig:22   | Killed a royal mummy
233715 | Zig:22   | Killed a royal mummy
233715 | Zig:22   | Killed a royal mummy
233715 | Zig:22   | Killed a royal mummy
233715 | Zig:22   | Killed a royal mummy
233715 | Zig:22   | Killed a royal mummy
233715 | Zig:22   | Killed a royal mummy
233715 | Zig:22   | Killed a royal mummy
233715 | Zig:22   | Killed a royal mummy
233715 | Zig:22   | Noticed a royal mummy
233715 | Zig:22   | Noticed a royal mummy
233716 | Zig:22   | Killed a royal mummy
233716 | Zig:22   | Noticed a royal mummy
233717 | Zig:22   | Killed a royal mummy
233717 | Zig:22   | Noticed a royal mummy
233718 | Zig:22   | Noticed a royal mummy
233718 | Zig:22   | Noticed a royal mummy
233718 | Zig:22   | Noticed a royal mummy
233719 | Zig:22   | Killed a royal mummy
233719 | Zig:22   | Killed a royal mummy
233719 | Zig:22   | Killed a royal mummy
233720 | Zig:22   | Noticed a royal mummy
233720 | Zig:22   | Noticed a royal mummy
233720 | Zig:22   | Noticed a royal mummy
233721 | Zig:22   | Killed a royal mummy
233721 | Zig:22   | Killed a royal mummy
233721 | Zig:22   | Killed a royal mummy
233721 | Zig:22   | Noticed a royal mummy
233721 | Zig:22   | Noticed a royal mummy
233724 | Zig:22   | Killed a royal mummy
233724 | Zig:22   | Noticed a royal mummy
233725 | Zig:22   | Killed a royal mummy
233725 | Zig:22   | Killed a royal mummy
233725 | Zig:22   | Killed a royal mummy
233725 | Zig:22   | Noticed a royal mummy
233725 | Zig:22   | Noticed a royal mummy
233725 | Zig:22   | Noticed a royal mummy
233726 | Zig:22   | Killed a royal mummy
233726 | Zig:22   | Killed a royal mummy
233726 | Zig:22   | Noticed a royal mummy
233726 | Zig:22   | Noticed a royal mummy
233726 | Zig:22   | Noticed a royal mummy
233727 | Zig:22   | Killed a royal mummy
233727 | Zig:22   | Killed a royal mummy
233727 | Zig:22   | Noticed a royal mummy
233728 | Zig:22   | Killed a royal mummy
233728 | Zig:22   | Killed a royal mummy
233728 | Zig:22   | Killed a royal mummy
233728 | Zig:22   | Killed a royal mummy
233728 | Zig:22   | Killed a royal mummy
233728 | Zig:22   | Noticed a royal mummy
233729 | Zig:22   | Noticed a royal mummy
233729 | Zig:22   | Noticed a royal mummy
233730 | Zig:22   | Killed a royal mummy
233730 | Zig:22   | Killed a royal mummy
233733 | Zig:22   | Noticed a royal mummy
233734 | Zig:22   | Killed a royal mummy
233734 | Zig:22   | Killed a royal mummy
233734 | Zig:22   | Noticed a royal mummy
233735 | Zig:22   | Noticed a royal mummy
233736 | Zig:22   | Noticed a royal mummy
233739 | Zig:22   | Noticed a royal mummy
233739 | Zig:22   | Noticed a royal mummy
233739 | Zig:22   | Noticed a royal mummy
233741 | Zig:22   | Killed a royal mummy
233743 | Zig:22   | Killed a royal mummy
233743 | Zig:22   | Killed a royal mummy
233743 | Zig:22   | Killed a royal mummy
233743 | Zig:22   | Killed a royal mummy
233746 | Zig:22   | Killed a royal mummy
233746 | Zig:22   | Killed a royal mummy
233746 | Zig:22   | Noticed a royal mummy
233755 | Zig:22   | Noticed a royal mummy
233756 | Zig:22   | Noticed a royal mummy
233757 | Zig:22   | Killed a royal mummy
233758 | Zig:22   | Noticed a royal mummy
233758 | Zig:22   | Noticed a royal mummy
233758 | Zig:22   | Noticed a royal mummy
233759 | Zig:22   | Killed a royal mummy
233759 | Zig:22   | Killed a royal mummy
233760 | Zig:22   | Killed a royal mummy
233760 | Zig:22   | Killed a royal mummy
233760 | Zig:22   | Noticed a royal mummy
233760 | Zig:22   | Noticed a royal mummy
233760 | Zig:22   | Noticed a royal mummy
233762 | Zig:22   | Noticed a royal mummy
233764 | Zig:22   | Killed a royal mummy
233767 | Zig:22   | Killed a royal mummy
233767 | Zig:22   | Killed a royal mummy
233767 | Zig:22   | Killed a royal mummy
233768 | Zig:22   | Noticed a royal mummy
233773 | Zig:22   | Noticed a royal mummy
233773 | Zig:22   | Noticed a royal mummy
233776 | Zig:22   | Killed a royal mummy
233776 | Zig:22   | Killed a royal mummy
233778 | Zig:22   | Noticed a royal mummy
233778 | Zig:22   | Killed a royal mummy
233779 | Zig:22   | Killed a royal mummy
233781 | Zig:22   | Killed a royal mummy
233796 | Zig:22   | Noticed a royal mummy
233801 | Zig:22   | Killed a royal mummy
233978 | Zig:22   | Found the +7 great mace "Undeadhunter" {deathbane, rN+}
233994 | Zig:22   | Identified the +1 sling "Tagiexor" {flame, Fly rElec rPois
                  | Dex-4}
234017 | Zig:22   | Identified the staff "Demonslayer" {^Contam rPois rN+++
                  | rCorr MP+9 Alchemy}
234019 | Zig:22   | Identified the +5 sling of Victory {drain, +Blink rCorr
                  | Int-2 Dex+3}
234020 | Zig:22   | Identified the +8 shortbow of Duof {drain, Int-2 Dex+3}
234022 | Zig:22   | Identified the +0 ring mail of the Catfish {rElec rF+ rC+
                  | Will- Str+2}
234025 | Zig:22   | Identified the +7 battleaxe of Tumult {drain, ^Contam Will-
                  | rCorr Int+5}
234028 | Zig:22   | Identified the blade talisman of Incorporation {rF- rN+
                  | Str+4}
234429 | Zig:23   | Entered Level 23 of a ziggurat
234436 | Zig:23   | Noticed an ancient lich
234436 | Zig:23   | Noticed an ancient lich
234437 | Zig:23   | Noticed an ancient lich
234439 | Zig:23   | Killed an ancient lich
234439 | Zig:23   | Killed an ancient lich
234439 | Zig:23   | Killed an ancient lich
234440 | Zig:23   | Noticed an ancient lich
234442 | Zig:23   | Noticed an ancient lich
234443 | Zig:23   | Noticed an ancient lich
234444 | Zig:23   | Noticed an ancient lich
234446 | Zig:23   | Noticed an ancient lich
234446 | Zig:23   | Noticed an ancient lich
234446 | Zig:23   | Noticed an ancient lich
234446 | Zig:23   | Noticed an ancient lich
234447 | Zig:23   | Noticed an ancient lich
234447 | Zig:23   | Noticed an ancient lich
234447 | Zig:23   | Noticed an ancient lich
234448 | Zig:23   | Killed an ancient lich
234448 | Zig:23   | Noticed an ancient lich
234448 | Zig:23   | Noticed an ancient lich
234449 | Zig:23   | Killed an ancient lich
234449 | Zig:23   | Killed an ancient lich
234449 | Zig:23   | Killed an ancient lich
234449 | Zig:23   | Killed an ancient lich
234450 | Zig:23   | Noticed an ancient lich
234450 | Zig:23   | Killed an ancient lich
234450 | Zig:23   | Killed an ancient lich
234450 | Zig:23   | Killed an ancient lich
234450 | Zig:23   | Killed an ancient lich
234450 | Zig:23   | Noticed an ancient lich
234450 | Zig:23   | Noticed an ancient lich
234450 | Zig:23   | Noticed an ancient lich
234450 | Zig:23   | Noticed an ancient lich
234451 | Zig:23   | Killed an ancient lich
234451 | Zig:23   | Killed an ancient lich
234451 | Zig:23   | Killed an ancient lich
234451 | Zig:23   | Killed an ancient lich
234451 | Zig:23   | Killed an ancient lich
234451 | Zig:23   | Killed an ancient lich
234451 | Zig:23   | Noticed an ancient lich
234451 | Zig:23   | Noticed an ancient lich
234452 | Zig:23   | Killed an ancient lich
234452 | Zig:23   | Killed an ancient lich
234452 | Zig:23   | Killed an ancient lich
234452 | Zig:23   | Killed an ancient lich
234452 | Zig:23   | Noticed an ancient lich
234453 | Zig:23   | Noticed an ancient lich
234456 | Zig:23   | Noticed an ancient lich
234471 | Zig:23   | Killed an ancient lich
234476 | Zig:23   | Killed an ancient lich
234481 | Zig:23   | Noticed an ancient lich
234483 | Zig:23   | Killed an ancient lich
234484 | Zig:23   | Killed an ancient lich
234484 | Zig:23   | Noticed an ancient lich
234486 | Zig:23   | Killed an ancient lich
234489 | Zig:23   | Noticed an ancient lich
234508 | Zig:23   | Killed an ancient lich
234508 | Zig:23   | Killed an ancient lich
234714 | Zig:23   | Identified the +7 scimitar "Xicu" {freeze, Str+4 Int+2}
234715 | Zig:23   | Identified the staff "Hoyrch" {rN+ rCorr Str+5 Necro}
234720 | Zig:23   | Identified the amulet of Zouh {Spirit Str+3}
234722 | Zig:23   | Identified the +0 cloak of Gitull {+Blink Str-2 Int+4
                  | Stlth+}
234747 | Zig:23   | Identified the staff of the Feeding Asp {rN+ rCorr Necro}
234924 | Zig:23   | Identified the ring of the Komtur {Will+ Str+3 Dex+6
                  | Stlth+}
235223 | Zig:23   | Acquired 824 gold pieces
235230 | Zig:24   | Entered Level 24 of a ziggurat
235239 | Zig:24   | Noticed Mierih the pandemonium lord
235242 | Zig:24   | Killed Mierih the pandemonium lord
235248 | Zig:24   | Noticed Zucug the pandemonium lord
235250 | Zig:24   | Noticed Qulehas the pandemonium lord
235252 | Zig:24   | Killed Zucug the pandemonium lord
235252 | Zig:24   | Noticed Yxziqar the pandemonium lord
235253 | Zig:24   | Noticed Xariful the pandemonium lord
235253 | Zig:24   | Noticed Wistakij the pandemonium lord
235253 | Zig:24   | Noticed Pusosa the pandemonium lord
235253 | Zig:24   | Noticed Ragur the pandemonium lord
235254 | Zig:24   | Killed Qulehas the pandemonium lord
235254 | Zig:24   | Noticed Qonub the pandemonium lord
235254 | Zig:24   | Noticed Fihaikas the pandemonium lord
235255 | Zig:24   | Killed Pusosa the pandemonium lord
235255 | Zig:24   | Noticed Ofialuw the pandemonium lord
235256 | Zig:24   | Noticed Saekygak the pandemonium lord
235256 | Zig:24   | Killed Xariful the pandemonium lord
235256 | Zig:24   | Killed Yxziqar the pandemonium lord
235257 | Zig:24   | Noticed Nolucih the pandemonium lord
235257 | Zig:24   | Noticed Suanor the pandemonium lord
235258 | Zig:24   | Killed Saekygak the pandemonium lord
235258 | Zig:24   | Killed Fihaikas the pandemonium lord
235258 | Zig:24   | Noticed Abujosku the pandemonium lord
235258 | Zig:24   | Noticed Dischog the pandemonium lord
235258 | Zig:24   | Noticed Pusiusicu the pandemonium lord
235259 | Zig:24   | Noticed Risores the pandemonium lord
235259 | Zig:24   | Killed Ofialuw the pandemonium lord
235259 | Zig:24   | Killed Pusiusicu the pandemonium lord
235260 | Zig:24   | Noticed Qoniawunt the pandemonium lord
235260 | Zig:24   | Noticed Zuclul the pandemonium lord
235264 | Zig:24   | Killed Keleoph the pandemonium lord
235267 | Zig:24   | Killed Qonub the pandemonium lord
235268 | Zig:24   | Killed Suanor the pandemonium lord
235270 | Zig:24   | Noticed Isibb the pandemonium lord
235270 | Zig:24   | Noticed Fynageaf the pandemonium lord
235270 | Zig:24   | Noticed Viaco the pandemonium lord
235270 | Zig:24   | Noticed Ymutt the pandemonium lord
235271 | Zig:24   | Noticed Yqiathem the pandemonium lord
235271 | Zig:24   | Killed Ragur the pandemonium lord
235271 | Zig:24   | Killed Wistakij the pandemonium lord
235271 | Zig:24   | Killed Viaco the pandemonium lord
235271 | Zig:24   | Killed Risores the pandemonium lord
235271 | Zig:24   | Killed Ymutt the pandemonium lord
235272 | Zig:24   | Killed Nolucih the pandemonium lord
235272 | Zig:24   | Killed Qoniawunt the pandemonium lord
235272 | Zig:24   | Noticed Midasiy the pandemonium lord
235272 | Zig:24   | Noticed Mimott the pandemonium lord
235274 | Zig:24   | Noticed Jimesipirr the pandemonium lord
235275 | Zig:24   | Killed Mimott the pandemonium lord
235275 | Zig:24   | Noticed Cunim the pandemonium lord
235275 | Zig:24   | Killed Cuipsalag the pandemonium lord
235276 | Zig:24   | Noticed Caentajae the pandemonium lord
235276 | Zig:24   | Killed Midasiy the pandemonium lord
235276 | Zig:24   | Noticed Offuro the pandemonium lord
235276 | Zig:24   | Noticed Avef the pandemonium lord
235276 | Zig:24   | Noticed Dacocsit the pandemonium lord
235277 | Zig:24   | Killed Dischog the pandemonium lord
235277 | Zig:24   | Killed Isibb the pandemonium lord
235277 | Zig:24   | Killed Abujosku the pandemonium lord
235277 | Zig:24   | Killed Cunim the pandemonium lord
235278 | Zig:24   | Noticed Zautor the pandemonium lord
235279 | Zig:24   | Noticed Poipaube the pandemonium lord
235279 | Zig:24   | Noticed Famo Oru the pandemonium lord
235279 | Zig:24   | Noticed Qimyim the pandemonium lord
235279 | Zig:24   | Killed Poipaube the pandemonium lord
235279 | Zig:24   | Killed Liuceut the pandemonium lord
235279 | Zig:24   | Killed Yqiathem the pandemonium lord
235280 | Zig:24   | Noticed Lan Gibb the pandemonium lord
235281 | Zig:24   | Killed Caentajae the pandemonium lord
235281 | Zig:24   | Noticed Uzesuwut the pandemonium lord
235281 | Zig:24   | Noticed Qityreh the pandemonium lord
235283 | Zig:24   | Killed Fynageaf the pandemonium lord
235283 | Zig:24   | Killed Cathaaxa the pandemonium lord
235283 | Zig:24   | Killed Famo Oru the pandemonium lord
235283 | Zig:24   | Killed Jimesipirr the pandemonium lord
235283 | Zig:24   | Killed Nuimosm the pandemonium lord
235284 | Zig:24   | Noticed Haosal the pandemonium lord
235284 | Zig:24   | Noticed Olodoede the pandemonium lord
235284 | Zig:24   | Noticed Kushrio the pandemonium lord
235284 | Zig:24   | Noticed Fahi the pandemonium lord
235284 | Zig:24   | Noticed Mattofya the pandemonium lord
235284 | Zig:24   | Killed Uzesuwut the pandemonium lord
235284 | Zig:24   | Killed Setic the pandemonium lord
235284 | Zig:24   | Killed Zautor the pandemonium lord
235284 | Zig:24   | Noticed Efim Ukh the pandemonium lord
235284 | Zig:24   | Noticed Ynkeat the pandemonium lord
235284 | Zig:24   | Noticed Edakk the pandemonium lord
235284 | Zig:24   | Noticed Jiuweuni the pandemonium lord
235285 | Zig:24   | Noticed Toturez the pandemonium lord
235285 | Zig:24   | Killed Offuro the pandemonium lord
235285 | Zig:24   | Killed Ynkeat the pandemonium lord
235285 | Zig:24   | Killed Zuclul the pandemonium lord
235285 | Zig:24   | Killed Fahi the pandemonium lord
235285 | Zig:24   | Killed Edakk the pandemonium lord
235285 | Zig:24   | Noticed Itwio the pandemonium lord
235285 | Zig:24   | Noticed Oneilet the pandemonium lord
235285 | Zig:24   | Noticed Menuydgh the pandemonium lord
235286 | Zig:24   | Killed Kushrio the pandemonium lord
235286 | Zig:24   | Killed Mattofya the pandemonium lord
235287 | Zig:24   | Killed Menuydgh the pandemonium lord
235287 | Zig:24   | Killed Qityreh the pandemonium lord
235287 | Zig:24   | Killed Avef the pandemonium lord
235287 | Zig:24   | Noticed Yrphonyn the pandemonium lord
235287 | Zig:24   | Noticed Omahure the pandemonium lord
235288 | Zig:24   | Killed Dacocsit the pandemonium lord
235288 | Zig:24   | Killed Toturez the pandemonium lord
235288 | Zig:24   | Killed Efim Ukh the pandemonium lord
235288 | Zig:24   | Noticed Inifuikkagg the pandemonium lord
235289 | Zig:24   | Noticed Hacitz the pandemonium lord
235290 | Zig:24   | Killed Olodoede the pandemonium lord
235290 | Zig:24   | Killed Jiuweuni the pandemonium lord
235290 | Zig:24   | Noticed Udilud the pandemonium lord
235290 | Zig:24   | Noticed Enewoot the pandemonium lord
235290 | Zig:24   | Noticed Folovin the pandemonium lord
235291 | Zig:24   | Noticed Kianaf the pandemonium lord
235291 | Zig:24   | Noticed Gigoidd the pandemonium lord
235292 | Zig:24   | Noticed Fuviytz the pandemonium lord
235293 | Zig:24   | Killed Haosal the pandemonium lord
235293 | Zig:24   | Killed Omahure the pandemonium lord
235293 | Zig:24   | Killed Hacitz the pandemonium lord
235293 | Zig:24   | Killed Qimyim the pandemonium lord
235293 | Zig:24   | Noticed Hiqy the pandemonium lord
235294 | Zig:24   | Noticed Orisauce the pandemonium lord
235295 | Zig:24   | Noticed Vaom the pandemonium lord
235296 | Zig:24   | Noticed Fauloh the pandemonium lord
235297 | Zig:24   | Killed Oneilet the pandemonium lord
235297 | Zig:24   | Killed Lan Gibb the pandemonium lord
235297 | Zig:24   | Noticed Ufyco the pandemonium lord
235298 | Zig:24   | Killed Itwio the pandemonium lord
235298 | Zig:24   | Killed Fuviytz the pandemonium lord
235298 | Zig:24   | Killed Inifuikkagg the pandemonium lord
235298 | Zig:24   | Killed Orisauce the pandemonium lord
235298 | Zig:24   | Noticed Daes the pandemonium lord
235299 | Zig:24   | Noticed Uriag the pandemonium lord
235299 | Zig:24   | Noticed Esuqibb the pandemonium lord
235299 | Zig:24   | Noticed Doafiubod the pandemonium lord
235299 | Zig:24   | Noticed Wibipac the pandemonium lord
235299 | Zig:24   | Noticed Xador the pandemonium lord
235300 | Zig:24   | Noticed Unwy the pandemonium lord
235300 | Zig:24   | Noticed Wunozilo the pandemonium lord
235301 | Zig:24   | Killed Doafiubod the pandemonium lord
235301 | Zig:24   | Noticed Jinage Zycu the pandemonium lord
235303 | Zig:24   | Noticed Sischih the pandemonium lord
235303 | Zig:24   | Noticed Biybidy the pandemonium lord
235304 | Zig:24   | Killed Uriag the pandemonium lord
235305 | Zig:24   | Noticed Wytsuk the pandemonium lord
235306 | Zig:24   | Noticed Caiskoes the pandemonium lord
235306 | Zig:24   | Noticed Affuucw the pandemonium lord
235307 | Zig:24   | Noticed Silan the pandemonium lord
235307 | Zig:24   | Noticed Tuuj the pandemonium lord
235307 | Zig:24   | Killed Xador the pandemonium lord
235308 | Zig:24   | Killed Wunozilo the pandemonium lord
235308 | Zig:24   | Killed Wytsuk the pandemonium lord
235308 | Zig:24   | Killed Jinage Zycu the pandemonium lord
235308 | Zig:24   | Killed Tuuj the pandemonium lord
235308 | Zig:24   | Noticed Siha Firuah the pandemonium lord
235309 | Zig:24   | Killed Sischih the pandemonium lord
235309 | Zig:24   | Noticed Adifonow the pandemonium lord
235310 | Zig:24   | Noticed Zedaptuos the pandemonium lord
235310 | Zig:24   | Killed Biybidy the pandemonium lord
235311 | Zig:24   | Noticed Jeos the pandemonium lord
235311 | Zig:24   | Killed Siha Firuah the pandemonium lord
235311 | Zig:24   | Killed Silan the pandemonium lord
235312 | Zig:24   | Noticed Gumoluf the pandemonium lord
235312 | Zig:24   | Killed Wibipac the pandemonium lord
235312 | Zig:24   | Noticed Tuochiok the pandemonium lord
235313 | Zig:24   | Killed Unwy the pandemonium lord
235313 | Zig:24   | Killed Caiskoes the pandemonium lord
235313 | Zig:24   | Killed Affuucw the pandemonium lord
235313 | Zig:24   | Noticed Milousy the pandemonium lord
235313 | Zig:24   | Noticed Huel the pandemonium lord
235314 | Zig:24   | Noticed Tuask the pandemonium lord
235314 | Zig:24   | Killed Esuqibb the pandemonium lord
235315 | Zig:24   | Killed Adifonow the pandemonium lord
235315 | Zig:24   | Noticed Timuo the pandemonium lord
235316 | Zig:24   | Killed Tuochiok the pandemonium lord
235316 | Zig:24   | Killed Milousy the pandemonium lord
235316 | Zig:24   | Noticed Zousacy the pandemonium lord
235316 | Zig:24   | Noticed Vodumant the pandemonium lord
235316 | Zig:24   | Noticed Qoneeps the pandemonium lord
235318 | Zig:24   | Killed Jeos the pandemonium lord
235318 | Zig:24   | Noticed Teig the pandemonium lord
235318 | Zig:24   | Noticed Rufufuc the pandemonium lord
235318 | Zig:24   | Noticed Usazik the pandemonium lord
235319 | Zig:24   | Killed Qoneeps the pandemonium lord
235319 | Zig:24   | Killed Zedaptuos the pandemonium lord
235319 | Zig:24   | Noticed Ojephofu the pandemonium lord
235324 | Zig:24   | Noticed Lyhe the pandemonium lord
235325 | Zig:24   | Noticed Bumuith the pandemonium lord
235325 | Zig:24   | Noticed Datojyaf the pandemonium lord
235325 | Zig:24   | Noticed Veocw the pandemonium lord
235326 | Zig:24   | Noticed Azuyvvepn the pandemonium lord
235328 | Zig:24   | Killed Veocw the pandemonium lord
235328 | Zig:24   | Noticed Yliser the pandemonium lord
235329 | Zig:24   | Killed Yliser the pandemonium lord
235329 | Zig:24   | Killed Bumuith the pandemonium lord
235331 | Zig:24   | Killed Lyhe the pandemonium lord
235331 | Zig:24   | Noticed Pompowinn the pandemonium lord
235331 | Zig:24   | Noticed Ytuesar the pandemonium lord
235331 | Zig:24   | Noticed Geuniz the pandemonium lord
235332 | Zig:24   | Noticed Esoede the pandemonium lord
235332 | Zig:24   | Noticed Viregev the pandemonium lord
235333 | Zig:24   | Killed Datojyaf the pandemonium lord
235333 | Zig:24   | Killed Viregev the pandemonium lord
235334 | Zig:24   | Killed Daes the pandemonium lord
235334 | Zig:24   | Killed Ufyco the pandemonium lord
235334 | Zig:24   | Killed Yrphonyn the pandemonium lord
235334 | Zig:24   | Noticed Koumej the pandemonium lord
235335 | Zig:24   | Killed Folovin the pandemonium lord
235335 | Zig:24   | Noticed Ipuinouc the pandemonium lord
235335 | Zig:24   | Noticed Jathoruo the pandemonium lord
235336 | Zig:24   | Killed Esoede the pandemonium lord
235336 | Zig:24   | Killed Koumej the pandemonium lord
235336 | Zig:24   | Noticed Gautaibb the pandemonium lord
235336 | Zig:24   | Noticed Jimoos the pandemonium lord
235337 | Zig:24   | Killed Ytuesar the pandemonium lord
235337 | Zig:24   | Noticed Fatat the pandemonium lord
235338 | Zig:24   | Killed Gautaibb the pandemonium lord
235338 | Zig:24   | Killed Jimoos the pandemonium lord
235338 | Zig:24   | Noticed Vuxzomib the pandemonium lord
235338 | Zig:24   | Noticed Aceyzite the pandemonium lord
235340 | Zig:24   | Noticed Wuso the pandemonium lord
235340 | Zig:24   | Noticed Lusamie the pandemonium lord
235341 | Zig:24   | Killed Ipuinouc the pandemonium lord
235341 | Zig:24   | Noticed Pouklamm the pandemonium lord
235342 | Zig:24   | Killed Azuyvvepn the pandemonium lord
235343 | Zig:24   | Noticed Uxtyd the pandemonium lord
235347 | Zig:24   | Noticed Inedgh the pandemonium lord
235348 | Zig:24   | Noticed Kerruirph the pandemonium lord
235348 | Zig:24   | Noticed Foppie the pandemonium lord
235350 | Zig:24   | Noticed Hufom the pandemonium lord
235351 | Zig:24   | Killed Inedgh the pandemonium lord
235351 | Zig:24   | Killed Kerruirph the pandemonium lord
235351 | Zig:24   | Noticed Beuxzamet the pandemonium lord
235352 | Zig:24   | Noticed Hodoet the pandemonium lord
235352 | Zig:24   | Killed Pouklamm the pandemonium lord
235352 | Zig:24   | Killed Kianaf the pandemonium lord
235355 | Zig:24   | Killed Foppie the pandemonium lord
235355 | Zig:24   | Noticed Pihehi the pandemonium lord
235356 | Zig:24   | Killed Beuxzamet the pandemonium lord
235357 | Zig:24   | Killed Vodumant the pandemonium lord
235359 | Zig:24   | Killed Timuo the pandemonium lord
235360 | Zig:24   | Noticed Ykenli the pandemonium lord
235361 | Zig:24   | Killed Voifou the pandemonium lord
235362 | Zig:24   | Noticed Yxuen the pandemonium lord
235362 | Zig:24   | Noticed Kuasch the pandemonium lord
235363 | Zig:24   | Killed Enewoot the pandemonium lord
235363 | Zig:24   | Killed Hodoet the pandemonium lord
235363 | Zig:24   | Killed Lusamie the pandemonium lord
235363 | Zig:24   | Killed Fatat the pandemonium lord
235364 | Zig:24   | Killed Jathoruo the pandemonium lord
235364 | Zig:24   | Killed Wuso the pandemonium lord
235365 | Zig:24   | Killed Rufufuc the pandemonium lord
235368 | Zig:24   | Killed Pihehi the pandemonium lord
235369 | Zig:24   | Killed Gigoidd the pandemonium lord
235369 | Zig:24   | Killed Geuniz the pandemonium lord
235369 | Zig:24   | Killed Vaom the pandemonium lord
235371 | Zig:24   | Killed Yxuen the pandemonium lord
235371 | Zig:24   | Killed Tuask the pandemonium lord
235371 | Zig:24   | Killed Huel the pandemonium lord
235371 | Zig:24   | Killed Pompowinn the pandemonium lord
235374 | Zig:24   | Killed Gumoluf the pandemonium lord
235384 | Zig:24   | Noticed Fasih the pandemonium lord
235386 | Zig:24   | Killed Hiqy the pandemonium lord
235396 | Zig:24   | Noticed Voonos the pandemonium lord
235396 | Zig:24   | Noticed Jugirusk the pandemonium lord
235396 | Zig:24   | Noticed Kezitur the pandemonium lord
235396 | Zig:24   | Noticed Cuqeoh the pandemonium lord
235396 | Zig:24   | Noticed Weobyqiy the pandemonium lord
235397 | Zig:24   | Killed Zousacy the pandemonium lord
235397 | Zig:24   | Killed Aceyzite the pandemonium lord
235397 | Zig:24   | Killed Cuqeoh the pandemonium lord
235399 | Zig:24   | Killed Ykenli the pandemonium lord
235400 | Zig:24   | Killed Uxtyd the pandemonium lord
235400 | Zig:24   | Killed Jugirusk the pandemonium lord
235400 | Zig:24   | Killed Weobyqiy the pandemonium lord
235400 | Zig:24   | Noticed Sediocua the pandemonium lord
235401 | Zig:24   | Killed Voonos the pandemonium lord
235402 | Zig:24   | Killed Kezitur the pandemonium lord
235403 | Zig:24   | Noticed Hufay the pandemonium lord
235404 | Zig:24   | Killed Sediocua the pandemonium lord
235404 | Zig:24   | Killed Ojephofu the pandemonium lord
235405 | Zig:24   | Killed Fauloh the pandemonium lord
235405 | Zig:24   | Killed Hufay the pandemonium lord
235405 | Zig:24   | Killed Usazik the pandemonium lord
235407 | Zig:24   | Killed Udilud the pandemonium lord
235407 | Zig:24   | Killed Vuxzomib the pandemonium lord
235409 | Zig:24   | Killed Hufom the pandemonium lord
235417 | Zig:24   | Killed Fasih the pandemonium lord
235422 | Zig:24   | Killed Teig the pandemonium lord
235423 | Zig:24   | Killed Kuasch the pandemonium lord
235677 | Zig:24   | Found the +8 Wrath of Trog {antimagic, *Rage Rampage}
235712 | Zig:24   | Found the +11 plutonium sword {^Contam Stlth-}
235736 | Zig:24   | Identified the ring of Kannueku {rC+ rN+ Int+2}
235748 | Zig:24   | Identified the ring of the Endless Expanse {Fly rC++}
235751 | Zig:24   | Identified the +5 scale mail of the Evening Star {Int+2
                  | Dex+3}
235767 | Zig:24   | Identified the +10 plate armour "Bod Ebb" {Will+ Dex+4}
235779 | Zig:24   | Identified the +6 scale mail "Neamatem" {Harm Rampage}
235783 | Zig:24   | Identified the +8 morningstar of the Traitor {freeze,
                  | Int+4}
236080 | Zig:24   | Identified the staff of Grandeur {rPois rC+ Will+ Str+2 Ice
                  | Earth}
236165 | Zig:25   | Entered Level 25 of a ziggurat
236317 | Zig:25   | Identified the +2 glaive of Eternal War {flame, rElec Will+
                  | Dex-3}
236322 | Zig:25   | Identified the ring "Emauno" {^Drain Str+5 Dex+6 Stlth+}
236412 | Zig:25   | Identified the +0 ring mail "Weimedde" {Harm Fly rC+}
236420 | Zig:25   | Identified the ring "Olunta" {rC+ Str+5 Int+3}
237005 | Zig:26   | Entered Level 26 of a ziggurat
237021 | Zig:26   | Noticed an ancient lich
237026 | Zig:26   | Killed an ancient lich
237026 | Zig:26   | Killed a dread lich
237026 | Zig:26   | Noticed an ancient lich
237027 | Zig:26   | Killed an ancient lich
237031 | Zig:26   | Killed a dread lich
237457 | Zig:26   | Identified the +10 battleaxe of Certain Death {drain,
                  | +Blink Will+ Str+3 Int-5}
237488 | Zig:26   | Identified the ring "Didel" {rPois Str+2 Dex+6}
237561 | Zig:26   | Identified the +7 demon trident of Woxto {elec, Str+3}
237572 | Zig:26   | Identified the +6 scale mail of Optimism {rN+ Int-3 Dex+5
                  | Stlth+}
237582 | Zig:26   | Identified the staff of Saewor Qevyw {*Corrode rElec rPois
                  | Int+6 Air}
237591 | Zig:26   | Identified the ring "Nuoxerr" {AC+4 Int+2}
237747 | Zig:27   | Entered Level 27 of a ziggurat
237756 | Zig:27   | Noticed an ancient lich
237756 | Zig:27   | Noticed a dread lich
237757 | Zig:27   | Noticed a dread lich
237757 | Zig:27   | Noticed a dread lich
237757 | Zig:27   | Noticed an ancient lich
237758 | Zig:27   | Noticed a dread lich
237758 | Zig:27   | Noticed an ancient lich
237759 | Zig:27   | Noticed an ancient lich
237759 | Zig:27   | Noticed an ancient lich
237759 | Zig:27   | Noticed a dread lich
237760 | Zig:27   | Killed an ancient lich
237761 | Zig:27   | Killed an ancient lich
237761 | Zig:27   | Killed a dread lich
237761 | Zig:27   | Killed a dread lich
237761 | Zig:27   | Killed a dread lich
237761 | Zig:27   | Killed an ancient lich
237761 | Zig:27   | Killed an ancient lich
237761 | Zig:27   | Killed a dread lich
237761 | Zig:27   | Killed an ancient lich
237761 | Zig:27   | Killed a dread lich
237762 | Zig:27   | Noticed a dread lich
237762 | Zig:27   | Noticed a dread lich
237762 | Zig:27   | Noticed an ancient lich
237762 | Zig:27   | Noticed a dread lich
237762 | Zig:27   | Noticed an ancient lich
237763 | Zig:27   | Noticed an ancient lich
237763 | Zig:27   | Noticed an ancient lich
237763 | Zig:27   | Noticed an ancient lich
237763 | Zig:27   | Noticed an ancient lich
237763 | Zig:27   | Noticed a dread lich
237763 | Zig:27   | Noticed a dread lich
237763 | Zig:27   | Noticed an ancient lich
237763 | Zig:27   | Noticed a dread lich
237764 | Zig:27   | Noticed an ancient lich
237764 | Zig:27   | Noticed an ancient lich
237764 | Zig:27   | Noticed a dread lich
237764 | Zig:27   | Noticed an ancient lich
237764 | Zig:27   | Noticed an ancient lich
237764 | Zig:27   | Noticed a dread lich
237764 | Zig:27   | Noticed an ancient lich
237764 | Zig:27   | Noticed an ancient lich
237765 | Zig:27   | Killed an ancient lich
237765 | Zig:27   | Killed an ancient lich
237765 | Zig:27   | Killed a dread lich
237765 | Zig:27   | Killed a dread lich
237765 | Zig:27   | Killed an ancient lich
237765 | Zig:27   | Killed an ancient lich
237765 | Zig:27   | Noticed a dread lich
237765 | Zig:27   | Noticed a dread lich
237766 | Zig:27   | Killed a dread lich
237766 | Zig:27   | Killed an ancient lich
237766 | Zig:27   | Killed an ancient lich
237766 | Zig:27   | Killed an ancient lich
237766 | Zig:27   | Killed a dread lich
237766 | Zig:27   | Killed a dread lich
237766 | Zig:27   | Killed an ancient lich
237766 | Zig:27   | Killed a dread lich
237766 | Zig:27   | Killed an ancient lich
237766 | Zig:27   | Killed a dread lich
237766 | Zig:27   | Killed a dread lich
237766 | Zig:27   | Killed an ancient lich
237766 | Zig:27   | Killed a dread lich
237766 | Zig:27   | Killed an ancient lich
237767 | Zig:27   | Killed a dread lich
237767 | Zig:27   | Killed an ancient lich
237767 | Zig:27   | Killed an ancient lich
237767 | Zig:27   | Noticed an ancient lich
237767 | Zig:27   | Noticed a dread lich
237767 | Zig:27   | Noticed a dread lich
237767 | Zig:27   | Noticed an ancient lich
237768 | Zig:27   | Noticed an ancient lich
237768 | Zig:27   | Noticed an ancient lich
237768 | Zig:27   | Noticed an ancient lich
237768 | Zig:27   | Noticed a dread lich
237768 | Zig:27   | Noticed a dread lich
237769 | Zig:27   | Noticed an ancient lich
237769 | Zig:27   | Killed a dread lich
237769 | Zig:27   | Killed an ancient lich
237769 | Zig:27   | Killed an ancient lich
237769 | Zig:27   | Killed an ancient lich
237769 | Zig:27   | Killed an ancient lich
237770 | Zig:27   | Killed a dread lich
237770 | Zig:27   | Killed an ancient lich
237770 | Zig:27   | Killed an ancient lich
237770 | Zig:27   | Killed a dread lich
237770 | Zig:27   | Killed a dread lich
237770 | Zig:27   | Noticed a dread lich
237770 | Zig:27   | Noticed a dread lich
237770 | Zig:27   | Noticed an ancient lich
237770 | Zig:27   | Noticed a dread lich
237770 | Zig:27   | Noticed an ancient lich
237770 | Zig:27   | Noticed a dread lich
237771 | Zig:27   | Noticed an ancient lich
237771 | Zig:27   | Noticed a dread lich
237771 | Zig:27   | Noticed a dread lich
237771 | Zig:27   | Noticed a dread lich
237771 | Zig:27   | Noticed a dread lich
237771 | Zig:27   | Noticed an ancient lich
237771 | Zig:27   | Noticed an ancient lich
237771 | Zig:27   | Noticed an ancient lich
237771 | Zig:27   | Noticed an ancient lich
237771 | Zig:27   | Noticed a dread lich
237771 | Zig:27   | Noticed an ancient lich
237771 | Zig:27   | Noticed a dread lich
237772 | Zig:27   | Noticed an ancient lich
237772 | Zig:27   | Killed an ancient lich
237772 | Zig:27   | Killed an ancient lich
237772 | Zig:27   | Killed a dread lich
237772 | Zig:27   | Killed a dread lich
237772 | Zig:27   | Killed an ancient lich
237772 | Zig:27   | Killed an ancient lich
237773 | Zig:27   | Killed an ancient lich
237773 | Zig:27   | Killed a dread lich
237773 | Zig:27   | Killed a dread lich
237773 | Zig:27   | Killed a dread lich
237773 | Zig:27   | Killed a dread lich
237773 | Zig:27   | Killed a dread lich
237773 | Zig:27   | Killed an ancient lich
237773 | Zig:27   | Killed a dread lich
237773 | Zig:27   | Killed an ancient lich
237773 | Zig:27   | Killed an ancient lich
237773 | Zig:27   | Killed a dread lich
237773 | Zig:27   | Killed an ancient lich
237773 | Zig:27   | Noticed a dread lich
237773 | Zig:27   | Noticed an ancient lich
237773 | Zig:27   | Noticed a dread lich
237773 | Zig:27   | Noticed a dread lich
237773 | Zig:27   | Noticed an ancient lich
237773 | Zig:27   | Noticed an ancient lich
237773 | Zig:27   | Noticed an ancient lich
237773 | Zig:27   | Noticed a dread lich
237774 | Zig:27   | Killed a dread lich
237774 | Zig:27   | Killed a dread lich
237774 | Zig:27   | Noticed an ancient lich
237774 | Zig:27   | Noticed an ancient lich
237774 | Zig:27   | Noticed an ancient lich
237774 | Zig:27   | Noticed an ancient lich
237774 | Zig:27   | Noticed an ancient lich
237775 | Zig:27   | Noticed an ancient lich
237775 | Zig:27   | Noticed an ancient lich
237775 | Zig:27   | Killed a dread lich
237775 | Zig:27   | Killed a dread lich
237775 | Zig:27   | Killed an ancient lich
237775 | Zig:27   | Killed an ancient lich
237775 | Zig:27   | Killed an ancient lich
237775 | Zig:27   | Killed an ancient lich
237775 | Zig:27   | Killed an ancient lich
237775 | Zig:27   | Killed an ancient lich
237775 | Zig:27   | Killed an ancient lich
237775 | Zig:27   | Killed a dread lich
237775 | Zig:27   | Killed an ancient lich
237775 | Zig:27   | Killed an ancient lich
237776 | Zig:27   | Killed an ancient lich
237776 | Zig:27   | Noticed a dread lich
237776 | Zig:27   | Noticed an ancient lich
237776 | Zig:27   | Noticed a dread lich
237776 | Zig:27   | Noticed an ancient lich
237777 | Zig:27   | Killed an ancient lich
237777 | Zig:27   | Killed a dread lich
237777 | Zig:27   | Noticed an ancient lich
237777 | Zig:27   | Noticed an ancient lich
237777 | Zig:27   | Noticed a dread lich
237777 | Zig:27   | Noticed a dread lich
237777 | Zig:27   | Noticed a dread lich
237777 | Zig:27   | Noticed an ancient lich
237778 | Zig:27   | Killed a dread lich
237778 | Zig:27   | Killed an ancient lich
237778 | Zig:27   | Killed an ancient lich
237778 | Zig:27   | Killed a dread lich
237778 | Zig:27   | Killed a dread lich
237778 | Zig:27   | Killed an ancient lich
237778 | Zig:27   | Killed an ancient lich
237778 | Zig:27   | Noticed an ancient lich
237778 | Zig:27   | Noticed an ancient lich
237778 | Zig:27   | Noticed a dread lich
237778 | Zig:27   | Noticed a dread lich
237780 | Zig:27   | Killed a dread lich
237780 | Zig:27   | Killed an ancient lich
237780 | Zig:27   | Killed a dread lich
237780 | Zig:27   | Killed an ancient lich
237780 | Zig:27   | Killed a dread lich
237780 | Zig:27   | Killed an ancient lich
237780 | Zig:27   | Noticed a dread lich
237780 | Zig:27   | Noticed a dread lich
237780 | Zig:27   | Noticed a dread lich
237780 | Zig:27   | Noticed a dread lich
237781 | Zig:27   | Killed a dread lich
237781 | Zig:27   | Noticed an ancient lich
237781 | Zig:27   | Noticed a dread lich
237782 | Zig:27   | Killed a dread lich
237782 | Zig:27   | Killed a dread lich
237782 | Zig:27   | Killed an ancient lich
237783 | Zig:27   | Killed a dread lich
237783 | Zig:27   | Killed a dread lich
237783 | Zig:27   | Noticed a dread lich
237783 | Zig:27   | Noticed a dread lich
237784 | Zig:27   | Noticed a dread lich
237785 | Zig:27   | Killed a dread lich
237785 | Zig:27   | Killed a dread lich
237786 | Zig:27   | Killed a dread lich
237786 | Zig:27   | Noticed an ancient lich
237787 | Zig:27   | Killed an ancient lich
237787 | Zig:27   | Noticed a dread lich
237788 | Zig:27   | Killed a dread lich
237790 | Zig:27   | Noticed a dread lich
237797 | Zig:27   | Killed a dread lich
237799 | Zig:27   | Noticed an ancient lich
237807 | Zig:27   | Killed an ancient lich
238183 | Zig:27   | Identified the staff of Disintegration {rF+ rC+ Dex-4 Ice
                  | Alchemy}
238198 | Zig:27   | Identified the +10 whip "Beetleslayer" {protect, SInv}
238218 | Zig:27   | Identified the +5 falchion "Keckegad" {heavy, Fly Stlth+}
238225 | Zig:27   | Identified the +2 longbow of the Building Blowfly {flame,
                  | rC+}
238232 | Zig:27   | Identified the +4 long sword of Foolhardiness {antimagic,
                  | ^Contam rN+ Str+2}
238371 | Depths:1 | Lost mutation: You expend magic power (3 MP) to strengthen
                  | your wands. [potion of mutation]
238371 | Depths:1 | Lost mutation: You are strong-willed. (Will+) [potion of
                  | mutation]
238371 | Depths:1 | Lost mutation: You are partially covered in large bone
                  | plates. (SH +4) [potion of mutation]
238371 | Depths:1 | Gained mutation: You occasionally shout uncontrollably at
                  | your foes. [potion of mutation]
238371 | Depths:1 | Gained mutation: You are frail. (-10% HP) [potion of
                  | mutation]
238372 | Depths:1 | Lost mutation: You are occasionally teleported next to
                  | monsters. [potion of mutation]
238372 | Depths:1 | Lost mutation: You occasionally shout uncontrollably at
                  | your foes. [potion of mutation]
238372 | Depths:1 | Lost mutation: Your flesh is heat resistant. (rF+) [potion
                  | of mutation]
238372 | Depths:1 | Gained mutation: Your spells are a little harder to cast,
                  | but a little more powerful. [potion of mutation]
238373 | Depths:1 | Lost mutation: Your spells are a little harder to cast, but
                  | a little more powerful. [potion of mutation]
238373 | Depths:1 | Lost mutation: You are frail. (-10% HP) [potion of
                  | mutation]
238373 | Depths:1 | Gained mutation: You are somewhat resistant to further
                  | mutation. [potion of mutation]
238374 | Depths:1 | Lost mutation: You are somewhat resistant to further
                  | mutation. [potion of mutation]
238374 | Depths:1 | Gained mutation: You have supernaturally acute eyesight.
                  | (SInv) [potion of mutation]
238374 | Depths:1 | Gained mutation: Your body sometimes deteriorates upon
                  | taking damage. [potion of mutation]
238375 | Depths:1 | Lost mutation: Your body sometimes deteriorates upon taking
                  | damage. [potion of mutation]
238375 | Depths:1 | Lost mutation: You have supernaturally acute eyesight.
                  | (SInv) [potion of mutation]
238375 | Depths:1 | Gained mutation: You are strong-willed. (Will+) [potion of
                  | mutation]
238375 | Depths:1 | Gained mutation: You have a pair of small horns on your
                  | head. [potion of mutation]
238376 | Depths:1 | Lost mutation: You have a pair of small horns on your head.
                  | [potion of mutation]
238376 | Depths:1 | Lost mutation: You are strong-willed. (Will+) [potion of
                  | mutation]
238376 | Depths:1 | Gained mutation: You are robust. (+10% HP) [potion of
                  | mutation]
238376 | Depths:1 | Gained mutation: You have large cloven feet. [potion of
                  | mutation]
238376 | Depths:1 | Gained mutation: You are vulnerable to heat. (rF-) [potion
                  | of mutation]
238377 | Depths:1 | Lost mutation: You are vulnerable to heat. (rF-) [potion of
                  | mutation]
238377 | Depths:1 | Lost mutation: You are robust. (+10% HP) [potion of
                  | mutation]
238377 | Depths:1 | Lost mutation: You have large cloven feet. [potion of
                  | mutation]
238377 | Depths:1 | Gained mutation: You are dopey. (Int -2) [potion of
                  | mutation]
238377 | Depths:1 | Gained mutation: Armour fits poorly on your strangely
                  | shaped body. [potion of mutation]
238377 | Depths:1 | Gained mutation: Your muscles are strong. (Str +4, Int/Dex
                  | -1) [potion of mutation]
238378 | Depths:1 | Lost mutation: Your muscles are strong. (Str +4, Int/Dex
                  | -1) [potion of mutation]
238378 | Depths:1 | Lost mutation: Armour fits poorly on your strangely shaped
                  | body. [potion of mutation]
238378 | Depths:1 | Gained mutation: Your movements are slightly less
                  | encumbered by armour. (ER -2) [potion of mutation]
238378 | Depths:1 | Gained mutation: You occasionally lose the ability to read
                  | scrolls when taking damage. [potion of mutation]
238378 | Depths:1 | Gained mutation: You occasionally lose the ability to drink
                  | potions when taking damage. [potion of mutation]
238379 | Depths:1 | Lost mutation: Your movements are slightly less encumbered
                  | by armour. (ER -2) [potion of mutation]
238379 | Depths:1 | Lost mutation: You occasionally lose the ability to read
                  | scrolls when taking damage. [potion of mutation]
238379 | Depths:1 | Lost mutation: You are dopey. (Int -2) [potion of mutation]
238379 | Depths:1 | Gained mutation: You have hidden genetic potential. [potion
                  | of mutation]
238379 | Depths:1 | Gained mutation: Your body sometimes deteriorates upon
                  | taking damage. [potion of mutation]
238379 | Depths:1 | Gained mutation: You sometimes lose the ability to drink
                  | potions when taking damage. [potion of mutation]
238379 | Depths:1 | Gained mutation: Your flesh is heat resistant. (rF+)
                  | [potion of mutation]
238380 | Depths:1 | Lost mutation: Your body sometimes deteriorates upon taking
                  | damage. [potion of mutation]
238380 | Depths:1 | Lost mutation: You have hidden genetic potential. [potion
                  | of mutation]
238380 | Depths:1 | Lost mutation: Your flesh is heat resistant. (rF+) [potion
                  | of mutation]
238380 | Depths:1 | Gained mutation: Armour fits poorly on your strangely
                  | shaped body. [potion of mutation]
238381 | Depths:1 | Lost mutation: Armour fits poorly on your strangely shaped
                  | body. [potion of mutation]
238381 | Depths:1 | Lost mutation: You sometimes lose the ability to drink
                  | potions when taking damage. [potion of mutation]
238381 | Depths:1 | Gained mutation: You are weak. (Str -2) [potion of
                  | mutation]
238381 | Depths:1 | Gained mutation: You are clumsy. (Dex -2) [potion of
                  | mutation]
238381 | Depths:1 | Gained mutation: Your flesh is heat resistant. (rF+)
                  | [potion of mutation]
238382 | Depths:1 | Lost mutation: You occasionally lose the ability to drink
                  | potions when taking damage. [potion of mutation]
238382 | Depths:1 | Lost mutation: You are clumsy. (Dex -2) [potion of
                  | mutation]
238383 | Depths:1 | Lost mutation: Your flesh is heat resistant. (rF+) [potion
                  | of mutation]
238383 | Depths:1 | Lost mutation: You are weak. (Str -2) [potion of mutation]
238383 | Depths:1 | Gained mutation: You occasionally lose the ability to drink
                  | potions when taking damage. [potion of mutation]
238383 | Depths:1 | Gained mutation: You have hidden genetic defects. [potion
                  | of mutation]
238383 | Depths:1 | Gained mutation: You have a pair of small horns on your
                  | head. [potion of mutation]
238384 | Depths:1 | Lost mutation: You have hidden genetic defects. [potion of
                  | mutation]
238384 | Depths:1 | Lost mutation: You occasionally lose the ability to drink
                  | potions when taking damage. [potion of mutation]
238384 | Depths:1 | Lost mutation: You have a pair of small horns on your head.
                  | [potion of mutation]
238384 | Depths:1 | Gained mutation: A frigid envelope surrounds you and
                  | freezes all who hurt you. [potion of mutation]
238385 | Depths:1 | Lost mutation: A frigid envelope surrounds you and freezes
                  | all who hurt you. [potion of mutation]
238385 | Depths:1 | Gained mutation: You are robust. (+10% HP) [potion of
                  | mutation]
238385 | Depths:1 | Gained mutation: Your spells are a little harder to cast,
                  | but a little more powerful. [potion of mutation]
238385 | Depths:1 | Gained mutation: You expend magic power (3 MP) to
                  | strengthen your wands. [potion of mutation]
238386 | Depths:1 | Lost mutation: You are robust. (+10% HP) [potion of
                  | mutation]
238386 | Depths:1 | Lost mutation: You expend magic power (3 MP) to strengthen
                  | your wands. [potion of mutation]
238386 | Depths:1 | Gained mutation: You possess an exceptional clarity of
                  | mind. [potion of mutation]
238386 | Depths:1 | Gained mutation: Your flesh is heat resistant. (rF+)
                  | [potion of mutation]
238614 | Depths:1 | Bought the ring "Naex" {Wiz Str+3 Int+5 Dex+2} for 1044
                  | gold pieces
238648 | Zig:1    | Entered Level 1 of a ziggurat
238716 | Zig:2    | Entered Level 2 of a ziggurat
238760 | Zig:2    | Identified the orb of Inevitability {guile, *Corrode ^Drain
                  | SInv Conj}
238778 | Zig:2    | Identified the +4 hand axe "oldriver's Doom" {flame, rC++
                  | Will-}
238793 | Zig:3    | Entered Level 3 of a ziggurat
238844 | Zig:3    | Identified the staff of Eternal Vigilance {^Contam rPois
                  | rN+ Str+4 SInv Alchemy}
238917 | Zig:4    | Entered Level 4 of a ziggurat
239084 | Zig:5    | Entered Level 5 of a ziggurat
239084 | Zig:5    | Noticed an ancient lich
239084 | Zig:5    | Noticed a dread lich
239084 | Zig:5    | Noticed an ancient lich
239084 | Zig:5    | Noticed a dread lich
239084 | Zig:5    | Noticed an ancient lich
239084 | Zig:5    | Noticed a dread lich
239084 | Zig:5    | Noticed a dread lich
239084 | Zig:5    | Noticed an ancient lich
239084 | Zig:5    | Noticed a dread lich
239084 | Zig:5    | Noticed a dread lich
239084 | Zig:5    | Noticed an ancient lich
239084 | Zig:5    | Noticed an ancient lich
239084 | Zig:5    | Noticed a dread lich
239085 | Zig:5    | Killed an ancient lich
239086 | Zig:5    | Killed a dread lich
239086 | Zig:5    | Killed a dread lich
239086 | Zig:5    | Killed an ancient lich
239086 | Zig:5    | Killed a dread lich
239086 | Zig:5    | Killed a dread lich
239086 | Zig:5    | Killed an ancient lich
239086 | Zig:5    | Killed an ancient lich
239086 | Zig:5    | Killed a dread lich
239086 | Zig:5    | Killed an ancient lich
239086 | Zig:5    | Killed a dread lich
239086 | Zig:5    | Killed an ancient lich
239086 | Zig:5    | Killed a dread lich
239087 | Zig:5    | Noticed an ancient lich
239087 | Zig:5    | Noticed a dread lich
239088 | Zig:5    | Noticed an ancient lich
239088 | Zig:5    | Noticed a dread lich
239089 | Zig:5    | Killed a dread lich
239089 | Zig:5    | Killed an ancient lich
239089 | Zig:5    | Killed an ancient lich
239089 | Zig:5    | Killed a dread lich
239090 | Zig:5    | Noticed a dread lich
239090 | Zig:5    | Killed a dread lich
239245 | Zig:6    | Entered Level 6 of a ziggurat
239245 | Zig:6    | Noticed a royal mummy
239245 | Zig:6    | Noticed a royal mummy
239245 | Zig:6    | Noticed a royal mummy
239245 | Zig:6    | Noticed a royal mummy
239245 | Zig:6    | Noticed a royal mummy
239245 | Zig:6    | Noticed a royal mummy
239245 | Zig:6    | Noticed a royal mummy
239245 | Zig:6    | Noticed a royal mummy
239245 | Zig:6    | Noticed a royal mummy
239245 | Zig:6    | Noticed a royal mummy
239246 | Zig:6    | Killed a royal mummy
239246 | Zig:6    | Killed a royal mummy
239246 | Zig:6    | Killed a royal mummy
239246 | Zig:6    | Killed a royal mummy
239246 | Zig:6    | Killed a royal mummy
239246 | Zig:6    | Killed a royal mummy
239246 | Zig:6    | Killed a royal mummy
239246 | Zig:6    | Killed a royal mummy
239246 | Zig:6    | Killed a royal mummy
239246 | Zig:6    | Killed a royal mummy
239246 | Zig:6    | Noticed a royal mummy
239246 | Zig:6    | Noticed a royal mummy
239247 | Zig:6    | Noticed a royal mummy
239247 | Zig:6    | Noticed a royal mummy
239247 | Zig:6    | Noticed a royal mummy
239248 | Zig:6    | Noticed a royal mummy
239248 | Zig:6    | Noticed a royal mummy
239249 | Zig:6    | Killed a royal mummy
239249 | Zig:6    | Killed a royal mummy
239249 | Zig:6    | Killed a royal mummy
239250 | Zig:6    | Killed a royal mummy
239250 | Zig:6    | Killed a royal mummy
239250 | Zig:6    | Killed a royal mummy
239250 | Zig:6    | Killed a royal mummy
239250 | Zig:6    | Noticed a royal mummy
239251 | Zig:6    | Killed a royal mummy
239252 | Zig:6    | Killed a royal mummy
239446 | Zig:6    | Identified the +6 quarterstaff "Cepso" {flame, rPois rN+
                  | Int+2 Dex+4}
239489 | Zig:6    | Identified the +7 mace of Paruos {spect, Dex+5}
239497 | Zig:6    | Identified the ring of Totios {rCorr Int+2 Dex+2}
239505 | Zig:6    | Identified the +3 scale mail "Xarchon" {Will- Int+4 Slay+4}
239508 | Zig:6    | Identified the +1 war axe "Yceulal" {freeze, rF+ Str+6}
239551 | Zig:7    | Entered Level 7 of a ziggurat
239656 | Zig:7    | Identified the staff of Caustic Responsibility {^Drain
                  | +Blink rPois Stlth+ Fire Alchemy}
239671 | Zig:7    | Identified the ring "Saymiupro" {Wiz rF+ rC+ rCorr}
239820 | Zig:8    | Entered Level 8 of a ziggurat
239823 | Zig:8    | Noticed an ancient lich
239825 | Zig:8    | Killed an ancient lich
239839 | Zig:8    | Killed a starcursed mass
239842 | Zig:8    | Killed a starcursed mass
240119 | Zig:8    | Identified the +4 chain mail "Iquso" {rElec rCorr Str-5
                  | Int+5}
240130 | Zig:8    | Identified the ring "Vimau" {rElec rN+ Will+ Str-3 Int+2}
240133 | Zig:8    | Identified the staff of Impatience {rN+ Str+4 Necro}
240150 | Zig:9    | Entered Level 9 of a ziggurat
240150 | Zig:9    | Noticed a dread lich
240150 | Zig:9    | Noticed a dread lich
240150 | Zig:9    | Noticed a dread lich
240150 | Zig:9    | Noticed an ancient lich
240150 | Zig:9    | Noticed an ancient lich
240150 | Zig:9    | Noticed a dread lich
240150 | Zig:9    | Noticed an ancient lich
240150 | Zig:9    | Noticed an ancient lich
240150 | Zig:9    | Noticed an ancient lich
240150 | Zig:9    | Noticed a dread lich
240150 | Zig:9    | Noticed an ancient lich
240150 | Zig:9    | Noticed a dread lich
240150 | Zig:9    | Noticed a dread lich
240150 | Zig:9    | Noticed a dread lich
240151 | Zig:9    | Noticed a dread lich
240151 | Zig:9    | Noticed an ancient lich
240151 | Zig:9    | Noticed a dread lich
240151 | Zig:9    | Noticed a dread lich
240151 | Zig:9    | Noticed a dread lich
240151 | Zig:9    | Noticed a dread lich
240152 | Zig:9    | Killed a dread lich
240152 | Zig:9    | Killed an ancient lich
240152 | Zig:9    | Killed a dread lich
240152 | Zig:9    | Killed a dread lich
240152 | Zig:9    | Killed an ancient lich
240152 | Zig:9    | Killed a dread lich
240152 | Zig:9    | Killed a dread lich
240152 | Zig:9    | Killed an ancient lich
240152 | Zig:9    | Killed an ancient lich
240152 | Zig:9    | Killed a dread lich
240152 | Zig:9    | Noticed a dread lich
240154 | Zig:9    | Killed a dread lich
240154 | Zig:9    | Killed a dread lich
240154 | Zig:9    | Killed an ancient lich
240154 | Zig:9    | Killed an ancient lich
240154 | Zig:9    | Killed a dread lich
240154 | Zig:9    | Killed a dread lich
240154 | Zig:9    | Killed an ancient lich
240154 | Zig:9    | Killed a dread lich
240154 | Zig:9    | Killed a dread lich
240154 | Zig:9    | Killed a dread lich
240154 | Zig:9    | Killed a dread lich
240154 | Zig:9    | Noticed a dread lich
240154 | Zig:9    | Noticed a dread lich
240154 | Zig:9    | Noticed an ancient lich
240155 | Zig:9    | Noticed a dread lich
240155 | Zig:9    | Noticed a dread lich
240155 | Zig:9    | Noticed a dread lich
240155 | Zig:9    | Noticed a dread lich
240156 | Zig:9    | Noticed an ancient lich
240156 | Zig:9    | Noticed a dread lich
240156 | Zig:9    | Noticed a dread lich
240157 | Zig:9    | Noticed a dread lich
240157 | Zig:9    | Noticed a dread lich
240157 | Zig:9    | Found the amulet of Elemental Vulnerability {rPois rF--
                  | rC-- AC+8}
240157 | Zig:9    | Noticed an ancient lich
240157 | Zig:9    | Noticed an ancient lich
240158 | Zig:9    | Killed a dread lich
240158 | Zig:9    | Killed a dread lich
240158 | Zig:9    | Killed a dread lich
240158 | Zig:9    | Killed a dread lich
240158 | Zig:9    | Killed an ancient lich
240158 | Zig:9    | Killed a dread lich
240158 | Zig:9    | Killed a dread lich
240158 | Zig:9    | Killed an ancient lich
240159 | Zig:9    | Noticed an ancient lich
240159 | Zig:9    | Killed a dread lich
240159 | Zig:9    | Killed an ancient lich
240160 | Zig:9    | Killed a dread lich
240160 | Zig:9    | Killed an ancient lich
240161 | Zig:9    | Killed a dread lich
240161 | Zig:9    | Killed an ancient lich
240161 | Zig:9    | Killed a dread lich
240203 | Zig:9    | Identified the +0 chain mail of the Marlin {Harm rPois rF-
                  | Str+4}
240204 | Zig:9    | Identified the staff "Hoimoaf" {rElec rF+ rN++ Will- SInv
                  | Fire}
240210 | Zig:9    | Identified the +7 mace "Qepailue" {freeze, ^Drain rCorr
                  | Int-4 Dex+8}
240220 | Zig:9    | Identified the ring "Zobbyiw" {*Slow rC- Will++ AC+4 Int+3}
240230 | Zig:9    | Identified the staff "Upoybosa" {rC+ Stlth+ Ice}
240234 | Zig:9    | Identified the ring "Fili" {rElec rPois rF+ rC+ Will+ SInv}
240447 | Zig:10   | Entered Level 10 of a ziggurat
240448 | Zig:10   | Noticed a dread lich
240448 | Zig:10   | Noticed an ancient lich
240448 | Zig:10   | Noticed an ancient lich
240449 | Zig:10   | Noticed a dread lich
240449 | Zig:10   | Noticed an ancient lich
240449 | Zig:10   | Noticed an ancient lich
240449 | Zig:10   | Noticed a dread lich
240449 | Zig:10   | Noticed a dread lich
240449 | Zig:10   | Noticed a dread lich
240450 | Zig:10   | Noticed a dread lich
240450 | Zig:10   | Killed an ancient lich
240450 | Zig:10   | Killed a dread lich
240451 | Zig:10   | Killed an ancient lich
240451 | Zig:10   | Killed an ancient lich
240451 | Zig:10   | Killed a dread lich
240451 | Zig:10   | Killed a dread lich
240451 | Zig:10   | Killed a dread lich
240451 | Zig:10   | Noticed an ancient lich
240451 | Zig:10   | Noticed an ancient lich
240451 | Zig:10   | Noticed a dread lich
240452 | Zig:10   | Noticed an ancient lich
240452 | Zig:10   | Noticed a dread lich
240452 | Zig:10   | Noticed a dread lich
240452 | Zig:10   | Noticed an ancient lich
240452 | Zig:10   | Noticed an ancient lich
240452 | Zig:10   | Noticed a dread lich
240452 | Zig:10   | Noticed a dread lich
240452 | Zig:10   | Noticed an ancient lich
240453 | Zig:10   | Noticed a dread lich
240453 | Zig:10   | Noticed a dread lich
240453 | Zig:10   | Noticed an ancient lich
240453 | Zig:10   | Noticed an ancient lich
240453 | Zig:10   | Noticed a dread lich
240453 | Zig:10   | Noticed a dread lich
240453 | Zig:10   | Noticed an ancient lich
240453 | Zig:10   | Noticed a dread lich
240453 | Zig:10   | Noticed a dread lich
240453 | Zig:10   | Noticed an ancient lich
240454 | Zig:10   | Noticed an ancient lich
240454 | Zig:10   | Noticed an ancient lich
240454 | Zig:10   | Noticed an ancient lich
240454 | Zig:10   | Noticed a dread lich
240454 | Zig:10   | Noticed an ancient lich
240454 | Zig:10   | Noticed a dread lich
240454 | Zig:10   | Noticed an ancient lich
240454 | Zig:10   | Noticed an ancient lich
240454 | Zig:10   | Noticed a dread lich
240454 | Zig:10   | Noticed a dread lich
240455 | Zig:10   | Killed an ancient lich
240455 | Zig:10   | Killed an ancient lich
240455 | Zig:10   | Killed an ancient lich
240455 | Zig:10   | Killed an ancient lich
240455 | Zig:10   | Killed an ancient lich
240455 | Zig:10   | Killed an ancient lich
240455 | Zig:10   | Killed a dread lich
240455 | Zig:10   | Killed a dread lich
240455 | Zig:10   | Killed a dread lich
240455 | Zig:10   | Killed an ancient lich
240455 | Zig:10   | Killed an ancient lich
240455 | Zig:10   | Killed a dread lich
240455 | Zig:10   | Killed a dread lich
240455 | Zig:10   | Killed an ancient lich
240455 | Zig:10   | Killed an ancient lich
240455 | Zig:10   | Killed a dread lich
240455 | Zig:10   | Killed an ancient lich
240455 | Zig:10   | Killed a dread lich
240455 | Zig:10   | Noticed an ancient lich
240456 | Zig:10   | Killed a dread lich
240456 | Zig:10   | Killed an ancient lich
240456 | Zig:10   | Killed an ancient lich
240456 | Zig:10   | Killed a dread lich
240456 | Zig:10   | Killed a dread lich
240456 | Zig:10   | Killed an ancient lich
240456 | Zig:10   | Killed a dread lich
240456 | Zig:10   | Killed an ancient lich
240456 | Zig:10   | Killed a dread lich
240456 | Zig:10   | Killed a dread lich
240456 | Zig:10   | Killed a dread lich
240456 | Zig:10   | Killed a dread lich
240456 | Zig:10   | Killed a dread lich
240456 | Zig:10   | Killed an ancient lich
240456 | Zig:10   | Killed a dread lich
240456 | Zig:10   | Killed an ancient lich
240456 | Zig:10   | Killed an ancient lich
240457 | Zig:10   | Noticed a dread lich
240457 | Zig:10   | Noticed an ancient lich
240458 | Zig:10   | Noticed a dread lich
240458 | Zig:10   | Noticed a dread lich
240458 | Zig:10   | Noticed a dread lich
240459 | Zig:10   | Killed a dread lich
240460 | Zig:10   | Killed a dread lich
240460 | Zig:10   | Killed an ancient lich
240460 | Zig:10   | Killed a dread lich
240460 | Zig:10   | Killed a dread lich
240469 | Zig:10   | Found the ring of the Octopus King
240673 | Zig:10   | Identified the +6 chain mail of Dewn {rN++ Will- Int+5}
240677 | Zig:10   | Identified the ring "Jouwuol" {Wiz Int+5}
240681 | Zig:10   | Identified the ring of Useezip {rN+ rCorr Str+5 Int+3}
240734 | Zig:10   | Identified a ring of the Octopus King {rCorr HP+2 AC+2 EV+2
                  | SH+2}
240773 | Zig:11   | Entered Level 11 of a ziggurat
240773 | Zig:11   | Noticed a royal mummy
240773 | Zig:11   | Noticed a dread lich
240773 | Zig:11   | Noticed a royal mummy
240773 | Zig:11   | Noticed a royal mummy
240773 | Zig:11   | Noticed a royal mummy
240773 | Zig:11   | Noticed a royal mummy
240773 | Zig:11   | Noticed a royal mummy
240773 | Zig:11   | Noticed a royal mummy
240773 | Zig:11   | Noticed a royal mummy
240773 | Zig:11   | Noticed a royal mummy
240773 | Zig:11   | Noticed a royal mummy
240773 | Zig:11   | Noticed a royal mummy
240773 | Zig:11   | Noticed a royal mummy
240773 | Zig:11   | Noticed a royal mummy
240773 | Zig:11   | Noticed a dread lich
240773 | Zig:11   | Noticed a royal mummy
240773 | Zig:11   | Noticed a royal mummy
240773 | Zig:11   | Noticed a royal mummy
240773 | Zig:11   | Noticed a royal mummy
240773 | Zig:11   | Noticed a royal mummy
240774 | Zig:11   | Killed a royal mummy
240774 | Zig:11   | Killed a royal mummy
240774 | Zig:11   | Killed a royal mummy
240774 | Zig:11   | Killed a dread lich
240774 | Zig:11   | Killed a royal mummy
240774 | Zig:11   | Killed a royal mummy
240774 | Zig:11   | Killed a royal mummy
240774 | Zig:11   | Killed a royal mummy
240774 | Zig:11   | Killed a royal mummy
240774 | Zig:11   | Killed a royal mummy
240774 | Zig:11   | Killed a royal mummy
240774 | Zig:11   | Killed a royal mummy
240774 | Zig:11   | Killed a dread lich
240774 | Zig:11   | Killed a royal mummy
240774 | Zig:11   | Killed a royal mummy
240774 | Zig:11   | Killed a royal mummy
240774 | Zig:11   | Killed a royal mummy
240774 | Zig:11   | Killed a royal mummy
240775 | Zig:11   | Noticed a royal mummy
240775 | Zig:11   | Noticed a royal mummy
240776 | Zig:11   | Killed a royal mummy
240776 | Zig:11   | Killed a royal mummy
240777 | Zig:11   | Killed a royal mummy
240777 | Zig:11   | Killed a royal mummy
240779 | Zig:11   | Noticed a royal mummy
240779 | Zig:11   | Noticed a royal mummy
240779 | Zig:11   | Noticed a royal mummy
240780 | Zig:11   | Noticed a royal mummy
240780 | Zig:11   | Noticed a royal mummy
240780 | Zig:11   | Noticed a royal mummy
240780 | Zig:11   | Noticed a royal mummy
240780 | Zig:11   | Noticed a royal mummy
240781 | Zig:11   | Noticed a royal mummy
240782 | Zig:11   | Noticed a royal mummy
240783 | Zig:11   | Killed a royal mummy
240783 | Zig:11   | Killed a royal mummy
240783 | Zig:11   | Killed a royal mummy
240783 | Zig:11   | Killed a royal mummy
240783 | Zig:11   | Killed a royal mummy
240783 | Zig:11   | Killed a royal mummy
240783 | Zig:11   | Killed a royal mummy
240783 | Zig:11   | Noticed a royal mummy
240784 | Zig:11   | Killed a royal mummy
240784 | Zig:11   | Killed a royal mummy
240784 | Zig:11   | Killed a royal mummy
240785 | Zig:11   | Killed a royal mummy
240785 | Zig:11   | Noticed a royal mummy
240788 | Zig:11   | Noticed a royal mummy
240789 | Zig:11   | Noticed a royal mummy
240790 | Zig:11   | Killed a royal mummy
240792 | Zig:11   | Killed a royal mummy
240793 | Zig:11   | Killed a royal mummy
240894 | Zig:11   | Identified the ring "Dokoivoe" {Fire rElec}
241288 | Zig:12   | Entered Level 12 of a ziggurat
241288 | Zig:12   | Noticed a juggernaut
241288 | Zig:12   | Noticed a juggernaut
241288 | Zig:12   | Noticed a juggernaut
241288 | Zig:12   | Noticed a juggernaut
241288 | Zig:12   | Noticed a juggernaut
241288 | Zig:12   | Noticed a juggernaut
241288 | Zig:12   | Noticed a juggernaut
241289 | Zig:12   | Killed a juggernaut
241289 | Zig:12   | Killed a juggernaut
241289 | Zig:12   | Killed a juggernaut
241289 | Zig:12   | Killed a juggernaut
241289 | Zig:12   | Noticed a juggernaut
241291 | Zig:12   | Killed a juggernaut
241291 | Zig:12   | Killed a juggernaut
241291 | Zig:12   | Killed a juggernaut
241292 | Zig:12   | Noticed a juggernaut
241293 | Zig:12   | Noticed a juggernaut
241293 | Zig:12   | Noticed a juggernaut
241293 | Zig:12   | Noticed a juggernaut
241294 | Zig:12   | Noticed a juggernaut
241294 | Zig:12   | Noticed a juggernaut
241294 | Zig:12   | Noticed a juggernaut
241294 | Zig:12   | Noticed a juggernaut
241295 | Zig:12   | Killed a juggernaut
241295 | Zig:12   | Killed a juggernaut
241295 | Zig:12   | Killed a juggernaut
241295 | Zig:12   | Killed a juggernaut
241295 | Zig:12   | Killed a juggernaut
241295 | Zig:12   | Killed a juggernaut
241295 | Zig:12   | Killed a juggernaut
241296 | Zig:12   | Killed a juggernaut
241296 | Zig:12   | Noticed a juggernaut
241297 | Zig:12   | Killed a juggernaut
241297 | Zig:12   | Killed a juggernaut
241298 | Zig:12   | Noticed a juggernaut
241298 | Zig:12   | Noticed a juggernaut
241298 | Zig:12   | Noticed a juggernaut
241299 | Zig:12   | Noticed a juggernaut
241300 | Zig:12   | Killed a juggernaut
241300 | Zig:12   | Killed a juggernaut
241300 | Zig:12   | Killed a juggernaut
241301 | Zig:12   | Killed a juggernaut
241303 | Zig:12   | Noticed a juggernaut
241305 | Zig:12   | Killed a juggernaut
241310 | Zig:12   | Found the +10 zealot's sword {holy, Zealotry, *Rage rN+
                  | EV+3}
241877 | Zig:12   | Identified the ring "Ezet Foc" {rElec rCorr Dex+2}
241896 | Zig:12   | Identified the +2 leather armour of the Distant Future
                  | {rPois Str+2 Int+3}
241937 | Zig:13   | Entered Level 13 of a ziggurat
241939 | Zig:13   | Noticed an ancient lich
241939 | Zig:13   | Noticed an ancient lich
241939 | Zig:13   | Noticed a dread lich
241939 | Zig:13   | Noticed an ancient lich
241939 | Zig:13   | Noticed a dread lich
241939 | Zig:13   | Noticed a dread lich
241939 | Zig:13   | Noticed a dread lich
241939 | Zig:13   | Noticed a dread lich
241939 | Zig:13   | Noticed an ancient lich
241940 | Zig:13   | Noticed a dread lich
241940 | Zig:13   | Noticed a dread lich
241940 | Zig:13   | Noticed an ancient lich
241940 | Zig:13   | Noticed a dread lich
241940 | Zig:13   | Noticed an ancient lich
241940 | Zig:13   | Noticed a dread lich
241941 | Zig:13   | Killed an ancient lich
241941 | Zig:13   | Killed an ancient lich
241941 | Zig:13   | Killed a dread lich
241941 | Zig:13   | Killed an ancient lich
241942 | Zig:13   | Killed an ancient lich
241942 | Zig:13   | Killed a dread lich
241942 | Zig:13   | Killed a dread lich
241942 | Zig:13   | Killed a dread lich
241942 | Zig:13   | Killed a dread lich
241942 | Zig:13   | Killed a dread lich
241942 | Zig:13   | Killed a dread lich
241942 | Zig:13   | Killed an ancient lich
241942 | Zig:13   | Noticed a dread lich
241942 | Zig:13   | Noticed an ancient lich
241942 | Zig:13   | Noticed a dread lich
241942 | Zig:13   | Noticed an ancient lich
241943 | Zig:13   | Noticed a dread lich
241943 | Zig:13   | Noticed a dread lich
241943 | Zig:13   | Noticed an ancient lich
241943 | Zig:13   | Noticed an ancient lich
241943 | Zig:13   | Noticed a dread lich
241943 | Zig:13   | Noticed a dread lich
241943 | Zig:13   | Noticed an ancient lich
241944 | Zig:13   | Noticed an ancient lich
241944 | Zig:13   | Noticed a dread lich
241944 | Zig:13   | Noticed an ancient lich
241944 | Zig:13   | Noticed an ancient lich
241944 | Zig:13   | Noticed a dread lich
241944 | Zig:13   | Noticed an ancient lich
241944 | Zig:13   | Noticed a dread lich
241944 | Zig:13   | Noticed an ancient lich
241945 | Zig:13   | Killed a dread lich
241945 | Zig:13   | Killed a dread lich
241945 | Zig:13   | Killed an ancient lich
241945 | Zig:13   | Killed a dread lich
241945 | Zig:13   | Killed an ancient lich
241945 | Zig:13   | Killed an ancient lich
241945 | Zig:13   | Killed an ancient lich
241945 | Zig:13   | Killed a dread lich
241945 | Zig:13   | Noticed an ancient lich
241946 | Zig:13   | Noticed a dread lich
241946 | Zig:13   | Noticed a dread lich
241946 | Zig:13   | Noticed a dread lich
241946 | Zig:13   | Noticed a dread lich
241946 | Zig:13   | Noticed an ancient lich
241946 | Zig:13   | Noticed a dread lich
241946 | Zig:13   | Noticed an ancient lich
241946 | Zig:13   | Noticed an ancient lich
241947 | Zig:13   | Killed a dread lich
241947 | Zig:13   | Killed a dread lich
241947 | Zig:13   | Killed an ancient lich
241947 | Zig:13   | Killed an ancient lich
241947 | Zig:13   | Killed an ancient lich
241947 | Zig:13   | Killed an ancient lich
241947 | Zig:13   | Killed a dread lich
241947 | Zig:13   | Killed a dread lich
241947 | Zig:13   | Killed an ancient lich
241947 | Zig:13   | Killed a dread lich
241948 | Zig:13   | Killed a dread lich
241948 | Zig:13   | Killed an ancient lich
241948 | Zig:13   | Killed a dread lich
241948 | Zig:13   | Killed an ancient lich
241948 | Zig:13   | Killed an ancient lich
241948 | Zig:13   | Killed an ancient lich
241948 | Zig:13   | Killed a dread lich
241948 | Zig:13   | Killed an ancient lich
241948 | Zig:13   | Killed a dread lich
241948 | Zig:13   | Killed a dread lich
241948 | Zig:13   | Killed an ancient lich
241948 | Zig:13   | Killed a dread lich
241948 | Zig:13   | Killed a dread lich
241948 | Zig:13   | Noticed a dread lich
241948 | Zig:13   | Noticed an ancient lich
241948 | Zig:13   | Noticed a dread lich
241949 | Zig:13   | Killed an ancient lich
241949 | Zig:13   | Killed a dread lich
241950 | Zig:13   | Noticed an ancient lich
241950 | Zig:13   | Noticed a dread lich
241950 | Zig:13   | Killed a dread lich
241950 | Zig:13   | Noticed a dread lich
241951 | Zig:13   | Noticed a dread lich
241951 | Zig:13   | Noticed a dread lich
241953 | Zig:13   | Killed a dread lich
241954 | Zig:13   | Killed an ancient lich
241954 | Zig:13   | Killed a dread lich
241954 | Zig:13   | Killed a dread lich
241954 | Zig:13   | Killed a dread lich
242000 | Zig:13   | Identified the +6 mace "Qaehot" {venom, rPois Will++
                  | Stlth-}
242019 | Zig:13   | Identified the +4 chain mail of the End {Str-2 Int+7}
242021 | Zig:13   | Identified the +1 mace of Pain and Death {venom, +Blink
                  | rF+}
242022 | Zig:13   | Identified the +2 falchion "Etenani" {flame, Fly Str+3}
242024 | Zig:13   | Identified the staff of Breach {rF+ Stlth+ Fire}
242026 | Zig:13   | Identified the +1 robe of Feaffev {Str+4}
242365 | Zig:14   | Entered Level 14 of a ziggurat
242370 | Zig:14   | Noticed an ancient lich
242371 | Zig:14   | Killed an ancient lich
242377 | Zig:14   | Noticed a dread lich
242389 | Zig:14   | Killed a dread lich
242537 | Zig:14   | Found the +4 robe of Augmentation {Str+4 Int+4 Dex+4}
242693 | Zig:14   | Identified the +1 plate armour of the Original Sin {rF+
                  | rN++ Regen+ Dex-5}
242759 | Zig:14   | Identified the +2 robe "Quugg" {*Slow rElec Str+4}
242770 | Zig:14   | Identified the staff "Saifythri" {rElec rPois Dex+3 Air}
242774 | Zig:14   | Identified the ring of Ostuw {rF++ AC+4 Str-4 Dex+4}
242778 | Zig:14   | Identified the +6 great mace "Wiholl" {freeze, rF+ MP+9
                  | Int+4}
242838 | Zig:15   | Entered Level 15 of a ziggurat
242840 | Zig:15   | Noticed Lecen the pandemonium lord
242840 | Zig:15   | Noticed Lidaoc the pandemonium lord
242840 | Zig:15   | Noticed Zeunut the pandemonium lord
242841 | Zig:15   | Noticed Ajeosuim the pandemonium lord
242841 | Zig:15   | Noticed Fux Xih the pandemonium lord
242841 | Zig:15   | Noticed Plog the pandemonium lord
242841 | Zig:15   | Noticed Ziups the pandemonium lord
242841 | Zig:15   | Noticed Guman the pandemonium lord
242841 | Zig:15   | Noticed Oxkusmas the pandemonium lord
242841 | Zig:15   | Noticed Lerreidu the pandemonium lord
242841 | Zig:15   | Noticed Joicru the pandemonium lord
242841 | Zig:15   | Noticed Qat Cunla the pandemonium lord
242841 | Zig:15   | Noticed Lexedenu the pandemonium lord
242841 | Zig:15   | Noticed Dipe the pandemonium lord
242842 | Zig:15   | Noticed Lazeenem the pandemonium lord
242842 | Zig:15   | Killed Ziups the pandemonium lord
242842 | Zig:15   | Killed Oxkusmas the pandemonium lord
242842 | Zig:15   | Killed Fux Xih the pandemonium lord
242842 | Zig:15   | Killed Lecen the pandemonium lord
242842 | Zig:15   | Noticed Betics the pandemonium lord
242842 | Zig:15   | Noticed Zibaggon the pandemonium lord
242843 | Zig:15   | Noticed Fiadghe the pandemonium lord
242843 | Zig:15   | Noticed Larch the pandemonium lord
242843 | Zig:15   | Killed Lidaoc the pandemonium lord
242843 | Zig:15   | Noticed Tetuiti the pandemonium lord
242844 | Zig:15   | Noticed Bueruw the pandemonium lord
242845 | Zig:15   | Killed Zibaggon the pandemonium lord
242845 | Zig:15   | Killed Fiadghe the pandemonium lord
242845 | Zig:15   | Killed Betics the pandemonium lord
242845 | Zig:15   | Killed Bueruw the pandemonium lord
242845 | Zig:15   | Noticed Qotehewa the pandemonium lord
242846 | Zig:15   | Killed Dipe the pandemonium lord
242846 | Zig:15   | Killed Plog the pandemonium lord
242846 | Zig:15   | Killed Lazeenem the pandemonium lord
242846 | Zig:15   | Killed Dawey the pandemonium lord
242846 | Zig:15   | Killed Lerreidu the pandemonium lord
242846 | Zig:15   | Noticed Soff the pandemonium lord
242847 | Zig:15   | Noticed Cunotriatt the pandemonium lord
242847 | Zig:15   | Killed Gecsasig the pandemonium lord
242847 | Zig:15   | Killed Zeunut the pandemonium lord
242848 | Zig:15   | Killed Ajeosuim the pandemonium lord
242848 | Zig:15   | Killed Qotehewa the pandemonium lord
242848 | Zig:15   | Noticed Xacuimpu the pandemonium lord
242849 | Zig:15   | Noticed Offauv Bisukh the pandemonium lord
242849 | Zig:15   | Killed Qat Cunla the pandemonium lord
242852 | Zig:15   | Noticed Yzifre the pandemonium lord
242853 | Zig:15   | Killed Larch the pandemonium lord
242853 | Zig:15   | Killed Cunotriatt the pandemonium lord
242853 | Zig:15   | Killed Joicru the pandemonium lord
242854 | Zig:15   | Killed Tetuiti the pandemonium lord
242855 | Zig:15   | Noticed Awuteter the pandemonium lord
242855 | Zig:15   | Noticed Zotymask the pandemonium lord
242855 | Zig:15   | Noticed Yqute the pandemonium lord
242855 | Zig:15   | Noticed Sumy the pandemonium lord
242856 | Zig:15   | Noticed Myas the pandemonium lord
242856 | Zig:15   | Noticed Edghud the pandemonium lord
242856 | Zig:15   | Killed Yzifre the pandemonium lord
242857 | Zig:15   | Killed Xacuimpu the pandemonium lord
242857 | Zig:15   | Killed Guman the pandemonium lord
242857 | Zig:15   | Killed Soff the pandemonium lord
242857 | Zig:15   | Killed Lexedenu the pandemonium lord
242857 | Zig:15   | Killed Offauv Bisukh the pandemonium lord
242857 | Zig:15   | Noticed Ecipnica the pandemonium lord
242858 | Zig:15   | Noticed Jaocs the pandemonium lord
242864 | Zig:15   | Killed Zotymask the pandemonium lord
242867 | Zig:15   | Killed Edghud the pandemonium lord
242867 | Zig:15   | Noticed Jimuol the pandemonium lord
242868 | Zig:15   | Noticed Migestriu the pandemonium lord
242868 | Zig:15   | Noticed Wotuadaw the pandemonium lord
242868 | Zig:15   | Noticed Paylaar the pandemonium lord
242868 | Zig:15   | Killed Paylaar the pandemonium lord
242868 | Zig:15   | Killed Jaocs the pandemonium lord
242869 | Zig:15   | Noticed Ecuy the pandemonium lord
242870 | Zig:15   | Killed Sumy the pandemonium lord
242871 | Zig:15   | Killed Awuteter the pandemonium lord
242871 | Zig:15   | Killed Myas the pandemonium lord
242871 | Zig:15   | Noticed Zuic Zaw the pandemonium lord
242872 | Zig:15   | Noticed Yqeosel the pandemonium lord
242873 | Zig:15   | Killed Ecuy the pandemonium lord
242873 | Zig:15   | Killed Zuic Zaw the pandemonium lord
242873 | Zig:15   | Killed Yqute the pandemonium lord
242873 | Zig:15   | Noticed Ysizir the pandemonium lord
242873 | Zig:15   | Noticed Piephuew the pandemonium lord
242874 | Zig:15   | Noticed Aggouh the pandemonium lord
242874 | Zig:15   | Noticed Xypnymuf the pandemonium lord
242874 | Zig:15   | Killed Ecipnica the pandemonium lord
242874 | Zig:15   | Killed Yqeosel the pandemonium lord
242874 | Zig:15   | Killed Jimuol the pandemonium lord
242874 | Zig:15   | Noticed Umym the pandemonium lord
242874 | Zig:15   | Noticed Ymeesacs the pandemonium lord
242874 | Zig:15   | Noticed Doeveq the pandemonium lord
242874 | Zig:15   | Noticed Ojaraleba the pandemonium lord
242874 | Zig:15   | Noticed Lifem the pandemonium lord
242874 | Zig:15   | Noticed Vyahics the pandemonium lord
242874 | Zig:15   | Noticed Denudgh the pandemonium lord
242874 | Zig:15   | Noticed Zonaarch the pandemonium lord
242874 | Zig:15   | Noticed Zips the pandemonium lord
242874 | Zig:15   | Noticed Neczy the pandemonium lord
242874 | Zig:15   | Noticed Igodos the pandemonium lord
242874 | Zig:15   | Noticed Vody Kutt the pandemonium lord
242874 | Zig:15   | Noticed Veti Vuq the pandemonium lord
242874 | Zig:15   | Noticed Elau the pandemonium lord
242874 | Zig:15   | Noticed Ekkyvamp the pandemonium lord
242874 | Zig:15   | Noticed Dum Uron the pandemonium lord
242874 | Zig:15   | Noticed Oxan the pandemonium lord
242874 | Zig:15   | Noticed Tecer the pandemonium lord
242874 | Zig:15   | Noticed Bulingyr the pandemonium lord
242874 | Zig:15   | Noticed Mups the pandemonium lord
242874 | Zig:15   | Noticed Ibbas the pandemonium lord
242874 | Zig:15   | Noticed Ofar the pandemonium lord
242874 | Zig:15   | Noticed Sacuiruz the pandemonium lord
242874 | Zig:15   | Noticed Gitudgh the pandemonium lord
242874 | Zig:15   | Noticed Buijyco the pandemonium lord
242874 | Zig:15   | Noticed Coesoa Ofatz the pandemonium lord
242874 | Zig:15   | Noticed Usobum the pandemonium lord
242874 | Zig:15   | Noticed Buetid the pandemonium lord
242874 | Zig:15   | Noticed Soizan the pandemonium lord
242874 | Zig:15   | Noticed Yhodduac the pandemonium lord
242874 | Zig:15   | Noticed Facseow the pandemonium lord
242875 | Zig:15   | Killed Wotuadaw the pandemonium lord
242875 | Zig:15   | Killed Mups the pandemonium lord
242875 | Zig:15   | Killed Lifem the pandemonium lord
242875 | Zig:15   | Killed Gitudgh the pandemonium lord
242875 | Zig:15   | Killed Buijyco the pandemonium lord
242875 | Zig:15   | Killed Facseow the pandemonium lord
242875 | Zig:15   | Killed Usobum the pandemonium lord
242875 | Zig:15   | Killed Sacuiruz the pandemonium lord
242875 | Zig:15   | Killed Vyahics the pandemonium lord
242875 | Zig:15   | Killed Igodos the pandemonium lord
242875 | Zig:15   | Killed Dum Uron the pandemonium lord
242875 | Zig:15   | Killed Buetid the pandemonium lord
242875 | Zig:15   | Killed Zips the pandemonium lord
242875 | Zig:15   | Noticed Cepuz the pandemonium lord
242876 | Zig:15   | Noticed Pemum the pandemonium lord
242877 | Zig:15   | Killed Aggouh the pandemonium lord
242877 | Zig:15   | Killed Bulingyr the pandemonium lord
242877 | Zig:15   | Killed Neczy the pandemonium lord
242877 | Zig:15   | Killed Piephuew the pandemonium lord
242877 | Zig:15   | Killed Zonaarch the pandemonium lord
242877 | Zig:15   | Killed Soizan the pandemonium lord
242877 | Zig:15   | Noticed Miyfouw the pandemonium lord
242878 | Zig:15   | Killed Oxan the pandemonium lord
242878 | Zig:15   | Killed Ofar the pandemonium lord
242878 | Zig:15   | Killed Ekkyvamp the pandemonium lord
242878 | Zig:15   | Killed Ysizir the pandemonium lord
242878 | Zig:15   | Killed Xypnymuf the pandemonium lord
242878 | Zig:15   | Noticed Gunloasy the pandemonium lord
242881 | Zig:15   | Killed Ymeesacs the pandemonium lord
242881 | Zig:15   | Killed Veti Vuq the pandemonium lord
242881 | Zig:15   | Killed Vody Kutt the pandemonium lord
242881 | Zig:15   | Noticed Detae the pandemonium lord
242885 | Zig:15   | Killed Miyfouw the pandemonium lord
242886 | Zig:15   | Killed Detae the pandemonium lord
242887 | Zig:15   | Killed Cepuz the pandemonium lord
242887 | Zig:15   | Killed Coesoa Ofatz the pandemonium lord
242889 | Zig:15   | Killed Pemum the pandemonium lord
242890 | Zig:15   | Killed Elau the pandemonium lord
242890 | Zig:15   | Killed Denudgh the pandemonium lord
242891 | Zig:15   | Killed Doeveq the pandemonium lord
242894 | Zig:15   | Killed Ojaraleba the pandemonium lord
242896 | Zig:15   | Killed Yhodduac the pandemonium lord
242897 | Zig:15   | Killed Ibbas the pandemonium lord
242902 | Zig:15   | Killed Tecer the pandemonium lord
242902 | Zig:15   | Killed Gunloasy the pandemonium lord
242904 | Zig:15   | Killed Migestriu the pandemonium lord
242919 | Zig:15   | Killed Umym the pandemonium lord
243024 | Zig:15   | Identified the +0 great mace "Bemukyej" {freeze, MP-9 Int+4
                  | SInv Stlth+}
243330 | Zig:15   | Identified the staff "Wauduavi" {*Slow rPois rF+ rN+ Necro
                  | Fire}
243419 | Zig:16   | Entered Level 16 of a ziggurat
243423 | Zig:16   | Noticed a juggernaut
243424 | Zig:16   | Noticed a juggernaut
243424 | Zig:16   | Noticed a juggernaut
243424 | Zig:16   | Noticed a juggernaut
243424 | Zig:16   | Noticed a juggernaut
243426 | Zig:16   | Noticed a juggernaut
243427 | Zig:16   | Killed a juggernaut
243427 | Zig:16   | Killed a juggernaut
243427 | Zig:16   | Killed a juggernaut
243427 | Zig:16   | Killed a juggernaut
243427 | Zig:16   | Killed a juggernaut
243428 | Zig:16   | Noticed a juggernaut
243428 | Zig:16   | Noticed a juggernaut
243428 | Zig:16   | Noticed a juggernaut
243428 | Zig:16   | Noticed a juggernaut
243429 | Zig:16   | Noticed a juggernaut
243429 | Zig:16   | Noticed a juggernaut
243429 | Zig:16   | Noticed a juggernaut
243429 | Zig:16   | Noticed a juggernaut
243429 | Zig:16   | Noticed a juggernaut
243430 | Zig:16   | Killed a juggernaut
243430 | Zig:16   | Killed a juggernaut
243430 | Zig:16   | Killed a juggernaut
243430 | Zig:16   | Killed a juggernaut
243430 | Zig:16   | Noticed a juggernaut
243431 | Zig:16   | Killed a juggernaut
243431 | Zig:16   | Killed a juggernaut
243431 | Zig:16   | Killed a juggernaut
243431 | Zig:16   | Killed a juggernaut
243431 | Zig:16   | Killed a juggernaut
243431 | Zig:16   | Killed a juggernaut
243431 | Zig:16   | Noticed a juggernaut
243431 | Zig:16   | Noticed a juggernaut
243432 | Zig:16   | Killed a juggernaut
243432 | Zig:16   | Noticed a juggernaut
243433 | Zig:16   | Noticed a juggernaut
243433 | Zig:16   | Noticed a juggernaut
243433 | Zig:16   | Noticed a juggernaut
243433 | Zig:16   | Noticed a juggernaut
243434 | Zig:16   | Noticed a juggernaut
243434 | Zig:16   | Noticed a juggernaut
243434 | Zig:16   | Noticed a juggernaut
243435 | Zig:16   | Noticed a juggernaut
243435 | Zig:16   | Noticed a juggernaut
243435 | Zig:16   | Killed a juggernaut
243435 | Zig:16   | Killed a juggernaut
243435 | Zig:16   | Killed a juggernaut
243435 | Zig:16   | Killed a juggernaut
243435 | Zig:16   | Killed a juggernaut
243436 | Zig:16   | Killed a juggernaut
243436 | Zig:16   | Killed a juggernaut
243436 | Zig:16   | Killed a juggernaut
243436 | Zig:16   | Killed a juggernaut
243436 | Zig:16   | Killed a juggernaut
243436 | Zig:16   | Killed a juggernaut
243436 | Zig:16   | Killed a juggernaut
243436 | Zig:16   | Noticed a juggernaut
243437 | Zig:16   | Noticed a juggernaut
243437 | Zig:16   | Noticed a juggernaut
243437 | Zig:16   | Noticed a juggernaut
243437 | Zig:16   | Noticed a juggernaut
243437 | Zig:16   | Noticed a juggernaut
243438 | Zig:16   | Noticed a juggernaut
243439 | Zig:16   | Noticed a juggernaut
243439 | Zig:16   | Noticed a juggernaut
243439 | Zig:16   | Noticed a juggernaut
243439 | Zig:16   | Noticed a juggernaut
243440 | Zig:16   | Noticed a juggernaut
243440 | Zig:16   | Killed a juggernaut
243440 | Zig:16   | Killed a juggernaut
243440 | Zig:16   | Killed a juggernaut
243440 | Zig:16   | Killed a juggernaut
243440 | Zig:16   | Killed a juggernaut
243440 | Zig:16   | Killed a juggernaut
243441 | Zig:16   | Killed a juggernaut
243441 | Zig:16   | Killed a juggernaut
243441 | Zig:16   | Killed a juggernaut
243441 | Zig:16   | Noticed a juggernaut
243442 | Zig:16   | Killed a juggernaut
243442 | Zig:16   | Killed a juggernaut
243442 | Zig:16   | Killed a juggernaut
243442 | Zig:16   | Noticed a juggernaut
243443 | Zig:16   | Killed a juggernaut
243444 | Zig:16   | Killed a juggernaut
243444 | Zig:16   | Noticed a juggernaut
243445 | Zig:16   | Killed a juggernaut
243447 | Zig:16   | Noticed a juggernaut
243449 | Zig:16   | Killed a juggernaut
243834 | Zig:16   | Identified the +6 morningstar of Propriety {vamp, Dex+2
                  | Stlth+}
243893 | Zig:17   | Entered Level 17 of a ziggurat
243893 | Zig:17   | Noticed a juggernaut
243893 | Zig:17   | Noticed a juggernaut
243893 | Zig:17   | Noticed a juggernaut
243893 | Zig:17   | Noticed a juggernaut
243893 | Zig:17   | Noticed a juggernaut
243893 | Zig:17   | Noticed a juggernaut
243893 | Zig:17   | Noticed a juggernaut
243893 | Zig:17   | Noticed a juggernaut
243893 | Zig:17   | Noticed a juggernaut
243893 | Zig:17   | Noticed a juggernaut
243893 | Zig:17   | Noticed a juggernaut
243893 | Zig:17   | Noticed a juggernaut
243893 | Zig:17   | Noticed a juggernaut
243893 | Zig:17   | Noticed a juggernaut
243893 | Zig:17   | Noticed a juggernaut
243894 | Zig:17   | Killed a juggernaut
243894 | Zig:17   | Killed a juggernaut
243894 | Zig:17   | Killed a juggernaut
243894 | Zig:17   | Killed a juggernaut
243894 | Zig:17   | Killed a juggernaut
243894 | Zig:17   | Killed a juggernaut
243894 | Zig:17   | Killed a juggernaut
243894 | Zig:17   | Killed a juggernaut
243894 | Zig:17   | Killed a juggernaut
243894 | Zig:17   | Killed a juggernaut
243894 | Zig:17   | Killed a juggernaut
243894 | Zig:17   | Killed a juggernaut
243894 | Zig:17   | Killed a juggernaut
243894 | Zig:17   | Noticed a juggernaut
243894 | Zig:17   | Noticed a juggernaut
243894 | Zig:17   | Noticed a juggernaut
243895 | Zig:17   | Noticed a juggernaut
243896 | Zig:17   | Noticed a juggernaut
243896 | Zig:17   | Noticed a juggernaut
243896 | Zig:17   | Noticed a juggernaut
243897 | Zig:17   | Noticed a juggernaut
243897 | Zig:17   | Noticed a juggernaut
243897 | Zig:17   | Noticed a juggernaut
243897 | Zig:17   | Noticed a juggernaut
243898 | Zig:17   | Killed a juggernaut
243898 | Zig:17   | Killed a juggernaut
243898 | Zig:17   | Killed a juggernaut
243898 | Zig:17   | Killed a juggernaut
243898 | Zig:17   | Killed a juggernaut
243898 | Zig:17   | Killed a juggernaut
243898 | Zig:17   | Killed a juggernaut
243898 | Zig:17   | Noticed a juggernaut
243900 | Zig:17   | Killed a juggernaut
243900 | Zig:17   | Noticed a juggernaut
243900 | Zig:17   | Noticed a juggernaut
243900 | Zig:17   | Noticed a juggernaut
243901 | Zig:17   | Killed a juggernaut
243901 | Zig:17   | Killed a juggernaut
243901 | Zig:17   | Killed a juggernaut
243901 | Zig:17   | Killed a juggernaut
243901 | Zig:17   | Killed a juggernaut
243901 | Zig:17   | Killed a juggernaut
243902 | Zig:17   | Noticed a juggernaut
243903 | Zig:17   | Killed a juggernaut
243904 | Zig:17   | Noticed a juggernaut
243904 | Zig:17   | Noticed a juggernaut
243905 | Zig:17   | Killed a juggernaut
243905 | Zig:17   | Killed a juggernaut
243905 | Zig:17   | Killed a juggernaut
243905 | Zig:17   | Killed a juggernaut
243905 | Zig:17   | Noticed a juggernaut
243906 | Zig:17   | Noticed a juggernaut
243906 | Zig:17   | Noticed a juggernaut
243906 | Zig:17   | Noticed a juggernaut
243906 | Zig:17   | Noticed a juggernaut
243906 | Zig:17   | Noticed a juggernaut
243907 | Zig:17   | Noticed a juggernaut
243907 | Zig:17   | Noticed a juggernaut
243907 | Zig:17   | Noticed a juggernaut
243907 | Zig:17   | Noticed a juggernaut
243908 | Zig:17   | Killed a juggernaut
243908 | Zig:17   | Killed a juggernaut
243908 | Zig:17   | Killed a juggernaut
243908 | Zig:17   | Killed a juggernaut
243908 | Zig:17   | Killed a juggernaut
243908 | Zig:17   | Killed a juggernaut
243908 | Zig:17   | Killed a juggernaut
243908 | Zig:17   | Killed a juggernaut
243908 | Zig:17   | Killed a juggernaut
243909 | Zig:17   | Noticed a juggernaut
243910 | Zig:17   | Killed a juggernaut
243910 | Zig:17   | Killed a juggernaut
243911 | Zig:17   | Noticed a juggernaut
243912 | Zig:17   | Killed a juggernaut
243912 | Zig:17   | Noticed a juggernaut
243912 | Zig:17   | Noticed a juggernaut
243913 | Zig:17   | Noticed a juggernaut
243914 | Zig:17   | Killed a juggernaut
243914 | Zig:17   | Killed a juggernaut
243916 | Zig:17   | Noticed a juggernaut
243916 | Zig:17   | Noticed a juggernaut
243917 | Zig:17   | Noticed a juggernaut
243917 | Zig:17   | Noticed a juggernaut
243917 | Zig:17   | Noticed a juggernaut
243918 | Zig:17   | Killed a juggernaut
243918 | Zig:17   | Killed a juggernaut
243919 | Zig:17   | Killed a juggernaut
243919 | Zig:17   | Killed a juggernaut
243919 | Zig:17   | Killed a juggernaut
243919 | Zig:17   | Killed a juggernaut
243920 | Zig:17   | Killed a juggernaut
244081 | Zig:17   | Identified the ring "Bebotepn" {rN+ Str+4}
244083 | Zig:17   | Identified the +0 ring mail of Sin {rPois rN+}
244096 | Zig:17   | Identified the +8 chain mail "Neen" {Str+4 Slay+2}
244702 | Zig:18   | Entered Level 18 of a ziggurat
245082 | Zig:18   | Found the +8 mithril axe "Arga" {speed, Will+}
245131 | Zig:18   | Identified the ring "Dousuw" {rCorr Dex-3 Slay+2 SInv}
245135 | Zig:18   | Identified the +2 ice dragon scales "Inorif" {Harm rF-
                  | rC++}
245226 | Zig:18   | Identified the staff of Moral Flaws {rC+ Will+ rCorr Tloc
                  | Ice}
245234 | Zig:18   | Identified the +10 whip "Afuprohe" {speed, rC+ Str+3 Int-3}
245240 | Zig:18   | Identified the +0 chain mail of Gimu {Dex+3}
245333 | Zig:19   | Entered Level 19 of a ziggurat
245338 | Zig:19   | Noticed an ancient lich
245338 | Zig:19   | Noticed a dread lich
245339 | Zig:19   | Noticed a dread lich
245339 | Zig:19   | Noticed an ancient lich
245340 | Zig:19   | Noticed an ancient lich
245340 | Zig:19   | Noticed a dread lich
245340 | Zig:19   | Noticed an ancient lich
245341 | Zig:19   | Killed an ancient lich
245341 | Zig:19   | Noticed an ancient lich
245341 | Zig:19   | Noticed an ancient lich
245342 | Zig:19   | Killed an ancient lich
245342 | Zig:19   | Killed an ancient lich
245343 | Zig:19   | Killed an ancient lich
245343 | Zig:19   | Killed a dread lich
245343 | Zig:19   | Killed an ancient lich
245343 | Zig:19   | Killed a dread lich
245343 | Zig:19   | Killed an ancient lich
245343 | Zig:19   | Noticed an ancient lich
245343 | Zig:19   | Noticed an ancient lich
245344 | Zig:19   | Killed a dread lich
245344 | Zig:19   | Noticed an ancient lich
245344 | Zig:19   | Noticed an ancient lich
245345 | Zig:19   | Noticed an ancient lich
245345 | Zig:19   | Noticed an ancient lich
245345 | Zig:19   | Noticed an ancient lich
245345 | Zig:19   | Noticed a dread lich
245345 | Zig:19   | Noticed an ancient lich
245346 | Zig:19   | Noticed a dread lich
245346 | Zig:19   | Noticed an ancient lich
245346 | Zig:19   | Noticed a dread lich
245346 | Zig:19   | Noticed a dread lich
245346 | Zig:19   | Noticed an ancient lich
245346 | Zig:19   | Noticed a dread lich
245346 | Zig:19   | Noticed a dread lich
245346 | Zig:19   | Noticed an ancient lich
245347 | Zig:19   | Killed an ancient lich
245347 | Zig:19   | Killed an ancient lich
245347 | Zig:19   | Killed an ancient lich
245347 | Zig:19   | Killed an ancient lich
245347 | Zig:19   | Killed a dread lich
245347 | Zig:19   | Killed a dread lich
245347 | Zig:19   | Noticed a dread lich
245347 | Zig:19   | Noticed an ancient lich
245348 | Zig:19   | Killed an ancient lich
245348 | Zig:19   | Killed an ancient lich
245348 | Zig:19   | Killed an ancient lich
245348 | Zig:19   | Killed a dread lich
245348 | Zig:19   | Killed a dread lich
245349 | Zig:19   | Noticed a dread lich
245349 | Zig:19   | Noticed an ancient lich
245349 | Zig:19   | Noticed a dread lich
245349 | Zig:19   | Noticed an ancient lich
245349 | Zig:19   | Noticed a dread lich
245349 | Zig:19   | Noticed a dread lich
245349 | Zig:19   | Noticed an ancient lich
245349 | Zig:19   | Noticed a dread lich
245349 | Zig:19   | Noticed a dread lich
245349 | Zig:19   | Noticed a dread lich
245349 | Zig:19   | Noticed an ancient lich
245349 | Zig:19   | Noticed an ancient lich
245350 | Zig:19   | Noticed a dread lich
245350 | Zig:19   | Noticed a dread lich
245350 | Zig:19   | Noticed an ancient lich
245350 | Zig:19   | Noticed an ancient lich
245350 | Zig:19   | Noticed an ancient lich
245350 | Zig:19   | Noticed an ancient lich
245350 | Zig:19   | Noticed a dread lich
245350 | Zig:19   | Noticed an ancient lich
245350 | Zig:19   | Noticed a dread lich
245350 | Zig:19   | Noticed a dread lich
245350 | Zig:19   | Noticed an ancient lich
245350 | Zig:19   | Noticed an ancient lich
245350 | Zig:19   | Noticed a dread lich
245350 | Zig:19   | Noticed a dread lich
245351 | Zig:19   | Noticed a dread lich
245351 | Zig:19   | Killed an ancient lich
245351 | Zig:19   | Killed an ancient lich
245351 | Zig:19   | Killed a dread lich
245351 | Zig:19   | Killed an ancient lich
245351 | Zig:19   | Killed an ancient lich
245351 | Zig:19   | Killed a dread lich
245351 | Zig:19   | Killed an ancient lich
245351 | Zig:19   | Killed an ancient lich
245351 | Zig:19   | Killed an ancient lich
245351 | Zig:19   | Killed a dread lich
245351 | Zig:19   | Killed an ancient lich
245351 | Zig:19   | Killed an ancient lich
245351 | Zig:19   | Killed an ancient lich
245352 | Zig:19   | Killed an ancient lich
245352 | Zig:19   | Killed a dread lich
245352 | Zig:19   | Killed an ancient lich
245352 | Zig:19   | Killed an ancient lich
245352 | Zig:19   | Killed a dread lich
245352 | Zig:19   | Killed a dread lich
245352 | Zig:19   | Killed a dread lich
245352 | Zig:19   | Killed a dread lich
245352 | Zig:19   | Killed a dread lich
245352 | Zig:19   | Killed a dread lich
245352 | Zig:19   | Killed a dread lich
245352 | Zig:19   | Killed a dread lich
245352 | Zig:19   | Killed a dread lich
245352 | Zig:19   | Killed a dread lich
245352 | Zig:19   | Killed an ancient lich
245352 | Zig:19   | Noticed a dread lich
245352 | Zig:19   | Noticed a dread lich
245352 | Zig:19   | Noticed an ancient lich
245353 | Zig:19   | Killed a dread lich
245353 | Zig:19   | Killed an ancient lich
245353 | Zig:19   | Noticed a dread lich
245353 | Zig:19   | Noticed a dread lich
245353 | Zig:19   | Noticed a dread lich
245353 | Zig:19   | Noticed a dread lich
245354 | Zig:19   | Noticed a dread lich
245354 | Zig:19   | Noticed an ancient lich
245354 | Zig:19   | Noticed a dread lich
245354 | Zig:19   | Noticed an ancient lich
245354 | Zig:19   | Noticed an ancient lich
245354 | Zig:19   | Noticed a dread lich
245355 | Zig:19   | Noticed an ancient lich
245355 | Zig:19   | Noticed a dread lich
245355 | Zig:19   | Noticed an ancient lich
245355 | Zig:19   | Noticed a dread lich
245355 | Zig:19   | Noticed a dread lich
245355 | Zig:19   | Noticed a dread lich
245356 | Zig:19   | Killed a dread lich
245356 | Zig:19   | Killed a dread lich
245356 | Zig:19   | Killed an ancient lich
245356 | Zig:19   | Killed an ancient lich
245356 | Zig:19   | Killed a dread lich
245356 | Zig:19   | Killed an ancient lich
245356 | Zig:19   | Killed a dread lich
245356 | Zig:19   | Killed a dread lich
245356 | Zig:19   | Killed a dread lich
245356 | Zig:19   | Killed an ancient lich
245356 | Zig:19   | Noticed an ancient lich
245357 | Zig:19   | Killed an ancient lich
245357 | Zig:19   | Killed a dread lich
245357 | Zig:19   | Killed an ancient lich
245357 | Zig:19   | Killed a dread lich
245357 | Zig:19   | Killed a dread lich
245357 | Zig:19   | Killed a dread lich
245357 | Zig:19   | Killed a dread lich
245357 | Zig:19   | Killed a dread lich
245357 | Zig:19   | Killed a dread lich
245357 | Zig:19   | Killed a dread lich
245357 | Zig:19   | Killed a dread lich
245357 | Zig:19   | Killed a dread lich
245358 | Zig:19   | Killed an ancient lich
245358 | Zig:19   | Killed an ancient lich
245358 | Zig:19   | Noticed an ancient lich
245359 | Zig:19   | Noticed an ancient lich
245360 | Zig:19   | Killed a dread lich
245361 | Zig:19   | Killed an ancient lich
245364 | Zig:19   | Killed an ancient lich
245364 | Zig:19   | Killed an ancient lich
245418 | Zig:19   | Found the +8 storm bow {elec, penet}
245455 | Zig:19   | Identified the +1 short sword of Gallantry {speed, Will+}
245462 | Zig:19   | Identified the +0 cloak "Hamon" {rN+}
245466 | Zig:19   | Identified the +4 mace of the Vendetta {freeze, ^Contam
                  | rN++ Will+ rCorr}
245474 | Zig:19   | Identified the +7 chain mail of the Heavens {Will+}
245481 | Zig:19   | Identified the blade talisman "Oleenani" {Will+ Str+2
                  | Int+3}
245504 | Zig:19   | Identified the staff of the Real Monster {^Drain rC+ Will++
                  | Conj Tloc}
245508 | Zig:19   | Identified the +0 chain mail of the Mpinguari {rPois rC-
                  | SInv}
245979 | Zig:20   | Entered Level 20 of a ziggurat
245984 | Zig:20   | Noticed an ancient lich
245984 | Zig:20   | Noticed an ancient lich
245984 | Zig:20   | Noticed a dread lich
245985 | Zig:20   | Noticed a dread lich
245985 | Zig:20   | Noticed an ancient lich
245985 | Zig:20   | Noticed a dread lich
245985 | Zig:20   | Noticed a dread lich
245985 | Zig:20   | Noticed a dread lich
245986 | Zig:20   | Killed a dread lich
245986 | Zig:20   | Killed a dread lich
245986 | Zig:20   | Killed an ancient lich
245986 | Zig:20   | Killed a dread lich
245987 | Zig:20   | Killed an ancient lich
245987 | Zig:20   | Killed an ancient lich
245987 | Zig:20   | Killed a dread lich
245987 | Zig:20   | Killed a dread lich
245987 | Zig:20   | Noticed a dread lich
245987 | Zig:20   | Noticed a dread lich
245987 | Zig:20   | Noticed a dread lich
245988 | Zig:20   | Noticed an ancient lich
245988 | Zig:20   | Noticed a dread lich
245988 | Zig:20   | Noticed an ancient lich
245988 | Zig:20   | Noticed an ancient lich
245988 | Zig:20   | Noticed a dread lich
245989 | Zig:20   | Noticed an ancient lich
245989 | Zig:20   | Noticed a dread lich
245989 | Zig:20   | Noticed a dread lich
245989 | Zig:20   | Noticed a dread lich
245989 | Zig:20   | Noticed a dread lich
245989 | Zig:20   | Noticed an ancient lich
245989 | Zig:20   | Noticed an ancient lich
245989 | Zig:20   | Noticed a dread lich
245989 | Zig:20   | Noticed a dread lich
245989 | Zig:20   | Noticed a dread lich
245989 | Zig:20   | Noticed an ancient lich
245989 | Zig:20   | Noticed a dread lich
245990 | Zig:20   | Noticed an ancient lich
245990 | Zig:20   | Noticed an ancient lich
245990 | Zig:20   | Noticed a dread lich
245990 | Zig:20   | Noticed a dread lich
245990 | Zig:20   | Noticed a dread lich
245990 | Zig:20   | Noticed an ancient lich
245990 | Zig:20   | Noticed a dread lich
245990 | Zig:20   | Noticed an ancient lich
245990 | Zig:20   | Noticed a dread lich
245990 | Zig:20   | Noticed an ancient lich
245990 | Zig:20   | Noticed a dread lich
245991 | Zig:20   | Noticed a dread lich
245991 | Zig:20   | Killed an ancient lich
245991 | Zig:20   | Killed a dread lich
245991 | Zig:20   | Killed a dread lich
245991 | Zig:20   | Killed a dread lich
245991 | Zig:20   | Killed a dread lich
245991 | Zig:20   | Killed an ancient lich
245991 | Zig:20   | Killed a dread lich
245991 | Zig:20   | Killed a dread lich
245991 | Zig:20   | Killed an ancient lich
245991 | Zig:20   | Killed a dread lich
245991 | Zig:20   | Killed a dread lich
245991 | Zig:20   | Killed a dread lich
245991 | Zig:20   | Killed a dread lich
245991 | Zig:20   | Killed an ancient lich
245991 | Zig:20   | Killed a dread lich
245991 | Zig:20   | Noticed an ancient lich
245992 | Zig:20   | Killed an ancient lich
245992 | Zig:20   | Killed a dread lich
245992 | Zig:20   | Killed an ancient lich
245992 | Zig:20   | Killed a dread lich
245992 | Zig:20   | Killed a dread lich
245992 | Zig:20   | Killed an ancient lich
245992 | Zig:20   | Killed a dread lich
245992 | Zig:20   | Killed a dread lich
245992 | Zig:20   | Killed a dread lich
245992 | Zig:20   | Killed an ancient lich
245992 | Zig:20   | Killed a dread lich
245992 | Zig:20   | Killed a dread lich
245992 | Zig:20   | Killed an ancient lich
245992 | Zig:20   | Killed an ancient lich
245992 | Zig:20   | Killed an ancient lich
245992 | Zig:20   | Killed an ancient lich
245992 | Zig:20   | Killed an ancient lich
245992 | Zig:20   | Killed a dread lich
245993 | Zig:20   | Noticed a dread lich
245993 | Zig:20   | Noticed a dread lich
245993 | Zig:20   | Noticed an ancient lich
245993 | Zig:20   | Noticed a dread lich
245994 | Zig:20   | Noticed a dread lich
245994 | Zig:20   | Noticed an ancient lich
245994 | Zig:20   | Noticed a dread lich
245994 | Zig:20   | Noticed an ancient lich
245994 | Zig:20   | Noticed a dread lich
245994 | Zig:20   | Noticed a dread lich
245994 | Zig:20   | Noticed a dread lich
245994 | Zig:20   | Noticed a dread lich
245994 | Zig:20   | Noticed a dread lich
245994 | Zig:20   | Noticed an ancient lich
245994 | Zig:20   | Noticed a dread lich
245994 | Zig:20   | Noticed an ancient lich
245994 | Zig:20   | Noticed an ancient lich
245994 | Zig:20   | Noticed a dread lich
245994 | Zig:20   | Noticed a dread lich
245994 | Zig:20   | Noticed an ancient lich
245994 | Zig:20   | Noticed a dread lich
245995 | Zig:20   | Noticed an ancient lich
245995 | Zig:20   | Noticed an ancient lich
245995 | Zig:20   | Noticed an ancient lich
245995 | Zig:20   | Noticed an ancient lich
245995 | Zig:20   | Noticed a dread lich
245996 | Zig:20   | Killed a dread lich
245996 | Zig:20   | Killed an ancient lich
245996 | Zig:20   | Killed a dread lich
245996 | Zig:20   | Killed a dread lich
245997 | Zig:20   | Killed a dread lich
245997 | Zig:20   | Killed a dread lich
245997 | Zig:20   | Killed a dread lich
245997 | Zig:20   | Killed a dread lich
245997 | Zig:20   | Killed a dread lich
245997 | Zig:20   | Killed a dread lich
245997 | Zig:20   | Killed a dread lich
245997 | Zig:20   | Killed an ancient lich
245997 | Zig:20   | Killed an ancient lich
245997 | Zig:20   | Killed an ancient lich
245997 | Zig:20   | Killed a dread lich
245997 | Zig:20   | Killed an ancient lich
245997 | Zig:20   | Killed a dread lich
245997 | Zig:20   | Killed a dread lich
245997 | Zig:20   | Killed an ancient lich
245997 | Zig:20   | Killed an ancient lich
245997 | Zig:20   | Killed a dread lich
245997 | Zig:20   | Killed an ancient lich
245997 | Zig:20   | Killed an ancient lich
245997 | Zig:20   | Killed an ancient lich
245997 | Zig:20   | Killed an ancient lich
245997 | Zig:20   | Killed a dread lich
245997 | Zig:20   | Noticed a dread lich
245997 | Zig:20   | Noticed a dread lich
245997 | Zig:20   | Noticed a dread lich
245997 | Zig:20   | Noticed a dread lich
245997 | Zig:20   | Noticed a dread lich
245998 | Zig:20   | Noticed a dread lich
245998 | Zig:20   | Noticed a dread lich
245998 | Zig:20   | Noticed an ancient lich
245998 | Zig:20   | Noticed a dread lich
245998 | Zig:20   | Noticed an ancient lich
245998 | Zig:20   | Noticed a dread lich
245998 | Zig:20   | Noticed a dread lich
245998 | Zig:20   | Noticed an ancient lich
245999 | Zig:20   | Killed a dread lich
245999 | Zig:20   | Killed a dread lich
246000 | Zig:20   | Killed a dread lich
246000 | Zig:20   | Killed an ancient lich
246000 | Zig:20   | Killed a dread lich
246000 | Zig:20   | Killed a dread lich
246000 | Zig:20   | Killed a dread lich
246000 | Zig:20   | Killed an ancient lich
246000 | Zig:20   | Killed a dread lich
246000 | Zig:20   | Killed an ancient lich
246000 | Zig:20   | Killed a dread lich
246000 | Zig:20   | Noticed a dread lich
246001 | Zig:20   | Noticed a dread lich
246001 | Zig:20   | Killed a dread lich
246001 | Zig:20   | Killed a dread lich
246001 | Zig:20   | Killed a dread lich
246003 | Zig:20   | Noticed an ancient lich
246003 | Zig:20   | Noticed a dread lich
246003 | Zig:20   | Noticed a dread lich
246003 | Zig:20   | Noticed a dread lich
246003 | Zig:20   | Noticed a dread lich
246004 | Zig:20   | Noticed an ancient lich
246004 | Zig:20   | Noticed a dread lich
246004 | Zig:20   | Noticed a dread lich
246005 | Zig:20   | Found the +7 Spriggan's Knife {stab, EV+4 Stlth+}
246005 | Zig:20   | Found the +8 whip "Snakebite" {venom, curare, rPois}
246006 | Zig:20   | Killed a dread lich
246006 | Zig:20   | Killed a dread lich
246006 | Zig:20   | Killed a dread lich
246006 | Zig:20   | Killed a dread lich
246006 | Zig:20   | Killed an ancient lich
246007 | Zig:20   | Killed a dread lich
246007 | Zig:20   | Killed an ancient lich
246007 | Zig:20   | Killed a dread lich
246007 | Zig:20   | Killed a dread lich
246009 | Zig:20   | Noticed a dread lich
246010 | Zig:20   | Noticed a dread lich
246012 | Zig:20   | Killed a dread lich
246017 | Zig:20   | Killed a dread lich
246018 | Zig:20   | Noticed an ancient lich
246020 | Zig:20   | Killed an ancient lich
246455 | Zig:20   | Identified the ring "Etsu" {rPois rN+ AC+4}
246521 | Zig:20   | Identified the +9 hand axe of Wuimoj {elec, rF- Will-
                  | Str+8}
246523 | Zig:20   | Identified the +6 glaive of Impermanence {venom, rPois rC+
                  | Str+2}
246542 | Zig:20   | Identified the +0 ring mail of Uskayaw's Fury {rElec rN+
                  | Str-3 Int+3}
246544 | Zig:20   | Identified the ring of the Vendetta {rN+ Str+3}
246567 | Zig:20   | Identified the +12 whip of Impatience {flame, rC- Will+++
                  | rCorr SInv}
246602 | Zig:20   | Identified the +3 hand axe "Beaxkietri" {pain, Will- Str+2
                  | SInv}
246691 | Zig:21   | Entered Level 21 of a ziggurat
246701 | Zig:21   | Noticed an ancient lich
246701 | Zig:21   | Noticed an ancient lich
246701 | Zig:21   | Noticed a dread lich
246702 | Zig:21   | Noticed an ancient lich
246702 | Zig:21   | Noticed a dread lich
246702 | Zig:21   | Noticed a dread lich
246702 | Zig:21   | Noticed an ancient lich
246702 | Zig:21   | Noticed a dread lich
246702 | Zig:21   | Noticed a dread lich
246702 | Zig:21   | Noticed a dread lich
246702 | Zig:21   | Noticed an ancient lich
246702 | Zig:21   | Noticed a dread lich
246703 | Zig:21   | Noticed a dread lich
246703 | Zig:21   | Noticed an ancient lich
246703 | Zig:21   | Noticed a dread lich
246703 | Zig:21   | Noticed a dread lich
246703 | Zig:21   | Noticed an ancient lich
246703 | Zig:21   | Noticed a dread lich
246703 | Zig:21   | Noticed a dread lich
246704 | Zig:21   | Killed an ancient lich
246704 | Zig:21   | Killed a dread lich
246704 | Zig:21   | Killed an ancient lich
246704 | Zig:21   | Killed a dread lich
246704 | Zig:21   | Killed an ancient lich
246704 | Zig:21   | Killed a dread lich
246704 | Zig:21   | Killed an ancient lich
246704 | Zig:21   | Killed a dread lich
246704 | Zig:21   | Killed a dread lich
246704 | Zig:21   | Noticed a dread lich
246704 | Zig:21   | Noticed a dread lich
246705 | Zig:21   | Killed an ancient lich
246705 | Zig:21   | Killed a dread lich
246705 | Zig:21   | Killed a dread lich
246705 | Zig:21   | Killed a dread lich
246705 | Zig:21   | Killed a dread lich
246705 | Zig:21   | Killed a dread lich
246705 | Zig:21   | Killed a dread lich
246705 | Zig:21   | Killed an ancient lich
246705 | Zig:21   | Killed a dread lich
246705 | Zig:21   | Killed a dread lich
246705 | Zig:21   | Noticed a dread lich
246705 | Zig:21   | Noticed a dread lich
246705 | Zig:21   | Noticed an ancient lich
246705 | Zig:21   | Noticed a dread lich
246706 | Zig:21   | Killed a dread lich
246706 | Zig:21   | Killed a dread lich
246707 | Zig:21   | Noticed an ancient lich
246708 | Zig:21   | Killed an ancient lich
246708 | Zig:21   | Noticed an ancient lich
246708 | Zig:21   | Noticed an ancient lich
246708 | Zig:21   | Noticed a dread lich
246708 | Zig:21   | Noticed an ancient lich
246708 | Zig:21   | Noticed a dread lich
246709 | Zig:21   | Noticed a dread lich
246709 | Zig:21   | Noticed an ancient lich
246709 | Zig:21   | Noticed a dread lich
246709 | Zig:21   | Noticed an ancient lich
246709 | Zig:21   | Noticed an ancient lich
246709 | Zig:21   | Noticed a dread lich
246709 | Zig:21   | Noticed an ancient lich
246709 | Zig:21   | Noticed a dread lich
246709 | Zig:21   | Noticed an ancient lich
246709 | Zig:21   | Noticed an ancient lich
246709 | Zig:21   | Noticed a dread lich
246709 | Zig:21   | Noticed an ancient lich
246710 | Zig:21   | Noticed an ancient lich
246710 | Zig:21   | Noticed a dread lich
246710 | Zig:21   | Noticed an ancient lich
246710 | Zig:21   | Noticed an ancient lich
246710 | Zig:21   | Noticed an ancient lich
246710 | Zig:21   | Noticed an ancient lich
246710 | Zig:21   | Noticed a dread lich
246710 | Zig:21   | Noticed a dread lich
246710 | Zig:21   | Noticed a dread lich
246711 | Zig:21   | Killed an ancient lich
246711 | Zig:21   | Killed an ancient lich
246711 | Zig:21   | Killed a dread lich
246711 | Zig:21   | Killed a dread lich
246711 | Zig:21   | Killed an ancient lich
246711 | Zig:21   | Killed an ancient lich
246711 | Zig:21   | Killed an ancient lich
246711 | Zig:21   | Killed a dread lich
246711 | Zig:21   | Killed a dread lich
246711 | Zig:21   | Killed a dread lich
246711 | Zig:21   | Killed a dread lich
246711 | Zig:21   | Noticed an ancient lich
246712 | Zig:21   | Killed an ancient lich
246712 | Zig:21   | Killed an ancient lich
246712 | Zig:21   | Killed an ancient lich
246712 | Zig:21   | Killed an ancient lich
246712 | Zig:21   | Killed a dread lich
246712 | Zig:21   | Killed an ancient lich
246712 | Zig:21   | Killed a dread lich
246712 | Zig:21   | Killed an ancient lich
246712 | Zig:21   | Killed an ancient lich
246712 | Zig:21   | Killed a dread lich
246712 | Zig:21   | Killed a dread lich
246712 | Zig:21   | Killed an ancient lich
246712 | Zig:21   | Killed a dread lich
246712 | Zig:21   | Killed an ancient lich
246712 | Zig:21   | Killed an ancient lich
246712 | Zig:21   | Killed a dread lich
246713 | Zig:21   | Killed an ancient lich
246713 | Zig:21   | Killed an ancient lich
246713 | Zig:21   | Killed a dread lich
246713 | Zig:21   | Noticed a dread lich
246713 | Zig:21   | Noticed a dread lich
246713 | Zig:21   | Noticed a dread lich
246713 | Zig:21   | Noticed an ancient lich
246713 | Zig:21   | Noticed a dread lich
246713 | Zig:21   | Noticed an ancient lich
246714 | Zig:21   | Noticed a dread lich
246714 | Zig:21   | Noticed a dread lich
246714 | Zig:21   | Noticed an ancient lich
246714 | Zig:21   | Noticed an ancient lich
246714 | Zig:21   | Noticed a dread lich
246714 | Zig:21   | Noticed a dread lich
246714 | Zig:21   | Noticed an ancient lich
246714 | Zig:21   | Noticed a dread lich
246714 | Zig:21   | Noticed an ancient lich
246714 | Zig:21   | Noticed an ancient lich
246714 | Zig:21   | Noticed an ancient lich
246715 | Zig:21   | Noticed an ancient lich
246715 | Zig:21   | Noticed an ancient lich
246716 | Zig:21   | Noticed a dread lich
246716 | Zig:21   | Noticed an ancient lich
246717 | Zig:21   | Noticed a dread lich
246717 | Zig:21   | Noticed an ancient lich
246717 | Zig:21   | Noticed an ancient lich
246717 | Zig:21   | Noticed an ancient lich
246717 | Zig:21   | Noticed a dread lich
246717 | Zig:21   | Noticed an ancient lich
246717 | Zig:21   | Noticed a dread lich
246718 | Zig:21   | Noticed a dread lich
246718 | Zig:21   | Noticed an ancient lich
246718 | Zig:21   | Noticed an ancient lich
246718 | Zig:21   | Killed a dread lich
246718 | Zig:21   | Killed an ancient lich
246718 | Zig:21   | Killed a dread lich
246718 | Zig:21   | Killed an ancient lich
246718 | Zig:21   | Killed an ancient lich
246718 | Zig:21   | Killed a dread lich
246718 | Zig:21   | Killed a dread lich
246718 | Zig:21   | Killed a dread lich
246718 | Zig:21   | Killed an ancient lich
246718 | Zig:21   | Killed a dread lich
246718 | Zig:21   | Killed an ancient lich
246718 | Zig:21   | Killed a dread lich
246719 | Zig:21   | Killed an ancient lich
246719 | Zig:21   | Killed an ancient lich
246719 | Zig:21   | Killed a dread lich
246719 | Zig:21   | Killed an ancient lich
246719 | Zig:21   | Killed an ancient lich
246719 | Zig:21   | Killed a dread lich
246719 | Zig:21   | Killed an ancient lich
246719 | Zig:21   | Killed a dread lich
246719 | Zig:21   | Killed an ancient lich
246719 | Zig:21   | Killed an ancient lich
246719 | Zig:21   | Killed an ancient lich
246719 | Zig:21   | Killed an ancient lich
246719 | Zig:21   | Killed an ancient lich
246719 | Zig:21   | Killed an ancient lich
246719 | Zig:21   | Killed a dread lich
246719 | Zig:21   | Killed a dread lich
246719 | Zig:21   | Killed an ancient lich
246719 | Zig:21   | Noticed a dread lich
246719 | Zig:21   | Noticed a dread lich
246719 | Zig:21   | Noticed an ancient lich
246719 | Zig:21   | Noticed a dread lich
246719 | Zig:21   | Noticed an ancient lich
246720 | Zig:21   | Killed a dread lich
246720 | Zig:21   | Killed an ancient lich
246720 | Zig:21   | Killed a dread lich
246720 | Zig:21   | Killed a dread lich
246720 | Zig:21   | Killed a dread lich
246720 | Zig:21   | Killed an ancient lich
246720 | Zig:21   | Killed an ancient lich
246720 | Zig:21   | Noticed a dread lich
246721 | Zig:21   | Noticed an ancient lich
246721 | Zig:21   | Noticed a dread lich
246721 | Zig:21   | Noticed a dread lich
246721 | Zig:21   | Noticed a dread lich
246723 | Zig:21   | Noticed an ancient lich
246723 | Zig:21   | Killed a dread lich
246723 | Zig:21   | Killed an ancient lich
246723 | Zig:21   | Killed a dread lich
246723 | Zig:21   | Killed a dread lich
246724 | Zig:21   | Killed a dread lich
246724 | Zig:21   | Killed an ancient lich
246725 | Zig:21   | Killed a dread lich
246801 | Zig:21   | Identified the +4 scimitar of Gyalesogi {flame, Int+5}
246808 | Zig:21   | Identified the +3 dire flail of Qussoh {flame, rF++ Will+
                  | Dex-5}
246850 | Zig:21   | Identified the +8 falchion of Lomoadd {freeze, Will+ Dex+5}
246868 | Zig:21   | Identified the +1 robe of Complete Protection {rF+ Int+2}
246872 | Zig:21   | Identified the amulet "Ivvuvveo" {Fly Regen+ Str+3}
247341 | Zig:22   | Entered Level 22 of a ziggurat
247342 | Zig:22   | Noticed a juggernaut
247342 | Zig:22   | Noticed a juggernaut
247343 | Zig:22   | Noticed a juggernaut
247343 | Zig:22   | Noticed a juggernaut
247343 | Zig:22   | Noticed a juggernaut
247344 | Zig:22   | Noticed a juggernaut
247344 | Zig:22   | Noticed a juggernaut
247345 | Zig:22   | Noticed a juggernaut
247345 | Zig:22   | Noticed a juggernaut
247345 | Zig:22   | Noticed a juggernaut
247345 | Zig:22   | Noticed a juggernaut
247345 | Zig:22   | Noticed a juggernaut
247345 | Zig:22   | Noticed a juggernaut
247345 | Zig:22   | Killed a juggernaut
247345 | Zig:22   | Killed a juggernaut
247345 | Zig:22   | Killed a juggernaut
247345 | Zig:22   | Killed a juggernaut
247345 | Zig:22   | Killed a juggernaut
247345 | Zig:22   | Killed a juggernaut
247345 | Zig:22   | Noticed a juggernaut
247346 | Zig:22   | Noticed a juggernaut
247346 | Zig:22   | Noticed a juggernaut
247346 | Zig:22   | Noticed a juggernaut
247346 | Zig:22   | Noticed a juggernaut
247347 | Zig:22   | Noticed a juggernaut
247348 | Zig:22   | Noticed a juggernaut
247349 | Zig:22   | Noticed a juggernaut
247349 | Zig:22   | Noticed a juggernaut
247349 | Zig:22   | Noticed a juggernaut
247349 | Zig:22   | Noticed a juggernaut
247349 | Zig:22   | Noticed a juggernaut
247349 | Zig:22   | Killed a juggernaut
247349 | Zig:22   | Killed a juggernaut
247349 | Zig:22   | Noticed a juggernaut
247350 | Zig:22   | Killed a juggernaut
247350 | Zig:22   | Killed a juggernaut
247350 | Zig:22   | Killed a juggernaut
247350 | Zig:22   | Killed a juggernaut
247350 | Zig:22   | Killed a juggernaut
247350 | Zig:22   | Killed a juggernaut
247350 | Zig:22   | Killed a juggernaut
247350 | Zig:22   | Killed a juggernaut
247350 | Zig:22   | Killed a juggernaut
247350 | Zig:22   | Killed a juggernaut
247350 | Zig:22   | Killed a juggernaut
247350 | Zig:22   | Noticed a juggernaut
247350 | Zig:22   | Noticed a juggernaut
247350 | Zig:22   | Noticed a juggernaut
247350 | Zig:22   | Noticed a juggernaut
247350 | Zig:22   | Noticed a juggernaut
247351 | Zig:22   | Noticed a juggernaut
247351 | Zig:22   | Noticed a juggernaut
247351 | Zig:22   | Noticed a juggernaut
247351 | Zig:22   | Noticed a juggernaut
247351 | Zig:22   | Noticed a juggernaut
247351 | Zig:22   | Killed a juggernaut
247352 | Zig:22   | Noticed a juggernaut
247352 | Zig:22   | Killed a juggernaut
247352 | Zig:22   | Noticed a juggernaut
247353 | Zig:22   | Killed a juggernaut
247353 | Zig:22   | Killed a juggernaut
247353 | Zig:22   | Killed a juggernaut
247353 | Zig:22   | Killed a juggernaut
247353 | Zig:22   | Killed a juggernaut
247353 | Zig:22   | Killed a juggernaut
247353 | Zig:22   | Killed a juggernaut
247353 | Zig:22   | Killed a juggernaut
247353 | Zig:22   | Killed a juggernaut
247353 | Zig:22   | Noticed a juggernaut
247353 | Zig:22   | Noticed a juggernaut
247353 | Zig:22   | Noticed a juggernaut
247353 | Zig:22   | Noticed a juggernaut
247354 | Zig:22   | Noticed a juggernaut
247354 | Zig:22   | Noticed a juggernaut
247354 | Zig:22   | Killed a juggernaut
247354 | Zig:22   | Killed a juggernaut
247354 | Zig:22   | Killed a juggernaut
247354 | Zig:22   | Killed a juggernaut
247354 | Zig:22   | Killed a juggernaut
247354 | Zig:22   | Noticed a juggernaut
247355 | Zig:22   | Noticed a juggernaut
247355 | Zig:22   | Killed a juggernaut
247355 | Zig:22   | Killed a juggernaut
247355 | Zig:22   | Killed a juggernaut
247355 | Zig:22   | Killed a juggernaut
247355 | Zig:22   | Killed a juggernaut
247355 | Zig:22   | Killed a juggernaut
247355 | Zig:22   | Noticed a juggernaut
247355 | Zig:22   | Noticed a juggernaut
247355 | Zig:22   | Noticed a juggernaut
247356 | Zig:22   | Killed a juggernaut
247356 | Zig:22   | Killed a juggernaut
247356 | Zig:22   | Noticed a juggernaut
247356 | Zig:22   | Noticed a juggernaut
247356 | Zig:22   | Noticed a juggernaut
247357 | Zig:22   | Killed a juggernaut
247357 | Zig:22   | Killed a juggernaut
247357 | Zig:22   | Killed a juggernaut
247357 | Zig:22   | Killed a juggernaut
247357 | Zig:22   | Killed a juggernaut
247357 | Zig:22   | Killed a juggernaut
247357 | Zig:22   | Killed a juggernaut
247357 | Zig:22   | Noticed a juggernaut
247357 | Zig:22   | Noticed a juggernaut
247358 | Zig:22   | Noticed a juggernaut
247358 | Zig:22   | Noticed a juggernaut
247358 | Zig:22   | Noticed a juggernaut
247359 | Zig:22   | Killed a juggernaut
247359 | Zig:22   | Killed a juggernaut
247360 | Zig:22   | Killed a juggernaut
247360 | Zig:22   | Killed a juggernaut
247360 | Zig:22   | Killed a juggernaut
247360 | Zig:22   | Killed a juggernaut
247360 | Zig:22   | Killed a juggernaut
247360 | Zig:22   | Noticed a juggernaut
247360 | Zig:22   | Noticed a juggernaut
247360 | Zig:22   | Noticed a juggernaut
247360 | Zig:22   | Noticed a juggernaut
247361 | Zig:22   | Noticed a juggernaut
247362 | Zig:22   | Noticed a juggernaut
247362 | Zig:22   | Noticed a juggernaut
247363 | Zig:22   | Noticed a juggernaut
247364 | Zig:22   | Noticed a juggernaut
247364 | Zig:22   | Noticed a juggernaut
247364 | Zig:22   | Noticed a juggernaut
247364 | Zig:22   | Killed a juggernaut
247365 | Zig:22   | Noticed a juggernaut
247365 | Zig:22   | Noticed a juggernaut
247365 | Zig:22   | Noticed a juggernaut
247365 | Zig:22   | Killed a juggernaut
247366 | Zig:22   | Killed a juggernaut
247366 | Zig:22   | Killed a juggernaut
247366 | Zig:22   | Killed a juggernaut
247366 | Zig:22   | Noticed a juggernaut
247367 | Zig:22   | Noticed a juggernaut
247367 | Zig:22   | Noticed a juggernaut
247367 | Zig:22   | Noticed a juggernaut
247367 | Zig:22   | Found the ring of the Octopus King
247367 | Zig:22   | Killed a juggernaut
247367 | Zig:22   | Noticed a juggernaut
247368 | Zig:22   | Killed a juggernaut
247368 | Zig:22   | Killed a juggernaut
247368 | Zig:22   | Killed a juggernaut
247368 | Zig:22   | Killed a juggernaut
247368 | Zig:22   | Killed a juggernaut
247368 | Zig:22   | Killed a juggernaut
247368 | Zig:22   | Killed a juggernaut
247368 | Zig:22   | Killed a juggernaut
247368 | Zig:22   | Killed a juggernaut
247368 | Zig:22   | Killed a juggernaut
247368 | Zig:22   | Killed a juggernaut
247368 | Zig:22   | Noticed a juggernaut
247369 | Zig:22   | Killed a juggernaut
247369 | Zig:22   | Killed a juggernaut
247370 | Zig:22   | Killed a juggernaut
247370 | Zig:22   | Killed a juggernaut
247398 | Zig:22   | Found the +6 arbalest "Damnation" {damnation}
247903 | Zig:22   | Identified the +8 storm dragon scales of Vehumet's
                  | Vengeance {rElec rN++}
247905 | Zig:22   | Identified the -1 pair of boots "Wuih But" {Slay+2}
247907 | Zig:22   | Identified a ring of the Octopus King {HP+2 AC+2 EV+2 SH+2
                  | SInv}
247917 | Zig:22   | Identified the staff "Earthworm" {rF+ Will- Int+5 Dex+2
                  | Fire}
247919 | Zig:22   | Identified the +3 chain mail of Siuch {Harm rCorr}
247920 | Zig:22   | Identified the +1 orcbow of Moderation {flame, rF+ Int+3}
247963 | Zig:22   | Identified the +1 sling "Xutueg" {elec, rC++ Stlth+}
247965 | Zig:22   | Identified the ring "Erphoj Juem" {rPois rN+ AC+4}
247973 | Zig:22   | Identified the ring of Hard Scrabble {Fly rElec rN+ Str-5
                  | SInv}
247979 | Zig:22   | Identified the +8 hand axe of Indomitability {pain, rElec
                  | rPois}
248148 | Zig:22   | Identified the ring of Atyg {Will+ Dex+6}
248171 | Zig:23   | Entered Level 23 of a ziggurat
248781 | Zig:23   | Identified the +9 trident of Gaklischo {spect, rN+ rCorr
                  | Dex+4}
248786 | Zig:23   | Identified the amulet of Qacw {Faith *Corrode rN+++ Int+4
                  | SInv}
248795 | Zig:23   | Identified the +1 robe of the Turtledove {Harm}
248873 | Zig:24   | Entered Level 24 of a ziggurat
248917 | Zig:24   | Found the +10 morningstar "Eos" {elec, Halo rElec}
249657 | Zig:24   | Identified the staff of Lirgh {rC+ rCorr Conj}
249658 | Zig:24   | Identified the +5 sling of Defiance {freeze, rElec}
249676 | Zig:24   | Identified the +2 hand axe "Spiderslayer" {antimagic,
                  | Dex+3}
249678 | Zig:24   | Identified the scarf of the Hundredfold Wishes {shadows,
                  | +Blink}
249685 | Zig:24   | Identified the +2 mace of Moypruo {vamp, rF+ rC- Will+
                  | SInv}
249689 | Zig:24   | Identified the +1 arbalest of Skirmishing {elec, Int+4
                  | Dex-5}
249796 | Zig:25   | Entered Level 25 of a ziggurat
249804 | Zig:25   | Noticed Byisheb the pandemonium lord
249805 | Zig:25   | Noticed Deriy the pandemonium lord
249808 | Zig:25   | Noticed Momnaent the pandemonium lord
249808 | Zig:25   | Noticed Ofegres the pandemonium lord
249809 | Zig:25   | Noticed Miysuc Apyfu the pandemonium lord
249809 | Zig:25   | Noticed Zamiuk Xema the pandemonium lord
249810 | Zig:25   | Noticed Zatufial the pandemonium lord
249810 | Zig:25   | Noticed Nozufet the pandemonium lord
249811 | Zig:25   | Killed Deriy the pandemonium lord
249811 | Zig:25   | Killed Ofegres the pandemonium lord
249811 | Zig:25   | Noticed Enuwidwo the pandemonium lord
249811 | Zig:25   | Noticed Womnuer the pandemonium lord
249813 | Zig:25   | Killed Zamiuk Xema the pandemonium lord
249813 | Zig:25   | Noticed Issony the pandemonium lord
249813 | Zig:25   | Noticed Zezeo the pandemonium lord
249814 | Zig:25   | Killed Byisheb the pandemonium lord
249814 | Zig:25   | Killed Nozufet the pandemonium lord
249814 | Zig:25   | Noticed Dewuo the pandemonium lord
249814 | Zig:25   | Noticed Ebraixto the pandemonium lord
249814 | Zig:25   | Killed Zuuly the pandemonium lord
249814 | Zig:25   | Noticed Jironk the pandemonium lord
249815 | Zig:25   | Noticed Fare the pandemonium lord
249815 | Zig:25   | Noticed Qeog the pandemonium lord
249815 | Zig:25   | Noticed Esexub the pandemonium lord
249815 | Zig:25   | Noticed Poili the pandemonium lord
249815 | Zig:25   | Noticed Moakkuc the pandemonium lord
249816 | Zig:25   | Killed Momnaent the pandemonium lord
249816 | Zig:25   | Noticed Suhipoll the pandemonium lord
249817 | Zig:25   | Killed Enuwidwo the pandemonium lord
249817 | Zig:25   | Killed Moakkuc the pandemonium lord
249817 | Zig:25   | Killed Zatufial the pandemonium lord
249817 | Zig:25   | Noticed Pebb the pandemonium lord
249817 | Zig:25   | Noticed Huleschea the pandemonium lord
249817 | Zig:25   | Noticed Kygout the pandemonium lord
249817 | Zig:25   | Noticed Jananewu the pandemonium lord
249817 | Zig:25   | Noticed Senyclea the pandemonium lord
249818 | Zig:25   | Killed Zezeo the pandemonium lord
249819 | Zig:25   | Killed Suhipoll the pandemonium lord
249819 | Zig:25   | Killed Senyclea the pandemonium lord
249819 | Zig:25   | Killed Jananewu the pandemonium lord
249819 | Zig:25   | Killed Qeog the pandemonium lord
249819 | Zig:25   | Killed Esexub the pandemonium lord
249819 | Zig:25   | Noticed Cuq Tan the pandemonium lord
249820 | Zig:25   | Killed Issony the pandemonium lord
249820 | Zig:25   | Killed Poili the pandemonium lord
249820 | Zig:25   | Noticed Pifitz the pandemonium lord
249820 | Zig:25   | Noticed Cischip the pandemonium lord
249820 | Zig:25   | Noticed Oram the pandemonium lord
249821 | Zig:25   | Killed Miysuc Apyfu the pandemonium lord
249821 | Zig:25   | Killed Womnuer the pandemonium lord
249821 | Zig:25   | Noticed Boeskas the pandemonium lord
249821 | Zig:25   | Noticed Mosotuig the pandemonium lord
249821 | Zig:25   | Noticed Qiuxy the pandemonium lord
249821 | Zig:25   | Noticed Zocephau the pandemonium lord
249821 | Zig:25   | Noticed Hiffir the pandemonium lord
249822 | Zig:25   | Killed Pebb the pandemonium lord
249822 | Zig:25   | Killed Pifitz the pandemonium lord
249822 | Zig:25   | Noticed Yliq Cyin the pandemonium lord
249822 | Zig:25   | Noticed Assoatij the pandemonium lord
249823 | Zig:25   | Killed Huleschea the pandemonium lord
249823 | Zig:25   | Killed Cischip the pandemonium lord
249823 | Zig:25   | Killed Assoatij the pandemonium lord
249823 | Zig:25   | Killed Qiuxy the pandemonium lord
249823 | Zig:25   | Killed Mosotuig the pandemonium lord
249823 | Zig:25   | Noticed Uwol the pandemonium lord
249823 | Zig:25   | Noticed Angymp the pandemonium lord
249823 | Zig:25   | Noticed Qucwosm the pandemonium lord
249823 | Zig:25   | Noticed Amaoluuz the pandemonium lord
249823 | Zig:25   | Noticed Everet the pandemonium lord
249824 | Zig:25   | Killed Boeskas the pandemonium lord
249824 | Zig:25   | Killed Zocephau the pandemonium lord
249824 | Zig:25   | Noticed Cuarphot the pandemonium lord
249825 | Zig:25   | Killed Hiffir the pandemonium lord
249825 | Zig:25   | Noticed Odelimp the pandemonium lord
249825 | Zig:25   | Noticed Gyloykurobb the pandemonium lord
249826 | Zig:25   | Killed Uwol the pandemonium lord
249826 | Zig:25   | Killed Cuarphot the pandemonium lord
249826 | Zig:25   | Noticed Peegiupo the pandemonium lord
249826 | Zig:25   | Noticed Pulaf the pandemonium lord
249827 | Zig:25   | Killed Cuq Tan the pandemonium lord
249827 | Zig:25   | Killed Dewuo the pandemonium lord
249827 | Zig:25   | Killed Oram the pandemonium lord
249827 | Zig:25   | Killed Amaoluuz the pandemonium lord
249827 | Zig:25   | Killed Everet the pandemonium lord
249827 | Zig:25   | Noticed Fasmisiz the pandemonium lord
249828 | Zig:25   | Noticed Hotim the pandemonium lord
249828 | Zig:25   | Noticed Momo the pandemonium lord
249828 | Zig:25   | Noticed Gady the pandemonium lord
249828 | Zig:25   | Killed Hufeum the pandemonium lord
249828 | Zig:25   | Noticed Waavef Nuyj the pandemonium lord
249828 | Zig:25   | Noticed Napea the pandemonium lord
249829 | Zig:25   | Noticed Houkul the pandemonium lord
249829 | Zig:25   | Killed Pulaf the pandemonium lord
249829 | Zig:25   | Noticed Ematett the pandemonium lord
249830 | Zig:25   | Noticed Qicient the pandemonium lord
249830 | Zig:25   | Killed Yliq Cyin the pandemonium lord
249830 | Zig:25   | Killed Jironk the pandemonium lord
249830 | Zig:25   | Killed Fare the pandemonium lord
249831 | Zig:25   | Killed Qucwosm the pandemonium lord
249832 | Zig:25   | Noticed Poluvien the pandemonium lord
249833 | Zig:25   | Noticed Ocvu the pandemonium lord
249833 | Zig:25   | Killed Ebraixto the pandemonium lord
249834 | Zig:25   | Killed Peegiupo the pandemonium lord
249834 | Zig:25   | Killed Houkul the pandemonium lord
249834 | Zig:25   | Killed Hotim the pandemonium lord
249834 | Zig:25   | Noticed Cuphemau the pandemonium lord
249835 | Zig:25   | Killed Gyloykurobb the pandemonium lord
249835 | Zig:25   | Noticed Heuqape the pandemonium lord
249835 | Zig:25   | Noticed Nujakuet the pandemonium lord
249835 | Zig:25   | Noticed Esuedies the pandemonium lord
249835 | Zig:25   | Noticed Ecze Muo the pandemonium lord
249835 | Zig:25   | Banished Cana the pandemonium lord
249835 | Zig:25   | Noticed Ackicuab the pandemonium lord
249836 | Zig:25   | Noticed Qanaj the pandemonium lord
249836 | Zig:25   | Killed Napea the pandemonium lord
249836 | Zig:25   | Killed Angymp the pandemonium lord
249836 | Zig:25   | Noticed Muufat the pandemonium lord
249836 | Zig:25   | Noticed Jiechat the pandemonium lord
249837 | Zig:25   | Noticed Fargh the pandemonium lord
249837 | Zig:25   | Noticed Hun Haigg the pandemonium lord
249838 | Zig:25   | Noticed Xicsiyr the pandemonium lord
249838 | Zig:25   | Noticed Nabbische the pandemonium lord
249838 | Zig:25   | Killed Kygout the pandemonium lord
249838 | Zig:25   | Killed Ackicuab the pandemonium lord
249838 | Zig:25   | Killed Waavef Nuyj the pandemonium lord
249838 | Zig:25   | Killed Momo the pandemonium lord
249838 | Zig:25   | Killed Garr the pandemonium lord
249839 | Zig:25   | Killed Nujakuet the pandemonium lord
249839 | Zig:25   | Killed Heuqape the pandemonium lord
249839 | Zig:25   | Killed Ecze Muo the pandemonium lord
249839 | Zig:25   | Noticed Xefuepsa the pandemonium lord
249839 | Zig:25   | Noticed Vayneige the pandemonium lord
249839 | Zig:25   | Noticed Suona the pandemonium lord
249840 | Zig:25   | Killed Cuphemau the pandemonium lord
249840 | Zig:25   | Killed Fasmisiz the pandemonium lord
249840 | Zig:25   | Killed Poluvien the pandemonium lord
249840 | Zig:25   | Killed Nabbische the pandemonium lord
249840 | Zig:25   | Killed Fargh the pandemonium lord
249840 | Zig:25   | Killed Esuedies the pandemonium lord
249840 | Zig:25   | Noticed Sacvil the pandemonium lord
249841 | Zig:25   | Noticed Lisyhe the pandemonium lord
249841 | Zig:25   | Noticed Widanilifu the pandemonium lord
249842 | Zig:25   | Noticed Xeclics the pandemonium lord
249842 | Zig:25   | Killed Odelimp the pandemonium lord
249842 | Zig:25   | Killed Vayneige the pandemonium lord
249842 | Zig:25   | Killed Suona the pandemonium lord
249842 | Zig:25   | Noticed Fintup the pandemonium lord
249843 | Zig:25   | Noticed Jooczual the pandemonium lord
249843 | Zig:25   | Noticed Towkasul the pandemonium lord
249843 | Zig:25   | Noticed Focod the pandemonium lord
249844 | Zig:25   | Noticed Qimamief the pandemonium lord
249844 | Zig:25   | Killed Hun Haigg the pandemonium lord
249845 | Zig:25   | Killed Jiechat the pandemonium lord
249845 | Zig:25   | Killed Ocvu the pandemonium lord
249845 | Zig:25   | Killed Xicsiyr the pandemonium lord
249845 | Zig:25   | Killed Xefuepsa the pandemonium lord
249845 | Zig:25   | Killed Muufat the pandemonium lord
249845 | Zig:25   | Noticed Gamomn Kepn the pandemonium lord
249845 | Zig:25   | Noticed Coyxinef the pandemonium lord
249845 | Zig:25   | Noticed Dibbum the pandemonium lord
249846 | Zig:25   | Killed Jooczual the pandemonium lord
249846 | Zig:25   | Killed Widanilifu the pandemonium lord
249846 | Zig:25   | Killed Fintup the pandemonium lord
249847 | Zig:25   | Killed Sacvil the pandemonium lord
249847 | Zig:25   | Killed Gady the pandemonium lord
249847 | Zig:25   | Killed Qicient the pandemonium lord
249847 | Zig:25   | Killed Focod the pandemonium lord
249847 | Zig:25   | Noticed Uhazisch the pandemonium lord
249848 | Zig:25   | Noticed Duovauxo the pandemonium lord
249848 | Zig:25   | Noticed Haimighem the pandemonium lord
249848 | Zig:25   | Noticed Fughusiuf the pandemonium lord
249849 | Zig:25   | Noticed Tylurr the pandemonium lord
249849 | Zig:25   | Killed Xeclics the pandemonium lord
249849 | Zig:25   | Killed Ematett the pandemonium lord
249849 | Zig:25   | Killed Dibbum the pandemonium lord
249849 | Zig:25   | Noticed Ellies the pandemonium lord
249849 | Zig:25   | Noticed Dumo the pandemonium lord
249850 | Zig:25   | Killed Haimighem the pandemonium lord
249850 | Zig:25   | Killed Towkasul the pandemonium lord
249850 | Zig:25   | Killed Menubuky the pandemonium lord
249850 | Zig:25   | Killed Qimamief the pandemonium lord
249850 | Zig:25   | Killed Gamomn Kepn the pandemonium lord
249850 | Zig:25   | Noticed Ydaeckuc the pandemonium lord
249851 | Zig:25   | Killed Coyxinef the pandemonium lord
249852 | Zig:25   | Killed Fughusiuf the pandemonium lord
249852 | Zig:25   | Killed Lisyhe the pandemonium lord
249852 | Zig:25   | Killed Zegucw the pandemonium lord
249852 | Zig:25   | Noticed Qompy the pandemonium lord
249853 | Zig:25   | Noticed Batsis the pandemonium lord
249854 | Zig:25   | Noticed Fagattal the pandemonium lord
249854 | Zig:25   | Noticed Getririf the pandemonium lord
249855 | Zig:25   | Noticed Bait the pandemonium lord
249855 | Zig:25   | Noticed Emaneif the pandemonium lord
249855 | Zig:25   | Noticed Ruugedo the pandemonium lord
249855 | Zig:25   | Noticed Tischorgho the pandemonium lord
249856 | Zig:25   | Killed Fagattal the pandemonium lord
249856 | Zig:25   | Killed Duovauxo the pandemonium lord
249856 | Zig:25   | Killed Dumo the pandemonium lord
249856 | Zig:25   | Killed Bait the pandemonium lord
249856 | Zig:25   | Noticed Hotimpeu the pandemonium lord
249856 | Zig:25   | Noticed Vucur the pandemonium lord
249856 | Zig:25   | Noticed Regien the pandemonium lord
249856 | Zig:25   | Noticed Wafy the pandemonium lord
249857 | Zig:25   | Noticed Pinin the pandemonium lord
249858 | Zig:25   | Noticed Hujomeh the pandemonium lord
249859 | Zig:25   | Killed Ellies the pandemonium lord
249860 | Zig:25   | Killed Tischorgho the pandemonium lord
249861 | Zig:25   | Killed Regien the pandemonium lord
249861 | Zig:25   | Killed Uhazisch the pandemonium lord
249861 | Zig:25   | Noticed Fiadwiu the pandemonium lord
249862 | Zig:25   | Killed Ruugedo the pandemonium lord
249862 | Zig:25   | Killed Qanaj the pandemonium lord
249862 | Zig:25   | Noticed Jaetisch the pandemonium lord
249862 | Zig:25   | Noticed Keen Fie the pandemonium lord
249862 | Zig:25   | Noticed Dudomu the pandemonium lord
249862 | Zig:25   | Killed Adaps the pandemonium lord
249863 | Zig:25   | Noticed Goshapie the pandemonium lord
249863 | Zig:25   | Killed Emaneif the pandemonium lord
249863 | Zig:25   | Killed Vucur the pandemonium lord
249863 | Zig:25   | Killed Batsis the pandemonium lord
249863 | Zig:25   | Noticed Ciynut the pandemonium lord
249863 | Zig:25   | Noticed Ledim the pandemonium lord
249863 | Zig:25   | Noticed Tikurop the pandemonium lord
249864 | Zig:25   | Killed Hujomeh the pandemonium lord
249864 | Zig:25   | Killed Tikurop the pandemonium lord
249864 | Zig:25   | Killed Jaetisch the pandemonium lord
249865 | Zig:25   | Killed Poalat the pandemonium lord
249866 | Zig:25   | Killed Getririf the pandemonium lord
249866 | Zig:25   | Killed Tylurr the pandemonium lord
249866 | Zig:25   | Killed Hotimpeu the pandemonium lord
249868 | Zig:25   | Killed Ydaeckuc the pandemonium lord
249871 | Zig:25   | Killed Qompy the pandemonium lord
249871 | Zig:25   | Killed Pinin the pandemonium lord
249871 | Zig:25   | Killed Keen Fie the pandemonium lord
249871 | Zig:25   | Killed Dudomu the pandemonium lord
249873 | Zig:25   | Killed Goshapie the pandemonium lord
249873 | Zig:25   | Noticed Vesoproz the pandemonium lord
249873 | Zig:25   | Noticed Gargh the pandemonium lord
249874 | Zig:25   | Noticed Juoxefomm the pandemonium lord
249874 | Zig:25   | Noticed Risot the pandemonium lord
249875 | Zig:25   | Noticed Xuonud the pandemonium lord
249875 | Zig:25   | Noticed Sucalof the pandemonium lord
249875 | Zig:25   | Noticed Ugoffur the pandemonium lord
249875 | Zig:25   | Killed Estred the pandemonium lord
249875 | Zig:25   | Noticed Digomelu the pandemonium lord
249876 | Zig:25   | Killed Risot the pandemonium lord
249876 | Zig:25   | Killed Ugoffur the pandemonium lord
249876 | Zig:25   | Killed Sucalof the pandemonium lord
249876 | Zig:25   | Killed Wafy the pandemonium lord
249876 | Zig:25   | Killed Vogas the pandemonium lord
249877 | Zig:25   | Noticed Jompec the pandemonium lord
249877 | Zig:25   | Noticed Bisk the pandemonium lord
249877 | Zig:25   | Killed Juoxefomm the pandemonium lord
249877 | Zig:25   | Noticed Looph the pandemonium lord
249877 | Zig:25   | Killed Epho Jia the pandemonium lord
249877 | Zig:25   | Noticed Luhemijuk the pandemonium lord
249878 | Zig:25   | Killed Digomelu the pandemonium lord
249878 | Zig:25   | Killed Ledim the pandemonium lord
249881 | Zig:25   | Killed Bisk the pandemonium lord
249881 | Zig:25   | Killed Xuonud the pandemonium lord
249881 | Zig:25   | Killed Gargh the pandemonium lord
249882 | Zig:25   | Killed Jompec the pandemonium lord
249891 | Zig:25   | Noticed Wysig the pandemonium lord
249891 | Zig:25   | Noticed Etigatav the pandemonium lord
249891 | Zig:25   | Noticed Tuir the pandemonium lord
249891 | Zig:25   | Noticed Utoqeom the pandemonium lord
249891 | Zig:25   | Noticed Dirrolo the pandemonium lord
249891 | Zig:25   | Noticed Goqor the pandemonium lord
249891 | Zig:25   | Noticed Anipn the pandemonium lord
249891 | Zig:25   | Noticed Goekum the pandemonium lord
249891 | Zig:25   | Noticed Keosk the pandemonium lord
249891 | Zig:25   | Noticed Loxkoimi the pandemonium lord
249891 | Zig:25   | Noticed Tiutz the pandemonium lord
249891 | Zig:25   | Noticed Kemyl the pandemonium lord
249891 | Zig:25   | Noticed Xaplorodd the pandemonium lord
249891 | Zig:25   | Noticed Raba the pandemonium lord
249891 | Zig:25   | Noticed Okkabrua the pandemonium lord
249892 | Zig:25   | Noticed Kyret Goniy the pandemonium lord
249893 | Zig:25   | Noticed Fanebo the pandemonium lord
249893 | Zig:25   | Noticed Fofi Bop the pandemonium lord
249893 | Zig:25   | Killed Loxkoimi the pandemonium lord
249893 | Zig:25   | Killed Fanebo the pandemonium lord
249893 | Zig:25   | Killed Raba the pandemonium lord
249893 | Zig:25   | Killed Fofi Bop the pandemonium lord
249893 | Zig:25   | Killed Wysig the pandemonium lord
249894 | Zig:25   | Killed Okkabrua the pandemonium lord
249897 | Zig:25   | Killed Keosk the pandemonium lord
249897 | Zig:25   | Killed Utoqeom the pandemonium lord
249897 | Zig:25   | Killed Etigatav the pandemonium lord
249897 | Zig:25   | Killed Tuir the pandemonium lord
249898 | Zig:25   | Killed Anipn the pandemonium lord
249898 | Zig:25   | Killed Dirrolo the pandemonium lord
249900 | Zig:25   | Killed Kemyl the pandemonium lord
249900 | Zig:25   | Killed Goekum the pandemonium lord
249900 | Zig:25   | Killed Tiutz the pandemonium lord
249904 | Zig:25   | Killed Xaplorodd the pandemonium lord
249905 | Zig:25   | Noticed Ceanaih the pandemonium lord
249905 | Zig:25   | Noticed Kuodasao the pandemonium lord
249907 | Zig:25   | Killed Kuodasao the pandemonium lord
249907 | Zig:25   | Noticed Pized the pandemonium lord
249909 | Zig:25   | Killed Ceanaih the pandemonium lord
249910 | Zig:25   | Noticed Riwigraf the pandemonium lord
249910 | Zig:25   | Noticed Ekhos the pandemonium lord
249910 | Zig:25   | Noticed Lekhlonkye the pandemonium lord
249911 | Zig:25   | Noticed Zynyi the pandemonium lord
249912 | Zig:25   | Killed Lekhlonkye the pandemonium lord
249912 | Zig:25   | Killed Zynyi the pandemonium lord
249912 | Zig:25   | Noticed Odoth the pandemonium lord
249912 | Zig:25   | Noticed Bier Sou the pandemonium lord
249913 | Zig:25   | Killed Kyret Goniy the pandemonium lord
249913 | Zig:25   | Noticed Fedwilegh the pandemonium lord
249914 | Zig:25   | Noticed Laseulad the pandemonium lord
249919 | Zig:25   | Killed Goqor the pandemonium lord
249921 | Zig:25   | Killed Ciynut the pandemonium lord
249922 | Zig:25   | Killed Riwigraf the pandemonium lord
249923 | Zig:25   | Killed Pized the pandemonium lord
249923 | Zig:25   | Killed Ekhos the pandemonium lord
249924 | Zig:25   | Killed Laseulad the pandemonium lord
249925 | Zig:25   | Killed Odoth the pandemonium lord
249929 | Zig:25   | Noticed Giycwo the pandemonium lord
249930 | Zig:25   | Noticed Ated the pandemonium lord
249932 | Zig:25   | Noticed Humiv the pandemonium lord
249934 | Zig:25   | Killed Giycwo the pandemonium lord
249934 | Zig:25   | Killed Humiv the pandemonium lord
249934 | Zig:25   | Noticed Reoha the pandemonium lord
249937 | Zig:25   | Killed Fiadwiu the pandemonium lord
249937 | Zig:25   | Killed Ated the pandemonium lord
249937 | Zig:25   | Noticed Lunok the pandemonium lord
249938 | Zig:25   | Killed Looph the pandemonium lord
249938 | Zig:25   | Killed Lunok the pandemonium lord
249938 | Zig:25   | Killed Reoha the pandemonium lord
249938 | Zig:25   | Noticed Lixkeenke the pandemonium lord
249939 | Zig:25   | Killed Vesoproz the pandemonium lord
249939 | Zig:25   | Noticed Poromn the pandemonium lord
249939 | Zig:25   | Noticed Ymoxtot the pandemonium lord
249940 | Zig:25   | Killed Lixkeenke the pandemonium lord
249940 | Zig:25   | Killed Ymoxtot the pandemonium lord
249940 | Zig:25   | Noticed Kacysy the pandemonium lord
249941 | Zig:25   | Noticed Wanuxuj the pandemonium lord
249942 | Zig:25   | Killed Kacysy the pandemonium lord
249942 | Zig:25   | Killed Poromn the pandemonium lord
249943 | Zig:25   | Noticed Bikhlako the pandemonium lord
249943 | Zig:25   | Killed Bikhlako the pandemonium lord
249943 | Zig:25   | Noticed Ebaim the pandemonium lord
249945 | Zig:25   | Noticed Dedgh the pandemonium lord
249945 | Zig:25   | Noticed Buetz the pandemonium lord
249946 | Zig:25   | Killed Wanuxuj the pandemonium lord
249946 | Zig:25   | Killed Luhemijuk the pandemonium lord
249947 | Zig:25   | Noticed Mufio the pandemonium lord
249948 | Zig:25   | Killed Ebaim the pandemonium lord
249948 | Zig:25   | Killed Mufio the pandemonium lord
249951 | Zig:25   | Killed Dedgh the pandemonium lord
249951 | Zig:25   | Killed Buetz the pandemonium lord
249955 | Zig:25   | Noticed Haiquamimn the pandemonium lord
249956 | Zig:25   | Killed Wuithamn the pandemonium lord
249957 | Zig:25   | Killed Haiquamimn the pandemonium lord
249965 | Zig:25   | Noticed Wipof the pandemonium lord
249992 | Zig:25   | Noticed Pibiog the pandemonium lord
249995 | Zig:25   | Killed Pibiog the pandemonium lord
249999 | Zig:25   | Noticed Petzoops the pandemonium lord
250000 | Zig:25   | Killed Fedwilegh the pandemonium lord
250001 | Zig:25   | Killed Wipof the pandemonium lord
250001 | Zig:25   | Killed Petzoops the pandemonium lord
250006 | Zig:25   | Noticed Pazirhuj the pandemonium lord
250007 | Zig:25   | Noticed Berozisi the pandemonium lord
250018 | Zig:25   | Killed Berozisi the pandemonium lord
250021 | Zig:25   | Killed Pazirhuj the pandemonium lord
250022 | Zig:25   | Killed Bier Sou the pandemonium lord
250206 | Zig:25   | Identified the +0 buckler "Zuliqeap" {^Drain rN+ Int+2
                  | Dex+4}
250217 | Zig:25   | Identified the staff "Tamuogg" {rC+ Will+ rCorr Hexes Ice}
250228 | Zig:25   | Identified the ring "Qoyng" {+Blink rN+ SInv}
250234 | Zig:25   | Identified the +4 shadow dragon scales of Gehenna {Fly rN+
                  | Regen+ Stlth++++}
250248 | Zig:25   | Identified the +0 shortbow "Lioxtaot" {speed, rElec rF+
                  | rN+++}
250252 | Zig:25   | Identified the +7 battleaxe of Frustration {freeze, rN+
                  | Str+3 Stlth-}
250254 | Zig:25   | Identified the +1 leather armour of Koes {rElec Dex+2}
250777 | Zig:26   | Entered Level 26 of a ziggurat
251377 | Zig:26   | Found the ring of the Octopus King
251383 | Zig:26   | Identified the +0 robe of the Soldier {Int+4}
251411 | Zig:26   | Identified the ring "Nuen Wiugok" {Fire +Blink rElec rPois}
251448 | Zig:26   | Identified the ring of Ulipibb {rF+ Int+2}
251454 | Zig:26   | Identified the amulet of Hoofutso {rPois rF++ Regen+ SInv
                  | Stlth-}
251458 | Zig:26   | Identified the ring of Cunac {rF+ rN+ rCorr}
251460 | Zig:26   | Identified the +5 short sword "Gram" {freeze, rF+ Int+4}
251479 | Zig:26   | Identified the +4 quarterstaff "Esamos" {antimagic, rElec}
251481 | Zig:26   | Identified the +1 quarterstaff "Beufalei" {distort, Str+5}
251511 | Zig:26   | Identified the staff of Xom's Regard {rPois Will- Stlth+
                  | Air Alchemy}
251521 | Zig:26   | Identified a ring of the Octopus King {rF+ HP+2 AC+2 EV+2
                  | SH+2}
251527 | Zig:26   | Identified the ring "Jiyxirug" {rPois Will+ SInv Stlth+}
251541 | Zig:26   | Identified the ring "Sevveat" {Str+6 Dex+5}
251667 | Zig:27   | Entered Level 27 of a ziggurat
251678 | Zig:27   | Noticed a dread lich
251679 | Zig:27   | Noticed an ancient lich
251679 | Zig:27   | Noticed an ancient lich
251681 | Zig:27   | Noticed an ancient lich
251681 | Zig:27   | Noticed a dread lich
251682 | Zig:27   | Noticed an ancient lich
251682 | Zig:27   | Noticed a dread lich
251684 | Zig:27   | Noticed a dread lich
251684 | Zig:27   | Noticed an ancient lich
251685 | Zig:27   | Noticed an ancient lich
251685 | Zig:27   | Noticed a dread lich
251685 | Zig:27   | Noticed a dread lich
251685 | Zig:27   | Noticed a dread lich
251685 | Zig:27   | Noticed an ancient lich
251685 | Zig:27   | Noticed an ancient lich
251686 | Zig:27   | Noticed a dread lich
251686 | Zig:27   | Noticed a dread lich
251686 | Zig:27   | Noticed a dread lich
251686 | Zig:27   | Noticed an ancient lich
251686 | Zig:27   | Noticed an ancient lich
251686 | Zig:27   | Killed an ancient lich
251686 | Zig:27   | Killed a dread lich
251686 | Zig:27   | Noticed a dread lich
251687 | Zig:27   | Killed an ancient lich
251687 | Zig:27   | Killed a dread lich
251687 | Zig:27   | Killed a dread lich
251687 | Zig:27   | Killed an ancient lich
251688 | Zig:27   | Noticed a dread lich
251688 | Zig:27   | Noticed an ancient lich
251688 | Zig:27   | Noticed an ancient lich
251688 | Zig:27   | Killed an ancient lich
251688 | Zig:27   | Killed an ancient lich
251688 | Zig:27   | Noticed a dread lich
251689 | Zig:27   | Noticed a dread lich
251689 | Zig:27   | Noticed an ancient lich
251689 | Zig:27   | Noticed an ancient lich
251689 | Zig:27   | Noticed a dread lich
251689 | Zig:27   | Noticed an ancient lich
251689 | Zig:27   | Noticed a dread lich
251689 | Zig:27   | Noticed an ancient lich
251689 | Zig:27   | Noticed a dread lich
251689 | Zig:27   | Noticed a dread lich
251689 | Zig:27   | Noticed a dread lich
251689 | Zig:27   | Noticed an ancient lich
251689 | Zig:27   | Noticed an ancient lich
251689 | Zig:27   | Noticed an ancient lich
251689 | Zig:27   | Noticed an ancient lich
251689 | Zig:27   | Noticed an ancient lich
251690 | Zig:27   | Noticed an ancient lich
251690 | Zig:27   | Noticed an ancient lich
251690 | Zig:27   | Killed an ancient lich
251690 | Zig:27   | Killed an ancient lich
251690 | Zig:27   | Killed an ancient lich
251690 | Zig:27   | Killed a dread lich
251690 | Zig:27   | Killed a dread lich
251690 | Zig:27   | Killed an ancient lich
251690 | Zig:27   | Killed an ancient lich
251690 | Zig:27   | Killed a dread lich
251690 | Zig:27   | Killed a dread lich
251690 | Zig:27   | Killed an ancient lich
251690 | Zig:27   | Killed a dread lich
251690 | Zig:27   | Killed a dread lich
251690 | Zig:27   | Killed an ancient lich
251690 | Zig:27   | Killed a dread lich
251690 | Zig:27   | Killed an ancient lich
251690 | Zig:27   | Killed a dread lich
251691 | Zig:27   | Killed a dread lich
251691 | Zig:27   | Killed a dread lich
251691 | Zig:27   | Killed a dread lich
251691 | Zig:27   | Killed an ancient lich
251691 | Zig:27   | Killed an ancient lich
251691 | Zig:27   | Killed an ancient lich
251691 | Zig:27   | Killed an ancient lich
251691 | Zig:27   | Killed an ancient lich
251691 | Zig:27   | Killed a dread lich
251691 | Zig:27   | Killed a dread lich
251691 | Zig:27   | Killed a dread lich
251691 | Zig:27   | Noticed a dread lich
251691 | Zig:27   | Noticed a dread lich
251692 | Zig:27   | Killed an ancient lich
251692 | Zig:27   | Killed a dread lich
251692 | Zig:27   | Killed a dread lich
251692 | Zig:27   | Killed an ancient lich
251692 | Zig:27   | Killed an ancient lich
251692 | Zig:27   | Killed an ancient lich
251692 | Zig:27   | Killed an ancient lich
251692 | Zig:27   | Killed a dread lich
251692 | Zig:27   | Noticed an ancient lich
251692 | Zig:27   | Noticed a dread lich
251694 | Zig:27   | Noticed a dread lich
251694 | Zig:27   | Noticed an ancient lich
251694 | Zig:27   | Noticed a dread lich
251694 | Zig:27   | Noticed an ancient lich
251694 | Zig:27   | Noticed a dread lich
251694 | Zig:27   | Noticed a dread lich
251695 | Zig:27   | Noticed a dread lich
251695 | Zig:27   | Killed a dread lich
251695 | Zig:27   | Killed a dread lich
251695 | Zig:27   | Noticed an ancient lich
251695 | Zig:27   | Noticed an ancient lich
251695 | Zig:27   | Noticed a dread lich
251695 | Zig:27   | Noticed a dread lich
251695 | Zig:27   | Noticed an ancient lich
251695 | Zig:27   | Noticed an ancient lich
251696 | Zig:27   | Killed a dread lich
251696 | Zig:27   | Killed a dread lich
251696 | Zig:27   | Killed an ancient lich
251698 | Zig:27   | Noticed a dread lich
251698 | Zig:27   | Noticed an ancient lich
251699 | Zig:27   | Noticed a dread lich
251699 | Zig:27   | Noticed a dread lich
251699 | Zig:27   | Noticed an ancient lich
251700 | Zig:27   | Killed an ancient lich
251700 | Zig:27   | Killed an ancient lich
251700 | Zig:27   | Killed a dread lich
251700 | Zig:27   | Killed an ancient lich
251700 | Zig:27   | Killed a dread lich
251700 | Zig:27   | Killed an ancient lich
251700 | Zig:27   | Noticed a dread lich
251700 | Zig:27   | Noticed an ancient lich
251700 | Zig:27   | Noticed a dread lich
251701 | Zig:27   | Noticed a dread lich
251701 | Zig:27   | Killed a dread lich
251701 | Zig:27   | Noticed an ancient lich
251702 | Zig:27   | Killed a dread lich
251702 | Zig:27   | Killed an ancient lich
251702 | Zig:27   | Killed a dread lich
251702 | Zig:27   | Killed a dread lich
251702 | Zig:27   | Killed an ancient lich
251702 | Zig:27   | Killed a dread lich
251703 | Zig:27   | Killed a dread lich
251703 | Zig:27   | Noticed a dread lich
251704 | Zig:27   | Killed an ancient lich
251704 | Zig:27   | Killed a dread lich
251704 | Zig:27   | Noticed an ancient lich
251704 | Zig:27   | Noticed a dread lich
251704 | Zig:27   | Noticed a dread lich
251706 | Zig:27   | Killed an ancient lich
251707 | Zig:27   | Noticed a dread lich
251707 | Zig:27   | Noticed a dread lich
251707 | Zig:27   | Noticed a dread lich
251708 | Zig:27   | Killed a dread lich
251708 | Zig:27   | Killed a dread lich
251709 | Zig:27   | Killed an ancient lich
251709 | Zig:27   | Killed a dread lich
251709 | Zig:27   | Killed an ancient lich
251709 | Zig:27   | Killed a dread lich
251709 | Zig:27   | Noticed an ancient lich
251709 | Zig:27   | Noticed a dread lich
251709 | Zig:27   | Noticed a dread lich
251710 | Zig:27   | Killed a dread lich
251710 | Zig:27   | Killed a dread lich
251710 | Zig:27   | Killed a dread lich
251710 | Zig:27   | Killed a dread lich
251710 | Zig:27   | Killed a dread lich
251710 | Zig:27   | Killed an ancient lich
251743 | Zig:27   | Killed an ancient lich
251747 | Zig:27   | Noticed an ancient lich
251747 | Zig:27   | Noticed an ancient lich
251748 | Zig:27   | Killed an ancient lich
251748 | Zig:27   | Killed an ancient lich
251748 | Zig:27   | Noticed an ancient lich
251750 | Zig:27   | Killed a dread lich
251750 | Zig:27   | Noticed an ancient lich
251750 | Zig:27   | Noticed an ancient lich
251751 | Zig:27   | Killed an ancient lich
251751 | Zig:27   | Noticed a dread lich
251751 | Zig:27   | Noticed an ancient lich
251752 | Zig:27   | Killed an ancient lich
251753 | Zig:27   | Killed an ancient lich
251753 | Zig:27   | Killed a dread lich
251753 | Zig:27   | Killed an ancient lich
251753 | Zig:27   | Noticed a dread lich
251754 | Zig:27   | Noticed an ancient lich
251755 | Zig:27   | Noticed an ancient lich
251756 | Zig:27   | Noticed a dread lich
251761 | Zig:27   | Noticed a dread lich
251763 | Zig:27   | Noticed an ancient lich
251764 | Zig:27   | Killed an ancient lich
251765 | Zig:27   | Noticed a dread lich
251765 | Zig:27   | Killed a dread lich
251765 | Zig:27   | Killed an ancient lich
251765 | Zig:27   | Killed a dread lich
251765 | Zig:27   | Killed a dread lich
251765 | Zig:27   | Killed an ancient lich
251765 | Zig:27   | Noticed a dread lich
251765 | Zig:27   | Noticed an ancient lich
251765 | Zig:27   | Noticed an ancient lich
251766 | Zig:27   | Killed an ancient lich
251766 | Zig:27   | Killed a dread lich
251766 | Zig:27   | Noticed a dread lich
251767 | Zig:27   | Noticed an ancient lich
251768 | Zig:27   | Noticed an ancient lich
251768 | Zig:27   | Killed a dread lich
251768 | Zig:27   | Killed a dread lich
251768 | Zig:27   | Killed an ancient lich
251769 | Zig:27   | Noticed a dread lich
251771 | Zig:27   | Noticed an ancient lich
251772 | Zig:27   | Noticed a dread lich
251773 | Zig:27   | Noticed an ancient lich
251774 | Zig:27   | Noticed a dread lich
251775 | Zig:27   | Killed an ancient lich
251775 | Zig:27   | Killed an ancient lich
251775 | Zig:27   | Killed a dread lich
251775 | Zig:27   | Noticed an ancient lich
251775 | Zig:27   | Noticed an ancient lich
251777 | Zig:27   | Killed an ancient lich
251777 | Zig:27   | Killed an ancient lich
251778 | Zig:27   | Noticed an ancient lich
251778 | Zig:27   | Noticed an ancient lich
251778 | Zig:27   | Noticed a dread lich
251778 | Zig:27   | Killed a dread lich
251778 | Zig:27   | Killed an ancient lich
251778 | Zig:27   | Noticed an ancient lich
251778 | Zig:27   | Noticed an ancient lich
251778 | Zig:27   | Noticed a dread lich
251779 | Zig:27   | Noticed an ancient lich
251779 | Zig:27   | Noticed a dread lich
251779 | Zig:27   | Noticed a dread lich
251780 | Zig:27   | Noticed an ancient lich
251780 | Zig:27   | Killed an ancient lich
251780 | Zig:27   | Killed a dread lich
251780 | Zig:27   | Killed an ancient lich
251780 | Zig:27   | Killed a dread lich
251780 | Zig:27   | Noticed an ancient lich
251781 | Zig:27   | Killed an ancient lich
251781 | Zig:27   | Killed a dread lich
251781 | Zig:27   | Killed an ancient lich
251781 | Zig:27   | Killed a dread lich
251781 | Zig:27   | Killed an ancient lich
251781 | Zig:27   | Noticed a dread lich
251782 | Zig:27   | Noticed a dread lich
251782 | Zig:27   | Killed a dread lich
251782 | Zig:27   | Noticed an ancient lich
251782 | Zig:27   | Noticed a dread lich
251783 | Zig:27   | Killed an ancient lich
251784 | Zig:27   | Noticed an ancient lich
251784 | Zig:27   | Killed an ancient lich
251784 | Zig:27   | Killed a dread lich
251785 | Zig:27   | Killed an ancient lich
251785 | Zig:27   | Killed a dread lich
251785 | Zig:27   | Killed an ancient lich
251785 | Zig:27   | Killed a dread lich
251785 | Zig:27   | Killed an ancient lich
251785 | Zig:27   | Noticed a dread lich
251786 | Zig:27   | Noticed an ancient lich
251786 | Zig:27   | Noticed a dread lich
251787 | Zig:27   | Noticed a dread lich
251788 | Zig:27   | Noticed an ancient lich
251790 | Zig:27   | Killed a dread lich
251790 | Zig:27   | Killed a dread lich
251790 | Zig:27   | Killed a dread lich
251790 | Zig:27   | Killed an ancient lich
251790 | Zig:27   | Noticed a dread lich
251791 | Zig:27   | Noticed an ancient lich
251791 | Zig:27   | Noticed a dread lich
251791 | Zig:27   | Noticed an ancient lich
251792 | Zig:27   | Noticed an ancient lich
251793 | Zig:27   | Killed an ancient lich
251793 | Zig:27   | Killed a dread lich
251793 | Zig:27   | Killed an ancient lich
251793 | Zig:27   | Killed an ancient lich
251794 | Zig:27   | Killed an ancient lich
251795 | Zig:27   | Killed a dread lich
252443 | Zig:27   | Identified the +1 morningstar of Norun {drain, Int+4}
252457 | Zig:27   | Identified the ring of Umef {rF+ rC+ Will+ Int+3 Dex+2}
252459 | Zig:27   | Identified the +1 scale mail "Fyut Fuff" {rF+ MP+9 Dex+5
                  | Slay-3}
252471 | Zig:27   | Identified the +4 trident "Somemoupo" {freeze, rC+}
252477 | Zig:27   | Identified the +4 dagger "Goblin's Doom" {chaos, rC+}
252551 | Depths:1 | Bought the +3 pair of seven-league boots {Rampage+∞} for
                  | 1280 gold pieces
252551 | Depths:1 | Found the +3 pair of seven-league boots {Rampage+∞}
252553 | Depths:1 | Bought the +7 staff of the Meek {protect, meekguard} for
                  | 1216 gold pieces
252553 | Depths:1 | Bought the +15 Maxwell's patent armour {-Cast -Tele rElec
                  | Will+ rCorr} for 2766 gold pieces
252553 | Depths:1 | Found the +15 Maxwell's patent armour {-Cast -Tele rElec
                  | Will+ rCorr}
252553 | Depths:1 | Found the +7 staff of the Meek {protect, meekguard}
252611 | Depths:1 | Bought a scroll of teleportation for 93 gold pieces
252611 | Depths:1 | Bought a scroll of teleportation for 93 gold pieces
252611 | Depths:1 | Bought a scroll of acquirement for 1612 gold pieces
252611 | Depths:1 | Bought a scroll of acquirement for 1612 gold pieces
252611 | Depths:1 | Bought a pair of bloodstained boots for 294 gold pieces
252611 | Depths:1 | Identified the -2 pair of boots "Ysar" {Str+3 Int+5 Dex-5}
                  | (You bought it in a shop on level 1 of the Depths)
252614 | Depths:1 | Acquired 983 gold pieces
252615 | Depths:1 | Acquired 519 gold pieces
252857 | Depths:2 | Noticed an ancient lich
252858 | Depths:2 | Killed an ancient lich
252911 | Depths:2 | Identified the staff of Doojydan {Int+2 Ice Earth}
253410 | Crypt:3  | Bought the +10 tower shield of Ignorance {rN+ Int-4} for
                  | 630 gold pieces
253410 | Crypt:3  | Found the +10 tower shield of Ignorance {rN+ Int-4}
254841 | Depths:1 | Bought the Hermit's Pendant {Faith Invo=14 Evo=0 MP+5} for
                  | 862 gold pieces
254841 | Depths:1 | Found the Hermit's Pendant {Faith Invo=14 Evo=0 MP+5}
257590 | Depths:1 | Bought the +4 robe of Folly {Brill Will-∞ Int+8} for 1068
                  | gold pieces
257590 | Depths:1 | Found the +4 robe of Folly {Brill Will-∞ Int+8}
257626 | Depths:1 | Bought the +8 demon trident "Rift" {distort, reach+} for
                  | 2619 gold pieces
257626 | Depths:1 | Found the +8 demon trident "Rift" {distort, reach+}
257669 | Depths:1 | Bought the +5 scythe "Finisher" {speed, execute} for 1584
                  | gold pieces
257669 | Depths:1 | Found the +5 scythe "Finisher" {speed, execute}
257691 | Depths:2 | Bought the +12 glaive of Prune {freeze, Prune} for 2990
                  | gold pieces
257691 | Depths:2 | Found the +12 glaive of Prune {freeze, Prune}
257914 | Elf:1    | Bought the +5 glaive of the Guard {elec, spectral} for 2072
                  | gold pieces
257914 | Elf:1    | Found the +5 glaive of the Guard {elec, spectral}
258619 | D:14     | Killed Louise
259167 | Elf:2    | Found a shimmering blue altar of Sif Muna.
259230 | Elf:2    | Killed zenocrate's ghost
259710 | Tomb:1   | Entered Level 1 of the Tomb of the Ancients
259729 | Tomb:1   | Noticed a royal mummy
259730 | Tomb:1   | Killed a royal mummy
259730 | Tomb:1   | Noticed a royal mummy
259732 | Tomb:1   | Killed a royal mummy
259733 | Tomb:1   | Noticed a royal mummy
259740 | Tomb:1   | Noticed a royal mummy
259741 | Tomb:1   | Noticed a royal mummy
259745 | Tomb:1   | Killed a royal mummy
259746 | Tomb:1   | Killed a royal mummy
259747 | Tomb:1   | Killed a royal mummy
259786 | Tomb:1   | Noticed a royal mummy
259789 | Tomb:1   | Killed a royal mummy
259794 | Tomb:1   | Noticed a royal mummy
259798 | Tomb:1   | Noticed a royal mummy
259803 | Tomb:1   | Killed a royal mummy
259813 | Tomb:1   | Killed a royal mummy
260583 | Tomb:1   | Noticed a royal mummy
260586 | Tomb:1   | Killed a royal mummy
260815 | Tomb:1   | Noticed a royal mummy
260818 | Tomb:1   | Killed a royal mummy
260819 | Tomb:1   | Noticed a royal mummy
260821 | Tomb:1   | Killed a royal mummy
260971 | Tomb:1   | Noticed a royal mummy
260974 | Tomb:1   | Killed a royal mummy
260974 | Tomb:1   | Noticed a royal mummy
260998 | Tomb:1   | Killed a royal mummy
261064 | Tomb:1   | Noticed a royal mummy
261067 | Tomb:1   | Killed a royal mummy
261198 | Tomb:2   | Noticed a royal mummy
261198 | Tomb:2   | Noticed a royal mummy
261209 | Tomb:2   | Noticed a royal mummy
261209 | Tomb:2   | Noticed a royal mummy
261211 | Tomb:2   | Killed a royal mummy
261211 | Tomb:2   | Killed a royal mummy
261212 | Tomb:2   | Killed a royal mummy
261213 | Tomb:2   | Killed a royal mummy
261736 | Tomb:3   | Entered Level 3 of the Tomb of the Ancients
261752 | Tomb:3   | Noticed a royal mummy
261759 | Tomb:3   | Killed a royal mummy
261761 | Tomb:3   | Noticed a royal mummy
261763 | Tomb:3   | Noticed a royal mummy
261764 | Tomb:3   | Noticed a royal mummy
261765 | Tomb:3   | Killed a royal mummy
261765 | Tomb:3   | Killed a royal mummy
261772 | Tomb:3   | Killed a royal mummy
261772 | Tomb:3   | Identified the orb of Afeymn {guile, *Corrode Dex+3 Necro}
261811 | Tomb:3   | Noticed a royal mummy
261817 | Tomb:3   | Killed a royal mummy
261820 | Tomb:3   | Noticed Khufu
261821 | Tomb:3   | Noticed a royal mummy
261822 | Tomb:3   | Noticed a royal mummy
261824 | Tomb:3   | Killed a royal mummy
261824 | Tomb:3   | Killed a royal mummy
261827 | Tomb:3   | Killed Khufu
261827 | Tomb:3   | Noticed a royal mummy
261832 | Tomb:3   | Killed a royal mummy
262002 | Tomb:3   | Identified the staff of Purpose {Int+3 Earth}
262106 | Tomb:3   | Identified the +7 scale mail of Qeniostrud {rN+ Will+
                  | Int+3}
262118 | Tomb:3   | Identified the +0 pair of boots of Divine Compulsion
                  | {rPois}
262148 | Tomb:3   | Identified the +2 pair of boots of Xugoicw {rPois Regen+}
262154 | Tomb:3   | Identified the amulet of Usasuh {Acrobat Int+2}
262376 | Tomb:3   | Got a golden rune of Zot
263002 | Zig:1    | Entered Level 1 of a ziggurat
263083 | Zig:2    | Entered Level 2 of a ziggurat
263248 | Zig:3    | Entered Level 3 of a ziggurat
263307 | Zig:3    | Identified the +8 great sword "Killer Klown's Doom" {speed,
                  | *Rage rPois Stlth+}
263376 | Zig:4    | Entered Level 4 of a ziggurat
263376 | Zig:4    | Noticed a dread lich
263376 | Zig:4    | Noticed an ancient lich
263378 | Zig:4    | Killed a dread lich
263384 | Zig:4    | Killed an ancient lich
263554 | Zig:4    | Identified the amulet "Myociss" {+Inv Regen+ RegenMP+
                  | Stlth+}
263572 | Zig:5    | Entered Level 5 of a ziggurat
263572 | Zig:5    | Noticed an ancient lich
263572 | Zig:5    | Noticed a dread lich
263572 | Zig:5    | Noticed an ancient lich
263572 | Zig:5    | Noticed an ancient lich
263572 | Zig:5    | Noticed an ancient lich
263572 | Zig:5    | Noticed a dread lich
263572 | Zig:5    | Noticed a dread lich
263572 | Zig:5    | Noticed an ancient lich
263572 | Zig:5    | Noticed an ancient lich
263572 | Zig:5    | Noticed a dread lich
263572 | Zig:5    | Noticed a dread lich
263572 | Zig:5    | Noticed an ancient lich
263572 | Zig:5    | Noticed a dread lich
263572 | Zig:5    | Noticed an ancient lich
263572 | Zig:5    | Noticed an ancient lich
263573 | Zig:5    | Noticed an ancient lich
263573 | Zig:5    | Noticed an ancient lich
263573 | Zig:5    | Noticed an ancient lich
263573 | Zig:5    | Noticed an ancient lich
263573 | Zig:5    | Noticed a dread lich
263573 | Zig:5    | Noticed a dread lich
263573 | Zig:5    | Noticed an ancient lich
263573 | Zig:5    | Noticed a dread lich
263573 | Zig:5    | Noticed an ancient lich
263574 | Zig:5    | Noticed an ancient lich
263574 | Zig:5    | Killed a dread lich
263574 | Zig:5    | Killed an ancient lich
263574 | Zig:5    | Killed an ancient lich
263574 | Zig:5    | Killed a dread lich
263574 | Zig:5    | Killed an ancient lich
263574 | Zig:5    | Killed a dread lich
263574 | Zig:5    | Killed a dread lich
263574 | Zig:5    | Killed an ancient lich
263574 | Zig:5    | Killed an ancient lich
263574 | Zig:5    | Killed an ancient lich
263574 | Zig:5    | Killed an ancient lich
263574 | Zig:5    | Killed an ancient lich
263574 | Zig:5    | Killed a dread lich
263574 | Zig:5    | Killed a dread lich
263575 | Zig:5    | Killed an ancient lich
263575 | Zig:5    | Killed an ancient lich
263575 | Zig:5    | Killed an ancient lich
263575 | Zig:5    | Killed a dread lich
263575 | Zig:5    | Killed an ancient lich
263575 | Zig:5    | Killed a dread lich
263575 | Zig:5    | Killed an ancient lich
263575 | Zig:5    | Killed an ancient lich
263575 | Zig:5    | Killed an ancient lich
263575 | Zig:5    | Killed a dread lich
263576 | Zig:5    | Killed an ancient lich
263578 | Zig:5    | Noticed a dread lich
263578 | Zig:5    | Noticed an ancient lich
263579 | Zig:5    | Killed an ancient lich
263579 | Zig:5    | Killed a dread lich
263579 | Zig:5    | Noticed an ancient lich
263581 | Zig:5    | Killed an ancient lich
263647 | Zig:5    | Identified the +0 helmet "Ruihia" {Int+2}
263652 | Zig:5    | Identified the +3 glaive of Akhadul {freeze, rF+ rCorr
                  | Int-2}
263764 | Zig:6    | Entered Level 6 of a ziggurat
264025 | Zig:7    | Entered Level 7 of a ziggurat
264025 | Zig:7    | Noticed an ancient lich
264039 | Zig:7    | Killed an ancient lich
264184 | Zig:7    | Identified the +5 scale mail "Elueduol" {rPois Str+2}
264188 | Zig:7    | Identified the ring of the Komtur {Str+6 Dex+2}
264193 | Zig:7    | Identified the ring of Sunlight {Fire Int+4 Dex+3 Stlth+}
264354 | Zig:8    | Entered Level 8 of a ziggurat
264365 | Zig:8    | Noticed Lin Dian the pandemonium lord
264377 | Zig:8    | Killed Lin Dian the pandemonium lord
264672 | Zig:8    | Identified the +1 leather armour of the Secret Coins
                  | {Rampage rPois Str-4 Dex+3}
264684 | Zig:8    | Identified the ring of Quossiyng {*Slow rElec rN+++ Dex+2
                  | SInv}
264704 | Zig:9    | Entered Level 9 of a ziggurat
265103 | Zig:10   | Entered Level 10 of a ziggurat
265103 | Zig:10   | Noticed Tofiweid the pandemonium lord
265103 | Zig:10   | Noticed Ixameh the pandemonium lord
265103 | Zig:10   | Noticed Pugoih the pandemonium lord
265103 | Zig:10   | Noticed Nonlopp the pandemonium lord
265103 | Zig:10   | Noticed Vulaess the pandemonium lord
265103 | Zig:10   | Noticed Coorr the pandemonium lord
265103 | Zig:10   | Noticed Orauho Qosea the pandemonium lord
265103 | Zig:10   | Noticed Ijan the pandemonium lord
265103 | Zig:10   | Noticed Hatibb the pandemonium lord
265103 | Zig:10   | Noticed Neyxkoeph the pandemonium lord
265103 | Zig:10   | Noticed Wof Wyedo the pandemonium lord
265103 | Zig:10   | Noticed Vete the pandemonium lord
265103 | Zig:10   | Noticed Bymej the pandemonium lord
265103 | Zig:10   | Noticed Axke the pandemonium lord
265103 | Zig:10   | Noticed Micommasm the pandemonium lord
265103 | Zig:10   | Noticed Budage the pandemonium lord
265103 | Zig:10   | Noticed Zoluh the pandemonium lord
265103 | Zig:10   | Noticed Dedwauj the pandemonium lord
265103 | Zig:10   | Noticed Erooteth the pandemonium lord
265103 | Zig:10   | Noticed Qoozxett the pandemonium lord
265103 | Zig:10   | Noticed Innapn the pandemonium lord
265103 | Zig:10   | Noticed Reeriem the pandemonium lord
265103 | Zig:10   | Noticed Cututseo the pandemonium lord
265103 | Zig:10   | Noticed Jiumofoch the pandemonium lord
265103 | Zig:10   | Noticed Qiraerog the pandemonium lord
265103 | Zig:10   | Noticed Joeh the pandemonium lord
265103 | Zig:10   | Noticed Tukkutto the pandemonium lord
265103 | Zig:10   | Noticed Harphume the pandemonium lord
265103 | Zig:10   | Noticed Jitweteb the pandemonium lord
265104 | Zig:10   | Killed Neyxkoeph the pandemonium lord
265104 | Zig:10   | Killed Orauho Qosea the pandemonium lord
265104 | Zig:10   | Killed Ixameh the pandemonium lord
265104 | Zig:10   | Killed Hatibb the pandemonium lord
265104 | Zig:10   | Killed Micommasm the pandemonium lord
265104 | Zig:10   | Killed Vete the pandemonium lord
265104 | Zig:10   | Killed Wof Wyedo the pandemonium lord
265104 | Zig:10   | Killed Reeriem the pandemonium lord
265104 | Zig:10   | Killed Erooteth the pandemonium lord
265104 | Zig:10   | Killed Zoluh the pandemonium lord
265104 | Zig:10   | Killed Cututseo the pandemonium lord
265104 | Zig:10   | Killed Jiumofoch the pandemonium lord
265104 | Zig:10   | Killed Qiraerog the pandemonium lord
265105 | Zig:10   | Killed Coorr the pandemonium lord
265105 | Zig:10   | Killed Nonlopp the pandemonium lord
265105 | Zig:10   | Killed Bymej the pandemonium lord
265105 | Zig:10   | Killed Vulaess the pandemonium lord
265105 | Zig:10   | Killed Dedwauj the pandemonium lord
265105 | Zig:10   | Killed Jitweteb the pandemonium lord
265105 | Zig:10   | Killed Joeh the pandemonium lord
265105 | Zig:10   | Noticed Xadywah the pandemonium lord
265105 | Zig:10   | Noticed Xymp the pandemonium lord
265106 | Zig:10   | Killed Joxkih the pandemonium lord
265106 | Zig:10   | Killed Xymp the pandemonium lord
265106 | Zig:10   | Killed Tofiweid the pandemonium lord
265106 | Zig:10   | Killed Harphume the pandemonium lord
265106 | Zig:10   | Noticed Teuveill the pandemonium lord
265106 | Zig:10   | Noticed Kosallonk the pandemonium lord
265107 | Zig:10   | Killed Budage the pandemonium lord
265107 | Zig:10   | Killed Ijan the pandemonium lord
265107 | Zig:10   | Noticed Cikuthrits the pandemonium lord
265107 | Zig:10   | Noticed Irokhe the pandemonium lord
265107 | Zig:10   | Noticed Xucuf the pandemonium lord
265108 | Zig:10   | Killed Innapn the pandemonium lord
265108 | Zig:10   | Killed Tukkutto the pandemonium lord
265108 | Zig:10   | Killed Axke the pandemonium lord
265108 | Zig:10   | Noticed Zeaduil the pandemonium lord
265109 | Zig:10   | Noticed Itafojuc the pandemonium lord
265109 | Zig:10   | Killed Qoozxett the pandemonium lord
265109 | Zig:10   | Noticed Basuh the pandemonium lord
265109 | Zig:10   | Noticed Ynneloo the pandemonium lord
265110 | Zig:10   | Noticed Ejeaqis the pandemonium lord
265111 | Zig:10   | Killed Kosallonk the pandemonium lord
265111 | Zig:10   | Killed Zeaduil the pandemonium lord
265111 | Zig:10   | Killed Basuh the pandemonium lord
265111 | Zig:10   | Killed Cikuthrits the pandemonium lord
265111 | Zig:10   | Noticed Wupp the pandemonium lord
265111 | Zig:10   | Noticed Xaddot the pandemonium lord
265112 | Zig:10   | Noticed Rutecvuz the pandemonium lord
265113 | Zig:10   | Noticed Wympaop the pandemonium lord
265113 | Zig:10   | Killed Wupp the pandemonium lord
265113 | Zig:10   | Noticed Biotuac the pandemonium lord
265113 | Zig:10   | Noticed Sanyry the pandemonium lord
265114 | Zig:10   | Killed Xadywah the pandemonium lord
265114 | Zig:10   | Killed Ejeaqis the pandemonium lord
265114 | Zig:10   | Killed Xaddot the pandemonium lord
265114 | Zig:10   | Killed Teuveill the pandemonium lord
265115 | Zig:10   | Killed Itafojuc the pandemonium lord
265115 | Zig:10   | Killed Pugoih the pandemonium lord
265115 | Zig:10   | Killed Irokhe the pandemonium lord
265115 | Zig:10   | Killed Sanyry the pandemonium lord
265116 | Zig:10   | Noticed Ymin the pandemonium lord
265116 | Zig:10   | Noticed Jeregegy the pandemonium lord
265116 | Zig:10   | Noticed Hafaesch the pandemonium lord
265116 | Zig:10   | Noticed Futry the pandemonium lord
265116 | Zig:10   | Noticed Veukhlal the pandemonium lord
265116 | Zig:10   | Noticed Astocea the pandemonium lord
265116 | Zig:10   | Noticed Eboiq the pandemonium lord
265116 | Zig:10   | Noticed Ritemaj the pandemonium lord
265116 | Zig:10   | Noticed Rempiuf the pandemonium lord
265116 | Zig:10   | Noticed Negyb the pandemonium lord
265116 | Zig:10   | Noticed Haus the pandemonium lord
265117 | Zig:10   | Noticed Yqueh the pandemonium lord
265117 | Zig:10   | Noticed Duirel the pandemonium lord
265117 | Zig:10   | Noticed Bateqy the pandemonium lord
265117 | Zig:10   | Killed Rutecvuz the pandemonium lord
265117 | Zig:10   | Killed Veukhlal the pandemonium lord
265117 | Zig:10   | Killed Biotuac the pandemonium lord
265117 | Zig:10   | Killed Ynneloo the pandemonium lord
265118 | Zig:10   | Killed Haus the pandemonium lord
265118 | Zig:10   | Killed Futry the pandemonium lord
265118 | Zig:10   | Killed Xucuf the pandemonium lord
265119 | Zig:10   | Killed Yqueh the pandemonium lord
265119 | Zig:10   | Killed Wympaop the pandemonium lord
265119 | Zig:10   | Killed Duirel the pandemonium lord
265120 | Zig:10   | Killed Ymin the pandemonium lord
265120 | Zig:10   | Killed Ritemaj the pandemonium lord
265120 | Zig:10   | Killed Hafaesch the pandemonium lord
265120 | Zig:10   | Noticed Muguampuaru the pandemonium lord
265120 | Zig:10   | Noticed Vypsul the pandemonium lord
265120 | Zig:10   | Noticed Duyzo the pandemonium lord
265121 | Zig:10   | Noticed Jaacwushro the pandemonium lord
265122 | Zig:10   | Killed Astocea the pandemonium lord
265122 | Zig:10   | Killed Jaacwushro the pandemonium lord
265122 | Zig:10   | Killed Muguampuaru the pandemonium lord
265123 | Zig:10   | Killed Eboiq the pandemonium lord
265123 | Zig:10   | Noticed Ukli the pandemonium lord
265124 | Zig:10   | Killed Duyzo the pandemonium lord
265124 | Zig:10   | Noticed Tewaeny the pandemonium lord
265125 | Zig:10   | Noticed Qavicaice the pandemonium lord
265125 | Zig:10   | Killed Negyb the pandemonium lord
265125 | Zig:10   | Killed Bateqy the pandemonium lord
265125 | Zig:10   | Killed Rempiuf the pandemonium lord
265126 | Zig:10   | Killed Jeregegy the pandemonium lord
265127 | Zig:10   | Noticed Tuppoff the pandemonium lord
265129 | Zig:10   | Killed Ukli the pandemonium lord
265130 | Zig:10   | Killed Tuppoff the pandemonium lord
265131 | Zig:10   | Killed Tewaeny the pandemonium lord
265133 | Zig:10   | Killed Qavicaice the pandemonium lord
265136 | Zig:10   | Killed Vypsul the pandemonium lord
265136 | Zig:10   | Noticed Horuruzo the pandemonium lord
265140 | Zig:10   | Killed Horuruzo the pandemonium lord
265149 | Zig:10   | Noticed Raar the pandemonium lord
265154 | Zig:10   | Killed Raar the pandemonium lord
265392 | Zig:10   | Found the +0 pair of fencer's gloves {Riposte Dex+3}
265421 | Zig:10   | Identified the ring of Culammas {rPois EV+5 Dex+5 SInv}
265453 | Zig:11   | Entered Level 11 of a ziggurat
265512 | Zig:11   | Identified the +1 shortbow of Destiny {speed, SInv}
265519 | Zig:11   | Identified the +1 robe of Qeeroas {rC+ Int+2}
265537 | Zig:11   | Identified the +7 crystal plate armour of Honesty {rElec
                  | rC+}
265539 | Zig:11   | Identified the +5 shortbow "Fanioxa" {elec, rElec rC+ rN+
                  | Will+}
265897 | Zig:12   | Entered Level 12 of a ziggurat
265897 | Zig:12   | Noticed an ancient lich
265897 | Zig:12   | Noticed an ancient lich
265897 | Zig:12   | Noticed an ancient lich
265897 | Zig:12   | Noticed an ancient lich
265897 | Zig:12   | Noticed an ancient lich
265898 | Zig:12   | Killed an ancient lich
265898 | Zig:12   | Killed an ancient lich
265898 | Zig:12   | Killed an ancient lich
265899 | Zig:12   | Killed an ancient lich
265899 | Zig:12   | Noticed an ancient lich
265899 | Zig:12   | Noticed an ancient lich
265899 | Zig:12   | Noticed an ancient lich
265900 | Zig:12   | Killed an ancient lich
265900 | Zig:12   | Killed an ancient lich
265900 | Zig:12   | Killed an ancient lich
265900 | Zig:12   | Killed an ancient lich
265900 | Zig:12   | Noticed an ancient lich
265901 | Zig:12   | Killed an ancient lich
265902 | Zig:12   | Noticed an ancient lich
265902 | Zig:12   | Noticed an ancient lich
265904 | Zig:12   | Noticed an ancient lich
265905 | Zig:12   | Noticed an ancient lich
265905 | Zig:12   | Noticed an ancient lich
265905 | Zig:12   | Noticed an ancient lich
265905 | Zig:12   | Noticed an ancient lich
265906 | Zig:12   | Killed an ancient lich
265906 | Zig:12   | Killed an ancient lich
265906 | Zig:12   | Killed an ancient lich
265906 | Zig:12   | Killed an ancient lich
265906 | Zig:12   | Killed an ancient lich
265908 | Zig:12   | Killed an ancient lich
265908 | Zig:12   | Killed an ancient lich
265909 | Zig:12   | Noticed an ancient lich
265910 | Zig:12   | Noticed an ancient lich
265912 | Zig:12   | Killed an ancient lich
265913 | Zig:12   | Killed an ancient lich
265915 | Zig:12   | Noticed an ancient lich
265924 | Zig:12   | Killed an ancient lich
266268 | Zig:12   | Identified the +9 dagger of Latyejadd {antimagic, +Blink
                  | rC+ SInv}
266299 | Zig:12   | Identified the +1 mace of the Boiling Point {pain, *Corrode
                  | rElec rF- rC+++}
266304 | Zig:12   | Identified the +1 helmet of Resourcefulness {rC+ Will-
                  | Regen+ Str+6}
266340 | Zig:13   | Entered Level 13 of a ziggurat
266340 | Zig:13   | Noticed a dread lich
266340 | Zig:13   | Noticed a dread lich
266340 | Zig:13   | Noticed a dread lich
266340 | Zig:13   | Noticed a dread lich
266340 | Zig:13   | Noticed an ancient lich
266340 | Zig:13   | Noticed a dread lich
266340 | Zig:13   | Noticed a dread lich
266340 | Zig:13   | Noticed an ancient lich
266340 | Zig:13   | Noticed a dread lich
266340 | Zig:13   | Noticed a dread lich
266340 | Zig:13   | Noticed a dread lich
266340 | Zig:13   | Noticed a dread lich
266340 | Zig:13   | Noticed an ancient lich
266340 | Zig:13   | Noticed a dread lich
266340 | Zig:13   | Noticed a dread lich
266340 | Zig:13   | Noticed an ancient lich
266340 | Zig:13   | Noticed an ancient lich
266340 | Zig:13   | Noticed an ancient lich
266340 | Zig:13   | Noticed a dread lich
266340 | Zig:13   | Noticed a dread lich
266340 | Zig:13   | Noticed a dread lich
266341 | Zig:13   | Killed an ancient lich
266341 | Zig:13   | Killed a dread lich
266341 | Zig:13   | Killed a dread lich
266341 | Zig:13   | Killed a dread lich
266341 | Zig:13   | Killed a dread lich
266341 | Zig:13   | Killed an ancient lich
266341 | Zig:13   | Killed a dread lich
266341 | Zig:13   | Killed a dread lich
266341 | Zig:13   | Killed a dread lich
266341 | Zig:13   | Killed a dread lich
266342 | Zig:13   | Killed a dread lich
266342 | Zig:13   | Killed an ancient lich
266342 | Zig:13   | Killed an ancient lich
266342 | Zig:13   | Killed an ancient lich
266342 | Zig:13   | Killed a dread lich
266342 | Zig:13   | Killed a dread lich
266342 | Zig:13   | Killed an ancient lich
266342 | Zig:13   | Killed a dread lich
266342 | Zig:13   | Killed a dread lich
266342 | Zig:13   | Killed a dread lich
266342 | Zig:13   | Killed a dread lich
266342 | Zig:13   | Noticed a dread lich
266342 | Zig:13   | Noticed a dread lich
266342 | Zig:13   | Noticed an ancient lich
266343 | Zig:13   | Noticed a dread lich
266343 | Zig:13   | Noticed an ancient lich
266343 | Zig:13   | Noticed a dread lich
266343 | Zig:13   | Noticed a dread lich
266343 | Zig:13   | Noticed a dread lich
266343 | Zig:13   | Noticed a dread lich
266343 | Zig:13   | Noticed an ancient lich
266343 | Zig:13   | Noticed a dread lich
266343 | Zig:13   | Noticed a dread lich
266344 | Zig:13   | Noticed an ancient lich
266344 | Zig:13   | Noticed a dread lich
266344 | Zig:13   | Killed a dread lich
266344 | Zig:13   | Killed a dread lich
266344 | Zig:13   | Killed a dread lich
266344 | Zig:13   | Killed a dread lich
266345 | Zig:13   | Killed a dread lich
266345 | Zig:13   | Killed a dread lich
266345 | Zig:13   | Killed a dread lich
266345 | Zig:13   | Killed an ancient lich
266345 | Zig:13   | Killed a dread lich
266345 | Zig:13   | Killed a dread lich
266345 | Zig:13   | Killed a dread lich
266345 | Zig:13   | Noticed an ancient lich
266345 | Zig:13   | Noticed a dread lich
266345 | Zig:13   | Noticed a dread lich
266345 | Zig:13   | Noticed an ancient lich
266345 | Zig:13   | Noticed a dread lich
266345 | Zig:13   | Noticed a dread lich
266346 | Zig:13   | Noticed an ancient lich
266346 | Zig:13   | Noticed a dread lich
266346 | Zig:13   | Noticed a dread lich
266346 | Zig:13   | Noticed an ancient lich
266346 | Zig:13   | Noticed an ancient lich
266347 | Zig:13   | Killed an ancient lich
266347 | Zig:13   | Killed a dread lich
266347 | Zig:13   | Killed an ancient lich
266347 | Zig:13   | Killed an ancient lich
266347 | Zig:13   | Killed an ancient lich
266347 | Zig:13   | Killed an ancient lich
266347 | Zig:13   | Killed a dread lich
266347 | Zig:13   | Killed a dread lich
266347 | Zig:13   | Killed a dread lich
266348 | Zig:13   | Noticed an ancient lich
266348 | Zig:13   | Noticed an ancient lich
266348 | Zig:13   | Noticed an ancient lich
266348 | Zig:13   | Noticed an ancient lich
266349 | Zig:13   | Noticed an ancient lich
266349 | Zig:13   | Noticed an ancient lich
266349 | Zig:13   | Noticed an ancient lich
266349 | Zig:13   | Noticed a dread lich
266349 | Zig:13   | Noticed a dread lich
266349 | Zig:13   | Noticed a dread lich
266349 | Zig:13   | Noticed a dread lich
266350 | Zig:13   | Killed an ancient lich
266350 | Zig:13   | Killed an ancient lich
266350 | Zig:13   | Killed a dread lich
266350 | Zig:13   | Killed an ancient lich
266350 | Zig:13   | Killed a dread lich
266350 | Zig:13   | Killed an ancient lich
266350 | Zig:13   | Killed an ancient lich
266350 | Zig:13   | Killed an ancient lich
266350 | Zig:13   | Killed a dread lich
266350 | Zig:13   | Killed an ancient lich
266351 | Zig:13   | Noticed a dread lich
266351 | Zig:13   | Noticed an ancient lich
266352 | Zig:13   | Noticed a dread lich
266352 | Zig:13   | Killed a dread lich
266352 | Zig:13   | Killed a dread lich
266352 | Zig:13   | Killed a dread lich
266352 | Zig:13   | Killed an ancient lich
266352 | Zig:13   | Killed an ancient lich
266352 | Zig:13   | Killed a dread lich
266353 | Zig:13   | Killed an ancient lich
266353 | Zig:13   | Killed a dread lich
266353 | Zig:13   | Killed an ancient lich
266353 | Zig:13   | Noticed a dread lich
266354 | Zig:13   | Killed a dread lich
266357 | Zig:13   | Noticed a dread lich
266357 | Zig:13   | Noticed an ancient lich
266359 | Zig:13   | Killed an ancient lich
266359 | Zig:13   | Killed a dread lich
266453 | Zig:13   | Identified the +8 scale mail of Zamos {^Drain Regen+ rCorr
                  | Int+2}
266460 | Zig:13   | Identified the ring "Nimn" {rC+ Str+4 Dex+3}
266466 | Zig:13   | Identified the +5 war axe of Sulis {spect, *Noise rPois
                  | Str+6}
266837 | Zig:14   | Entered Level 14 of a ziggurat
267340 | Zig:14   | Identified the +3 plate armour "Qoxzej" {rPois Str-5 Dex+4
                  | SInv}
267347 | Zig:14   | Identified the staff "Ejulit" {rF+ rN+ Int+2 Conj Summ
                  | Necro}
267357 | Zig:14   | Identified the staff "Nacluri" {rF+ rN+ Stlth+ Fire}
267358 | Zig:14   | Identified the +5 sling of Paper {speed, Fly rCorr Dex+2
                  | Stlth-}
267360 | Zig:14   | Identified the ring of Monotheism {Wiz rCorr Str+6}
267376 | Zig:14   | Identified the +3 broad axe "Jivuaca" {freeze, ^Fragile
                  | rPois Will+ rCorr}
267379 | Zig:14   | Identified the +1 scale mail "Fysuw" {rElec Str+2}
267392 | Zig:14   | Identified the staff "Puej" {rN+ Int+4 Dex+3 Necro}
267397 | Zig:14   | Identified the +4 sling of the Two Names {heavy, Will+
                  | Int+2 Dex+2}
267403 | Zig:14   | Identified the ring of Xearhas {MP+9 EV+5 Str+5}
267459 | Zig:15   | Entered Level 15 of a ziggurat
267524 | Zig:15   | Identified the staff "Zixef" {rElec Int+6 Dex-5 SInv Air
                  | Earth}
267530 | Zig:15   | Identified the ring of Fegruc {Str+6 Dex+4}
268061 | Zig:16   | Entered Level 16 of a ziggurat
268061 | Zig:16   | Noticed Ussulutyn's ghost (legendary DsFi)
268061 | Zig:16   | Noticed Mibih's ghost (legendary DjAE)
268061 | Zig:16   | Noticed Mibih's ghost (legendary DjAE)
268061 | Zig:16   | Noticed Omay's ghost (master MiFi)
268061 | Zig:16   | Noticed Suwusiqo's ghost (legendary DjCj)
268061 | Zig:16   | Noticed Feuw's ghost (veteran MiBe)
268061 | Zig:16   | Noticed Lagif's ghost (legendary MiFi)
268061 | Zig:16   | Noticed Coyd's ghost (legendary HOMo)
268061 | Zig:16   | Noticed Oxtuo's ghost (legendary DECj)
268063 | Zig:16   | Noticed Mibih's ghost (legendary DjAE)
268063 | Zig:16   | Noticed Lagif's ghost (legendary MiFi)
268064 | Zig:16   | Noticed Mibih's ghost (legendary DjAE)
268066 | Zig:16   | Noticed Ging's ghost (legendary OnFi)
268066 | Zig:16   | Noticed Ini Deriu's ghost (legendary DECj)
268066 | Zig:16   | Noticed Lagif's ghost (legendary MiFi)
268067 | Zig:16   | Noticed Canwutygu's ghost (veteran MiFi)
268067 | Zig:16   | Noticed Mibih's ghost (legendary DjAE)
268068 | Zig:16   | Killed Lagif's ghost
268068 | Zig:16   | Killed Lagif's ghost
268069 | Zig:16   | Noticed Mibih's ghost (legendary DjAE)
268069 | Zig:16   | Noticed Suwusiqo's ghost (legendary DjCj)
268069 | Zig:16   | Noticed Feuw's ghost (veteran MiBe)
268070 | Zig:16   | Killed Mibih's ghost
268070 | Zig:16   | Killed Mibih's ghost
268070 | Zig:16   | Killed Oxtuo's ghost
268070 | Zig:16   | Noticed Ini Deriu's ghost (legendary DECj)
268070 | Zig:16   | Noticed Bines's ghost (legendary OpSh)
268071 | Zig:16   | Killed Mibih's ghost
268071 | Zig:16   | Killed Mibih's ghost
268072 | Zig:16   | Killed Coyd's ghost
268072 | Zig:16   | Noticed Lagif's ghost (legendary MiFi)
268072 | Zig:16   | Noticed Coyd's ghost (legendary HOMo)
268072 | Zig:16   | Noticed Coyd's ghost (legendary HOMo)
268073 | Zig:16   | Noticed Suwusiqo's ghost (legendary DjCj)
268074 | Zig:16   | Noticed Ging's ghost (legendary OnFi)
268075 | Zig:16   | Killed Mibih's ghost
268075 | Zig:16   | Noticed Ometuamn's ghost (legendary OnSh)
268075 | Zig:16   | Noticed Ging's ghost (legendary OnFi)
268075 | Zig:16   | Noticed Ussulutyn's ghost (legendary DsFi)
268075 | Zig:16   | Noticed Duta's ghost (legendary FoHu)
268076 | Zig:16   | Noticed Oxtuo's ghost (legendary DECj)
268077 | Zig:16   | Killed Mibih's ghost
268077 | Zig:16   | Killed Ini Deriu's ghost
268078 | Zig:16   | Killed Omay's ghost
268078 | Zig:16   | Killed Ussulutyn's ghost
268078 | Zig:16   | Killed Feuw's ghost
268078 | Zig:16   | Killed Suwusiqo's ghost
268078 | Zig:16   | Noticed Oxtuo's ghost (legendary DECj)
268078 | Zig:16   | Noticed Ini Deriu's ghost (legendary DECj)
268078 | Zig:16   | Noticed Ging's ghost (legendary OnFi)
268078 | Zig:16   | Killed Lagif's ghost
268078 | Zig:16   | Killed Duta's ghost
268078 | Zig:16   | Killed Ging's ghost
268078 | Zig:16   | Noticed Hoiham's ghost (legendary MiFi)
268078 | Zig:16   | Noticed Ussulutyn's ghost (legendary DsFi)
268078 | Zig:16   | Noticed Hoiham's ghost (legendary MiFi)
268080 | Zig:16   | Killed Coyd's ghost
268080 | Zig:16   | Killed Hoiham's ghost
268081 | Zig:16   | Noticed Feuw's ghost (veteran MiBe)
268081 | Zig:16   | Noticed Duta's ghost (legendary FoHu)
268081 | Zig:16   | Noticed Ini Deriu's ghost (legendary DECj)
268082 | Zig:16   | Killed Hoiham's ghost
268083 | Zig:16   | Killed Oxtuo's ghost
268084 | Zig:16   | Noticed Mibih's ghost (legendary DjAE)
268084 | Zig:16   | Noticed Hoiham's ghost (legendary MiFi)
268084 | Zig:16   | Noticed Mibih's ghost (legendary DjAE)
268084 | Zig:16   | Noticed Ysol's ghost (legendary OpHW)
268084 | Zig:16   | Noticed Ging's ghost (legendary OnFi)
268084 | Zig:16   | Noticed Oxtuo's ghost (legendary DECj)
268084 | Zig:16   | Noticed Mibih's ghost (legendary DjAE)
268084 | Zig:16   | Noticed Canwutygu's ghost (veteran MiFi)
268084 | Zig:16   | Noticed Mibih's ghost (legendary DjAE)
268084 | Zig:16   | Noticed Feuw's ghost (veteran MiBe)
268084 | Zig:16   | Noticed Ysol's ghost (legendary OpHW)
268084 | Zig:16   | Noticed Tejiel's ghost (legendary GrFi)
268084 | Zig:16   | Noticed Omay's ghost (master MiFi)
268084 | Zig:16   | Noticed Ini Deriu's ghost (legendary DECj)
268084 | Zig:16   | Noticed Tejiel's ghost (legendary GrFi)
268084 | Zig:16   | Noticed Oxtuo's ghost (legendary DECj)
268084 | Zig:16   | Noticed Mibih's ghost (legendary DjAE)
268084 | Zig:16   | Found the +3 Mad Mage's Maulers {Infuse+∞ VampMP -Cast}
268084 | Zig:16   | Found the ring of the Octopus King
268085 | Zig:16   | Noticed Hoiham's ghost (legendary MiFi)
268085 | Zig:16   | Noticed Ini Deriu's ghost (legendary DECj)
268086 | Zig:16   | Noticed Lagif's ghost (legendary MiFi)
268086 | Zig:17   | Entered Level 17 of a ziggurat
268086 | Zig:17   | Noticed Maoritsimus the pandemonium lord
268086 | Zig:17   | Noticed Rokauviwk the pandemonium lord
268086 | Zig:17   | Noticed Rucwor the pandemonium lord
268086 | Zig:17   | Noticed Sar Ost the pandemonium lord
268086 | Zig:17   | Noticed Jaarevvo the pandemonium lord
268086 | Zig:17   | Noticed Vuin Past the pandemonium lord
268086 | Zig:17   | Noticed Odiptuu the pandemonium lord
268086 | Zig:17   | Noticed Wegg the pandemonium lord
268086 | Zig:17   | Noticed Zoaroh the pandemonium lord
268086 | Zig:17   | Noticed Loaf the pandemonium lord
268086 | Zig:17   | Noticed Vaeluf the pandemonium lord
268086 | Zig:17   | Noticed Hoysucen the pandemonium lord
268086 | Zig:17   | Noticed Pizaqi the pandemonium lord
268086 | Zig:17   | Noticed Feutor the pandemonium lord
268086 | Zig:17   | Noticed Liorgh the pandemonium lord
268086 | Zig:17   | Noticed Plog the pandemonium lord
268086 | Zig:17   | Noticed Gotitor the pandemonium lord
268086 | Zig:17   | Noticed Qumm the pandemonium lord
268086 | Zig:17   | Noticed Quiganor the pandemonium lord
268086 | Zig:17   | Noticed Loniniqi the pandemonium lord
268086 | Zig:17   | Noticed Muuneddai the pandemonium lord
268086 | Zig:17   | Noticed Gablywum the pandemonium lord
268086 | Zig:17   | Noticed Toeceg the pandemonium lord
268086 | Zig:17   | Noticed Boriybo the pandemonium lord
268086 | Zig:17   | Noticed Fistrisy the pandemonium lord
268086 | Zig:17   | Noticed Rihocetz the pandemonium lord
268086 | Zig:17   | Noticed Gacsiut the pandemonium lord
268086 | Zig:17   | Noticed Jupeasesea the pandemonium lord
268086 | Zig:17   | Noticed Sepreah the pandemonium lord
268086 | Zig:17   | Noticed Dega the pandemonium lord
268086 | Zig:17   | Noticed Eblits the pandemonium lord
268086 | Zig:17   | Noticed Naerud the pandemonium lord
268086 | Zig:17   | Noticed Koepsisy the pandemonium lord
268086 | Zig:17   | Noticed Jujidwyc the pandemonium lord
268086 | Zig:17   | Noticed Yrylawn the pandemonium lord
268086 | Zig:17   | Noticed Natiymp the pandemonium lord
268086 | Zig:17   | Noticed Wohuafek the pandemonium lord
268086 | Zig:17   | Noticed Ytick the pandemonium lord
268088 | Zig:17   | Noticed Veamnahe the pandemonium lord
268088 | Zig:17   | Killed Vuin Past the pandemonium lord
268088 | Zig:17   | Killed Zoaroh the pandemonium lord
268088 | Zig:17   | Killed Rokauviwk the pandemonium lord
268088 | Zig:17   | Killed Wegg the pandemonium lord
268088 | Zig:17   | Killed Pizaqi the pandemonium lord
268088 | Zig:17   | Killed Loaf the pandemonium lord
268088 | Zig:17   | Killed Hoysucen the pandemonium lord
268088 | Zig:17   | Killed Gablywum the pandemonium lord
268088 | Zig:17   | Killed Feutor the pandemonium lord
268088 | Zig:17   | Killed Fistrisy the pandemonium lord
268088 | Zig:17   | Killed Sepreah the pandemonium lord
268088 | Zig:17   | Killed Boriybo the pandemonium lord
268088 | Zig:17   | Killed Ytick the pandemonium lord
268088 | Zig:17   | Killed Wohuafek the pandemonium lord
268088 | Zig:17   | Noticed Satiosagg the pandemonium lord
268088 | Zig:17   | Noticed Mubir the pandemonium lord
268088 | Zig:17   | Noticed Hybisat the pandemonium lord
268089 | Zig:17   | Noticed Qoawyic the pandemonium lord
268089 | Zig:17   | Killed Yrylawn the pandemonium lord
268089 | Zig:17   | Noticed Rena Zac the pandemonium lord
268090 | Zig:17   | Killed Vaeluf the pandemonium lord
268090 | Zig:17   | Killed Jupeasesea the pandemonium lord
268090 | Zig:17   | Killed Maoritsimus the pandemonium lord
268090 | Zig:17   | Killed Eblits the pandemonium lord
268090 | Zig:17   | Killed Qoawyic the pandemonium lord
268090 | Zig:17   | Killed Jaarevvo the pandemonium lord
268090 | Zig:17   | Killed Naerud the pandemonium lord
268090 | Zig:17   | Killed Qumm the pandemonium lord
268090 | Zig:17   | Killed Muuneddai the pandemonium lord
268090 | Zig:17   | Killed Rihocetz the pandemonium lord
268090 | Zig:17   | Killed Dega the pandemonium lord
268090 | Zig:17   | Noticed Ongugaki the pandemonium lord
268090 | Zig:17   | Noticed Xamazaci the pandemonium lord
268091 | Zig:17   | Killed Natiymp the pandemonium lord
268091 | Zig:17   | Noticed Ulokken the pandemonium lord
268092 | Zig:17   | Killed Quiganor the pandemonium lord
268092 | Zig:17   | Noticed Dookk the pandemonium lord
268092 | Zig:17   | Noticed Hetuse the pandemonium lord
268093 | Zig:17   | Killed Gotitor the pandemonium lord
268093 | Zig:17   | Noticed Zelidad the pandemonium lord
268093 | Zig:17   | Noticed Hemaet the pandemonium lord
268093 | Zig:17   | Noticed Inuo the pandemonium lord
268093 | Zig:17   | Noticed Extiufu the pandemonium lord
268093 | Zig:17   | Noticed Qoxipn the pandemonium lord
268093 | Zig:17   | Noticed Kuumeg the pandemonium lord
268093 | Zig:17   | Noticed Govuyruh the pandemonium lord
268093 | Zig:17   | Noticed Helure the pandemonium lord
268093 | Zig:17   | Noticed Peptor the pandemonium lord
268093 | Zig:17   | Noticed Samauck the pandemonium lord
268093 | Zig:17   | Noticed Isisum the pandemonium lord
268093 | Zig:17   | Noticed Diud the pandemonium lord
268093 | Zig:17   | Noticed Juhosh the pandemonium lord
268093 | Zig:17   | Noticed Ezo Goh the pandemonium lord
268093 | Zig:17   | Noticed Xool the pandemonium lord
268093 | Zig:17   | Noticed Ohafuzxe the pandemonium lord
268093 | Zig:17   | Noticed Cuazue the pandemonium lord
268093 | Zig:17   | Noticed Kedeh the pandemonium lord
268093 | Zig:17   | Noticed Ileub the pandemonium lord
268093 | Zig:17   | Noticed Irall the pandemonium lord
268093 | Zig:17   | Noticed Nizouxt the pandemonium lord
268093 | Zig:17   | Noticed Rodat the pandemonium lord
268093 | Zig:17   | Noticed Uciq the pandemonium lord
268093 | Zig:17   | Noticed Zirenec the pandemonium lord
268093 | Zig:17   | Noticed Socsuh the pandemonium lord
268093 | Zig:17   | Noticed Otutwi the pandemonium lord
268093 | Zig:17   | Noticed Fuatulle the pandemonium lord
268093 | Zig:17   | Noticed Xeedajun the pandemonium lord
268093 | Zig:17   | Noticed Gene the pandemonium lord
268093 | Zig:17   | Noticed Plog the pandemonium lord
268093 | Zig:17   | Noticed Kigon the pandemonium lord
268096 | Zig:17   | Killed Dookk the pandemonium lord
268096 | Zig:17   | Killed Kedeh the pandemonium lord
268096 | Zig:17   | Killed Uciq the pandemonium lord
268096 | Zig:17   | Killed Rucwor the pandemonium lord
268096 | Zig:17   | Killed Xamazaci the pandemonium lord
268096 | Zig:17   | Killed Rena Zac the pandemonium lord
268096 | Zig:17   | Killed Mubir the pandemonium lord
268097 | Zig:17   | Killed Hybisat the pandemonium lord
268097 | Zig:17   | Killed Ongugaki the pandemonium lord
268097 | Zig:17   | Killed Gacsiut the pandemonium lord
268100 | Zig:17   | Noticed Bedox the pandemonium lord
268103 | Zig:17   | Killed Jujidwyc the pandemonium lord
268103 | Zig:17   | Killed Xeedajun the pandemonium lord
268103 | Zig:17   | Killed Zelidad the pandemonium lord
268103 | Zig:17   | Killed Otutwi the pandemonium lord
268103 | Zig:17   | Killed Hemaet the pandemonium lord
268103 | Zig:17   | Killed Odiptuu the pandemonium lord
268103 | Zig:17   | Killed Cuazue the pandemonium lord
268103 | Zig:17   | Killed Nizouxt the pandemonium lord
268103 | Zig:17   | Killed Plog the pandemonium lord
268103 | Zig:17   | Killed Plog the pandemonium lord
268103 | Zig:17   | Noticed a juggernaut
268104 | Zig:17   | Killed Qoxipn the pandemonium lord
268104 | Zig:17   | Killed Socsuh the pandemonium lord
268104 | Zig:17   | Killed Satiosagg the pandemonium lord
268104 | Zig:17   | Killed Hetuse the pandemonium lord
268104 | Zig:17   | Killed Koepsisy the pandemonium lord
268105 | Zig:17   | Killed Toeceg the pandemonium lord
268105 | Zig:17   | Noticed Niphaysiso the pandemonium lord
268106 | Zig:17   | Killed Loniniqi the pandemonium lord
268106 | Zig:17   | Killed Bedox the pandemonium lord
268106 | Zig:17   | Killed Liorgh the pandemonium lord
268106 | Zig:17   | Killed Sar Ost the pandemonium lord
268106 | Zig:17   | Killed Ileub the pandemonium lord
268106 | Zig:17   | Killed a juggernaut
268106 | Zig:17   | Killed Irall the pandemonium lord
268106 | Zig:17   | Noticed Gabaxyto the pandemonium lord
268106 | Zig:17   | Noticed Toss the pandemonium lord
268107 | Zig:17   | Noticed Fewkea the pandemonium lord
268107 | Zig:17   | Killed Isisum the pandemonium lord
268107 | Zig:17   | Killed Fuatulle the pandemonium lord
268107 | Zig:17   | Killed Extiufu the pandemonium lord
268107 | Zig:17   | Killed Kuumeg the pandemonium lord
268107 | Zig:17   | Killed Rodat the pandemonium lord
268107 | Zig:17   | Killed Gabaxyto the pandemonium lord
268108 | Zig:17   | Noticed Kevut the pandemonium lord
268109 | Zig:17   | Noticed Fasutub the pandemonium lord
268109 | Zig:17   | Noticed Rechest the pandemonium lord
268109 | Zig:17   | Noticed Nery the pandemonium lord
268109 | Zig:17   | Noticed Eprogeob the pandemonium lord
268109 | Zig:17   | Noticed Vegara the pandemonium lord
268109 | Zig:17   | Noticed Xushyti the pandemonium lord
268109 | Zig:17   | Noticed Kiolosch the pandemonium lord
268109 | Zig:17   | Noticed Geynuaz the pandemonium lord
268109 | Zig:17   | Noticed Vuawnul the pandemonium lord
268109 | Zig:17   | Noticed Sigaemm the pandemonium lord
268109 | Zig:17   | Noticed Cuidghor the pandemonium lord
268110 | Zig:17   | Noticed Biqiococs the pandemonium lord
268110 | Zig:17   | Killed Rechest the pandemonium lord
268110 | Zig:17   | Killed Peptor the pandemonium lord
268110 | Zig:17   | Killed Vuawnul the pandemonium lord
268110 | Zig:17   | Killed Toss the pandemonium lord
268110 | Zig:17   | Killed Veamnahe the pandemonium lord
268110 | Zig:17   | Noticed Zoyq the pandemonium lord
268110 | Zig:17   | Noticed Jujaucve the pandemonium lord
268110 | Zig:17   | Killed Vegara the pandemonium lord
268111 | Zig:17   | Killed Helure the pandemonium lord
268111 | Zig:17   | Killed Xushyti the pandemonium lord
268111 | Zig:17   | Killed Biqiococs the pandemonium lord
268111 | Zig:17   | Killed Xool the pandemonium lord
268111 | Zig:17   | Noticed Joehacw the pandemonium lord
268112 | Zig:17   | Noticed Oxacke the pandemonium lord
268112 | Zig:17   | Killed Jujaucve the pandemonium lord
268112 | Zig:17   | Killed Sigaemm the pandemonium lord
268112 | Zig:17   | Killed Samauck the pandemonium lord
268112 | Zig:17   | Killed Ohafuzxe the pandemonium lord
268112 | Zig:17   | Killed Eprogeob the pandemonium lord
268112 | Zig:17   | Killed Igaschie the pandemonium lord
268112 | Zig:17   | Killed Joehacw the pandemonium lord
268112 | Zig:17   | Killed Ezo Goh the pandemonium lord
268113 | Zig:17   | Noticed Jetonleh the pandemonium lord
268113 | Zig:17   | Killed Kevut the pandemonium lord
268113 | Zig:17   | Noticed Ryjerec the pandemonium lord
268113 | Zig:17   | Noticed Suzurgh the pandemonium lord
268113 | Zig:17   | Noticed Nariowich the pandemonium lord
268114 | Zig:17   | Killed Inuo the pandemonium lord
268114 | Zig:17   | Killed Kiolosch the pandemonium lord
268114 | Zig:17   | Killed Niphaysiso the pandemonium lord
268114 | Zig:17   | Noticed Xoybiask the pandemonium lord
268114 | Zig:17   | Killed Suzurgh the pandemonium lord
268114 | Zig:17   | Killed Diud the pandemonium lord
268114 | Zig:17   | Killed Gene the pandemonium lord
268114 | Zig:17   | Killed Zirenec the pandemonium lord
268114 | Zig:17   | Killed Govuyruh the pandemonium lord
268114 | Zig:17   | Killed Xoybiask the pandemonium lord
268114 | Zig:17   | Killed Nery the pandemonium lord
268115 | Zig:17   | Killed Cuidghor the pandemonium lord
268115 | Zig:17   | Killed Zoyq the pandemonium lord
268115 | Zig:17   | Noticed Lykyiv the pandemonium lord
268116 | Zig:17   | Killed Fasutub the pandemonium lord
268116 | Zig:17   | Killed Kigon the pandemonium lord
268116 | Zig:17   | Killed Ulokken the pandemonium lord
268116 | Zig:17   | Noticed Vicw the pandemonium lord
268116 | Zig:17   | Noticed Fettoazi the pandemonium lord
268116 | Zig:17   | Noticed Teov the pandemonium lord
268117 | Zig:17   | Killed Ryjerec the pandemonium lord
268117 | Zig:17   | Killed Geynuaz the pandemonium lord
268117 | Zig:17   | Killed Nariowich the pandemonium lord
268117 | Zig:17   | Killed Fewkea the pandemonium lord
268117 | Zig:17   | Noticed Gety the pandemonium lord
268117 | Zig:17   | Noticed Nyrhotor the pandemonium lord
268117 | Zig:17   | Noticed Gediasir the pandemonium lord
268118 | Zig:17   | Killed Lykyiv the pandemonium lord
268118 | Zig:17   | Killed Juhosh the pandemonium lord
268118 | Zig:17   | Killed Oxacke the pandemonium lord
268118 | Zig:17   | Killed Teov the pandemonium lord
268118 | Zig:17   | Killed Nyrhotor the pandemonium lord
268118 | Zig:17   | Noticed Uscheogu the pandemonium lord
268119 | Zig:17   | Noticed Somau the pandemonium lord
268120 | Zig:17   | Noticed Gock the pandemonium lord
268120 | Zig:17   | Noticed Sirph the pandemonium lord
268121 | Zig:17   | Killed Jetonleh the pandemonium lord
268121 | Zig:17   | Killed Uscheogu the pandemonium lord
268121 | Zig:17   | Noticed Neotum the pandemonium lord
268121 | Zig:17   | Noticed Rafumade the pandemonium lord
268121 | Zig:17   | Noticed Juiph the pandemonium lord
268122 | Zig:17   | Killed Vicw the pandemonium lord
268122 | Zig:17   | Killed Rafumade the pandemonium lord
268122 | Zig:17   | Killed Gock the pandemonium lord
268122 | Zig:17   | Noticed Asobuiz the pandemonium lord
268122 | Zig:17   | Noticed Etotit the pandemonium lord
268123 | Zig:17   | Killed Fettoazi the pandemonium lord
268123 | Zig:17   | Killed Etotit the pandemonium lord
268124 | Zig:17   | Killed Gety the pandemonium lord
268124 | Zig:17   | Noticed Hoshrap the pandemonium lord
268124 | Zig:17   | Noticed Fesku the pandemonium lord
268124 | Zig:17   | Noticed Woet the pandemonium lord
268125 | Zig:17   | Killed Sirph the pandemonium lord
268125 | Zig:17   | Killed Fesku the pandemonium lord
268126 | Zig:17   | Noticed Isogeets the pandemonium lord
268126 | Zig:17   | Noticed Cadukis the pandemonium lord
268126 | Zig:17   | Noticed Paor Wik the pandemonium lord
268126 | Zig:17   | Noticed Bahip the pandemonium lord
268126 | Zig:17   | Noticed Namumyec the pandemonium lord
268127 | Zig:17   | Killed Asobuiz the pandemonium lord
268127 | Zig:17   | Killed Neotum the pandemonium lord
268127 | Zig:17   | Killed Juiph the pandemonium lord
268128 | Zig:17   | Killed Somau the pandemonium lord
268128 | Zig:17   | Killed Gediasir the pandemonium lord
268128 | Zig:17   | Noticed Pestro Viem the pandemonium lord
268128 | Zig:17   | Noticed Izaaxkus the pandemonium lord
268129 | Zig:17   | Killed Woet the pandemonium lord
268129 | Zig:17   | Killed Paor Wik the pandemonium lord
268129 | Zig:17   | Killed Cadukis the pandemonium lord
268129 | Zig:17   | Noticed Xiyvan Xiru the pandemonium lord
268130 | Zig:17   | Killed Pestro Viem the pandemonium lord
268130 | Zig:17   | Killed Namumyec the pandemonium lord
268130 | Zig:17   | Killed Xiyvan Xiru the pandemonium lord
268131 | Zig:17   | Noticed Meutz the pandemonium lord
268131 | Zig:17   | Noticed Ytwyuk the pandemonium lord
268132 | Zig:17   | Killed Meutz the pandemonium lord
268133 | Zig:17   | Noticed Ekasasch the pandemonium lord
268133 | Zig:17   | Noticed Udobaxt the pandemonium lord
268133 | Zig:17   | Noticed Raufi the pandemonium lord
268134 | Zig:17   | Killed Raufi the pandemonium lord
268134 | Zig:17   | Noticed Kohoedo the pandemonium lord
268134 | Zig:17   | Noticed Vacwil the pandemonium lord
268135 | Zig:17   | Killed Isogeets the pandemonium lord
268135 | Zig:17   | Killed Hoshrap the pandemonium lord
268135 | Zig:17   | Killed Ekasasch the pandemonium lord
268135 | Zig:17   | Killed Izaaxkus the pandemonium lord
268136 | Zig:17   | Noticed Deufutik the pandemonium lord
268136 | Zig:17   | Noticed Pirgh the pandemonium lord
268137 | Zig:17   | Killed Kohoedo the pandemonium lord
268137 | Zig:17   | Noticed Beivial the pandemonium lord
268138 | Zig:17   | Killed Udobaxt the pandemonium lord
268139 | Zig:17   | Killed Bahip the pandemonium lord
268139 | Zig:17   | Killed Ytwyuk the pandemonium lord
268140 | Zig:17   | Noticed Hisine the pandemonium lord
268142 | Zig:17   | Killed Hisine the pandemonium lord
268142 | Zig:17   | Killed Deufutik the pandemonium lord
268143 | Zig:17   | Killed Pirgh the pandemonium lord
268143 | Zig:17   | Killed Beivial the pandemonium lord
268143 | Zig:17   | Noticed Koukhligo the pandemonium lord
268144 | Zig:17   | Killed Koukhligo the pandemonium lord
268145 | Zig:17   | Noticed Helaposuro the pandemonium lord
268145 | Zig:17   | Noticed Ogagisko the pandemonium lord
268146 | Zig:17   | Killed Helaposuro the pandemonium lord
268149 | Zig:17   | Killed Vacwil the pandemonium lord
268158 | Zig:17   | Killed Ogagisko the pandemonium lord
268311 | Zig:17   | Identified the +0 scale mail of Caleseus {+Inv rF+ Str+2
                  | Slay-5}
268324 | Zig:17   | Identified the +6 plate armour of Ru's Generosity {Int+7
                  | Dex-4}
268623 | Zig:17   | Upgraded the game from 0.32-a0-599-gba8f9cf90e to
                  | 0.32-a0-612-g1c984fe9d1
268624 | Zig:18   | Entered Level 18 of a ziggurat
268704 | Zig:18   | Noticed a dread lich
268704 | Zig:18   | Killed a dread lich
269078 | Zig:18   | Identified the +6 scale mail of the Desert {+Blink rF+
                  | Will+}
269098 | Zig:18   | Identified the +8 demon whip "Hudilist" {freeze, Will+
                  | Str+3 Int+3}
269101 | Zig:18   | Identified the ring "Qeurosetz" {rF+ Will- Str+4 Dex+3}
269103 | Zig:18   | Identified the death talisman of Resilience {Will+ Slay+3}
269117 | Zig:18   | Identified the +8 spear of Fenorrum {heavy, rPois Will+}
269119 | Zig:18   | Identified the +6 sling "Wutafoob" {antimagic, Int+2}
269126 | Zig:18   | Identified the +2 dagger "Tiarhadu" {drain, Fly rElec
                  | Int+2}
269128 | Zig:18   | Identified the +11 great sword "Impbane" {drain, ^Fragile
                  | rPois rN+++ Dex-5}
269208 | Zig:19   | Entered Level 19 of a ziggurat
269897 | Zig:19   | Identified the +0 falchion of Kuocua {heavy, rElec rPois
                  | Str+5}
269901 | Zig:19   | Identified the +7 quick blade of the Philosopher {freeze,
                  | rElec rC- rN+}
269909 | Zig:19   | Identified the staff of Vengeance {rC+ Dex+3 Tloc Ice}
269916 | Zig:19   | Identified the amulet "Pinwiarch" {Spirit +Blink rPois rF+}
269919 | Zig:19   | Identified the staff of Nouqan {^Drain *Slow rElec rCorr
                  | Conj Air}
269935 | Zig:19   | Identified the +7 sling of Salt {drain, rCorr MP+9}
269939 | Zig:19   | Identified the +11 hand axe "Ibiskoiw" {heavy, rElec Dex+4}
269956 | Zig:20   | Entered Level 20 of a ziggurat
270016 | Zig:20   | Noticed a dread lich
270018 | Zig:20   | Killed a dread lich
270587 | Zig:20   | Identified the +7 war axe of Rubeejus {freeze, rElec rCorr}
270588 | Zig:20   | Identified the +12 shortbow "Mepez" {heavy, rElec rPois
                  | Str-3 Stlth+}
270589 | Zig:20   | Identified the +3 glaive of the Lair of Beasts {holy,
                  | Int+3}
270592 | Zig:20   | Identified the +0 long sword of the Burning Soothsayer
                  | {spect, Int+3}
270606 | Zig:20   | Identified the +3 glaive of Zaseanuf {freeze, Will+ MP+9
                  | Str-2 Dex+4}
270608 | Zig:20   | Identified the ring "Xuceygho" {Fly Will+++ Str-4 Slay-5
                  | Stlth+}
270619 | Zig:21   | Entered Level 21 of a ziggurat
271342 | Zig:21   | Identified the +2 robe of Ygyo {Dex-4 SInv Stlth+ Archmagi}
271343 | Zig:21   | Identified the +6 chain mail of the Lair of Beasts {rPois
                  | Int+2}
271360 | Zig:21   | Identified the +17 crystal plate armour of the Harp
                  | {^Contam rPois Dex+2 SInv}
271393 | Zig:22   | Entered Level 22 of a ziggurat
272025 | Zig:22   | Identified the +8 hand axe "Wefitwim" {elec, rCorr Dex+3}
272034 | Zig:22   | Identified the ring of Peace {rElec Dex+6}
272044 | Zig:22   | Identified the +4 mace "Death Rattle" {speed, rElec rN+}
272055 | Zig:22   | Identified the +3 sling of the Twisting Seeker {drain,
                  | rElec rF+++ Int+3 Stlth-}
272068 | Zig:22   | Identified the staff "Dragonslayer" {rN+ rCorr Str-3 Dex+2
                  | Necro}
272080 | Zig:22   | Identified the +3 glaive of Circular Logic {heavy, Str+2}
272138 | Zig:23   | Entered Level 23 of a ziggurat
272138 | Zig:23   | Noticed a seraph
272138 | Zig:23   | Noticed a seraph
272138 | Zig:23   | Noticed a seraph
272138 | Zig:23   | Identified the +0 tower shield of Caxull {rC+ Dex-5 Slay+2}
272138 | Zig:23   | Noticed a seraph
272138 | Zig:23   | Identified the +8 tower shield of Fihasaxe {Stlth+}
272138 | Zig:23   | Noticed a seraph
272138 | Zig:23   | Noticed a seraph
272138 | Zig:23   | Noticed a seraph
272138 | Zig:23   | Noticed a seraph
272138 | Zig:23   | Noticed a seraph
272138 | Zig:23   | Noticed a seraph
272138 | Zig:23   | Noticed a seraph
272138 | Zig:23   | Noticed a seraph
272138 | Zig:23   | Noticed a seraph
272138 | Zig:23   | Noticed a seraph
272138 | Zig:23   | Noticed a seraph
272138 | Zig:23   | Noticed a seraph
272139 | Zig:23   | Noticed a seraph
272139 | Zig:23   | Noticed a seraph
272140 | Zig:23   | Identified the +0 tower shield of the Shrike {MP+9 Dex+3}
272140 | Zig:23   | Killed a seraph
272140 | Zig:23   | Killed a seraph
272141 | Zig:23   | Killed a seraph
272143 | Zig:23   | Killed a seraph
272143 | Zig:23   | Killed a seraph
272144 | Zig:23   | Noticed a seraph
272144 | Zig:23   | Killed a seraph
272144 | Zig:23   | Noticed a seraph
272145 | Zig:23   | Killed a seraph
272147 | Zig:23   | Killed a seraph
272147 | Zig:23   | Killed a seraph
272147 | Zig:23   | Killed a seraph
272147 | Zig:23   | Killed a seraph
272148 | Zig:23   | Killed a seraph
272148 | Zig:23   | Killed a seraph
272148 | Zig:23   | Killed a seraph
272148 | Zig:23   | Killed a seraph
272148 | Zig:23   | Noticed a seraph
272149 | Zig:23   | Killed a seraph
272149 | Zig:23   | Killed a seraph
272149 | Zig:23   | Noticed a seraph
272150 | Zig:23   | Killed a seraph
272150 | Zig:23   | Killed a seraph
272150 | Zig:23   | Killed a seraph
272151 | Zig:23   | Noticed a seraph
272151 | Zig:23   | Noticed a seraph
272151 | Zig:23   | Noticed a seraph
272152 | Zig:23   | Noticed a seraph
272153 | Zig:23   | Noticed a seraph
272154 | Zig:23   | Noticed a seraph
272154 | Zig:23   | Killed a seraph
272154 | Zig:23   | Noticed a seraph
272155 | Zig:23   | Noticed a seraph
272155 | Zig:23   | Noticed a seraph
272156 | Zig:23   | Noticed a seraph
272156 | Zig:23   | Noticed a seraph
272157 | Zig:23   | Killed a seraph
272157 | Zig:23   | Killed a seraph
272157 | Zig:23   | Killed a seraph
272158 | Zig:23   | Noticed a seraph
272158 | Zig:23   | Noticed a seraph
272159 | Zig:23   | Noticed a seraph
272160 | Zig:23   | Noticed a seraph
272160 | Zig:23   | Noticed a seraph
272160 | Zig:23   | Noticed a seraph
272160 | Zig:23   | Noticed a seraph
272161 | Zig:23   | Killed a seraph
272162 | Zig:23   | Killed a seraph
272162 | Zig:23   | Killed a seraph
272162 | Zig:23   | Noticed a seraph
272163 | Zig:23   | Killed a seraph
272163 | Zig:23   | Killed a seraph
272163 | Zig:23   | Killed a seraph
272163 | Zig:23   | Killed a seraph
272164 | Zig:23   | Killed a seraph
272164 | Zig:23   | Killed a seraph
272164 | Zig:23   | Killed a seraph
272164 | Zig:23   | Killed a seraph
272164 | Zig:23   | Noticed a seraph
272164 | Zig:23   | Noticed a seraph
272165 | Zig:23   | Identified the +0 tower shield of the Kitsune {rN+ Will+
                  | rCorr}
272165 | Zig:23   | Killed a seraph
272165 | Zig:23   | Killed a seraph
272165 | Zig:23   | Killed a seraph
272165 | Zig:23   | Killed a seraph
272166 | Zig:23   | Identified the +1 buckler of Pirakaz {rCorr Dex+5}
272166 | Zig:23   | Killed a seraph
272166 | Zig:23   | Killed a seraph
272166 | Zig:23   | Killed a seraph
272167 | Zig:23   | Noticed a seraph
272168 | Zig:23   | Noticed a seraph
272169 | Zig:23   | Noticed a seraph
272169 | Zig:23   | Identified the +0 tower shield "Faocli" {rPois Str+5}
272170 | Zig:23   | Noticed a seraph
272170 | Zig:23   | Noticed a seraph
272170 | Zig:23   | Noticed a seraph
272170 | Zig:23   | Identified the +5 tower shield "Korapnan" {-Tele *Corrode
                  | rN++ Int+2}
272170 | Zig:23   | Noticed a seraph
272171 | Zig:23   | Noticed a seraph
272172 | Zig:23   | Killed a seraph
272173 | Zig:23   | Identified the +0 tower shield "Forget-Me-Not" {Will+
                  | Int+3}
272173 | Zig:23   | Killed a seraph
272173 | Zig:23   | Killed a seraph
272176 | Zig:23   | Noticed a seraph
272176 | Zig:23   | Noticed a seraph
272176 | Zig:23   | Killed a seraph
272176 | Zig:23   | Killed a seraph
272176 | Zig:23   | Noticed a seraph
272177 | Zig:23   | Killed a seraph
272177 | Zig:23   | Killed a seraph
272178 | Zig:23   | Noticed a seraph
272178 | Zig:23   | Killed a seraph
272178 | Zig:23   | Killed a seraph
272178 | Zig:23   | Noticed a seraph
272179 | Zig:23   | Killed a seraph
272180 | Zig:23   | Noticed a seraph
272181 | Zig:23   | Noticed a seraph
272181 | Zig:23   | Noticed a seraph
272181 | Zig:23   | Noticed a seraph
272181 | Zig:23   | Noticed a seraph
272181 | Zig:23   | Noticed a seraph
272181 | Zig:23   | Noticed a seraph
272181 | Zig:23   | Noticed a seraph
272181 | Zig:23   | Noticed a seraph
272182 | Zig:23   | Killed a seraph
272183 | Zig:23   | Killed a seraph
272183 | Zig:23   | Killed a seraph
272183 | Zig:23   | Killed a seraph
272183 | Zig:23   | Killed a seraph
272183 | Zig:23   | Killed a seraph
272183 | Zig:23   | Noticed a seraph
272184 | Zig:23   | Killed a seraph
272184 | Zig:23   | Killed a seraph
272184 | Zig:23   | Noticed a seraph
272185 | Zig:23   | Killed a seraph
272186 | Zig:23   | Killed a seraph
272186 | Zig:23   | Killed a seraph
272187 | Zig:23   | Killed a seraph
272187 | Zig:23   | Killed a seraph
272190 | Zig:23   | Killed a seraph
272190 | Zig:23   | Noticed a seraph
272190 | Zig:23   | Noticed a seraph
272191 | Zig:23   | Noticed a seraph
272192 | Zig:23   | Killed a seraph
272193 | Zig:23   | Noticed a seraph
272194 | Zig:23   | Noticed a seraph
272194 | Zig:23   | Noticed a seraph
272194 | Zig:23   | Noticed a seraph
272194 | Zig:23   | Noticed a seraph
272194 | Zig:23   | Identified the +0 tower shield "Uwefei" {rCorr Int+3 Dex+4
                  | Slay-5}
272195 | Zig:23   | Killed a seraph
272195 | Zig:23   | Killed a seraph
272196 | Zig:23   | Noticed a seraph
272196 | Zig:23   | Noticed a seraph
272197 | Zig:23   | Noticed a seraph
272197 | Zig:23   | Killed a seraph
272198 | Zig:23   | Killed a seraph
272198 | Zig:23   | Killed a seraph
272198 | Zig:23   | Killed a seraph
272199 | Zig:23   | Killed a seraph
272199 | Zig:23   | Killed a seraph
272202 | Zig:23   | Noticed a seraph
272203 | Zig:23   | Killed a seraph
272203 | Zig:23   | Noticed a seraph
272204 | Zig:23   | Noticed a seraph
272204 | Zig:23   | Killed a seraph
272204 | Zig:23   | Killed a seraph
272204 | Zig:23   | Killed a seraph
272206 | Zig:23   | Noticed a seraph
272207 | Zig:23   | Noticed a seraph
272207 | Zig:23   | Noticed a seraph
272208 | Zig:23   | Killed a seraph
272208 | Zig:23   | Noticed a seraph
272209 | Zig:23   | Noticed a seraph
272212 | Zig:23   | Killed a seraph
272213 | Zig:23   | Killed a seraph
272213 | Zig:23   | Killed a seraph
272213 | Zig:23   | Killed a seraph
272213 | Zig:23   | Noticed a seraph
272214 | Zig:23   | Killed a seraph
272215 | Zig:23   | Killed a seraph
272216 | Zig:23   | Noticed a seraph
272217 | Zig:23   | Noticed a seraph
272218 | Zig:23   | Noticed a seraph
272219 | Zig:23   | Killed a seraph
272231 | Zig:23   | Killed a seraph
272231 | Zig:23   | Killed a seraph
272236 | Zig:23   | Identified the +1 tower shield of the Dungeon {rElec Regen+
                  | Int-3 Stlth+}
272237 | Zig:23   | Killed a seraph
272238 | Zig:23   | Noticed a seraph
272242 | Zig:23   | Killed a seraph
272258 | Zig:23   | Identified the +7 tower shield "Faidy" {rElec rF+++}
272764 | Zig:23   | Identified the dragon-blood talisman of the Game of Kings
                  | {rElec Int+3 Slay-2}
272769 | Zig:23   | Identified the +0 pair of boots "Ucwah" {*Slow rC+ Will+}
272782 | Zig:23   | Identified the +5 plate armour of Maltheism {rN+ SInv}
272786 | Zig:23   | Identified the +7 halberd of Perversion {vamp, rPois MP+9}
272793 | Zig:23   | Identified the +10 flail of Karma {elec, rN+ Str-5 Int+3}
272799 | Zig:23   | Identified the +9 battleaxe of Imbalance {antimagic, rF-
                  | rC+ rN++ Int-4}
272800 | Zig:23   | Identified the staff of Sin {^Drain rElec rPois SInv Earth}
272812 | Zig:23   | Identified the orb "Naiw Wuz" {light, Conj}
272814 | Zig:23   | Identified the +1 ice dragon scales of the Sparrow {Harm
                  | rF- rC++ Will+}
272815 | Zig:23   | Identified the ring of Pragmatism {rC- rN+ MP+9 Int+5}
272836 | Zig:23   | Identified the +2 scale mail of the Mertaur {Will+ Slay+2}
272885 | Zig:24   | Entered Level 24 of a ziggurat
273577 | Zig:24   | Identified the +2 ring mail of the Pleiades {rF+ Regen+}
273608 | Zig:24   | Identified the +6 scimitar of Jom Keel {drain, rElec rF+}
273610 | Zig:24   | Identified the +6 plate armour of Failure {rElec Str+3
                  | Int+3}
273628 | Zig:25   | Entered Level 25 of a ziggurat
274072 | Zig:25   | Identified the ring of Tiuceo {rF+ rC+ Dex+6}
274092 | Zig:25   | Identified the +5 mace "Homequl" {freeze, rElec rF+ Str+3
                  | Dex-4}
274093 | Zig:25   | Identified the +0 great sword of Deflation {flame, *Rage
                  | +Blink Will++ SInv}
274101 | Zig:25   | Identified the +7 shortbow "Bieph" {heavy, rCorr Int+3}
274107 | Zig:25   | Identified the amulet "Xeangame" {Acrobat *Corrode rPois
                  | Int+6 Slay-6}
274112 | Zig:25   | Identified the +6 chain mail of Negligence {rC+}
274127 | Zig:25   | Identified the +5 orcbow "Nenelea" {flame, *Slow Will-
                  | rCorr Int+8}
274135 | Zig:25   | Identified the staff of Tenacity {^Fragile rF+ Will+ Dex+5
                  | Stlth+ Fire}
274172 | Zig:25   | Acquired 823 gold pieces
274186 | Zig:26   | Entered Level 26 of a ziggurat
274190 | Zig:26   | Noticed Qirout the pandemonium lord
274190 | Zig:26   | Noticed Waogron the pandemonium lord
274191 | Zig:26   | Noticed Sealeof the pandemonium lord
274191 | Zig:26   | Noticed Pokhy the pandemonium lord
274192 | Zig:26   | Noticed Tagrog the pandemonium lord
274194 | Zig:26   | Killed Pokhy the pandemonium lord
274194 | Zig:26   | Noticed Ystoichapee the pandemonium lord
274194 | Zig:26   | Noticed Gudi the pandemonium lord
274195 | Zig:26   | Killed Gudi the pandemonium lord
274195 | Zig:26   | Noticed Horan the pandemonium lord
274195 | Zig:26   | Noticed Ucoodam the pandemonium lord
274196 | Zig:26   | Killed Ucoodam the pandemonium lord
274196 | Zig:26   | Killed Distinn the pandemonium lord
274196 | Zig:26   | Killed Ystoichapee the pandemonium lord
274196 | Zig:26   | Noticed Cangu the pandemonium lord
274196 | Zig:26   | Noticed Arid the pandemonium lord
274196 | Zig:26   | Noticed Kiepoytafeu the pandemonium lord
274197 | Zig:26   | Killed Kiepoytafeu the pandemonium lord
274197 | Zig:26   | Noticed Bawni the pandemonium lord
274197 | Zig:26   | Noticed Adatuott the pandemonium lord
274197 | Zig:26   | Noticed Batydyass the pandemonium lord
274198 | Zig:26   | Killed Adatuott the pandemonium lord
274198 | Zig:26   | Noticed Mobbuvim the pandemonium lord
274198 | Zig:26   | Noticed Vexusazi the pandemonium lord
274198 | Zig:26   | Noticed Hotigh the pandemonium lord
274199 | Zig:26   | Killed Qirout the pandemonium lord
274199 | Zig:26   | Killed Mobbuvim the pandemonium lord
274199 | Zig:26   | Killed Horan the pandemonium lord
274199 | Zig:26   | Killed Vexusazi the pandemonium lord
274199 | Zig:26   | Noticed Jaimp the pandemonium lord
274199 | Zig:26   | Noticed Arokluch the pandemonium lord
274199 | Zig:26   | Noticed Tiefysyu the pandemonium lord
274200 | Zig:26   | Killed Bawni the pandemonium lord
274200 | Zig:26   | Noticed Nuhok the pandemonium lord
274200 | Zig:26   | Noticed Jedymit the pandemonium lord
274200 | Zig:26   | Noticed Foryust the pandemonium lord
274201 | Zig:26   | Noticed Tuphann the pandemonium lord
274202 | Zig:26   | Noticed Gigainir the pandemonium lord
274202 | Zig:26   | Noticed Zeprib the pandemonium lord
274202 | Zig:26   | Noticed Siaqoydu the pandemonium lord
274202 | Zig:26   | Noticed Susetsil the pandemonium lord
274203 | Zig:26   | Noticed Ruogg the pandemonium lord
274203 | Zig:26   | Killed Waogron the pandemonium lord
274203 | Zig:26   | Killed Jedymit the pandemonium lord
274203 | Zig:26   | Noticed Tuygax the pandemonium lord
274203 | Zig:26   | Noticed Vyrem the pandemonium lord
274203 | Zig:26   | Noticed Gafosch the pandemonium lord
274204 | Zig:26   | Killed Nuhok the pandemonium lord
274204 | Zig:26   | Killed Susetsil the pandemonium lord
274204 | Zig:26   | Killed Gigainir the pandemonium lord
274204 | Zig:26   | Killed Arid the pandemonium lord
274204 | Zig:26   | Killed Gafosch the pandemonium lord
274204 | Zig:26   | Noticed Ciymius the pandemonium lord
274204 | Zig:26   | Noticed Wybuqy the pandemonium lord
274205 | Zig:26   | Killed Arokluch the pandemonium lord
274205 | Zig:26   | Killed Sealeof the pandemonium lord
274205 | Zig:26   | Killed Ruogg the pandemonium lord
274205 | Zig:26   | Noticed Xicoeg the pandemonium lord
274206 | Zig:26   | Noticed Coynuaw the pandemonium lord
274206 | Zig:26   | Killed Tiefysyu the pandemonium lord
274206 | Zig:26   | Killed Batydyass the pandemonium lord
274206 | Zig:26   | Killed Cangu the pandemonium lord
274206 | Zig:26   | Killed Tuphann the pandemonium lord
274206 | Zig:26   | Noticed Zenk the pandemonium lord
274206 | Zig:26   | Noticed Pioqe Ytioh the pandemonium lord
274207 | Zig:26   | Killed Siaqoydu the pandemonium lord
274207 | Zig:26   | Noticed Ynloygai the pandemonium lord
274207 | Zig:26   | Noticed Kiloig Sool the pandemonium lord
274207 | Zig:26   | Noticed Nyicul the pandemonium lord
274208 | Zig:26   | Noticed Irol Pech the pandemonium lord
274208 | Zig:26   | Killed Ciymius the pandemonium lord
274208 | Zig:26   | Killed Wybuqy the pandemonium lord
274208 | Zig:26   | Killed Tuygax the pandemonium lord
274208 | Zig:26   | Noticed Deurphac the pandemonium lord
274209 | Zig:26   | Killed Ynloygai the pandemonium lord
274209 | Zig:26   | Noticed Naufenipp the pandemonium lord
274210 | Zig:26   | Noticed Jucs the pandemonium lord
274210 | Zig:26   | Killed Xicoeg the pandemonium lord
274210 | Zig:26   | Killed Vyrem the pandemonium lord
274210 | Zig:26   | Noticed Ralewav the pandemonium lord
274210 | Zig:26   | Noticed Xapra the pandemonium lord
274210 | Zig:26   | Noticed Ilusyku the pandemonium lord
274210 | Zig:26   | Noticed Jbt Uts the pandemonium lord
274210 | Zig:26   | Noticed Letuydod the pandemonium lord
274210 | Zig:26   | Noticed Juxor the pandemonium lord
274210 | Zig:26   | Noticed Wumown the pandemonium lord
274210 | Zig:26   | Noticed Zentuenk the pandemonium lord
274210 | Zig:26   | Noticed Ganwimu the pandemonium lord
274210 | Zig:26   | Noticed Ekopya the pandemonium lord
274210 | Zig:26   | Noticed Jifru the pandemonium lord
274210 | Zig:26   | Noticed Kat Qoli the pandemonium lord
274210 | Zig:26   | Noticed Ciohi the pandemonium lord
274210 | Zig:26   | Noticed Jusor the pandemonium lord
274210 | Zig:26   | Noticed Byrch the pandemonium lord
274210 | Zig:26   | Noticed Goewk the pandemonium lord
274210 | Zig:26   | Noticed Xoir the pandemonium lord
274210 | Zig:26   | Noticed Xyciphai the pandemonium lord
274210 | Zig:26   | Noticed Xame the pandemonium lord
274210 | Zig:26   | Noticed Seomn the pandemonium lord
274210 | Zig:26   | Noticed Mank the pandemonium lord
274210 | Zig:26   | Noticed Axzemol the pandemonium lord
274211 | Zig:26   | Noticed Vuisir the pandemonium lord
274211 | Zig:26   | Killed Zenk the pandemonium lord
274211 | Zig:26   | Killed Jusor the pandemonium lord
274211 | Zig:26   | Killed Xyciphai the pandemonium lord
274211 | Zig:26   | Killed Xoir the pandemonium lord
274211 | Zig:26   | Killed Mank the pandemonium lord
274211 | Zig:26   | Killed Foryust the pandemonium lord
274211 | Zig:26   | Killed Xapra the pandemonium lord
274211 | Zig:26   | Noticed Hasolod the pandemonium lord
274211 | Zig:26   | Noticed Elosergh the pandemonium lord
274211 | Zig:26   | Noticed Dawn the pandemonium lord
274211 | Zig:26   | Noticed Ajocooc the pandemonium lord
274211 | Zig:26   | Noticed Jideasea the pandemonium lord
274212 | Zig:26   | Killed Kat Qoli the pandemonium lord
274212 | Zig:26   | Killed Ciohi the pandemonium lord
274212 | Zig:26   | Killed Nyicul the pandemonium lord
274212 | Zig:26   | Killed Ocugaporgh the pandemonium lord
274212 | Zig:26   | Killed Deurphac the pandemonium lord
274212 | Zig:26   | Killed Wakh the pandemonium lord
274212 | Zig:26   | Killed Goewk the pandemonium lord
274212 | Zig:26   | Noticed Vosche the pandemonium lord
274213 | Zig:26   | Killed Naufenipp the pandemonium lord
274213 | Zig:26   | Noticed Kufoputy the pandemonium lord
274214 | Zig:26   | Killed Jbt Uts the pandemonium lord
274214 | Zig:26   | Killed Hasolod the pandemonium lord
274214 | Zig:26   | Killed Axzemol the pandemonium lord
274214 | Zig:26   | Killed Dawn the pandemonium lord
274214 | Zig:26   | Killed Ilusyku the pandemonium lord
274214 | Zig:26   | Killed Jaimp the pandemonium lord
274214 | Zig:26   | Noticed Hunnul the pandemonium lord
274214 | Zig:26   | Killed Coynuaw the pandemonium lord
274214 | Zig:26   | Killed Tagrog the pandemonium lord
274214 | Zig:26   | Noticed Nialeuth the pandemonium lord
274215 | Zig:26   | Noticed Ahusy the pandemonium lord
274215 | Zig:26   | Noticed Timoq the pandemonium lord
274215 | Zig:26   | Killed Seomn the pandemonium lord
274215 | Zig:26   | Killed Ahusy the pandemonium lord
274215 | Zig:26   | Killed Elosergh the pandemonium lord
274215 | Zig:26   | Killed Ralewav the pandemonium lord
274215 | Zig:26   | Killed Xame the pandemonium lord
274215 | Zig:26   | Killed Ekopya the pandemonium lord
274215 | Zig:26   | Noticed Zono Doy the pandemonium lord
274215 | Zig:26   | Noticed Cytwar the pandemonium lord
274215 | Zig:26   | Noticed Yxall the pandemonium lord
274215 | Zig:26   | Noticed Jarcha the pandemonium lord
274216 | Zig:26   | Killed Juxor the pandemonium lord
274216 | Zig:26   | Killed Hotigh the pandemonium lord
274216 | Zig:26   | Noticed Lateosai the pandemonium lord
274216 | Zig:26   | Noticed Qokoz the pandemonium lord
274216 | Zig:26   | Noticed Kyquim the pandemonium lord
274216 | Zig:26   | Noticed Nussitrare the pandemonium lord
274216 | Zig:26   | Noticed Aroyrph the pandemonium lord
274216 | Zig:26   | Noticed Kurhaedo the pandemonium lord
274216 | Zig:26   | Noticed Roomuosu the pandemonium lord
274216 | Zig:26   | Noticed Dumi the pandemonium lord
274216 | Zig:26   | Noticed Foaxuti the pandemonium lord
274216 | Zig:26   | Noticed Alyigor the pandemonium lord
274216 | Zig:26   | Noticed Meph the pandemonium lord
274216 | Zig:26   | Noticed Acusch the pandemonium lord
274216 | Zig:26   | Noticed Jywuoref the pandemonium lord
274216 | Zig:26   | Noticed Kuxium the pandemonium lord
274217 | Zig:26   | Killed Jifru the pandemonium lord
274217 | Zig:26   | Killed Roomuosu the pandemonium lord
274217 | Zig:26   | Killed Dumi the pandemonium lord
274217 | Zig:26   | Killed Pioqe Ytioh the pandemonium lord
274217 | Zig:26   | Killed Hunnul the pandemonium lord
274217 | Zig:26   | Killed Letuydod the pandemonium lord
274217 | Zig:26   | Killed Vuisir the pandemonium lord
274217 | Zig:26   | Killed Ganwimu the pandemonium lord
274217 | Zig:26   | Killed Jucs the pandemonium lord
274217 | Zig:26   | Killed Jideasea the pandemonium lord
274217 | Zig:26   | Noticed Lebuh the pandemonium lord
274217 | Zig:26   | Noticed Hopnuv the pandemonium lord
274218 | Zig:26   | Noticed Wuxem the pandemonium lord
274218 | Zig:26   | Noticed Tygiujipt the pandemonium lord
274219 | Zig:26   | Killed Kufoputy the pandemonium lord
274219 | Zig:26   | Killed Byrch the pandemonium lord
274219 | Zig:26   | Killed Ajocooc the pandemonium lord
274219 | Zig:26   | Killed Nussitrare the pandemonium lord
274219 | Zig:26   | Killed Nialeuth the pandemonium lord
274219 | Zig:26   | Killed Zentuenk the pandemonium lord
274219 | Zig:26   | Killed Vosche the pandemonium lord
274219 | Zig:26   | Killed Zono Doy the pandemonium lord
274219 | Zig:26   | Noticed Onig the pandemonium lord
274220 | Zig:26   | Noticed Utaej the pandemonium lord
274220 | Zig:26   | Killed Alyigor the pandemonium lord
274220 | Zig:26   | Killed Irol Pech the pandemonium lord
274220 | Zig:26   | Killed Timoq the pandemonium lord
274220 | Zig:26   | Killed Lateosai the pandemonium lord
274220 | Zig:26   | Noticed Ruiffio the pandemonium lord
274220 | Zig:26   | Noticed Zez Rinn the pandemonium lord
274221 | Zig:26   | Noticed Ytsaotal the pandemonium lord
274221 | Zig:26   | Killed Jarcha the pandemonium lord
274221 | Zig:26   | Killed Kiloig Sool the pandemonium lord
274221 | Zig:26   | Killed Meph the pandemonium lord
274221 | Zig:26   | Noticed Aruo the pandemonium lord
274222 | Zig:26   | Killed Foaxuti the pandemonium lord
274222 | Zig:26   | Killed Lebuh the pandemonium lord
274222 | Zig:26   | Killed Acusch the pandemonium lord
274222 | Zig:26   | Killed Ruiffio the pandemonium lord
274222 | Zig:26   | Killed Tygiujipt the pandemonium lord
274222 | Zig:26   | Noticed Ywnuas the pandemonium lord
274222 | Zig:26   | Noticed Sibeiqud the pandemonium lord
274223 | Zig:26   | Killed Hopnuv the pandemonium lord
274223 | Zig:26   | Killed Wuxem the pandemonium lord
274223 | Zig:26   | Killed Ytsaotal the pandemonium lord
274223 | Zig:26   | Killed Zez Rinn the pandemonium lord
274223 | Zig:26   | Killed Onig the pandemonium lord
274223 | Zig:26   | Killed Cytwar the pandemonium lord
274223 | Zig:26   | Noticed Huoxas the pandemonium lord
274223 | Zig:26   | Killed Oboelidu the pandemonium lord
274224 | Zig:26   | Noticed Vyosott the pandemonium lord
274225 | Zig:26   | Noticed Gablixza the pandemonium lord
274225 | Zig:26   | Killed Kyquim the pandemonium lord
274225 | Zig:26   | Killed Uwnox the pandemonium lord
274225 | Zig:26   | Noticed Ofasar the pandemonium lord
274225 | Zig:26   | Noticed Lemil the pandemonium lord
274225 | Zig:26   | Noticed Latterur the pandemonium lord
274225 | Zig:26   | Noticed Jiociuma the pandemonium lord
274226 | Zig:26   | Noticed Emaoph the pandemonium lord
274226 | Zig:26   | Noticed Voblef the pandemonium lord
274226 | Zig:26   | Noticed Voshaagehi the pandemonium lord
274226 | Zig:26   | Noticed Didd the pandemonium lord
274226 | Zig:26   | Noticed Panena the pandemonium lord
274226 | Zig:26   | Noticed Ehizaeg the pandemonium lord
274227 | Zig:26   | Killed Yxall the pandemonium lord
274227 | Zig:26   | Killed Wumown the pandemonium lord
274228 | Zig:26   | Noticed Yshruaf the pandemonium lord
274228 | Zig:26   | Noticed Rorhuyd the pandemonium lord
274230 | Zig:26   | Killed Ywnuas the pandemonium lord
274230 | Zig:26   | Killed Sibeiqud the pandemonium lord
274230 | Zig:26   | Killed Utaej the pandemonium lord
274230 | Zig:26   | Killed Vyosott the pandemonium lord
274230 | Zig:26   | Killed Aroyrph the pandemonium lord
274230 | Zig:26   | Killed Qokoz the pandemonium lord
274230 | Zig:26   | Noticed Teqoxi the pandemonium lord
274230 | Zig:26   | Noticed Siyguo the pandemonium lord
274232 | Zig:26   | Killed Kurhaedo the pandemonium lord
274232 | Zig:26   | Killed Gablixza the pandemonium lord
274232 | Zig:26   | Killed Yshruaf the pandemonium lord
274245 | Zig:26   | Noticed Jenuek the pandemonium lord
274245 | Zig:26   | Noticed Byry the pandemonium lord
274245 | Zig:26   | Noticed Kuzuv the pandemonium lord
274250 | Zig:26   | Noticed Kasoadgh the pandemonium lord
274251 | Zig:26   | Killed Teqoxi the pandemonium lord
274252 | Zig:26   | Killed Jiociuma the pandemonium lord
274252 | Zig:26   | Noticed Woum the pandemonium lord
274253 | Zig:26   | Noticed Xiluidar the pandemonium lord
274254 | Zig:26   | Killed Xiluidar the pandemonium lord
274254 | Zig:26   | Killed Voshaagehi the pandemonium lord
274254 | Zig:26   | Killed Kuzuv the pandemonium lord
274255 | Zig:26   | Killed Ehizaeg the pandemonium lord
274255 | Zig:26   | Killed Jenuek the pandemonium lord
274256 | Zig:26   | Killed Woum the pandemonium lord
274256 | Zig:26   | Killed Byry the pandemonium lord
274256 | Zig:26   | Killed Jywuoref the pandemonium lord
274257 | Zig:26   | Killed Lemil the pandemonium lord
274257 | Zig:26   | Noticed Cateq the pandemonium lord
274257 | Zig:26   | Noticed Xiujon the pandemonium lord
274257 | Zig:26   | Noticed Kixkos the pandemonium lord
274257 | Zig:26   | Noticed Hosuetedgh the pandemonium lord
274257 | Zig:26   | Noticed Semoiwoime the pandemonium lord
274257 | Zig:26   | Noticed Lyiceg the pandemonium lord
274257 | Zig:26   | Noticed Ril Wine the pandemonium lord
274257 | Zig:26   | Noticed Wusaubra the pandemonium lord
274257 | Zig:26   | Noticed Tamn the pandemonium lord
274257 | Zig:26   | Noticed Kusekhlom the pandemonium lord
274257 | Zig:26   | Noticed Puowos the pandemonium lord
274257 | Zig:26   | Noticed Oqifaa Yleu the pandemonium lord
274257 | Zig:26   | Noticed Riog the pandemonium lord
274257 | Zig:26   | Noticed Fotisky the pandemonium lord
274257 | Zig:26   | Noticed Qourach the pandemonium lord
274257 | Zig:26   | Noticed Xihy the pandemonium lord
274258 | Zig:26   | Noticed Xoiclyutz the pandemonium lord
274258 | Zig:26   | Noticed Qaleshuc the pandemonium lord
274258 | Zig:26   | Killed Xihy the pandemonium lord
274258 | Zig:26   | Killed Wusaubra the pandemonium lord
274258 | Zig:26   | Killed Xiujon the pandemonium lord
274258 | Zig:26   | Killed Semoiwoime the pandemonium lord
274258 | Zig:26   | Killed Cateq the pandemonium lord
274258 | Zig:26   | Killed Lyiceg the pandemonium lord
274258 | Zig:26   | Noticed Yxaymp the pandemonium lord
274259 | Zig:26   | Killed Fotisky the pandemonium lord
274259 | Zig:26   | Killed Oqifaa Yleu the pandemonium lord
274259 | Zig:26   | Killed Kixkos the pandemonium lord
274259 | Zig:26   | Noticed Dien the pandemonium lord
274260 | Zig:26   | Noticed Elleir the pandemonium lord
274260 | Zig:26   | Noticed Otaob the pandemonium lord
274262 | Zig:26   | Killed Hosuetedgh the pandemonium lord
274262 | Zig:26   | Killed Otaob the pandemonium lord
274263 | Zig:26   | Killed Ril Wine the pandemonium lord
274264 | Zig:26   | Killed Dien the pandemonium lord
274264 | Zig:26   | Killed Kusekhlom the pandemonium lord
274264 | Zig:26   | Noticed Maosch the pandemonium lord
274266 | Zig:26   | Killed Elleir the pandemonium lord
274266 | Zig:26   | Noticed Vumesadu the pandemonium lord
274266 | Zig:26   | Noticed Oherch the pandemonium lord
274266 | Zig:26   | Noticed Kaf Soro the pandemonium lord
274266 | Zig:26   | Noticed Xenob the pandemonium lord
274266 | Zig:26   | Noticed Noifust the pandemonium lord
274266 | Zig:26   | Noticed Exkiffej the pandemonium lord
274266 | Zig:26   | Noticed Woxuc the pandemonium lord
274266 | Zig:26   | Noticed Qicegey the pandemonium lord
274266 | Zig:26   | Noticed Ota Irup the pandemonium lord
274266 | Zig:26   | Noticed Yhux the pandemonium lord
274274 | Zig:26   | Killed Noifust the pandemonium lord
274274 | Zig:26   | Killed Woxuc the pandemonium lord
274275 | Zig:26   | Killed Xenob the pandemonium lord
274275 | Zig:26   | Killed Puowos the pandemonium lord
274276 | Zig:26   | Killed Tamn the pandemonium lord
274276 | Zig:26   | Killed Qaleshuc the pandemonium lord
274276 | Zig:26   | Killed Riog the pandemonium lord
274276 | Zig:26   | Killed Exkiffej the pandemonium lord
274276 | Zig:26   | Killed Ota Irup the pandemonium lord
274276 | Zig:26   | Killed Vumesadu the pandemonium lord
274276 | Zig:26   | Killed Qicegey the pandemonium lord
274276 | Zig:26   | Killed Kaf Soro the pandemonium lord
274276 | Zig:26   | Killed Qourach the pandemonium lord
274276 | Zig:26   | Killed Yxaymp the pandemonium lord
274276 | Zig:26   | Killed Xoiclyutz the pandemonium lord
274276 | Zig:26   | Noticed Xympeet the pandemonium lord
274277 | Zig:26   | Killed Maosch the pandemonium lord
274277 | Zig:26   | Noticed Olodiel the pandemonium lord
274277 | Zig:26   | Noticed Cigyci the pandemonium lord
274277 | Zig:26   | Noticed Tihooch the pandemonium lord
274277 | Zig:26   | Noticed Noskujogg the pandemonium lord
274277 | Zig:26   | Noticed Nyemaesch the pandemonium lord
274277 | Zig:26   | Noticed Netuyf the pandemonium lord
274277 | Zig:26   | Noticed Geta the pandemonium lord
274277 | Zig:26   | Noticed Vinwekus the pandemonium lord
274277 | Zig:26   | Noticed Onoyd the pandemonium lord
274277 | Zig:26   | Noticed Pykuiq the pandemonium lord
274277 | Zig:26   | Noticed Xici the pandemonium lord
274277 | Zig:26   | Noticed Souwn the pandemonium lord
274277 | Zig:26   | Noticed Nuef the pandemonium lord
274277 | Zig:26   | Noticed Roippaze the pandemonium lord
274277 | Zig:26   | Noticed Delegeuv the pandemonium lord
274277 | Zig:26   | Noticed Couzexae the pandemonium lord
274277 | Zig:26   | Noticed Waejic the pandemonium lord
274277 | Zig:26   | Noticed Gyesimiz the pandemonium lord
274277 | Zig:26   | Noticed Baicrerisi the pandemonium lord
274277 | Zig:26   | Noticed Feraterr the pandemonium lord
274277 | Zig:26   | Noticed Vewooqeoh the pandemonium lord
274277 | Zig:26   | Noticed Ofeatief the pandemonium lord
274278 | Zig:26   | Killed Geta the pandemonium lord
274278 | Zig:26   | Killed Olodiel the pandemonium lord
274278 | Zig:26   | Killed Pykuiq the pandemonium lord
274278 | Zig:26   | Killed Waejic the pandemonium lord
274278 | Zig:26   | Killed Cigyci the pandemonium lord
274278 | Zig:26   | Killed Roippaze the pandemonium lord
274278 | Zig:26   | Killed Tihooch the pandemonium lord
274278 | Zig:26   | Killed Xici the pandemonium lord
274278 | Zig:26   | Killed Gyesimiz the pandemonium lord
274278 | Zig:26   | Killed Noskujogg the pandemonium lord
274279 | Zig:26   | Killed Emaoph the pandemonium lord
274279 | Zig:26   | Killed Baicrerisi the pandemonium lord
274279 | Zig:26   | Killed Xympeet the pandemonium lord
274279 | Zig:26   | Killed Vewooqeoh the pandemonium lord
274279 | Zig:26   | Killed Ofeatief the pandemonium lord
274279 | Zig:26   | Noticed Himel the pandemonium lord
274279 | Zig:26   | Noticed Vewir the pandemonium lord
274279 | Zig:26   | Noticed Sino the pandemonium lord
274280 | Zig:26   | Noticed Luexzaec the pandemonium lord
274280 | Zig:26   | Noticed Coarph the pandemonium lord
274280 | Zig:26   | Noticed Lailife the pandemonium lord
274280 | Zig:26   | Noticed Wycoreoka the pandemonium lord
274280 | Zig:26   | Noticed Jaal the pandemonium lord
274280 | Zig:26   | Noticed Nolesh the pandemonium lord
274280 | Zig:26   | Noticed Jotenkah the pandemonium lord
274280 | Zig:26   | Noticed Cuux the pandemonium lord
274280 | Zig:26   | Noticed Finic the pandemonium lord
274280 | Zig:26   | Noticed Bife the pandemonium lord
274281 | Zig:26   | Noticed Dajetag the pandemonium lord
274282 | Zig:26   | Noticed Gerios the pandemonium lord
274283 | Zig:26   | Noticed Sisagil the pandemonium lord
274285 | Zig:26   | Noticed Falituoll the pandemonium lord
274288 | Zig:26   | Killed Yhux the pandemonium lord
274288 | Zig:26   | Killed Himel the pandemonium lord
274288 | Zig:26   | Noticed Aniopt the pandemonium lord
274289 | Zig:26   | Killed Bife the pandemonium lord
274289 | Zig:26   | Killed Luexzaec the pandemonium lord
274289 | Zig:26   | Killed Wycoreoka the pandemonium lord
274289 | Zig:26   | Killed Jotenkah the pandemonium lord
274294 | Zig:26   | Noticed Innu the pandemonium lord
274295 | Zig:26   | Noticed Ybad the pandemonium lord
274295 | Zig:26   | Noticed Qaosyl the pandemonium lord
274295 | Zig:26   | Noticed Obrulig the pandemonium lord
274295 | Zig:26   | Noticed Igewnyar the pandemonium lord
274296 | Zig:26   | Killed Qaosyl the pandemonium lord
274296 | Zig:26   | Killed Obrulig the pandemonium lord
274296 | Zig:26   | Noticed Ijeewk the pandemonium lord
274296 | Zig:26   | Noticed Giuler the pandemonium lord
274298 | Zig:26   | Killed Ofasar the pandemonium lord
274298 | Zig:26   | Killed Latterur the pandemonium lord
274298 | Zig:26   | Killed Aruo the pandemonium lord
274298 | Zig:26   | Noticed Ycwaamm the pandemonium lord
274299 | Zig:26   | Killed Ybad the pandemonium lord
274300 | Zig:26   | Killed Didd the pandemonium lord
274300 | Zig:26   | Noticed Are Uply the pandemonium lord
274301 | Zig:26   | Noticed Fetanke the pandemonium lord
274302 | Zig:26   | Killed Ijeewk the pandemonium lord
274302 | Zig:26   | Killed Ycwaamm the pandemonium lord
274306 | Zig:26   | Killed Giuler the pandemonium lord
274306 | Zig:26   | Killed Igewnyar the pandemonium lord
274306 | Zig:26   | Killed Siyguo the pandemonium lord
274306 | Zig:26   | Noticed Vumal the pandemonium lord
274314 | Zig:26   | Killed Fetanke the pandemonium lord
274321 | Zig:26   | Noticed Natwun the pandemonium lord
274321 | Zig:26   | Noticed Qamium the pandemonium lord
274321 | Zig:26   | Noticed Fitiarghaxi the pandemonium lord
274322 | Zig:26   | Killed Souwn the pandemonium lord
274322 | Zig:26   | Killed Innu the pandemonium lord
274322 | Zig:26   | Killed Vinwekus the pandemonium lord
274322 | Zig:26   | Killed Oherch the pandemonium lord
274323 | Zig:26   | Killed Lailife the pandemonium lord
274323 | Zig:26   | Killed Nolesh the pandemonium lord
274325 | Zig:26   | Killed Netuyf the pandemonium lord
274325 | Zig:26   | Killed Delegeuv the pandemonium lord
274325 | Zig:26   | Killed Natwun the pandemonium lord
274326 | Zig:26   | Killed Finic the pandemonium lord
274326 | Zig:26   | Killed Onoyd the pandemonium lord
274326 | Zig:26   | Noticed Caoshymp the pandemonium lord
274327 | Zig:26   | Killed Qamium the pandemonium lord
274327 | Zig:26   | Killed Fitiarghaxi the pandemonium lord
274327 | Zig:26   | Noticed Iroim the pandemonium lord
274328 | Zig:26   | Killed Aniopt the pandemonium lord
274329 | Zig:26   | Killed Sisagil the pandemonium lord
274329 | Zig:26   | Noticed Sim Ahe the pandemonium lord
274330 | Zig:26   | Noticed Niokhah the pandemonium lord
274330 | Zig:26   | Killed Caoshymp the pandemonium lord
274330 | Zig:26   | Noticed Wanitye the pandemonium lord
274330 | Zig:26   | Noticed Dygul Saomp the pandemonium lord
274331 | Zig:26   | Killed Niokhah the pandemonium lord
274331 | Zig:26   | Killed Dajetag the pandemonium lord
274331 | Zig:26   | Killed Cuux the pandemonium lord
274332 | Zig:26   | Killed Huoxas the pandemonium lord
274332 | Zig:26   | Killed Iroim the pandemonium lord
274333 | Zig:26   | Noticed Mintudush the pandemonium lord
274335 | Zig:26   | Killed Wanitye the pandemonium lord
274335 | Zig:26   | Killed Dygul Saomp the pandemonium lord
274336 | Zig:26   | Killed Sino the pandemonium lord
274336 | Zig:26   | Noticed Dawn the pandemonium lord
274337 | Zig:26   | Killed Vewir the pandemonium lord
274337 | Zig:26   | Killed Voblef the pandemonium lord
274337 | Zig:26   | Noticed Ishrashot the pandemonium lord
274338 | Zig:26   | Killed Dawn the pandemonium lord
274338 | Zig:26   | Killed Ishrashot the pandemonium lord
274340 | Zig:26   | Killed Coarph the pandemonium lord
274340 | Zig:26   | Killed Gerios the pandemonium lord
274343 | Zig:26   | Noticed Ynuasat the pandemonium lord
274344 | Zig:26   | Killed Mintudush the pandemonium lord
274344 | Zig:26   | Killed Nuef the pandemonium lord
274344 | Zig:26   | Noticed Lekh the pandemonium lord
274345 | Zig:26   | Noticed Ruegoypp the pandemonium lord
274345 | Zig:26   | Killed Couzexae the pandemonium lord
274346 | Zig:26   | Killed Ruegoypp the pandemonium lord
274346 | Zig:26   | Noticed Jame Zij the pandemonium lord
274347 | Zig:26   | Killed Feraterr the pandemonium lord
274348 | Zig:26   | Noticed Cunoryat the pandemonium lord
274348 | Zig:26   | Noticed Duirhoof the pandemonium lord
274350 | Zig:26   | Killed Sim Ahe the pandemonium lord
274350 | Zig:26   | Killed Falituoll the pandemonium lord
274350 | Zig:26   | Killed Are Uply the pandemonium lord
274350 | Zig:26   | Noticed Qakk the pandemonium lord
274351 | Zig:26   | Killed Duirhoof the pandemonium lord
274351 | Zig:26   | Killed Ynuasat the pandemonium lord
274351 | Zig:26   | Killed Jaal the pandemonium lord
274351 | Zig:26   | Noticed Gosk the pandemonium lord
274351 | Zig:26   | Noticed Feocutaq the pandemonium lord
274352 | Zig:26   | Killed Gosk the pandemonium lord
274352 | Zig:26   | Noticed Uteho the pandemonium lord
274353 | Zig:26   | Killed Lekh the pandemonium lord
274354 | Zig:26   | Killed Cunoryat the pandemonium lord
274354 | Zig:26   | Killed Kasoadgh the pandemonium lord
274354 | Zig:26   | Killed Kuxium the pandemonium lord
274354 | Zig:26   | Killed Jame Zij the pandemonium lord
274354 | Zig:26   | Noticed Oguts the pandemonium lord
274355 | Zig:26   | Killed Qakk the pandemonium lord
274356 | Zig:26   | Killed Uteho the pandemonium lord
274356 | Zig:26   | Killed Panena the pandemonium lord
274358 | Zig:26   | Killed Feocutaq the pandemonium lord
274358 | Zig:26   | Killed Vumal the pandemonium lord
274360 | Zig:26   | Killed Oguts the pandemonium lord
274378 | Zig:26   | Killed Zeprib the pandemonium lord
274384 | Zig:26   | Killed Rorhuyd the pandemonium lord
274387 | Zig:26   | Noticed Qeupt the pandemonium lord
274391 | Zig:26   | Killed Qeupt the pandemonium lord
274394 | Zig:26   | Killed Nyemaesch the pandemonium lord
274436 | Zig:26   | Identified the orb of the Clean God {*channel, rC++}
274996 | Zig:26   | Identified the +1 scale mail "Ogaedd" {rPois Will+ Str+2
                  | SInv}
275010 | Zig:26   | Identified the +4 rapier of the Inferno {venom, *Noise
                  | rPois Will+}
275021 | Zig:26   | Identified the staff of the Other Side {rElec rPois Int+3
                  | SInv Alchemy}
275027 | Zig:26   | Identified the staff "Azeobboz" {rC- rCorr Str+8 Stlth+
                  | Conj}
275029 | Zig:26   | Identified the +1 ring mail of Madyuc {Harm rC++ rCorr
                  | Stlth+}
275032 | Zig:26   | Identified the +4 scale mail of Glamorous Leaves {Will+
                  | Dex+2}
275242 | Zig:27   | Entered Level 27 of a ziggurat
275975 | Zig:27   | Identified the +4 hand cannon of Grandeur {heavy, Int+3}
275978 | Zig:27   | Identified the +7 quarterstaff of Uloamisa {flame, Dex+5}
275983 | Zig:27   | Identified the amulet of Piudur {rPois Regen+ Str+3 Dex+2
                  | Stlth-}
275988 | Zig:27   | Identified the ring of Husa {rPois rF- rC+ rN+ Dex+6}
275991 | Zig:27   | Identified the ring of the Pure Loving Bones {rElec rPois
                  | rN+ Will- rCorr}
275996 | Zig:27   | Identified the ring "Tomul" {Wiz rC++ Dex-5 SInv}
275999 | Zig:27   | Identified the +0 chain mail of the Cartwright {Regen+}
276007 | Zig:27   | Identified the +4 halberd of Pafiahin {venom, rN+ Will++
                  | Str-5 Dex+3}
276008 | Zig:27   | Identified the staff of Nukenycs {rF+ rC+ Dex+3 Ice}
276039 | Zig:27   | Identified the +5 chain mail "Dotithru" {Str+3 SInv}
276053 | Zig:27   | Identified the +3 cloak "Hutuf Xat" {Harm rPois Regen+}
276153 | Zig:1    | Entered Level 1 of a ziggurat
276153 | Zig:1    | Noticed an ancient lich
276153 | Zig:1    | Noticed an ancient lich
276153 | Zig:1    | Noticed an ancient lich
276154 | Zig:1    | Killed an ancient lich
276156 | Zig:1    | Killed an ancient lich
276156 | Zig:1    | Killed an ancient lich
276221 | Zig:2    | Entered Level 2 of a ziggurat
276322 | Zig:3    | Entered Level 3 of a ziggurat
276380 | Zig:3    | Identified the +12 chain mail "Gorch" {rF+}
276470 | Zig:4    | Entered Level 4 of a ziggurat
276470 | Zig:4    | Noticed an ancient lich
276470 | Zig:4    | Noticed an ancient lich
276470 | Zig:4    | Noticed an ancient lich
276470 | Zig:4    | Noticed an ancient lich
276470 | Zig:4    | Noticed an ancient lich
276470 | Zig:4    | Noticed an ancient lich
276470 | Zig:4    | Noticed an ancient lich
276470 | Zig:4    | Noticed an ancient lich
276470 | Zig:4    | Noticed an ancient lich
276470 | Zig:4    | Noticed an ancient lich
276471 | Zig:4    | Killed an ancient lich
276471 | Zig:4    | Killed an ancient lich
276471 | Zig:4    | Killed an ancient lich
276471 | Zig:4    | Killed an ancient lich
276471 | Zig:4    | Killed an ancient lich
276471 | Zig:4    | Killed an ancient lich
276472 | Zig:4    | Killed an ancient lich
276472 | Zig:4    | Killed an ancient lich
276472 | Zig:4    | Killed an ancient lich
276473 | Zig:4    | Killed an ancient lich
276476 | Zig:4    | Noticed an ancient lich
276478 | Zig:4    | Killed an ancient lich
276652 | Zig:4    | Identified the +6 great sword "Vuvvat" {freeze, rPois rN+
                  | MP+9 Dex-2}
276678 | Zig:5    | Entered Level 5 of a ziggurat
276715 | Zig:5    | Identified the amulet of the Lotus Blossom {Faith +Inv
                  | rElec rC-}
276883 | Zig:6    | Entered Level 6 of a ziggurat
277190 | Zig:7    | Entered Level 7 of a ziggurat
277238 | Zig:7    | Identified the ring of Xom's Malicious Joy {rC+ Will- rCorr
                  | MP+9}
277254 | Zig:7    | Identified the ring "Nytoll" {Str+3 SInv Stlth+}
277262 | Zig:7    | Identified the +5 bardiche "Load" {antimagic, SInv}
277269 | Zig:7    | Identified the +0 ring mail of Shadows and Fog {rC+ Dex+3}
277271 | Zig:7    | Identified the staff of Zurhose {rElec rC+ Necro Air}
277280 | Zig:7    | Identified the +4 chain mail "Ped Ible" {rN+ Will+ Str+3}
277308 | Zig:7    | Identified the +0 sling of Ignis, Gazing {flame, ^Contam
                  | rElec rN+ Dex+2}
277321 | Zig:7    | Identified the ring of Qudofrourch {Fly rC- rCorr EV+5
                  | Str+3}
277521 | Zig:8    | Entered Level 8 of a ziggurat
277552 | Zig:8    | Killed Biog the pandemonium lord
277934 | Zig:9    | Entered Level 9 of a ziggurat
278260 | Zig:9    | Identified the amulet "Peytene" {Regen+ Int+3}
278263 | Zig:9    | Identified the ring of Undoing {rCorr Dex+3 Slay+5 SInv}
278291 | Zig:10   | Entered Level 10 of a ziggurat
278291 | Zig:10   | Noticed an orb of fire
278291 | Zig:10   | Noticed an orb of fire
278291 | Zig:10   | Noticed an orb of fire
278291 | Zig:10   | Noticed an orb of fire
278291 | Zig:10   | Noticed an orb of fire
278291 | Zig:10   | Noticed an orb of fire
278291 | Zig:10   | Noticed an orb of fire
278291 | Zig:10   | Noticed an orb of fire
278291 | Zig:10   | Noticed an orb of fire
278291 | Zig:10   | Noticed an orb of fire
278291 | Zig:10   | Noticed an orb of fire
278291 | Zig:10   | Noticed an orb of fire
278291 | Zig:10   | Noticed an orb of fire
278291 | Zig:10   | Noticed an orb of fire
278291 | Zig:10   | Noticed an orb of fire
278291 | Zig:10   | Noticed an orb of fire
278291 | Zig:10   | Noticed an orb of fire
278291 | Zig:10   | Noticed an orb of fire
278291 | Zig:10   | Noticed an orb of fire
278291 | Zig:10   | Noticed an orb of fire
278291 | Zig:10   | Noticed an orb of fire
278291 | Zig:10   | Noticed an orb of fire
278291 | Zig:10   | Noticed an orb of fire
278291 | Zig:10   | Noticed an orb of fire
278291 | Zig:10   | Noticed an orb of fire
278291 | Zig:10   | Noticed an orb of fire
278291 | Zig:10   | Noticed an orb of fire
278291 | Zig:10   | Noticed an orb of fire
278291 | Zig:10   | Noticed an orb of fire
278291 | Zig:10   | Noticed an orb of fire
278291 | Zig:10   | Noticed an orb of fire
278291 | Zig:10   | Noticed an orb of fire
278291 | Zig:10   | Noticed an orb of fire
278291 | Zig:10   | Noticed an orb of fire
278291 | Zig:10   | Noticed an orb of fire
278291 | Zig:10   | Noticed an orb of fire
278291 | Zig:10   | Noticed an orb of fire
278293 | Zig:10   | Killed an orb of fire
278293 | Zig:10   | Noticed an orb of fire
278293 | Zig:10   | Noticed an orb of fire
278294 | Zig:10   | Killed an orb of fire
278294 | Zig:10   | Killed an orb of fire
278294 | Zig:10   | Killed an orb of fire
278294 | Zig:10   | Killed an orb of fire
278294 | Zig:10   | Killed an orb of fire
278294 | Zig:10   | Killed an orb of fire
278294 | Zig:10   | Noticed an orb of fire
278294 | Zig:10   | Noticed an orb of fire
278294 | Zig:10   | Noticed an orb of fire
278294 | Zig:10   | Noticed an orb of fire
278295 | Zig:10   | Noticed an orb of fire
278295 | Zig:10   | Noticed an orb of fire
278295 | Zig:10   | Noticed an orb of fire
278295 | Zig:10   | Killed an orb of fire
278295 | Zig:10   | Killed an orb of fire
278295 | Zig:10   | Killed an orb of fire
278295 | Zig:10   | Killed an orb of fire
278295 | Zig:10   | Killed an orb of fire
278295 | Zig:10   | Killed an orb of fire
278295 | Zig:10   | Killed an orb of fire
278295 | Zig:10   | Noticed an orb of fire
278295 | Zig:10   | Noticed an orb of fire
278295 | Zig:10   | Noticed an orb of fire
278295 | Zig:10   | Noticed an orb of fire
278295 | Zig:10   | Noticed an orb of fire
278296 | Zig:10   | Killed an orb of fire
278296 | Zig:10   | Killed an orb of fire
278296 | Zig:10   | Killed an orb of fire
278296 | Zig:10   | Killed an orb of fire
278296 | Zig:10   | Killed an orb of fire
278296 | Zig:10   | Killed an orb of fire
278296 | Zig:10   | Killed an orb of fire
278296 | Zig:10   | Killed an orb of fire
278296 | Zig:10   | Killed an orb of fire
278296 | Zig:10   | Killed an orb of fire
278296 | Zig:10   | Killed an orb of fire
278297 | Zig:10   | Noticed an orb of fire
278297 | Zig:10   | Killed an orb of fire
278297 | Zig:10   | Killed an orb of fire
278297 | Zig:10   | Killed an orb of fire
278297 | Zig:10   | Killed an orb of fire
278297 | Zig:10   | Killed an orb of fire
278297 | Zig:10   | Killed an orb of fire
278297 | Zig:10   | Killed an orb of fire
278297 | Zig:10   | Killed an orb of fire
278297 | Zig:10   | Noticed an orb of fire
278297 | Zig:10   | Noticed an orb of fire
278298 | Zig:10   | Killed an orb of fire
278298 | Zig:10   | Killed an orb of fire
278298 | Zig:10   | Killed an orb of fire
278298 | Zig:10   | Killed an orb of fire
278298 | Zig:10   | Killed an orb of fire
278298 | Zig:10   | Noticed an orb of fire
278299 | Zig:10   | Killed an orb of fire
278299 | Zig:10   | Killed an orb of fire
278299 | Zig:10   | Killed an orb of fire
278299 | Zig:10   | Killed an orb of fire
278299 | Zig:10   | Killed an orb of fire
278299 | Zig:10   | Killed an orb of fire
278299 | Zig:10   | Killed an orb of fire
278299 | Zig:10   | Killed an orb of fire
278299 | Zig:10   | Killed an orb of fire
278299 | Zig:10   | Noticed an orb of fire
278300 | Zig:10   | Killed an orb of fire
278300 | Zig:10   | Killed an orb of fire
278300 | Zig:10   | Killed an orb of fire
278300 | Zig:10   | Noticed an orb of fire
278301 | Zig:10   | Noticed an orb of fire
278301 | Zig:10   | Killed an orb of fire
278301 | Zig:10   | Killed an orb of fire
278301 | Zig:10   | Killed an orb of fire
278301 | Zig:10   | Noticed an orb of fire
278301 | Zig:10   | Noticed an orb of fire
278301 | Zig:10   | Noticed an orb of fire
278301 | Zig:10   | Noticed an orb of fire
278301 | Zig:10   | Noticed an orb of fire
278302 | Zig:10   | Noticed an orb of fire
278302 | Zig:10   | Killed an orb of fire
278302 | Zig:10   | Killed an orb of fire
278302 | Zig:10   | Noticed an orb of fire
278303 | Zig:10   | Killed an orb of fire
278303 | Zig:10   | Noticed an orb of fire
278303 | Zig:10   | Noticed an orb of fire
278304 | Zig:10   | Noticed an orb of fire
278304 | Zig:10   | Killed an orb of fire
278304 | Zig:10   | Killed an orb of fire
278304 | Zig:10   | Killed an orb of fire
278304 | Zig:10   | Killed an orb of fire
278304 | Zig:10   | Killed an orb of fire
278304 | Zig:10   | Noticed an orb of fire
278309 | Zig:10   | Killed an orb of fire
278309 | Zig:10   | Killed an orb of fire
278310 | Zig:10   | Killed an orb of fire
278311 | Zig:10   | Killed an orb of fire
278313 | Zig:10   | Killed an orb of fire
278313 | Zig:10   | Killed an orb of fire
278316 | Zig:10   | Noticed an orb of fire
278316 | Zig:10   | Killed an orb of fire
278316 | Zig:10   | Killed an orb of fire
278316 | Zig:10   | Noticed an orb of fire
278316 | Zig:10   | Noticed an orb of fire
278320 | Zig:10   | Killed an orb of fire
278321 | Zig:10   | Killed an orb of fire
278324 | Zig:10   | Noticed an orb of fire
278325 | Zig:10   | Noticed an orb of fire
278326 | Zig:10   | Killed an orb of fire
278327 | Zig:10   | Killed an orb of fire
278327 | Zig:10   | Killed an orb of fire
278327 | Zig:10   | Noticed an orb of fire
278328 | Zig:10   | Noticed an orb of fire
278328 | Zig:10   | Noticed an orb of fire
278330 | Zig:10   | Killed an orb of fire
278330 | Zig:10   | Killed an orb of fire
278330 | Zig:10   | Noticed an orb of fire
278332 | Zig:10   | Killed an orb of fire
278333 | Zig:10   | Noticed an orb of fire
278333 | Zig:10   | Noticed an orb of fire
278336 | Zig:10   | Killed an orb of fire
278336 | Zig:10   | Killed an orb of fire
278337 | Zig:10   | Killed an orb of fire
278567 | Zig:10   | Identified the +5 scale mail "Muuckev" {rF+ Dex+4}
278573 | Zig:10   | Identified the +7 halberd of the Dark Horse {freeze, rCorr
                  | Str+2 Int+3}
278574 | Zig:10   | Identified the +8 bardiche of Wu Jian's Hope {heavy, Int+3}
278598 | Zig:11   | Entered Level 11 of a ziggurat
278678 | Zig:11   | Identified the amulet "Feur" {Acrobat Regen+ Str-5 Int+4}
278684 | Zig:11   | Identified the +0 pair of gloves "Qored" {Will+}
278720 | Zig:11   | Identified the +4 dagger of Pealep {holy, Int+2 Stlth+}
278726 | Zig:11   | Identified the ring "Funeguutso" {rC++ rN+}
279112 | Zig:12   | Entered Level 12 of a ziggurat
279112 | Zig:12   | Noticed an ancient lich
279114 | Zig:12   | Killed an ancient lich
279514 | Zig:12   | Identified the +9 great sword "Wurun" {spect, Str-2 Dex+5}
279518 | Zig:12   | Identified the ring "Demoopiylo" {rElec rF+ Int+4}
279523 | Zig:12   | Identified the +2 short sword of the Throat {heavy, rElec
                  | rF+ Will+ Int-3}
279613 | Zig:13   | Entered Level 13 of a ziggurat
280129 | Zig:13   | Identified the +10 demon trident "Grim Tooth" {flame,
                  | ^Drain rPois rF+ Dex+3}
280138 | Zig:13   | Identified the +3 glaive "Xueshau" {pain, rPois rN+++ MP+9
                  | Int-3}
280143 | Zig:13   | Identified the +11 hand axe of Putrescence {freeze, Will+
                  | Stlth+}
280158 | Zig:13   | Identified the +9 sling of the Hidden Vale {drain, rElec
                  | Will+ rCorr}
280159 | Zig:13   | Identified the ring of Hedonism {rPois rF+ Str+4}
280162 | Zig:13   | Identified the staff of Orawas {rElec rF+ rCorr Fire}
280168 | Zig:13   | Identified the +2 robe of the Keeping Gods {rF+ rC++}
280170 | Zig:13   | Identified the +2 glaive of Anguish {flame, Dex+3}
280171 | Zig:13   | Identified the +0 scale mail of Pride {^Contam Harm rN+++}
280172 | Zig:13   | Identified the amulet of Diecw {Reflect Str+2 SH+5}
280201 | Zig:14   | Entered Level 14 of a ziggurat
280807 | Zig:14   | Identified the +9 war axe "Elobop" {speed, Int+4}
280814 | Zig:14   | Identified the +8 short sword "Fugizuch" {holy, *Corrode
                  | rPois Int+2 Dex+3}
280832 | Zig:14   | Identified the staff "Turueceph" {rPois rC+ Dex-3 Tloc Ice
                  | Air}
280843 | Zig:15   | Entered Level 15 of a ziggurat
280844 | Zig:15   | Noticed an ancient lich
280844 | Zig:15   | Noticed an ancient lich
280844 | Zig:15   | Noticed a dread lich
280844 | Zig:15   | Noticed a dread lich
280845 | Zig:15   | Noticed a dread lich
280845 | Zig:15   | Noticed an ancient lich
280845 | Zig:15   | Noticed a dread lich
280845 | Zig:15   | Noticed an ancient lich
280845 | Zig:15   | Noticed a dread lich
280845 | Zig:15   | Noticed a dread lich
280845 | Zig:15   | Noticed an ancient lich
280845 | Zig:15   | Noticed a dread lich
280846 | Zig:15   | Noticed an ancient lich
280846 | Zig:15   | Killed an ancient lich
280846 | Zig:15   | Killed an ancient lich
280848 | Zig:15   | Killed a dread lich
280848 | Zig:15   | Killed a dread lich
280848 | Zig:15   | Killed an ancient lich
280848 | Zig:15   | Killed an ancient lich
280848 | Zig:15   | Killed an ancient lich
280848 | Zig:15   | Killed a dread lich
280848 | Zig:15   | Killed an ancient lich
280848 | Zig:15   | Killed a dread lich
280848 | Zig:15   | Killed a dread lich
280848 | Zig:15   | Killed a dread lich
280848 | Zig:15   | Noticed a dread lich
280848 | Zig:15   | Noticed an ancient lich
280848 | Zig:15   | Noticed a dread lich
280848 | Zig:15   | Noticed a dread lich
280848 | Zig:15   | Noticed a dread lich
280849 | Zig:15   | Noticed an ancient lich
280849 | Zig:15   | Noticed a dread lich
280849 | Zig:15   | Noticed an ancient lich
280849 | Zig:15   | Noticed a dread lich
280849 | Zig:15   | Noticed a dread lich
280849 | Zig:15   | Noticed an ancient lich
280849 | Zig:15   | Noticed an ancient lich
280849 | Zig:15   | Noticed a dread lich
280850 | Zig:15   | Noticed a dread lich
280850 | Zig:15   | Noticed an ancient lich
280850 | Zig:15   | Noticed a dread lich
280850 | Zig:15   | Noticed an ancient lich
280850 | Zig:15   | Noticed an ancient lich
280850 | Zig:15   | Noticed a dread lich
280850 | Zig:15   | Noticed an ancient lich
280850 | Zig:15   | Noticed an ancient lich
280850 | Zig:15   | Noticed a dread lich
280850 | Zig:15   | Noticed a dread lich
280850 | Zig:15   | Noticed a dread lich
280850 | Zig:15   | Noticed an ancient lich
280850 | Zig:15   | Noticed an ancient lich
280850 | Zig:15   | Noticed an ancient lich
280850 | Zig:15   | Noticed a dread lich
280850 | Zig:15   | Noticed a dread lich
280850 | Zig:15   | Noticed an ancient lich
280851 | Zig:15   | Killed a dread lich
280851 | Zig:15   | Killed an ancient lich
280851 | Zig:15   | Killed an ancient lich
280851 | Zig:15   | Killed an ancient lich
280851 | Zig:15   | Killed a dread lich
280851 | Zig:15   | Killed a dread lich
280851 | Zig:15   | Killed an ancient lich
280851 | Zig:15   | Killed a dread lich
280851 | Zig:15   | Noticed a dread lich
280851 | Zig:15   | Noticed a dread lich
280851 | Zig:15   | Noticed a dread lich
280852 | Zig:15   | Killed an ancient lich
280852 | Zig:15   | Killed an ancient lich
280852 | Zig:15   | Killed an ancient lich
280852 | Zig:15   | Killed an ancient lich
280852 | Zig:15   | Killed a dread lich
280852 | Zig:15   | Killed a dread lich
280852 | Zig:15   | Killed a dread lich
280852 | Zig:15   | Killed a dread lich
280852 | Zig:15   | Killed an ancient lich
280852 | Zig:15   | Killed a dread lich
280852 | Zig:15   | Killed a dread lich
280852 | Zig:15   | Killed a dread lich
280852 | Zig:15   | Killed an ancient lich
280852 | Zig:15   | Killed a dread lich
280852 | Zig:15   | Killed a dread lich
280852 | Zig:15   | Killed an ancient lich
280852 | Zig:15   | Killed a dread lich
280852 | Zig:15   | Killed a dread lich
280853 | Zig:15   | Killed a dread lich
280853 | Zig:15   | Killed an ancient lich
280853 | Zig:15   | Killed a dread lich
280853 | Zig:15   | Killed an ancient lich
280853 | Zig:15   | Killed a dread lich
280853 | Zig:15   | Killed an ancient lich
280853 | Zig:15   | Killed a dread lich
280853 | Zig:15   | Noticed an ancient lich
280853 | Zig:15   | Noticed an ancient lich
280853 | Zig:15   | Noticed a dread lich
280853 | Zig:15   | Noticed a dread lich
280854 | Zig:15   | Noticed an ancient lich
280854 | Zig:15   | Noticed a dread lich
280854 | Zig:15   | Noticed a dread lich
280854 | Zig:15   | Noticed an ancient lich
280854 | Zig:15   | Noticed a dread lich
280854 | Zig:15   | Noticed a dread lich
280855 | Zig:15   | Noticed a dread lich
280855 | Zig:15   | Noticed a dread lich
280855 | Zig:15   | Noticed a dread lich
280855 | Zig:15   | Noticed a dread lich
280855 | Zig:15   | Noticed a dread lich
280855 | Zig:15   | Noticed a dread lich
280855 | Zig:15   | Noticed a dread lich
280855 | Zig:15   | Noticed a dread lich
280855 | Zig:15   | Killed a dread lich
280856 | Zig:15   | Noticed an ancient lich
280856 | Zig:15   | Noticed an ancient lich
280856 | Zig:15   | Noticed a dread lich
280856 | Zig:15   | Noticed an ancient lich
280856 | Zig:15   | Noticed a dread lich
280856 | Zig:15   | Noticed a dread lich
280856 | Zig:15   | Noticed a dread lich
280856 | Zig:15   | Noticed an ancient lich
280856 | Zig:15   | Noticed a dread lich
280856 | Zig:15   | Noticed a dread lich
280856 | Zig:15   | Killed an ancient lich
280856 | Zig:15   | Noticed a dread lich
280856 | Zig:15   | Noticed an ancient lich
280857 | Zig:15   | Noticed an ancient lich
280857 | Zig:15   | Noticed an ancient lich
280857 | Zig:15   | Killed a dread lich
280857 | Zig:15   | Killed a dread lich
280857 | Zig:15   | Killed a dread lich
280857 | Zig:15   | Killed a dread lich
280857 | Zig:15   | Killed an ancient lich
280857 | Zig:15   | Killed a dread lich
280857 | Zig:15   | Killed an ancient lich
280857 | Zig:15   | Killed a dread lich
280857 | Zig:15   | Killed a dread lich
280857 | Zig:15   | Killed an ancient lich
280857 | Zig:15   | Killed an ancient lich
280857 | Zig:15   | Killed an ancient lich
280857 | Zig:15   | Killed an ancient lich
280857 | Zig:15   | Killed an ancient lich
280857 | Zig:15   | Noticed an ancient lich
280858 | Zig:15   | Killed a dread lich
280858 | Zig:15   | Killed an ancient lich
280858 | Zig:15   | Killed a dread lich
280858 | Zig:15   | Killed a dread lich
280858 | Zig:15   | Killed a dread lich
280858 | Zig:15   | Killed a dread lich
280858 | Zig:15   | Killed a dread lich
280858 | Zig:15   | Killed a dread lich
280858 | Zig:15   | Killed an ancient lich
280858 | Zig:15   | Killed a dread lich
280858 | Zig:15   | Killed a dread lich
280858 | Zig:15   | Killed a dread lich
280859 | Zig:15   | Killed a dread lich
280859 | Zig:15   | Killed a dread lich
280859 | Zig:15   | Killed an ancient lich
280859 | Zig:15   | Killed an ancient lich
280859 | Zig:15   | Killed an ancient lich
280859 | Zig:15   | Killed a dread lich
280859 | Zig:15   | Noticed an ancient lich
280859 | Zig:15   | Noticed a dread lich
280859 | Zig:15   | Noticed a dread lich
280859 | Zig:15   | Noticed a dread lich
280859 | Zig:15   | Noticed an ancient lich
280860 | Zig:15   | Noticed a dread lich
280860 | Zig:15   | Noticed a dread lich
280860 | Zig:15   | Noticed an ancient lich
280860 | Zig:15   | Noticed a dread lich
280860 | Zig:15   | Noticed an ancient lich
280860 | Zig:15   | Noticed a dread lich
280860 | Zig:15   | Noticed an ancient lich
280860 | Zig:15   | Noticed a dread lich
280861 | Zig:15   | Noticed a dread lich
280861 | Zig:15   | Noticed an ancient lich
280861 | Zig:15   | Noticed a dread lich
280861 | Zig:15   | Noticed an ancient lich
280861 | Zig:15   | Noticed a dread lich
280861 | Zig:15   | Noticed an ancient lich
280861 | Zig:15   | Noticed a dread lich
280861 | Zig:15   | Noticed a dread lich
280861 | Zig:15   | Noticed an ancient lich
280861 | Zig:15   | Noticed a dread lich
280862 | Zig:15   | Killed a dread lich
280862 | Zig:15   | Killed a dread lich
280862 | Zig:15   | Killed a dread lich
280862 | Zig:15   | Killed a dread lich
280862 | Zig:15   | Killed a dread lich
280862 | Zig:15   | Killed a dread lich
280862 | Zig:15   | Killed an ancient lich
280862 | Zig:15   | Killed a dread lich
280862 | Zig:15   | Killed an ancient lich
280862 | Zig:15   | Killed a dread lich
280862 | Zig:15   | Killed an ancient lich
280862 | Zig:15   | Killed a dread lich
280862 | Zig:15   | Killed a dread lich
280862 | Zig:15   | Killed a dread lich
280863 | Zig:15   | Killed an ancient lich
280863 | Zig:15   | Killed an ancient lich
280863 | Zig:15   | Killed an ancient lich
280863 | Zig:15   | Killed a dread lich
280863 | Zig:15   | Killed an ancient lich
280863 | Zig:15   | Killed an ancient lich
280863 | Zig:15   | Killed a dread lich
280863 | Zig:15   | Killed an ancient lich
280863 | Zig:15   | Killed a dread lich
280864 | Zig:15   | Killed a dread lich
280865 | Zig:15   | Noticed an ancient lich
280868 | Zig:15   | Killed an ancient lich
280872 | Zig:15   | Noticed an ancient lich
280955 | Zig:15   | Identified the +9 dagger "Pewos" {flame, rElec rC+ Will+}
280962 | Zig:15   | Killed an ancient lich
280976 | Zig:15   | Identified the +9 dagger "Qaecw" {pain, rElec rCorr}
280996 | Zig:15   | Identified the +2 robe of Gozag's Benevolence {rC+ Stlth+}
281004 | Zig:15   | Identified the +3 spear "Ypiecegg" {freeze, Int+2 Stlth+}
281015 | Zig:15   | Identified the +0 shortbow "Acarineslayer" {freeze, rPois
                  | rF- rC+}
281045 | Zig:15   | Identified the +2 ice dragon scales of the Lich-sworn
                  | {rPois rF- rC++ SInv}
281387 | Zig:16   | Entered Level 16 of a ziggurat
281387 | Zig:16   | Noticed Qanot the pandemonium lord
281387 | Zig:16   | Noticed Vaidunwy the pandemonium lord
281387 | Zig:16   | Noticed Jetug the pandemonium lord
281387 | Zig:16   | Noticed Muem the pandemonium lord
281387 | Zig:16   | Noticed Jaacrot the pandemonium lord
281387 | Zig:16   | Noticed Kacsen the pandemonium lord
281387 | Zig:16   | Noticed Ywupleo the pandemonium lord
281387 | Zig:16   | Noticed Hafrec the pandemonium lord
281387 | Zig:16   | Noticed Eneqiu the pandemonium lord
281387 | Zig:16   | Noticed Mimeblihi the pandemonium lord
281387 | Zig:16   | Noticed Hoetoha the pandemonium lord
281387 | Zig:16   | Noticed Billerer the pandemonium lord
281387 | Zig:16   | Noticed Filep the pandemonium lord
281387 | Zig:16   | Noticed Tilaxei the pandemonium lord
281387 | Zig:16   | Noticed Maggu the pandemonium lord
281387 | Zig:16   | Noticed Punyn the pandemonium lord
281387 | Zig:16   | Noticed Waugheuf the pandemonium lord
281387 | Zig:16   | Noticed Kaen the pandemonium lord
281387 | Zig:16   | Noticed Boscheku the pandemonium lord
281387 | Zig:16   | Noticed Amnurche the pandemonium lord
281387 | Zig:16   | Noticed Dieququm the pandemonium lord
281387 | Zig:16   | Noticed Xaikhlom the pandemonium lord
281387 | Zig:16   | Noticed Qeps the pandemonium lord
281387 | Zig:16   | Noticed Suat the pandemonium lord
281387 | Zig:16   | Noticed Eceaseug the pandemonium lord
281387 | Zig:16   | Noticed Kikhel the pandemonium lord
281387 | Zig:16   | Noticed Teitur the pandemonium lord
281387 | Zig:16   | Noticed Tuurrimo the pandemonium lord
281387 | Zig:16   | Noticed Vuuhion the pandemonium lord
281387 | Zig:16   | Noticed Ewnuh the pandemonium lord
281387 | Zig:16   | Noticed Aneuno Feiv the pandemonium lord
281388 | Zig:16   | Killed Mimeblihi the pandemonium lord
281388 | Zig:16   | Killed Eneqiu the pandemonium lord
281388 | Zig:16   | Killed Eceaseug the pandemonium lord
281388 | Zig:16   | Killed Boscheku the pandemonium lord
281388 | Zig:16   | Killed Kaen the pandemonium lord
281388 | Zig:16   | Killed Aneuno Feiv the pandemonium lord
281388 | Zig:16   | Noticed Isasu the pandemonium lord
281389 | Zig:16   | Noticed Tykheper the pandemonium lord
281389 | Zig:16   | Noticed Fuudeim the pandemonium lord
281389 | Zig:16   | Noticed Koutrad the pandemonium lord
281389 | Zig:16   | Noticed Toixt the pandemonium lord
281390 | Zig:16   | Noticed Tezoam the pandemonium lord
281390 | Zig:16   | Noticed Mianyw the pandemonium lord
281390 | Zig:16   | Noticed Boxkamist the pandemonium lord
281391 | Zig:16   | Noticed Lacod the pandemonium lord
281391 | Zig:16   | Killed Hafrec the pandemonium lord
281391 | Zig:16   | Killed Teitur the pandemonium lord
281391 | Zig:16   | Killed Qeps the pandemonium lord
281391 | Zig:16   | Killed Suat the pandemonium lord
281391 | Zig:16   | Noticed Zaci the pandemonium lord
281391 | Zig:16   | Killed Ewnuh the pandemonium lord
281391 | Zig:16   | Killed Jaacrot the pandemonium lord
281391 | Zig:16   | Noticed Quhon the pandemonium lord
281392 | Zig:16   | Killed Tykheper the pandemonium lord
281392 | Zig:16   | Killed Quhon the pandemonium lord
281392 | Zig:16   | Killed Muem the pandemonium lord
281392 | Zig:16   | Killed Boxkamist the pandemonium lord
281392 | Zig:16   | Killed Mianyw the pandemonium lord
281392 | Zig:16   | Killed Ywupleo the pandemonium lord
281392 | Zig:16   | Noticed Hurphec the pandemonium lord
281393 | Zig:16   | Killed Dieququm the pandemonium lord
281393 | Zig:16   | Killed Tilaxei the pandemonium lord
281393 | Zig:16   | Killed Amnurche the pandemonium lord
281393 | Zig:16   | Killed Punyn the pandemonium lord
281393 | Zig:16   | Killed Tuurrimo the pandemonium lord
281393 | Zig:16   | Noticed Paunae the pandemonium lord
281393 | Zig:16   | Noticed Tudaifeng the pandemonium lord
281393 | Zig:16   | Noticed Cyost the pandemonium lord
281393 | Zig:16   | Noticed Miengex the pandemonium lord
281393 | Zig:16   | Noticed Niteerr the pandemonium lord
281394 | Zig:16   | Killed Tudaifeng the pandemonium lord
281394 | Zig:16   | Noticed Wag Vual the pandemonium lord
281395 | Zig:16   | Killed Koutrad the pandemonium lord
281395 | Zig:16   | Killed Afocurunenn the pandemonium lord
281395 | Zig:16   | Killed Tezoam the pandemonium lord
281395 | Zig:16   | Killed Vuuhion the pandemonium lord
281395 | Zig:16   | Noticed Inuggiw the pandemonium lord
281396 | Zig:16   | Killed Wag Vual the pandemonium lord
281396 | Zig:16   | Killed Niteerr the pandemonium lord
281396 | Zig:16   | Killed Fuudeim the pandemonium lord
281396 | Zig:16   | Killed Kikhel the pandemonium lord
281396 | Zig:16   | Noticed Wuekhuc the pandemonium lord
281396 | Zig:16   | Noticed Kutugh the pandemonium lord
281396 | Zig:16   | Noticed Ufatrimu the pandemonium lord
281396 | Zig:16   | Noticed Gysupug the pandemonium lord
281397 | Zig:16   | Killed Qanot the pandemonium lord
281398 | Zig:16   | Killed Miengex the pandemonium lord
281398 | Zig:16   | Killed Xaikhlom the pandemonium lord
281398 | Zig:16   | Killed Maggu the pandemonium lord
281398 | Zig:16   | Killed Cyost the pandemonium lord
281398 | Zig:16   | Killed Kacsen the pandemonium lord
281398 | Zig:16   | Noticed Tadesy the pandemonium lord
281398 | Zig:16   | Noticed Omonial the pandemonium lord
281399 | Zig:16   | Killed Lacod the pandemonium lord
281399 | Zig:16   | Killed Toixt the pandemonium lord
281399 | Zig:16   | Killed Vaidunwy the pandemonium lord
281399 | Zig:16   | Noticed Calaux the pandemonium lord
281399 | Zig:16   | Noticed Wiozumem the pandemonium lord
281400 | Zig:16   | Killed Omonial the pandemonium lord
281400 | Zig:16   | Killed Wiozumem the pandemonium lord
281400 | Zig:16   | Killed Filep the pandemonium lord
281400 | Zig:16   | Killed Hoetoha the pandemonium lord
281400 | Zig:16   | Noticed Merikh the pandemonium lord
281400 | Zig:16   | Noticed Konuoc the pandemonium lord
281400 | Zig:16   | Noticed Bupathuu the pandemonium lord
281401 | Zig:16   | Killed Isasu the pandemonium lord
281401 | Zig:16   | Killed Gysupug the pandemonium lord
281401 | Zig:16   | Noticed Pydghib the pandemonium lord
281401 | Zig:16   | Killed Waugheuf the pandemonium lord
281402 | Zig:16   | Noticed Buatucec the pandemonium lord
281402 | Zig:16   | Noticed Puzagylo the pandemonium lord
281402 | Zig:16   | Noticed Voraconi the pandemonium lord
281402 | Zig:16   | Killed Merikh the pandemonium lord
281402 | Zig:16   | Killed Puzagylo the pandemonium lord
281402 | Zig:16   | Killed Billerer the pandemonium lord
281402 | Zig:16   | Noticed Xapaom the pandemonium lord
281402 | Zig:16   | Noticed Ceraohia the pandemonium lord
281403 | Zig:16   | Killed Voraconi the pandemonium lord
281403 | Zig:16   | Killed Jetug the pandemonium lord
281403 | Zig:16   | Killed Hurphec the pandemonium lord
281403 | Zig:16   | Noticed Leanabeu the pandemonium lord
281403 | Zig:16   | Noticed Poimuph the pandemonium lord
281403 | Zig:16   | Noticed Wakh the pandemonium lord
281404 | Zig:16   | Killed Buatucec the pandemonium lord
281404 | Zig:16   | Killed Kutugh the pandemonium lord
281404 | Zig:16   | Killed Tadesy the pandemonium lord
281404 | Zig:16   | Noticed Ezaogga the pandemonium lord
281405 | Zig:16   | Killed Poimuph the pandemonium lord
281405 | Zig:16   | Killed Calaux the pandemonium lord
281405 | Zig:16   | Noticed Ponailo the pandemonium lord
281406 | Zig:16   | Noticed Jagistru the pandemonium lord
281406 | Zig:16   | Killed Leanabeu the pandemonium lord
281406 | Zig:16   | Noticed Innoin the pandemonium lord
281406 | Zig:16   | Noticed Dipno the pandemonium lord
281407 | Zig:16   | Killed Jagistru the pandemonium lord
281407 | Zig:16   | Noticed Lom Rirr the pandemonium lord
281408 | Zig:16   | Killed Inuggiw the pandemonium lord
281408 | Zig:16   | Killed Zaci the pandemonium lord
281408 | Zig:16   | Killed Ceraohia the pandemonium lord
281408 | Zig:16   | Killed Paunae the pandemonium lord
281408 | Zig:16   | Killed Dipno the pandemonium lord
281408 | Zig:16   | Noticed Gawee the pandemonium lord
281408 | Zig:16   | Noticed Dampuves the pandemonium lord
281409 | Zig:16   | Killed Innoin the pandemonium lord
281409 | Zig:16   | Noticed Vuwamn the pandemonium lord
281409 | Zig:16   | Noticed Kaidwu Tabeu the pandemonium lord
281409 | Zig:16   | Noticed Tutry the pandemonium lord
281411 | Zig:16   | Killed Dampuves the pandemonium lord
281411 | Zig:16   | Noticed Mudou the pandemonium lord
281411 | Zig:16   | Noticed Emaef the pandemonium lord
281413 | Zig:16   | Noticed Acogae the pandemonium lord
281413 | Zig:16   | Noticed Qiruabruure the pandemonium lord
281413 | Zig:16   | Noticed Xexox the pandemonium lord
281414 | Zig:16   | Noticed Bamo Ritz the pandemonium lord
281415 | Zig:16   | Noticed Fets the pandemonium lord
281415 | Zig:16   | Noticed Danorph the pandemonium lord
281416 | Zig:16   | Killed Hinale the pandemonium lord
281416 | Zig:16   | Noticed Kuefestra the pandemonium lord
281417 | Zig:16   | Noticed Inoobo the pandemonium lord
281418 | Zig:16   | Killed Bat Nuur the pandemonium lord
281419 | Zig:16   | Noticed Nuvath the pandemonium lord
281419 | Zig:16   | Noticed Umifog the pandemonium lord
281420 | Zig:16   | Killed Tutry the pandemonium lord
281420 | Zig:16   | Killed Qiruabruure the pandemonium lord
281420 | Zig:16   | Killed Fets the pandemonium lord
281420 | Zig:16   | Noticed Gaf Hoxaxoerch the pandemonium lord
281420 | Zig:16   | Noticed Xofopn the pandemonium lord
281421 | Zig:16   | Noticed Uroist the pandemonium lord
281421 | Zig:16   | Killed Bamo Ritz the pandemonium lord
281421 | Zig:16   | Killed Kaidwu Tabeu the pandemonium lord
281421 | Zig:16   | Killed Umifog the pandemonium lord
281421 | Zig:16   | Killed Ufatrimu the pandemonium lord
281421 | Zig:16   | Killed Vuwamn the pandemonium lord
281421 | Zig:16   | Noticed Votina the pandemonium lord
281421 | Zig:16   | Noticed Xuyzxu Kujo the pandemonium lord
281421 | Zig:16   | Noticed Egrue the pandemonium lord
281421 | Zig:16   | Noticed Siaroeli the pandemonium lord
281422 | Zig:16   | Killed Emaef the pandemonium lord
281422 | Zig:16   | Killed Wakh the pandemonium lord
281422 | Zig:16   | Killed Pydghib the pandemonium lord
281422 | Zig:16   | Killed Xapaom the pandemonium lord
281422 | Zig:16   | Killed Inoobo the pandemonium lord
281422 | Zig:16   | Killed Ponailo the pandemonium lord
281422 | Zig:16   | Killed Ezaogga the pandemonium lord
281422 | Zig:16   | Killed Wuekhuc the pandemonium lord
281422 | Zig:16   | Killed Acogae the pandemonium lord
281423 | Zig:16   | Killed Gawee the pandemonium lord
281423 | Zig:16   | Killed Xofopn the pandemonium lord
281423 | Zig:16   | Noticed Nobeul the pandemonium lord
281424 | Zig:16   | Noticed Jewn the pandemonium lord
281424 | Zig:16   | Noticed Ytafi the pandemonium lord
281424 | Zig:16   | Noticed Reis the pandemonium lord
281424 | Zig:16   | Noticed Gaehime the pandemonium lord
281424 | Zig:16   | Noticed Akhunih the pandemonium lord
281424 | Zig:16   | Noticed Saeshrug the pandemonium lord
281424 | Zig:16   | Noticed Qewifaacs the pandemonium lord
281424 | Zig:16   | Noticed Kinuroll the pandemonium lord
281424 | Zig:16   | Noticed Onwopezo the pandemonium lord
281424 | Zig:16   | Noticed Ufiteqel the pandemonium lord
281424 | Zig:16   | Noticed Muepink the pandemonium lord
281424 | Zig:16   | Noticed Ikhlef Lokli the pandemonium lord
281424 | Zig:16   | Noticed Naom the pandemonium lord
281424 | Zig:16   | Noticed Osougiofy the pandemonium lord
281424 | Zig:16   | Noticed Qoiva the pandemonium lord
281425 | Zig:16   | Killed Egrue the pandemonium lord
281425 | Zig:16   | Killed Gaf Hoxaxoerch the pandemonium lord
281425 | Zig:16   | Killed Danorph the pandemonium lord
281425 | Zig:16   | Killed Kuefestra the pandemonium lord
281425 | Zig:16   | Killed Qoiva the pandemonium lord
281425 | Zig:16   | Killed Qewifaacs the pandemonium lord
281425 | Zig:16   | Killed Ikhlef Lokli the pandemonium lord
281425 | Zig:16   | Killed Siaroeli the pandemonium lord
281425 | Zig:16   | Killed Akhunih the pandemonium lord
281425 | Zig:16   | Killed Xuyzxu Kujo the pandemonium lord
281425 | Zig:16   | Killed Ytafi the pandemonium lord
281425 | Zig:16   | Killed Lom Rirr the pandemonium lord
281425 | Zig:16   | Noticed Jybbob the pandemonium lord
281425 | Zig:16   | Noticed Uptomon the pandemonium lord
281425 | Zig:16   | Noticed Lofuets the pandemonium lord
281426 | Zig:16   | Killed Muepink the pandemonium lord
281426 | Zig:16   | Killed Konuoc the pandemonium lord
281426 | Zig:16   | Killed Wuilodec the pandemonium lord
281426 | Zig:16   | Killed Ufiteqel the pandemonium lord
281426 | Zig:16   | Killed Xexox the pandemonium lord
281426 | Zig:16   | Killed Kinuroll the pandemonium lord
281426 | Zig:16   | Killed Osougiofy the pandemonium lord
281426 | Zig:16   | Killed Naom the pandemonium lord
281426 | Zig:16   | Noticed Anlac the pandemonium lord
281427 | Zig:16   | Killed Uroist the pandemonium lord
281427 | Zig:16   | Killed Onwopezo the pandemonium lord
281427 | Zig:16   | Killed Bupathuu the pandemonium lord
281427 | Zig:16   | Killed Gaehime the pandemonium lord
281427 | Zig:16   | Killed Jybbob the pandemonium lord
281427 | Zig:16   | Noticed Nuowk the pandemonium lord
281428 | Zig:16   | Noticed Jyischod the pandemonium lord
281428 | Zig:16   | Killed Nobeul the pandemonium lord
281428 | Zig:16   | Killed Mudou the pandemonium lord
281428 | Zig:16   | Killed Nuvath the pandemonium lord
281428 | Zig:16   | Noticed Wiluiph the pandemonium lord
281429 | Zig:16   | Noticed Pamopum the pandemonium lord
281429 | Zig:16   | Noticed Hyfritiwoki the pandemonium lord
281429 | Zig:16   | Killed Ehaewn the pandemonium lord
281429 | Zig:16   | Noticed Raapliw the pandemonium lord
281430 | Zig:16   | Killed Uptomon the pandemonium lord
281432 | Zig:16   | Killed Jewn the pandemonium lord
281432 | Zig:16   | Killed Jyischod the pandemonium lord
281432 | Zig:16   | Killed Anlac the pandemonium lord
281432 | Zig:16   | Noticed Roplu the pandemonium lord
281432 | Zig:16   | Noticed Qamuntea the pandemonium lord
281432 | Zig:16   | Noticed Iqoicoz the pandemonium lord
281433 | Zig:16   | Killed Hyfritiwoki the pandemonium lord
281433 | Zig:16   | Killed Raapliw the pandemonium lord
281434 | Zig:16   | Killed Reis the pandemonium lord
281434 | Zig:16   | Killed Lofuets the pandemonium lord
281434 | Zig:16   | Killed Votina the pandemonium lord
281434 | Zig:16   | Killed Saeshrug the pandemonium lord
281436 | Zig:16   | Noticed Guofeb the pandemonium lord
281436 | Zig:16   | Killed Wiluiph the pandemonium lord
281436 | Zig:16   | Killed Nuowk the pandemonium lord
281436 | Zig:16   | Noticed Ejippax the pandemonium lord
281436 | Zig:16   | Noticed Plog the pandemonium lord
281439 | Zig:16   | Noticed Angefi the pandemonium lord
281439 | Zig:16   | Killed Iqoicoz the pandemonium lord
281439 | Zig:16   | Killed Qamuntea the pandemonium lord
281439 | Zig:16   | Noticed Isoebuf the pandemonium lord
281440 | Zig:16   | Killed Roplu the pandemonium lord
281440 | Zig:16   | Killed Ejippax the pandemonium lord
281440 | Zig:16   | Killed Isoebuf the pandemonium lord
281440 | Zig:16   | Noticed Wuphouz the pandemonium lord
281441 | Zig:16   | Noticed Vuycubba the pandemonium lord
281441 | Zig:16   | Noticed Izxy the pandemonium lord
281442 | Zig:16   | Killed Plog the pandemonium lord
281442 | Zig:16   | Killed Pamopum the pandemonium lord
281443 | Zig:16   | Killed Vuycubba the pandemonium lord
281443 | Zig:16   | Noticed Caxovem the pandemonium lord
281444 | Zig:16   | Killed Wuphouz the pandemonium lord
281444 | Zig:16   | Noticed Ebedwiub the pandemonium lord
281445 | Zig:16   | Noticed Hulec the pandemonium lord
281449 | Zig:16   | Killed Guofeb the pandemonium lord
281450 | Zig:16   | Killed Angefi the pandemonium lord
281452 | Zig:16   | Noticed Diniph the pandemonium lord
281454 | Zig:16   | Found the +1 robe of Vines {NoPotionHeal Regen++++}
281459 | Zig:16   | Identified the +7 short sword "Kuigiot" {pain, rElec rF+
                  | rC+}
281474 | Zig:16   | Noticed Miepure the pandemonium lord
281475 | Zig:16   | Noticed Efyaxays the pandemonium lord
281475 | Zig:16   | Noticed Jydiorok the pandemonium lord
281475 | Zig:16   | Noticed Behuni the pandemonium lord
281476 | Zig:16   | Killed Jydiorok the pandemonium lord
281477 | Zig:16   | Noticed Poulisich the pandemonium lord
281477 | Zig:16   | Killed Caxovem the pandemonium lord
281478 | Zig:16   | Killed Miepure the pandemonium lord
281478 | Zig:16   | Killed Poulisich the pandemonium lord
281480 | Zig:16   | Killed Diniph the pandemonium lord
281480 | Zig:16   | Killed Efyaxays the pandemonium lord
281482 | Zig:16   | Identified the +5 broad axe of Disarray {heavy, *Noise MP+9
                  | Int+7 Dex+3}
281485 | Zig:16   | Killed Ebedwiub the pandemonium lord
281488 | Zig:16   | Killed Hulec the pandemonium lord
281489 | Zig:16   | Killed Izxy the pandemonium lord
281496 | Zig:16   | Killed Behuni the pandemonium lord
281646 | Zig:16   | Identified the +1 spear "Worm" {flame, rPois Int+4}
281657 | Zig:16   | Identified the +2 ring mail "Jaexil" {^Contam rC+ Str-5
                  | Int+5}
281661 | Zig:16   | Identified the -1 buckler of Yguck {*Corrode Fly rC+ Str+3}
282046 | Zig:16   | Identified the +4 hand axe "Efuu" {drain, Fly rC+}
282056 | Zig:16   | Identified the ring "Daratyen" {rF+ rCorr Int+6 Dex+3}
282194 | Zig:17   | Entered Level 17 of a ziggurat
282243 | Zig:17   | Noticed Udiw the pandemonium lord
282247 | Zig:17   | Killed Udiw the pandemonium lord
282841 | Zig:17   | Identified the +8 longbow of Nufer {elec, rElec Dex+3}
282848 | Zig:17   | Identified the +9 hand axe of the Wolf {heavy, Str+3}
282853 | Zig:17   | Identified the ring of the Firefly {rF+ rCorr Str+2 Int+2
                  | Dex+6}
282867 | Zig:17   | Identified the ring "Lureuffi" {Will+++ MP-9 Dex+6}
282871 | Zig:17   | Identified the +5 bardiche of Skirmishing {heavy, rElec
                  | rC+++ Str-5 Dex+3}
282900 | Zig:18   | Entered Level 18 of a ziggurat
282901 | Zig:18   | Noticed a dread lich
282901 | Zig:18   | Noticed an ancient lich
282902 | Zig:18   | Noticed a dread lich
282902 | Zig:18   | Noticed an ancient lich
282902 | Zig:18   | Noticed a dread lich
282902 | Zig:18   | Noticed a dread lich
282902 | Zig:18   | Noticed an ancient lich
282902 | Zig:18   | Noticed a dread lich
282902 | Zig:18   | Noticed a dread lich
282903 | Zig:18   | Killed an ancient lich
282903 | Zig:18   | Killed a dread lich
282903 | Zig:18   | Killed a dread lich
282903 | Zig:18   | Killed an ancient lich
282903 | Zig:18   | Noticed a dread lich
282903 | Zig:18   | Noticed a dread lich
282903 | Zig:18   | Noticed an ancient lich
282904 | Zig:18   | Noticed an ancient lich
282904 | Zig:18   | Noticed an ancient lich
282904 | Zig:18   | Noticed a dread lich
282904 | Zig:18   | Noticed a dread lich
282904 | Zig:18   | Noticed a dread lich
282904 | Zig:18   | Noticed an ancient lich
282905 | Zig:18   | Noticed an ancient lich
282905 | Zig:18   | Noticed a dread lich
282905 | Zig:18   | Noticed an ancient lich
282905 | Zig:18   | Noticed a dread lich
282905 | Zig:18   | Noticed a dread lich
282905 | Zig:18   | Noticed a dread lich
282905 | Zig:18   | Noticed an ancient lich
282905 | Zig:18   | Noticed a dread lich
282905 | Zig:18   | Noticed a dread lich
282905 | Zig:18   | Noticed a dread lich
282905 | Zig:18   | Noticed a dread lich
282906 | Zig:18   | Noticed a dread lich
282906 | Zig:18   | Killed a dread lich
282906 | Zig:18   | Killed a dread lich
282906 | Zig:18   | Killed a dread lich
282906 | Zig:18   | Killed a dread lich
282906 | Zig:18   | Killed a dread lich
282906 | Zig:18   | Killed a dread lich
282906 | Zig:18   | Killed an ancient lich
282906 | Zig:18   | Killed an ancient lich
282906 | Zig:18   | Killed a dread lich
282906 | Zig:18   | Killed an ancient lich
282906 | Zig:18   | Killed a dread lich
282906 | Zig:18   | Killed a dread lich
282906 | Zig:18   | Killed an ancient lich
282906 | Zig:18   | Killed a dread lich
282906 | Zig:18   | Killed a dread lich
282906 | Zig:18   | Killed an ancient lich
282906 | Zig:18   | Killed a dread lich
282906 | Zig:18   | Killed a dread lich
282906 | Zig:18   | Killed an ancient lich
282906 | Zig:18   | Noticed an ancient lich
282907 | Zig:18   | Noticed a dread lich
282907 | Zig:18   | Noticed a dread lich
282907 | Zig:18   | Noticed an ancient lich
282907 | Zig:18   | Noticed a dread lich
282907 | Zig:18   | Noticed an ancient lich
282907 | Zig:18   | Noticed an ancient lich
282907 | Zig:18   | Noticed an ancient lich
282907 | Zig:18   | Noticed a dread lich
282907 | Zig:18   | Noticed a dread lich
282907 | Zig:18   | Noticed a dread lich
282908 | Zig:18   | Noticed a dread lich
282908 | Zig:18   | Noticed an ancient lich
282908 | Zig:18   | Noticed an ancient lich
282908 | Zig:18   | Noticed an ancient lich
282908 | Zig:18   | Noticed an ancient lich
282908 | Zig:18   | Noticed an ancient lich
282908 | Zig:18   | Noticed a dread lich
282908 | Zig:18   | Noticed an ancient lich
282908 | Zig:18   | Noticed a dread lich
282910 | Zig:18   | Killed a dread lich
282910 | Zig:18   | Killed a dread lich
282910 | Zig:18   | Killed an ancient lich
282910 | Zig:18   | Killed a dread lich
282910 | Zig:18   | Killed a dread lich
282910 | Zig:18   | Killed an ancient lich
282910 | Zig:18   | Killed a dread lich
282910 | Zig:18   | Killed an ancient lich
282910 | Zig:18   | Killed a dread lich
282910 | Zig:18   | Killed a dread lich
282910 | Zig:18   | Killed a dread lich
282910 | Zig:18   | Killed an ancient lich
282910 | Zig:18   | Killed an ancient lich
282910 | Zig:18   | Killed a dread lich
282910 | Zig:18   | Killed an ancient lich
282910 | Zig:18   | Killed an ancient lich
282910 | Zig:18   | Killed a dread lich
282910 | Zig:18   | Noticed an ancient lich
282911 | Zig:18   | Noticed a dread lich
282911 | Zig:18   | Noticed an ancient lich
282911 | Zig:18   | Noticed an ancient lich
282911 | Zig:18   | Noticed an ancient lich
282911 | Zig:18   | Noticed a dread lich
282911 | Zig:18   | Noticed a dread lich
282912 | Zig:18   | Noticed a dread lich
282912 | Zig:18   | Noticed a dread lich
282912 | Zig:18   | Killed an ancient lich
282912 | Zig:18   | Killed a dread lich
282912 | Zig:18   | Killed an ancient lich
282912 | Zig:18   | Killed an ancient lich
282912 | Zig:18   | Killed a dread lich
282912 | Zig:18   | Killed an ancient lich
282913 | Zig:18   | Noticed an ancient lich
282913 | Zig:18   | Noticed an ancient lich
282913 | Zig:18   | Noticed a dread lich
282913 | Zig:18   | Noticed an ancient lich
282913 | Zig:18   | Noticed a dread lich
282913 | Zig:18   | Noticed a dread lich
282914 | Zig:18   | Noticed an ancient lich
282914 | Zig:18   | Noticed an ancient lich
282914 | Zig:18   | Noticed a dread lich
282914 | Zig:18   | Noticed a dread lich
282914 | Zig:18   | Noticed a dread lich
282914 | Zig:18   | Noticed an ancient lich
282914 | Zig:18   | Noticed a dread lich
282915 | Zig:18   | Killed an ancient lich
282915 | Zig:18   | Killed a dread lich
282915 | Zig:18   | Killed a dread lich
282915 | Zig:18   | Killed an ancient lich
282915 | Zig:18   | Killed a dread lich
282915 | Zig:18   | Killed a dread lich
282915 | Zig:18   | Killed an ancient lich
282915 | Zig:18   | Killed an ancient lich
282915 | Zig:18   | Killed a dread lich
282915 | Zig:18   | Killed an ancient lich
282915 | Zig:18   | Killed a dread lich
282915 | Zig:18   | Killed a dread lich
282915 | Zig:18   | Killed an ancient lich
282915 | Zig:18   | Killed a dread lich
282916 | Zig:18   | Killed a dread lich
282916 | Zig:18   | Killed an ancient lich
282916 | Zig:18   | Killed an ancient lich
282916 | Zig:18   | Killed an ancient lich
282916 | Zig:18   | Killed a dread lich
282916 | Zig:18   | Killed an ancient lich
282916 | Zig:18   | Killed a dread lich
282916 | Zig:18   | Noticed an ancient lich
282916 | Zig:18   | Noticed a dread lich
282916 | Zig:18   | Noticed an ancient lich
282916 | Zig:18   | Noticed an ancient lich
282917 | Zig:18   | Noticed a dread lich
282917 | Zig:18   | Noticed an ancient lich
282917 | Zig:18   | Noticed a dread lich
282917 | Zig:18   | Noticed an ancient lich
282917 | Zig:18   | Noticed a dread lich
282917 | Zig:18   | Noticed an ancient lich
282917 | Zig:18   | Noticed a dread lich
282918 | Zig:18   | Noticed a dread lich
282918 | Zig:18   | Noticed an ancient lich
282918 | Zig:18   | Noticed a dread lich
282918 | Zig:18   | Noticed an ancient lich
282918 | Zig:18   | Noticed a dread lich
282919 | Zig:18   | Killed an ancient lich
282919 | Zig:18   | Killed an ancient lich
282919 | Zig:18   | Killed a dread lich
282919 | Zig:18   | Killed a dread lich
282919 | Zig:18   | Killed a dread lich
282919 | Zig:18   | Killed a dread lich
282919 | Zig:18   | Killed a dread lich
282919 | Zig:18   | Killed a dread lich
282919 | Zig:18   | Killed an ancient lich
282919 | Zig:18   | Killed a dread lich
282920 | Zig:18   | Killed an ancient lich
282920 | Zig:18   | Killed a dread lich
282920 | Zig:18   | Killed an ancient lich
282920 | Zig:18   | Killed an ancient lich
282920 | Zig:18   | Killed an ancient lich
282920 | Zig:18   | Killed an ancient lich
282920 | Zig:18   | Killed an ancient lich
282920 | Zig:18   | Noticed a dread lich
282920 | Zig:18   | Noticed an ancient lich
282920 | Zig:18   | Noticed an ancient lich
282921 | Zig:18   | Noticed an ancient lich
282921 | Zig:18   | Killed an ancient lich
282923 | Zig:18   | Killed a dread lich
282923 | Zig:18   | Killed an ancient lich
282923 | Zig:18   | Killed an ancient lich
282923 | Zig:18   | Killed a dread lich
282923 | Zig:18   | Killed an ancient lich
282923 | Zig:18   | Killed a dread lich
282923 | Zig:18   | Noticed a dread lich
282923 | Zig:18   | Noticed an ancient lich
282924 | Zig:18   | Killed a dread lich
282924 | Zig:18   | Killed an ancient lich
282926 | Zig:18   | Noticed an ancient lich
282930 | Zig:18   | Killed a dread lich
282931 | Zig:18   | Noticed a dread lich
282932 | Zig:18   | Killed an ancient lich
282932 | Zig:18   | Killed a dread lich
282935 | Zig:18   | Noticed a dread lich
282936 | Zig:18   | Killed a dread lich
283263 | Zig:18   | Identified the ring of Aluguz {rC+ Str+3 Slay+3}
283279 | Zig:18   | Identified the +1 quarterstaff "Piarioth" {venom, rElec}
283282 | Zig:18   | Identified the +6 falchion "Tukiol" {speed, rC+ rCorr}
283296 | Zig:18   | Identified the +6 halberd "Trog's Hatred" {freeze, rN+}
283432 | Zig:18   | Identified the amulet "Ehann" {rF+ Will+ Regen+}
283493 | Zig:18   | Identified the ring "Tasityd" {Fire Int+2}
283498 | Zig:18   | Identified the +9 war axe of Farig {distort, Will+++ rCorr
                  | Str+4 Int-4}
283577 | Zig:18   | Acquired the ring of Joetwem {rC+ rN+ MP+9 EV+5 Str+3}
283579 | Zig:18   | Acquired 721 gold pieces
283580 | Zig:18   | Acquired 862 gold pieces
283700 | Zig:19   | Entered Level 19 of a ziggurat
283700 | Zig:19   | Noticed an ancient lich
283701 | Zig:19   | Killed an ancient lich
283723 | Zig:19   | Paralysed by accursed screaming for 1 turns
283868 | Zig:19   | Killed a starcursed mass
284423 | Zig:19   | Identified the +8 hand axe of Dusiyhek {drain, +Blink
                  | Str+3}
284424 | Zig:19   | Identified the +1 battleaxe "Jeluv" {drain, rPois rF+
                  | Str+3}
284426 | Zig:19   | Identified the ring "Tuweisch" {*Slow +Blink Fly rN+ Str+3}
284442 | Zig:19   | Identified the ring "Wienlocw" {Will+ Dex+3 Slay+4}
284494 | Zig:19   | Acquired 885 gold pieces
284505 | Zig:20   | Entered Level 20 of a ziggurat
284526 | Zig:20   | Upgraded the game from 0.32-a0-612-g1c984fe9d1 to
                  | 0.32-a0-666-ge8a88695a4
285296 | Zig:20   | Identified the ring "Kihes" {rF+ Will+ Stlth+}
285339 | Zig:20   | Identified the ring of Kusal {rN+ SInv Stlth+}
285361 | Zig:20   | Identified the +2 leather armour "Hoch" {Fly rElec rN+}
285504 | Zig:21   | Entered Level 21 of a ziggurat
285522 | Zig:21   | Paralysed by accursed screaming for 2 turns
285658 | Zig:21   | Identified the amulet of the Firefly {RegenMP+ SInv}
285668 | Zig:21   | Identified the +0 gold dragon scales of Hijutex {Rampage
                  | rPois rF+ rC+ Regen+ Str+4 Stlth+}
285678 | Zig:21   | Identified the ring "Mouvvow" {Ice *Corrode rN++ Int+3
                  | Dex+3}
285683 | Zig:21   | Identified the +2 shortbow of Inky {heavy, +Blink rC+}
285709 | Zig:21   | Identified the +8 short sword "Xijeecoh" {freeze, rCorr
                  | Str-4 Int+6 Dex+2}
286371 | Zig:22   | Entered Level 22 of a ziggurat
287122 | Zig:22   | Identified the +4 bardiche of Defilement {holy, rN+ Int+2}
287167 | Zig:22   | Identified the ring of Twilight {rPois rCorr Int+6}
287169 | Zig:22   | Identified the amulet of Weskyis {Acrobat rPois Dex+3}
287237 | Zig:22   | Identified the +6 scale mail "Achun" {Rampage rF- rCorr
                  | Stlth+}
287242 | Zig:22   | Identified the staff "Luanes" {rN+ Int+3 Necro}
287255 | Zig:22   | Identified the +3 bardiche "Mymiz" {flame, Str+8}
287445 | Zig:23   | Entered Level 23 of a ziggurat
287544 | Zig:23   | Identified the +1 robe of Distant Worlds {rF+ Str+3}
287568 | Zig:23   | Identified the +4 shortbow of Vap Xac {antimagic, rElec
                  | rPois Dex+3}
287569 | Zig:23   | Identified the +2 flail of Taxation {drain, *Corrode rPois
                  | Dex+5}
287571 | Zig:23   | Identified the +2 war axe "Fabburgho" {vamp, Int+3}
287583 | Zig:23   | Identified the amulet of Coeruz {Faith Harm Will+}
287585 | Zig:23   | Identified the +4 hand axe of Breach {speed, +Blink rF-
                  | rC++ SInv}
287611 | Zig:23   | Identified the amulet of Tierphai {Faith Harm rF+ Int-2}
287614 | Zig:23   | Identified the +0 halberd of Bonieloeje {freeze, *Corrode
                  | rC+++ Str+4}
287616 | Zig:23   | Identified the ring "Sephah Fiff" {*Slow MP+9 Dex+3 Slay+2}
287618 | Zig:23   | Identified the +2 bardiche of Tortfeasance {protect, rElec
                  | rCorr}
287664 | Zig:23   | Identified the +10 glaive "Pujapp" {venom, rElec}
287681 | Zig:23   | Identified the +7 rapier of Big Damage {protect, rElec
                  | rPois Will++ SInv}
287703 | Zig:23   | Identified the ring of the Shining Light {Fire rN+++ Will-
                  | Str+3 Int-4}
287769 | Zig:23   | Identified the +5 war axe of Xiurhip {flame, rPois Str+3}
287772 | Zig:23   | Identified the staff of Caizif {rElec Dex+3 Air Alchemy}
288353 | Zig:23   | Identified the +0 ring mail "Bycleps" {rC+ Will+++ Int+3}
288435 | Zig:24   | Entered Level 24 of a ziggurat
289163 | Zig:24   | Identified the +11 orcbow "Beast's Death Toll" {flame,
                  | ^Drain rF+ rN+ Int+3}
289170 | Zig:24   | Identified the +11 great mace of Tumult {freeze, Int+3}
289199 | Zig:24   | Identified the +7 morningstar of Amorality {freeze, rF-
                  | Int+4 SInv Stlth+}
289200 | Zig:24   | Identified the ring of the Special Gods {rPois rF+ rC+}
289203 | Zig:24   | Identified the +2 cloak of Violets {rF+ Will+ Str+2}
289211 | Zig:24   | Identified the +8 rapier "Feweig" {antimagic, Dex+5}
289212 | Zig:24   | Identified the +12 hand axe "Giecrad" {chaos, Will- Str+7}
289223 | Zig:24   | Identified the +4 short sword "Owke" {chaos, Fly rPois}
289229 | Zig:24   | Identified the +10 plate armour "Usovaoqi" {Str+2}
289305 | Zig:25   | Entered Level 25 of a ziggurat
290204 | Zig:25   | Identified the ring "Jigefeo" {*Slow Fly rPois rN+ Dex+2}
290215 | Zig:25   | Identified the +5 mace of the Several Stars {heavy, rC+
                  | Stlth+}
290218 | Zig:25   | Identified the +1 robe of Love and Death {-Cast Will+++}
290219 | Zig:25   | Identified the ring "Qujogov" {rC+ MP+9}
290304 | Zig:26   | Entered Level 26 of a ziggurat
290313 | Zig:26   | Noticed a dread lich
290314 | Zig:26   | Noticed a dread lich
290314 | Zig:26   | Noticed a dread lich
290314 | Zig:26   | Noticed an ancient lich
290314 | Zig:26   | Noticed a dread lich
290315 | Zig:26   | Noticed a dread lich
290315 | Zig:26   | Noticed a dread lich
290315 | Zig:26   | Noticed a dread lich
290315 | Zig:26   | Noticed an ancient lich
290316 | Zig:26   | Noticed a dread lich
290317 | Zig:26   | Noticed an ancient lich
290318 | Zig:26   | Noticed an ancient lich
290318 | Zig:26   | Killed an ancient lich
290318 | Zig:26   | Killed a dread lich
290318 | Zig:26   | Killed a dread lich
290318 | Zig:26   | Noticed an ancient lich
290319 | Zig:26   | Noticed a dread lich
290319 | Zig:26   | Killed a dread lich
290319 | Zig:26   | Killed a dread lich
290319 | Zig:26   | Killed an ancient lich
290320 | Zig:26   | Noticed an ancient lich
290320 | Zig:26   | Noticed a dread lich
290320 | Zig:26   | Noticed an ancient lich
290320 | Zig:26   | Noticed an ancient lich
290320 | Zig:26   | Noticed a dread lich
290320 | Zig:26   | Noticed an ancient lich
290320 | Zig:26   | Noticed an ancient lich
290320 | Zig:26   | Noticed an ancient lich
290320 | Zig:26   | Noticed a dread lich
290320 | Zig:26   | Noticed a dread lich
290321 | Zig:26   | Noticed an ancient lich
290321 | Zig:26   | Noticed an ancient lich
290321 | Zig:26   | Noticed an ancient lich
290321 | Zig:26   | Noticed a dread lich
290321 | Zig:26   | Noticed a dread lich
290321 | Zig:26   | Noticed an ancient lich
290321 | Zig:26   | Noticed an ancient lich
290321 | Zig:26   | Noticed an ancient lich
290321 | Zig:26   | Noticed an ancient lich
290321 | Zig:26   | Killed a dread lich
290321 | Zig:26   | Killed an ancient lich
290321 | Zig:26   | Noticed an ancient lich
290322 | Zig:26   | Killed a dread lich
290322 | Zig:26   | Killed a dread lich
290322 | Zig:26   | Killed a dread lich
290322 | Zig:26   | Killed an ancient lich
290322 | Zig:26   | Killed a dread lich
290322 | Zig:26   | Killed an ancient lich
290323 | Zig:26   | Killed a dread lich
290323 | Zig:26   | Killed an ancient lich
290323 | Zig:26   | Killed an ancient lich
290323 | Zig:26   | Killed an ancient lich
290323 | Zig:26   | Killed a dread lich
290323 | Zig:26   | Killed an ancient lich
290323 | Zig:26   | Killed a dread lich
290323 | Zig:26   | Killed an ancient lich
290323 | Zig:26   | Killed a dread lich
290323 | Zig:26   | Killed an ancient lich
290323 | Zig:26   | Noticed a dread lich
290323 | Zig:26   | Noticed a dread lich
290324 | Zig:26   | Noticed a dread lich
290324 | Zig:26   | Noticed an ancient lich
290324 | Zig:26   | Killed an ancient lich
290324 | Zig:26   | Killed an ancient lich
290324 | Zig:26   | Killed an ancient lich
290324 | Zig:26   | Killed an ancient lich
290324 | Zig:26   | Killed an ancient lich
290324 | Zig:26   | Killed a dread lich
290324 | Zig:26   | Noticed an ancient lich
290325 | Zig:26   | Noticed an ancient lich
290325 | Zig:26   | Noticed an ancient lich
290325 | Zig:26   | Killed a dread lich
290325 | Zig:26   | Killed an ancient lich
290325 | Zig:26   | Killed a dread lich
290325 | Zig:26   | Killed an ancient lich
290325 | Zig:26   | Killed a dread lich
290325 | Zig:26   | Killed an ancient lich
290325 | Zig:26   | Killed an ancient lich
290326 | Zig:26   | Killed a dread lich
290326 | Zig:26   | Killed an ancient lich
290326 | Zig:26   | Killed an ancient lich
290326 | Zig:26   | Noticed a dread lich
290326 | Zig:26   | Noticed an ancient lich
290326 | Zig:26   | Noticed a dread lich
290327 | Zig:26   | Noticed a dread lich
290327 | Zig:26   | Killed a dread lich
290327 | Zig:26   | Killed a dread lich
290327 | Zig:26   | Killed a dread lich
290327 | Zig:26   | Noticed an ancient lich
290327 | Zig:26   | Noticed a dread lich
290327 | Zig:26   | Noticed a dread lich
290327 | Zig:26   | Noticed a dread lich
290328 | Zig:26   | Noticed a dread lich
290329 | Zig:26   | Noticed a dread lich
290331 | Zig:26   | Killed an ancient lich
290332 | Zig:26   | Killed a dread lich
290332 | Zig:26   | Killed an ancient lich
290332 | Zig:26   | Noticed a dread lich
290333 | Zig:26   | Noticed an ancient lich
290334 | Zig:26   | Noticed an ancient lich
290334 | Zig:26   | Noticed an ancient lich
290335 | Zig:26   | Killed an ancient lich
290336 | Zig:26   | Killed a dread lich
290336 | Zig:26   | Killed an ancient lich
290336 | Zig:26   | Killed a dread lich
290343 | Zig:26   | Killed a dread lich
290343 | Zig:26   | Killed an ancient lich
290344 | Zig:26   | Killed a dread lich
290344 | Zig:26   | Killed a dread lich
290347 | Zig:26   | Noticed an ancient lich
290348 | Zig:26   | Killed an ancient lich
290349 | Zig:26   | Noticed a dread lich
290349 | Zig:26   | Noticed an ancient lich
290349 | Zig:26   | Noticed an ancient lich
290349 | Zig:26   | Noticed an ancient lich
290349 | Zig:26   | Noticed an ancient lich
290349 | Zig:26   | Noticed a dread lich
290350 | Zig:26   | Noticed a dread lich
290350 | Zig:26   | Noticed an ancient lich
290350 | Zig:26   | Noticed a dread lich
290350 | Zig:26   | Noticed an ancient lich
290350 | Zig:26   | Noticed a dread lich
290350 | Zig:26   | Noticed an ancient lich
290351 | Zig:26   | Killed an ancient lich
290351 | Zig:26   | Killed an ancient lich
290351 | Zig:26   | Noticed an ancient lich
290351 | Zig:26   | Noticed an ancient lich
290351 | Zig:26   | Noticed an ancient lich
290352 | Zig:26   | Noticed an ancient lich
290352 | Zig:26   | Noticed an ancient lich
290352 | Zig:26   | Noticed a dread lich
290352 | Zig:26   | Noticed a dread lich
290352 | Zig:26   | Noticed a dread lich
290353 | Zig:26   | Killed a dread lich
290353 | Zig:26   | Noticed an ancient lich
290354 | Zig:26   | Noticed an ancient lich
290354 | Zig:26   | Killed an ancient lich
290354 | Zig:26   | Killed an ancient lich
290354 | Zig:26   | Killed an ancient lich
290354 | Zig:26   | Killed a dread lich
290354 | Zig:26   | Killed a dread lich
290354 | Zig:26   | Killed a dread lich
290354 | Zig:26   | Killed an ancient lich
290354 | Zig:26   | Killed an ancient lich
290354 | Zig:26   | Killed an ancient lich
290354 | Zig:26   | Killed an ancient lich
290354 | Zig:26   | Killed a dread lich
290354 | Zig:26   | Killed a dread lich
290354 | Zig:26   | Killed an ancient lich
290354 | Zig:26   | Killed an ancient lich
290354 | Zig:26   | Killed a dread lich
290354 | Zig:26   | Killed an ancient lich
290354 | Zig:26   | Killed a dread lich
290354 | Zig:26   | Killed a dread lich
290355 | Zig:26   | Killed a dread lich
290355 | Zig:26   | Killed an ancient lich
290355 | Zig:26   | Killed an ancient lich
290355 | Zig:26   | Noticed a dread lich
290355 | Zig:26   | Noticed a dread lich
290356 | Zig:26   | Noticed a dread lich
290356 | Zig:26   | Noticed an ancient lich
290356 | Zig:26   | Noticed an ancient lich
290356 | Zig:26   | Noticed a dread lich
290356 | Zig:26   | Noticed an ancient lich
290356 | Zig:26   | Noticed an ancient lich
290356 | Zig:26   | Noticed an ancient lich
290356 | Zig:26   | Noticed an ancient lich
290356 | Zig:26   | Noticed a dread lich
290357 | Zig:26   | Noticed a dread lich
290357 | Zig:26   | Noticed an ancient lich
290357 | Zig:26   | Noticed an ancient lich
290357 | Zig:26   | Noticed a dread lich
290357 | Zig:26   | Noticed an ancient lich
290357 | Zig:26   | Noticed an ancient lich
290357 | Zig:26   | Noticed an ancient lich
290357 | Zig:26   | Noticed an ancient lich
290357 | Zig:26   | Noticed a dread lich
290357 | Zig:26   | Noticed a dread lich
290357 | Zig:26   | Noticed an ancient lich
290357 | Zig:26   | Noticed a dread lich
290358 | Zig:26   | Noticed an ancient lich
290358 | Zig:26   | Noticed a dread lich
290358 | Zig:26   | Noticed a dread lich
290358 | Zig:26   | Noticed an ancient lich
290358 | Zig:26   | Noticed an ancient lich
290358 | Zig:26   | Noticed an ancient lich
290358 | Zig:26   | Noticed an ancient lich
290358 | Zig:26   | Noticed a dread lich
290358 | Zig:26   | Noticed an ancient lich
290359 | Zig:26   | Noticed a dread lich
290359 | Zig:26   | Noticed an ancient lich
290359 | Zig:26   | Killed an ancient lich
290359 | Zig:26   | Killed an ancient lich
290359 | Zig:26   | Killed a dread lich
290359 | Zig:26   | Killed an ancient lich
290359 | Zig:26   | Killed a dread lich
290359 | Zig:26   | Killed an ancient lich
290359 | Zig:26   | Killed an ancient lich
290359 | Zig:26   | Killed an ancient lich
290359 | Zig:26   | Killed an ancient lich
290359 | Zig:26   | Killed a dread lich
290359 | Zig:26   | Killed an ancient lich
290359 | Zig:26   | Killed a dread lich
290359 | Zig:26   | Killed a dread lich
290359 | Zig:26   | Killed an ancient lich
290359 | Zig:26   | Killed a dread lich
290360 | Zig:26   | Noticed an ancient lich
290360 | Zig:26   | Killed a dread lich
290360 | Zig:26   | Killed a dread lich
290360 | Zig:26   | Killed an ancient lich
290360 | Zig:26   | Killed an ancient lich
290360 | Zig:26   | Killed a dread lich
290360 | Zig:26   | Killed an ancient lich
290360 | Zig:26   | Killed an ancient lich
290360 | Zig:26   | Killed an ancient lich
290360 | Zig:26   | Killed an ancient lich
290360 | Zig:26   | Killed an ancient lich
290360 | Zig:26   | Killed an ancient lich
290360 | Zig:26   | Killed an ancient lich
290360 | Zig:26   | Killed a dread lich
290360 | Zig:26   | Killed a dread lich
290360 | Zig:26   | Killed a dread lich
290360 | Zig:26   | Killed a dread lich
290360 | Zig:26   | Killed an ancient lich
290360 | Zig:26   | Killed a dread lich
290360 | Zig:26   | Noticed a dread lich
290360 | Zig:26   | Noticed an ancient lich
290360 | Zig:26   | Noticed an ancient lich
290361 | Zig:26   | Killed an ancient lich
290361 | Zig:26   | Killed a dread lich
290361 | Zig:26   | Killed an ancient lich
290361 | Zig:26   | Killed a dread lich
290362 | Zig:26   | Noticed a dread lich
290362 | Zig:26   | Noticed an ancient lich
290362 | Zig:26   | Noticed an ancient lich
290362 | Zig:26   | Noticed an ancient lich
290362 | Zig:26   | Noticed a dread lich
290362 | Zig:26   | Noticed an ancient lich
290362 | Zig:26   | Noticed a dread lich
290363 | Zig:26   | Noticed a dread lich
290363 | Zig:26   | Noticed a dread lich
290363 | Zig:26   | Noticed a dread lich
290363 | Zig:26   | Noticed a dread lich
290363 | Zig:26   | Noticed an ancient lich
290363 | Zig:26   | Noticed a dread lich
290363 | Zig:26   | Noticed a dread lich
290363 | Zig:26   | Noticed an ancient lich
290363 | Zig:26   | Noticed an ancient lich
290363 | Zig:26   | Noticed a dread lich
290363 | Zig:26   | Noticed a dread lich
290363 | Zig:26   | Noticed an ancient lich
290363 | Zig:26   | Noticed an ancient lich
290364 | Zig:26   | Killed an ancient lich
290364 | Zig:26   | Killed a dread lich
290364 | Zig:26   | Noticed an ancient lich
290364 | Zig:26   | Noticed a dread lich
290364 | Zig:26   | Killed an ancient lich
290365 | Zig:26   | Killed an ancient lich
290365 | Zig:26   | Killed an ancient lich
290365 | Zig:26   | Killed an ancient lich
290365 | Zig:26   | Killed a dread lich
290365 | Zig:26   | Killed an ancient lich
290365 | Zig:26   | Killed a dread lich
290365 | Zig:26   | Killed a dread lich
290365 | Zig:26   | Killed an ancient lich
290365 | Zig:26   | Killed a dread lich
290365 | Zig:26   | Killed a dread lich
290365 | Zig:26   | Killed a dread lich
290365 | Zig:26   | Killed an ancient lich
290365 | Zig:26   | Killed a dread lich
290365 | Zig:26   | Killed a dread lich
290365 | Zig:26   | Killed a dread lich
290365 | Zig:26   | Killed an ancient lich
290365 | Zig:26   | Killed an ancient lich
290365 | Zig:26   | Killed an ancient lich
290365 | Zig:26   | Noticed an ancient lich
290365 | Zig:26   | Noticed a dread lich
290366 | Zig:26   | Killed a dread lich
290366 | Zig:26   | Killed an ancient lich
290366 | Zig:26   | Killed a dread lich
290366 | Zig:26   | Noticed an ancient lich
290366 | Zig:26   | Noticed a dread lich
290366 | Zig:26   | Noticed an ancient lich
290367 | Zig:26   | Killed an ancient lich
290367 | Zig:26   | Killed an ancient lich
290367 | Zig:26   | Noticed an ancient lich
290367 | Zig:26   | Noticed a dread lich
290367 | Zig:26   | Noticed an ancient lich
290367 | Zig:26   | Noticed an ancient lich
290367 | Zig:26   | Noticed a dread lich
290368 | Zig:26   | Noticed a dread lich
290368 | Zig:26   | Noticed an ancient lich
290368 | Zig:26   | Noticed a dread lich
290368 | Zig:26   | Noticed an ancient lich
290369 | Zig:26   | Killed an ancient lich
290369 | Zig:26   | Killed a dread lich
290369 | Zig:26   | Killed an ancient lich
290369 | Zig:26   | Killed a dread lich
290369 | Zig:26   | Noticed an ancient lich
290370 | Zig:26   | Killed a dread lich
290370 | Zig:26   | Killed an ancient lich
290370 | Zig:26   | Killed a dread lich
290370 | Zig:26   | Killed a dread lich
290370 | Zig:26   | Noticed an ancient lich
290381 | Zig:26   | Killed an ancient lich
290381 | Zig:26   | Killed an ancient lich
290382 | Zig:26   | Killed an ancient lich
290384 | Zig:26   | Noticed an ancient lich
290387 | Zig:26   | Killed an ancient lich
290388 | Zig:26   | Killed an ancient lich
290388 | Zig:26   | Noticed an ancient lich
290410 | Zig:26   | Noticed an ancient lich
290411 | Zig:26   | Killed an ancient lich
290414 | Zig:26   | Killed an ancient lich
290416 | Zig:26   | Noticed an ancient lich
290417 | Zig:26   | Killed an ancient lich
290417 | Zig:26   | Killed an ancient lich
290420 | Zig:26   | Noticed an ancient lich
290421 | Zig:26   | Noticed a dread lich
290422 | Zig:26   | Noticed a dread lich
290422 | Zig:26   | Killed an ancient lich
290422 | Zig:26   | Killed an ancient lich
290423 | Zig:26   | Killed a dread lich
290424 | Zig:26   | Killed a dread lich
290425 | Zig:26   | Noticed an ancient lich
290426 | Zig:26   | Killed an ancient lich
290428 | Zig:26   | Noticed a dread lich
290428 | Zig:26   | Noticed a dread lich
290429 | Zig:26   | Noticed an ancient lich
290429 | Zig:26   | Noticed a dread lich
290429 | Zig:26   | Noticed an ancient lich
290430 | Zig:26   | Killed a dread lich
290431 | Zig:26   | Killed a dread lich
290431 | Zig:26   | Killed an ancient lich
290431 | Zig:26   | Killed a dread lich
290431 | Zig:26   | Killed an ancient lich
290432 | Zig:26   | Killed a dread lich
290432 | Zig:26   | Killed a dread lich
291193 | Zig:26   | Identified the +6 bardiche of Abomination {drain, rPois rN+
                  | Will- Str+2}
291214 | Zig:26   | Identified the +2 leather armour of Gravitas {rC+}
291216 | Zig:26   | Identified the +1 short sword of Idiopar {elec, ^Contam
                  | rElec rC++ Stlth+}
291217 | Zig:26   | Identified the +3 shortbow of Governance {freeze, rF+ rN+
                  | Will+ Int+3}
291307 | Zig:27   | Entered Level 27 of a ziggurat
291430 | Zig:27   | Noticed Lowump the pandemonium lord
291442 | Zig:27   | Killed Lowump the pandemonium lord
291613 | Zig:27   | Identified the +1 robe of Philately {rElec Str+2 Dex+3
                  | Archmagi}
291630 | Zig:27   | Identified the +2 short sword "Somoacoz" {venom, rElec rN++
                  | Int+2 Dex-4}
292336 | Depths:1 | Lost mutation: You possess an exceptional clarity of mind.
                  | [potion of mutation]
292336 | Depths:1 | Lost mutation: Your spells are a little harder to cast, but
                  | a little more powerful. [potion of mutation]
292336 | Depths:1 | Lost mutation: Your flesh is heat resistant. (rF+) [potion
                  | of mutation]
292336 | Depths:1 | Gained mutation: You have hidden genetic potential. [potion
                  | of mutation]
292336 | Depths:1 | Gained mutation: You have a pair of small antennae on your
                  | head. [potion of mutation]
292337 | Depths:1 | Lost mutation: You have hidden genetic potential. [potion
                  | of mutation]
292337 | Depths:1 | Lost mutation: You have a pair of small antennae on your
                  | head. [potion of mutation]
292337 | Depths:1 | Gained mutation: You are strong-willed. (Will+) [potion of
                  | mutation]
292337 | Depths:1 | Gained mutation: Your spells are a little easier to cast,
                  | but a little less powerful. [potion of mutation]
292337 | Depths:1 | Gained mutation: You have a somewhat thin skeletal
                  | structure. (Dex +2, Stealth+) [potion of mutation]
292338 | Depths:1 | Lost mutation: Your spells are a little easier to cast, but
                  | a little less powerful. [potion of mutation]
292338 | Depths:1 | Lost mutation: You have a somewhat thin skeletal structure.
                  | (Dex +2, Stealth+) [potion of mutation]
292338 | Depths:1 | Lost mutation: You are strong-willed. (Will+) [potion of
                  | mutation]
292338 | Depths:1 | Gained mutation: Your system is resistant to poisons.
                  | (rPois) [potion of mutation]
292339 | Depths:1 | Lost mutation: Your system is resistant to poisons. (rPois)
                  | [potion of mutation]
292339 | Depths:1 | Gained mutation: Your body sometimes deteriorates upon
                  | taking damage. [potion of mutation]
292339 | Depths:1 | Gained mutation: You have large cloven feet. [potion of
                  | mutation]
292339 | Depths:1 | Gained mutation: Your flesh is heat resistant. (rF+)
                  | [potion of mutation]
292339 | Depths:1 | Gained mutation: Your muscles are strong. (Str +4, Int/Dex
                  | -1) [potion of mutation]
292340 | Depths:1 | Lost mutation: You have large cloven feet. [potion of
                  | mutation]
292340 | Depths:1 | Lost mutation: Your muscles are strong. (Str +4, Int/Dex
                  | -1) [potion of mutation]
292340 | Depths:1 | Gained mutation: You have hidden genetic defects. [potion
                  | of mutation]
292341 | Depths:1 | Lost mutation: Your flesh is heat resistant. (rF+) [potion
                  | of mutation]
292341 | Depths:1 | Lost mutation: Your body sometimes deteriorates upon taking
                  | damage. [potion of mutation]
292341 | Depths:1 | Lost mutation: You have hidden genetic defects. [potion of
                  | mutation]
292341 | Depths:1 | Gained mutation: Your muscles are strong. (Str +4, Int/Dex
                  | -1) [potion of mutation]
292341 | Depths:1 | Gained mutation: Your magical capacity is low. (-10% MP)
                  | [potion of mutation]
292341 | Depths:1 | Gained mutation: Your health recovers twice as slowly from
                  | being drained. [potion of mutation]
292342 | Depths:1 | Lost mutation: Your health recovers twice as slowly from
                  | being drained. [potion of mutation]
292342 | Depths:1 | Lost mutation: Your muscles are strong. (Str +4, Int/Dex
                  | -1) [potion of mutation]
292342 | Depths:1 | Gained mutation: You have hidden genetic potential. [potion
                  | of mutation]
292342 | Depths:1 | Gained mutation: Your movements are slightly less
                  | encumbered by armour. (ER -2) [potion of mutation]
292342 | Depths:1 | Gained mutation: Your spells are a little harder to cast,
                  | but a little more powerful. [potion of mutation]
292343 | Depths:1 | Lost mutation: Your magical capacity is low. (-10% MP)
                  | [potion of mutation]
292343 | Depths:1 | Lost mutation: Your movements are slightly less encumbered
                  | by armour. (ER -2) [potion of mutation]
292343 | Depths:1 | Gained mutation: You are robust. (+10% HP) [potion of
                  | mutation]
292343 | Depths:1 | Gained mutation: You are dopey. (Int -2) [potion of
                  | mutation]
292344 | Depths:1 | Lost mutation: You are robust. (+10% HP) [potion of
                  | mutation]
292344 | Depths:1 | Lost mutation: You have hidden genetic potential. [potion
                  | of mutation]
292344 | Depths:1 | Lost mutation: You are dopey. (Int -2) [potion of mutation]
292344 | Depths:1 | Gained mutation: You are strong-willed. (Will+) [potion of
                  | mutation]
292344 | Depths:1 | Gained mutation: Your mind is acute. (Int +4, Str/Dex -1)
                  | [potion of mutation]
292345 | Depths:1 | Lost mutation: Your spells are a little harder to cast, but
                  | a little more powerful. [potion of mutation]
292345 | Depths:1 | Lost mutation: Your mind is acute. (Int +4, Str/Dex -1)
                  | [potion of mutation]
292345 | Depths:1 | Gained mutation: Your body sometimes deteriorates upon
                  | taking damage. [potion of mutation]
292345 | Depths:1 | Gained mutation: You are frail. (-10% HP) [potion of
                  | mutation]
292345 | Depths:1 | Gained mutation: You are occasionally teleported next to
                  | monsters. [potion of mutation]
292346 | Depths:1 | Lost mutation: Your body sometimes deteriorates upon taking
                  | damage. [potion of mutation]
292346 | Depths:1 | Lost mutation: You are frail. (-10% HP) [potion of
                  | mutation]
292346 | Depths:1 | Lost mutation: You are strong-willed. (Will+) [potion of
                  | mutation]
292346 | Depths:1 | Gained mutation: You passively map a small area around you.
                  | [potion of mutation]
292346 | Depths:1 | Gained mutation: You are weak. (Str -2) [potion of
                  | mutation]
292346 | Depths:1 | Gained mutation: Your flesh is cold resistant. (rC+)
                  | [potion of mutation]
292346 | Depths:1 | Gained mutation: You expend magic power (3 MP) to
                  | strengthen your wands. [potion of mutation]
292347 | Depths:1 | Lost mutation: You are occasionally teleported next to
                  | monsters. [potion of mutation]
292347 | Depths:1 | Lost mutation: You passively map a small area around you.
                  | [potion of mutation]
292347 | Depths:1 | Lost mutation: Your flesh is cold resistant. (rC+) [potion
                  | of mutation]
292347 | Depths:1 | Gained mutation: Your natural rate of healing is unusually
                  | fast. [potion of mutation]
292347 | Depths:1 | Gained mutation: You are strong-willed. (Will+) [potion of
                  | mutation]
292348 | Depths:1 | Lost mutation: You are weak. (Str -2) [potion of mutation]
292348 | Depths:1 | Lost mutation: You expend magic power (3 MP) to strengthen
                  | your wands. [potion of mutation]
292348 | Depths:1 | Lost mutation: Your natural rate of healing is unusually
                  | fast. [potion of mutation]
292348 | Depths:1 | Gained mutation: You are frail. (-10% HP) [potion of
                  | mutation]
292348 | Depths:1 | Gained mutation: Your flesh is cold resistant. (rC+)
                  | [potion of mutation]
292348 | Depths:1 | Gained mutation: Your system is resistant to poisons.
                  | (rPois) [potion of mutation]
292349 | Depths:1 | Lost mutation: You are strong-willed. (Will+) [potion of
                  | mutation]
292349 | Depths:1 | Lost mutation: You are frail. (-10% HP) [potion of
                  | mutation]
292349 | Depths:1 | Gained mutation: You are agile. (Dex +4, Str/Int -1)
                  | [potion of mutation]
292349 | Depths:1 | Gained mutation: You have supernaturally acute eyesight.
                  | (SInv) [potion of mutation]
292349 | Depths:1 | Gained mutation: Your body sometimes deteriorates upon
                  | taking damage. [potion of mutation]
292349 | Depths:1 | Gained mutation: You are somewhat resistant to further
                  | mutation. [potion of mutation]
292350 | Depths:1 | Lost mutation: Your flesh is cold resistant. (rC+) [potion
                  | of mutation]
292350 | Depths:1 | Lost mutation: Your system is resistant to poisons. (rPois)
                  | [potion of mutation]
292350 | Depths:1 | Gained mutation: You sometimes lose your temper in combat.
                  | [potion of mutation]
292350 | Depths:1 | Gained mutation: You have sharp toenails. [potion of
                  | mutation]
292351 | Depths:1 | Lost mutation: You are agile. (Dex +4, Str/Int -1) [potion
                  | of mutation]
292351 | Depths:1 | Lost mutation: You sometimes lose your temper in combat.
                  | [potion of mutation]
292351 | Depths:1 | Lost mutation: You have supernaturally acute eyesight.
                  | (SInv) [potion of mutation]
292352 | Depths:1 | Lost mutation: You have sharp toenails. [potion of
                  | mutation]
292352 | Depths:1 | Lost mutation: You are somewhat resistant to further
                  | mutation. [potion of mutation]
292352 | Depths:1 | Lost mutation: Your body sometimes deteriorates upon taking
                  | damage. [potion of mutation]
292352 | Depths:1 | Gained mutation: Your skin changes colour to match your
                  | surroundings (Stealth+). [potion of mutation]
292352 | Depths:1 | Gained mutation: You are clumsy. (Dex -2) [potion of
                  | mutation]
292353 | Depths:1 | Lost mutation: You are clumsy. (Dex -2) [potion of
                  | mutation]
292353 | Depths:1 | Lost mutation: Your skin changes colour to match your
                  | surroundings (Stealth+). [potion of mutation]
292353 | Depths:1 | Gained mutation: You have sharp toenails. [potion of
                  | mutation]
292354 | Depths:1 | Lost mutation: You have sharp toenails. [potion of
                  | mutation]
292354 | Depths:1 | Gained mutation: You occasionally shout uncontrollably at
                  | your foes. [potion of mutation]
292355 | Depths:1 | Lost mutation: You occasionally shout uncontrollably at
                  | your foes. [potion of mutation]
292355 | Depths:1 | Gained mutation: You are weak. (Str -2) [potion of
                  | mutation]
292355 | Depths:1 | Gained mutation: You have sharp toenails. [potion of
                  | mutation]
292355 | Depths:1 | Gained mutation: You are clumsy. (Dex -2) [potion of
                  | mutation]
292355 | Depths:1 | Gained mutation: Your natural rate of healing is unusually
                  | fast. [potion of mutation]
292356 | Depths:1 | Lost mutation: You have sharp toenails. [potion of
                  | mutation]
292356 | Depths:1 | Lost mutation: Your natural rate of healing is unusually
                  | fast. [potion of mutation]
292356 | Depths:1 | Gained mutation: You sometimes lose your temper in combat.
                  | [potion of mutation]
292356 | Depths:1 | Gained mutation: You occasionally shout uncontrollably at
                  | your foes. [potion of mutation]
292356 | Depths:1 | Gained mutation: You are robust. (+10% HP) [potion of
                  | mutation]
292357 | Depths:1 | Lost mutation: You occasionally shout uncontrollably at
                  | your foes. [potion of mutation]
292357 | Depths:1 | Lost mutation: You sometimes lose your temper in combat.
                  | [potion of mutation]
292357 | Depths:1 | Gained mutation: Armour fits poorly on your strangely
                  | shaped body. [potion of mutation]
292357 | Depths:1 | Gained mutation: Your natural rate of healing is unusually
                  | fast. [potion of mutation]
292358 | Depths:1 | Lost mutation: Armour fits poorly on your strangely shaped
                  | body. [potion of mutation]
292358 | Depths:1 | Lost mutation: You are weak. (Str -2) [potion of mutation]
292358 | Depths:1 | Lost mutation: You are robust. (+10% HP) [potion of
                  | mutation]
292358 | Depths:1 | Gained mutation: Your mind is acute. (Int +4, Str/Dex -1)
                  | [potion of mutation]
292359 | Depths:1 | Lost mutation: Your mind is acute. (Int +4, Str/Dex -1)
                  | [potion of mutation]
292359 | Depths:1 | Lost mutation: Your natural rate of healing is unusually
                  | fast. [potion of mutation]
292359 | Depths:1 | Gained mutation: You occasionally lose the ability to drink
                  | potions when taking damage. [potion of mutation]
292359 | Depths:1 | Gained mutation: You have hidden genetic potential. [potion
                  | of mutation]
292360 | Depths:1 | Lost mutation: You have hidden genetic potential. [potion
                  | of mutation]
292360 | Depths:1 | Lost mutation: You occasionally lose the ability to drink
                  | potions when taking damage. [potion of mutation]
292360 | Depths:1 | Lost mutation: You are clumsy. (Dex -2) [potion of
                  | mutation]
292360 | Depths:1 | Gained mutation: You have a pair of small horns on your
                  | head. [potion of mutation]
292360 | Depths:1 | Gained mutation: You are clumsy. (Dex -2) [potion of
                  | mutation]
292360 | Depths:1 | Gained mutation: You are very clumsy. (Dex -4) [potion of
                  | mutation]
292361 | Depths:1 | Lost mutation: You have a pair of small horns on your head.
                  | [potion of mutation]
292361 | Depths:1 | Lost mutation: You are very clumsy. (Dex -4) [potion of
                  | mutation]
292361 | Depths:1 | Lost mutation: You are clumsy. (Dex -2) [potion of
                  | mutation]
292361 | Depths:1 | Gained mutation: Your muscles are strong. (Str +4, Int/Dex
                  | -1) [potion of mutation]
292361 | Depths:1 | Gained mutation: You have a pair of small antennae on your
                  | head. [potion of mutation]
292361 | Depths:1 | Gained mutation: You have an increased reservoir of magic.
                  | (+10% MP) [potion of mutation]
292362 | Depths:1 | Lost mutation: Your muscles are strong. (Str +4, Int/Dex
                  | -1) [potion of mutation]
292362 | Depths:1 | Lost mutation: You have an increased reservoir of magic.
                  | (+10% MP) [potion of mutation]
292362 | Depths:1 | Lost mutation: You have a pair of small antennae on your
                  | head. [potion of mutation]
292362 | Depths:1 | Gained mutation: You sometimes lose your temper in combat.
                  | [potion of mutation]
292363 | Depths:1 | Lost mutation: You sometimes lose your temper in combat.
                  | [potion of mutation]
292363 | Depths:1 | Gained mutation: You have hidden genetic defects. [potion
                  | of mutation]
292363 | Depths:1 | Gained mutation: You have a pair of small horns on your
                  | head. [potion of mutation]
292364 | Depths:1 | Lost mutation: You have hidden genetic defects. [potion of
                  | mutation]
292364 | Depths:1 | Lost mutation: You have a pair of small horns on your head.
                  | [potion of mutation]
292364 | Depths:1 | Gained mutation: You are robust. (+10% HP) [potion of
                  | mutation]
292364 | Depths:1 | Gained mutation: Your flesh is cold resistant. (rC+)
                  | [potion of mutation]
292365 | Depths:1 | Lost mutation: Your flesh is cold resistant. (rC+) [potion
                  | of mutation]
292365 | Depths:1 | Lost mutation: You are robust. (+10% HP) [potion of
                  | mutation]
292365 | Depths:1 | Gained mutation: Your spells are a little easier to cast,
                  | but a little less powerful. [potion of mutation]
292365 | Depths:1 | Gained mutation: You are resistant to electric shocks.
                  | (rElec) [potion of mutation]
292365 | Depths:1 | Gained mutation: You are strong-willed. (Will+) [potion of
                  | mutation]
292365 | Depths:1 | Gained mutation: A frigid envelope surrounds you and
                  | freezes all who hurt you. [potion of mutation]
292366 | Depths:1 | Lost mutation: A frigid envelope surrounds you and freezes
                  | all who hurt you. [potion of mutation]
292366 | Depths:1 | Lost mutation: You are strong-willed. (Will+) [potion of
                  | mutation]
292366 | Depths:1 | Gained mutation: You have a pair of small horns on your
                  | head. [potion of mutation]
292366 | Depths:1 | Gained mutation: You are robust. (+10% HP) [potion of
                  | mutation]
292366 | Depths:1 | Gained mutation: You occasionally lose the ability to read
                  | scrolls when taking damage. [potion of mutation]
292366 | Depths:1 | Gained mutation: You are covered in fur. (AC +1) [potion of
                  | mutation]
292367 | Depths:1 | Lost mutation: You have a pair of small horns on your head.
                  | [potion of mutation]
292367 | Depths:1 | Lost mutation: You are robust. (+10% HP) [potion of
                  | mutation]
292367 | Depths:1 | Gained mutation: You have large cloven feet. [potion of
                  | mutation]
292368 | Depths:1 | Lost mutation: You are resistant to electric shocks.
                  | (rElec) [potion of mutation]
292368 | Depths:1 | Lost mutation: You are covered in fur. (AC +1) [potion of
                  | mutation]
292368 | Depths:1 | Gained mutation: You are frail. (-10% HP) [potion of
                  | mutation]
292368 | Depths:1 | Gained mutation: You are weak. (Str -2) [potion of
                  | mutation]
292368 | Depths:1 | Gained mutation: Your mind is acute. (Int +4, Str/Dex -1)
                  | [potion of mutation]
292368 | Depths:1 | Gained mutation: Your mind is very acute. (Int +8, Str/Dex
                  | -2) [potion of mutation]
292369 | Depths:1 | Lost mutation: You occasionally lose the ability to read
                  | scrolls when taking damage. [potion of mutation]
292369 | Depths:1 | Lost mutation: You are frail. (-10% HP) [potion of
                  | mutation]
292369 | Depths:1 | Gained mutation: You expend magic power (3 MP) to
                  | strengthen your wands. [potion of mutation]
292369 | Depths:1 | Gained mutation: You occasionally shout uncontrollably at
                  | your foes. [potion of mutation]
292370 | Depths:1 | Lost mutation: Your mind is very acute. (Int +8, Str/Dex
                  | -2) [potion of mutation]
292370 | Depths:1 | Lost mutation: You have large cloven feet. [potion of
                  | mutation]
292370 | Depths:1 | Gained mutation: Your health recovers twice as slowly from
                  | being drained. [potion of mutation]
292370 | Depths:1 | Gained mutation: Your system is resistant to poisons.
                  | (rPois) [potion of mutation]
292370 | Depths:1 | Lost mutation: Your mind is acute. (Int +4, Str/Dex -1)
                  | [potion of mutation]
292370 | Depths:1 | Gained mutation: You are somewhat resistant to further
                  | mutation. [potion of mutation]
292371 | Depths:1 | Lost mutation: You are weak. (Str -2) [potion of mutation]
292371 | Depths:1 | Lost mutation: Your spells are a little easier to cast, but
                  | a little less powerful. [potion of mutation]
292371 | Depths:1 | Lost mutation: You are somewhat resistant to further
                  | mutation. [potion of mutation]
292371 | Depths:1 | Gained mutation: You are somewhat resistant to further
                  | mutation. [potion of mutation]
292372 | Depths:1 | Lost mutation: You occasionally shout uncontrollably at
                  | your foes. [potion of mutation]
292372 | Depths:1 | Lost mutation: Your health recovers twice as slowly from
                  | being drained. [potion of mutation]
292372 | Depths:1 | Gained mutation: You are strong-willed. (Will+) [potion of
                  | mutation]
292373 | Depths:1 | Lost mutation: You are strong-willed. (Will+) [potion of
                  | mutation]
292373 | Depths:1 | Lost mutation: You expend magic power (3 MP) to strengthen
                  | your wands. [potion of mutation]
292373 | Depths:1 | Lost mutation: Your system is resistant to poisons. (rPois)
                  | [potion of mutation]
292374 | Depths:1 | Lost mutation: You are somewhat resistant to further
                  | mutation. [potion of mutation]
292374 | Depths:1 | Gained mutation: You are agile. (Dex +4, Str/Int -1)
                  | [potion of mutation]
292374 | Depths:1 | Gained mutation: You sometimes lose your temper in combat.
                  | [potion of mutation]
292374 | Depths:1 | Gained mutation: You have a pair of small antennae on your
                  | head. [potion of mutation]
292375 | Depths:1 | Lost mutation: You sometimes lose your temper in combat.
                  | [potion of mutation]
292375 | Depths:1 | Lost mutation: You are agile. (Dex +4, Str/Int -1) [potion
                  | of mutation]
292375 | Depths:1 | Lost mutation: You have a pair of small antennae on your
                  | head. [potion of mutation]
292375 | Depths:1 | Gained mutation: You have sharp toenails. [potion of
                  | mutation]
292375 | Depths:1 | Gained mutation: Your flesh is cold resistant. (rC+)
                  | [potion of mutation]
292375 | Depths:1 | Gained mutation: Your flesh is very cold resistant. (rC++)
                  | [potion of mutation]
292376 | Depths:1 | Lost mutation: Your flesh is very cold resistant. (rC++)
                  | [potion of mutation]
292376 | Depths:1 | Lost mutation: You have sharp toenails. [potion of
                  | mutation]
292376 | Depths:1 | Lost mutation: Your flesh is cold resistant. (rC+) [potion
                  | of mutation]
292376 | Depths:1 | Gained mutation: You expend magic power (3 MP) to
                  | strengthen your wands. [potion of mutation]
292376 | Depths:1 | Gained mutation: You are dopey. (Int -2) [potion of
                  | mutation]
292376 | Depths:1 | Gained mutation: Your flesh is cold resistant. (rC+)
                  | [potion of mutation]
292377 | Depths:1 | Lost mutation: Your flesh is cold resistant. (rC+) [potion
                  | of mutation]
292377 | Depths:1 | Lost mutation: You are dopey. (Int -2) [potion of mutation]
292377 | Depths:1 | Lost mutation: You expend magic power (3 MP) to strengthen
                  | your wands. [potion of mutation]
292377 | Depths:1 | Gained mutation: You are partially covered in large bone
                  | plates. (SH +4) [potion of mutation]
292377 | Depths:1 | Gained mutation: You have large cloven feet. [potion of
                  | mutation]
292377 | Depths:1 | Gained mutation: You possess an exceptional clarity of
                  | mind. [potion of mutation]
292378 | Depths:1 | Lost mutation: You are partially covered in large bone
                  | plates. (SH +4) [potion of mutation]
292378 | Depths:1 | Lost mutation: You have large cloven feet. [potion of
                  | mutation]
292378 | Depths:1 | Gained mutation: You have large cloven feet. [potion of
                  | mutation]
292379 | Depths:1 | Lost mutation: You have large cloven feet. [potion of
                  | mutation]
292379 | Depths:1 | Lost mutation: You possess an exceptional clarity of mind.
                  | [potion of mutation]
292379 | Depths:1 | Gained mutation: You possess an exceptional clarity of
                  | mind. [potion of mutation]
292380 | Depths:1 | Lost mutation: You possess an exceptional clarity of mind.
                  | [potion of mutation]
292380 | Depths:1 | Gained mutation: You sometimes lose your temper in combat.
                  | [potion of mutation]
292380 | Depths:1 | Gained mutation: You are robust. (+10% HP) [potion of
                  | mutation]
292381 | Depths:1 | Lost mutation: You are robust. (+10% HP) [potion of
                  | mutation]
292381 | Depths:1 | Lost mutation: You sometimes lose your temper in combat.
                  | [potion of mutation]
292381 | Depths:1 | Gained mutation: You sometimes lose your temper in combat.
                  | [potion of mutation]
292381 | Depths:1 | Lost mutation: You sometimes lose your temper in combat.
                  | [potion of mutation]
292382 | Depths:1 | Gained mutation: You are clumsy. (Dex -2) [potion of
                  | mutation]
292382 | Depths:1 | Gained mutation: You have a pair of small horns on your
                  | head. [potion of mutation]
292382 | Depths:1 | Gained mutation: You have sharp toenails. [potion of
                  | mutation]
292383 | Depths:1 | Lost mutation: You have a pair of small horns on your head.
                  | [potion of mutation]
292383 | Depths:1 | Lost mutation: You have sharp toenails. [potion of
                  | mutation]
292383 | Depths:1 | Gained mutation: You occasionally shout uncontrollably at
                  | your foes. [potion of mutation]
292383 | Depths:1 | Gained mutation: You are somewhat resistant to further
                  | mutation. [potion of mutation]
292383 | Depths:1 | Gained mutation: You are frail. (-10% HP) [potion of
                  | mutation]
292384 | Depths:1 | Lost mutation: You are frail. (-10% HP) [potion of
                  | mutation]
292384 | Depths:1 | Lost mutation: You occasionally shout uncontrollably at
                  | your foes. [potion of mutation]
292384 | Depths:1 | Lost mutation: You are clumsy. (Dex -2) [potion of
                  | mutation]
292384 | Depths:1 | Gained mutation: You have a pair of small horns on your
                  | head. [potion of mutation]
292385 | Depths:1 | Lost mutation: You are somewhat resistant to further
                  | mutation. [potion of mutation]
292385 | Depths:1 | Lost mutation: You have a pair of small horns on your head.
                  | [potion of mutation]
292385 | Depths:1 | Gained mutation: Your health recovers twice as slowly from
                  | being drained. [potion of mutation]
292385 | Depths:1 | Gained mutation: You are somewhat resistant to further
                  | mutation. [potion of mutation]
292386 | Depths:1 | Lost mutation: You are somewhat resistant to further
                  | mutation. [potion of mutation]
292386 | Depths:1 | Lost mutation: Your health recovers twice as slowly from
                  | being drained. [potion of mutation]
292386 | Depths:1 | Gained mutation: Your flesh is cold resistant. (rC+)
                  | [potion of mutation]
292386 | Depths:1 | Gained mutation: You expend magic power (3 MP) to
                  | strengthen your wands. [potion of mutation]
292386 | Depths:1 | Gained mutation: You have a pair of small horns on your
                  | head. [potion of mutation]
292387 | Depths:1 | Lost mutation: You have a pair of small horns on your head.
                  | [potion of mutation]
292387 | Depths:1 | Lost mutation: You expend magic power (3 MP) to strengthen
                  | your wands. [potion of mutation]
292387 | Depths:1 | Gained mutation: Your muscles are strong. (Str +4, Int/Dex
                  | -1) [potion of mutation]
292388 | Depths:1 | Lost mutation: Your muscles are strong. (Str +4, Int/Dex
                  | -1) [potion of mutation]
292388 | Depths:1 | Lost mutation: Your flesh is cold resistant. (rC+) [potion
                  | of mutation]
292388 | Depths:1 | Gained mutation: Your system is resistant to poisons.
                  | (rPois) [potion of mutation]
292388 | Depths:1 | Gained mutation: You have a pair of small antennae on your
                  | head. [potion of mutation]
292388 | Depths:1 | Gained mutation: Your flesh is heat resistant. (rF+)
                  | [potion of mutation]
292389 | Depths:1 | Lost mutation: You have a pair of small antennae on your
                  | head. [potion of mutation]
292389 | Depths:1 | Lost mutation: Your system is resistant to poisons. (rPois)
                  | [potion of mutation]
292389 | Depths:1 | Gained mutation: Armour fits poorly on your strangely
                  | shaped body. [potion of mutation]
292389 | Depths:1 | Gained mutation: Your flesh is very heat resistant. (rF++)
                  | [potion of mutation]
292390 | Depths:1 | Lost mutation: Armour fits poorly on your strangely shaped
                  | body. [potion of mutation]
292390 | Depths:1 | Lost mutation: Your flesh is very heat resistant. (rF++)
                  | [potion of mutation]
292390 | Depths:1 | Lost mutation: Your flesh is heat resistant. (rF+) [potion
                  | of mutation]
292390 | Depths:1 | Gained mutation: You are strong-willed. (Will+) [potion of
                  | mutation]
292390 | Depths:1 | Gained mutation: Your body sometimes deteriorates upon
                  | taking damage. [potion of mutation]
292390 | Depths:1 | Gained mutation: Your muscles are strong. (Str +4, Int/Dex
                  | -1) [potion of mutation]
292391 | Depths:1 | Lost mutation: You are strong-willed. (Will+) [potion of
                  | mutation]
292391 | Depths:1 | Lost mutation: Your body sometimes deteriorates upon taking
                  | damage. [potion of mutation]
292391 | Depths:1 | Gained mutation: You occasionally lose the ability to drink
                  | potions when taking damage. [potion of mutation]
292391 | Depths:1 | Gained mutation: Your movements are slightly less
                  | encumbered by armour. (ER -2) [potion of mutation]
292391 | Depths:1 | Gained mutation: You passively dampen the noise of your
                  | surroundings. [potion of mutation]
292392 | Depths:1 | Lost mutation: You occasionally lose the ability to drink
                  | potions when taking damage. [potion of mutation]
292392 | Depths:1 | Lost mutation: Your movements are slightly less encumbered
                  | by armour. (ER -2) [potion of mutation]
292392 | Depths:1 | Gained mutation: You occasionally lose the ability to read
                  | scrolls when taking damage. [potion of mutation]
292392 | Depths:1 | Gained mutation: Your spells are a little harder to cast,
                  | but a little more powerful. [potion of mutation]
292392 | Depths:1 | Gained mutation: Your system is resistant to poisons.
                  | (rPois) [potion of mutation]
292393 | Depths:1 | Lost mutation: Your system is resistant to poisons. (rPois)
                  | [potion of mutation]
292393 | Depths:1 | Lost mutation: Your muscles are strong. (Str +4, Int/Dex
                  | -1) [potion of mutation]
292393 | Depths:1 | Gained mutation: Your mind is acute. (Int +4, Str/Dex -1)
                  | [potion of mutation]
292393 | Depths:1 | Gained mutation: You sometimes lose the ability to read
                  | scrolls when taking damage. [potion of mutation]
292394 | Depths:1 | Lost mutation: You passively dampen the noise of your
                  | surroundings. [potion of mutation]
292394 | Depths:1 | Lost mutation: Your mind is acute. (Int +4, Str/Dex -1)
                  | [potion of mutation]
292394 | Depths:1 | Lost mutation: Your spells are a little harder to cast, but
                  | a little more powerful. [potion of mutation]
292394 | Depths:1 | Gained mutation: Your spells are a little harder to cast,
                  | but a little more powerful. [potion of mutation]
292394 | Depths:1 | Gained mutation: Your body sometimes deteriorates upon
                  | taking damage. [potion of mutation]
292395 | Depths:1 | Lost mutation: Your spells are a little harder to cast, but
                  | a little more powerful. [potion of mutation]
292395 | Depths:1 | Lost mutation: Your body sometimes deteriorates upon taking
                  | damage. [potion of mutation]
292395 | Depths:1 | Gained mutation: You are agile. (Dex +4, Str/Int -1)
                  | [potion of mutation]
292395 | Depths:1 | Gained mutation: You are vulnerable to cold. (rC-) [potion
                  | of mutation]
292396 | Depths:1 | Lost mutation: You are vulnerable to cold. (rC-) [potion of
                  | mutation]
292396 | Depths:1 | Lost mutation: You are agile. (Dex +4, Str/Int -1) [potion
                  | of mutation]
292396 | Depths:1 | Lost mutation: You sometimes lose the ability to read
                  | scrolls when taking damage. [potion of mutation]
292396 | Depths:1 | Gained mutation: You have a pair of small horns on your
                  | head. [potion of mutation]
292396 | Depths:1 | Gained mutation: A frigid envelope surrounds you and
                  | freezes all who hurt you. [potion of mutation]
292396 | Depths:1 | Gained mutation: You occasionally shout uncontrollably at
                  | your foes. [potion of mutation]
292396 | Depths:1 | Gained mutation: You are agile. (Dex +4, Str/Int -1)
                  | [potion of mutation]
292397 | Depths:1 | Lost mutation: You occasionally shout uncontrollably at
                  | your foes. [potion of mutation]
292397 | Depths:1 | Lost mutation: You are agile. (Dex +4, Str/Int -1) [potion
                  | of mutation]
292397 | Depths:1 | Gained mutation: You are resistant to electric shocks.
                  | (rElec) [potion of mutation]
292397 | Depths:1 | Gained mutation: You sometimes lose your temper in combat.
                  | [potion of mutation]
292397 | Depths:1 | Gained mutation: You passively dampen the noise of your
                  | surroundings. [potion of mutation]
292398 | Depths:1 | Lost mutation: A frigid envelope surrounds you and freezes
                  | all who hurt you. [potion of mutation]
292398 | Depths:1 | Lost mutation: You sometimes lose your temper in combat.
                  | [potion of mutation]
292398 | Depths:1 | Gained mutation: You are somewhat resistant to further
                  | mutation. [potion of mutation]
292399 | Depths:1 | Lost mutation: You passively dampen the noise of your
                  | surroundings. [potion of mutation]
292399 | Depths:1 | Lost mutation: You occasionally lose the ability to read
                  | scrolls when taking damage. [potion of mutation]
292399 | Depths:1 | Lost mutation: You are somewhat resistant to further
                  | mutation. [potion of mutation]
292399 | Depths:1 | Gained mutation: You have hidden genetic potential. [potion
                  | of mutation]
292399 | Depths:1 | Gained mutation: Armour fits poorly on your strangely
                  | shaped body. [potion of mutation]
292399 | Depths:1 | Gained mutation: Your body sometimes deteriorates upon
                  | taking damage. [potion of mutation]
292400 | Depths:1 | Lost mutation: Armour fits poorly on your strangely shaped
                  | body. [potion of mutation]
292400 | Depths:1 | Lost mutation: You are resistant to electric shocks.
                  | (rElec) [potion of mutation]
292400 | Depths:1 | Lost mutation: You have hidden genetic potential. [potion
                  | of mutation]
292400 | Depths:1 | Gained mutation: Your magical capacity is low. (-10% MP)
                  | [potion of mutation]
292400 | Depths:1 | Gained mutation: You are covered in fur. (AC +1) [potion of
                  | mutation]
292401 | Depths:1 | Lost mutation: You are covered in fur. (AC +1) [potion of
                  | mutation]
292401 | Depths:1 | Lost mutation: Your body sometimes deteriorates upon taking
                  | damage. [potion of mutation]
292401 | Depths:1 | Gained mutation: You are somewhat resistant to further
                  | mutation. [potion of mutation]
292402 | Depths:1 | Lost mutation: You have a pair of small horns on your head.
                  | [potion of mutation]
292402 | Depths:1 | Lost mutation: Your magical capacity is low. (-10% MP)
                  | [potion of mutation]
292402 | Depths:1 | Gained mutation: You expend magic power (3 MP) to
                  | strengthen your wands. [potion of mutation]
292403 | Depths:1 | Lost mutation: You are somewhat resistant to further
                  | mutation. [potion of mutation]
292403 | Depths:1 | Lost mutation: You expend magic power (3 MP) to strengthen
                  | your wands. [potion of mutation]
292403 | Depths:1 | Gained mutation: You passively map a small area around you.
                  | [potion of mutation]
292403 | Depths:1 | Gained mutation: You are strong-willed. (Will+) [potion of
                  | mutation]
292404 | Depths:1 | Lost mutation: You are strong-willed. (Will+) [potion of
                  | mutation]
292404 | Depths:1 | Lost mutation: You passively map a small area around you.
                  | [potion of mutation]
292404 | Depths:1 | Gained mutation: Your magical capacity is low. (-10% MP)
                  | [potion of mutation]
292404 | Depths:1 | Gained mutation: You passively map a small area around you.
                  | [potion of mutation]
292405 | Depths:1 | Lost mutation: You passively map a small area around you.
                  | [potion of mutation]
292405 | Depths:1 | Lost mutation: Your magical capacity is low. (-10% MP)
                  | [potion of mutation]
292405 | Depths:1 | Gained mutation: You expend magic power (3 MP) to
                  | strengthen your wands. [potion of mutation]
292405 | Depths:1 | Gained mutation: Your mind is acute. (Int +4, Str/Dex -1)
                  | [potion of mutation]
292405 | Depths:1 | Gained mutation: Armour fits poorly on your strangely
                  | shaped body. [potion of mutation]
292406 | Depths:1 | Lost mutation: Armour fits poorly on your strangely shaped
                  | body. [potion of mutation]
292406 | Depths:1 | Lost mutation: You expend magic power (3 MP) to strengthen
                  | your wands. [potion of mutation]
292406 | Depths:1 | Lost mutation: Your mind is acute. (Int +4, Str/Dex -1)
                  | [potion of mutation]
292406 | Depths:1 | Gained mutation: Your system is resistant to poisons.
                  | (rPois) [potion of mutation]
292406 | Depths:1 | Gained mutation: Your skin changes colour to match your
                  | surroundings (Stealth+). [potion of mutation]
292407 | Depths:1 | Lost mutation: Your system is resistant to poisons. (rPois)
                  | [potion of mutation]
292407 | Depths:1 | Lost mutation: Your skin changes colour to match your
                  | surroundings (Stealth+). [potion of mutation]
292407 | Depths:1 | Gained mutation: Your spells are a little harder to cast,
                  | but a little more powerful. [potion of mutation]
292407 | Depths:1 | Gained mutation: You sometimes lose your temper in combat.
                  | [potion of mutation]
292407 | Depths:1 | Gained mutation: You have a pair of small horns on your
                  | head. [potion of mutation]
292407 | Depths:1 | Gained mutation: Your spells are harder to cast, but more
                  | powerful. [potion of mutation]
292408 | Depths:1 | Lost mutation: You sometimes lose your temper in combat.
                  | [potion of mutation]
292408 | Depths:1 | Lost mutation: Your spells are harder to cast, but more
                  | powerful. [potion of mutation]
292408 | Depths:1 | Gained mutation: You are weak. (Str -2) [potion of
                  | mutation]
292408 | Depths:1 | Gained mutation: You are robust. (+10% HP) [potion of
                  | mutation]
292409 | Depths:1 | Lost mutation: You have a pair of small horns on your head.
                  | [potion of mutation]
292409 | Depths:1 | Lost mutation: You are weak. (Str -2) [potion of mutation]
292409 | Depths:1 | Lost mutation: Your spells are a little harder to cast, but
                  | a little more powerful. [potion of mutation]
292409 | Depths:1 | Gained mutation: You are somewhat resistant to further
                  | mutation. [potion of mutation]
292410 | Depths:1 | Lost mutation: You are somewhat resistant to further
                  | mutation. [potion of mutation]
292410 | Depths:1 | Lost mutation: You are robust. (+10% HP) [potion of
                  | mutation]
292410 | Depths:1 | Gained mutation: You are somewhat resistant to further
                  | mutation. [potion of mutation]
292410 | Depths:1 | Gained mutation: You are agile. (Dex +4, Str/Int -1)
                  | [potion of mutation]
292411 | Depths:1 | Lost mutation: You are somewhat resistant to further
                  | mutation. [potion of mutation]
292411 | Depths:1 | Lost mutation: You are agile. (Dex +4, Str/Int -1) [potion
                  | of mutation]
292411 | Depths:1 | Gained mutation: You are clumsy. (Dex -2) [potion of
                  | mutation]
292411 | Depths:1 | Gained mutation: A frigid envelope surrounds you and
                  | freezes all who hurt you. [potion of mutation]
292411 | Depths:1 | Gained mutation: You have a pair of small horns on your
                  | head. [potion of mutation]
292412 | Depths:1 | Lost mutation: A frigid envelope surrounds you and freezes
                  | all who hurt you. [potion of mutation]
292412 | Depths:1 | Lost mutation: You have a pair of small horns on your head.
                  | [potion of mutation]
292412 | Depths:1 | Gained mutation: Your system is resistant to poisons.
                  | (rPois) [potion of mutation]
292412 | Depths:1 | Gained mutation: Your flesh is heat resistant. (rF+)
                  | [potion of mutation]
292412 | Depths:1 | Gained mutation: Your mind is acute. (Int +4, Str/Dex -1)
                  | [potion of mutation]
292413 | Depths:1 | Lost mutation: Your mind is acute. (Int +4, Str/Dex -1)
                  | [potion of mutation]
292413 | Depths:1 | Lost mutation: You are clumsy. (Dex -2) [potion of
                  | mutation]
292413 | Depths:1 | Gained mutation: You have a pair of small horns on your
                  | head. [potion of mutation]
292413 | Depths:1 | Gained mutation: You are somewhat resistant to further
                  | mutation. [potion of mutation]
292414 | Depths:1 | Lost mutation: Your flesh is heat resistant. (rF+) [potion
                  | of mutation]
292414 | Depths:1 | Lost mutation: You are somewhat resistant to further
                  | mutation. [potion of mutation]
292414 | Depths:1 | Gained mutation: You are weak. (Str -2) [potion of
                  | mutation]
292414 | Depths:1 | Gained mutation: You sometimes lose your temper in combat.
                  | [potion of mutation]
292415 | Depths:1 | Lost mutation: You sometimes lose your temper in combat.
                  | [potion of mutation]
292415 | Depths:1 | Lost mutation: Your system is resistant to poisons. (rPois)
                  | [potion of mutation]
292415 | Depths:1 | Gained mutation: Your flesh is heat resistant. (rF+)
                  | [potion of mutation]
292415 | Depths:1 | Gained mutation: Your body sometimes deteriorates upon
                  | taking damage. [potion of mutation]
292415 | Depths:1 | Gained mutation: You occasionally shout uncontrollably at
                  | your foes. [potion of mutation]
292416 | Depths:1 | Lost mutation: Your flesh is heat resistant. (rF+) [potion
                  | of mutation]
292416 | Depths:1 | Lost mutation: You have a pair of small horns on your head.
                  | [potion of mutation]
292416 | Depths:1 | Lost mutation: You are weak. (Str -2) [potion of mutation]
292416 | Depths:1 | Gained mutation: You are resistant to electric shocks.
                  | (rElec) [potion of mutation]
292416 | Depths:1 | Gained mutation: You are frail. (-10% HP) [potion of
                  | mutation]
292417 | Depths:1 | Lost mutation: You are frail. (-10% HP) [potion of
                  | mutation]
292417 | Depths:1 | Lost mutation: You occasionally shout uncontrollably at
                  | your foes. [potion of mutation]
292417 | Depths:1 | Gained mutation: You are somewhat resistant to further
                  | mutation. [potion of mutation]
292417 | Depths:1 | Gained mutation: Your muscles are strong. (Str +4, Int/Dex
                  | -1) [potion of mutation]
292418 | Depths:1 | Lost mutation: You are somewhat resistant to further
                  | mutation. [potion of mutation]
292418 | Depths:1 | Lost mutation: You are resistant to electric shocks.
                  | (rElec) [potion of mutation]
292418 | Depths:1 | Gained mutation: Your spells are a little harder to cast,
                  | but a little more powerful. [potion of mutation]
292418 | Depths:1 | Gained mutation: You occasionally lose the ability to drink
                  | potions when taking damage. [potion of mutation]
292958 | Zig:1    | Entered Level 1 of a ziggurat
293071 | Zig:2    | Entered Level 2 of a ziggurat
293071 | Zig:2    | Noticed Timpofom the pandemonium lord
293071 | Zig:2    | Noticed Bimomomp the pandemonium lord
293071 | Zig:2    | Noticed Rien the pandemonium lord
293071 | Zig:2    | Noticed Gefufaho the pandemonium lord
293071 | Zig:2    | Noticed Lugriffu the pandemonium lord
293071 | Zig:2    | Noticed Tijaq the pandemonium lord
293071 | Zig:2    | Noticed Luydet the pandemonium lord
293071 | Zig:2    | Noticed Oriox the pandemonium lord
293071 | Zig:2    | Noticed Senguss the pandemonium lord
293071 | Zig:2    | Noticed Gitoz the pandemonium lord
293071 | Zig:2    | Noticed Riteer the pandemonium lord
293071 | Zig:2    | Noticed Rysi the pandemonium lord
293072 | Zig:2    | Killed Timpofom the pandemonium lord
293072 | Zig:2    | Killed Oriox the pandemonium lord
293073 | Zig:2    | Noticed Caodwiy the pandemonium lord
293073 | Zig:2    | Noticed Mihyk the pandemonium lord
293074 | Zig:2    | Killed Riteer the pandemonium lord
293075 | Zig:2    | Killed Rysi the pandemonium lord
293075 | Zig:2    | Killed Rien the pandemonium lord
293075 | Zig:2    | Killed Luydet the pandemonium lord
293075 | Zig:2    | Killed Bimomomp the pandemonium lord
293075 | Zig:2    | Killed Lugriffu the pandemonium lord
293075 | Zig:2    | Killed Senguss the pandemonium lord
293076 | Zig:2    | Killed Gitoz the pandemonium lord
293076 | Zig:2    | Killed Gefufaho the pandemonium lord
293076 | Zig:2    | Killed Mihyk the pandemonium lord
293077 | Zig:2    | Killed Caodwiy the pandemonium lord
293078 | Zig:2    | Killed Tijaq the pandemonium lord
293203 | Zig:2    | Identified the +1 leather armour "Ohadgh" {rPois Str+2}
293229 | Zig:3    | Entered Level 3 of a ziggurat
293229 | Zig:3    | Noticed Pudaenoy the pandemonium lord
293229 | Zig:3    | Noticed Mamies the pandemonium lord
293229 | Zig:3    | Noticed Ruor the pandemonium lord
293229 | Zig:3    | Noticed Ohoc the pandemonium lord
293229 | Zig:3    | Noticed Pimiry the pandemonium lord
293229 | Zig:3    | Noticed Uwkefo the pandemonium lord
293229 | Zig:3    | Noticed Esygenk the pandemonium lord
293229 | Zig:3    | Noticed Xatruhe the pandemonium lord
293229 | Zig:3    | Noticed Pial the pandemonium lord
293229 | Zig:3    | Noticed Faluamm the pandemonium lord
293229 | Zig:3    | Noticed Ashad the pandemonium lord
293229 | Zig:3    | Noticed Lehy the pandemonium lord
293229 | Zig:3    | Noticed Cely the pandemonium lord
293229 | Zig:3    | Noticed Voyhenai the pandemonium lord
293229 | Zig:3    | Noticed Zunkaju the pandemonium lord
293229 | Zig:3    | Noticed Vaizim the pandemonium lord
293229 | Zig:3    | Noticed Wet Caotas the pandemonium lord
293229 | Zig:3    | Noticed Toiqanuo the pandemonium lord
293229 | Zig:3    | Noticed Afruema the pandemonium lord
293229 | Zig:3    | Noticed Qaurana the pandemonium lord
293229 | Zig:3    | Noticed Etuame the pandemonium lord
293229 | Zig:3    | Noticed Poquveur the pandemonium lord
293229 | Zig:3    | Noticed Nimp the pandemonium lord
293229 | Zig:3    | Noticed Tentaofu the pandemonium lord
293229 | Zig:3    | Noticed Uxuot the pandemonium lord
293229 | Zig:3    | Noticed Ukupsej the pandemonium lord
293230 | Zig:3    | Killed Mamies the pandemonium lord
293230 | Zig:3    | Killed Esygenk the pandemonium lord
293230 | Zig:3    | Killed Zunkaju the pandemonium lord
293230 | Zig:3    | Killed Xatruhe the pandemonium lord
293230 | Zig:3    | Killed Ohoc the pandemonium lord
293230 | Zig:3    | Killed Pial the pandemonium lord
293230 | Zig:3    | Killed Wet Caotas the pandemonium lord
293230 | Zig:3    | Killed Toiqanuo the pandemonium lord
293230 | Zig:3    | Killed Vaizim the pandemonium lord
293230 | Zig:3    | Killed Qaurana the pandemonium lord
293230 | Zig:3    | Noticed Botojaot the pandemonium lord
293230 | Zig:3    | Noticed Dylluikhoe the pandemonium lord
293231 | Zig:3    | Killed Ukupsej the pandemonium lord
293231 | Zig:3    | Killed Ruor the pandemonium lord
293231 | Zig:3    | Noticed Keguew the pandemonium lord
293232 | Zig:3    | Killed Uwkefo the pandemonium lord
293232 | Zig:3    | Killed Lehy the pandemonium lord
293232 | Zig:3    | Killed Faluamm the pandemonium lord
293238 | Zig:3    | Killed Pimiry the pandemonium lord
293238 | Zig:3    | Killed Voyhenai the pandemonium lord
293238 | Zig:3    | Killed Pudaenoy the pandemonium lord
293239 | Zig:3    | Killed Nimp the pandemonium lord
293240 | Zig:3    | Killed Ashad the pandemonium lord
293241 | Zig:3    | Killed Uxuot the pandemonium lord
293241 | Zig:3    | Killed Botojaot the pandemonium lord
293242 | Zig:3    | Killed Etuame the pandemonium lord
293245 | Zig:3    | Killed Poquveur the pandemonium lord
293247 | Zig:3    | Killed Cely the pandemonium lord
293248 | Zig:3    | Killed Tentaofu the pandemonium lord
293248 | Zig:3    | Killed Keguew the pandemonium lord
293249 | Zig:3    | Killed Afruema the pandemonium lord
293249 | Zig:3    | Killed Dylluikhoe the pandemonium lord
293481 | Zig:4    | Entered Level 4 of a ziggurat
293481 | Zig:4    | Noticed an ancient lich
293481 | Zig:4    | Noticed an ancient lich
293481 | Zig:4    | Noticed an ancient lich
293481 | Zig:4    | Noticed an ancient lich
293481 | Zig:4    | Noticed an ancient lich
293481 | Zig:4    | Noticed an ancient lich
293481 | Zig:4    | Noticed an ancient lich
293481 | Zig:4    | Noticed a dread lich
293481 | Zig:4    | Noticed a dread lich
293481 | Zig:4    | Noticed an ancient lich
293481 | Zig:4    | Noticed an ancient lich
293481 | Zig:4    | Noticed an ancient lich
293481 | Zig:4    | Noticed an ancient lich
293481 | Zig:4    | Noticed an ancient lich
293481 | Zig:4    | Noticed an ancient lich
293482 | Zig:4    | Killed an ancient lich
293482 | Zig:4    | Killed an ancient lich
293482 | Zig:4    | Killed an ancient lich
293482 | Zig:4    | Killed a dread lich
293482 | Zig:4    | Killed an ancient lich
293482 | Zig:4    | Killed an ancient lich
293482 | Zig:4    | Killed an ancient lich
293482 | Zig:4    | Killed an ancient lich
293482 | Zig:4    | Killed an ancient lich
293482 | Zig:4    | Noticed a dread lich
293483 | Zig:4    | Noticed a dread lich
293483 | Zig:4    | Killed a dread lich
293483 | Zig:4    | Killed an ancient lich
293483 | Zig:4    | Killed an ancient lich
293483 | Zig:4    | Killed an ancient lich
293483 | Zig:4    | Killed an ancient lich
293483 | Zig:4    | Noticed an ancient lich
293483 | Zig:4    | Noticed a dread lich
293484 | Zig:4    | Killed an ancient lich
293484 | Zig:4    | Killed a dread lich
293484 | Zig:4    | Killed a dread lich
293484 | Zig:4    | Killed a dread lich
293484 | Zig:4    | Killed an ancient lich
293484 | Zig:4    | Noticed a dread lich
293485 | Zig:4    | Killed a dread lich
293485 | Zig:4    | Noticed a dread lich
293486 | Zig:4    | Noticed an ancient lich
293487 | Zig:4    | Killed a dread lich
293488 | Zig:4    | Killed an ancient lich
293488 | Zig:4    | Noticed an ancient lich
293492 | Zig:4    | Killed an ancient lich
293640 | Zig:4    | Identified the +2 ring mail of the Endless Expanse {*Slow
                  | +Inv Slay+2}
293676 | Zig:5    | Entered Level 5 of a ziggurat
293676 | Zig:5    | Noticed a dread lich
293676 | Zig:5    | Noticed a dread lich
293676 | Zig:5    | Noticed an ancient lich
293676 | Zig:5    | Noticed an ancient lich
293676 | Zig:5    | Noticed an ancient lich
293676 | Zig:5    | Noticed a dread lich
293676 | Zig:5    | Noticed an ancient lich
293676 | Zig:5    | Noticed a dread lich
293676 | Zig:5    | Noticed an ancient lich
293676 | Zig:5    | Noticed a dread lich
293676 | Zig:5    | Noticed a dread lich
293676 | Zig:5    | Noticed an ancient lich
293676 | Zig:5    | Noticed an ancient lich
293676 | Zig:5    | Noticed a dread lich
293676 | Zig:5    | Noticed a dread lich
293676 | Zig:5    | Noticed a dread lich
293676 | Zig:5    | Noticed a dread lich
293676 | Zig:5    | Noticed an ancient lich
293676 | Zig:5    | Noticed a dread lich
293676 | Zig:5    | Noticed an ancient lich
293676 | Zig:5    | Noticed a dread lich
293676 | Zig:5    | Noticed an ancient lich
293676 | Zig:5    | Noticed an ancient lich
293676 | Zig:5    | Noticed an ancient lich
293676 | Zig:5    | Noticed a dread lich
293676 | Zig:5    | Noticed a dread lich
293676 | Zig:5    | Noticed an ancient lich
293677 | Zig:5    | Killed an ancient lich
293677 | Zig:5    | Killed an ancient lich
293677 | Zig:5    | Killed an ancient lich
293677 | Zig:5    | Killed an ancient lich
293677 | Zig:5    | Killed an ancient lich
293677 | Zig:5    | Killed an ancient lich
293677 | Zig:5    | Killed a dread lich
293677 | Zig:5    | Killed a dread lich
293677 | Zig:5    | Killed a dread lich
293677 | Zig:5    | Killed an ancient lich
293677 | Zig:5    | Killed an ancient lich
293677 | Zig:5    | Killed a dread lich
293677 | Zig:5    | Killed an ancient lich
293677 | Zig:5    | Killed a dread lich
293677 | Zig:5    | Killed a dread lich
293678 | Zig:5    | Killed a dread lich
293678 | Zig:5    | Killed a dread lich
293678 | Zig:5    | Killed a dread lich
293678 | Zig:5    | Killed a dread lich
293678 | Zig:5    | Killed a dread lich
293678 | Zig:5    | Killed a dread lich
293678 | Zig:5    | Killed an ancient lich
293678 | Zig:5    | Killed a dread lich
293678 | Zig:5    | Killed an ancient lich
293678 | Zig:5    | Killed a dread lich
293678 | Zig:5    | Killed an ancient lich
293678 | Zig:5    | Killed an ancient lich
293678 | Zig:5    | Noticed a dread lich
293678 | Zig:5    | Noticed an ancient lich
293678 | Zig:5    | Noticed a dread lich
293678 | Zig:5    | Noticed a dread lich
293678 | Zig:5    | Noticed a dread lich
293678 | Zig:5    | Noticed a dread lich
293679 | Zig:5    | Killed a dread lich
293679 | Zig:5    | Killed a dread lich
293679 | Zig:5    | Killed an ancient lich
293679 | Zig:5    | Killed a dread lich
293680 | Zig:5    | Killed a dread lich
293680 | Zig:5    | Killed a dread lich
293680 | Zig:5    | Noticed a dread lich
293680 | Zig:5    | Noticed an ancient lich
293680 | Zig:5    | Noticed an ancient lich
293681 | Zig:5    | Killed a dread lich
293681 | Zig:5    | Noticed an ancient lich
293682 | Zig:5    | Killed an ancient lich
293682 | Zig:5    | Killed an ancient lich
293682 | Zig:5    | Noticed an ancient lich
293682 | Zig:5    | Noticed a dread lich
293683 | Zig:5    | Killed a dread lich
293683 | Zig:5    | Killed an ancient lich
293684 | Zig:5    | Killed an ancient lich
293685 | Zig:5    | Noticed a dread lich
293685 | Zig:5    | Noticed a dread lich
293686 | Zig:5    | Killed a dread lich
293687 | Zig:5    | Killed a dread lich
293688 | Zig:5    | Noticed a dread lich
293689 | Zig:5    | Killed a dread lich
293690 | Zig:5    | Noticed an ancient lich
293690 | Zig:5    | Noticed an ancient lich
293691 | Zig:5    | Killed an ancient lich
293692 | Zig:5    | Killed an ancient lich
293935 | Zig:6    | Entered Level 6 of a ziggurat
293935 | Zig:6    | Noticed a royal mummy
293935 | Zig:6    | Noticed a royal mummy
293935 | Zig:6    | Noticed a royal mummy
293935 | Zig:6    | Noticed a royal mummy
293935 | Zig:6    | Noticed a royal mummy
293935 | Zig:6    | Noticed a royal mummy
293935 | Zig:6    | Noticed a royal mummy
293935 | Zig:6    | Noticed a royal mummy
293935 | Zig:6    | Noticed a royal mummy
293935 | Zig:6    | Noticed a royal mummy
293935 | Zig:6    | Noticed a royal mummy
293937 | Zig:6    | Noticed a royal mummy
293937 | Zig:6    | Noticed a royal mummy
293938 | Zig:6    | Killed a royal mummy
293938 | Zig:6    | Killed a royal mummy
293938 | Zig:6    | Killed a royal mummy
293938 | Zig:6    | Killed a royal mummy
293938 | Zig:6    | Killed a royal mummy
293939 | Zig:6    | Killed a royal mummy
293939 | Zig:6    | Killed a royal mummy
293939 | Zig:6    | Killed a royal mummy
293939 | Zig:6    | Killed a royal mummy
293939 | Zig:6    | Killed a royal mummy
293939 | Zig:6    | Killed a royal mummy
293939 | Zig:6    | Noticed a royal mummy
293940 | Zig:6    | Killed a royal mummy
293940 | Zig:6    | Killed a royal mummy
293940 | Zig:6    | Noticed a royal mummy
293942 | Zig:6    | Killed a royal mummy
293942 | Zig:6    | Killed a royal mummy
293943 | Zig:6    | Noticed a royal mummy
293945 | Zig:6    | Noticed a royal mummy
293946 | Zig:6    | Killed a royal mummy
293948 | Zig:6    | Killed a royal mummy
294127 | Zig:6    | Identified the +1 cloak of Parlour Games {Harm rPois}
294141 | Zig:6    | Identified the +0 flail of Waqa {flame, rElec Dex+4}
294174 | Zig:7    | Entered Level 7 of a ziggurat
294174 | Zig:7    | Noticed Ydojaul the pandemonium lord
294174 | Zig:7    | Noticed Nacrazy the pandemonium lord
294174 | Zig:7    | Noticed Ficibb the pandemonium lord
294174 | Zig:7    | Noticed Geol the pandemonium lord
294174 | Zig:7    | Noticed Miedd the pandemonium lord
294174 | Zig:7    | Noticed Kiqe the pandemonium lord
294174 | Zig:7    | Noticed Tugh the pandemonium lord
294174 | Zig:7    | Noticed Ogypoir the pandemonium lord
294174 | Zig:7    | Noticed Iha Fece the pandemonium lord
294174 | Zig:7    | Noticed Xufu the pandemonium lord
294174 | Zig:7    | Noticed Iddakat the pandemonium lord
294174 | Zig:7    | Noticed Mecra the pandemonium lord
294174 | Zig:7    | Noticed Hisekao the pandemonium lord
294174 | Zig:7    | Noticed Zemaer the pandemonium lord
294174 | Zig:7    | Noticed Ruqu the pandemonium lord
294174 | Zig:7    | Noticed Vimna the pandemonium lord
294174 | Zig:7    | Noticed Peirytz the pandemonium lord
294174 | Zig:7    | Noticed Bereolikk the pandemonium lord
294174 | Zig:7    | Noticed Nimpawex the pandemonium lord
294174 | Zig:7    | Noticed Kidghas the pandemonium lord
294174 | Zig:7    | Noticed Didihog the pandemonium lord
294174 | Zig:7    | Noticed Sugos the pandemonium lord
294174 | Zig:7    | Noticed Yjuweg the pandemonium lord
294174 | Zig:7    | Noticed Mifuno the pandemonium lord
294174 | Zig:7    | Noticed Naorphik the pandemonium lord
294174 | Zig:7    | Noticed Nyppett the pandemonium lord
294174 | Zig:7    | Noticed Reseugh the pandemonium lord
294174 | Zig:7    | Noticed Qexze the pandemonium lord
294174 | Zig:7    | Noticed Ichischav the pandemonium lord
294174 | Zig:7    | Noticed Louf the pandemonium lord
294174 | Zig:7    | Noticed Gemivuus the pandemonium lord
294174 | Zig:7    | Noticed Favyrowk the pandemonium lord
294175 | Zig:7    | Killed Tugh the pandemonium lord
294175 | Zig:7    | Killed Kiqe the pandemonium lord
294175 | Zig:7    | Killed Iddakat the pandemonium lord
294175 | Zig:7    | Killed Mecra the pandemonium lord
294175 | Zig:7    | Killed Xufu the pandemonium lord
294175 | Zig:7    | Killed Ruqu the pandemonium lord
294175 | Zig:7    | Killed Vimna the pandemonium lord
294175 | Zig:7    | Killed Nyppett the pandemonium lord
294175 | Zig:7    | Killed Kidghas the pandemonium lord
294175 | Zig:7    | Killed Sugos the pandemonium lord
294175 | Zig:7    | Killed Reseugh the pandemonium lord
294175 | Zig:7    | Killed Qexze the pandemonium lord
294176 | Zig:7    | Killed Naorphik the pandemonium lord
294176 | Zig:7    | Killed Yjuweg the pandemonium lord
294176 | Zig:7    | Killed Nimpawex the pandemonium lord
294176 | Zig:7    | Killed Bereolikk the pandemonium lord
294176 | Zig:7    | Killed Miedd the pandemonium lord
294176 | Zig:7    | Killed Zemaer the pandemonium lord
294176 | Zig:7    | Killed Didihog the pandemonium lord
294176 | Zig:7    | Killed Peirytz the pandemonium lord
294176 | Zig:7    | Noticed Uvudeagh the pandemonium lord
294176 | Zig:7    | Noticed Saegh the pandemonium lord
294176 | Zig:7    | Noticed Emoda the pandemonium lord
294177 | Zig:7    | Killed Favyrowk the pandemonium lord
294177 | Zig:7    | Killed Mifuno the pandemonium lord
294177 | Zig:7    | Killed Gemivuus the pandemonium lord
294177 | Zig:7    | Killed Geol the pandemonium lord
294177 | Zig:7    | Noticed Goiche the pandemonium lord
294177 | Zig:7    | Noticed Poupsaem the pandemonium lord
294178 | Zig:7    | Killed Louf the pandemonium lord
294178 | Zig:7    | Killed Ogypoir the pandemonium lord
294178 | Zig:7    | Killed Ficibb the pandemonium lord
294178 | Zig:7    | Noticed Aqukostro the pandemonium lord
294178 | Zig:7    | Noticed Keyj the pandemonium lord
294178 | Zig:7    | Noticed Yxtaff the pandemonium lord
294179 | Zig:7    | Noticed Ediusod the pandemonium lord
294179 | Zig:7    | Noticed Piesefar the pandemonium lord
294179 | Zig:7    | Noticed Jid Him the pandemonium lord
294179 | Zig:7    | Noticed Wiodylof the pandemonium lord
294179 | Zig:7    | Noticed Laha the pandemonium lord
294180 | Zig:7    | Noticed Biethiu the pandemonium lord
294180 | Zig:7    | Killed Iha Fece the pandemonium lord
294180 | Zig:7    | Killed Nacrazy the pandemonium lord
294180 | Zig:7    | Noticed Abresih the pandemonium lord
294181 | Zig:7    | Noticed Igushro the pandemonium lord
294181 | Zig:7    | Noticed Ibburchu the pandemonium lord
294181 | Zig:7    | Noticed Fatilujo the pandemonium lord
294181 | Zig:7    | Noticed Mejisounk the pandemonium lord
294181 | Zig:7    | Noticed Lusepseu the pandemonium lord
294181 | Zig:7    | Noticed Qasitag the pandemonium lord
294181 | Zig:7    | Noticed Kuseluut the pandemonium lord
294181 | Zig:7    | Noticed Yzelujif the pandemonium lord
294181 | Zig:7    | Noticed Icewosik the pandemonium lord
294181 | Zig:7    | Noticed Xogor the pandemonium lord
294182 | Zig:7    | Killed Aqukostro the pandemonium lord
294182 | Zig:7    | Killed Hisekao the pandemonium lord
294182 | Zig:7    | Killed Piesefar the pandemonium lord
294182 | Zig:7    | Noticed Vigruw the pandemonium lord
294184 | Zig:7    | Killed Jid Him the pandemonium lord
294184 | Zig:7    | Killed Lusepseu the pandemonium lord
294184 | Zig:7    | Killed Yzelujif the pandemonium lord
294184 | Zig:7    | Killed Fatilujo the pandemonium lord
294184 | Zig:7    | Killed Laha the pandemonium lord
294184 | Zig:7    | Killed Ydojaul the pandemonium lord
294184 | Zig:7    | Killed Ichischav the pandemonium lord
294184 | Zig:7    | Killed Emoda the pandemonium lord
294184 | Zig:7    | Killed Keyj the pandemonium lord
294184 | Zig:7    | Noticed Iheng the pandemonium lord
294185 | Zig:7    | Killed Saegh the pandemonium lord
294185 | Zig:7    | Killed Uvudeagh the pandemonium lord
294185 | Zig:7    | Killed Ediusod the pandemonium lord
294185 | Zig:7    | Killed Igushro the pandemonium lord
294185 | Zig:7    | Noticed Sylacl Ozoh the pandemonium lord
294186 | Zig:7    | Killed Yxtaff the pandemonium lord
294186 | Zig:7    | Killed Poupsaem the pandemonium lord
294186 | Zig:7    | Killed Wiodylof the pandemonium lord
294186 | Zig:7    | Killed Kuseluut the pandemonium lord
294186 | Zig:7    | Killed Biethiu the pandemonium lord
294186 | Zig:7    | Killed Goiche the pandemonium lord
294186 | Zig:7    | Killed Xogor the pandemonium lord
294187 | Zig:7    | Killed Qasitag the pandemonium lord
294187 | Zig:7    | Killed Mejisounk the pandemonium lord
294187 | Zig:7    | Killed Icewosik the pandemonium lord
294187 | Zig:7    | Killed Vigruw the pandemonium lord
294187 | Zig:7    | Killed Abresih the pandemonium lord
294187 | Zig:7    | Killed Ibburchu the pandemonium lord
294189 | Zig:7    | Killed Iheng the pandemonium lord
294191 | Zig:7    | Killed Sylacl Ozoh the pandemonium lord
294300 | Zig:7    | Identified the +9 dagger "Moasujek" {flame, Will+ Str+3}
294547 | Zig:7    | Identified the +0 bardiche of Accord {venom, Dex+2}
294565 | Zig:8    | Entered Level 8 of a ziggurat
294565 | Zig:8    | Noticed Tugat the pandemonium lord
294565 | Zig:8    | Noticed Cufad the pandemonium lord
294565 | Zig:8    | Noticed Atuxydesch the pandemonium lord
294565 | Zig:8    | Noticed Heneut the pandemonium lord
294565 | Zig:8    | Noticed Rietaig the pandemonium lord
294565 | Zig:8    | Noticed Yreint the pandemonium lord
294565 | Zig:8    | Noticed Beasmu the pandemonium lord
294565 | Zig:8    | Noticed Imeprais the pandemonium lord
294565 | Zig:8    | Noticed Usetacud the pandemonium lord
294565 | Zig:8    | Noticed Kihaxt the pandemonium lord
294565 | Zig:8    | Noticed Jozu Icaxy the pandemonium lord
294565 | Zig:8    | Noticed Koamoew the pandemonium lord
294565 | Zig:8    | Noticed Cuapsama the pandemonium lord
294565 | Zig:8    | Noticed Laamot the pandemonium lord
294565 | Zig:8    | Noticed Isec the pandemonium lord
294565 | Zig:8    | Noticed Deshogul the pandemonium lord
294565 | Zig:8    | Noticed Ditalor Inaj the pandemonium lord
294565 | Zig:8    | Noticed Emusch the pandemonium lord
294565 | Zig:8    | Noticed Razeedua the pandemonium lord
294565 | Zig:8    | Noticed Yffolimm the pandemonium lord
294565 | Zig:8    | Noticed Hamel the pandemonium lord
294565 | Zig:8    | Noticed Javeore the pandemonium lord
294565 | Zig:8    | Noticed Jezei the pandemonium lord
294565 | Zig:8    | Noticed Imypairph the pandemonium lord
294565 | Zig:8    | Noticed Lusafoem the pandemonium lord
294565 | Zig:8    | Noticed Luowess the pandemonium lord
294565 | Zig:8    | Noticed Dor Orow the pandemonium lord
294565 | Zig:8    | Noticed Jodaocu the pandemonium lord
294566 | Zig:8    | Killed Heneut the pandemonium lord
294566 | Zig:8    | Killed Rietaig the pandemonium lord
294566 | Zig:8    | Killed Imeprais the pandemonium lord
294566 | Zig:8    | Killed Atuxydesch the pandemonium lord
294566 | Zig:8    | Killed Usetacud the pandemonium lord
294566 | Zig:8    | Killed Cuapsama the pandemonium lord
294566 | Zig:8    | Killed Yffolimm the pandemonium lord
294566 | Zig:8    | Killed Emusch the pandemonium lord
294566 | Zig:8    | Noticed Poarug the pandemonium lord
294567 | Zig:8    | Killed Lusafoem the pandemonium lord
294567 | Zig:8    | Killed Beasmu the pandemonium lord
294567 | Zig:8    | Killed Cufad the pandemonium lord
294567 | Zig:8    | Killed Isec the pandemonium lord
294567 | Zig:8    | Killed Ditalor Inaj the pandemonium lord
294567 | Zig:8    | Killed Deshogul the pandemonium lord
294567 | Zig:8    | Noticed Bylew the pandemonium lord
294567 | Zig:8    | Noticed Ewajugus the pandemonium lord
294567 | Zig:8    | Noticed Xemetekk the pandemonium lord
294567 | Zig:8    | Noticed Omoc the pandemonium lord
294567 | Zig:8    | Noticed Egrenud the pandemonium lord
294568 | Zig:8    | Killed Kihaxt the pandemonium lord
294568 | Zig:8    | Killed Egrenud the pandemonium lord
294568 | Zig:8    | Killed Koamoew the pandemonium lord
294569 | Zig:8    | Noticed Pioli the pandemonium lord
294569 | Zig:8    | Noticed Loxzilyl the pandemonium lord
294569 | Zig:8    | Noticed Qoexy the pandemonium lord
294569 | Zig:8    | Noticed Jiocim the pandemonium lord
294569 | Zig:8    | Noticed Xucviriz the pandemonium lord
294569 | Zig:8    | Noticed Lipsux the pandemonium lord
294569 | Zig:8    | Noticed Udghoar the pandemonium lord
294569 | Zig:8    | Noticed Ihiudu the pandemonium lord
294569 | Zig:8    | Noticed Qenao the pandemonium lord
294569 | Zig:8    | Noticed Waivvoop the pandemonium lord
294569 | Zig:8    | Noticed Jaffeus the pandemonium lord
294569 | Zig:8    | Noticed Heuh the pandemonium lord
294569 | Zig:8    | Noticed Nusmenah the pandemonium lord
294569 | Zig:8    | Noticed Vilaup the pandemonium lord
294569 | Zig:8    | Noticed Neysera the pandemonium lord
294569 | Zig:8    | Noticed Doif the pandemonium lord
294569 | Zig:8    | Noticed Agaeweb the pandemonium lord
294569 | Zig:8    | Noticed Ycohas the pandemonium lord
294569 | Zig:8    | Noticed Liqibydd the pandemonium lord
294569 | Zig:8    | Noticed Zureizod the pandemonium lord
294569 | Zig:8    | Noticed Jothrin the pandemonium lord
294569 | Zig:8    | Noticed Weedaehoa the pandemonium lord
294569 | Zig:8    | Noticed Duhakhlot the pandemonium lord
294569 | Zig:8    | Noticed Guppub the pandemonium lord
294569 | Zig:8    | Noticed Kiatt the pandemonium lord
294569 | Zig:8    | Noticed Vorautud the pandemonium lord
294569 | Zig:8    | Noticed Ummoku the pandemonium lord
294569 | Zig:8    | Noticed Qiez the pandemonium lord
294569 | Zig:8    | Noticed Fuclik the pandemonium lord
294569 | Zig:8    | Noticed Rerpheheo the pandemonium lord
294569 | Zig:8    | Noticed Hidwial the pandemonium lord
294569 | Zig:8    | Noticed Googed the pandemonium lord
294569 | Zig:8    | Noticed Icyfae the pandemonium lord
294570 | Zig:8    | Noticed Seriar the pandemonium lord
294570 | Zig:8    | Noticed Elazxosumm the pandemonium lord
294570 | Zig:8    | Killed Pioli the pandemonium lord
294570 | Zig:8    | Killed Jiocim the pandemonium lord
294570 | Zig:8    | Killed Udghoar the pandemonium lord
294570 | Zig:8    | Killed Agaeweb the pandemonium lord
294570 | Zig:8    | Killed Waivvoop the pandemonium lord
294570 | Zig:8    | Killed Doif the pandemonium lord
294570 | Zig:8    | Killed Ycohas the pandemonium lord
294570 | Zig:8    | Killed Liqibydd the pandemonium lord
294570 | Zig:8    | Killed Guppub the pandemonium lord
294570 | Zig:8    | Killed Fuclik the pandemonium lord
294570 | Zig:8    | Killed Ewajugus the pandemonium lord
294570 | Zig:8    | Killed Qiez the pandemonium lord
294570 | Zig:8    | Killed Hamel the pandemonium lord
294570 | Zig:8    | Killed Jodaocu the pandemonium lord
294571 | Zig:8    | Noticed Mopuiwuq the pandemonium lord
294571 | Zig:8    | Noticed Viqaadd the pandemonium lord
294571 | Zig:8    | Noticed Feamas the pandemonium lord
294574 | Zig:8    | Killed Hidwial the pandemonium lord
294574 | Zig:8    | Killed Jozu Icaxy the pandemonium lord
294577 | Zig:8    | Killed Poarug the pandemonium lord
294578 | Zig:8    | Killed Googed the pandemonium lord
294580 | Zig:8    | Killed Ihiudu the pandemonium lord
294580 | Zig:8    | Killed Icyfae the pandemonium lord
294581 | Zig:8    | Killed Loxzilyl the pandemonium lord
294581 | Zig:8    | Killed Laamot the pandemonium lord
294581 | Zig:8    | Killed Razeedua the pandemonium lord
294583 | Zig:8    | Killed Nusmenah the pandemonium lord
294583 | Zig:8    | Killed Javeore the pandemonium lord
294584 | Zig:8    | Killed Omoc the pandemonium lord
294585 | Zig:8    | Killed Imypairph the pandemonium lord
294586 | Zig:8    | Killed Zureizod the pandemonium lord
294587 | Zig:8    | Killed Qenao the pandemonium lord
294587 | Zig:8    | Killed Elazxosumm the pandemonium lord
294587 | Zig:8    | Killed Vilaup the pandemonium lord
294588 | Zig:8    | Killed Xemetekk the pandemonium lord
294588 | Zig:8    | Killed Neysera the pandemonium lord
294588 | Zig:8    | Killed Jothrin the pandemonium lord
294588 | Zig:8    | Killed Dor Orow the pandemonium lord
294588 | Zig:8    | Killed Duhakhlot the pandemonium lord
294588 | Zig:8    | Killed Weedaehoa the pandemonium lord
294588 | Zig:8    | Killed Feamas the pandemonium lord
294588 | Zig:8    | Killed Mopuiwuq the pandemonium lord
294589 | Zig:8    | Killed Ummoku the pandemonium lord
294589 | Zig:8    | Killed Luowess the pandemonium lord
294589 | Zig:8    | Killed Heuh the pandemonium lord
294590 | Zig:8    | Killed Seriar the pandemonium lord
294590 | Zig:8    | Killed Bylew the pandemonium lord
294590 | Zig:8    | Killed Jaffeus the pandemonium lord
294590 | Zig:8    | Killed Tugat the pandemonium lord
294591 | Zig:8    | Killed Yreint the pandemonium lord
294591 | Zig:8    | Killed Jezei the pandemonium lord
294591 | Zig:8    | Killed Kiatt the pandemonium lord
294592 | Zig:8    | Killed Rerpheheo the pandemonium lord
294592 | Zig:8    | Killed Vorautud the pandemonium lord
294592 | Zig:8    | Killed Xucviriz the pandemonium lord
294592 | Zig:8    | Killed Viqaadd the pandemonium lord
294594 | Zig:8    | Killed Lipsux the pandemonium lord
294595 | Zig:8    | Killed Qoexy the pandemonium lord
294980 | Zig:8    | Identified the +3 morningstar of Ointment {freeze, rElec
                  | rC- Dex+8}
294985 | Zig:8    | Identified the +9 rapier "Onigguam" {flame, Int+5}
295028 | Zig:9    | Entered Level 9 of a ziggurat
295124 | Zig:9    | Identified the ring of Moral Flaws {rF- rN+++ Slay+4
                  | Stlth-}
295457 | Zig:10   | Entered Level 10 of a ziggurat
295457 | Zig:10   | Noticed Nelailing the pandemonium lord
295457 | Zig:10   | Noticed Togasox the pandemonium lord
295457 | Zig:10   | Noticed Inekufuz the pandemonium lord
295457 | Zig:10   | Noticed Kuts the pandemonium lord
295457 | Zig:10   | Noticed Riwkoipi the pandemonium lord
295457 | Zig:10   | Noticed Raerut the pandemonium lord
295457 | Zig:10   | Noticed Qyegony the pandemonium lord
295457 | Zig:10   | Noticed Tiesk the pandemonium lord
295457 | Zig:10   | Noticed Xytysor the pandemonium lord
295457 | Zig:10   | Noticed Bomufila the pandemonium lord
295457 | Zig:10   | Noticed Itsidd the pandemonium lord
295457 | Zig:10   | Noticed Jeenu the pandemonium lord
295457 | Zig:10   | Noticed Wechutuj the pandemonium lord
295457 | Zig:10   | Noticed Voessyllalos the pandemonium lord
295457 | Zig:10   | Noticed Pirefuc the pandemonium lord
295457 | Zig:10   | Noticed Uschuorch the pandemonium lord
295457 | Zig:10   | Noticed Gynnops the pandemonium lord
295457 | Zig:10   | Noticed Fyarch the pandemonium lord
295457 | Zig:10   | Noticed Juchah the pandemonium lord
295457 | Zig:10   | Noticed Haetsos the pandemonium lord
295457 | Zig:10   | Noticed Sohan the pandemonium lord
295457 | Zig:10   | Noticed Unumod the pandemonium lord
295457 | Zig:10   | Noticed Nil Toud the pandemonium lord
295457 | Zig:10   | Noticed Qookurus the pandemonium lord
295457 | Zig:10   | Noticed Secig the pandemonium lord
295457 | Zig:10   | Noticed Hajiry the pandemonium lord
295457 | Zig:10   | Noticed Ywneisot the pandemonium lord
295457 | Zig:10   | Noticed Fucameest the pandemonium lord
295457 | Zig:10   | Noticed Telolle the pandemonium lord
295457 | Zig:10   | Noticed Gubluk the pandemonium lord
295457 | Zig:10   | Noticed Buhybic the pandemonium lord
295457 | Zig:10   | Noticed Dulam the pandemonium lord
295457 | Zig:10   | Noticed Wanev the pandemonium lord
295457 | Zig:10   | Noticed Oxao the pandemonium lord
295457 | Zig:10   | Noticed Tufroc the pandemonium lord
295457 | Zig:10   | Noticed Omarar the pandemonium lord
295457 | Zig:10   | Noticed Molofeul the pandemonium lord
295458 | Zig:10   | Killed Bomufila the pandemonium lord
295458 | Zig:10   | Killed Togasox the pandemonium lord
295458 | Zig:10   | Killed Juchah the pandemonium lord
295458 | Zig:10   | Killed Wechutuj the pandemonium lord
295458 | Zig:10   | Killed Uschuorch the pandemonium lord
295458 | Zig:10   | Killed Nil Toud the pandemonium lord
295458 | Zig:10   | Killed Haetsos the pandemonium lord
295458 | Zig:10   | Killed Secig the pandemonium lord
295458 | Zig:10   | Killed Telolle the pandemonium lord
295458 | Zig:10   | Killed Omarar the pandemonium lord
295458 | Zig:10   | Killed Dulam the pandemonium lord
295458 | Zig:10   | Killed Wanev the pandemonium lord
295458 | Zig:10   | Killed Buhybic the pandemonium lord
295458 | Zig:10   | Killed Xytysor the pandemonium lord
295459 | Zig:10   | Killed Oxao the pandemonium lord
295459 | Zig:10   | Noticed Muemout the pandemonium lord
295460 | Zig:10   | Killed Fucameest the pandemonium lord
295460 | Zig:10   | Killed Qookurus the pandemonium lord
295460 | Zig:10   | Killed Inekufuz the pandemonium lord
295460 | Zig:10   | Killed Raerut the pandemonium lord
295460 | Zig:10   | Killed Fyarch the pandemonium lord
295460 | Zig:10   | Noticed Vuxkepowk the pandemonium lord
295460 | Zig:10   | Noticed Geteqyu the pandemonium lord
295461 | Zig:10   | Killed Voessyllalos the pandemonium lord
295461 | Zig:10   | Killed Nelailing the pandemonium lord
295461 | Zig:10   | Killed Tufroc the pandemonium lord
295461 | Zig:10   | Killed Itsidd the pandemonium lord
295461 | Zig:10   | Killed Qyegony the pandemonium lord
295461 | Zig:10   | Killed Sohan the pandemonium lord
295461 | Zig:10   | Killed Tiesk the pandemonium lord
295461 | Zig:10   | Killed Ywneisot the pandemonium lord
295461 | Zig:10   | Killed Molofeul the pandemonium lord
295461 | Zig:10   | Noticed Qeaxat the pandemonium lord
295462 | Zig:10   | Killed Hajiry the pandemonium lord
295462 | Zig:10   | Killed Gubluk the pandemonium lord
295462 | Zig:10   | Killed Pirefuc the pandemonium lord
295462 | Zig:10   | Killed Riwkoipi the pandemonium lord
295462 | Zig:10   | Noticed Rouppe the pandemonium lord
295462 | Zig:10   | Noticed Dugaloc the pandemonium lord
295463 | Zig:10   | Killed Jeenu the pandemonium lord
295463 | Zig:10   | Killed Muemout the pandemonium lord
295463 | Zig:10   | Killed Kuts the pandemonium lord
295463 | Zig:10   | Noticed Retsicoe the pandemonium lord
295463 | Zig:10   | Noticed Yppoe the pandemonium lord
295463 | Zig:10   | Noticed Rauriav the pandemonium lord
295464 | Zig:10   | Killed Qeaxat the pandemonium lord
295464 | Zig:10   | Noticed Beggokag the pandemonium lord
295464 | Zig:10   | Noticed Iptoitob the pandemonium lord
295464 | Zig:10   | Noticed Xicvobb the pandemonium lord
295465 | Zig:10   | Killed Unumod the pandemonium lord
295465 | Zig:10   | Killed Rauriav the pandemonium lord
295465 | Zig:10   | Killed Xicvobb the pandemonium lord
295465 | Zig:10   | Killed Geteqyu the pandemonium lord
295465 | Zig:10   | Noticed Cach the pandemonium lord
295465 | Zig:10   | Noticed Ahic the pandemonium lord
295465 | Zig:10   | Noticed Zyfo the pandemonium lord
295466 | Zig:10   | Killed Gynnops the pandemonium lord
295466 | Zig:10   | Killed Vuxkepowk the pandemonium lord
295466 | Zig:10   | Killed Rouppe the pandemonium lord
295466 | Zig:10   | Killed Dugaloc the pandemonium lord
295466 | Zig:10   | Killed Iptoitob the pandemonium lord
295466 | Zig:10   | Noticed Hutuipti the pandemonium lord
295466 | Zig:10   | Noticed Oroxkuk the pandemonium lord
295467 | Zig:10   | Killed Yppoe the pandemonium lord
295467 | Zig:10   | Noticed Ryhizxiz the pandemonium lord
295467 | Zig:10   | Noticed Tuicum the pandemonium lord
295467 | Zig:10   | Noticed Guwniqetuf the pandemonium lord
295467 | Zig:10   | Noticed Qublof the pandemonium lord
295468 | Zig:10   | Killed Retsicoe the pandemonium lord
295468 | Zig:10   | Noticed Zuevug the pandemonium lord
295468 | Zig:10   | Noticed Boazuh the pandemonium lord
295469 | Zig:10   | Noticed Xaassa the pandemonium lord
295469 | Zig:10   | Killed Qublof the pandemonium lord
295470 | Zig:10   | Killed Ryhizxiz the pandemonium lord
295470 | Zig:10   | Killed Boazuh the pandemonium lord
295470 | Zig:10   | Noticed Lillyuroe the pandemonium lord
295470 | Zig:10   | Noticed Johona the pandemonium lord
295470 | Zig:10   | Noticed Wudwotimp the pandemonium lord
295470 | Zig:10   | Noticed Plog the pandemonium lord
295471 | Zig:10   | Killed Hutuipti the pandemonium lord
295471 | Zig:10   | Killed Cach the pandemonium lord
295471 | Zig:10   | Killed Xaassa the pandemonium lord
295471 | Zig:10   | Noticed Goran the pandemonium lord
295471 | Zig:10   | Noticed Gaibb the pandemonium lord
295471 | Zig:10   | Noticed Nujom the pandemonium lord
295471 | Zig:10   | Noticed Iddoet the pandemonium lord
295472 | Zig:10   | Killed Beggokag the pandemonium lord
295472 | Zig:10   | Killed Oroxkuk the pandemonium lord
295472 | Zig:10   | Killed Zyfo the pandemonium lord
295472 | Zig:10   | Noticed Zogaz the pandemonium lord
295473 | Zig:10   | Noticed Niegite the pandemonium lord
295475 | Zig:10   | Noticed Nuttoull the pandemonium lord
295476 | Zig:10   | Noticed Inwih the pandemonium lord
295476 | Zig:10   | Noticed Zothraah the pandemonium lord
295476 | Zig:10   | Noticed Otoew the pandemonium lord
295477 | Zig:10   | Killed Plog the pandemonium lord
295477 | Zig:10   | Killed Tuicum the pandemonium lord
295477 | Zig:10   | Killed Zuevug the pandemonium lord
295477 | Zig:10   | Killed Ahic the pandemonium lord
295477 | Zig:10   | Killed Nujom the pandemonium lord
295477 | Zig:10   | Noticed Lahag the pandemonium lord
295480 | Zig:10   | Killed Goran the pandemonium lord
295480 | Zig:10   | Killed Gaibb the pandemonium lord
295481 | Zig:10   | Killed Iddoet the pandemonium lord
295482 | Zig:10   | Noticed Biuxkiat the pandemonium lord
295482 | Zig:10   | Noticed Seronox the pandemonium lord
295482 | Zig:10   | Noticed Qeohou the pandemonium lord
295482 | Zig:10   | Killed Wudwotimp the pandemonium lord
295482 | Zig:10   | Killed Guwniqetuf the pandemonium lord
295482 | Zig:10   | Killed Zogaz the pandemonium lord
295482 | Zig:10   | Killed Niegite the pandemonium lord
295482 | Zig:10   | Noticed Hoyri the pandemonium lord
295483 | Zig:10   | Noticed Gebum the pandemonium lord
295483 | Zig:10   | Killed Lillyuroe the pandemonium lord
295483 | Zig:10   | Killed Inwih the pandemonium lord
295483 | Zig:10   | Killed Lahag the pandemonium lord
295483 | Zig:10   | Killed Nuttoull the pandemonium lord
295483 | Zig:10   | Noticed Jebriff the pandemonium lord
295483 | Zig:10   | Noticed Ilopefiu the pandemonium lord
295483 | Zig:10   | Noticed Ytephyrgh the pandemonium lord
295484 | Zig:10   | Noticed Qyolu the pandemonium lord
295484 | Zig:10   | Killed Seronox the pandemonium lord
295484 | Zig:10   | Killed Gebum the pandemonium lord
295485 | Zig:10   | Noticed Zudweutz the pandemonium lord
295485 | Zig:10   | Noticed Hus Rem the pandemonium lord
295485 | Zig:10   | Noticed Vuobric the pandemonium lord
295485 | Zig:10   | Killed Otoew the pandemonium lord
295485 | Zig:10   | Killed Biuxkiat the pandemonium lord
295485 | Zig:10   | Killed Hoyri the pandemonium lord
295485 | Zig:10   | Noticed Fynlac the pandemonium lord
295485 | Zig:10   | Noticed Kusili Lokh the pandemonium lord
295486 | Zig:10   | Noticed Lumesem the pandemonium lord
295486 | Zig:10   | Killed Johona the pandemonium lord
295486 | Zig:10   | Killed Zothraah the pandemonium lord
295486 | Zig:10   | Killed Qeohou the pandemonium lord
295487 | Zig:10   | Killed Zudweutz the pandemonium lord
295487 | Zig:10   | Noticed Ocaptyuff the pandemonium lord
295488 | Zig:10   | Noticed Ynnen the pandemonium lord
295488 | Zig:10   | Killed Kusili Lokh the pandemonium lord
295488 | Zig:10   | Killed Vuobric the pandemonium lord
295488 | Zig:10   | Noticed Pumy the pandemonium lord
295488 | Zig:10   | Noticed Yxut the pandemonium lord
295489 | Zig:10   | Killed Qyolu the pandemonium lord
295489 | Zig:10   | Noticed Domish the pandemonium lord
295490 | Zig:10   | Killed Jebriff the pandemonium lord
295490 | Zig:10   | Killed Ynnen the pandemonium lord
295491 | Zig:10   | Killed Fynlac the pandemonium lord
295491 | Zig:10   | Killed Hus Rem the pandemonium lord
295491 | Zig:10   | Killed Lumesem the pandemonium lord
295491 | Zig:10   | Killed Ilopefiu the pandemonium lord
295491 | Zig:10   | Killed Yxut the pandemonium lord
295491 | Zig:10   | Killed Ocaptyuff the pandemonium lord
295491 | Zig:10   | Noticed Selyihi the pandemonium lord
295492 | Zig:10   | Noticed Acreb the pandemonium lord
295492 | Zig:10   | Noticed Keitteash the pandemonium lord
295492 | Zig:10   | Noticed Liaro the pandemonium lord
295492 | Zig:10   | Noticed Apsier the pandemonium lord
295492 | Zig:10   | Noticed Zarphypnus the pandemonium lord
295493 | Zig:10   | Killed Pumy the pandemonium lord
295494 | Zig:10   | Killed Domish the pandemonium lord
295494 | Zig:10   | Killed Ytephyrgh the pandemonium lord
295495 | Zig:10   | Killed Keitteash the pandemonium lord
295495 | Zig:10   | Killed Zarphypnus the pandemonium lord
295495 | Zig:10   | Killed Liaro the pandemonium lord
295495 | Zig:10   | Killed Selyihi the pandemonium lord
295496 | Zig:10   | Killed Apsier the pandemonium lord
295496 | Zig:10   | Killed Acreb the pandemonium lord
295779 | Zig:10   | Identified the ring "Qaxt" {Fly rF+ Dex+2}
295781 | Zig:10   | Identified the ring of Jit Bionteed {rF+ SInv}
295783 | Zig:10   | Identified the +1 battleaxe "Dafud" {flame, *Rage Int+7}
295787 | Zig:10   | Identified the staff of the Yoke {rElec Will- Str+5 Necro
                  | Air}
295790 | Zig:10   | Identified the ring "Taefrox" {Fire Will+ rCorr Int-5}
295801 | Zig:10   | Identified the +4 short sword of Trog's Brutal Revenge
                  | {flame, rPois}
295803 | Zig:10   | Identified the +5 spear of Sunlight {freeze, rElec rPois}
295808 | Zig:10   | Identified the +7 falchion of the Apocalypse {venom, rElec
                  | rPois rN++ Str-4}
295857 | Zig:11   | Entered Level 11 of a ziggurat
295857 | Zig:11   | Noticed a royal mummy
295857 | Zig:11   | Noticed a royal mummy
295857 | Zig:11   | Noticed a royal mummy
295857 | Zig:11   | Noticed a royal mummy
295857 | Zig:11   | Noticed a royal mummy
295857 | Zig:11   | Noticed a royal mummy
295857 | Zig:11   | Noticed a royal mummy
295857 | Zig:11   | Noticed a royal mummy
295857 | Zig:11   | Noticed a royal mummy
295857 | Zig:11   | Noticed a royal mummy
295857 | Zig:11   | Noticed a royal mummy
295859 | Zig:11   | Killed a royal mummy
295859 | Zig:11   | Killed a royal mummy
295859 | Zig:11   | Killed a royal mummy
295859 | Zig:11   | Killed a royal mummy
295859 | Zig:11   | Noticed a royal mummy
295859 | Zig:11   | Noticed a royal mummy
295859 | Zig:11   | Noticed a royal mummy
295859 | Zig:11   | Noticed a royal mummy
295860 | Zig:11   | Killed a royal mummy
295860 | Zig:11   | Killed a royal mummy
295860 | Zig:11   | Killed a royal mummy
295860 | Zig:11   | Killed a royal mummy
295860 | Zig:11   | Killed a royal mummy
295861 | Zig:11   | Killed a royal mummy
295861 | Zig:11   | Killed a royal mummy
295861 | Zig:11   | Killed a royal mummy
295861 | Zig:11   | Killed a royal mummy
295863 | Zig:11   | Killed a royal mummy
295863 | Zig:11   | Noticed a royal mummy
295863 | Zig:11   | Noticed a royal mummy
295864 | Zig:11   | Noticed a royal mummy
295864 | Zig:11   | Noticed a royal mummy
295865 | Zig:11   | Noticed a royal mummy
295865 | Zig:11   | Noticed a royal mummy
295865 | Zig:11   | Noticed a royal mummy
295866 | Zig:11   | Killed a royal mummy
295867 | Zig:11   | Killed a royal mummy
295867 | Zig:11   | Killed a royal mummy
295867 | Zig:11   | Noticed a royal mummy
295869 | Zig:11   | Killed a royal mummy
295869 | Zig:11   | Killed a royal mummy
295869 | Zig:11   | Killed a royal mummy
295869 | Zig:11   | Killed a royal mummy
295869 | Zig:11   | Noticed a royal mummy
295870 | Zig:11   | Killed a royal mummy
295870 | Zig:11   | Killed a royal mummy
295870 | Zig:11   | Noticed a royal mummy
295870 | Zig:11   | Noticed a royal mummy
295872 | Zig:11   | Noticed a royal mummy
295872 | Zig:11   | Noticed a royal mummy
295872 | Zig:11   | Noticed a royal mummy
295872 | Zig:11   | Noticed a royal mummy
295873 | Zig:11   | Killed a royal mummy
295873 | Zig:11   | Noticed a royal mummy
295874 | Zig:11   | Noticed a royal mummy
295875 | Zig:11   | Killed a royal mummy
295875 | Zig:11   | Killed a royal mummy
295875 | Zig:11   | Killed a royal mummy
295875 | Zig:11   | Killed a royal mummy
295875 | Zig:11   | Killed a royal mummy
295876 | Zig:11   | Killed a royal mummy
295876 | Zig:11   | Killed a royal mummy
295876 | Zig:11   | Killed a royal mummy
296138 | Zig:11   | Identified the ring "Hexorghe" {Ice rPois Will+}
296154 | Zig:11   | Identified the +1 robe of Slimy Beauty {rN+ Str-5 Dex+3
                  | Stlth+}
296158 | Zig:11   | Identified the +7 shortbow of Embarrassment {speed, rC- rN+
                  | Int+3 SInv}
296162 | Zig:11   | Identified the +2 dagger of the Iron City of Dis {freeze,
                  | rN++}
296163 | Zig:11   | Identified the staff "Cideigat" {rElec rF- rCorr Dex+3
                  | Conj}
296272 | Zig:11   | Lost mutation: Your body sometimes deteriorates upon taking
                  | damage. [potion of mutation]
296272 | Zig:11   | Lost mutation: You occasionally lose the ability to drink
                  | potions when taking damage. [potion of mutation]
296272 | Zig:11   | Gained mutation: You are agile. (Dex +4, Str/Int -1)
                  | [potion of mutation]
296273 | Zig:11   | Lost mutation: Your spells are a little harder to cast, but
                  | a little more powerful. [potion of mutation]
296273 | Zig:11   | Lost mutation: Your muscles are strong. (Str +4, Int/Dex
                  | -1) [potion of mutation]
296273 | Zig:11   | Lost mutation: You are agile. (Dex +4, Str/Int -1) [potion
                  | of mutation]
296273 | Zig:11   | Gained mutation: Your mind is acute. (Int +4, Str/Dex -1)
                  | [potion of mutation]
296273 | Zig:11   | Gained mutation: Your mind is very acute. (Int +8, Str/Dex
                  | -2) [potion of mutation]
296274 | Zig:11   | Lost mutation: Your mind is very acute. (Int +8, Str/Dex
                  | -2) [potion of mutation]
296274 | Zig:11   | Lost mutation: Your mind is acute. (Int +4, Str/Dex -1)
                  | [potion of mutation]
296274 | Zig:11   | Gained mutation: You possess an exceptional clarity of
                  | mind. [potion of mutation]
296274 | Zig:11   | Gained mutation: You are weak. (Str -2) [potion of
                  | mutation]
296274 | Zig:11   | Gained mutation: You are agile. (Dex +4, Str/Int -1)
                  | [potion of mutation]
296274 | Zig:11   | Gained mutation: You have a pair of small horns on your
                  | head. [potion of mutation]
296279 | Zig:11   | Lost mutation: You are agile. (Dex +4, Str/Int -1) [potion
                  | of mutation]
296279 | Zig:11   | Lost mutation: You possess an exceptional clarity of mind.
                  | [potion of mutation]
296279 | Zig:11   | Lost mutation: You have a pair of small horns on your head.
                  | [potion of mutation]
296279 | Zig:11   | Lost mutation: You are weak. (Str -2) [potion of mutation]
296279 | Zig:11   | Gained mutation: Your flesh is heat resistant. (rF+)
                  | [potion of mutation]
296279 | Zig:11   | Gained mutation: You are resistant to electric shocks.
                  | (rElec) [potion of mutation]
296280 | Zig:11   | Lost mutation: You are resistant to electric shocks.
                  | (rElec) [potion of mutation]
296280 | Zig:11   | Lost mutation: Your flesh is heat resistant. (rF+) [potion
                  | of mutation]
296280 | Zig:11   | Gained mutation: Your muscles are strong. (Str +4, Int/Dex
                  | -1) [potion of mutation]
296280 | Zig:11   | Gained mutation: You do not regenerate when monsters are
                  | visible. [potion of mutation]
296280 | Zig:11   | Gained mutation: You have a pair of small antennae on your
                  | head. [potion of mutation]
296281 | Zig:11   | Lost mutation: Your muscles are strong. (Str +4, Int/Dex
                  | -1) [potion of mutation]
296281 | Zig:11   | Lost mutation: You do not regenerate when monsters are
                  | visible. [potion of mutation]
296281 | Zig:11   | Lost mutation: You have a pair of small antennae on your
                  | head. [potion of mutation]
296281 | Zig:11   | Gained mutation: You do not regenerate when monsters are
                  | visible. [potion of mutation]
296281 | Zig:11   | Gained mutation: You possess an exceptional clarity of
                  | mind. [potion of mutation]
296282 | Zig:11   | Lost mutation: You possess an exceptional clarity of mind.
                  | [potion of mutation]
296282 | Zig:11   | Lost mutation: You do not regenerate when monsters are
                  | visible. [potion of mutation]
296282 | Zig:11   | Gained mutation: You occasionally shout uncontrollably at
                  | your foes. [potion of mutation]
296282 | Zig:11   | Gained mutation: Potions are less effective at restoring
                  | your health. [potion of mutation]
296282 | Zig:11   | Gained mutation: You have sharp toenails. [potion of
                  | mutation]
296283 | Zig:11   | Lost mutation: You occasionally shout uncontrollably at
                  | your foes. [potion of mutation]
296283 | Zig:11   | Lost mutation: Potions are less effective at restoring your
                  | health. [potion of mutation]
296283 | Zig:11   | Lost mutation: You have sharp toenails. [potion of
                  | mutation]
296283 | Zig:11   | Gained mutation: You expend magic power (3 MP) to
                  | strengthen your wands. [potion of mutation]
296283 | Zig:11   | Gained mutation: You are clumsy. (Dex -2) [potion of
                  | mutation]
296283 | Zig:11   | Gained mutation: Your mind is acute. (Int +4, Str/Dex -1)
                  | [potion of mutation]
296284 | Zig:11   | Lost mutation: Your mind is acute. (Int +4, Str/Dex -1)
                  | [potion of mutation]
296284 | Zig:11   | Lost mutation: You expend magic power (3 MP) to strengthen
                  | your wands. [potion of mutation]
296284 | Zig:11   | Gained mutation: Your body sometimes deteriorates upon
                  | taking damage. [potion of mutation]
296284 | Zig:11   | Gained mutation: You have very sharp teeth. [potion of
                  | mutation]
296285 | Zig:11   | Lost mutation: You have very sharp teeth. [potion of
                  | mutation]
296285 | Zig:11   | Lost mutation: You are clumsy. (Dex -2) [potion of
                  | mutation]
296285 | Zig:11   | Gained mutation: Your health recovers twice as slowly from
                  | being drained. [potion of mutation]
296285 | Zig:11   | Gained mutation: Your mind is acute. (Int +4, Str/Dex -1)
                  | [potion of mutation]
296286 | Zig:11   | Lost mutation: Your health recovers twice as slowly from
                  | being drained. [potion of mutation]
296286 | Zig:11   | Lost mutation: Your mind is acute. (Int +4, Str/Dex -1)
                  | [potion of mutation]
296286 | Zig:11   | Lost mutation: Your body sometimes deteriorates upon taking
                  | damage. [potion of mutation]
296286 | Zig:11   | Gained mutation: You are agile. (Dex +4, Str/Int -1)
                  | [potion of mutation]
296286 | Zig:11   | Gained mutation: You are robust. (+10% HP) [potion of
                  | mutation]
296286 | Zig:11   | Gained mutation: Your mind is acute. (Int +4, Str/Dex -1)
                  | [potion of mutation]
296288 | Zig:11   | Lost mutation: Your mind is acute. (Int +4, Str/Dex -1)
                  | [potion of mutation]
296288 | Zig:11   | Lost mutation: You are agile. (Dex +4, Str/Int -1) [potion
                  | of mutation]
296288 | Zig:11   | Lost mutation: You are robust. (+10% HP) [potion of
                  | mutation]
296288 | Zig:11   | Gained mutation: You have a somewhat thin skeletal
                  | structure. (Dex +2, Stealth+) [potion of mutation]
296288 | Zig:11   | Gained mutation: You have hidden genetic potential. [potion
                  | of mutation]
296289 | Zig:11   | Lost mutation: You have a somewhat thin skeletal structure.
                  | (Dex +2, Stealth+) [potion of mutation]
296289 | Zig:11   | Lost mutation: You have hidden genetic potential. [potion
                  | of mutation]
296289 | Zig:11   | Gained mutation: You are strong-willed. (Will+) [potion of
                  | mutation]
296289 | Zig:11   | Gained mutation: You passively map a small area around you.
                  | [potion of mutation]
296290 | Zig:11   | Lost mutation: You are strong-willed. (Will+) [potion of
                  | mutation]
296290 | Zig:11   | Lost mutation: You passively map a small area around you.
                  | [potion of mutation]
296290 | Zig:11   | Gained mutation: Your muscles are strong. (Str +4, Int/Dex
                  | -1) [potion of mutation]
296291 | Zig:11   | Lost mutation: Your muscles are strong. (Str +4, Int/Dex
                  | -1) [potion of mutation]
296291 | Zig:11   | Gained mutation: Your mind is acute. (Int +4, Str/Dex -1)
                  | [potion of mutation]
296291 | Zig:11   | Gained mutation: Your system is resistant to poisons.
                  | (rPois) [potion of mutation]
296291 | Zig:11   | Gained mutation: You are robust. (+10% HP) [potion of
                  | mutation]
296292 | Zig:11   | Lost mutation: You are robust. (+10% HP) [potion of
                  | mutation]
296292 | Zig:11   | Lost mutation: Your mind is acute. (Int +4, Str/Dex -1)
                  | [potion of mutation]
296292 | Zig:11   | Lost mutation: Your system is resistant to poisons. (rPois)
                  | [potion of mutation]
296292 | Zig:11   | Gained mutation: Your flesh is cold resistant. (rC+)
                  | [potion of mutation]
296292 | Zig:11   | Gained mutation: You are partially covered in large bone
                  | plates. (SH +4) [potion of mutation]
296292 | Zig:11   | Gained mutation: You are somewhat resistant to further
                  | mutation. [potion of mutation]
296293 | Zig:11   | Lost mutation: You are somewhat resistant to further
                  | mutation. [potion of mutation]
296293 | Zig:11   | Lost mutation: You are partially covered in large bone
                  | plates. (SH +4) [potion of mutation]
296293 | Zig:11   | Lost mutation: Your flesh is cold resistant. (rC+) [potion
                  | of mutation]
296293 | Zig:11   | Gained mutation: You occasionally lose the ability to drink
                  | potions when taking damage. [potion of mutation]
296293 | Zig:11   | Gained mutation: You passively dampen the noise of your
                  | surroundings. [potion of mutation]
296294 | Zig:11   | Lost mutation: You occasionally lose the ability to drink
                  | potions when taking damage. [potion of mutation]
296294 | Zig:11   | Lost mutation: You passively dampen the noise of your
                  | surroundings. [potion of mutation]
296294 | Zig:11   | Gained mutation: You are covered in fur. (AC +1) [potion of
                  | mutation]
296294 | Zig:11   | Gained mutation: You are strong-willed. (Will+) [potion of
                  | mutation]
296294 | Zig:11   | Gained mutation: You possess an exceptional clarity of
                  | mind. [potion of mutation]
296324 | Zig:12   | Entered Level 12 of a ziggurat
296324 | Zig:12   | Noticed an ancient lich
296324 | Zig:12   | Noticed a dread lich
296324 | Zig:12   | Noticed an ancient lich
296324 | Zig:12   | Noticed a dread lich
296324 | Zig:12   | Noticed an ancient lich
296324 | Zig:12   | Noticed an ancient lich
296324 | Zig:12   | Noticed an ancient lich
296324 | Zig:12   | Noticed an ancient lich
296324 | Zig:12   | Noticed a dread lich
296324 | Zig:12   | Noticed an ancient lich
296324 | Zig:12   | Noticed a dread lich
296324 | Zig:12   | Noticed a dread lich
296324 | Zig:12   | Noticed a dread lich
296324 | Zig:12   | Noticed an ancient lich
296325 | Zig:12   | Killed an ancient lich
296325 | Zig:12   | Killed a dread lich
296325 | Zig:12   | Killed a dread lich
296325 | Zig:12   | Killed an ancient lich
296325 | Zig:12   | Killed an ancient lich
296325 | Zig:12   | Killed an ancient lich
296325 | Zig:12   | Killed a dread lich
296325 | Zig:12   | Killed an ancient lich
296326 | Zig:12   | Noticed an ancient lich
296327 | Zig:12   | Killed a dread lich
296327 | Zig:12   | Killed an ancient lich
296327 | Zig:12   | Killed a dread lich
296327 | Zig:12   | Killed an ancient lich
296327 | Zig:12   | Killed an ancient lich
296327 | Zig:12   | Killed a dread lich
296327 | Zig:12   | Noticed an ancient lich
296328 | Zig:12   | Killed an ancient lich
296328 | Zig:12   | Killed an ancient lich
296329 | Zig:12   | Noticed an ancient lich
296329 | Zig:12   | Noticed an ancient lich
296329 | Zig:12   | Noticed an ancient lich
296329 | Zig:12   | Noticed a dread lich
296330 | Zig:12   | Killed a dread lich
296330 | Zig:12   | Killed an ancient lich
296330 | Zig:12   | Killed an ancient lich
296330 | Zig:12   | Killed an ancient lich
296332 | Zig:12   | Noticed a dread lich
296332 | Zig:12   | Noticed an ancient lich
296333 | Zig:12   | Killed an ancient lich
296333 | Zig:12   | Noticed a dread lich
296333 | Zig:12   | Noticed a dread lich
296333 | Zig:12   | Noticed an ancient lich
296334 | Zig:12   | Killed a dread lich
296334 | Zig:12   | Killed a dread lich
296335 | Zig:12   | Killed an ancient lich
296335 | Zig:12   | Killed a dread lich
296335 | Zig:12   | Noticed a dread lich
296335 | Zig:12   | Noticed a dread lich
296336 | Zig:12   | Killed a dread lich
296337 | Zig:12   | Killed a dread lich
296339 | Zig:12   | Noticed a dread lich
296340 | Zig:12   | Noticed a dread lich
296340 | Zig:12   | Killed a dread lich
296341 | Zig:12   | Killed a dread lich
296344 | Zig:12   | Noticed an ancient lich
296346 | Zig:12   | Noticed an ancient lich
296347 | Zig:12   | Killed an ancient lich
296347 | Zig:12   | Killed an ancient lich
296348 | Zig:12   | Noticed a dread lich
296349 | Zig:12   | Killed a dread lich
296350 | Zig:12   | Noticed a dread lich
296352 | Zig:12   | Killed a dread lich
296355 | Zig:12   | Noticed a dread lich
296356 | Zig:12   | Killed a dread lich
296359 | Zig:12   | Noticed an ancient lich
296360 | Zig:12   | Killed an ancient lich
296362 | Zig:12   | Noticed a dread lich
296370 | Zig:12   | Killed a dread lich
296631 | Zig:12   | Identified the +1 leather armour "Fithriavi" {Dex+2}
296632 | Zig:12   | Identified the +3 leather armour of Fosch {rN+++}
296633 | Zig:12   | Identified the +0 plate armour of the Untouchables {rPois
                  | rF- Regen+ Dex-2}
296647 | Zig:12   | Identified the +9 hand axe of Qyvveta {venom, rElec rF++
                  | rCorr Dex-2}
296648 | Zig:12   | Identified the +5 war axe "Olungihi" {heavy, Dex+3}
296654 | Zig:12   | Identified the +1 great sword of Qaocvyit {heavy, rPois
                  | rF++}
296656 | Zig:12   | Identified the ring of Nuohem {Int+6 Dex+3}
296676 | Zig:13   | Entered Level 13 of a ziggurat
296676 | Zig:13   | Noticed a royal mummy
296676 | Zig:13   | Noticed a royal mummy
296676 | Zig:13   | Noticed a royal mummy
296676 | Zig:13   | Noticed a royal mummy
296676 | Zig:13   | Noticed a royal mummy
296676 | Zig:13   | Noticed a royal mummy
296676 | Zig:13   | Noticed a royal mummy
296676 | Zig:13   | Noticed a royal mummy
296676 | Zig:13   | Noticed a royal mummy
296676 | Zig:13   | Noticed a royal mummy
296676 | Zig:13   | Noticed a royal mummy
296676 | Zig:13   | Noticed a royal mummy
296676 | Zig:13   | Noticed a royal mummy
296676 | Zig:13   | Noticed a royal mummy
296676 | Zig:13   | Noticed a royal mummy
296676 | Zig:13   | Noticed a royal mummy
296676 | Zig:13   | Noticed a royal mummy
296676 | Zig:13   | Noticed a royal mummy
296676 | Zig:13   | Noticed a royal mummy
296676 | Zig:13   | Noticed a royal mummy
296676 | Zig:13   | Noticed a royal mummy
296677 | Zig:13   | Killed a royal mummy
296677 | Zig:13   | Killed a royal mummy
296677 | Zig:13   | Killed a royal mummy
296677 | Zig:13   | Killed a royal mummy
296677 | Zig:13   | Killed a royal mummy
296677 | Zig:13   | Killed a royal mummy
296677 | Zig:13   | Killed a royal mummy
296677 | Zig:13   | Killed a royal mummy
296677 | Zig:13   | Killed a royal mummy
296677 | Zig:13   | Killed a royal mummy
296677 | Zig:13   | Killed a royal mummy
296677 | Zig:13   | Killed a royal mummy
296677 | Zig:13   | Killed a royal mummy
296677 | Zig:13   | Killed a royal mummy
296677 | Zig:13   | Killed a royal mummy
296678 | Zig:13   | Killed a royal mummy
296678 | Zig:13   | Killed a royal mummy
296678 | Zig:13   | Killed a royal mummy
296678 | Zig:13   | Killed a royal mummy
296678 | Zig:13   | Killed a royal mummy
296678 | Zig:13   | Noticed a royal mummy
296678 | Zig:13   | Noticed a royal mummy
296678 | Zig:13   | Noticed a royal mummy
296680 | Zig:13   | Killed a royal mummy
296680 | Zig:13   | Killed a royal mummy
296680 | Zig:13   | Noticed a royal mummy
296680 | Zig:13   | Noticed a royal mummy
296680 | Zig:13   | Noticed a royal mummy
296680 | Zig:13   | Noticed a royal mummy
296680 | Zig:13   | Noticed a royal mummy
296681 | Zig:13   | Noticed a royal mummy
296683 | Zig:13   | Noticed an ancient lich
296683 | Zig:13   | Noticed a royal mummy
296683 | Zig:13   | Noticed a royal mummy
296683 | Zig:13   | Noticed a royal mummy
296683 | Zig:13   | Killed a royal mummy
296683 | Zig:13   | Noticed a royal mummy
296684 | Zig:13   | Killed a royal mummy
296684 | Zig:13   | Killed a royal mummy
296684 | Zig:13   | Killed a royal mummy
296684 | Zig:13   | Killed a royal mummy
296684 | Zig:13   | Killed a royal mummy
296684 | Zig:13   | Killed a royal mummy
296684 | Zig:13   | Killed a royal mummy
296685 | Zig:13   | Noticed a royal mummy
296685 | Zig:13   | Killed a royal mummy
296685 | Zig:13   | Killed an ancient lich
296685 | Zig:13   | Killed a royal mummy
296685 | Zig:13   | Killed a royal mummy
296685 | Zig:13   | Noticed a royal mummy
296685 | Zig:13   | Noticed a royal mummy
296685 | Zig:13   | Noticed a royal mummy
296686 | Zig:13   | Noticed a royal mummy
296686 | Zig:13   | Killed a royal mummy
296686 | Zig:13   | Noticed a royal mummy
296686 | Zig:13   | Noticed a royal mummy
296687 | Zig:13   | Killed a royal mummy
296687 | Zig:13   | Killed a royal mummy
296688 | Zig:13   | Killed a royal mummy
296688 | Zig:13   | Killed a royal mummy
296688 | Zig:13   | Killed a royal mummy
296688 | Zig:13   | Killed a royal mummy
296688 | Zig:13   | Noticed a royal mummy
296688 | Zig:13   | Noticed a royal mummy
296688 | Zig:13   | Noticed a royal mummy
296688 | Zig:13   | Noticed a royal mummy
296688 | Zig:13   | Noticed a royal mummy
296688 | Zig:13   | Noticed a royal mummy
296689 | Zig:13   | Noticed a royal mummy
296689 | Zig:13   | Noticed a royal mummy
296690 | Zig:13   | Killed a royal mummy
296690 | Zig:13   | Killed a royal mummy
296690 | Zig:13   | Killed a royal mummy
296690 | Zig:13   | Killed a royal mummy
296690 | Zig:13   | Killed a royal mummy
296691 | Zig:13   | Noticed a dread lich
296692 | Zig:13   | Noticed a royal mummy
296692 | Zig:13   | Noticed a royal mummy
296693 | Zig:13   | Killed a royal mummy
296693 | Zig:13   | Killed a royal mummy
296694 | Zig:13   | Noticed a royal mummy
296695 | Zig:13   | Killed a royal mummy
296695 | Zig:13   | Killed a royal mummy
296695 | Zig:13   | Killed a royal mummy
296695 | Zig:13   | Killed a royal mummy
296695 | Zig:13   | Killed a dread lich
296695 | Zig:13   | Noticed a royal mummy
296696 | Zig:13   | Killed a royal mummy
296696 | Zig:13   | Noticed a royal mummy
296697 | Zig:13   | Killed a royal mummy
296698 | Zig:13   | Killed a royal mummy
296698 | Zig:13   | Killed a royal mummy
296698 | Zig:13   | Noticed a royal mummy
296699 | Zig:13   | Killed a royal mummy
296703 | Zig:13   | Noticed a royal mummy
296709 | Zig:13   | Killed a royal mummy
296746 | Zig:13   | Identified the +5 executioner's axe of Honour {spect, rF+
                  | Str+4 Int+3}
296760 | Zig:13   | Identified the +1 robe "Ytataine" {Slay+3}
296769 | Zig:13   | Identified the +4 hand axe "Yheikeon" {freeze, rCorr}
296787 | Zig:13   | Identified the ring "Basad" {Int+4 Dex+6}
296807 | Zig:13   | Identified the ring "Plog" {rF+ Int+4}
297226 | Zig:14   | Entered Level 14 of a ziggurat
297226 | Zig:14   | Noticed an ancient lich
297229 | Zig:14   | Killed an ancient lich
297231 | Zig:14   | Noticed an ancient lich
297232 | Zig:14   | Killed an ancient lich
297722 | Zig:14   | Identified the +4 long sword "Faimihof" {heavy, rElec rPois
                  | Int-5 Stlth+}
297729 | Zig:14   | Identified the staff of the Leaping Gods {rPois Conj Fire}
297730 | Zig:14   | Identified the +5 quarterstaff "Sedaodgh" {flame, rF+ Str+3
                  | Dex-3 SInv}
297734 | Zig:14   | Identified the +4 battleaxe of a Gauntlet {protect, rF++
                  | rCorr}
297740 | Zig:14   | Identified the +9 mace "Qidyqo" {antimagic, *Corrode rElec
                  | Int+2 Stlth+}
297748 | Zig:14   | Identified the staff "Tumor" {rPois Str+3 Air Alchemy}
297754 | Zig:14   | Identified the staff of Rusuoz {rPois Int+2 Hexes Necro
                  | Earth}
297767 | Zig:14   | Identified the +1 robe of Paulutsa {Harm Rampage Will++}
297794 | Zig:15   | Entered Level 15 of a ziggurat
297890 | Zig:15   | Identified the +3 ring mail "Ledil" {Int+3}
297901 | Zig:15   | Identified the +1 leather armour of Vehumet's Inspiration
                  | {rC+ Will+}
297902 | Zig:15   | Identified the +8 shortbow of the Lonely Moons {elec,
                  | Int+2}
297939 | Zig:15   | Identified the +6 glaive "Demonbane" {drain, rCorr Dex+4}
298514 | Zig:16   | Entered Level 16 of a ziggurat
298514 | Zig:16   | Noticed Naqeasob the pandemonium lord
298514 | Zig:16   | Noticed Bomezijicw the pandemonium lord
298514 | Zig:16   | Noticed Emoenn the pandemonium lord
298514 | Zig:16   | Noticed Pavuth the pandemonium lord
298514 | Zig:16   | Noticed Vynezutz the pandemonium lord
298514 | Zig:16   | Noticed Doputouh the pandemonium lord
298514 | Zig:16   | Noticed Gidghaedu the pandemonium lord
298514 | Zig:16   | Noticed Koiss the pandemonium lord
298514 | Zig:16   | Noticed Lozeyhinn the pandemonium lord
298514 | Zig:16   | Noticed Edweru the pandemonium lord
298514 | Zig:16   | Noticed Erastroe the pandemonium lord
298514 | Zig:16   | Noticed Eriheorch the pandemonium lord
298514 | Zig:16   | Noticed Etong the pandemonium lord
298514 | Zig:16   | Noticed Ururopp the pandemonium lord
298514 | Zig:16   | Noticed Dorat the pandemonium lord
298514 | Zig:16   | Noticed Beonomausm the pandemonium lord
298514 | Zig:16   | Noticed Kaxtyl the pandemonium lord
298514 | Zig:16   | Noticed Nugyl the pandemonium lord
298514 | Zig:16   | Noticed Jatreuss the pandemonium lord
298514 | Zig:16   | Noticed Meuloe the pandemonium lord
298514 | Zig:16   | Noticed Oxzaoh the pandemonium lord
298514 | Zig:16   | Noticed Ycetysam the pandemonium lord
298514 | Zig:16   | Noticed Ilaoz the pandemonium lord
298514 | Zig:16   | Noticed Tyufan the pandemonium lord
298514 | Zig:16   | Noticed Qayxkuym the pandemonium lord
298514 | Zig:16   | Noticed Foeh Seassu the pandemonium lord
298514 | Zig:16   | Noticed Ewoahuw the pandemonium lord
298514 | Zig:16   | Noticed Raugair the pandemonium lord
298514 | Zig:16   | Noticed Kankol the pandemonium lord
298514 | Zig:16   | Noticed Wosma the pandemonium lord
298514 | Zig:16   | Noticed Veseus the pandemonium lord
298515 | Zig:16   | Upgraded the game from 0.32-a0-666-ge8a88695a4 to
                  | 0.32-a0-705-g60f233581c
298515 | Zig:16   | Noticed Acog the pandemonium lord
298516 | Zig:16   | Killed Naqeasob the pandemonium lord
298516 | Zig:16   | Killed Ururopp the pandemonium lord
298516 | Zig:16   | Killed Erastroe the pandemonium lord
298516 | Zig:16   | Killed Eriheorch the pandemonium lord
298516 | Zig:16   | Killed Doputouh the pandemonium lord
298516 | Zig:16   | Killed Kaxtyl the pandemonium lord
298516 | Zig:16   | Killed Pavuth the pandemonium lord
298516 | Zig:16   | Killed Meuloe the pandemonium lord
298516 | Zig:16   | Killed Vynezutz the pandemonium lord
298516 | Zig:16   | Killed Dorat the pandemonium lord
298516 | Zig:16   | Killed Ycetysam the pandemonium lord
298516 | Zig:16   | Killed Ewoahuw the pandemonium lord
298516 | Zig:16   | Killed Foeh Seassu the pandemonium lord
298516 | Zig:16   | Killed Ilaoz the pandemonium lord
298516 | Zig:16   | Noticed Mium the pandemonium lord
298516 | Zig:16   | Noticed Dihekk the pandemonium lord
298516 | Zig:16   | Noticed Xouk the pandemonium lord
298517 | Zig:16   | Killed Jatreuss the pandemonium lord
298517 | Zig:16   | Killed Raugair the pandemonium lord
298517 | Zig:16   | Killed Beonomausm the pandemonium lord
298517 | Zig:16   | Killed Wosma the pandemonium lord
298517 | Zig:16   | Killed Edweru the pandemonium lord
298518 | Zig:16   | Noticed Vulur the pandemonium lord
298519 | Zig:16   | Killed Qayxkuym the pandemonium lord
298519 | Zig:16   | Killed Kankol the pandemonium lord
298519 | Zig:16   | Killed Tyufan the pandemonium lord
298519 | Zig:16   | Killed Bomezijicw the pandemonium lord
298519 | Zig:16   | Killed Gidghaedu the pandemonium lord
298519 | Zig:16   | Killed Etong the pandemonium lord
298519 | Zig:16   | Killed Oxzaoh the pandemonium lord
298519 | Zig:16   | Noticed Westipro the pandemonium lord
298520 | Zig:16   | Noticed Zesof the pandemonium lord
298520 | Zig:16   | Noticed Bevu the pandemonium lord
298520 | Zig:16   | Killed Nugyl the pandemonium lord
298520 | Zig:16   | Killed Vulur the pandemonium lord
298520 | Zig:16   | Noticed Laemm the pandemonium lord
298521 | Zig:16   | Killed Veseus the pandemonium lord
298521 | Zig:16   | Killed Acog the pandemonium lord
298521 | Zig:16   | Killed Mium the pandemonium lord
298521 | Zig:16   | Killed Koiss the pandemonium lord
298521 | Zig:16   | Killed Lozeyhinn the pandemonium lord
298521 | Zig:16   | Noticed Kewijum the pandemonium lord
298522 | Zig:16   | Noticed Askus the pandemonium lord
298522 | Zig:16   | Noticed Sucuoh the pandemonium lord
298522 | Zig:16   | Noticed Xuva the pandemonium lord
298523 | Zig:16   | Noticed Xytokho the pandemonium lord
298523 | Zig:16   | Killed Laemm the pandemonium lord
298523 | Zig:16   | Noticed Peorued the pandemonium lord
298523 | Zig:16   | Noticed Equy the pandemonium lord
298523 | Zig:16   | Noticed Zoff the pandemonium lord
298523 | Zig:16   | Noticed Aroirhodgh the pandemonium lord
298524 | Zig:16   | Noticed Piut the pandemonium lord
298524 | Zig:16   | Killed Xuva the pandemonium lord
298524 | Zig:16   | Killed Zesof the pandemonium lord
298524 | Zig:16   | Noticed Zoraront the pandemonium lord
298525 | Zig:16   | Killed Westipro the pandemonium lord
298525 | Zig:16   | Killed Dihekk the pandemonium lord
298525 | Zig:16   | Killed Bevu the pandemonium lord
298525 | Zig:16   | Noticed Dadugis the pandemonium lord
298525 | Zig:16   | Noticed Izuvisiw the pandemonium lord
298525 | Zig:16   | Noticed Heridiu the pandemonium lord
298526 | Zig:16   | Noticed Doime the pandemonium lord
298526 | Zig:16   | Noticed Rialet the pandemonium lord
298528 | Zig:16   | Noticed Geczubb the pandemonium lord
298528 | Zig:16   | Noticed Edoe the pandemonium lord
298528 | Zig:16   | Killed Sucuoh the pandemonium lord
298528 | Zig:16   | Killed Emoenn the pandemonium lord
298528 | Zig:16   | Killed Xytokho the pandemonium lord
298528 | Zig:16   | Killed Zoff the pandemonium lord
298528 | Zig:16   | Noticed Qunteolo the pandemonium lord
298528 | Zig:16   | Noticed Muphoumu the pandemonium lord
298529 | Zig:16   | Noticed Ethrituirch the pandemonium lord
298530 | Zig:16   | Noticed Haetrig the pandemonium lord
298533 | Zig:16   | Killed Aroirhodgh the pandemonium lord
298533 | Zig:16   | Noticed Sabaa the pandemonium lord
298533 | Zig:16   | Noticed Kiavutu the pandemonium lord
298535 | Zig:16   | Noticed Ukanem Racoc the pandemonium lord
298535 | Zig:16   | Killed Edoe the pandemonium lord
298535 | Zig:16   | Killed Rialet the pandemonium lord
298535 | Zig:16   | Noticed Utau the pandemonium lord
298535 | Zig:16   | Noticed Tetrinil the pandemonium lord
298535 | Zig:16   | Noticed Ejideenk the pandemonium lord
298536 | Zig:16   | Killed Ethrituirch the pandemonium lord
298536 | Zig:16   | Killed Izuvisiw the pandemonium lord
298536 | Zig:16   | Killed Kewijum the pandemonium lord
298536 | Zig:16   | Killed Sabaa the pandemonium lord
298536 | Zig:16   | Noticed Goorch the pandemonium lord
298537 | Zig:16   | Noticed Kamov the pandemonium lord
298537 | Zig:16   | Noticed Movugili the pandemonium lord
298538 | Zig:16   | Noticed Mimnougen the pandemonium lord
298538 | Zig:16   | Noticed Oceggeor the pandemonium lord
298538 | Zig:16   | Killed Piut the pandemonium lord
298538 | Zig:16   | Killed Doime the pandemonium lord
298538 | Zig:16   | Killed Dadugis the pandemonium lord
298538 | Zig:16   | Killed Kiavutu the pandemonium lord
298538 | Zig:16   | Killed Muphoumu the pandemonium lord
298538 | Zig:16   | Noticed Beuq the pandemonium lord
298538 | Zig:16   | Noticed Dehialeh the pandemonium lord
298539 | Zig:16   | Noticed Iqemuxun the pandemonium lord
298539 | Zig:16   | Killed Geczubb the pandemonium lord
298540 | Zig:16   | Killed Qunteolo the pandemonium lord
298540 | Zig:16   | Killed Peorued the pandemonium lord
298540 | Zig:16   | Killed Tetrinil the pandemonium lord
298540 | Zig:16   | Killed Ukanem Racoc the pandemonium lord
298541 | Zig:16   | Noticed Xeivvap the pandemonium lord
298541 | Zig:16   | Noticed Limud the pandemonium lord
298541 | Zig:16   | Noticed Foemm the pandemonium lord
298541 | Zig:16   | Noticed Luukhlex the pandemonium lord
298541 | Zig:16   | Noticed Ozotz the pandemonium lord
298541 | Zig:16   | Noticed Veomuk the pandemonium lord
298541 | Zig:16   | Noticed Tushatt the pandemonium lord
298541 | Zig:16   | Noticed Basak the pandemonium lord
298541 | Zig:16   | Noticed Odghaben the pandemonium lord
298541 | Zig:16   | Noticed Arocahom the pandemonium lord
298541 | Zig:16   | Noticed Uzxituxt the pandemonium lord
298541 | Zig:16   | Noticed Yhotich the pandemonium lord
298541 | Zig:16   | Noticed Jynool the pandemonium lord
298541 | Zig:16   | Noticed Golemos the pandemonium lord
298541 | Zig:16   | Noticed Jocaasm the pandemonium lord
298541 | Zig:16   | Noticed Ygoagu Bobb the pandemonium lord
298541 | Zig:16   | Noticed Varics the pandemonium lord
298541 | Zig:16   | Found the +8 orange crystal plate armour {Archmagi, Int+3
                  | Clar}
298542 | Zig:16   | Noticed Dunih Piriq the pandemonium lord
298542 | Zig:16   | Noticed Firurug the pandemonium lord
298542 | Zig:16   | Killed Uzxituxt the pandemonium lord
298542 | Zig:16   | Killed Tushatt the pandemonium lord
298542 | Zig:16   | Killed Dunih Piriq the pandemonium lord
298542 | Zig:16   | Killed Jocaasm the pandemonium lord
298542 | Zig:16   | Killed Varics the pandemonium lord
298543 | Zig:16   | Killed Ygoagu Bobb the pandemonium lord
298543 | Zig:16   | Killed Veomuk the pandemonium lord
298544 | Zig:16   | Killed Xexi the pandemonium lord
298544 | Zig:16   | Noticed Yxehues the pandemonium lord
298545 | Zig:16   | Noticed Xithuwosk the pandemonium lord
298545 | Zig:16   | Noticed Boriqat the pandemonium lord
298545 | Zig:16   | Noticed Tibost the pandemonium lord
298545 | Zig:16   | Noticed Ciofoepa the pandemonium lord
298545 | Zig:16   | Killed Arocahom the pandemonium lord
298545 | Zig:16   | Killed Luukhlex the pandemonium lord
298545 | Zig:16   | Killed Limud the pandemonium lord
298545 | Zig:16   | Noticed Viocuev the pandemonium lord
298546 | Zig:16   | Killed Odghaben the pandemonium lord
298546 | Zig:16   | Killed Jynool the pandemonium lord
298546 | Zig:16   | Noticed Qetzequs the pandemonium lord
298547 | Zig:16   | Noticed Fegyewuz the pandemonium lord
298547 | Zig:16   | Noticed Isoa the pandemonium lord
298547 | Zig:16   | Noticed Avedoamm the pandemonium lord
298548 | Zig:16   | Noticed Ymaeme the pandemonium lord
298548 | Zig:16   | Killed Foemm the pandemonium lord
298548 | Zig:16   | Killed Xithuwosk the pandemonium lord
298548 | Zig:16   | Killed Qeyhol the pandemonium lord
298548 | Zig:16   | Killed Yxehues the pandemonium lord
298549 | Zig:16   | Killed Qetzequs the pandemonium lord
298549 | Zig:16   | Killed Isoa the pandemonium lord
298549 | Zig:16   | Killed Ozotz the pandemonium lord
298549 | Zig:16   | Killed Avedoamm the pandemonium lord
298549 | Zig:16   | Noticed Imuut the pandemonium lord
298550 | Zig:16   | Killed Basak the pandemonium lord
298550 | Zig:16   | Killed Yhotich the pandemonium lord
298550 | Zig:16   | Killed Boriqat the pandemonium lord
298550 | Zig:16   | Killed Tibost the pandemonium lord
298550 | Zig:16   | Noticed Suqakh the pandemonium lord
298550 | Zig:16   | Noticed Qadaubae the pandemonium lord
298551 | Zig:16   | Noticed Byodog the pandemonium lord
298551 | Zig:16   | Noticed Umnitt the pandemonium lord
298551 | Zig:16   | Noticed Ceotytwa the pandemonium lord
298551 | Zig:16   | Noticed Fikk the pandemonium lord
298551 | Zig:16   | Noticed Noerghuyt the pandemonium lord
298551 | Zig:16   | Noticed Fiolug the pandemonium lord
298551 | Zig:16   | Noticed Beac the pandemonium lord
298551 | Zig:16   | Noticed Beiqias the pandemonium lord
298551 | Zig:16   | Noticed Qeop Goro the pandemonium lord
298551 | Zig:16   | Noticed Zabodd the pandemonium lord
298551 | Zig:16   | Noticed Emaqucw the pandemonium lord
298551 | Zig:16   | Noticed Kare the pandemonium lord
298551 | Zig:16   | Noticed Owiacet the pandemonium lord
298551 | Zig:16   | Noticed Puatz the pandemonium lord
298551 | Zig:16   | Noticed Budypny the pandemonium lord
298551 | Zig:16   | Noticed Bips the pandemonium lord
298551 | Zig:16   | Noticed Rukk the pandemonium lord
298552 | Zig:16   | Noticed Oplaoripp the pandemonium lord
298552 | Zig:16   | Killed Qadaubae the pandemonium lord
298552 | Zig:16   | Killed Xeivvap the pandemonium lord
298552 | Zig:16   | Killed Emaqucw the pandemonium lord
298552 | Zig:16   | Killed Fikk the pandemonium lord
298552 | Zig:16   | Killed Budypny the pandemonium lord
298552 | Zig:16   | Killed Kare the pandemonium lord
298552 | Zig:16   | Killed Beiqias the pandemonium lord
298552 | Zig:16   | Killed Ciofoepa the pandemonium lord
298552 | Zig:16   | Noticed Aczizus the pandemonium lord
298553 | Zig:16   | Killed Imuut the pandemonium lord
298553 | Zig:16   | Killed Fegyewuz the pandemonium lord
298553 | Zig:16   | Noticed Otwaik the pandemonium lord
298553 | Zig:16   | Noticed Yckef the pandemonium lord
298553 | Zig:16   | Noticed Ifywkyett the pandemonium lord
298553 | Zig:16   | Noticed Teilo the pandemonium lord
298554 | Zig:16   | Noticed Kexa the pandemonium lord
298555 | Zig:16   | Killed Ymaeme the pandemonium lord
298555 | Zig:16   | Killed Rukk the pandemonium lord
298556 | Zig:16   | Killed Golemos the pandemonium lord
298556 | Zig:16   | Killed Viocuev the pandemonium lord
298556 | Zig:16   | Killed Kamov the pandemonium lord
298556 | Zig:16   | Killed Oplaoripp the pandemonium lord
298556 | Zig:16   | Killed Bips the pandemonium lord
298556 | Zig:16   | Killed Noerghuyt the pandemonium lord
298556 | Zig:16   | Noticed Umorios the pandemonium lord
298557 | Zig:16   | Killed Fiolug the pandemonium lord
298558 | Zig:16   | Noticed Naowio the pandemonium lord
298561 | Zig:16   | Killed Beac the pandemonium lord
298561 | Zig:16   | Killed Zabodd the pandemonium lord
298561 | Zig:16   | Killed Suqakh the pandemonium lord
298561 | Zig:16   | Killed Firurug the pandemonium lord
298561 | Zig:16   | Killed Goorch the pandemonium lord
298561 | Zig:16   | Killed Owiacet the pandemonium lord
298562 | Zig:16   | Killed Byodog the pandemonium lord
298563 | Zig:16   | Killed Ceotytwa the pandemonium lord
298563 | Zig:16   | Killed Otwaik the pandemonium lord
298563 | Zig:16   | Killed Puatz the pandemonium lord
298563 | Zig:16   | Killed Kexa the pandemonium lord
298564 | Zig:16   | Killed Teilo the pandemonium lord
298570 | Zig:16   | Killed Umorios the pandemonium lord
298571 | Zig:16   | Killed Beuq the pandemonium lord
298572 | Zig:16   | Killed Aczizus the pandemonium lord
298572 | Zig:16   | Killed Zoraront the pandemonium lord
298573 | Zig:16   | Killed Umnitt the pandemonium lord
298574 | Zig:16   | Killed Naowio the pandemonium lord
298577 | Zig:16   | Noticed Zotwig the pandemonium lord
298577 | Zig:16   | Noticed Muhuz the pandemonium lord
298577 | Zig:16   | Noticed Qionit the pandemonium lord
298577 | Zig:16   | Killed Qeop Goro the pandemonium lord
298577 | Zig:16   | Killed Yckef the pandemonium lord
298577 | Zig:16   | Killed Muhuz the pandemonium lord
298577 | Zig:16   | Noticed Zitying the pandemonium lord
298587 | Zig:16   | Noticed Qelerriu the pandemonium lord
298589 | Zig:16   | Killed Oceggeor the pandemonium lord
298589 | Zig:16   | Killed Zotwig the pandemonium lord
298590 | Zig:16   | Killed Mimnougen the pandemonium lord
298590 | Zig:16   | Killed Zitying the pandemonium lord
298592 | Zig:16   | Killed Haetrig the pandemonium lord
298594 | Zig:16   | Killed Xouk the pandemonium lord
298594 | Zig:16   | Killed Ifywkyett the pandemonium lord
298596 | Zig:16   | Killed Qionit the pandemonium lord
298597 | Zig:16   | Killed Qelerriu the pandemonium lord
298597 | Zig:16   | Noticed Tecuvent the pandemonium lord
298597 | Zig:16   | Noticed Rupofrir the pandemonium lord
298598 | Zig:16   | Killed Movugili the pandemonium lord
298599 | Zig:16   | Killed Heridiu the pandemonium lord
298601 | Zig:16   | Killed Askus the pandemonium lord
298602 | Zig:16   | Killed Tecuvent the pandemonium lord
298602 | Zig:16   | Killed Rupofrir the pandemonium lord
298603 | Zig:16   | Killed Equy the pandemonium lord
298603 | Zig:16   | Noticed Osisov the pandemonium lord
298604 | Zig:16   | Noticed Antasesa the pandemonium lord
298605 | Zig:16   | Killed Dehialeh the pandemonium lord
298607 | Zig:16   | Killed Utau the pandemonium lord
298607 | Zig:16   | Noticed Ojozy the pandemonium lord
298609 | Zig:16   | Killed Antasesa the pandemonium lord
298611 | Zig:16   | Noticed Corr the pandemonium lord
298611 | Zig:16   | Killed Osisov the pandemonium lord
298611 | Zig:16   | Killed Ejideenk the pandemonium lord
298612 | Zig:16   | Killed Corr the pandemonium lord
298612 | Zig:16   | Killed Ojozy the pandemonium lord
298641 | Zig:16   | Killed Iqemuxun the pandemonium lord
298875 | Zig:16   | Identified the +2 demon trident of Yskaitomm {venom, rPois
                  | rN+ Str+2 Int-2}
298893 | Zig:16   | Identified the ring "Licseir" {AC+4 Dex+3}
298899 | Zig:16   | Identified the +5 long sword of Omiusetz {antimagic, ^Drain
                  | rC+ Will+}
298916 | Zig:16   | Identified the +0 spear of Idongall {spect, rC+ Str+6
                  | Dex-2}
298920 | Zig:16   | Identified the +2 robe "Axice" {*Corrode Fly rElec rPois}
298926 | Zig:16   | Identified the +0 plate armour of Nemelex Xobeh's Anger
                  | {rF++ rCorr}
299225 | Zig:17   | Entered Level 17 of a ziggurat
299451 | Zig:17   | Identified the +7 hand axe of Action {flame, Dex+3 Stlth+}
299466 | Zig:17   | Identified the +5 steam dragon scales "Elenyav" {rElec rN+
                  | Str+2}
299471 | Zig:17   | Identified the +4 scale mail of the Other World {rElec
                  | Slay+3}
299479 | Zig:17   | Identified the staff "Jishreal" {^Contam rElec rF+ Dex+4
                  | Summ Fire}
299480 | Zig:17   | Identified the +0 pair of boots "Havoza" {Fly rElec}
299489 | Zig:17   | Identified the +7 falchion "Daapim" {flame, rN+ Str+3 SInv}
299491 | Zig:17   | Identified the amulet "Vuqarch" {+Blink RegenMP+}
299511 | Zig:17   | Identified the +3 leather armour "Soixzam" {rCorr}
299515 | Zig:17   | Identified the +10 spear of Instant Death {drain, Int+4}
299519 | Zig:17   | Identified the +1 arbalest of Interdependent Arising
                  | {antimagic, rF- Will+++ rCorr Dex-5}
299969 | Zig:17   | Identified the ring "Kytair Cis" {+Blink Will+ Int+2}
299993 | Zig:18   | Entered Level 18 of a ziggurat
299993 | Zig:18   | Noticed a juggernaut
299993 | Zig:18   | Noticed a juggernaut
299993 | Zig:18   | Noticed a juggernaut
299993 | Zig:18   | Noticed a juggernaut
299993 | Zig:18   | Noticed a juggernaut
299993 | Zig:18   | Noticed a juggernaut
299993 | Zig:18   | Noticed a juggernaut
299993 | Zig:18   | Noticed a juggernaut
299993 | Zig:18   | Noticed a juggernaut
299993 | Zig:18   | Noticed a juggernaut
299993 | Zig:18   | Noticed a juggernaut
299993 | Zig:18   | Noticed a juggernaut
299994 | Zig:18   | Killed a juggernaut
299994 | Zig:18   | Killed a juggernaut
299994 | Zig:18   | Killed a juggernaut
299994 | Zig:18   | Killed a juggernaut
299994 | Zig:18   | Killed a juggernaut
299994 | Zig:18   | Killed a juggernaut
299994 | Zig:18   | Killed a juggernaut
299994 | Zig:18   | Killed a juggernaut
299994 | Zig:18   | Killed a juggernaut
299994 | Zig:18   | Killed a juggernaut
299995 | Zig:18   | Noticed a juggernaut
299995 | Zig:18   | Noticed a juggernaut
299995 | Zig:18   | Noticed a juggernaut
299996 | Zig:18   | Noticed a juggernaut
299996 | Zig:18   | Noticed a juggernaut
299996 | Zig:18   | Noticed a juggernaut
299997 | Zig:18   | Noticed a juggernaut
299997 | Zig:18   | Noticed a juggernaut
299997 | Zig:18   | Noticed a juggernaut
299998 | Zig:18   | Noticed a juggernaut
299998 | Zig:18   | Noticed a juggernaut
299998 | Zig:18   | Noticed a juggernaut
299998 | Zig:18   | Noticed a juggernaut
299998 | Zig:18   | Noticed a juggernaut
299998 | Zig:18   | Noticed a juggernaut
299999 | Zig:18   | Killed a juggernaut
299999 | Zig:18   | Killed a juggernaut
299999 | Zig:18   | Killed a juggernaut
299999 | Zig:18   | Killed a juggernaut
299999 | Zig:18   | Killed a juggernaut
299999 | Zig:18   | Killed a juggernaut
299999 | Zig:18   | Killed a juggernaut
299999 | Zig:18   | Killed a juggernaut
299999 | Zig:18   | Killed a juggernaut
299999 | Zig:18   | Killed a juggernaut
299999 | Zig:18   | Killed a juggernaut
299999 | Zig:18   | Noticed a juggernaut
299999 | Zig:18   | Noticed a juggernaut
299999 | Zig:18   | Noticed a juggernaut
300000 | Zig:18   | Killed a juggernaut
300000 | Zig:18   | Killed a juggernaut
300000 | Zig:18   | Killed a juggernaut
300000 | Zig:18   | Killed a juggernaut
300000 | Zig:18   | Noticed a juggernaut
300000 | Zig:18   | Noticed a juggernaut
300000 | Zig:18   | Noticed a juggernaut
300000 | Zig:18   | Noticed a juggernaut
300001 | Zig:18   | Noticed a juggernaut
300001 | Zig:18   | Noticed a juggernaut
300001 | Zig:18   | Noticed a juggernaut
300001 | Zig:18   | Noticed a juggernaut
300001 | Zig:18   | Noticed a juggernaut
300001 | Zig:18   | Noticed a juggernaut
300001 | Zig:18   | Noticed a juggernaut
300001 | Zig:18   | Noticed a juggernaut
300002 | Zig:18   | Noticed a juggernaut
300002 | Zig:18   | Noticed a juggernaut
300002 | Zig:18   | Noticed a juggernaut
300002 | Zig:18   | Noticed a juggernaut
300002 | Zig:18   | Noticed a juggernaut
300002 | Zig:18   | Noticed a juggernaut
300003 | Zig:18   | Killed a juggernaut
300003 | Zig:18   | Killed a juggernaut
300003 | Zig:18   | Killed a juggernaut
300003 | Zig:18   | Killed a juggernaut
300003 | Zig:18   | Killed a juggernaut
300003 | Zig:18   | Killed a juggernaut
300003 | Zig:18   | Killed a juggernaut
300003 | Zig:18   | Killed a juggernaut
300003 | Zig:18   | Killed a juggernaut
300003 | Zig:18   | Killed a juggernaut
300003 | Zig:18   | Noticed a juggernaut
300004 | Zig:18   | Killed a juggernaut
300004 | Zig:18   | Killed a juggernaut
300004 | Zig:18   | Killed a juggernaut
300004 | Zig:18   | Killed a juggernaut
300004 | Zig:18   | Killed a juggernaut
300004 | Zig:18   | Killed a juggernaut
300005 | Zig:18   | Killed a juggernaut
300005 | Zig:18   | Killed a juggernaut
300005 | Zig:18   | Killed a juggernaut
300005 | Zig:18   | Killed a juggernaut
300005 | Zig:18   | Killed a juggernaut
300005 | Zig:18   | Killed a juggernaut
300005 | Zig:18   | Killed a juggernaut
300005 | Zig:18   | Noticed a juggernaut
300005 | Zig:18   | Noticed a juggernaut
300005 | Zig:18   | Noticed a juggernaut
300005 | Zig:18   | Noticed a juggernaut
300006 | Zig:18   | Killed a juggernaut
300006 | Zig:18   | Killed a juggernaut
300006 | Zig:18   | Noticed a juggernaut
300006 | Zig:18   | Noticed a juggernaut
300007 | Zig:18   | Noticed a juggernaut
300007 | Zig:18   | Noticed a juggernaut
300007 | Zig:18   | Noticed a juggernaut
300007 | Zig:18   | Noticed a juggernaut
300007 | Zig:18   | Noticed a juggernaut
300008 | Zig:18   | Noticed a juggernaut
300008 | Zig:18   | Noticed a juggernaut
300008 | Zig:18   | Noticed a juggernaut
300009 | Zig:18   | Noticed a juggernaut
300009 | Zig:18   | Noticed a juggernaut
300009 | Zig:18   | Noticed a juggernaut
300010 | Zig:18   | Killed a juggernaut
300010 | Zig:18   | Killed a juggernaut
300010 | Zig:18   | Killed a juggernaut
300010 | Zig:18   | Killed a juggernaut
300010 | Zig:18   | Killed a juggernaut
300011 | Zig:18   | Killed a juggernaut
300011 | Zig:18   | Killed a juggernaut
300011 | Zig:18   | Killed a juggernaut
300011 | Zig:18   | Killed a juggernaut
300011 | Zig:18   | Killed a juggernaut
300012 | Zig:18   | Killed a juggernaut
300012 | Zig:18   | Killed a juggernaut
300012 | Zig:18   | Killed a juggernaut
300012 | Zig:18   | Killed a juggernaut
300012 | Zig:18   | Killed a juggernaut
300013 | Zig:18   | Killed a juggernaut
300013 | Zig:18   | Killed a juggernaut
300652 | Zig:18   | Identified the +8 sling "Hiskeule" {flame, *Slow rCorr
                  | Str+2 SInv}
300659 | Zig:18   | Identified the staff of Xaluen {rPois rF- Stlth+ Earth
                  | Alchemy}
300734 | Zig:19   | Entered Level 19 of a ziggurat
301389 | Zig:19   | Identified the staff of Fimbulwinter {rPois rN+ Earth}
301411 | Zig:19   | Identified the +4 demon blade of Gut Qes {drain, Will-
                  | Dex+5}
301417 | Zig:19   | Identified the +4 orcbow of Yredelemnul {drain, Int+4}
301425 | Zig:19   | Identified the +7 war axe "Bify" {heavy, Int+2}
301436 | Zig:20   | Entered Level 20 of a ziggurat
301456 | Zig:20   | Found the +0 toga "Victory" {*Victory Clar}
301484 | Zig:20   | Identified the +0 scale mail of Hynwen {*Corrode +Blink rF-
                  | rC++ Str+2}
301505 | Zig:20   | Identified the +0 chain mail of Sif Muna's Favour {rF+
                  | Dex+4 Slay-4 SInv}
302280 | Zig:20   | Identified the +8 quarterstaff of the Shallot {drain, rF++
                  | Dex+6}
302288 | Zig:20   | Identified the +9 bardiche "Etoaruas" {pain, ^Drain rC+
                  | Str+4 Dex+3}
302299 | Zig:20   | Identified the +0 leather armour of the Original Sin {Fly
                  | rF+ Will- Dex+3}
302305 | Zig:20   | Identified the +9 demon trident of the Omega Point {venom,
                  | rC+}
302465 | Zig:21   | Entered Level 21 of a ziggurat
302683 | Zig:21   | Identified the +0 chain mail "Inigirph" {Fly rPois rCorr}
302689 | Zig:21   | Identified the +8 dire flail of Fosaat {freeze, rC+ rN+}
302716 | Zig:21   | Identified the amulet of Ruoss {Faith Str+2}
303410 | Zig:22   | Entered Level 22 of a ziggurat
304261 | Zig:22   | Identified the ring "Qeakluisiz" {Will+ Str+5 Dex+6}
304263 | Zig:22   | Identified the +1 ring mail of Ifiniuxt {+Inv Int+3}
304268 | Zig:22   | Identified the +1 spear of the Maze {spect, rN+ Str+4}
304269 | Zig:22   | Identified the ring of Cioghet {*Corrode rC+ Str+6 Dex+5
                  | SInv}
304271 | Zig:22   | Identified the +7 orcbow of Indomitability {freeze, rF+ rC-
                  | Int+5}
304278 | Zig:22   | Identified the amulet of Egalitarianism {+Inv rPois rN+
                  | Regen+ Dex-3}
304286 | Zig:22   | Identified the +7 sling "Grom" {heavy, rN+ rCorr Str+2}
304297 | Zig:22   | Identified the ring "Yhown" {Wiz Will+ Dex+3}
304444 | Zig:23   | Entered Level 23 of a ziggurat
304444 | Zig:23   | Noticed a royal mummy
304444 | Zig:23   | Noticed a royal mummy
304444 | Zig:23   | Noticed a royal mummy
304444 | Zig:23   | Noticed a royal mummy
304444 | Zig:23   | Noticed a royal mummy
304444 | Zig:23   | Noticed a royal mummy
304444 | Zig:23   | Noticed a royal mummy
304444 | Zig:23   | Noticed a royal mummy
304444 | Zig:23   | Noticed a royal mummy
304444 | Zig:23   | Noticed a royal mummy
304444 | Zig:23   | Noticed a royal mummy
304444 | Zig:23   | Noticed a royal mummy
304444 | Zig:23   | Noticed a royal mummy
304444 | Zig:23   | Noticed a royal mummy
304444 | Zig:23   | Noticed a royal mummy
304444 | Zig:23   | Noticed a royal mummy
304444 | Zig:23   | Noticed a royal mummy
304444 | Zig:23   | Noticed a royal mummy
304444 | Zig:23   | Noticed a royal mummy
304444 | Zig:23   | Noticed a royal mummy
304444 | Zig:23   | Noticed a royal mummy
304445 | Zig:23   | Killed a royal mummy
304445 | Zig:23   | Killed a royal mummy
304445 | Zig:23   | Killed a royal mummy
304445 | Zig:23   | Killed a royal mummy
304445 | Zig:23   | Killed a royal mummy
304445 | Zig:23   | Killed a royal mummy
304445 | Zig:23   | Killed a royal mummy
304445 | Zig:23   | Killed a royal mummy
304445 | Zig:23   | Killed a royal mummy
304445 | Zig:23   | Killed a royal mummy
304445 | Zig:23   | Killed a royal mummy
304445 | Zig:23   | Killed a royal mummy
304445 | Zig:23   | Killed a royal mummy
304445 | Zig:23   | Killed a royal mummy
304445 | Zig:23   | Killed a royal mummy
304446 | Zig:23   | Noticed a royal mummy
304446 | Zig:23   | Noticed a royal mummy
304446 | Zig:23   | Noticed a royal mummy
304446 | Zig:23   | Noticed a royal mummy
304446 | Zig:23   | Noticed a royal mummy
304446 | Zig:23   | Noticed a royal mummy
304446 | Zig:23   | Noticed a royal mummy
304446 | Zig:23   | Noticed a royal mummy
304447 | Zig:23   | Noticed a royal mummy
304447 | Zig:23   | Noticed a royal mummy
304447 | Zig:23   | Noticed a royal mummy
304448 | Zig:23   | Killed a royal mummy
304448 | Zig:23   | Killed a royal mummy
304448 | Zig:23   | Killed a royal mummy
304448 | Zig:23   | Killed a royal mummy
304448 | Zig:23   | Killed a royal mummy
304448 | Zig:23   | Killed a royal mummy
304448 | Zig:23   | Killed a royal mummy
304448 | Zig:23   | Killed a royal mummy
304448 | Zig:23   | Killed a royal mummy
304448 | Zig:23   | Killed a royal mummy
304448 | Zig:23   | Killed a royal mummy
304448 | Zig:23   | Killed a royal mummy
304448 | Zig:23   | Killed a royal mummy
304448 | Zig:23   | Killed a royal mummy
304449 | Zig:23   | Killed a royal mummy
304449 | Zig:23   | Noticed a royal mummy
304450 | Zig:23   | Noticed a royal mummy
304450 | Zig:23   | Noticed a royal mummy
304450 | Zig:23   | Noticed a royal mummy
304450 | Zig:23   | Noticed a royal mummy
304450 | Zig:23   | Noticed a royal mummy
304450 | Zig:23   | Noticed a royal mummy
304450 | Zig:23   | Noticed a royal mummy
304450 | Zig:23   | Noticed a royal mummy
304451 | Zig:23   | Noticed a royal mummy
304451 | Zig:23   | Noticed a royal mummy
304451 | Zig:23   | Noticed a royal mummy
304451 | Zig:23   | Noticed a royal mummy
304451 | Zig:23   | Noticed a royal mummy
304451 | Zig:23   | Noticed a royal mummy
304452 | Zig:23   | Noticed a royal mummy
304452 | Zig:23   | Noticed a royal mummy
304452 | Zig:23   | Noticed a royal mummy
304452 | Zig:23   | Noticed a royal mummy
304452 | Zig:23   | Noticed a royal mummy
304453 | Zig:23   | Killed a royal mummy
304453 | Zig:23   | Killed a royal mummy
304453 | Zig:23   | Killed a royal mummy
304453 | Zig:23   | Killed a royal mummy
304453 | Zig:23   | Killed a royal mummy
304453 | Zig:23   | Killed a royal mummy
304453 | Zig:23   | Killed a royal mummy
304453 | Zig:23   | Killed a royal mummy
304453 | Zig:23   | Killed a royal mummy
304453 | Zig:23   | Killed a royal mummy
304453 | Zig:23   | Killed a royal mummy
304453 | Zig:23   | Killed a royal mummy
304453 | Zig:23   | Killed a royal mummy
304453 | Zig:23   | Killed a royal mummy
304453 | Zig:23   | Killed a royal mummy
304453 | Zig:23   | Noticed a royal mummy
304453 | Zig:23   | Noticed a royal mummy
304453 | Zig:23   | Noticed a royal mummy
304453 | Zig:23   | Noticed a royal mummy
304454 | Zig:23   | Killed a royal mummy
304454 | Zig:23   | Killed a royal mummy
304454 | Zig:23   | Killed a royal mummy
304454 | Zig:23   | Killed a royal mummy
304455 | Zig:23   | Killed a royal mummy
304455 | Zig:23   | Noticed a royal mummy
304455 | Zig:23   | Noticed a royal mummy
304455 | Zig:23   | Noticed a royal mummy
304455 | Zig:23   | Noticed a royal mummy
304456 | Zig:23   | Killed a royal mummy
304456 | Zig:23   | Killed a royal mummy
304456 | Zig:23   | Killed a royal mummy
304456 | Zig:23   | Killed a royal mummy
304456 | Zig:23   | Noticed a royal mummy
304456 | Zig:23   | Noticed a royal mummy
304457 | Zig:23   | Killed a royal mummy
304457 | Zig:23   | Killed a royal mummy
304457 | Zig:23   | Noticed a royal mummy
304457 | Zig:23   | Noticed a royal mummy
304458 | Zig:23   | Noticed a royal mummy
304459 | Zig:23   | Killed a royal mummy
304459 | Zig:23   | Killed a royal mummy
304459 | Zig:23   | Killed a royal mummy
304459 | Zig:23   | Noticed a royal mummy
304459 | Zig:23   | Noticed a royal mummy
304459 | Zig:23   | Noticed a royal mummy
304460 | Zig:23   | Killed a royal mummy
304460 | Zig:23   | Killed a royal mummy
304460 | Zig:23   | Noticed a royal mummy
304460 | Zig:23   | Noticed a royal mummy
304460 | Zig:23   | Noticed a royal mummy
304460 | Zig:23   | Noticed a royal mummy
304460 | Zig:23   | Noticed a royal mummy
304461 | Zig:23   | Killed a royal mummy
304461 | Zig:23   | Killed a royal mummy
304461 | Zig:23   | Killed a royal mummy
304462 | Zig:23   | Killed a royal mummy
304462 | Zig:23   | Killed a royal mummy
304462 | Zig:23   | Noticed a royal mummy
304462 | Zig:23   | Noticed a royal mummy
304462 | Zig:23   | Noticed a royal mummy
304462 | Zig:23   | Noticed a royal mummy
304463 | Zig:23   | Killed a royal mummy
304463 | Zig:23   | Killed a royal mummy
304463 | Zig:23   | Killed a royal mummy
304463 | Zig:23   | Killed a royal mummy
304463 | Zig:23   | Noticed a royal mummy
304463 | Zig:23   | Noticed a royal mummy
304464 | Zig:23   | Noticed a royal mummy
304464 | Zig:23   | Noticed a royal mummy
304471 | Zig:23   | Killed a royal mummy
304471 | Zig:23   | Killed a royal mummy
304471 | Zig:23   | Killed a royal mummy
304471 | Zig:23   | Noticed a royal mummy
304471 | Zig:23   | Noticed a royal mummy
304472 | Zig:23   | Killed a royal mummy
304477 | Zig:23   | Killed a royal mummy
304477 | Zig:23   | Killed a royal mummy
304477 | Zig:23   | Killed a royal mummy
304478 | Zig:23   | Killed a royal mummy
304478 | Zig:23   | Noticed a royal mummy
304482 | Zig:23   | Killed a royal mummy
304482 | Zig:23   | Killed a royal mummy
304482 | Zig:23   | Noticed a royal mummy
304482 | Zig:23   | Noticed a royal mummy
304484 | Zig:23   | Killed a royal mummy
304486 | Zig:23   | Killed a royal mummy
304486 | Zig:23   | Killed a royal mummy
304486 | Zig:23   | Killed a royal mummy
304486 | Zig:23   | Noticed a royal mummy
304487 | Zig:23   | Noticed a royal mummy
304487 | Zig:23   | Noticed a royal mummy
304488 | Zig:23   | Killed a royal mummy
304488 | Zig:23   | Noticed a royal mummy
304488 | Zig:23   | Noticed a royal mummy
304488 | Zig:23   | Noticed a royal mummy
304490 | Zig:23   | Noticed a royal mummy
304491 | Zig:23   | Noticed a royal mummy
304491 | Zig:23   | Noticed a royal mummy
304491 | Zig:23   | Noticed a royal mummy
304491 | Zig:23   | Noticed a royal mummy
304491 | Zig:23   | Noticed a royal mummy
304491 | Zig:23   | Noticed a royal mummy
304491 | Zig:23   | Noticed a royal mummy
304491 | Zig:23   | Noticed a royal mummy
304491 | Zig:23   | Noticed a royal mummy
304491 | Zig:23   | Noticed a royal mummy
304491 | Zig:23   | Noticed a royal mummy
304491 | Zig:23   | Noticed a royal mummy
304491 | Zig:23   | Noticed a royal mummy
304491 | Zig:23   | Noticed a royal mummy
304491 | Zig:23   | Noticed a royal mummy
304491 | Zig:23   | Noticed a royal mummy
304492 | Zig:23   | Killed a royal mummy
304492 | Zig:23   | Killed a royal mummy
304492 | Zig:23   | Killed a royal mummy
304492 | Zig:23   | Killed a royal mummy
304492 | Zig:23   | Killed a royal mummy
304492 | Zig:23   | Killed a royal mummy
304492 | Zig:23   | Killed a royal mummy
304492 | Zig:23   | Killed a royal mummy
304492 | Zig:23   | Noticed a royal mummy
304493 | Zig:23   | Killed a royal mummy
304493 | Zig:23   | Killed a royal mummy
304493 | Zig:23   | Killed a royal mummy
304493 | Zig:23   | Killed a royal mummy
304493 | Zig:23   | Killed a royal mummy
304493 | Zig:23   | Killed a royal mummy
304493 | Zig:23   | Killed a royal mummy
304493 | Zig:23   | Killed a royal mummy
304493 | Zig:23   | Noticed a royal mummy
304493 | Zig:23   | Noticed a royal mummy
304494 | Zig:23   | Noticed a royal mummy
304494 | Zig:23   | Noticed a royal mummy
304494 | Zig:23   | Noticed a royal mummy
304495 | Zig:23   | Noticed a royal mummy
304495 | Zig:23   | Killed a royal mummy
304496 | Zig:23   | Noticed a royal mummy
304498 | Zig:23   | Noticed a royal mummy
304500 | Zig:23   | Killed a royal mummy
304500 | Zig:23   | Killed a royal mummy
304500 | Zig:23   | Killed a royal mummy
304501 | Zig:23   | Noticed a royal mummy
304501 | Zig:23   | Noticed a royal mummy
304503 | Zig:23   | Killed a royal mummy
304503 | Zig:23   | Killed a royal mummy
304503 | Zig:23   | Killed a royal mummy
304504 | Zig:23   | Killed a royal mummy
304504 | Zig:23   | Killed a royal mummy
304504 | Zig:23   | Killed a royal mummy
304504 | Zig:23   | Killed a royal mummy
304504 | Zig:23   | Killed a royal mummy
304504 | Zig:23   | Killed a royal mummy
304504 | Zig:23   | Killed a royal mummy
304505 | Zig:23   | Killed a royal mummy
304508 | Zig:23   | Noticed a royal mummy
304510 | Zig:23   | Killed a royal mummy
304511 | Zig:23   | Killed a royal mummy
304511 | Zig:23   | Killed a royal mummy
304512 | Zig:23   | Killed a royal mummy
304513 | Zig:23   | Killed a royal mummy
304614 | Zig:23   | Found the sphere of Battle
304634 | Zig:23   | Identified the +10 plate armour of Poos {rPois rC+}
304637 | Zig:23   | Identified the staff of Gicepn {rF+ rCorr Dex+2 Fire}
304638 | Zig:23   | Identified the ring of Xom's Sleight of Hands {rF+ rN+
                  | Int+3 Stlth+}
304642 | Zig:23   | Identified the +4 bardiche of Dismay {freeze, rCorr MP+9
                  | Dex+5}
304643 | Zig:23   | Identified the +9 scimitar of Somewhere Else {flame, rF+
                  | rN++}
304648 | Zig:23   | Identified the +6 orcbow of Moral Flaws {heavy, Int+4}
304664 | Zig:23   | Identified the +5 scale mail of Hepliaklqana's Grace {Will+
                  | Str+3 SInv Stlth+}
304668 | Zig:23   | Identified the +9 bardiche of Ziynk {antimagic, *Slow rElec
                  | rF+ Will+++}
304674 | Zig:23   | Identified the +1 helmet of the Elephant {*Slow Fly rPois
                  | Will++}
304676 | Zig:23   | Identified the +1 executioner's axe of Rubbish {venom, rN+
                  | Dex+3}
304680 | Zig:23   | Identified the +7 glaive of Niociob {flame, Int+3}
304682 | Zig:23   | Identified the +4 mace of Vozicyos {heavy, Dex+3}
304683 | Zig:23   | Identified the +5 arbalest of Fate {freeze, Str+3 SInv}
305333 | Zig:23   | Acquired 407 gold pieces
305335 | Zig:23   | Acquired 899 gold pieces
305337 | Zig:23   | Acquired the ring of Luastrur {EV+5 Str+5}
305365 | Zig:24   | Entered Level 24 of a ziggurat
306145 | Zig:24   | Found the +13 sword of the Doom Knight {doom -Cast ^Drain
                  | Will+}
306216 | Zig:24   | Identified the +1 demon blade "Nihesue" {flame, Int+3
                  | Stlth+}
306219 | Zig:24   | Identified the +2 leather armour of the Fife {Regen+ Str-4
                  | Int-2 SInv}
306240 | Zig:24   | Identified the amulet of Modesty {RegenMP+ Dex+4 Stlth+}
306243 | Zig:24   | Identified the staff of Bualin {^Fragile rElec rC+ rCorr
                  | Summ Air}
306245 | Zig:24   | Identified the ring "Hidgh" {Int+6 SInv}
306248 | Zig:24   | Identified the +8 halberd of Tiury {drain, rElec rPois}
306253 | Zig:24   | Identified the amulet of Ixauda {Spirit Int+4 Dex-2}
306254 | Zig:24   | Identified the +10 glaive of Asoitic {pain, rF+ rC+ Str+3
                  | Int+4}
306320 | Zig:25   | Entered Level 25 of a ziggurat
306430 | Zig:25   | Paralysed by accursed screaming for 1 turns
307366 | Zig:25   | Identified the +2 robe of Supple Strength {rPois rF+ Dex+2
                  | Stlth-}
307367 | Zig:25   | Identified the amulet of Reimbursement {Faith rF++ Will++}
307370 | Zig:25   | Identified the +8 long sword of Ascent {speed, rC+ rN+}
307381 | Zig:25   | Identified the +0 pair of boots "Kubou" {Harm rN+}
307382 | Zig:25   | Identified the ring of Loppymno {^Contam rPois rC+ Dex+4
                  | SInv}
307387 | Zig:25   | Identified the +0 leather armour "Sacant" {rC- rCorr Int+3}
307398 | Zig:25   | Identified the +4 trident of Flawed Execution {pain, Int+2}
307405 | Zig:25   | Identified the +0 robe of Radidav {rF+ Regen+ rCorr}
307483 | Zig:26   | Entered Level 26 of a ziggurat
307484 | Zig:26   | Noticed a juggernaut
307485 | Zig:26   | Noticed a juggernaut
307485 | Zig:26   | Noticed a juggernaut
307485 | Zig:26   | Noticed a juggernaut
307485 | Zig:26   | Noticed a juggernaut
307485 | Zig:26   | Noticed a juggernaut
307486 | Zig:26   | Noticed a juggernaut
307486 | Zig:26   | Noticed a juggernaut
307486 | Zig:26   | Noticed a juggernaut
307486 | Zig:26   | Noticed a juggernaut
307486 | Zig:26   | Noticed a juggernaut
307487 | Zig:26   | Noticed a juggernaut
307487 | Zig:26   | Noticed a juggernaut
307487 | Zig:26   | Noticed a juggernaut
307488 | Zig:26   | Killed a juggernaut
307488 | Zig:26   | Killed a juggernaut
307488 | Zig:26   | Killed a juggernaut
307488 | Zig:26   | Killed a juggernaut
307488 | Zig:26   | Killed a juggernaut
307488 | Zig:26   | Killed a juggernaut
307488 | Zig:26   | Killed a juggernaut
307488 | Zig:26   | Killed a juggernaut
307488 | Zig:26   | Killed a juggernaut
307488 | Zig:26   | Killed a juggernaut
307488 | Zig:26   | Noticed a juggernaut
307489 | Zig:26   | Noticed a juggernaut
307489 | Zig:26   | Noticed a juggernaut
307489 | Zig:26   | Noticed a juggernaut
307490 | Zig:26   | Killed a juggernaut
307490 | Zig:26   | Killed a juggernaut
307490 | Zig:26   | Killed a juggernaut
307490 | Zig:26   | Killed a juggernaut
307490 | Zig:26   | Killed a juggernaut
307490 | Zig:26   | Killed a juggernaut
307490 | Zig:26   | Noticed a juggernaut
307490 | Zig:26   | Noticed a juggernaut
307490 | Zig:26   | Noticed a juggernaut
307491 | Zig:26   | Killed a juggernaut
307491 | Zig:26   | Killed a juggernaut
307491 | Zig:26   | Noticed a juggernaut
307491 | Zig:26   | Noticed a juggernaut
307491 | Zig:26   | Noticed a juggernaut
307491 | Zig:26   | Noticed a juggernaut
307492 | Zig:26   | Noticed a juggernaut
307492 | Zig:26   | Noticed a juggernaut
307492 | Zig:26   | Noticed a juggernaut
307492 | Zig:26   | Noticed a juggernaut
307492 | Zig:26   | Noticed a juggernaut
307492 | Zig:26   | Noticed a juggernaut
307492 | Zig:26   | Noticed a juggernaut
307492 | Zig:26   | Noticed a juggernaut
307493 | Zig:26   | Noticed a juggernaut
307493 | Zig:26   | Noticed a juggernaut
307493 | Zig:26   | Noticed a juggernaut
307493 | Zig:26   | Noticed a juggernaut
307493 | Zig:26   | Noticed a juggernaut
307493 | Zig:26   | Noticed a juggernaut
307493 | Zig:26   | Noticed a juggernaut
307493 | Zig:26   | Noticed a juggernaut
307493 | Zig:26   | Noticed a juggernaut
307493 | Zig:26   | Noticed a juggernaut
307494 | Zig:26   | Noticed a juggernaut
307494 | Zig:26   | Noticed a juggernaut
307494 | Zig:26   | Noticed a juggernaut
307494 | Zig:26   | Noticed a juggernaut
307494 | Zig:26   | Noticed a juggernaut
307494 | Zig:26   | Killed a juggernaut
307494 | Zig:26   | Killed a juggernaut
307495 | Zig:26   | Killed a juggernaut
307495 | Zig:26   | Killed a juggernaut
307495 | Zig:26   | Killed a juggernaut
307495 | Zig:26   | Killed a juggernaut
307495 | Zig:26   | Killed a juggernaut
307495 | Zig:26   | Killed a juggernaut
307495 | Zig:26   | Killed a juggernaut
307495 | Zig:26   | Killed a juggernaut
307495 | Zig:26   | Killed a juggernaut
307495 | Zig:26   | Killed a juggernaut
307495 | Zig:26   | Killed a juggernaut
307495 | Zig:26   | Killed a juggernaut
307495 | Zig:26   | Killed a juggernaut
307495 | Zig:26   | Killed a juggernaut
307495 | Zig:26   | Killed a juggernaut
307495 | Zig:26   | Killed a juggernaut
307495 | Zig:26   | Killed a juggernaut
307495 | Zig:26   | Noticed a juggernaut
307495 | Zig:26   | Noticed a juggernaut
307496 | Zig:26   | Noticed a juggernaut
307496 | Zig:26   | Noticed a juggernaut
307496 | Zig:26   | Noticed a juggernaut
307496 | Zig:26   | Noticed a juggernaut
307496 | Zig:26   | Noticed a juggernaut
307496 | Zig:26   | Noticed a juggernaut
307496 | Zig:26   | Noticed a juggernaut
307496 | Zig:26   | Noticed a juggernaut
307496 | Zig:26   | Noticed a juggernaut
307496 | Zig:26   | Killed a juggernaut
307496 | Zig:26   | Killed a juggernaut
307496 | Zig:26   | Killed a juggernaut
307496 | Zig:26   | Killed a juggernaut
307496 | Zig:26   | Killed a juggernaut
307496 | Zig:26   | Noticed a juggernaut
307496 | Zig:26   | Noticed a juggernaut
307496 | Zig:26   | Noticed a juggernaut
307497 | Zig:26   | Noticed a juggernaut
307497 | Zig:26   | Noticed a juggernaut
307497 | Zig:26   | Noticed a juggernaut
307497 | Zig:26   | Noticed a juggernaut
307497 | Zig:26   | Noticed a juggernaut
307497 | Zig:26   | Killed a juggernaut
307497 | Zig:26   | Killed a juggernaut
307497 | Zig:26   | Killed a juggernaut
307497 | Zig:26   | Noticed a juggernaut
307497 | Zig:26   | Noticed a juggernaut
307498 | Zig:26   | Noticed a juggernaut
307498 | Zig:26   | Noticed a juggernaut
307498 | Zig:26   | Noticed a juggernaut
307498 | Zig:26   | Noticed a juggernaut
307498 | Zig:26   | Noticed a juggernaut
307498 | Zig:26   | Noticed a juggernaut
307498 | Zig:26   | Noticed a juggernaut
307498 | Zig:26   | Noticed a juggernaut
307498 | Zig:26   | Noticed a juggernaut
307499 | Zig:26   | Killed a juggernaut
307499 | Zig:26   | Killed a juggernaut
307499 | Zig:26   | Killed a juggernaut
307499 | Zig:26   | Killed a juggernaut
307499 | Zig:26   | Killed a juggernaut
307499 | Zig:26   | Killed a juggernaut
307499 | Zig:26   | Killed a juggernaut
307499 | Zig:26   | Killed a juggernaut
307499 | Zig:26   | Killed a juggernaut
307499 | Zig:26   | Killed a juggernaut
307499 | Zig:26   | Killed a juggernaut
307499 | Zig:26   | Killed a juggernaut
307499 | Zig:26   | Killed a juggernaut
307499 | Zig:26   | Killed a juggernaut
307499 | Zig:26   | Killed a juggernaut
307499 | Zig:26   | Killed a juggernaut
307499 | Zig:26   | Killed a juggernaut
307499 | Zig:26   | Noticed a juggernaut
307499 | Zig:26   | Noticed a juggernaut
307500 | Zig:26   | Killed a juggernaut
307500 | Zig:26   | Killed a juggernaut
307500 | Zig:26   | Killed a juggernaut
307500 | Zig:26   | Killed a juggernaut
307500 | Zig:26   | Killed a juggernaut
307500 | Zig:26   | Killed a juggernaut
307500 | Zig:26   | Killed a juggernaut
307500 | Zig:26   | Killed a juggernaut
307500 | Zig:26   | Killed a juggernaut
307500 | Zig:26   | Killed a juggernaut
307500 | Zig:26   | Killed a juggernaut
307500 | Zig:26   | Killed a juggernaut
307500 | Zig:26   | Noticed a juggernaut
307500 | Zig:26   | Noticed a juggernaut
307500 | Zig:26   | Noticed a juggernaut
307500 | Zig:26   | Noticed a juggernaut
307500 | Zig:26   | Noticed a juggernaut
307500 | Zig:26   | Noticed a juggernaut
307500 | Zig:26   | Noticed a dread lich
307501 | Zig:26   | Noticed a juggernaut
307501 | Zig:26   | Killed a juggernaut
307501 | Zig:26   | Killed a juggernaut
307501 | Zig:26   | Killed a juggernaut
307501 | Zig:26   | Killed a juggernaut
307501 | Zig:26   | Killed a juggernaut
307501 | Zig:26   | Killed a dread lich
307501 | Zig:26   | Noticed a juggernaut
307501 | Zig:26   | Noticed a juggernaut
307501 | Zig:26   | Noticed a juggernaut
307501 | Zig:26   | Noticed a juggernaut
307501 | Zig:26   | Noticed a juggernaut
307501 | Zig:26   | Noticed a juggernaut
307502 | Zig:26   | Killed a juggernaut
307502 | Zig:26   | Killed a juggernaut
307502 | Zig:26   | Killed a juggernaut
307502 | Zig:26   | Killed a juggernaut
307502 | Zig:26   | Killed a juggernaut
307502 | Zig:26   | Killed a juggernaut
307502 | Zig:26   | Noticed a juggernaut
307502 | Zig:26   | Noticed a juggernaut
307502 | Zig:26   | Noticed a juggernaut
307502 | Zig:26   | Noticed a juggernaut
307502 | Zig:26   | Noticed a juggernaut
307503 | Zig:26   | Noticed a juggernaut
307503 | Zig:26   | Noticed a juggernaut
307503 | Zig:26   | Noticed a juggernaut
307503 | Zig:26   | Noticed a juggernaut
307503 | Zig:26   | Noticed a juggernaut
307503 | Zig:26   | Noticed a juggernaut
307503 | Zig:26   | Noticed a juggernaut
307503 | Zig:26   | Noticed a juggernaut
307504 | Zig:26   | Noticed a juggernaut
307504 | Zig:26   | Noticed a juggernaut
307504 | Zig:26   | Noticed a juggernaut
307504 | Zig:26   | Noticed a juggernaut
307504 | Zig:26   | Noticed a juggernaut
307504 | Zig:26   | Noticed a juggernaut
307504 | Zig:26   | Noticed a juggernaut
307505 | Zig:26   | Killed a juggernaut
307505 | Zig:26   | Killed a juggernaut
307505 | Zig:26   | Killed a juggernaut
307505 | Zig:26   | Killed a juggernaut
307505 | Zig:26   | Killed a juggernaut
307505 | Zig:26   | Killed a juggernaut
307505 | Zig:26   | Killed a juggernaut
307505 | Zig:26   | Noticed a juggernaut
307505 | Zig:26   | Noticed a juggernaut
307506 | Zig:26   | Killed a juggernaut
307506 | Zig:26   | Killed a juggernaut
307506 | Zig:26   | Killed a juggernaut
307506 | Zig:26   | Killed a juggernaut
307506 | Zig:26   | Killed a juggernaut
307506 | Zig:26   | Killed a juggernaut
307506 | Zig:26   | Killed a juggernaut
307506 | Zig:26   | Killed a juggernaut
307506 | Zig:26   | Killed a juggernaut
307506 | Zig:26   | Killed a juggernaut
307506 | Zig:26   | Killed a juggernaut
307506 | Zig:26   | Killed a juggernaut
307506 | Zig:26   | Noticed a juggernaut
307506 | Zig:26   | Noticed a juggernaut
307506 | Zig:26   | Noticed a juggernaut
307506 | Zig:26   | Noticed a juggernaut
307507 | Zig:26   | Killed a juggernaut
307507 | Zig:26   | Noticed a juggernaut
307507 | Zig:26   | Noticed a juggernaut
307508 | Zig:26   | Killed a juggernaut
307508 | Zig:26   | Killed a juggernaut
307508 | Zig:26   | Killed a juggernaut
307508 | Zig:26   | Killed a juggernaut
307508 | Zig:26   | Killed a juggernaut
307508 | Zig:26   | Killed a juggernaut
307508 | Zig:26   | Killed a juggernaut
307508 | Zig:26   | Killed a juggernaut
307508 | Zig:26   | Killed a juggernaut
307508 | Zig:26   | Killed a juggernaut
307508 | Zig:26   | Noticed a juggernaut
307508 | Zig:26   | Noticed a juggernaut
307508 | Zig:26   | Noticed a juggernaut
307508 | Zig:26   | Noticed a juggernaut
307508 | Zig:26   | Noticed a juggernaut
307508 | Zig:26   | Noticed a juggernaut
307509 | Zig:26   | Noticed a juggernaut
307509 | Zig:26   | Noticed a juggernaut
307509 | Zig:26   | Noticed a juggernaut
307509 | Zig:26   | Noticed a juggernaut
307509 | Zig:26   | Noticed a juggernaut
307509 | Zig:26   | Noticed a juggernaut
307509 | Zig:26   | Noticed a juggernaut
307509 | Zig:26   | Noticed a juggernaut
307510 | Zig:26   | Noticed a juggernaut
307510 | Zig:26   | Noticed a juggernaut
307510 | Zig:26   | Noticed a juggernaut
307511 | Zig:26   | Killed a juggernaut
307511 | Zig:26   | Killed a juggernaut
307511 | Zig:26   | Killed a juggernaut
307511 | Zig:26   | Killed a juggernaut
307511 | Zig:26   | Killed a juggernaut
307511 | Zig:26   | Killed a juggernaut
307511 | Zig:26   | Killed a juggernaut
307511 | Zig:26   | Killed a juggernaut
307511 | Zig:26   | Killed a juggernaut
307511 | Zig:26   | Noticed a juggernaut
307511 | Zig:26   | Noticed a juggernaut
307511 | Zig:26   | Noticed a juggernaut
307511 | Zig:26   | Noticed a juggernaut
307512 | Zig:26   | Killed a juggernaut
307512 | Zig:26   | Killed a juggernaut
307512 | Zig:26   | Killed a juggernaut
307512 | Zig:26   | Killed a juggernaut
307512 | Zig:26   | Killed a juggernaut
307512 | Zig:26   | Killed a juggernaut
307512 | Zig:26   | Killed a juggernaut
307512 | Zig:26   | Killed a juggernaut
307512 | Zig:26   | Killed a juggernaut
307512 | Zig:26   | Killed a juggernaut
307512 | Zig:26   | Killed a juggernaut
307512 | Zig:26   | Killed a juggernaut
307512 | Zig:26   | Killed a juggernaut
307512 | Zig:26   | Noticed a juggernaut
307513 | Zig:26   | Killed a juggernaut
307513 | Zig:26   | Killed a juggernaut
307513 | Zig:26   | Killed a juggernaut
307513 | Zig:26   | Killed a juggernaut
307513 | Zig:26   | Killed a juggernaut
307514 | Zig:26   | Killed a juggernaut
307514 | Zig:26   | Noticed a juggernaut
307514 | Zig:26   | Noticed a juggernaut
307514 | Zig:26   | Noticed a juggernaut
307514 | Zig:26   | Noticed a juggernaut
307516 | Zig:26   | Noticed a juggernaut
307516 | Zig:26   | Noticed a juggernaut
307516 | Zig:26   | Noticed a juggernaut
307516 | Zig:26   | Noticed a juggernaut
307516 | Zig:26   | Noticed a juggernaut
307517 | Zig:26   | Noticed a juggernaut
307517 | Zig:26   | Noticed a juggernaut
307518 | Zig:26   | Noticed a juggernaut
307519 | Zig:26   | Killed a juggernaut
307519 | Zig:26   | Killed a juggernaut
307519 | Zig:26   | Killed a juggernaut
307519 | Zig:26   | Killed a juggernaut
307519 | Zig:26   | Killed a juggernaut
307520 | Zig:26   | Killed a juggernaut
307520 | Zig:26   | Killed a juggernaut
307520 | Zig:26   | Killed a juggernaut
307520 | Zig:26   | Killed a juggernaut
307521 | Zig:26   | Killed a juggernaut
307521 | Zig:26   | Killed a juggernaut
307521 | Zig:26   | Killed a juggernaut
308246 | Zig:26   | Identified the +10 shortbow "Veabiod" {drain, ^Fragile Fly
                  | rF+ rCorr}
308259 | Zig:26   | Identified the +7 long sword of Archeat {freeze, ^Drain
                  | rF++ MP+9 Stlth-}
308269 | Zig:26   | Identified the +0 chain mail of Discretion {Harm rC+ Int+2}
308271 | Zig:26   | Identified the +4 hand axe "Ymning" {drain, rC+ rN+}
308296 | Zig:26   | Identified the +4 shortbow "Fasaleta" {heavy, +Blink Str+3}
308300 | Zig:26   | Identified the +1 shortbow of the Twisting Gods {speed,
                  | ^Fragile Int+2 Dex+5}
308303 | Zig:26   | Identified the ring "Zoerphumy" {^Drain rF+ Str+2 Int+4}
308318 | Zig:26   | Identified the +8 whip of Uliow {spect, rElec rCorr Str+3}
308436 | Zig:27   | Entered Level 27 of a ziggurat
309265 | Zig:27   | Identified the +5 great sword of Prudence {flame, *Noise
                  | rElec Will+}
309271 | Zig:27   | Identified the staff "Neleikk" {rF+ Int-4 Dex+6 Summ Fire
                  | Ice}
309273 | Zig:27   | Identified the +10 war axe of Runotam {flame, rC+}
309283 | Zig:27   | Identified the ring "Kiycuh" {Fly Str+3 Int-5 Dex+3}
309285 | Zig:27   | Identified the +2 robe "Eskequajo" {Harm +Blink rPois
                  | Will-}
309290 | Zig:27   | Identified the +1 bardiche of Sypp {distort, rElec rF+}
309304 | Zig:27   | Identified the +3 swamp dragon scales "Owotomiuxe" {rPois
                  | rC+ Str+3 Int-2}
309311 | Zig:27   | Upgraded the game from 0.32-a0-705-g60f233581c to
                  | 0.32-a0-814-g0968bab981
309312 | Zig:27   | Identified the +4 falchion of Massacring {pain, rPois Will+
                  | Stlth+}
309337 | Zig:27   | Identified the +10 bardiche of Huutionk {drain, rElec
                  | Int+3}
309338 | Zig:27   | Identified the +2 leather armour of Brilliance {rElec Will-
                  | rCorr Str+8}
309339 | Zig:27   | Identified the scarf "Utokk" {+Inv, +Blink rElec Int+5
                  | Slay-2}
309421 | Depths:1 | Bought the -2 hat of the Alchemist {rElec rPois rF+ rC+ rN+
                  | Will+ rMut rCorr} for 1935 gold pieces
309421 | Depths:1 | Found the -2 hat of the Alchemist {rElec rPois rF+ rC+ rN+
                  | Will+ rMut rCorr}
310043 | Zig:1    | Entered Level 1 of a ziggurat
310141 | Zig:2    | Entered Level 2 of a ziggurat
310141 | Zig:2    | Noticed an orb of fire
310141 | Zig:2    | Noticed an orb of fire
310141 | Zig:2    | Noticed an orb of fire
310141 | Zig:2    | Noticed an orb of fire
310141 | Zig:2    | Noticed an orb of fire
310141 | Zig:2    | Noticed an orb of fire
310141 | Zig:2    | Noticed an orb of fire
310141 | Zig:2    | Noticed an orb of fire
310141 | Zig:2    | Noticed an orb of fire
310141 | Zig:2    | Noticed an orb of fire
310141 | Zig:2    | Noticed an orb of fire
310141 | Zig:2    | Noticed an orb of fire
310141 | Zig:2    | Noticed an orb of fire
310141 | Zig:2    | Noticed an orb of fire
310141 | Zig:2    | Noticed an orb of fire
310141 | Zig:2    | Noticed an orb of fire
310141 | Zig:2    | Noticed an orb of fire
310141 | Zig:2    | Noticed an orb of fire
310141 | Zig:2    | Noticed an orb of fire
310141 | Zig:2    | Noticed an orb of fire
310141 | Zig:2    | Noticed an orb of fire
310143 | Zig:2    | Noticed an orb of fire
310144 | Zig:2    | Killed an orb of fire
310145 | Zig:2    | Killed an orb of fire
310145 | Zig:2    | Killed an orb of fire
310145 | Zig:2    | Killed an orb of fire
310145 | Zig:2    | Killed an orb of fire
310146 | Zig:2    | Killed an orb of fire
310146 | Zig:2    | Killed an orb of fire
310146 | Zig:2    | Killed an orb of fire
310146 | Zig:2    | Killed an orb of fire
310146 | Zig:2    | Killed an orb of fire
310146 | Zig:2    | Killed an orb of fire
310147 | Zig:2    | Killed an orb of fire
310147 | Zig:2    | Killed an orb of fire
310147 | Zig:2    | Killed an orb of fire
310147 | Zig:2    | Killed an orb of fire
310147 | Zig:2    | Killed an orb of fire
310147 | Zig:2    | Killed an orb of fire
310147 | Zig:2    | Killed an orb of fire
310148 | Zig:2    | Killed an orb of fire
310148 | Zig:2    | Killed an orb of fire
310149 | Zig:2    | Killed an orb of fire
310151 | Zig:2    | Killed an orb of fire
310311 | Zig:3    | Entered Level 3 of a ziggurat
310311 | Zig:3    | Noticed Ureryde the pandemonium lord
310311 | Zig:3    | Noticed Inwiuhec the pandemonium lord
310311 | Zig:3    | Noticed Uptysh the pandemonium lord
310311 | Zig:3    | Noticed Zuraifat the pandemonium lord
310311 | Zig:3    | Noticed Ydwizxu the pandemonium lord
310311 | Zig:3    | Noticed Piad the pandemonium lord
310311 | Zig:3    | Noticed Deqan the pandemonium lord
310311 | Zig:3    | Noticed Ubyakienno the pandemonium lord
310311 | Zig:3    | Noticed Mupi Duh the pandemonium lord
310311 | Zig:3    | Noticed Xuytto the pandemonium lord
310311 | Zig:3    | Noticed Difesum the pandemonium lord
310311 | Zig:3    | Noticed Suiroal the pandemonium lord
310311 | Zig:3    | Noticed Jiyg the pandemonium lord
310311 | Zig:3    | Noticed Hurhos the pandemonium lord
310311 | Zig:3    | Noticed Giwkutui the pandemonium lord
310311 | Zig:3    | Noticed Ixausit the pandemonium lord
310311 | Zig:3    | Noticed Uddosel the pandemonium lord
310311 | Zig:3    | Noticed Yhotu the pandemonium lord
310312 | Zig:3    | Killed Ureryde the pandemonium lord
310312 | Zig:3    | Killed Uptysh the pandemonium lord
310312 | Zig:3    | Killed Mupi Duh the pandemonium lord
310312 | Zig:3    | Killed Piad the pandemonium lord
310312 | Zig:3    | Killed Difesum the pandemonium lord
310312 | Zig:3    | Killed Suiroal the pandemonium lord
310312 | Zig:3    | Killed Hurhos the pandemonium lord
310312 | Zig:3    | Killed Xuytto the pandemonium lord
310312 | Zig:3    | Killed Jiyg the pandemonium lord
310312 | Zig:3    | Killed Yhotu the pandemonium lord
310314 | Zig:3    | Killed Ixausit the pandemonium lord
310314 | Zig:3    | Killed Ydwizxu the pandemonium lord
310314 | Zig:3    | Killed Zuraifat the pandemonium lord
310315 | Zig:3    | Killed Giwkutui the pandemonium lord
310315 | Zig:3    | Killed Ubyakienno the pandemonium lord
310315 | Zig:3    | Killed Inwiuhec the pandemonium lord
310315 | Zig:3    | Killed Deqan the pandemonium lord
310315 | Zig:3    | Killed Uddosel the pandemonium lord
310347 | Zig:3    | Identified the staff of the Viny God {^Contam rPois rF+
                  | Str+3 Fire}
310356 | Zig:3    | Identified the +4 war axe of Hospitality {elec, MP+9 Str+6
                  | Dex+3}
310454 | Zig:4    | Entered Level 4 of a ziggurat
310597 | Zig:4    | Identified the +2 ring mail of the Trilobite {Int-3 Dex+5}
310599 | Zig:4    | Identified the ring "Reunkuer" {Will+ rCorr Int+6 Dex-5
                  | Stlth+}
310628 | Zig:4    | Identified the +7 bardiche "Qeulad" {freeze, Str+3 Dex+3}
310660 | Zig:5    | Entered Level 5 of a ziggurat
310716 | Zig:5    | Identified the +0 flail of the Gnashing Sybil {flame, rC+
                  | Str+2 Int-3 SInv}
310739 | Zig:5    | Identified the +6 quarterstaff of the Ageless Nightmares
                  | {chaos, rPois Stlth+}
310853 | Zig:6    | Entered Level 6 of a ziggurat
310853 | Zig:6    | Noticed a royal mummy
310853 | Zig:6    | Noticed a royal mummy
310853 | Zig:6    | Noticed a royal mummy
310853 | Zig:6    | Noticed a royal mummy
310853 | Zig:6    | Noticed a royal mummy
310853 | Zig:6    | Noticed a royal mummy
310853 | Zig:6    | Noticed a royal mummy
310853 | Zig:6    | Noticed a royal mummy
310853 | Zig:6    | Noticed a royal mummy
310853 | Zig:6    | Noticed a royal mummy
310853 | Zig:6    | Noticed a royal mummy
310853 | Zig:6    | Noticed a royal mummy
310853 | Zig:6    | Noticed a royal mummy
310853 | Zig:6    | Noticed a royal mummy
310853 | Zig:6    | Noticed a royal mummy
310853 | Zig:6    | Noticed a royal mummy
310853 | Zig:6    | Noticed a royal mummy
310853 | Zig:6    | Noticed a royal mummy
310853 | Zig:6    | Noticed a royal mummy
310853 | Zig:6    | Noticed a royal mummy
310854 | Zig:6    | Killed a royal mummy
310854 | Zig:6    | Killed a royal mummy
310854 | Zig:6    | Killed a royal mummy
310854 | Zig:6    | Killed a royal mummy
310854 | Zig:6    | Killed a royal mummy
310854 | Zig:6    | Killed a royal mummy
310854 | Zig:6    | Killed a royal mummy
310854 | Zig:6    | Killed a royal mummy
310854 | Zig:6    | Killed a royal mummy
310854 | Zig:6    | Killed a royal mummy
310854 | Zig:6    | Killed a royal mummy
310854 | Zig:6    | Killed a royal mummy
310854 | Zig:6    | Killed a royal mummy
310854 | Zig:6    | Killed a royal mummy
310854 | Zig:6    | Killed a royal mummy
310854 | Zig:6    | Killed a royal mummy
310854 | Zig:6    | Killed a royal mummy
310855 | Zig:6    | Killed a royal mummy
310855 | Zig:6    | Killed a royal mummy
310855 | Zig:6    | Killed a royal mummy
310855 | Zig:6    | Noticed a royal mummy
310856 | Zig:6    | Killed a royal mummy
310857 | Zig:6    | Noticed a royal mummy
310858 | Zig:6    | Noticed a royal mummy
310859 | Zig:6    | Noticed a royal mummy
310859 | Zig:6    | Noticed a royal mummy
310862 | Zig:6    | Killed a royal mummy
310862 | Zig:6    | Killed a royal mummy
310862 | Zig:6    | Killed a royal mummy
310863 | Zig:6    | Killed a royal mummy
311084 | Zig:6    | Identified the ring of Intux {rPois Will- Int+3 Dex+3 SInv}
311102 | Zig:6    | Identified the +1 ring mail of Immorality {Stlth+}
311109 | Zig:6    | Identified the amulet of Qud Pufe {rC+ Regen+}
311111 | Zig:6    | Identified the +1 cloak of Wokual {-Tele rPois rF+++ Dex+3}
311152 | Zig:7    | Entered Level 7 of a ziggurat
311152 | Zig:7    | Noticed a juggernaut
311152 | Zig:7    | Noticed a juggernaut
311152 | Zig:7    | Noticed a juggernaut
311153 | Zig:7    | Killed a juggernaut
311153 | Zig:7    | Killed a juggernaut
311153 | Zig:7    | Noticed a juggernaut
311154 | Zig:7    | Noticed a juggernaut
311154 | Zig:7    | Noticed a juggernaut
311155 | Zig:7    | Noticed a juggernaut
311155 | Zig:7    | Noticed a juggernaut
311156 | Zig:7    | Noticed a juggernaut
311156 | Zig:7    | Noticed a juggernaut
311156 | Zig:7    | Noticed a juggernaut
311156 | Zig:7    | Noticed a juggernaut
311157 | Zig:7    | Killed a juggernaut
311157 | Zig:7    | Killed a juggernaut
311157 | Zig:7    | Killed a juggernaut
311157 | Zig:7    | Killed a juggernaut
311157 | Zig:7    | Killed a juggernaut
311157 | Zig:7    | Killed a juggernaut
311157 | Zig:7    | Killed a juggernaut
311159 | Zig:7    | Killed a juggernaut
311159 | Zig:7    | Killed a juggernaut
311159 | Zig:7    | Killed a juggernaut
311160 | Zig:7    | Noticed a juggernaut
311161 | Zig:7    | Noticed a juggernaut
311163 | Zig:7    | Killed a juggernaut
311163 | Zig:7    | Killed a juggernaut
311185 | Zig:7    | Identified the +4 chain mail "Zuacsugh" {rF+++ Will- Regen+
                  | Int-5 Dex+6}
311552 | Zig:8    | Entered Level 8 of a ziggurat
311552 | Zig:8    | Noticed an ancient lich
311552 | Zig:8    | Noticed an ancient lich
311552 | Zig:8    | Noticed a dread lich
311552 | Zig:8    | Noticed a dread lich
311552 | Zig:8    | Noticed a dread lich
311552 | Zig:8    | Noticed a dread lich
311552 | Zig:8    | Noticed an ancient lich
311552 | Zig:8    | Noticed a dread lich
311552 | Zig:8    | Noticed an ancient lich
311552 | Zig:8    | Noticed an ancient lich
311552 | Zig:8    | Noticed an ancient lich
311552 | Zig:8    | Noticed a dread lich
311552 | Zig:8    | Noticed an ancient lich
311552 | Zig:8    | Noticed an ancient lich
311552 | Zig:8    | Noticed an ancient lich
311553 | Zig:8    | Killed an ancient lich
311553 | Zig:8    | Killed a dread lich
311553 | Zig:8    | Killed a dread lich
311553 | Zig:8    | Killed an ancient lich
311553 | Zig:8    | Killed a dread lich
311553 | Zig:8    | Killed an ancient lich
311553 | Zig:8    | Killed an ancient lich
311553 | Zig:8    | Killed a dread lich
311553 | Zig:8    | Killed an ancient lich
311553 | Zig:8    | Killed an ancient lich
311554 | Zig:8    | Killed an ancient lich
311554 | Zig:8    | Killed an ancient lich
311554 | Zig:8    | Killed a dread lich
311554 | Zig:8    | Killed a dread lich
311554 | Zig:8    | Killed an ancient lich
311554 | Zig:8    | Noticed a dread lich
311555 | Zig:8    | Noticed a dread lich
311555 | Zig:8    | Noticed a dread lich
311555 | Zig:8    | Noticed a dread lich
311556 | Zig:8    | Noticed an ancient lich
311556 | Zig:8    | Noticed a dread lich
311556 | Zig:8    | Noticed an ancient lich
311556 | Zig:8    | Noticed an ancient lich
311558 | Zig:8    | Killed an ancient lich
311558 | Zig:8    | Killed an ancient lich
311558 | Zig:8    | Killed a dread lich
311559 | Zig:8    | Killed a dread lich
311559 | Zig:8    | Killed an ancient lich
311559 | Zig:8    | Killed a dread lich
311559 | Zig:8    | Killed a dread lich
311559 | Zig:8    | Killed a dread lich
311560 | Zig:8    | Noticed a dread lich
311561 | Zig:8    | Killed a dread lich
311980 | Zig:9    | Entered Level 9 of a ziggurat
312085 | Zig:9    | Identified the staff "Cug Ymad" {rPois Str+3 Conj Fire
                  | Alchemy}
312093 | Zig:9    | Identified the ring of the Blushing Gods {rPois rC+ rCorr}
312486 | Zig:9    | Acquired the ring "Letaun" {rCorr MP+9 EV+5 Dex+3 Stlth+}
312488 | Zig:9    | Acquired 1192 gold pieces
312506 | Zig:10   | Entered Level 10 of a ziggurat
312506 | Zig:10   | Noticed a royal mummy
312506 | Zig:10   | Noticed a royal mummy
312506 | Zig:10   | Noticed a royal mummy
312506 | Zig:10   | Noticed a royal mummy
312506 | Zig:10   | Noticed a royal mummy
312506 | Zig:10   | Noticed a royal mummy
312506 | Zig:10   | Noticed a royal mummy
312506 | Zig:10   | Noticed a royal mummy
312506 | Zig:10   | Noticed a royal mummy
312506 | Zig:10   | Noticed a royal mummy
312506 | Zig:10   | Noticed a royal mummy
312506 | Zig:10   | Noticed a royal mummy
312506 | Zig:10   | Noticed a royal mummy
312506 | Zig:10   | Noticed a royal mummy
312506 | Zig:10   | Noticed a royal mummy
312506 | Zig:10   | Noticed a royal mummy
312506 | Zig:10   | Noticed a royal mummy
312506 | Zig:10   | Noticed a royal mummy
312507 | Zig:10   | Killed a royal mummy
312507 | Zig:10   | Killed a royal mummy
312507 | Zig:10   | Killed a royal mummy
312507 | Zig:10   | Killed a royal mummy
312507 | Zig:10   | Killed a royal mummy
312507 | Zig:10   | Killed a royal mummy
312507 | Zig:10   | Killed a royal mummy
312507 | Zig:10   | Killed a royal mummy
312507 | Zig:10   | Killed a royal mummy
312507 | Zig:10   | Killed a royal mummy
312507 | Zig:10   | Killed a royal mummy
312507 | Zig:10   | Killed a royal mummy
312507 | Zig:10   | Killed a royal mummy
312507 | Zig:10   | Killed a royal mummy
312508 | Zig:10   | Noticed a royal mummy
312508 | Zig:10   | Noticed a royal mummy
312508 | Zig:10   | Noticed a royal mummy
312508 | Zig:10   | Noticed a royal mummy
312509 | Zig:10   | Noticed a royal mummy
312509 | Zig:10   | Noticed a royal mummy
312509 | Zig:10   | Noticed a royal mummy
312510 | Zig:10   | Killed a royal mummy
312510 | Zig:10   | Killed a royal mummy
312510 | Zig:10   | Killed a royal mummy
312510 | Zig:10   | Killed a royal mummy
312510 | Zig:10   | Killed a royal mummy
312510 | Zig:10   | Noticed a royal mummy
312510 | Zig:10   | Noticed a royal mummy
312511 | Zig:10   | Killed a royal mummy
312511 | Zig:10   | Killed a royal mummy
312511 | Zig:10   | Killed a royal mummy
312512 | Zig:10   | Killed a royal mummy
312512 | Zig:10   | Noticed a royal mummy
312512 | Zig:10   | Noticed a royal mummy
312513 | Zig:10   | Noticed a royal mummy
312513 | Zig:10   | Noticed a royal mummy
312513 | Zig:10   | Noticed a royal mummy
312513 | Zig:10   | Noticed a royal mummy
312513 | Zig:10   | Noticed a royal mummy
312513 | Zig:10   | Noticed a royal mummy
312514 | Zig:10   | Noticed a royal mummy
312514 | Zig:10   | Noticed a royal mummy
312514 | Zig:10   | Noticed a royal mummy
312514 | Zig:10   | Noticed a royal mummy
312515 | Zig:10   | Killed a royal mummy
312515 | Zig:10   | Killed a royal mummy
312515 | Zig:10   | Killed a royal mummy
312515 | Zig:10   | Killed a royal mummy
312515 | Zig:10   | Killed a royal mummy
312515 | Zig:10   | Killed a royal mummy
312515 | Zig:10   | Killed a royal mummy
312515 | Zig:10   | Killed a royal mummy
312515 | Zig:10   | Killed a royal mummy
312515 | Zig:10   | Killed a royal mummy
312515 | Zig:10   | Killed a royal mummy
312515 | Zig:10   | Killed a royal mummy
312516 | Zig:10   | Killed a royal mummy
312517 | Zig:10   | Noticed a royal mummy
312520 | Zig:10   | Killed a royal mummy
312520 | Zig:10   | Killed a royal mummy
312521 | Zig:10   | Killed a royal mummy
312524 | Zig:10   | Killed a royal mummy
312541 | Zig:10   | Identified the amulet of Bigiziu {rElec rN+ Regen+ Str-3}
312915 | Zig:10   | Identified the staff of the Valley {rPois Int+7 Alchemy}
312925 | Zig:10   | Identified the +0 shadow dragon scales "Borih" {MP+9 Int+3
                  | Stlth++++}
312932 | Zig:10   | Identified the +1 buckler "Etiyrhau" {Will+++ Slay-4
                  | Stlth+}
312945 | Zig:10   | Identified the +3 fire dragon scales of Unig {*Slow rF++
                  | rC- Str+3 Dex+3}
312998 | Zig:11   | Entered Level 11 of a ziggurat
313139 | Zig:11   | Identified the +5 morningstar of Yredelemnul's Whim {spect,
                  | rElec}
313140 | Zig:11   | Identified the +5 plate armour of Twilight {rN++ Str+4
                  | Int-3}
313143 | Zig:11   | Identified the staff "Qitap" {rC+ rN+ Int+3 Necro}
313146 | Zig:11   | Identified the +8 rapier of Fum Jony {flame, Int-2 Dex+5}
313151 | Zig:11   | Identified the amulet "Pyojaz" {rElec Regen+ Int+3}
313154 | Zig:11   | Identified the +4 morningstar of Miythracye {heavy, *Slow
                  | rF+ Will+}
313562 | Zig:12   | Entered Level 12 of a ziggurat
313585 | Zig:12   | Noticed a dread lich
313585 | Zig:12   | Killed a dread lich
313615 | Zig:12   | Noticed an ancient lich
313619 | Zig:12   | Killed an ancient lich
313983 | Zig:12   | Identified the staff of Icasmishrie {rF- Str+2 Dex+3 Earth}
314024 | Zig:13   | Entered Level 13 of a ziggurat
314024 | Zig:13   | Noticed a royal mummy
314024 | Zig:13   | Noticed a royal mummy
314024 | Zig:13   | Noticed a royal mummy
314024 | Zig:13   | Noticed a royal mummy
314024 | Zig:13   | Noticed a royal mummy
314024 | Zig:13   | Noticed a royal mummy
314024 | Zig:13   | Noticed a royal mummy
314024 | Zig:13   | Noticed a royal mummy
314024 | Zig:13   | Noticed a royal mummy
314024 | Zig:13   | Noticed a royal mummy
314024 | Zig:13   | Noticed a royal mummy
314024 | Zig:13   | Noticed a royal mummy
314024 | Zig:13   | Noticed a royal mummy
314024 | Zig:13   | Noticed a royal mummy
314024 | Zig:13   | Noticed a royal mummy
314024 | Zig:13   | Noticed a royal mummy
314024 | Zig:13   | Noticed a royal mummy
314024 | Zig:13   | Noticed a royal mummy
314024 | Zig:13   | Noticed a royal mummy
314025 | Zig:13   | Killed a royal mummy
314025 | Zig:13   | Killed a royal mummy
314025 | Zig:13   | Killed a royal mummy
314025 | Zig:13   | Killed a royal mummy
314025 | Zig:13   | Killed a royal mummy
314025 | Zig:13   | Killed a royal mummy
314025 | Zig:13   | Killed a royal mummy
314025 | Zig:13   | Killed a royal mummy
314025 | Zig:13   | Killed a royal mummy
314025 | Zig:13   | Killed a royal mummy
314025 | Zig:13   | Killed a royal mummy
314025 | Zig:13   | Killed a royal mummy
314025 | Zig:13   | Killed a royal mummy
314025 | Zig:13   | Killed a royal mummy
314025 | Zig:13   | Killed a royal mummy
314025 | Zig:13   | Killed a royal mummy
314025 | Zig:13   | Killed a royal mummy
314026 | Zig:13   | Noticed a royal mummy
314027 | Zig:13   | Noticed a royal mummy
314027 | Zig:13   | Noticed a royal mummy
314027 | Zig:13   | Noticed a royal mummy
314027 | Zig:13   | Noticed a royal mummy
314027 | Zig:13   | Noticed a royal mummy
314027 | Zig:13   | Noticed a royal mummy
314028 | Zig:13   | Killed a royal mummy
314028 | Zig:13   | Killed a royal mummy
314028 | Zig:13   | Noticed a royal mummy
314029 | Zig:13   | Killed a royal mummy
314030 | Zig:13   | Killed a royal mummy
314030 | Zig:13   | Killed a royal mummy
314030 | Zig:13   | Noticed a royal mummy
314030 | Zig:13   | Noticed a royal mummy
314030 | Zig:13   | Noticed a royal mummy
314030 | Zig:13   | Noticed a royal mummy
314030 | Zig:13   | Noticed a royal mummy
314031 | Zig:13   | Noticed a royal mummy
314031 | Zig:13   | Noticed a royal mummy
314031 | Zig:13   | Noticed a royal mummy
314031 | Zig:13   | Noticed a royal mummy
314032 | Zig:13   | Killed a royal mummy
314032 | Zig:13   | Killed a royal mummy
314032 | Zig:13   | Killed a royal mummy
314032 | Zig:13   | Killed a royal mummy
314032 | Zig:13   | Noticed a royal mummy
314032 | Zig:13   | Noticed a royal mummy
314033 | Zig:13   | Killed a royal mummy
314033 | Zig:13   | Noticed a royal mummy
314034 | Zig:13   | Killed a royal mummy
314034 | Zig:13   | Noticed a royal mummy
314035 | Zig:13   | Killed a royal mummy
314035 | Zig:13   | Noticed a royal mummy
314036 | Zig:13   | Killed a royal mummy
314036 | Zig:13   | Killed a royal mummy
314036 | Zig:13   | Killed a royal mummy
314036 | Zig:13   | Killed a royal mummy
314036 | Zig:13   | Noticed a royal mummy
314037 | Zig:13   | Killed a royal mummy
314037 | Zig:13   | Killed a royal mummy
314038 | Zig:13   | Killed a royal mummy
314038 | Zig:13   | Killed a royal mummy
314038 | Zig:13   | Killed a royal mummy
314038 | Zig:13   | Killed a royal mummy
314038 | Zig:13   | Noticed a royal mummy
314038 | Zig:13   | Noticed a royal mummy
314040 | Zig:13   | Noticed a royal mummy
314041 | Zig:13   | Killed a royal mummy
314041 | Zig:13   | Killed a royal mummy
314041 | Zig:13   | Killed a royal mummy
314041 | Zig:13   | Noticed a royal mummy
314045 | Zig:13   | Noticed a royal mummy
314050 | Zig:13   | Noticed a royal mummy
314050 | Zig:13   | Killed a royal mummy
314051 | Zig:13   | Noticed a royal mummy
314051 | Zig:13   | Noticed a royal mummy
314052 | Zig:13   | Noticed a royal mummy
314054 | Zig:13   | Noticed a royal mummy
314054 | Zig:13   | Killed a royal mummy
314054 | Zig:13   | Killed a royal mummy
314055 | Zig:13   | Killed a royal mummy
314055 | Zig:13   | Killed a royal mummy
314055 | Zig:13   | Noticed a royal mummy
314056 | Zig:13   | Noticed a royal mummy
314056 | Zig:13   | Killed a royal mummy
314056 | Zig:13   | Killed a royal mummy
314056 | Zig:13   | Killed a royal mummy
314056 | Zig:13   | Killed a royal mummy
314056 | Zig:13   | Killed a royal mummy
314057 | Zig:13   | Noticed a royal mummy
314057 | Zig:13   | Noticed a royal mummy
314057 | Zig:13   | Noticed a royal mummy
314057 | Zig:13   | Noticed a royal mummy
314057 | Zig:13   | Killed a royal mummy
314057 | Zig:13   | Killed a royal mummy
314057 | Zig:13   | Killed a royal mummy
314058 | Zig:13   | Killed a royal mummy
314058 | Zig:13   | Noticed a royal mummy
314059 | Zig:13   | Killed a royal mummy
314059 | Zig:13   | Noticed a royal mummy
314060 | Zig:13   | Killed a royal mummy
314060 | Zig:13   | Killed a royal mummy
314060 | Zig:13   | Noticed a royal mummy
314060 | Zig:13   | Noticed a royal mummy
314061 | Zig:13   | Killed a royal mummy
314062 | Zig:13   | Killed a royal mummy
314062 | Zig:13   | Killed a royal mummy
314062 | Zig:13   | Noticed a royal mummy
314062 | Zig:13   | Noticed a royal mummy
314064 | Zig:13   | Killed a royal mummy
314065 | Zig:13   | Noticed a royal mummy
314065 | Zig:13   | Killed a royal mummy
314065 | Zig:13   | Noticed a royal mummy
314066 | Zig:13   | Killed a royal mummy
314066 | Zig:13   | Noticed a royal mummy
314067 | Zig:13   | Killed a royal mummy
314068 | Zig:13   | Killed a royal mummy
314069 | Zig:13   | Noticed a royal mummy
314071 | Zig:13   | Killed a royal mummy
314075 | Zig:13   | Noticed a royal mummy
314077 | Zig:13   | Killed a royal mummy
314077 | Zig:13   | Noticed a royal mummy
314082 | Zig:13   | Killed a royal mummy
314454 | Zig:13   | Identified the +2 trident of Malum In Se {drain, rElec rN+
                  | Dex+2}
314460 | Zig:13   | Identified the +8 spear of Untruth {venom, Str+4}
314465 | Zig:13   | Identified the +5 chain mail "Bomuj" {^Contam rF- rN+++
                  | Str+5}
314467 | Zig:13   | Identified the +0 pair of boots of Impermeability {Will+}
314472 | Zig:13   | Identified the ring "Eniad" {rC- rN+ Will+ Str+6 Int+5}
314501 | Zig:14   | Entered Level 14 of a ziggurat
314524 | Zig:14   | Killed a starcursed mass
314844 | Zig:14   | Killed a starcursed mass
315246 | Zig:14   | Identified the +1 spear of Burnt Valiance {protect, rC+
                  | rCorr}
315289 | Zig:14   | Identified the +3 plate armour of Onuofree {rPois MP+9
                  | Str+2 Int+3}
315299 | Zig:14   | Identified the +4 great sword of Dithmenos's Approval
                  | {flame, rElec rN+}
315303 | Zig:14   | Identified the +9 war axe "Aneozov" {freeze, *Corrode Dex+4
                  | SInv Stlth+}
315417 | Zig:15   | Entered Level 15 of a ziggurat
315417 | Zig:15   | Noticed a royal mummy
315417 | Zig:15   | Noticed a royal mummy
315417 | Zig:15   | Noticed a royal mummy
315417 | Zig:15   | Noticed a royal mummy
315417 | Zig:15   | Noticed a royal mummy
315417 | Zig:15   | Noticed a royal mummy
315417 | Zig:15   | Noticed a royal mummy
315417 | Zig:15   | Noticed a royal mummy
315417 | Zig:15   | Noticed a royal mummy
315417 | Zig:15   | Noticed a royal mummy
315417 | Zig:15   | Noticed a royal mummy
315417 | Zig:15   | Noticed a royal mummy
315417 | Zig:15   | Noticed a royal mummy
315417 | Zig:15   | Noticed a royal mummy
315417 | Zig:15   | Noticed a royal mummy
315418 | Zig:15   | Killed a royal mummy
315418 | Zig:15   | Killed a royal mummy
315418 | Zig:15   | Killed a royal mummy
315418 | Zig:15   | Killed a royal mummy
315418 | Zig:15   | Killed a royal mummy
315418 | Zig:15   | Killed a royal mummy
315418 | Zig:15   | Killed a royal mummy
315418 | Zig:15   | Killed a royal mummy
315418 | Zig:15   | Killed a royal mummy
315418 | Zig:15   | Killed a royal mummy
315418 | Zig:15   | Killed a royal mummy
315418 | Zig:15   | Killed a royal mummy
315419 | Zig:15   | Noticed a royal mummy
315419 | Zig:15   | Noticed a royal mummy
315419 | Zig:15   | Noticed a royal mummy
315419 | Zig:15   | Noticed a royal mummy
315419 | Zig:15   | Noticed a royal mummy
315419 | Zig:15   | Noticed a royal mummy
315419 | Zig:15   | Noticed a royal mummy
315420 | Zig:15   | Killed a royal mummy
315420 | Zig:15   | Killed a royal mummy
315420 | Zig:15   | Killed a royal mummy
315420 | Zig:15   | Killed a royal mummy
315420 | Zig:15   | Killed a royal mummy
315420 | Zig:15   | Killed a royal mummy
315420 | Zig:15   | Killed a royal mummy
315420 | Zig:15   | Noticed a royal mummy
315420 | Zig:15   | Noticed a royal mummy
315420 | Zig:15   | Noticed a royal mummy
315420 | Zig:15   | Noticed a royal mummy
315420 | Zig:15   | Noticed a royal mummy
315421 | Zig:15   | Noticed a royal mummy
315421 | Zig:15   | Noticed a royal mummy
315421 | Zig:15   | Noticed a royal mummy
315422 | Zig:15   | Noticed a royal mummy
315422 | Zig:15   | Noticed a royal mummy
315422 | Zig:15   | Noticed a royal mummy
315422 | Zig:15   | Noticed a royal mummy
315422 | Zig:15   | Noticed a royal mummy
315422 | Zig:15   | Noticed a royal mummy
315422 | Zig:15   | Noticed a royal mummy
315422 | Zig:15   | Noticed a royal mummy
315422 | Zig:15   | Noticed a royal mummy
315423 | Zig:15   | Killed a royal mummy
315423 | Zig:15   | Killed a royal mummy
315423 | Zig:15   | Killed a royal mummy
315423 | Zig:15   | Killed a royal mummy
315423 | Zig:15   | Killed a royal mummy
315423 | Zig:15   | Killed a royal mummy
315423 | Zig:15   | Killed a royal mummy
315423 | Zig:15   | Killed a royal mummy
315423 | Zig:15   | Killed a royal mummy
315423 | Zig:15   | Killed a royal mummy
315423 | Zig:15   | Killed a royal mummy
315423 | Zig:15   | Killed a royal mummy
315423 | Zig:15   | Noticed a royal mummy
315423 | Zig:15   | Noticed a royal mummy
315423 | Zig:15   | Noticed a royal mummy
315424 | Zig:15   | Killed a royal mummy
315424 | Zig:15   | Killed a royal mummy
315424 | Zig:15   | Killed a royal mummy
315424 | Zig:15   | Killed a royal mummy
315424 | Zig:15   | Noticed a royal mummy
315424 | Zig:15   | Noticed a royal mummy
315426 | Zig:15   | Killed a royal mummy
315426 | Zig:15   | Killed a royal mummy
315426 | Zig:15   | Killed a royal mummy
315433 | Zig:15   | Killed a royal mummy
315433 | Zig:15   | Killed a royal mummy
315434 | Zig:15   | Killed a royal mummy
315434 | Zig:15   | Killed a royal mummy
315434 | Zig:15   | Killed a royal mummy
315436 | Zig:15   | Noticed a royal mummy
315438 | Zig:15   | Noticed a royal mummy
315438 | Zig:15   | Killed a royal mummy
315438 | Zig:15   | Noticed a royal mummy
315438 | Zig:15   | Noticed a royal mummy
315438 | Zig:15   | Noticed a royal mummy
315439 | Zig:15   | Noticed a royal mummy
315439 | Zig:15   | Killed a royal mummy
315440 | Zig:15   | Noticed a royal mummy
315441 | Zig:15   | Noticed a royal mummy
315441 | Zig:15   | Noticed a royal mummy
315441 | Zig:15   | Killed a royal mummy
315441 | Zig:15   | Killed a royal mummy
315441 | Zig:15   | Killed a royal mummy
315441 | Zig:15   | Noticed a royal mummy
315441 | Zig:15   | Noticed a royal mummy
315442 | Zig:15   | Noticed a royal mummy
315442 | Zig:15   | Noticed a royal mummy
315442 | Zig:15   | Killed a royal mummy
315442 | Zig:15   | Killed a royal mummy
315442 | Zig:15   | Killed a royal mummy
315442 | Zig:15   | Killed a royal mummy
315444 | Zig:15   | Killed a royal mummy
315444 | Zig:15   | Killed a royal mummy
315444 | Zig:15   | Killed a royal mummy
315444 | Zig:15   | Killed a royal mummy
315444 | Zig:15   | Killed a royal mummy
315445 | Zig:15   | Noticed a royal mummy
315446 | Zig:15   | Noticed a royal mummy
315446 | Zig:15   | Noticed a royal mummy
315446 | Zig:15   | Noticed a royal mummy
315447 | Zig:15   | Noticed a royal mummy
315448 | Zig:15   | Noticed a royal mummy
315449 | Zig:15   | Killed a royal mummy
315450 | Zig:15   | Killed a royal mummy
315450 | Zig:15   | Killed a royal mummy
315451 | Zig:15   | Noticed a royal mummy
315451 | Zig:15   | Killed a royal mummy
315451 | Zig:15   | Killed a royal mummy
315452 | Zig:15   | Noticed a royal mummy
315452 | Zig:15   | Killed a royal mummy
315452 | Zig:15   | Killed a royal mummy
315452 | Zig:15   | Killed a royal mummy
315455 | Zig:15   | Noticed a royal mummy
315457 | Zig:15   | Noticed a royal mummy
315457 | Zig:15   | Noticed a royal mummy
315458 | Zig:15   | Noticed a royal mummy
315461 | Zig:15   | Killed a royal mummy
315461 | Zig:15   | Noticed a royal mummy
315462 | Zig:15   | Killed a royal mummy
315462 | Zig:15   | Killed a royal mummy
315463 | Zig:15   | Killed a royal mummy
315463 | Zig:15   | Noticed a royal mummy
315465 | Zig:15   | Noticed a royal mummy
315465 | Zig:15   | Noticed a royal mummy
315465 | Zig:15   | Noticed a royal mummy
315465 | Zig:15   | Noticed a royal mummy
315466 | Zig:15   | Killed a royal mummy
315466 | Zig:15   | Killed a royal mummy
315466 | Zig:15   | Killed a royal mummy
315467 | Zig:15   | Killed a royal mummy
315467 | Zig:15   | Killed a royal mummy
315468 | Zig:15   | Noticed a royal mummy
315469 | Zig:15   | Noticed a royal mummy
315469 | Zig:15   | Noticed a royal mummy
315469 | Zig:15   | Noticed a royal mummy
315469 | Zig:15   | Noticed a royal mummy
315470 | Zig:15   | Killed a royal mummy
315473 | Zig:15   | Killed a royal mummy
315473 | Zig:15   | Killed a royal mummy
315473 | Zig:15   | Killed a royal mummy
315473 | Zig:15   | Killed a royal mummy
315474 | Zig:15   | Killed a royal mummy
315946 | Zig:15   | Identified the +2 leather armour "Ydybria" {Str+5}
315948 | Zig:15   | Identified the staff of Honour {rF+ rN+ Conj Hexes Necro
                  | Earth}
315958 | Zig:15   | Identified the +3 shortbow of Lies {flame, Will+ Int-3
                  | SInv}
315970 | Zig:15   | Identified the +9 mace of Contradiction {flame, rElec rPois
                  | Str-5 Int+6}
315982 | Zig:15   | Identified the staff of Tartarus {rF+ rC+ Fire}
316014 | Zig:16   | Entered Level 16 of a ziggurat
316038 | Zig:16   | Upgraded the game from 0.32-a0-814-g0968bab981 to
                  | 0.32-a0-818-gb728d0252e
316677 | Zig:16   | Identified the +3 great mace of Anger {flame, Int+3 SInv}
316678 | Zig:16   | Identified the amulet of the Rose {-Tele rF+++ RegenMP+
                  | Dex+3}
316716 | Zig:16   | Identified the ring of Loco {Wiz *Slow Int+6 Slay+5}
316721 | Zig:16   | Identified the +0 leather armour "Noaneym" {rF+ Dex+4}
316722 | Zig:16   | Identified the amulet of Sif Muna's Whim {Reflect Str+3
                  | SH+5 Stlth+}
316731 | Zig:16   | Identified the ring "Boczat" {rC+++ Will+ Str-4 Int-3 SInv}
316780 | Zig:16   | Acquired 1122 gold pieces
316826 | Zig:17   | Entered Level 17 of a ziggurat
316859 | Zig:17   | Identified the staff "Ideah" {rElec rPois Dex+3 Alchemy}
316934 | Zig:17   | Identified the +3 halberd of Honour {elec, rCorr Dex+4}
317749 | Zig:18   | Entered Level 18 of a ziggurat
317749 | Zig:18   | Noticed an ancient lich
317769 | Zig:18   | Killed an ancient lich
317872 | Zig:18   | Killed from afar by a Tzitzimitl

Illustrated notes

Levels and vault maps discovered:
D:1:      saegor_arrival_under_anarchy, layout_loops_ring
D:2:      layout_loops_ring, hellmonk_ecumenical_altar_run_dry,
          nicolae_shop_unique_rings, minmay_misc_feat_tiny,
          uniq_crazy_yiuf_cottage, uniq_robin
D:3:      minmay_recursive_quarters, layout_basic, lemuel_round_altar,
          eat_drink_and_be_merry_uskayaw, minmay_checkerbox
D:4:      gammafunk_cloud_chamber, layout_rooms,
          mainiacjoe_overflow_concentric_impassable, serial_shops, shop,
          dk_noncrumbling_4
D:5:      minmay_skewed_foursquare, layout_rooms, mainiacjoe_overflow_catwalk,
          zin_statuary, minivault_5
D:6:      layout_loops_cross, mainiacjoe_overflow_24_doors,
          nemelex_spade_bored_becter, minmay_temple_entry_tees,
          portal_sewer_entry_d
D:7:      kennysheep_slugbush, layout_basic, kennysheep_slug_shrine, uniq_pikel,
          uniq_menkaure
D:8:      layout_cave_pools, nicolae_dithmenos_shadow_blocks, enter_bailey_2,
          roadster_trireme, uniq_maurice
D:9:      layout_irregular_city, demons_altar, minmay_lair_entry_grove,
          minmay_guarded_unrand_staff_of_olgreb, uniq_erolcha, uniq_amaemon
D:10:     layout_cave_pools
D:11:     minmay_four_partial_circles, layout_small_grid,
          biasface_ghost_orc_armoury, uniq_urug, uniq_erica
D:12:     layout_irregular_city, orc_0_dummy, nicolae_wwwww, uniq_josephine
D:13:     layout_roguey
D:14:     layout_long_grid, hellmonk_vaults_keyhole,
          infiniplex_staircase_9_rooms, uniq_agnes, uniq_louise
D:15:     hangedman_depths_entry_civil_slaughter, layout_basic,
          minmay_misc_feat_cross, kennysheep_okawaru_gauntlet, uniq_nessos
Temple:   nicolae_temple_no_exploring_needed
Lair:1:   lemuel_slime, layout_regular_city, infiniplex_staircase_pool
Lair:2:   layout_cave_pods, minmay_snake_entry_guardpost_large
Lair:3:   layout_cave_pods, minmay_shoals_entry_lonely_mermaid,
          grunt_megastairs_3
Lair:4:   hellmonk_destroyed_diamonds, layout_regular_city
Lair:5:   evilmike_catoblepas_cave, layout_misc_corridors, slime_entry_1
Shoals:1: layout_shoals, uniq_aizul
Shoals:2: layout_shoals, abandoned_shop, nicolae_shoals_cliffside_cave,
          argonaut_gorgonesque
Shoals:3: layout_shoals, nicolae_shoals_former_cling_ruins
Shoals:4: shoals_end_grunt_garden, layout_shoals
Snake:1:  layout_concentric_octagons, serial_bayou_lake_a
Snake:2:  layout_chambers, basic_altar, grunt_megastairs_2
Snake:3:  layout_rooms, nicolae_take_the_stairs
Snake:4:  hellmonk_snake_rune_quicksilver_temple, layout_misc_corridors,
          basic_altar, gammafunk_ghost_grave, serial_bayou_shore_b,
          minmay_shop_star, serial_bayou_shore_a
Slime:1:  layout_caves
Slime:2:  layout_caves
Slime:3:  layout_caves
Slime:4:  layout_caves
Slime:5:  slime_pit_nicolae_inversion
Orc:1:    layout_diamond_mine, basic_altar, gammafunk_ghost_grave,
          david_defended_altar_orc, uniq_gastronok, uniq_fannar, uniq_nergalle
Orc:2:    kennysheep_orc_mage_school, layout_diamond_mine,
          regret_index_minedec_devilstone, uniq_snorg
Elf:1:    nicolae_elf_arrival_aired_out, layout_rooms,
          minmay_elf_crystal_hexagon
Elf:2:    nicolae_elf_blades_crystal_corner, layout_rooms,
          gammafunk_ghost_wrathful_warriors, mu_enter_wizlab_6, serial_shops,
          shop, lemuel_upstairs_altar, uniq_zenata
Elf:3:    minmay_elf_hall_furrowed, layout_rooms, uniq_donald, uniq_norris
Vaults:1: nicolae_vaults_tetromino_T_1, nicolae_vaults_tetromino_Z_2,
          vaults_room_hallway, nicolae_vaults_meiosis, nicolae_vaults_little_ls,
          hangedman_vaults_variations, nicolae_vaults_little_squares_3,
          v_misc_24, nicolae_vaults_octothorpe, nicolae_vaults_network_barrier,
          nicolae_vaults_little_squares_2, hangedman_vaults_corner_blocks,
          v_misc_13, serial_library_hellmonk_semicircle, layout_vaults_omnibox
Vaults:2: minmay_crypt_entry_necro_gods, v_pattern_4,
          nicolae_vaults_three_branches, v_rooms_6, nicolae_vaults_what_the_h,
          nicolae_vaults_octothorpe, v_rooms_6, vaults_room_door_ring,
          nicolae_vaults_trapezoid_4, layout_vaults_big_cross
Vaults:3: v_alt_pattern_3, nicolae_vaults_doubleplus_tesselated,
          vaults_standard_mumra_enter_the_diamond, nicolae_vaults_wine_cellar,
          nicolae_vaults_surprise_closet, hangedman_vaults_locks,
          nicolae_vaults_crenellated_ambush, dpeg_vaults_monster_box,
          nicolae_vaults_trapezoid_lopsided_3, layout_vaults_maze_snakey
Vaults:4: hellmonk_ghost_big_iron, nicolae_vaults_mini_display_case,
          nicolae_vaults_six-pack, nicolae_vaults_rhombus_7, v_misc_30,
          nicolae_vaults_little_squares_4, nicolae_vaults_bisected_slash,
          nicolae_vaults_yaktaur_gun_rack, nicolae_vaults_network_square,
          nicolae_vaults_double_plus_2, grunt_vaults_hallway_short,
          nicolae_vaults_storage_room_statues, nicolae_vaults_double_plus_1,
          nicolae_vaults_angled_halls, layout_vaults_chaotic_city, serial_shops,
          nicolae_shop_trees
Vaults:5: uniq_frederick
Crypt:1:  layout_chaotic_city, corner_web_ring, grunt_crypt_arrival_split
Crypt:2:  layout_catacombs, nicolae_crypt_knee_deep_in_the_dead
Crypt:3:  lightli_unholy_cathedral, layout_chaotic_city,
          nicolae_tomb_entry_unfolded_pyramid_orthogonal
Tomb:1
Tomb:2
Tomb:3
Depths:1: layout_gridlike, enter_ziggurat_b, serial_shops,
          nicolae_shop_peninsula, abyss_entry, nicolae_tso_carved_into_rock,
          grunt_hell_entry_dis_mu, grunt_decor_fettered,
          trog_three_pillars_becter
Depths:2: constructs_gauntlet_mu_hangedman, layout_cave_shapes, pf_coc_iceberg,
          pan_entry, grunt_ministairs_7, grunt_decor_arrowhead, uniq_grunn
Depths:3: kennysheep_large_vault, layout_basic, abyss_entry_flame_altar,
          hell_entry, serial_sigils_hangedman_snap, minmay_misc_feat_diagonals,
          kennysheep_kite_vault, infiniplex_staircase_zigzag_1
Depths:4: evilmike_zot_entry_round, layout_cave_pools, xom_teletrap_fun,
          hell_entry, minmay_misc_feat_x, minmay_misc_feat_chi,
          nicolae_shop_i_like_small_books_too
Hell
Dis:1:    layout_gridville
Dis:2:    layout_jigsaw
Dis:3:    layout_regular_city
Dis:4:    layout_gridville
Dis:5:    layout_subdivisions
Dis:6:    nicolae_dis_heavy_handed_symbolism
Dis:7:    dis_hangedman
Geh:1:    layout_gehenna_pools_triple
Geh:2:    layout_gehenna_pools_basic, tekkud_geh_sculpture_garden
Geh:3:    layout_gehenna_pools_box
Geh:4:    layout_gehenna_pools_box
Geh:5:    layout_gehenna_pools_basic, nicolae_geh_lavax
Geh:6:    layout_gehenna_pools_triple
Geh:7:    geh_grunt_pentagon
Coc:1:    layout_cocytus_water_paths, serial_ice
Coc:2:    nicolae_coc_icebeans_plural [nicolae_sub_coc_subbean,
          nicolae_sub_coc_subbean, nicolae_sub_coc_subbean,
          nicolae_sub_coc_subbean], layout_ice_bergs
Coc:3:    nicolae_coc_through_the_icewall, layout_cocytus_delve
Coc:4:    layout_ice_bergs, nicolae_hells_seeping_fissure
Coc:5:    layout_cocytus_water_paths
Coc:6:    nicolae_coc_naught_crossing, layout_ice_bergs
Coc:7:    coc_grunt_cove [coc_grunt_cove_antaeus, coc_grunt_cove_fiend,
          coc_grunt_cove_fiend, coc_grunt_cove_fiend, coc_grunt_cove_fiend]
Tar:1:    layout_grid_maze
Tar:2:    layout_grid_maze
Tar:3:    layout_cathedral_of_symmetry
Tar:4:    layout_honeycomb
Tar:5:    nicolae_tar_tart_auras, layout_cathedral_of_symmetry
Tar:6:    layout_grid_maze
Tar:7:    tar_minmay_river
Zot:1:    layout_gridville, regret_index_zotdec_banners
Zot:2:    layout_misc_corridors, regret_index_zotdec_twisting_globes,
          regret_index_zotdec_stipple_waver, uniq_tiamat
Zot:3:    layout_onion_interference, regret_index_zot_stipple_split,
          st_stairs_1, nicolae_tricolors
Zot:4:    layout_onion_interference, regret_index_zotdec_barnacled_simple
Zot:5:    layout_gridlike
Zig:18:   ziggurat_pillar_d, ziggurat_pillar_d, ziggurat_pillar_d,
          ziggurat_pillar_d, ziggurat_pillar_centre_c, ziggurat_pillar_centre_c,
          ziggurat_pillar_centre_c, ziggurat_pillar_centre_c

Skill      XL: |  1  2  3  4  5  6  7  8  9 10 11 12 13 14 15 16 17 18 19 20 21 22 23 24 25 26 27 |
---------------+----------------------------------------------------------------------------------+-----
Stealth        | 2 3 4 5 6 7 27 | 27.0
Fighting       | 1 2 3 4 5 6 8 9 10 11 13 14 15 16 17 18 19 20 27 | 27.0
Conjurations   | 2 3 4 5 6 7 8 9 10 11 12 13 14 15 16 17 27 | 27.0
Earth Magic    | 3 4 5 6 7 9 10 11 27 | 27.0
Spellcasting   | 3 4 5 6 7 8 10 11 12 13 14 15 16 17 18 19 20 27 | 27.0
Shields        | 1 3 4 7 9 10 27 | 27.0
Dodging        | 2 4 5 9 12 14 27 | 27.0
Armour         | 2 5 8 10 12 14 16 17 27 | 27.0
Translocations | 1 3 4 6 27 | 27.0
Fire Magic     | 5 8 9 12 14 16 18 20 21 22 23 27 | 27.0
Evocations     | 3 5 7 8 27 | 27.0
Staves         | 4 6 27 | 27.0
Summonings     | 27 | 27.0
Shapeshifting  | 27 | 27.0
Throwing       | 27 | 27.0
Ice Magic      | 27 | 27.0
Maces & Flails | 27 | 27.0
Axes           | 27 | 27.0
Polearms       | 27 | 27.0
Short Blades   | 27 | 27.0
Long Blades    | 27 | 27.0
Unarmed Combat | 27 | 27.0
Alchemy        | 27 | 27.0
Air Magic      | 27 | 27.0
Ranged Weapons | 27 | 27.0
Hexes          | 27 | 27.0
Necromancy     | 27 | 27.0
Invocations    | 27 | 27.0

Action                     |  1- 3 |  4- 6 |  7- 9 | 10-12 | 13-15 | 16-18 | 19-21 | 22-24 | 25-27 || total
---------------------------+-------+-------+-------+-------+-------+-------+-------+-------+-------++-------
  Melee: Dagger            |    18 |    15 |    25 |    68 |    34 |       |       |    25 |   307 ||   492
         Touch             |       |     1 |       |       |       |       |       |       |       ||     1
         Staff             |       |       |       |       |    45 |    77 |    92 |   119 |   494 ||   827
         Unarmed           |       |       |       |       |       |       |     6 |       |       ||     6
         Falchion          |       |       |       |       |       |       |       |       |   109 ||   109
         Bite              |       |       |       |       |       |       |       |       |    27 ||    27
         Lance             |       |       |       |       |       |       |       |       |     2 ||     2
  Throw: Javelin           |       |       |       |       |       |       |       |       |    60 ||    60
   Cast: Sandblast         |    69 |   112 |   167 |    44 |    10 |       |       |       |       ||   402
         Iskenderun's Myst |       |       |     1 |    23 |    85 |   163 |   119 |   148 |   276 ||   815
         Stone Arrow       |       |       |    22 |   402 |   467 |     9 |       |       |       ||   900
         Fireball          |       |       |       |       |   278 |   642 |   591 |   722 |   403 ||  2636
         Bombard           |       |       |       |       |    13 |    44 |   255 |   205 |  4133 ||  4650
         Starburst         |       |       |       |       |       |    37 |    97 |    53 |   329 ||   516
         Ignition          |       |       |       |       |       |       |     9 |    97 |  4445 ||  4551
         Shatter           |       |       |       |       |       |       |       |       |  3346 ||  3346
         Fire Storm        |       |       |       |       |       |       |       |       |  1163 ||  1163
         Chain Lightning   |       |       |       |       |       |       |       |       |   788 ||   788
         Polar Vortex      |       |       |       |       |       |       |       |       |   267 ||   267
         Spellforged Servi |       |       |       |       |       |       |       |       |   132 ||   132
         Irradiate         |       |       |       |       |       |       |       |       |     1 ||     1
 Invoke: Call Merchant     |       |       |       |       |     3 |     3 |       |     5 |    35 ||    46
         Potion Petition   |       |       |       |       |       |     2 |     5 |     1 |   944 ||   952
Ability: Begin Untransform |       |       |       |       |       |       |       |       |     3 ||     3
  Evoke: Lightning rod     |       |       |     6 |     5 |     3 |     3 |     5 |       |    54 ||    76
         Wand              |       |       |     3 |     8 |     8 |       |       |       |    23 ||    42
         Phial of floods   |       |       |       |     1 |       |       |       |       |     2 ||     3
         Condenser vane    |       |       |       |       |       |       |     1 |     1 |    33 ||    35
         Phantom mirror    |       |       |       |       |       |       |       |       |    10 ||    10
         Figurine of a zig |       |       |       |       |       |       |       |       |    11 ||    11
         Box of beasts     |       |       |       |       |       |       |       |       |     1 ||     1
    Use: Scroll            |       |     9 |     6 |     8 |     7 |     8 |     5 |     3 |   181 ||   227
         Potion            |       |       |     1 |     1 |       |     6 |     3 |     3 |   346 ||   360
   Stab: Distracted        |       |       |       |       |       |       |     1 |     2 |    22 ||    25
         Confused          |       |       |       |       |       |       |     1 |       |       ||     1
         Invisible         |       |       |       |       |       |       |       |       |     4 ||     4
         Sleeping          |       |       |       |       |       |       |       |       |     2 ||     2
 Armour: Robe              |    20 |    44 |   109 |   234 |   147 |       |       |       |       ||   554
         Leather armour    |       |       |       |       |   237 |   666 |   367 |   252 |       ||  1522
         Troll leather arm |       |       |       |       |       |       |       |   153 |  2446 ||  2599
         Shadow dragon sca |       |       |       |       |       |       |       |       |  2755 ||  2755
  Dodge: Dodged            |    36 |    41 |    83 |   196 |   206 |   430 |   241 |   285 |  2799 ||  4317
         Repelled          |       |       |       |       |       |       |       |       |    74 ||    74
  Block: Buckler           |       |     2 |    30 |    69 |    96 |   145 |   108 |    85 |       ||   535
         Kite shield       |       |       |       |       |       |       |       |   106 |  2182 ||  2288
         Tower shield      |       |       |       |       |       |       |       |       |  2872 ||  2872
   Form: Death             |       |       |       |       |       |       |       |       |     8 ||     8
                           |       |       |       |       |       |       |       |       |     4 ||     4

Table legend: (Time is in decaauts)
 A = Elapsed time spent in this place.
 B = Non-inter-level travel time spent in this place.
 C = Inter-level travel time spent in this place.
 D = Time resting spent in this place.
 E = Time spent auto-exploring this place.
 F = Levels seen in this place.
 G = Mean time per level.
                   A        B        C        D        E       F      G
               +--------+--------+--------+--------+--------+-----+--------+
         Total | 315863 | 296115 |  19748 |  45905 | 170053 | 442 |  714.6 |
       Dungeon |  23502 |  19366 |   4136 |   3941 |  11794 |  15 | 1566.8 |
        Temple |     26 |     13 |     13 |      0 |     12 |   1 |   26.0 |
          Lair |  10444 |   9573 |    871 |   2414 |   5292 |   5 | 2088.8 |
        Shoals |   9832 |   9314 |    518 |   4670 |   3302 |   4 | 2458.0 |
     Snake Pit |  10917 |  10299 |    618 |   3738 |   4981 |   4 | 2729.2 |
    Slime Pits |   3113 |   2994 |    119 |     96 |   2463 |   5 |  622.6 |
  Orcish Mines |   3498 |   2667 |    831 |   1060 |   1094 |   2 | 1749.0 |
   Elven Halls |   4765 |   3882 |    883 |    792 |   2163 |   3 | 1588.3 |
        Vaults |  15555 |  11665 |   3890 |   3170 |   6106 |   5 | 3111.0 |
         Crypt |   9075 |   6927 |   2148 |   1831 |   3204 |   3 | 3025.0 |
          Tomb |   2936 |   2859 |     77 |     17 |   2118 |   3 |  978.7 |
        Depths |  15767 |  12124 |   3643 |   4022 |   4390 |   4 | 3941.8 |
          Hell |   1059 |    926 |    133 |    162 |    461 |   1 | 1059.0 |
           Dis |   5165 |   4931 |    234 |   1768 |   2033 |   7 |  737.9 |
       Gehenna |   5081 |   4841 |    240 |   1152 |   2581 |   7 |  725.9 |
       Cocytus |   5114 |   4865 |    249 |    661 |   3432 |   7 |  730.6 |
      Tartarus |   6828 |   6568 |    260 |   2757 |   2561 |   7 |  975.4 |
           Zot |  12837 |  11958 |    879 |   5398 |   4210 |   5 | 2567.4 |
         Abyss |   2269 |   2269 |      0 |    187 |    604 |   3 |  756.3 |
   Pandemonium |  41524 |  41524 |      0 |   4887 |  23121 |  33 | 1258.3 |
      Ziggurat | 121909 | 121909 |      0 |   1472 |  82413 | 315 |  387.0 |
         Sewer |    506 |    506 |      0 |    103 |    224 |   1 |  506.0 |
        Bailey |   2276 |   2276 |      0 |   1430 |    422 |   1 | 2276.0 |
        Wizlab |   1856 |   1856 |      0 |    174 |   1066 |   1 | 1856.0 |
               +--------+--------+--------+--------+--------+-----+--------+

Top non-repeatable levels by time:
  Zig:27: 7712 daAuts
  Zig:26: 7694 daAuts
  Zig:24: 7123 daAuts
  Zig:25: 7017 daAuts
  Zig:22: 6968 daAuts
  Zig:20: 6623 daAuts
Depths:1: 6608 daAuts
  Zig:21: 6354 daAuts
  Zig:23: 6302 daAuts
   Zot:5: 6199 daAuts
  Zig:17: 5913 daAuts
  Zig:19: 5502 daAuts
  Zig:18: 5293 daAuts
  Zig:16: 5178 daAuts
 Snake:2: 5122 daAuts
